 Dungeon Crawl Stone Soup version 0.28.0-45-g0d030f2227 (webtiles) character file.

Game seed: 11049262195616610622

1879999 protoss039 the Archmage (level 27, -1/273 HPs)
             Began as a Demonspawn Earth Elementalist on May 23, 2022.
             Was an Initiate of Gozag.
             Killed by divine providence
             ... invoked by a daeva
              (8 damage)
             ... on level 26 of a ziggurat on May 27, 2022.
             The game lasted 23:17:49 (248473 turns).

protoss039 the Archmage (DsEE)                    Turns: 248473, Time: 23:17:49

Health: -1/273     AC: 64    Str: 24    XL:     27
Magic:  0/63       EV: 23    Int: 45    God:    Gozag
Gold:   305203     SH: 48    Dex: 22    Spells: 4/80 levels left

rFire   + + +      SeeInvis +   w - +9 staff of Wucad Mu {*channel}
rCold   + + +      Faith    .   k - +8 tower shield {rC+ rF+}
rNeg    + + +      Spirit   +   m - +8 orange crystal plate armour {Archmagi, Int+3 Clar}
rPois   ∞          Reflect  +   (no helmet)
rElec   +          Harm     .   l - +2 cloak of Impermeability {rF+ rN+ Will+ Regen+}
rCorr   +          Rampage  .   (gloves unavailable)
Will    ++++.      Archmagi +   b - +1 pair of boots of Inviolability {rCorr Str+7}
Stlth   ++........ Clarity  +   Q - amulet "Teihaots" {Reflect rC- Regen+ Int+8 SH+5}
HPRegen 2.15/turn               g - ring of Ufri {rElec rC+ Int+3 Dex+8 Slay-5}
MPRegen 0.76/turn               O - ring "Ceraguc" {rPois rF+ MP+9 Str+7}

@: mighty, brilliant, lich-form, resistant, gold aura, hasted, glowing, studying
Axes, very quick
A: draining attack, torment immunity, no potions, slimy green scales 3, icemail
2, augmentation 3, magic shield, magic regeneration, magic link, condensation
shield, demonic touch 3, hooves 1, large bone plates 1, see invisible, clever 1,
cold resistance 1, robust 1, MP-powered wands, sturdy frame 1, noise suppression
}: 15/15 runes: decaying, serpentine, slimy, silver, golden, iron, obsidian,
icy, bone, abyssal, demonic, glowing, magical, fiery, dark
a: End Transformation, Renounce Religion, Potion Petition, Call Merchant, Bribe
Branch


You were on level 26 of a ziggurat.
You worshipped Gozag.
Gozag was exalted by your worship.
You were an undead lich.
You visited 18 branches of the dungeon, and saw 89 of its levels.
You visited Pandemonium 3 times, and saw 10 of its levels.
You visited the Abyss 1 time.
You visited 2 bazaars.
You visited 16 ziggurats (completing 15), and saw 431 of their levels.
You also visited: Bailey, Gauntlet and Wizlab.

You collected 733794 gold pieces.
You spent 9073 gold pieces at shops.
You paid 419518 gold pieces to Gozag.

Inventory:

Hand Weapons
 d - the +8 mithril axe "Arga" {speed, Will+}
   (You found it on level 7 of Tartarus)

   Attacks with this weapon are significantly faster.
   Will:      It increases your willpower.
 w - the +9 staff of Wucad Mu (weapon) {*channel}
   (You found it on level 22 of a ziggurat)

   It occasionally powers its wielder's spells, but with a chance of causing
   confusion or draining the wielder's intelligence.
   It becomes more likely to activate and less likely to backfire with increased
   Evocations skill.
 F - the +5 hand axe of Circular Logic {distort, rPois rC+ rN+ Str-3}
   (You found it on level 15 of a ziggurat)

   It warps and distorts space around it, and may blink, banish, or inflict
   extra damage upon those it strikes.
   Unwielding it can cause banishment or high damage.
   Str:       It affects your strength (-3).
   rC:        It protects you from cold.
   rPois:     It protects you from poison.
   rN:        It protects you from negative energy.
Missiles
 q - 155 throwing nets
 X - 769 silver javelins (quivered)
Armour
 a - the +4 pair of boots of Vyozozien {Rampage +Inv Str+3}
   (You found it on level 19 of a ziggurat)

   Str:       It affects your strength (+3).
   +Inv:      It lets you turn invisible.
   Rampage:   It bestows one free step when moving towards enemies.
 b - the +1 pair of boots of Inviolability (worn) {rCorr Str+7}
   (You acquired it on level 12 of a ziggurat)

   Str:       It affects your strength (+7).
   rCorr:     It protects you from acid and corrosion.
 k - a +8 tower shield of resistance (worn)
 l - the +2 cloak of Impermeability (worn) {rF+ rN+ Will+ Regen+}
   (You found it on level 15 of a ziggurat)

   rF:        It protects you from fire.
   rN:        It protects you from negative energy.
   Regen:     It increases your rate of health regeneration.
   Will:      It increases your willpower.
 m - the +8 orange crystal plate armour (worn) {Archmagi, Int+3 Clar}
   (You found it on level 18 of a ziggurat)

   Int:       It affects your intelligence (+3).
   Clar:      It protects you against confusion.
 M - the +3 hat of Pondering {ponderous, Will+ MP+10 Int+5}
   (You found it on level 11 of a ziggurat)

   Int:       It affects your intelligence (+5).
   MP:        It affects your magic capacity (+10).
   Will:      It increases your willpower.
Jewellery
 g - the ring of Ufri (left hand) {rElec rC+ Int+3 Dex+8 Slay-5}
   (You found it on level 14 of a ziggurat)

   [ring of protection from cold]

   Int:       It affects your intelligence (+3).
   Dex:       It affects your dexterity (+8).
   Slay:      It affects your accuracy & damage with ranged weapons and melee
   (-5).
   rC:        It protects you from cold.
   rElec:     It insulates you from electricity.
 i - the amulet of Raita {Reflect Drain Int+6 Dex+7 SH+5}
   (You found it on level 6 of a ziggurat)

   [amulet of reflection]

   It reflects blocked missile attacks.
   Int:       It affects your intelligence (+6).
   Dex:       It affects your dexterity (+7).
   Drain:     It drains your maximum health when unequipped.
   SH:        It affects your SH (+5).
 n - the ring "Suadah" {rCorr MP+9 Str+6}
   (You found it on level 7 of a ziggurat)

   [ring of strength]

   Str:       It affects your strength (+6).
   MP:        It affects your magic capacity (+9).
   rCorr:     It protects you from acid and corrosion.
 o - the ring of Rupsis {rPois rCorr EV+4 Str+6 Stlth-}
   (You found it on level 19 of a ziggurat)

   [ring of evasion]

   EV:        It affects your evasion (+4).
   Str:       It affects your strength (+6).
   rPois:     It protects you from poison.
   rCorr:     It protects you from acid and corrosion.
   Stlth:     It makes you less stealthy.
 s - the amulet "Qikepoid" {Reflect Fly Will+ SH+5}
   (You found it on level 25 of a ziggurat)

   [amulet of reflection]

   It reflects blocked missile attacks.
   Fly:       It grants you flight.
   SH:        It affects your SH (+5).
   Will:      It increases your willpower.
 y - the ring "Home" {rPois rF+ rCorr Str+3 Stlth-}
   (You found it on level 23 of a ziggurat)

   [ring of resist corrosion]

   Str:       It affects your strength (+3).
   rF:        It protects you from fire.
   rPois:     It protects you from poison.
   rCorr:     It protects you from acid and corrosion.
   Stlth:     It makes you less stealthy.
 J - the ring of the Evening {Drain Will+ rCorr Stlth+}
   (You found it on level 25 of a ziggurat)

   [ring of willpower]

   rCorr:     It protects you from acid and corrosion.
   Drain:     It drains your maximum health when unequipped.
   Will:      It increases your willpower.
   Stlth:     It makes you more stealthy.
 O - the ring "Ceraguc" (right hand) {rPois rF+ MP+9 Str+7}
   (You found it on level 18 of a ziggurat)

   [ring of protection from fire]

   Str:       It affects your strength (+7).
   rF:        It protects you from fire.
   rPois:     It protects you from poison.
   MP:        It affects your magic capacity (+9).
 P - the ring of Down {rElec rPois Will+ Int-4}
   (You found it on level 21 of a ziggurat)

   [ring of poison resistance]

   Int:       It affects your intelligence (-4).
   rElec:     It insulates you from electricity.
   rPois:     It protects you from poison.
   Will:      It increases your willpower.
 Q - the amulet "Teihaots" (around neck) {Reflect rC- Regen+ Int+8 SH+5}
   (You found it on level 21 of a ziggurat)

   [amulet of reflection]

   It reflects blocked missile attacks.
   Int:       It affects your intelligence (+8).
   rC:        It makes you vulnerable to cold.
   Regen:     It increases your rate of health regeneration.
   SH:        It affects your SH (+5).
 T - the ring "Ciolac" {rC+ rN+ Will+ Dex+4}
   (You found it on level 14 of a ziggurat)

   [ring of willpower]

   Dex:       It affects your dexterity (+4).
   rC:        It protects you from cold.
   rN:        It protects you from negative energy.
   Will:      It increases your willpower.
 U - the ring of Keewid {rC+ Dex+3 Slay+3 SInv}
   (You found it on level 18 of a ziggurat)

   [ring of protection from cold]

   Dex:       It affects your dexterity (+3).
   Slay:      It affects your accuracy & damage with ranged weapons and melee
   (+3).
   rC:        It protects you from cold.
   SInv:      It lets you see invisible.
 Y - the ring of Zyriu {rC+ rCorr Dex+2}
   (You found it on level 18 of a ziggurat)

   [ring of protection from cold]

   Dex:       It affects your dexterity (+2).
   rC:        It protects you from cold.
   rCorr:     It protects you from acid and corrosion.
Wands
 j - a wand of acid (88)
 B - a wand of digging (95)
 K - a wand of iceblast (260)
Scrolls
 h - 13 scrolls of summoning
 p - 55 scrolls of torment
 u - 322 scrolls of fog
 v - 478 scrolls of teleportation
 A - 44 scrolls of fear
 E - 40 scrolls of immolation
 N - 108 scrolls of blinking
 R - 186 scrolls of amnesia
Potions
 c - 177 potions of experience
 e - 107 potions of heal wounds
 f - 112 potions of haste
 r - 13 potions of ambrosia
 t - 114 potions of curing
 x - 31 potions of brilliance
 z - 315 potions of mutation
 C - 12 potions of flight
 D - 24 potions of might
 G - 52 potions of cancellation
 H - 67 potions of magic
 I - 15 potions of resistance
 V - 21 potions of invisibility
Miscellaneous
 S - a condenser vane


   Skills:
 O Level 27 Fighting
 O Level 27 Short Blades
 O Level 27 Long Blades
 O Level 27 Axes
 O Level 27 Maces & Flails
 O Level 27 Polearms
 O Level 27 Staves
 O Level 27 Slings
 O Level 27 Bows
 O Level 27 Crossbows
 O Level 27 Throwing
 O Level 27 Armour
 O Level 27 Dodging
 O Level 27 Stealth
 O Level 27 Shields
 O Level 27 Unarmed Combat
 O Level 27 Spellcasting
 O Level 27 Conjurations
 O Level 27 Hexes
 O Level 27 Summonings
 O Level 27 Necromancy
 O Level 27 Translocations
 O Level 27 Transmutations
 O Level 27 Fire Magic
 O Level 27 Ice Magic
 O Level 27 Air Magic
 O Level 27 Earth Magic
 O Level 27 Poison Magic
 O Level 27 Invocations
 O Level 27 Evocations


You had 4 spell levels left.
You knew the following spells:

 Your Spells              Type           Power      Damage    Failure   Level
a - Necromutation         Tmut/Necr      100%       N/A       1%          8
b - Disjunction           Tloc           96%        N/A       1%          8
c - Death's Door          Necr           100%       N/A       1%          9
d - Polar Vortex          Ice            96%        N/A       1%          9
e - Fire Storm            Conj/Fire      96%        8d24      1%          9
f - Ignition              Fire           96%        3d24      1%          8
g - Shatter               Erth           96%        3d69*     1%          9
h - Ozocubu's Refrigerat  Ice            96%        4d24      0%          7
i - Chain Lightning       Conj/Air       96%        3d128     1%          9

Your spell library contained the following spells:

 Spells                   Type           Power      Damage    Failure   Level
 Animate Skeleton         Necr           100%       N/A       0%          1
 Apportation              Tloc           100%       N/A       0%          1
 Beastly Appendage        Tmut           100%       N/A       0%          1
 Foxfire                  Conj/Fire      100%       2x1d9     0%          1
 Freeze                   Ice            100%       1d11      0%          1
 Magic Dart               Conj           100%       1d8       0%          1
 Pain                     Necr           100%       1d9       0%          1
 Sandblast                Erth           100%       2d20      0%          1
 Shock                    Conj/Air       100%       1d9       0%          1
 Slow                     Hex            100%       N/A       0%          1
 Sting                    Tmut/Pois      100%       1d8       0%          1
 Summon Small Mammal      Summ           100%       N/A       0%          1
 Blink                    Tloc           100%       N/A       0%          2
 Call Imp                 Summ           100%       N/A       0%          2
 Corpse Rot               Necr/Air       100%       N/A       0%          2
 Ensorcelled Hibernation  Hex/Ice        100%       N/A       0%          2
 Passwall                 Tmut/Erth      100%       N/A       0%          2
 Poisonous Vapours        Pois/Air       100%       N/A       0%          2
 Scorch                   Fire           100%       2d10      0%          2
 Searing Ray              Conj           100%       2d8       0%          2
 Static Discharge         Conj/Air       100%       N/A       0%          2
 Sublimation of Blood     Necr           100%       N/A       0%          2
 Wereblood                Tmut           100%       N/A       0%          2
 Call Canine Familiar     Summ           100%       N/A       0%          3
 Confusing Touch          Hex            100%       N/A       0%          3
 Conjure Flame            Conj/Fire      100%       6-21      0%          3
 Dazzling Flash           Conj/Hex       100%       N/A       0%          3
 Frozen Ramparts          Ice            100%       1d12      0%          3
 Gell's Gravitas          Tloc           100%       N/A       0%          3
 Ignite Poison            Fire/Tmut/Pois 100%       N/A       0%          3
 Inner Flame              Hex/Fire       100%       N/A       0%          3
 Lesser Beckoning         Tloc           100%       N/A       0%          3
 Mephitic Cloud           Conj/Pois/Air  100%       N/A       0%          3
 Ozocubu's Armour         Ice            100%       N/A       0%          3
 Portal Projectile        Hex/Tloc       100%       N/A       0%          3
 Spider Form              Tmut/Pois      100%       N/A       0%          3
 Stone Arrow              Conj/Erth      100%       3d13      0%          3
 Summon Guardian Golem    Hex/Summ       100%       N/A       0%          3
 Swiftness                Air            100%       N/A       0%          3
 Teleport Other           Tloc           100%       N/A       0%          3
 Tukima's Dance           Hex            100%       N/A       0%          3
 Vampiric Draining        Necr           100%       2d13      0%          3
 Airstrike                Air            96%        N/A       0%          4
 Anguish                  Hex/Necr       100%       N/A       0%          4
 Animate Armour           Summ/Erth      100%       N/A       0%          4
 Animate Dead             Necr           100%       N/A       0%          4
 Cause Fear               Hex            96%        N/A       0%          4
 Dispel Undead            Necr           100%       3d31      0%          4
 Flame Wave               Conj/Fire      100%       2d17      0%          4
 Fulminant Prism          Conj/Hex       96%        3d39      0%          4
 Hailstorm                Conj/Ice       100%       3d20      0%          4
 Ice Form                 Ice/Tmut       100%       N/A       0%          4
 Iskenderun's Mystic Bla  Conj/Tloc      100%       2d19      0%          4
 Leda's Liquefaction      Hex/Erth       96%        N/A       0%          4
 Olgreb's Toxic Radiance  Pois           100%       N/A       0%          4
 Passage of Golubria      Tloc           100%       N/A       0%          4
 Petrify                  Tmut/Erth      100%       N/A       0%          4
 Sticky Flame             Conj/Fire      100%       2d11      0%          4
 Summon Ice Beast         Ice/Summ       100%       N/A       0%          4
 Summon Lightning Spire   Summ/Air       100%       N/A       0%          4
 Agony                    Necr           100%       N/A       0%          5
 Alistair's Intoxication  Tmut/Pois      100%       N/A       0%          5
 Blade Hands              Tmut           96%        N/A       0%          5
 Borgnjor's Vile Clutch   Necr/Erth      100%       N/A       0%          5
 Excruciating Wounds      Necr           100%       N/A       0%          5
 Fireball                 Conj/Fire      96%        3d35      0%          5
 Freezing Cloud           Conj/Ice/Air   96%        6-21      0%          5
 Irradiate                Conj/Tmut      96%        3d45      0%          5
 Iskenderun's Battlesphe  Conj           100%       2d15      0%          5
 Lee's Rapid Deconstruct  Erth           96%        3d43*     0%          5
 Lightning Bolt           Conj/Air       96%        1d126     0%          5
 Manifold Assault         Tloc           100%       N/A       0%          5
 Metabolic Englaciation   Hex/Ice        96%        N/A       0%          5
 Silence                  Hex/Air        96%        N/A       0%          5
 Summon Forest            Summ/Tloc      96%        N/A       0%          5
 Summon Mana Viper        Hex/Summ       100%       N/A       0%          5
 Yara's Violent Unravell  Hex/Tmut       96%        3d35      0%          5
 Conjure Ball Lightning   Conj/Air       96%        3x3d37    0%          6
 Death Channel            Necr           100%       N/A       0%          6
 Dispersal                Tloc           96%        N/A       0%          6
 Eringya's Noxious Bog    Tmut/Pois      96%        N/A       0%          6
 Iron Shot                Conj/Erth      96%        9d17      0%          6
 Simulacrum               Ice/Necr       100%       N/A       0%          6
 Starburst                Conj/Fire      96%        6d24      0%          6
 Statue Form              Tmut/Erth      100%       N/A       0%          6
 Summon Cactus Giant      Summ           96%        N/A       0%          6
 Dragon Form              Tmut           96%        N/A       0%          7
 Enfeeble                 Hex            96%        N/A       0%          7
 Haunt                    Necr/Summ      100%       N/A       0%          7
 Malign Gateway           Summ/Tloc      96%        N/A       0%          7
 Monstrous Menagerie      Summ           96%        N/A       0%          7
 Orb of Destruction       Conj           96%        9d21      0%          7
 Spellforged Servitor     Conj/Summ      96%        N/A       0%          7
 Storm Form               Tmut/Air       96%        N/A       0%          7
 Summon Hydra             Summ           96%        N/A       0%          7
 Borgnjor's Revivificati  Necr           100%       N/A       1%          8
 Discord                  Hex            96%        N/A       1%          8
 Infestation              Necr           100%       N/A       1%          8
 Lehudib's Crystal Spear  Conj/Erth      96%        10d21     1%          8
 Maxwell's Capacitive Co  Air            96%        ∞         1%          8
 Summon Horrible Things   Summ           96%        N/A       1%          8
 Dragon's Call            Summ           96%        N/A       1%          9


Dungeon Overview and Level Annotations

Branches:
Dungeon (15/15)            Temple (1/1) D:7            Lair (6/6) D:10
  Swamp (4/4) Lair:2        Snake (4/4) Lair:4        Slime (5/5) Lair:6
    Orc (2/2) D:12            Elf (3/3) Orc:2        Vaults (5/5) D:13
  Crypt (3/3) Vaults:2       Tomb (3/3) Crypt:3      Depths (4/4) D:15
   Hell (visited)             Dis (7/7) Hell            Geh (7/7) Hell
    Coc (7/7) Hell            Tar (7/7) Hell            Zot (5/5) Depths:4
 Bailey (visited)          WizLab (visited)         Gauntlet (visited)

Altars:
Ashenzari
Cheibriados
Dithmenos
Elyvilon
Fedhas
Gozag
Hepliaklqana
Kikubaaqudgha
Makhleb
Nemelex Xobeh
Okawaru
Qazlal
Ru
Sif Muna
Trog
Uskayaw
Vehumet
Wu Jian
Xom
Yredelemnul
Zin
The Shining One
Beogh
Jiyva

Shops:
D:1 (   D:2 *   D:10 *   Orc:1 :   Orc:2 =:==   Elf:2 (   Snake:1 =::*
Snake:3 [   Vaults:4 [(   Depths:4 [**[[[(![!=[***[*[*[!**[=[[*[[[

Portals:
Hell: Depths:1 Depths:2 Depths:3 Depths:4
Abyss: Swamp:3 Depths:3 Depths:4
Pandemonium: Depths:2
Ziggurat: Depths:4


Innate Abilities, Weirdness & Mutations

You are an undead lich.
Your unarmed attacks are suffused with negative energy.
You are immune to unholy pain and torment.
Your necromantic spells are more powerful.
You cannot drink.
You are completely covered in slimy green scales. (AC +4, rPois)
A meltable icy envelope protects you from harm. (AC +8)
Your magical and physical power is greatly enhanced at high health.
When hurt, damage is shared between your health and your magic reserves.
You regenerate magic rapidly.
When low on magic, you restore magic in place of health.
A meltable shield of frost defends you. (SH +4)
Your touch may irresistibly damage your foes and sap their willpower.
You have large cloven feet.
You are partially covered in large bone plates. (SH +4)
You have supernaturally acute eyesight. (SInv)
Your mind is acute. (Int +2)
Your flesh is cold resistant. (rC+)
You are robust. (+10% HP)
You expend magic power (3 MP) to strengthen your wands.
Your movements are slightly less encumbered by armour. (ER -2)
You passively dampen the noise of your surroundings.


Message History

The Shining One smites you!
* * * LOW HITPOINT WARNING * * *
A pearl dragon comes into view.
An angel comes into view.
It is wielding a +2 sacred scourge of holy wrath and wearing a +0 robe of willpower.
The cherub is distracted by your dazzling golden aura.
The angel moves out of view.
The cherub's lion head roars!
The daeva shouts!
The pearl dragon roars deafeningly!
A pearl dragon comes into view.
Unknown command.
Unknown command.
Unknown command. [a] - 460 gold - haste and resistance [b] - 540 gold - haste and resistance [c] - 264 gold - invisibility and might Purchase which effect?
You feel yourself speed up.
You feel protected.
The pearl dragon roars deafeningly!
You hear a shout! x4
You hear a deafening roar!
The daeva no longer looks unusually strong.
The cherub is no longer distracted by gold.
The angel is distracted by your dazzling golden aura.
The daeva blocks your fire vortex's attack.
The daeva calls down the wrath of the Shining One upon you.
The Shining One smites you!
* * * LOW HITPOINT WARNING * * *
The daeva hits your fire vortex with a +4 long sword of holy wrath.
The daeva completely misses your fire vortex.
The angel is distracted by your dazzling golden aura.
The daeva is distracted by your dazzling golden aura.
The cherub sings a powerful hymn!
The angels go into a battle-frenzy!
A pearl dragon comes into view.
The pearl dragon is distracted by your dazzling golden aura.
A pearl dragon comes into view.
The daeva calls down the wrath of the Shining One upon you.
The Shining One smites you!
You die...
Your body crumbles into a pile of gold.

▓.▓▓▓▓▓▓▓
......AL▓▓
.A....Av..▓▓
.A...§.A....▓▓
...D...Av....▓▓▓
.§.AA.........§▓▓
.....DAG...A....▓▓
ADA.DD.§..§)§§.A§▓
DAADAD.§A.☼☼○○☼D.▓▓
.^8..^$$$$..A▓▓


You could see 9 daevas, 8 pearl dragons, 4 angels, an ophan (strong), 3 cherubim
and 2 friendly fire vortices.

Vanquished Creatures
  Cerebov (Pan)
  The ghost of Haitsiopt the Axe Maniac, a legendary DsGl of Makhleb (Zig:16)
  Asmodeus (Geh:7)
  Antaeus (Coc:7)
  The ghost of Vuopse the Conqueror, a legendary GnIE of Ashenzari (Zig:16)
  the Royal Jelly (Slime:5)
  Ereshkigal (Tar:7)
  The ghost of astronautguy the Formicid Barricade, a legendary FoEE of Makhleb (Zig:16)
  The ghost of astronautguy the Formicid Barricade, a legendary FoEE of Makhleb (Zig:16)
  Gloorx Vloq (Pan)
  The ghost of scarywalker64 the Petrodigitator, a legendary GrEE of Vehumet (Zig:16)
  The ghost of scarywalker64 the Petrodigitator, a legendary GrEE of Vehumet (Zig:16)
  The ghost of Motirgh the Ruinous, a legendary DgWz (Zig:16)
  The ghost of Motirgh the Ruinous, a legendary DgWz (Zig:10)
  The ghost of Motirgh the Ruinous, a legendary DgWz (Zig:16)
  Mnoleg (Pan)
  The ghost of Nenig the Conqueror, a legendary GnFi of Okawaru (Zig:10)
  The ghost of Nenig the Conqueror, a legendary GnFi of Okawaru (Zig:16)
  Lom Lobon (Pan)
  the Serpent of Hell (Dis:7)
  The ghost of Xiwu the Conqueror, a legendary MiFi of the Shining One (Zig:10)
  The ghost of Ikusitist the Infernalist, a legendary NaFE of Cheibriados (Zig:16)
  The ghost of Oreexun the Archmage, a legendary DECj of Vehumet (Zig:10)
  The ghost of tigertrap the Metallomancer, a legendary DgWz (Zig:16)
  The ghost of WiseOSalty the Conqueror, a legendary TrGl of Qazlal (Zig:16)
  The ghost of Piginabag the Conqueror, a legendary DsSk of Gozag (Zig:10)
  The ghost of Teaz Xo Upt the Hoplite, a legendary GnFE of Ashenzari (Zig:16)
  The ghost of Xuqyot the Conqueror, a legendary DsFi of Jiyva (Zig:16)
  The ghost of Xuqyot the Conqueror, a legendary DsFi of Jiyva (Zig:10)
  The ghost of swap the Archmage, a legendary DEFE of Vehumet (Zig:16)
  The ghost of swap the Archmage, a legendary DEFE of Vehumet (Zig:16)
  The ghost of swap the Archmage, a legendary DEFE of Vehumet (Zig:10)
  The ghost of Marixus the Axe Maniac, a legendary DDFi of Cheibriados (Zig:16)
  Dispater (Dis:7)
  The ghost of Manman the Conqueror, a legendary HOGl of Makhleb (Zig:16)
  The ghost of Kucykkydd the Axe Maniac, a legendary MiFi of Gozag (Zig:16)
  The ghost of BerryKnight the Divine Blade, a legendary DgFi (Zig:16)
  The ghost of ragingrage the Ruinous, a legendary OpFE of Vehumet (Zig:16)
  The ghost of ragingrage the Ruinous, a legendary OpFE of Vehumet (Zig:16)
  The ghost of ragingrage the Ruinous, a legendary OpFE of Vehumet (Zig:16)
  456 ancient liches
  The ghost of Rueful the Heavyweight Champion, a legendary TrWr of Qazlal (Zig:16)
  The ghost of Rueful the Heavyweight Champion, a legendary TrWr of Qazlal (Zig:16)
  The ghost of Rueful the Heavyweight Champion, a legendary TrWr of Qazlal (Zig:16)
  The ghost of Ekeiwkem the Impregnable, a legendary DsFi of Makhleb (Zig:16)
  440 dread liches
  The ghost of Boduf the Metallomancer, a legendary FoHu of Cheibriados (Zig:16)
  The ghost of scarywalker64 the Sorcerer, a veteran BaSu of Sif Muna (Zig:16)
  The ghost of scarywalker64 the Sorcerer, a veteran BaSu of Sif Muna (Zig:16)
  The ghost of scarywalker64 the Sorcerer, a veteran BaSu of Sif Muna (Zig:16)
  The ghost of scarywalker64 the Sorcerer, a veteran BaSu of Sif Muna (Zig:16)
  213 orbs of fire
  The ghost of melllvar the Conqueror, a legendary MiBe of the Shining One (Zig:16)
  The ghost of deprived the Acolyte, a legendary HOFi of the Shining One (Zig:10)
  The ghost of sleeves the Acolyte, a legendary HuSk of the Shining One (Zig:16)
  The ghost of melllvar the Conqueror, a legendary MiBe of the Shining One (Zig:10)
  The ghost of GlasyaLabolas the Conqueror, a legendary MiFi of Dithmenos (Zig:16)
  The ghost of sleeves the Acolyte, a legendary HuSk of the Shining One (Zig:10)
  The ghost of sleeves the Acolyte, a legendary HuSk of the Shining One (Zig:16)
  The ghost of reasonance the Anchorite, a legendary HOMo of Zin (Zig:16)
  The ghost of reasonance the Anchorite, a legendary HOMo of Zin (Zig:10)
  The ghost of deprived the Acolyte, a legendary HOFi of the Shining One (Zig:16)
  The ghost of deprived the Acolyte, a legendary HOFi of the Shining One (Zig:16)
  The ghost of corvin the Slayer, a legendary OgWn of Dithmenos (Zig:16)
  The ghost of corvin the Slayer, a legendary OgWn of Dithmenos (Zig:10)
  The ghost of corvin the Slayer, a legendary OgWn of Dithmenos (Zig:16)
  The ghost of Xorhowon the Invulnerable, a legendary MiBe of Trog (Zig:16)
  The ghost of Xorhowon the Invulnerable, a legendary MiBe of Trog (Zig:16)
  The ghost of Fouwomub the Sorcerer, a legendary FoEE of Vehumet (Zig:10)
  The ghost of Fouwomub the Sorcerer, a legendary FoEE of Vehumet (Zig:16)
  The ghost of Fouwomub the Sorcerer, a legendary FoEE of Vehumet (Zig:16)
  The ghost of Fouwomub the Sorcerer, a legendary FoEE of Vehumet (Zig:16)
  The ghost of Sext the Conqueror, a legendary MiFi of the Shining One (Zig:10)
  The ghost of Sext the Conqueror, a legendary MiFi of the Shining One (Zig:16)
  The ghost of Zonian the Slayer, a legendary HOFi of Beogh (Zig:16)
  The ghost of Zonian the Slayer, a legendary HOFi of Beogh (Zig:10)
  The ghost of Zonian the Slayer, a legendary HOFi of Beogh (Zig:16)
  The ghost of Ucrups the Swordmaster, a legendary MiFi of the Shining One (Zig:16)
  The ghost of Xatwola the Axe Maniac, a legendary DDFi of Makhleb (Zig:10)
  The ghost of Veodywke the Conqueror, a legendary MiBe of the Shining One (Zig:16)
  The ghost of sleeves the Metallomancer, a legendary HuEE of Vehumet (Zig:16)
  The ghost of Shayle the Sluggish Gnoll, a legendary GnWz of Cheibriados (Zig:16)
  The ghost of Shayle the Sluggish Gnoll, a legendary GnWz of Cheibriados (Zig:16)
  The ghost of Shayle the Sluggish Gnoll, a legendary GnWz of Cheibriados (Zig:16)
  The ghost of Hewasun the Conqueror, a legendary MiBe of the Shining One (Zig:10)
  The ghost of Hewasun the Conqueror, a legendary MiBe of the Shining One (Zig:10)
  The ghost of Hewasun the Conqueror, a legendary MiBe of the Shining One (Zig:10)
  The ghost of agentgt the Executioner, a legendary MiCK of Xom (Zig:16)
  Mara (Crypt:2)
  The ghost of strangelove the Metallomancer, a master GrEE of Vehumet (Zig:16)
  The ghost of thechecker02 the Slayer, a master DDFi of Makhleb (Zig:10)
  The ghost of thechecker02 the Slayer, a master DDFi of Makhleb (Zig:16)
  The ghost of thechecker02 the Slayer, a master DDFi of Makhleb (Zig:16)
  The ghost of Likado the Gnoll Barricade, a legendary GnSk of the Shining One (Zig:16)
  The ghost of Jeklifit the Conqueror, a legendary FoFi of the Shining One (Zig:16)
  The ghost of Jeklifit the Conqueror, a legendary FoFi of the Shining One (Zig:16)
  The ghost of Giojuova the Slayer, a legendary GnBe of Trog (Zig:10)
  The ghost of Giojuova the Slayer, a legendary GnBe of Trog (Zig:16)
  The ghost of Totuz the Messenger, a legendary HOFi of Beogh (Zig:16)
  The ghost of Totuz the Messenger, a legendary HOFi of Beogh (Zig:16)
  The ghost of Qeilemp the Conqueror, a legendary HOFi of Beogh (Zig:16)
  The ghost of Totuz the Messenger, a legendary HOFi of Beogh (Zig:16)
  The ghost of Qeilemp the Conqueror, a legendary HOFi of Beogh (Zig:16)
  The ghost of Becvyf the Sluggish Gnoll, a legendary GnFi of Cheibriados (Zig:16)
  The ghost of Becvyf the Sluggish Gnoll, a legendary GnFi of Cheibriados (Zig:16)
  The ghost of Becvyf the Sluggish Gnoll, a legendary GnFi of Cheibriados (Zig:16)
  The ghost of Zenecom the Conqueror, a legendary MiFi of Makhleb (Zig:16)
  The ghost of Fugi the Sniper, a legendary FoFi of Ashenzari (Zig:10)
  The ghost of Unuchuin the Marksgnoll, a legendary GnFi of the Shining One (Zig:16)
  The ghost of Unuchuin the Marksgnoll, a legendary GnFi of the Shining One (Zig:16)
  The ghost of Unuchuin the Marksgnoll, a legendary GnFi of the Shining One (Zig:10)
  The ghost of grandjackal the Rhythm of Life and Death, a legendary DsGl of Uskayaw (Zig:16)
  The ghost of grandjackal the Rhythm of Life and Death, a legendary DsGl of Uskayaw (Zig:10)
  The ghost of grandjackal the Rhythm of Life and Death, a legendary DsGl of Uskayaw (Zig:16)
  The ghost of grandjackal the Rhythm of Life and Death, a legendary DsGl of Uskayaw (Zig:16)
  The ghost of grandjackal the Rhythm of Life and Death, a legendary DsGl of Uskayaw (Zig:16)
  The ghost of grandjackal the Rhythm of Life and Death, a legendary DsGl of Uskayaw (Zig:16)
  The ghost of Denobboc the Imperceptible, a legendary OpMo of Jiyva (Zig:16)
  757 juggernauts
  The ghost of sleeves the Demonic Mishap, a legendary DsFi of Qazlal (Zig:16)
  The ghost of sleeves the Demonic Mishap, a legendary DsFi of Qazlal (Zig:10)
  The ghost of Ecsetopt the Hawkeye, a legendary BaWn of Cheibriados (Zig:10)
  The ghost of Kalug the Executioner, a legendary DrFi of Cheibriados (Zig:10)
  The ghost of Fueng the Anchorite, a legendary HOFi of Zin (Zig:16)
  The ghost of Kalug the Executioner, a legendary DrFi of Cheibriados (Zig:10)
  The ghost of Zoplarin the Conqueror, a legendary BaSk of Cheibriados (Zig:16)
  The ghost of Zoplarin the Conqueror, a legendary BaSk of Cheibriados (Zig:16)
  The ghost of Hillam the Grand Master, a legendary DsTm of Cheibriados (Zig:16)
  The ghost of frimble the Slayer, a legendary DsFi of Okawaru (Zig:16)
  The ghost of frimble the Slayer, a legendary DsFi of Okawaru (Zig:16)
  The ghost of Zachydoop the Conqueror, a veteran MiMo of Ru (Zig:16)
  The ghost of Zachydoop the Conqueror, a veteran MiMo of Ru (Zig:10)
  The ghost of Zachydoop the Conqueror, a veteran MiMo of Ru (Zig:16)
  The ghost of Wammos the Grand Master, a legendary TeCj of Cheibriados (Zig:16)
  The ghost of Qupubruts the Slayer, a master HOFi of Okawaru (Zig:10)
  The ghost of Alysiarr the Cutthroat, a legendary KoHu of Okawaru (Zig:16)
  The ghost of Alysiarr the Cutthroat, a legendary KoHu of Okawaru (Zig:10)
  The ghost of Alysiarr the Cutthroat, a legendary KoHu of Okawaru (Zig:16)
  830 royal mummies
  The ghost of TuffENuff the Formicid Mishap, a legendary FoFi of Qazlal (Zig:10)
  The ghost of TuffENuff the Formicid Mishap, a legendary FoFi of Qazlal (Zig:16)
  The ghost of stevelinton the Ninja, a legendary KoBe of Trog (Zig:16)
  The ghost of stevelinton the Ninja, a legendary KoBe of Trog (Zig:16)
  The ghost of stevelinton the Ninja, a legendary KoBe of Trog (Zig:16)
  The ghost of andrewp the Conqueror, a veteran MiBe of Trog (Zig:16)
  The ghost of andrewp the Conqueror, a veteran MiBe of Trog (Zig:10)
  The ghost of Rirumasy the Octopoid Blade, a legendary OpWn of Gozag (Zig:16)
  The ghost of Walil the Intangible, a veteran MiMo of Dithmenos (Zig:10)
  The ghost of Walil the Intangible, a veteran MiMo of Dithmenos (Zig:16)
  The ghost of Kufiz the Slayer, a master GrCK of Xom (Zig:10)
  The ghost of thechecker02 the Impregnable, a legendary DDFi of Makhleb (Zig:10)
  The ghost of thechecker02 the Impregnable, a legendary DDFi of Makhleb (Zig:16)
  The ghost of heteroy the Invulnerable, a legendary DsHu of Uskayaw (Zig:10)
  The ghost of heteroy the Invulnerable, a legendary DsHu of Uskayaw (Zig:16)
  The ghost of heteroy the Invulnerable, a legendary DsHu of Uskayaw (Zig:16)
  The ghost of Viugiw the Slayer, a legendary TeBe of the Shining One (Zig:16)
  The ghost of BoringLoser the Acrobat, a veteran TeAE of Ru (Zig:16)
  The ghost of BoringLoser the Acrobat, a veteran TeAE of Ru (Zig:16)
  The ghost of BoringLoser the Acrobat, a veteran TeAE of Ru (Zig:16)
  226 shard shrikes
  The ghost of Evehuixoju the Rhythm of Life and Death, a legendary VSFi of Uskayaw (Zig:10)
  The ghost of lukano the Imperceptible, a legendary GrFi of the Shining One (Zig:10)
  The ghost of lukano the Imperceptible, a legendary GrFi of the Shining One (Zig:16)
  The ghost of Dameikh the Hoplite, a veteran FoFi of Nemelex Xobeh (Zig:10)
  The ghost of Dameikh the Hoplite, a veteran FoFi of Nemelex Xobeh (Zig:16)
  The ghost of Dameikh the Hoplite, a veteran FoFi of Nemelex Xobeh (Zig:16)
  The ghost of Godueg the Slayer, a veteran HOFi of the Shining One (Zig:16)
  The ghost of Godueg the Slayer, a veteran HOFi of the Shining One (Zig:16)
  The ghost of Godueg the Slayer, a veteran HOFi of the Shining One (Zig:16)
  The ghost of Godueg the Slayer, a veteran HOFi of the Shining One (Zig:16)
  The ghost of Piginabag the Questioner, a veteran GnMo of Ru (Zig:10)
  The ghost of Piginabag the Questioner, a veteran GnMo of Ru (Zig:16)
  The ghost of Gucom the Sluggish Gnoll, a veteran GnFi of Cheibriados (Zig:10)
  The ghost of yaoilover the Conqueror, a veteran MiBe of Trog (Zig:16)
  The ghost of yaoilover the Conqueror, a veteran MiBe of Trog (Zig:16)
  The ghost of yaoilover the Conqueror, a veteran MiBe of Trog (Zig:16)
  The ghost of lmSkywalker the Warrior, an adept DrTm of Okawaru (Zig:16)
  The ghost of lmSkywalker the Warrior, an adept DrTm of Okawaru (Zig:16)
  371 Killer Klowns
  The ghost of frimble the Slayer, a legendary GrFi of Okawaru (Zig:16)
  The ghost of frimble the Slayer, a legendary GrFi of Okawaru (Zig:16)
  The ghost of Qatinlae the Archmage, a veteran DEFE of Sif Muna (Zig:16)
  The ghost of WeeknightWizard the Sorcerer, a veteran DEFE of Vehumet (Zig:16)
  The ghost of WeeknightWizard the Sorcerer, a veteran DEFE of Vehumet (Zig:10)
  The ghost of WeeknightWizard the Sorcerer, a veteran DEFE of Vehumet (Zig:16)
  The ghost of WeeknightWizard the Sorcerer, a veteran DEFE of Vehumet (Zig:16)
  Vashnia (Snake:2)
  The ghost of Ycuhohed the Acrobat, a veteran TeBe of Trog (Zig:10)
  The ghost of Ycuhohed the Acrobat, a veteran TeBe of Trog (Zig:16)
  5 caustic shrikes (shapeshifter)
  The ghost of Pusocauss the Warrior, a legendary VSBe of Trog (Zig:16)
  The ghost of Pusocauss the Warrior, a legendary VSBe of Trog (Zig:16)
  The ghost of Pusocauss the Warrior, a legendary VSBe of Trog (Zig:10)
  Saint Roka (Depths:3)
  The ghost of meatyocre the Brawler, a veteran TrFi of Uskayaw (Zig:16)
  The ghost of meatyocre the Brawler, a veteran TrFi of Uskayaw (Zig:10)
  The ghost of astronautguy the Purveyor of Pain, a master DEFE of Kikubaaqudgha (Zig:16)
  The ghost of astronautguy the Purveyor of Pain, a master DEFE of Kikubaaqudgha (Zig:10)
  The ghost of Heartburn the Minotaur Barricade, a veteran MiFi of Okawaru (Zig:16)
  24 curse toes
  257 caustic shrikes
  Geryon (Hell)
  The ghost of Janeylunn the Struggler, a veteran GnWn of Okawaru (Zig:16)
  The ghost of Anafel the Impregnable, a legendary GrFi of the Shining One (Zig:10)
  The ghost of Anafel the Impregnable, a legendary GrFi of the Shining One (Zig:10)
  5 golden dragons (shapeshifter)
  618 golden dragons
  256 profane servitors
  563 bone dragons
  The ghost of Gemnonof the Warrior, an adept DgCj (Zig:16)
  1221 pandemonium lords
  The ghost of Ebassic the Hoplite, a veteran GrFi of the Shining One (Zig:16)
  The ghost of Ebassic the Hoplite, a veteran GrFi of the Shining One (Zig:16)
  The ghost of Rocah the Hoplite, a veteran GrFi of the Shining One (Zig:16)
  The ghost of Rocah the Hoplite, a veteran GrFi of the Shining One (Zig:16)
  The ghost of Rocah the Hoplite, a veteran GrFi of the Shining One (Zig:16)
  The ghost of Pikuto the Slayer, an adept MiBe of Trog (Zig:10)
  The ghost of Pikuto the Slayer, an adept MiBe of Trog (Zig:16)
  375 pearl dragons
  Jory (Crypt:2)
  The ghost of Saphesar the Demonic Mishap, a veteran DsFi of Qazlal (Zig:16)
  The ghost of Saphesar the Demonic Mishap, a veteran DsFi of Qazlal (Zig:16)
  The ghost of Saphesar the Demonic Mishap, a veteran DsFi of Qazlal (Zig:16)
  The ghost of Saphesar the Demonic Mishap, a veteran DsFi of Qazlal (Zig:16)
  118 electric golems
  256 Tzitzimimeh
  245 iron giants
  415 Brimstone Fiends
  553 tentacled monstrosities
  The ghost of Xutext the Spry, an adept DsAK of Lugonu (Zig:16)
  71 doom hounds
  3 iron giants (shapeshifter)
  3 spectral shard shrikes
  442 Hell Sentinels
  343 hellephants
  25 Orb Guardians (Zot:5)
  523 Ice Fiends
  72 tainted leviathans
  The ghost of Zeph the Severer, an adept NaFi of Cheibriados (Zig:16)
  316 searing wretches
  A titan (shapeshifter) (Zig:24)
  420 deep elf blademasters
  484 deep elf master archers
  A shard shrike skeleton (Crypt:2)
  380 liches
  33 quicksilver dragons (shapeshifter)
  684 titans
  A walking divine tome (Depths:2)
  A walking earthen tome (Depths:4)
  198 quicksilver dragons
  1152 acid blobs
  Frances (D:13)
  An acid blob (shapeshifter) (Zig:25)
  146 tentacled starspawn
  258 Executioners
  7 eldritch tentacles
  The ghost of Vedeit the Warrior, an adept GrFi of Elyvilon (Swamp:3)
  461 ancient champions
  10 death cobs
  191 sphinxes
  The ghost of frimble the Struggler, an adept DsGl of Okawaru (Zig:16)
  The ghost of frimble the Struggler, an adept DsGl of Okawaru (Zig:16)
  14 sphinxes (shapeshifter)
  The ghost of Polaczum the Brawler, an adept TrMo of Nemelex Xobeh (Zig:16)
  The ghost of Polaczum the Brawler, an adept TrMo of Nemelex Xobeh (Zig:16)
  The ghost of Ubraesch the Brawler, an adept TrMo of Nemelex Xobeh (Zig:16)
  The ghost of Ubraesch the Brawler, an adept TrMo of Nemelex Xobeh (Zig:16)
  The ghost of Himmaryad the Brawler, an adept TrMo of Nemelex Xobeh (Zig:16)
  The ghost of Ubraesch the Brawler, an adept TrMo of Nemelex Xobeh (Zig:16)
  The ghost of Barug the Brawler, an adept TrMo of Nemelex Xobeh (Zig:10)
  The ghost of Ubraesch the Brawler, an adept TrMo of Nemelex Xobeh (Zig:16)
  28 shadow dragons (shapeshifter)
  2 storm dragons (shapeshifter) (Zig:21)
  87 shadow dragons
  23 thorn hunters
  Roxanne (Swamp:4)
  Donald (Elf:2)
  134 tengu reavers
  472 revenants
  914 nagarajas
  280 narguns
  266 azure jellies
  30 azure jellies (shapeshifter)
  23 fenstrider witches (shapeshifter)
  474 draconian monks
  142 storm dragons
  243 demonspawn warmongers
  A rockslime (shapeshifter) (Zig:14)
  16 fenstrider witches
  368 rockslimes
  343 fire giants
  620 draconian knights
  265 daevas
  134 vault wardens
  20 fire giants (shapeshifter)
  124 quicksilver elementals
  28 frost giants (shapeshifter)
  86 deep elf sorcerers
  212 frost giants
  128 iron dragons
  514 draconian scorchers
  3 iron dragons (shapeshifter)
  3 emperor scorpions (shapeshifter)
  66 ghouls
  1388 orc warlords
  255 cacodemons
  6 spectral juggernauts
  367 curse skulls
  1081 ghost moths
  438 draconian shifters
  869 balrugs
  6 spectral caustic shrikes
  28 juggernaut zombies
  635 emperor scorpions
  140 angels
  36 caustic shrike zombies
  10 shard shrike simulacra
  267 quicksilver oozes
  471 draconian stormcallers
  4 spriggan defenders
  32 deep elf elementalists
  6 ghost moths (shapeshifter)
  189 war gargoyles
  4 broodmothers (shapeshifter)
  18 stone giants (shapeshifter)
  97 ironbound preservers
  46 caustic shrike skeletons
  104 broodmothers
  11 quicksilver oozes (shapeshifter)
  602 demonspawn corrupters
  276 reapers
  590 draconian annihilators
  593 stone giants
  6 ironbound thunderhulks
  165 ophanim
  222 vampire knights
  252 green draconians
  282 demonspawn blood saints
  256 very ugly things
  30 eleionomae (shapeshifter)
  292 wendigos
  37 juggernaut skeletons
  132 apis
  274 deep elf demonologists
  95 putrid mouths
  234 black draconians
  26 elemental wellsprings
  161 lorocyprocas
  322 bennus
  70 bunyips
  A minotaur (Gauntlet)
  804 entropy weavers
  151 spark wasps
  21 dire elephants (shapeshifter)
  7 minotaurs (shapeshifter)
  229 yellow draconians
  267 demonspawn black suns
  312 deep elf annihilators
  65 eleionomae
  61 dire elephants
  3 spectral titans
  6 bunyips (shapeshifter)
  4 halazid warlocks (WizLab)
  225 white draconians
  9 entropy weavers (shapeshifter)
  250 purple draconians
  2 spark wasps (shapeshifter)
  236 red draconians
  42 crystal guardians
  4 ettins (shapeshifter)
  123 ettins
  293 eidola
  115 merfolk impalers
  377 merfolk javelineers
  14 quicksilver dragon zombies
  483 green deaths
  606 mummy priests
  173 deep elf death magi
  167 iron golems
  179 fire dragons
  A spectral kraken (Tar:7)
  435 blizzard demons
  Josephine (D:10)
  3 ice dragons (shapeshifter)
  342 shambling mangroves
  55 jiangshi
  2 spectral golden dragons (Zig:17)
  7 fire dragons (shapeshifter)
  Fannar (D:10)
  487 deep elf high priests
  14 quicksilver dragon skeletons
  6 great orbs of eyes (shapeshifter)
  151 naga warriors
  2 peacekeepers
  85 ice dragons
  Erolcha (D:13)
  164 yaktaur captains
  44 vault guards
  152 great orbs of eyes
  27 caustic shrike simulacra
  679 salamander tyrants
  4 spectral tengu
  162 spriggan air magi
  64 alligator snapping turtles
  7 catoblepae (shapeshifter)
  188 hell beasts
  399 hydras
  9 jorogumos (shapeshifter)
  3 spectral sphinxes
  50 rakshasas
  79 boulder beetles
  4 hydras (shapeshifter)
  63 ghost crabs
  33 spriggan skeletons
  94 catoblepae
  6 ironbound frosthearts
  5 radroaches (shapeshifter)
  19 anacondas (shapeshifter)
  30 merfolk avatars
  5 alligators (shapeshifter)
  17 juggernaut simulacra
  82 radroaches
  54 centaur warriors
  73 jorogumos
  42 stokers
  46 ogre magi
  526 merfolk aquamancers
  A spectral stone giant (Tar:5)
  26 alligator snapping turtles (shapeshifter)
  4 boulder beetles (shapeshifter)
  114 anacondas
  45 dancing weapons
  A spectral draconian (Tar:1)
  4 death yaks (shapeshifter)
  A fenstrider witch skeleton (Crypt:2)
  2 death knights
  64 satyrs
  304 vampire magi
  66 alligators
  19 deep troll earth magi
  4 satyrs (shapeshifter)
  5 tengu warriors
  20 two-headed ogres (shapeshifter)
  64 two-headed ogres
  345 death scarabs
  3 deep troll shamans
  7 spriggan berserkers
  3 spectral storm dragons
  124 hell hogs
  268 shock serpents
  167 thrashing horrors
  14 death yaks
  A spectral dire elephant (Tar:1)
  40 titan zombies
  109 hell knights
  1472 orc high priests
  23 shock serpents (shapeshifter)
  452 deep elf knights
  268 naga sharpshooters
  181 soul eaters
  32 storm dragon zombies
  132 shadow wraiths
  Nergalle (D:11)
  127 sun demons
  16 fire crabs (shapeshifter)
  37 goliath frogs
  38 skeletal warriors
  81 crystal echidnas
  114 sixfirhies
  42 titan skeletons
  A spectral spark wasp (WizLab)
  205 pharaoh ants
  79 spatial maelstroms
  107 sea snakes
  548 wretched stars
  206 steelbarb worms
  47 fire crabs
  184 flayed ghosts
  17 iron trolls (shapeshifter)
  54 deep trolls
  39 golden dragon zombies
  44 salamander mystics
  130 cherubim
  21 glowing orange brains (shapeshifter)
  59 sun moths
  20 deep trolls (shapeshifter)
  7 goliath frogs (shapeshifter)
  14 sea snakes (shapeshifter)
  A spectral anaconda (Tar:4)
  193 death drakes
  21 steelbarb worms (shapeshifter)
  4 spark wasp zombies
  380 iron trolls
  12 quicksilver dragon simulacra
  20 death drakes (shapeshifter)
  655 starcursed masses
  37 storm dragon skeletons
  66 glowing orange brains
  33 obsidian statues
  90 naga ritualists
  156 shadow demons
  5 spectral iron dragons
  15 orb spiders (shapeshifter)
  742 orb spiders
  35 tengu zombies
  440 deep elf archers
  21 spriggan simulacra
  9 lindwurms
  182 phantasmal warriors
  18 swamp dragons (shapeshifter)
  160 spriggan druids
  71 ironbound convokers
  16 lindwurms (shapeshifter)
  30 orange crystal statues
  275 swamp dragons
  43 bog bodies
  676 deep elf zephyrmancers
  30 shadow dragon zombies
  3 anaconda skeletons
  2 spectral wolf spiders (WizLab)
  An iron giant skeleton (Pan)
  22 sphinx zombies
  4 spectral spriggans
  A wolf spider zombie (WizLab)
  22 wizards
  2 bunyip skeletons
  7 harpies (shapeshifter)
  19 shadow dragon skeletons
  101 mana vipers
  157 harpies
  45 necromancers
  194 orc knights
  34 iron dragon zombies
  A fenstrider witch simulacrum (Crypt:1)
  653 deep elf pyromancers
  2 spectral ettins
  58 oklob plants
  14 fauns (shapeshifter)
  463 orc sorcerers
  31 tengu skeletons
  151 ugly things
  25 golden dragon skeletons
  10 fire giant zombies
  3 frost giant zombies
  10 salamanders (shapeshifter)
  260 wolf spiders
  15 mana vipers (shapeshifter)
  16 wolf spiders (shapeshifter)
  A spectral centaur (Tar:1)
  A stone giant zombie (Crypt:3)
  20 shining eyes (shapeshifter)
  21 sphinx skeletons
  13 manticores (shapeshifter)
  93 fauns
  3 glowing shapeshifters
  181 shining eyes
  39 worldbinders
  12 cyclopes (shapeshifter)
  107 cyclopes
  230 guardian serpents
  44 salamanders
  18 moths of wrath (shapeshifter)
  3 toenail golems
  1051 moths of wrath
  A spectral alligator snapping turtle (Tar:1)
  222 apocalypse crabs
  A dire elephant zombie (Tomb:1)
  78 vault sentinels
  36 iron dragon skeletons
  67 will-o-the-wisps
  9 black mambas (shapeshifter)
  112 orange demons
  124 manticores
  36 rust devils
  25 elephants
  A naga zombie (Tomb:1)
  489 black mambas
  14 eyes of devastation (shapeshifter)
  16 molten gargoyles
  13 guardian serpents (shapeshifter)
  4 fire giant skeletons
  3 stone giant skeletons
  23 elephants (shapeshifter)
  566 water nymphs
  38 ice statues
  Maurice (D:11)
  63 cane toads
  253 smoke demons
  20 torpor snails (shapeshifter)
  73 merfolk sirens
  102 eyes of devastation
  658 torpor snails
  259 naga magi
  17 water nymphs (shapeshifter)
  10 storm dragon simulacra
  10 unseen horrors (shapeshifter)
  19 titan simulacra
  22 gargoyles
  5 cane toads (shapeshifter)
  5 frost giant skeletons
  Maggie (D:10)
  2 dire elephant skeletons (Pan)
  A centaur skeleton (Pan)
  2 kobold demonologists
  2 rime drakes (shapeshifter)
  A minotaur zombie (Gauntlet)
  An orb spider zombie (Crypt:3)
  14 komodo dragons (shapeshifter)
  A yellow draconian zombie (Crypt:3)
  372 hellions
  48 komodo dragons
  A spectral naga (Tar:2)
  65 yaktaurs
  48 rime drakes
  80 efreet
  200 demonic crawlers
  59 freezing wraiths
  7 spectral swamp worms (Tar:7)
  2 spectral glowing shapeshifters
  4 yaktaurs (shapeshifter)
  68 ice devils
  22 unseen horrors
  A bunyip simulacrum (Coc:1)
  367 tormentors
  4 anaconda simulacra
  2 iron giant simulacra (Coc:7)
  1070 guardian mummies
  3 tengu conjurers
  137 hellwings
  17 silent spectres
  17 golden dragon simulacra
  3 harpy zombies
  141 ancient zymes
  8 queen bees (shapeshifter)
  427 merfolk
  15 shadow dragon simulacra
  64 red devils
  119 meliai
  9 trolls (shapeshifter)
  23 merfolk (shapeshifter)
  14 tengu simulacra
  7 meliai (shapeshifter)
  4 spectral harpies
  186 trolls
  Grinder (D:4)
  52 blink frogs
  4 polar bears (shapeshifter)
  11 tarantellas (shapeshifter)
  30 bloated husks
  2 hydra zombies (Hell)
  18 polar bears
  6 hornets (shapeshifter)
  A tyrant leech (shapeshifter) (Zig:11)
  An ettin zombie (Zig:6)
  558 hornets
  60 tyrant leeches
  2 harpy skeletons (Pan)
  7 raiju (shapeshifter)
  157 tarantellas
  23 dream sheep
  159 raiju
  10 wind drakes (shapeshifter)
  A guardian serpent zombie (Crypt:1)
  12 sphinx simulacra
  8 blink frogs (shapeshifter)
  14 iron dragon simulacra
  17 dream sheep (shapeshifter)
  82 snapping turtles
  5 hydra skeletons
  716 slime creatures
  19 snapping turtles (shapeshifter)
  86 wind drakes
  12 culicivoras (shapeshifter)
  A frost giant simulacrum (Zig:11)
  4 stone giant simulacra
  9 slime creatures (shapeshifter)
  186 jumping spiders
  174 air elementals
  9 spriggans (shapeshifter)
  435 flying skulls
  48 spriggan zombies
  9 vampires
  3 naga simulacra
  471 ushabtiu
  4 centaur simulacra (Gauntlet)
  2 spectral black mambas (Tar:1)
  170 culicivoras
  12 jumping spiders (shapeshifter)
  An ice dragon skeleton (Pan)
  55 spriggans
  288 water elementals
  76 yaks
  3 ettin skeletons
  5 yaks (shapeshifter)
  9 shadows
  17 wyverns
  182 ynoxinuls
  210 fire elementals
  7 basilisks (shapeshifter)
  26 wraiths
  A fire bat (shapeshifter) (Zig:25)
  5 golden eyes (shapeshifter)
  Grum (D:9)
  9 dire elephant simulacra
  5 hogs (shapeshifter)
  2 humans (shapeshifter)
  7 fire bats
  98 golden eyes
  9 humans (D:13)
  15 basilisks
  246 chaos spawn
  26 steam dragons
  25 vampire mosquitoes
  17 redbacks (shapeshifter)
  155 neqoxecs
  17 swamp worms
  240 redbacks
  20 spatial vortices
  14 harpy simulacra
  220 nagas
  A naga (shapeshifter) (Zig:14)
  20 swamp worms (shapeshifter)
  173 wargs
  A two-headed ogre skeleton (Crypt:3)
  2 human zombies
  8 hydra simulacra
  63 water moccasins
  4 acid dragons (shapeshifter)
  26 acid dragons
  2 water moccasins (shapeshifter)
  600 large abominations
  173 small abominations
  71 hell hounds
  A human skeleton (Zig:6)
  16 floating eyes (shapeshifter)
  69 floating eyes
  2 meliai simulacra (Gauntlet)
  2 black bears (shapeshifter)
  6 black bears
  A cane toad zombie (Crypt:3)
  A swamp drake (shapeshifter) (Zig:24)
  34 swamp drakes
  2 ice beasts (shapeshifter)
  3 sky beasts
  846 orc warriors
  19 ice beasts
  2 sky beasts (shapeshifter)
  5 boggarts
  8 ettin simulacra
  An ogre (shapeshifter) (Zig:21)
  4 necrophages (Crypt:3)
  445 ogres
  2 centaurs (shapeshifter) (Zig:25)
  33 centaurs
  52 wolves
  2 wolves (shapeshifter)
  2 phantoms
  A hog skeleton (Crypt:1)
  A kobold brigand (D:13)
  8 gnoll sergeants
  10 bullfrogs
  A cane toad simulacrum (Gauntlet)
  2 scorpions (D:6)
  15 glowing shapeshifter simulacra
  186 earth elementals
  2 scorpions (shapeshifter)
  A human simulacrum (Zig:10)
  A wyvern skeleton (D:7)
  2 cyclops skeletons (Crypt:2)
  A swamp dragon simulacrum (Coc:1)
  A shapeshifter zombie (Crypt:2)
  20 wights
  8 electric eels
  4 howler monkeys
  8 crimson imps
  2 hounds (shapeshifter)
  3 lava snakes (Lair:5)
  3 hounds
  2 quasits (Abyss:2)
  121 orc priests
  3 centaur zombies
  7 jellies
  6 gnoll shamans
  4 iguanas
  Natasha (D:4)
  122 orc wizards
  12 lightning spires
  5 hell rats (Hell)
  2 killer bee zombies
  8 ogre zombies (D:12)
  1848 mummies
  2 howler monkey zombies
  44 gnolls
  4 adders
  A shadow imp (D:6)
  4 white imps
  3 ufetubi
  An iguana skeleton (Crypt:3)
  2 worms
  3 dart slugs
  65 orcs
  5 endoplasms
  3 giant cockroaches
  18 hobgoblins
  3 jackals (D:2)
  8 quokkas
  A river rat zombie (Crypt:3)
  A ball python (D:1)
  3 bats
  A frilled lizard (D:1)
  A frilled lizard (shapeshifter) (Zig:25)
  26 goblins
  A goblin skeleton (D:12)
  3 goblin zombies (D:12)
  2 hobgoblin skeletons
  3 hobgoblin zombies (D:12)
  17 kobolds
  A kobold skeleton (Crypt:1)
  2 orc skeletons (D:12)
  15 orc zombies (D:12)
  6 rats
  11 ball lightnings
  24 briar patches
  6 creeping infernos
  273 fire vortices
  A lurking horror (Abyss:4)
  24 plants
  26 starspawn tentacles
75710 creatures vanquished.

Vanquished Creatures (collateral kills)
  An orb of fire (Zig:24)
  14 pandemonium lords
  A royal mummy (Tomb:1)
  5 Killer Klowns
  A golden dragon (Zig:27)
  9 pearl dragons
  2 ancient champions (WizLab)
  A sphinx (shapeshifter) (Zig:14)
  2 acid blobs
  A shadow dragon (shapeshifter) (Zig:25)
  A storm dragon (shapeshifter) (Zig:21)
  A sphinx (Zig:8)
  2 storm dragons (Zig:27)
  3 daevas (Zig:25)
  An azure jelly (shapeshifter) (Zig:24)
  A draconian scorcher (Zig:5)
  A cacodemon (Zig:17)
  A reaper (Zig:18)
  A demonspawn corrupter (Zig:11)
  4 very ugly things
  2 ophanim
  5 apis
  A demonspawn black sun (Zig:15)
  A dire elephant (Zig:18)
  A yellow draconian (Zig:25)
  A dire elephant (shapeshifter) (Zig:24)
  A green death (Zig:26)
  A blizzard demon (Zig:26)
  A fire dragon (Zig:24)
  A death scarab (Tomb:1)
  A skeletal warrior (WizLab)
  A sixfirhy (Zig:27)
  2 death drakes (Zig:27)
  An ugly thing (Zig:9)
  A shining eye (Zig:25)
  A moth of wrath (Zig:24)
  An apocalypse crab (Zig:24)
  A black mamba (Zig:18)
  A hellion (Zig:26)
  A rime drake (Zig:27)
  A spriggan zombie (WizLab)
  A tarantella (shapeshifter) (Zig:14)
  A slime creature (Zig:5)
  A spriggan (shapeshifter) (Zig:14)
  2 wyverns (Zig:27)
  A fire elemental (Zig:24)
  A golden eye (Zig:25)
  A neqoxec (Zig:9)
  A chaos spawn (Zig:24)
  A water moccasin (Zig:18)
  An orc warrior (D:6)
91 creatures vanquished.

Vanquished Creatures (others)
  52 pandemonium lords
  A dread lich (Zig:26)
  An ancient lich (Zig:25)
  A juggernaut (Zig:25)
  23 Killer Klowns
  3 golden dragons
  2 titans
  A deep elf master archer (Zig:22)
  7 tentacled monstrosities
  An acid blob (shapeshifter) (Zig:25)
  2 quicksilver dragons (shapeshifter)
  An Ice Fiend (Zig:22)
  4 eldritch tentacles
  2 Executioners
  A sphinx (shapeshifter) (Zig:25)
  A thorn hunter (Zig:15)
  A draconian monk (Zig:5)
  A shadow dragon (Zig:16)
  3 shadow dragons (shapeshifter)
  3 azure jellies (shapeshifter)
  2 nagarajas
  5 fenstrider witches (shapeshifter)
  A demonspawn warmonger (Zig:26)
  2 fire giants (shapeshifter)
  A draconian knight (Zig:13)
  An emperor scorpion (Zig:20)
  3 ghost moths
  4 frost giants (shapeshifter)
  An emperor scorpion (shapeshifter) (Zig:15)
  A draconian scorcher (Zig:12)
  An orc warlord (Zig:23)
  2 shard shrike simulacra (Coc:7)
  An ironbound preserver (Zig:26)
  2 cacodemons
  24 very ugly things
  A quicksilver ooze (shapeshifter) (Zig:25)
  A reaper (Zig:15)
  2 stone giants (shapeshifter)
  A demonspawn blood saint (Zig:18)
  A draconian annihilator (Zig:19)
  A stone giant (Zig:13)
  An eleionoma (shapeshifter) (Zig:25)
  A purple draconian (Zig:19)
  A demonspawn black sun (Zig:16)
  A white draconian (Zig:13)
  An eleionoma (Zig:7)
  A black draconian (Zig:24)
  A minotaur (shapeshifter) (Zig:25)
  2 bunyips
  2 lorocyprocas
  A deep elf annihilator (Elf:3)
  2 dire elephants (shapeshifter) (Zig:24)
  3 blizzard demons
  A red draconian (Zig:24)
  2 eidola (Zig:16)
  3 green deaths
  A fire dragon (Zig:15)
  2 shambling mangroves
  2 yaktaur captains
  2 merfolk javelineers
  A naga warrior (Zig:20)
  A vault guard (D:13)
  A hell beast (Zig:24)
  A ghost crab (Zig:10)
  A hydra (shapeshifter) (Zig:24)
  A hydra (Zig:11)
  A juggernaut simulacrum (Zig:21)
  2 salamander tyrants
  A centaur warrior (Zig:13)
  A catoblepas (shapeshifter) (Zig:25)
  An alligator (Zig:19)
  A radroach (shapeshifter) (Zig:25)
  A merfolk aquamancer (Zig:25)
  669 dancing weapons
  A two-headed ogre (shapeshifter) (Zig:24)
  A death yak (shapeshifter) (Zig:25)
  A naga sharpshooter (Zig:20)
  2 spriggans
  A sun demon (Pan)
  A shock serpent (shapeshifter) (Zig:23)
  A soul eater (Zig:16)
  A fire crab (shapeshifter) (Zig:25)
  An iron troll (Zig:25)
  An iron troll (shapeshifter) (Zig:24)
  2 goliath frogs (shapeshifter)
  A spatial maelstrom (Zig:7)
  A death drake (shapeshifter) (Zig:24)
  A glowing orange brain (shapeshifter) (Zig:23)
  A goliath frog (Zig:16)
  2 quicksilver dragon simulacra
  A spriggan druid (Zig:7)
  9 swamp dragons
  2 orb spiders (shapeshifter)
  2 bog bodies
  A sea snake (Zig:10)
  A swamp dragon (shapeshifter) (Zig:24)
  An orange crystal statue (Zig:19)
  A glowing orange brain (Pan)
  A spriggan simulacrum (Zig:22)
  A wolf spider (shapeshifter) (Zig:24)
  3 mana vipers (shapeshifter)
  A harpy (shapeshifter) (Zig:24)
  A deep elf pyromancer (Zig:19)
  A deep elf zephyrmancer (Zig:22)
  20 ugly things
  A shining eye (shapeshifter) (Zig:25)
  A cyclops (Zig:7)
  A faun (Zig:13)
  A faun (shapeshifter) (Zig:23)
  A will-o-the-wisp (Zig:8)
  A salamander (shapeshifter) (Zig:24)
  A moth of wrath (shapeshifter) (Zig:25)
  A guardian serpent (Zig:20)
  A water nymph (shapeshifter) (Zig:15)
  A black mamba (shapeshifter) (Zig:24)
  3 black mambas
  26 apocalypse crabs
  A naga mage (Zig:17)
  A torpor snail (shapeshifter) (Zig:24)
  An eye of devastation (Zig:16)
  A storm dragon simulacrum (Zig:22)
  3 titan simulacra (Zig:22)
  An efreet (Pan)
  2 rime drakes (Zig:24)
  2 yaktaurs
  A golden dragon simulacrum (Zig:18)
  An iron giant simulacrum (Coc:7)
  5 bloated husks
  A hornet (shapeshifter) (Zig:24)
  A meliai (Zig:22)
  2 tengu simulacra
  A merfolk (Zig:25)
  2 shadow dragon simulacra
  A tyrant leech (shapeshifter) (Zig:23)
  A wind drake (shapeshifter) (Zig:24)
  10 hornets
  3 tarantellas (shapeshifter)
  A sphinx simulacrum (Zig:22)
  A tyrant leech (Zig:11)
  A slime creature (shapeshifter) (Zig:24)
  A blink frog (shapeshifter) (Zig:24)
  A raiju (Zig:16)
  A snapping turtle (shapeshifter) (Zig:24)
  2 dream sheep (shapeshifter)
  A jumping spider (Zig:15)
  A culicivora (shapeshifter) (Zig:24)
  6 water elementals
  A jumping spider (shapeshifter) (Zig:25)
  5 air elementals
  A yak (shapeshifter) (Zig:21)
  A golden eye (Zig:19)
  21 chaos spawn
  2 redbacks (shapeshifter)
  3 neqoxecs
  A dire elephant simulacrum (Coc:6)
  A vampire mosquito (Zig:11)
  4 small abominations
  A steam dragon (Zig:27)
  A harpy simulacrum (Coc:7)
  A water moccasin (shapeshifter) (Zig:24)
  A floating eye (Zig:22)
  A floating eye (shapeshifter) (Zig:23)
  2 black bears (shapeshifter) (Zig:24)
  An ettin simulacrum (Coc:7)
  A boggart (shapeshifter) (Zig:25)
  A gnoll sergeant (D:6)
  An endoplasm (shapeshifter) (Zig:25)
  29 ball lightnings
  3 briar patches
  A creeping inferno (Geh:7)
  2276 fire vortices
  34 foxfires
  39 fungi
  106 plants
  21 starspawn tentacles
  4 tentacles (Tar:7)
3607 creatures vanquished.

Grand Total: 79408 creatures vanquished

Notes
Turn   | Place    | Note
-------+----------+-------------------------------------------
     0 | D:1      | protoss039 the Demonspawn Earth Elementalist began the
                  | quest for the Orb.
     0 | D:1      | Reached XP level 1. HP: 13/13 MP: 3/3
   103 | D:1      | Found a faded altar of an unknown god.
   127 | D:1      | Reached skill level 1 in Transmutations
   309 | D:1      | Gained mutation: You are partially covered in slimy green
                  | scales. (AC +2) [demonic ancestry]
   309 | D:1      | Reached XP level 2. HP: 10/20 MP: 3/5
   312 | D:1      | Reached skill level 1 in Fighting
  1404 | D:1      | Gained mutation: A meltable shield of frost defends you.
                  | (SH +4) [demonic ancestry]
  1404 | D:1      | Reached XP level 3. HP: 26/26 MP: 4/6
  1616 | D:1      | Found Sackuenn's Antique Weapon Emporium.
  1881 | D:2      | Learned a level 2 spell: Passwall
  1885 | D:2      | Learned a level 3 spell: Stone Arrow
  2020 | D:2      | Reached skill level 1 in Armour
  2479 | D:2      | Gained mutation: You are mostly covered in slimy green
                  | scales. (AC +3) [demonic ancestry]
  2479 | D:2      | Reached XP level 4. HP: 33/33 MP: 3/7
  2645 | D:2      | Found Vuz Site's General Store.
  3334 | D:3      | Reached skill level 1 in Conjurations
  3654 | D:3      | Reached XP level 5. HP: 24/40 MP: 0/9
  4113 | D:4      | Noticed a sky beast
  4130 | D:3      | Killed a sky beast
  4471 | D:4      | Noticed an ogre
  4475 | D:4      | Killed an ogre
  4476 | D:4      | Gained mutation: You regenerate magic rapidly. [demonic
                  | ancestry]
  4476 | D:4      | Reached XP level 6. HP: 48/48 MP: 3/10
  4702 | D:4      | Noticed a sky beast
  4707 | D:4      | Killed a sky beast
  4708 | D:4      | Gained mutation: Your touch may inflict minor irresistible
                  | damage on your foes. [demonic ancestry]
  4708 | D:4      | Reached XP level 7. HP: 55/55 MP: 5/12
  4886 | D:4      | Noticed Grinder
  4886 | D:4      | Noticed Natasha
  5039 | D:4      | Killed Grinder
  5093 | D:4      | Killed Natasha
  5094 | D:4      | Reached skill level 5 in Fighting
  5147 | D:5      | Entered Level 5 of the Dungeon
  5305 | D:5      | Noticed an unseen horror
  5309 | D:5      | Killed an unseen horror
  5310 | D:5      | Gained mutation: You are completely covered in slimy green
                  | scales. (AC +4, rPois) [demonic ancestry]
  5310 | D:5      | Reached XP level 8. HP: 63/63 MP: 1/14
  6368 | D:6      | Reached skill level 5 in Earth Magic
  6570 | D:6      | Found the +8 woodcutter's axe {vorpal}
  6772 | D:6      | Reached XP level 9. HP: 72/72 MP: 9/16
  6779 | D:6      | Reached skill level 5 in Spellcasting
  7577 | D:7      | Found an ornate altar of the Wu Jian Council.
  7694 | D:7      | Reached skill level 5 in Conjurations
  7730 | D:7      | Found a staircase to the Ecumenical Temple.
  7751 | Temple   | Entered the Ecumenical Temple
  8000 | Temple   | Became a worshipper of Vehumet
  9167 | D:8      | Noticed a kobold demonologist
  9167 | D:8      | Noticed a kobold demonologist
  9171 | D:8      | Noticed a sixfirhy
  9174 | D:8      | Noticed a sixfirhy
  9292 | D:8      | Noticed a four-headed hydra
  9298 | D:8      | Killed a four-headed hydra
  9299 | D:8      | Gained mutation: Your touch may inflict irresistible damage
                  | on your foes. [demonic ancestry]
  9299 | D:8      | Reached XP level 10. HP: 83/83 MP: 4/19
  9441 | D:8      | Reached * piety under Vehumet
  9441 | D:8      | Offered knowledge of Foxfire by Vehumet.
  9785 | D:9      | Noticed a two-headed ogre
  9914 | D:9      | Found a flagged portal.
  9936 | Bailey   | Entered a bailey
  9979 | Bailey   | Reached ** piety under Vehumet
  9979 | Bailey   | Offered knowledge of Magic Dart by Vehumet.
 10179 | Bailey   | Offered knowledge of Inner Flame by Vehumet.
 10185 | Bailey   | Learned a level 3 spell: Inner Flame
 10225 | Bailey   | Noticed an orc warlord
 10236 | Bailey   | Killed an orc warlord
 10237 | Bailey   | Reached skill level 10 in Fighting
 10366 | Bailey   | Identified the +0 buckler of Zemebos {Will+ Int+3}
 10468 | D:9      | Noticed a two-headed ogre
 10473 | D:9      | Killed a two-headed ogre
 10473 | D:9      | Reached *** piety under Vehumet
 10474 | D:9      | Reached skill level 1 in Shields
 10597 | D:9      | Gained mutation: When hurt, damage is shared between your
                  | health and your magic reserves. [demonic ancestry]
 10597 | D:9      | Reached XP level 11. HP: 92/92 MP: 14/21
 10717 | D:9      | Noticed Grum
 10734 | D:9      | Killed Grum
 10857 | D:9      | Found a hide-covered altar of Uskayaw.
 10857 | D:9      | Found an opulent altar of Gozag.
 10897 | D:9      | Offered knowledge of Iskenderun's Mystic Blast by Vehumet.
 10903 | D:9      | Learned a level 4 spell: Iskenderun's Mystic Blast
 10918 | D:9      | Killed a two-headed ogre
 11322 | D:10     | Entered Level 10 of the Dungeon
 11322 | D:10     | Found Noeprutz's CLEARANCE SALE!.
 11466 | D:10     | Bought 2 scrolls of fog for 20 gold pieces
 11530 | D:9      | Reached **** piety under Vehumet
 11701 | D:10     | Offered knowledge of Olgreb's Toxic Radiance by Vehumet.
 11711 | D:10     | Learned a level 4 spell: Olgreb's Toxic Radiance
 11853 | D:10     | Found a staircase to the Lair.
 12084 | D:10     | Noticed Maggie
 12091 | D:10     | Killed Maggie
 12300 | D:11     | Noticed Maurice
 12305 | D:11     | Killed Maurice
 12306 | D:11     | Reached skill level 5 in Shields
 12355 | D:11     | Noticed Nergalle
 12363 | D:11     | Killed Nergalle
 12364 | D:11     | Reached XP level 12. HP: 102/102 MP: 3/23
 12688 | D:11     | Noticed Josephine
 12707 | D:10     | Killed Josephine
 12838 | D:11     | Noticed Fannar
 12841 | D:11     | Reached ***** piety under Vehumet
 12992 | D:10     | Killed Fannar
 13166 | D:11     | Found a broken altar of Ashenzari.
 13306 | D:12     | Noticed a two-headed ogre
 13313 | D:12     | Killed a two-headed ogre
 13439 | D:12     | Noticed a boulder beetle
 13452 | D:12     | Killed a boulder beetle
 13722 | D:12     | Noticed a two-headed ogre
 13726 | D:12     | Killed a two-headed ogre
 13731 | D:12     | Offered knowledge of Iskenderun's Battlesphere by Vehumet.
 13738 | D:12     | Learned a level 5 spell: Iskenderun's Battlesphere
 13899 | D:12     | Found a staircase to the Orcish Mines.
 14274 | D:13     | Noticed an eight-headed hydra
 14280 | D:13     | Killed an eight-headed hydra
 14421 | D:13     | Noticed Frances
 14449 | D:13     | Noticed a catoblepas
 14555 | D:13     | Reached XP level 13. HP: 105/108 MP: 26/26
 14595 | D:13     | Found a gate leading to a gauntlet.
 14602 | Gauntlet | Entered a Gauntlet
 14602 | Gauntlet | Found a transporter.
 14615 | Gauntlet | Found a transporter.
 14617 | Gauntlet | Found a transporter.
 14622 | Gauntlet | Found a runed translucent door.
 14622 | Gauntlet | Found a runed translucent door.
 14627 | Gauntlet | Found a transporter.
 14631 | Gauntlet | Found a transporter.
 14638 | Gauntlet | Found a transporter.
 14654 | Gauntlet | Found a transporter.
 14665 | Gauntlet | Found a transporter.
 14676 | Gauntlet | Found a transporter.
 14689 | Gauntlet | Found a transporter.
 14704 | Gauntlet | Found a transporter.
 14717 | Gauntlet | Found a transporter.
 14770 | Gauntlet | Found a transporter.
 14779 | Gauntlet | Found a transporter.
 14840 | Gauntlet | Reached skill level 10 in Spellcasting
 14840 | Gauntlet | Reached skill level 10 in Conjurations
 14840 | Gauntlet | Reached XP level 14. HP: 115/115 MP: 26/28
 14867 | Gauntlet | Identified the +3 chain mail "Omienam" {rElec rPois Str+6
                  | Dex-2}
 15004 | Gauntlet | Identified the ring of Knowledge {rF+ rC+ rCorr Int-2
                  | Stlth+}
 15058 | Gauntlet | Identified the ring of Due Proportion {rC+ Str+6 Int+4}
 15167 | Gauntlet | Identified the +3 quarterstaff of Sunlight {venom, rElec
                  | Dex+4}
 15168 | Gauntlet | Got the Grimoire of Changing
 15404 | D:13     | Noticed Erolcha
 15410 | D:13     | Killed Erolcha
 15463 | D:13     | Noticed a broodmother
 15883 | D:13     | Found a gate to the Vaults.
 16549 | D:14     | Found an ancient bone altar of Kikubaaqudgha.
 16651 | D:14     | Found a runed translucent door.
 16950 | D:15     | Entered Level 15 of the Dungeon
 16968 | D:15     | Found a blossoming altar of Fedhas.
 17090 | D:15     | HP: 2/115 [centaur warrior/arrow (27)]
 17617 | D:15     | Offered knowledge of Iron Shot by Vehumet.
 17625 | D:15     | Learned a level 6 spell: Iron Shot
 17752 | D:15     | Found a staircase to the Depths.
 17752 | D:15     | Noticed a stone giant
 18341 | Lair:1   | Entered Level 1 of the Lair of Beasts
 18632 | Lair:1   | Gained mutation: A meltable icy envelope protects you from
                  | harm. (AC +8) [demonic ancestry]
 18632 | Lair:1   | Reached XP level 15. HP: 120/120 MP: 31/31
 20047 | Lair:2   | Found a staircase to the Swamp.
 20137 | Lair:2   | Identified a scroll of acquirement
 20138 | Lair:2   | Acquired 721 gold pieces
 21770 | Lair:4   | Offered knowledge of Ozocubu's Refrigeration by Vehumet.
 21771 | Lair:4   | Found a staircase to the Snake Pit.
 21784 | Lair:4   | Learned a level 7 spell: Ozocubu's Refrigeration
 23221 | Lair:5   | Found a runed translucent door.
 23239 | Lair:5   | You fall into a shaft and drop 1 floor!
 23239 | Lair:6   | Entered Level 6 of the Lair of Beasts
 23239 | Lair:6   | Found a staircase to the Slime Pits.
 23691 | Lair:6   | Reached skill level 5 in Armour
 23837 | Lair:6   | Offered knowledge of Lee's Rapid Deconstruction by Vehumet.
 23855 | Lair:6   | Gained mutation: Your touch may irresistibly damage your
                  | foes and sap their willpower. [demonic ancestry]
 23855 | Lair:6   | Reached XP level 16. HP: 65/131 MP: 1/33
 24087 | Lair:6   | Found the +5 robe of Night {Dark Will+ SInv}
 24091 | Lair:6   | Identified the ring of Ythroaqo {Fire rElec rPois MP-9
                  | Int+6}
 24097 | Lair:6   | Got the Tome of Gliding Necromancy
 24727 | Lair:5   | Reached skill level 10 in Earth Magic
 24896 | Lair:5   | Reached skill level 10 in Shields
 24916 | Lair:5   | Identified the +4 whip of Destruction {venom, Drain Dex+9}
 24918 | Lair:5   | Found a runed translucent gate.
 24919 | Lair:5   | Found a runed translucent gate.
 24920 | Lair:5   | Found a runed translucent gate.
 24924 | Lair:5   | Found a runed translucent gate.
 24924 | Lair:5   | Found a runed translucent gate.
 24924 | Lair:5   | Found a runed translucent gate.
 25095 | Lair:5   | Identified the amulet of Lady Luck {Reflect Fly SH+5}
 25139 | Lair:4   | Learned a level 3 spell: Swiftness
 25380 | D:13     | Killed Frances
 25728 | D:14     | Identified the +1 scale mail "Ocwio" {Harm rF+}
 26222 | Orc:1    | Entered Level 1 of the Orcish Mines
 26300 | Orc:2    | Entered Level 2 of the Orcish Mines
 26357 | Orc:2    | Found a flickering gateway to a bazaar.
 26365 | Bazaar   | Entered a bazaar
 26371 | Bazaar   | Found Zobe's Magic Scroll Emporium.
 26371 | Bazaar   | Found Niexeodwism's Jewellery Shoppe.
 26381 | Bazaar   | Bought a scroll of blinking for 52 gold pieces
 26381 | Bazaar   | Bought a scroll of magic mapping for 24 gold pieces
 26395 | Bazaar   | Bought a scroll of teleportation for 21 gold pieces
 26395 | Bazaar   | Bought a scroll of teleportation for 21 gold pieces
 26395 | Bazaar   | Bought a scroll of teleportation for 21 gold pieces
 26395 | Bazaar   | Bought a scroll of teleportation for 21 gold pieces
 26395 | Bazaar   | Bought a scroll of identify for 14 gold pieces
 26540 | Orc:2    | Found Joimn's Jewellery Emporium.
 26540 | Orc:2    | Found Oceh's Book Boutique.
 26562 | Orc:2    | Found Neuph's Jewellery Shoppe.
 26562 | Orc:2    | Found Imnoti's Jewellery Boutique.
 26573 | Orc:2    | Bought a Trismegistus Codex for 280 gold pieces
 26573 | Orc:2    | Bought a book of Sloth for 360 gold pieces
 26707 | Orc:1    | Found Ohisof's Book Emporium.
 26879 | Orc:2    | Learned a level 3 spell: Mephitic Cloud
 26885 | Orc:2    | Learned a level 5 spell: Freezing Cloud
 26985 | Orc:2    | Found a staircase to the Elven Halls.
 27516 | Snake:1  | Entered Level 1 of the Snake Pit
 28301 | Snake:1  | Found Duutzem's Neck Hole.
 28407 | Snake:1  | Reached ****** piety under Vehumet
 28618 | Snake:1  | Found Osah Xurakhla's Jewellery Emporium.
 28618 | Snake:1  | Found Mumaemye's Book Boutique.
 28619 | Snake:1  | Found Buohup's Book Boutique.
 29037 | Snake:2  | Offered knowledge of Spellforged Servitor by Vehumet.
 29399 | Snake:2  | Gained mutation: When low on magic, you restore magic in
                  | place of health. [demonic ancestry]
 29399 | Snake:2  | Reached XP level 17. HP: 73/140 MP: 1/35
 29682 | Snake:2  | Noticed Vashnia
 29822 | Snake:2  | Killed Vashnia
 30209 | Snake:2  | Reached skill level 15 in Fighting
 30635 | Snake:2  | Learned a level 5 spell: Borgnjor's Vile Clutch
 30635 | Snake:2  | Acquired a book of Annihilations
 31231 | Snake:3  | Found Kippo's Antique Armour Shop.
 31306 | Snake:3  | Reached skill level 15 in Spellcasting
 31415 | Snake:3  | Offered knowledge of Lightning Bolt by Vehumet.
 32380 | Snake:4  | Entered Level 4 of the Snake Pit
 32407 | Snake:4  | Reached skill level 1 in Necromancy
 32718 | Snake:4  | Found an iron altar of Okawaru.
 34131 | Snake:4  | Got a serpentine rune of Zot
 34724 | Swamp:1  | Entered Level 1 of the Swamp
 34892 | Swamp:1  | Gained mutation: Your magical and physical power is
                  | slightly enhanced at high health. [demonic ancestry]
 34892 | Swamp:1  | Reached XP level 18. HP: 151/151 MP: 35/37
 34995 | Swamp:1  | Offered knowledge of Orb of Destruction by Vehumet.
 35797 | Swamp:2  | Found a snail-covered altar of Cheibriados.
 36545 | Swamp:3  | Reached skill level 5 in Necromancy
 36710 | Swamp:3  | Reached skill level 15 in Conjurations
 37084 | Swamp:3  | Found a transporter.
 37085 | Swamp:3  | Found a one-way gate to the infinite horrors of the Abyss.
 37209 | Swamp:3  | Found a transporter.
 37232 | Swamp:3  | Noticed a tentacled monstrosity
 37391 | Swamp:3  | Noticed Vedeit's ghost (adept GrFi)
 37466 | Swamp:4  | Entered Level 4 of the Swamp
 37562 | Swamp:4  | Identified the +3 scale mail of Anarchy {rC+ SInv}
 37572 | Swamp:4  | Noticed Roxanne
 37837 | Swamp:4  | Killed Roxanne
 38286 | Swamp:4  | Offered knowledge of Polar Vortex by Vehumet.
 38286 | Swamp:4  | Offered knowledge of Maxwell's Capacitive Coupling by
                  | Vehumet.
 39079 | Swamp:4  | Got a decaying rune of Zot
 39169 | Swamp:4  | Paralysed by a hornet for 3 turns
 39839 | Elf:1    | Entered Level 1 of the Elven Halls
 40173 | Elf:1    | Reached XP level 19. HP: 141/159 MP: 13/39
 40572 | Elf:1    | Got the Disquisition on Attacks
 40823 | Elf:1    | Paralysed by an air elemental for 1 turns
 41379 | Elf:1    | Identified the +8 dagger "Xudwigh" {freeze, *Corrode rN+
                  | Int+5}
 41392 | Elf:2    | Noticed Donald
 41783 | Elf:2    | Killed Donald
 42291 | Elf:2    | Found Opuefose's Antique Weapon Shoppe.
 42809 | Elf:2    | Found a huge runed translucent gate.
 42809 | Elf:2    | Found a huge runed translucent gate.
 42809 | Elf:2    | Found a huge runed translucent gate.
 42809 | Elf:2    | Found a huge runed translucent gate.
 42814 | Elf:2    | Found a huge runed translucent gate.
 43861 | Elf:3    | Entered Level 3 of the Elven Halls
 43877 | Elf:3    | Reached skill level 10 in Armour
 44379 | Elf:3    | Identified the ring "Akupheh" {rPois rCorr Slay+4}
 44916 | Elf:3    | Identified the +11 dagger of Midsummer {freeze, *Corrode
                  | Int+8}
 44917 | Elf:3    | Identified the +8 great mace of Xom's Benevolence
                  | {antimagic, Int+7}
 44917 | Elf:3    | Identified the +0 robe of Truth {rPois rC+ rCorr Dex+2}
 45432 | Elf:3    | Identified the ring of Qaudeh {Ice Str+2}
 45444 | Elf:3    | Gained mutation: A meltable icy envelope protects you from
                  | harm. (AC +8) [demonic ancestry]
 45444 | Elf:3    | Reached XP level 20. HP: 155/168 MP: 14/41
 45448 | Elf:3    | Identified the +9 mace of Exairhaj {protect, *Rage rElec
                  | rC- Dex+6}
 45542 | Elf:3    | Identified the +0 hat of Suzony Dexy {Drain rF- Slay+5
                  | SInv}
 45550 | Elf:3    | Identified the +5 morningstar of Doom {flame, Str+3 Int+7
                  | Stlth+}
 45620 | Elf:3    | Identified the +6 mace "Belae" {vorpal, SInv}
 45675 | Elf:3    | Identified the ring of Vurujeor {rF+ rC+ Will+ Str+2 Int+6}
 45907 | Orc:2    | Bought the ring "Dyomas" {rF+++ rN+ rCorr Dex+5 Stlth-} for
                  | 1227 gold pieces
 46055 | Vaults:1 | Entered Level 1 of the Vaults
 46510 | Vaults:1 | Learned a level 8 spell: Lehudib's Crystal Spear
 48163 | Vaults:2 | Found a magical portal.
 48199 | Vaults:2 | Learned a level 1 spell: Apportation
 48200 | WizLab   | Entered Borgnjor's Mausoleum
 49609 | WizLab   | Identified the ring of the Final Chapter {Ice Will+ Int+6
                  | Stlth+}
 49687 | WizLab   | Got the Almanac of Darkness
 49977 | Vaults:2 | Reached XP level 21. HP: 172/177 MP: 41/43
 50693 | Vaults:2 | Found a staircase to the Crypt.
 51170 | Vaults:2 | Identified the +0 whip of Accidental Termination {vorpal,
                  | rElec rC+ Str-3}
 53954 | Vaults:4 | Reached skill level 15 in Earth Magic
 54001 | Vaults:4 | Found a transporter.
 54013 | Vaults:4 | Found a transporter.
 54130 | Vaults:4 | Found Sedaur's Antique Weapon Emporium.
 54869 | Vaults:4 | Found Vasaunoc's Armour Boutique.
 55529 | Vaults:4 | Reached XP level 22. HP: 176/186 MP: 28/44
 55992 | Crypt:1  | Entered Level 1 of the Crypt
 57299 | Crypt:2  | Noticed Jory
 57305 | Crypt:2  | Killed Jory
 58320 | Crypt:2  | Noticed a dread lich
 58339 | Crypt:2  | Killed a dread lich
 58389 | Crypt:2  | Noticed Mara
 58392 | Crypt:2  | Killed Mara
 58488 | Crypt:3  | Entered Level 3 of the Crypt
 59014 | Crypt:3  | Noticed a curse toe
 59228 | Crypt:3  | Killed a curse toe
 59370 | Crypt:3  | Found the +5 scythe "Finisher" {speed, eviscerate}
 59672 | Crypt:3  | Found a staircase to the Tomb.
 60126 | Crypt:3  | Noticed a dread lich
 60126 | Crypt:3  | Noticed a dread lich
 60217 | Crypt:3  | Learned a level 9 spell: Shatter
 60322 | Crypt:3  | Killed a dread lich
 60332 | Crypt:3  | Killed a dread lich
 60464 | Crypt:3  | Identified the ring "Wippe" {Contam rN+ Str+3 Int+3}
 60464 | Crypt:3  | Identified the ring of Nihilism {rF+++ rN+ SInv}
 60468 | Crypt:3  | Identified the amulet "Yggejexi" {Acrobat Dex+4}
 60470 | Crypt:3  | Identified the +1 robe of Rastretze {rN+ Int+7 Dex-3}
 60478 | Crypt:3  | Identified the +6 dagger of Gozag's Benevolence {chaos,
                  | *Rage rPois Will+ Str+3}
 60769 | Depths:1 | Entered Level 1 of the Depths
 60882 | Depths:1 | HP: 3/188 [iron troll (13)]
 61044 | Depths:1 | Gained mutation: Your magical and physical power is
                  | enhanced at high health. [demonic ancestry]
 61044 | Depths:1 | Reached XP level 23. HP: 83/194 MP: 38/46
 61091 | Depths:1 | Found a flickering gateway to a bazaar.
 61100 | Bazaar   | Entered a bazaar
 61347 | Bazaar   | Found Jesa's Jewellery Boutique.
 61369 | Bazaar   | Found Pim Loub's General Store.
 61374 | Bazaar   | Bought a potion of might for 48 gold pieces
 61390 | Bazaar   | Found Jyshoh's General Store.
 61395 | Bazaar   | Bought 3 scrolls of magic mapping for 189 gold pieces
 61395 | Bazaar   | Bought a scroll of summoning for 171 gold pieces
 61410 | Bazaar   | Found Zesiruq's Weapon Shoppe.
 61606 | Depths:1 | Found a snail-covered altar of Cheibriados.
 61696 | Depths:1 | Found a gateway to Hell.
 61998 | Depths:2 | Found a one-way gate leading to the halls of Pandemonium.
 62294 | Depths:2 | Reached skill level 15 in Shields
 64273 | Depths:3 | Noticed a shard shrike
 64273 | Depths:3 | Noticed a shard shrike
 65038 | Snake:1  | Bought a scarf of resistance for 448 gold pieces
 65426 | Depths:3 | Noticed Saint Roka
 65435 | Depths:3 | Killed Saint Roka
 65716 | Depths:3 | Identified the +9 demon whip of Untruth {venom, rElec rC+
                  | Will- rCorr}
 65970 | Depths:3 | Noticed a shard shrike
 65976 | Depths:3 | Killed a shard shrike
 65978 | Depths:3 | Killed a shard shrike
 66093 | Depths:3 | Killed a shard shrike
 66435 | Depths:3 | Found the +0 staff of Battle
 66495 | Depths:4 | Entered Level 4 of the Depths
 66880 | Depths:4 | Noticed a juggernaut
 66883 | Depths:4 | Killed a juggernaut
 67117 | Depths:4 | Reached XP level 24. HP: 204/204 MP: 36/46
 67401 | Depths:4 | Found a gate to the Realm of Zot.
 67697 | Depths:4 | Found a one-way gateway to a ziggurat.
 68678 | Swamp:3  | Killed Vedeit's ghost
 69136 | Vaults:4 | Identified the ring "Hiqil" {Fire rN++ Str+2}
 69144 | Vaults:4 | Identified the ring of Vekkeisyih {rPois rC+ Str+3 Int-2}
 69246 | Vaults:5 | Entered Level 5 of the Vaults
 69250 | Vaults:5 | Reached skill level 15 in Armour
 70313 | Vaults:5 | Noticed a dread lich
 70317 | Vaults:5 | Killed a dread lich
 70407 | Vaults:5 | Identified the +5 whip of the Morning {vorpal, MP+9}
 70407 | Vaults:5 | Identified the +2 robe "Lishreit" {Str+5}
 70818 | Vaults:5 | Identified the +6 shortbow "Aczylo" {venom, Fly Int+5
                  | Stlth+}
 70819 | Vaults:5 | Identified the +1 plate armour of the Catfish {+Blink rC+
                  | Int-4}
 70972 | Vaults:5 | Got a silver rune of Zot
 71767 | Zot:1    | Entered Level 1 of the Realm of Zot
 71769 | Zot:1    | Gained mutation: Your magical and physical power is greatly
                  | enhanced at high health. [demonic ancestry]
 71769 | Zot:1    | Reached XP level 25. HP: 212/214 MP: 47/47
 71782 | Zot:1    | Noticed an ancient lich
 71784 | Zot:1    | Killed an ancient lich
 71892 | Zot:1    | Noticed an orb of fire
 72636 | Zot:1    | Noticed a dread lich
 72639 | Zot:1    | Killed a dread lich
 72729 | Zot:1    | Killed an orb of fire
 74155 | Zot:1    | Gained mutation: You sometimes lose the ability to read
                  | scrolls when taking damage. [mutagenic glow]
 74436 | Zot:1    | Identified the ring of Kiegugoe {Fire rPois rN+ Will+
                  | Dex-4}
 74924 | Zot:2    | Reached skill level 10 in Necromancy
 74932 | Zot:2    | Reached skill level 1 in Staves
 75203 | Zot:1    | Learned a level 8 spell: Necromutation
 75229 | Zot:2    | Reached skill level 5 in Transmutations
 76072 | Zot:2    | Reached XP level 26. HP: 222/222 MP: 37/48
 76273 | Zot:2    | Lost mutation: You sometimes lose the ability to read
                  | scrolls when taking damage. [potion of mutation]
 76273 | Zot:2    | Gained mutation: You passively dampen the noise of your
                  | surroundings. [potion of mutation]
 76273 | Zot:2    | Gained mutation: Your muscles are strong. (Str +2) [potion
                  | of mutation]
 76273 | Zot:2    | Gained mutation: You are agile. (Dex +2) [potion of
                  | mutation]
 76465 | Zot:2    | Identified the +8 hand axe "Xaeh" {freeze, rC- Will+ SInv}
 77273 | Zot:3    | You are sucked into a shaft and drop 1 floor!
 78670 | Zot:5    | Entered Level 5 of the Realm of Zot
 79284 | Zot:5    | Noticed an orb of fire
 79734 | Zot:5    | Killed an orb of fire
 80269 | Zot:5    | Noticed a dread lich
 80274 | Zot:5    | Killed a dread lich
 80377 | Zot:5    | Noticed an orb of fire
 80387 | Zot:5    | Gained mutation: You occasionally shout uncontrollably at
                  | your foes. [an orb of fire]
 80443 | Zot:5    | Gained mutation: Your magical capacity is low. (-10% MP)
                  | [an orb of fire]
 80446 | Zot:5    | Gained mutation: You sometimes lose the ability to read
                  | scrolls when taking damage. [an orb of fire]
 80447 | Zot:5    | Lost mutation: You are agile. (Dex +2) [an orb of fire]
 80448 | Zot:5    | Killed an orb of fire
 80459 | Zot:5    | Lost mutation: Your muscles are strong. (Str +2) [potion of
                  | mutation]
 80459 | Zot:5    | Lost mutation: You occasionally shout uncontrollably at
                  | your foes. [potion of mutation]
 80459 | Zot:5    | Lost mutation: Your magical capacity is low. (-10% MP)
                  | [potion of mutation]
 80459 | Zot:5    | Gained mutation: You possess an exceptional clarity of
                  | mind. [potion of mutation]
 80459 | Zot:5    | Gained mutation: You are resistant to electric shocks.
                  | (rElec) [potion of mutation]
 80459 | Zot:5    | Gained mutation: You are somewhat resistant to further
                  | mutation. [potion of mutation]
 80531 | Zot:5    | Noticed an orb of fire
 80534 | Zot:5    | Killed an orb of fire
 80878 | Zot:5    | Noticed an orb of fire
 80882 | Zot:5    | Killed an orb of fire
 80897 | Zot:5    | Noticed an ancient lich
 80900 | Zot:5    | Noticed an ancient lich
 80901 | Zot:5    | Killed an ancient lich
 80910 | Zot:5    | Killed an ancient lich
 80915 | Zot:5    | Reached XP level 27. HP: 143/230 MP: 7/49
 81325 | Zot:5    | Noticed an orb of fire
 81331 | Zot:5    | Killed an orb of fire
 81523 | Zot:5    | Lost mutation: You sometimes lose the ability to read
                  | scrolls when taking damage. [potion of mutation]
 81523 | Zot:5    | Lost mutation: You are somewhat resistant to further
                  | mutation. [potion of mutation]
 81523 | Zot:5    | Gained mutation: You are robust. (+10% HP) [potion of
                  | mutation]
 81523 | Zot:5    | Gained mutation: Your flesh is heat resistant. (rF+)
                  | [potion of mutation]
 81846 | Hell     | Entered the Vestibule of Hell
 81846 | Hell     | Noticed Geryon
 81851 | Hell     | Killed Geryon
 82415 | Hell     | Found a gateway to the freezing wastes of Cocytus.
 82484 | Hell     | Found a gateway to the Iron City of Dis.
 82582 | Hell     | Found a gateway to the ashen valley of Gehenna.
 82848 | Hell     | Found a gateway to the decaying netherworld of Tartarus.
 82908 | Hell     | Learned a level 8 spell: Ignition
 82910 | Coc:1    | Entered Level 1 of Cocytus
 82911 | Coc:1    | Paralysed by a wendigo for 1 turns
 82937 | Coc:2    | Reached skill level 1 in Fire Magic
 83101 | Coc:2    | Noticed a juggernaut
 83104 | Coc:2    | Killed a juggernaut
 83423 | Coc:2    | Noticed a juggernaut
 83430 | Coc:2    | Killed a juggernaut
 83959 | Hell     | Lost mutation: You are resistant to electric shocks.
                  | (rElec) [mutagenic glow]
 84236 | Coc:6    | Reached skill level 5 in Fire Magic
 84240 | Coc:6    | Reached skill level 10 in Transmutations
 84243 | Coc:6    | Paralysed by a wendigo for 1 turns
 84280 | Coc:7    | Entered Level 7 of Cocytus
 84295 | Coc:7    | Noticed an ancient lich
 84297 | Coc:7    | Killed an ancient lich
 84342 | Coc:7    | Paralysed by a wendigo for 1 turns
 84629 | Coc:7    | Noticed an ancient lich
 84632 | Coc:7    | Killed an ancient lich
 84748 | Coc:7    | Paralysed by a wendigo for 1 turns
 84843 | Coc:7    | Reached skill level 15 in Necromancy
 84866 | Coc:7    | Got Maheddeip's Foundations of Magic
 84867 | Coc:7    | Identified the +5 great mace "Goajiec" {protect, rCorr}
 85056 | Pan      | Entered Pandemonium
 85083 | Pan      | Identified the +2 chain mail "Feasuaru" {Dex+7}
 85343 | Pan      | Found a runed translucent door.
 85349 | Pan      | Found a runed translucent door.
 85500 | Pan      | Found a runed translucent door.
 85559 | Pan      | Found a runed translucent door.
 85840 | Pan      | Noticed Qecoesch the pandemonium lord
 85845 | Pan      | Killed Qecoesch the pandemonium lord
 85975 | Pan      | Noticed Iriumopt the pandemonium lord
 85979 | Pan      | Killed Iriumopt the pandemonium lord
 86707 | Pan      | Identified the +4 long sword of the Muttering Seer {speed,
                  | Str+4 Int-2}
 86748 | Pan      | Noticed Hirr the pandemonium lord
 86754 | Pan      | Killed Hirr the pandemonium lord
 86817 | Pan      | Got a demonic rune of Zot
 87840 | Pan      | Found a runed translucent door.
 87855 | Pan      | Found a runed translucent door.
 87875 | Pan      | Found a runed translucent door.
 87901 | Pan      | Found a runed translucent door.
 88715 | Pan      | Noticed Orirudib the pandemonium lord
 88720 | Pan      | Killed Orirudib the pandemonium lord
 88734 | Pan      | Identified the +5 ring mail "Muleatuv" {rElec}
 88740 | Depths:2 | Escaped Pandemonium
 89043 | Coc:7    | Noticed Antaeus
 89135 | Coc:7    | Killed Antaeus
 89215 | Coc:7    | Got an icy rune of Zot
 89218 | Coc:7    | Identified the +10 plate armour of Okawaru's Castigation
                  | {rC+ SInv}
 89313 | Dis:1    | Entered Level 1 of the Iron City of Dis
 90269 | Dis:5    | Noticed a dread lich
 90269 | Dis:5    | Noticed an ancient lich
 90269 | Dis:5    | Noticed an ancient lich
 90270 | Dis:5    | Killed a dread lich
 90270 | Dis:5    | Noticed an ancient lich
 90270 | Dis:5    | Noticed a dread lich
 90271 | Dis:5    | Killed an ancient lich
 90271 | Dis:5    | Killed an ancient lich
 90272 | Dis:5    | Killed a dread lich
 90272 | Dis:5    | Killed an ancient lich
 90278 | Dis:5    | Reached skill level 10 in Fire Magic
 90455 | Dis:7    | Entered Level 7 of the Iron City of Dis
 90661 | Dis:7    | Noticed the Serpent of Hell
 90667 | Dis:7    | Killed the Serpent of Hell
 91105 | Dis:7    | Noticed a juggernaut
 91106 | Dis:7    | Identified the +3 ring mail of Joaxza {rPois rC+ Stlth+}
 91109 | Dis:7    | Killed a juggernaut
 91275 | Dis:7    | Noticed a juggernaut
 91279 | Dis:7    | Killed a juggernaut
 91307 | Dis:7    | Identified the +2 scale mail of the Pit {rElec rPois Str+4}
 91309 | Dis:7    | Identified the +3 trident of Growth {flame, rF- rN+ Int+6}
 91829 | Dis:7    | Found the +4 staff of Dispater
 91829 | Dis:7    | Noticed Dispater
 91834 | Dis:7    | Noticed a juggernaut
 91839 | Dis:7    | Killed a juggernaut
 91840 | Dis:7    | Killed Dispater
 91856 | Dis:7    | Got Foxoer's Disquisition on Creative Transformation
 91862 | Dis:7    | Got an iron rune of Zot
 91865 | Dis:7    | Identified the +6 war axe of Ravage {vorpal, Fly rN+ Dex-5}
 92411 | Slime:1  | Entered Level 1 of the Pits of Slime
 92575 | Slime:5  | Entered Level 5 of the Pits of Slime
 92655 | Slime:5  | Found a viscous altar of Jiyva.
 92656 | Slime:5  | Noticed the Royal Jelly
 92662 | Slime:5  | Killed the Royal Jelly
 92676 | Slime:5  | Identified the +8 plate armour of Melancholy {Contam Int+5}
 92706 | Slime:5  | Got a slimy rune of Zot
 92709 | Slime:5  | Found the +5 robe of Misfortune {Harm *Corrode *Slow EV+5}
 92757 | Slime:5  | Identified the +2 demon trident of the Wasteland {freeze,
                  | Stlth+}
 93171 | Tar:1    | Entered Level 1 of Tartarus
 94566 | Tar:7    | Entered Level 7 of Tartarus
 94581 | Tar:7    | Reached skill level 15 in Transmutations
 95475 | Tar:7    | Found the +8 Vampire's Tooth {vamp}
 95515 | Tar:7    | Found the +8 mithril axe "Arga" {speed, Will+}
 95949 | Tar:7    | Found the +8 Wrath of Trog {antimagic, *Rage Rampage}
 95983 | Tar:7    | Identified the ring of Reafomp {+Blink rPois rC+ Str+6}
 96120 | Tar:7    | Noticed Ereshkigal
 96127 | Tar:7    | Killed Ereshkigal
 96157 | Tar:7    | Got a bone rune of Zot
 96159 | Tar:7    | Identified the ring "Ygrodi" {EV+4 Str+4 Dex+5 Stlth+}
 96165 | Tar:7    | Identified the +10 dagger "Orb Guardian's Peril" {elec,
                  | *Slow rCorr Int+9 SInv}
 96329 | Pan      | Entered Pandemonium
 96376 | Pan      | Noticed Ivutoro the pandemonium lord
 96388 | Pan      | Killed Ivutoro the pandemonium lord
 97320 | Pan      | Identified the +1 scale mail of Unoet {Int+2}
 97354 | Pan      | Entered the realm of Lom Lobon.
 97532 | Pan      | Identified the +1 hat of the Thistle {rC- rN++ Will+ Int-3}
 97702 | Pan      | Noticed Lom Lobon
 97714 | Pan      | Killed Lom Lobon
 97724 | Pan      | Got a magical rune of Zot
 98324 | Pan      | Noticed Pymn the pandemonium lord
 98327 | Pan      | Killed Pymn the pandemonium lord
 98728 | Pan      | Entered the realm of Cerebov.
 98868 | Pan      | Found an exit through the horrors of the Abyss.
 99470 | Pan      | Identified the amulet of the Cast Vote {Acrobat +Inv Int+3}
 99561 | Pan      | Found the +6 sword of Cerebov {flame}
 99561 | Pan      | Noticed Cerebov
 99663 | Pan      | Identified the +9 great mace of the Briny Deep {vamp, Int+3
                  | Dex+4 SInv Stlth-}
 99663 | Pan      | Identified the ring of Nehogogh {rElec rCorr Slay+5 SInv
                  | Stlth-}
 99693 | Pan      | Killed Cerebov
 99752 | Pan      | Got a fiery rune of Zot
 99957 | Pan      | Identified the +4 dagger of Rotiurch {flame, Str+4}
 99965 | Pan      | Identified the +9 fustibalus of Aliorch {venom, Int+2}
100070 | Pan      | Took an exit into the Abyss.
100070 | Abyss:1  | Escaped into the Abyss
100419 | Abyss:2  | Found a transporter.
100421 | Abyss:2  | Found a corrupted altar of Lugonu.
100447 | Abyss:2  | Found a transporter.
100449 | Abyss:2  | Identified the ring of Royalty {rC++ Int+6}
100588 | Abyss:4  | Got an abyssal rune of Zot
100596 | Depths:2 | Escaped the Abyss
100654 | Hell     | Learned a level 4 spell: Passage of Golubria
100663 | Hell     | Learned a level 7 spell: Ozocubu's Refrigeration
100731 | Geh:1    | Entered Level 1 of Gehenna
100731 | Geh:1    | Noticed an ancient lich
100733 | Geh:1    | Killed an ancient lich
100734 | Geh:1    | Reached skill level 1 in Ice Magic
100846 | Geh:2    | Noticed an ancient lich
100848 | Geh:2    | Killed an ancient lich
100864 | Geh:3    | Noticed a dread lich
100866 | Geh:3    | Killed a dread lich
100929 | Geh:4    | You are sucked into a shaft and drop 2 floors!
100946 | Geh:7    | Entered Level 7 of Gehenna
101252 | Geh:5    | Reached skill level 5 in Ice Magic
102397 | Geh:7    | Found the +7 sceptre of Asmodeus
102397 | Geh:7    | Noticed Asmodeus
102407 | Geh:7    | Killed Asmodeus
102468 | Geh:7    | Got an obsidian rune of Zot
102704 | Pan      | Entered the realm of Gloorx Vloq.
102704 | Pan      | Entered Pandemonium
102850 | Pan      | Found an exit through the horrors of the Abyss.
103550 | Pan      | Noticed Gloorx Vloq
103804 | Pan      | Killed Gloorx Vloq
103925 | Pan      | Got a dark rune of Zot
104056 | Pan      | Learned a level 9 spell: Fire Storm
104057 | Pan      | Entered the realm of Mnoleg.
104538 | Pan      | Found an exit through the horrors of the Abyss.
104871 | Pan      | Lost mutation: You possess an exceptional clarity of mind.
                  | [a neqoxec]
104883 | Pan      | Reached skill level 15 in Fire Magic
104930 | Pan      | Noticed Mnoleg
104935 | Pan      | Killed Mnoleg
104970 | Pan      | Got a glowing rune of Zot
105014 | Pan      | Identified the +2 robe of Zomneon {+Blink Dex+3}
105128 | Depths:2 | Escaped Pandemonium
105176 | Hell     | Acquired 881 gold pieces
105458 | Tomb:1   | Entered Level 1 of the Tomb of the Ancients
105897 | Tomb:1   | Noticed a royal mummy
105901 | Tomb:1   | Killed a royal mummy
105907 | Tomb:1   | Noticed a royal mummy
105908 | Tomb:1   | Noticed a royal mummy
105909 | Tomb:1   | Noticed a royal mummy
105911 | Tomb:1   | Killed a royal mummy
105911 | Tomb:1   | Killed a royal mummy
105911 | Tomb:1   | Noticed a royal mummy
105913 | Tomb:1   | Noticed a royal mummy
105915 | Tomb:1   | Killed a royal mummy
105918 | Tomb:1   | Noticed a royal mummy
105926 | Tomb:1   | Killed a royal mummy
105926 | Tomb:1   | Killed a royal mummy
105932 | Tomb:1   | Killed a royal mummy
105934 | Tomb:1   | Noticed a royal mummy
105948 | Tomb:1   | Killed a royal mummy
106087 | Tomb:1   | Noticed a royal mummy
106089 | Tomb:1   | Killed a royal mummy
106090 | Tomb:1   | Noticed a royal mummy
106092 | Tomb:1   | Noticed a royal mummy
106093 | Tomb:1   | Killed a royal mummy
106096 | Tomb:1   | Killed a royal mummy
106143 | Tomb:1   | Noticed a royal mummy
106151 | Tomb:1   | Killed a royal mummy
106155 | Tomb:1   | Noticed a royal mummy
106155 | Tomb:1   | Noticed a royal mummy
106162 | Tomb:1   | Killed a royal mummy
106163 | Tomb:1   | Killed a royal mummy
106168 | Tomb:1   | Noticed a royal mummy
106176 | Tomb:1   | Killed a royal mummy
106177 | Tomb:1   | Reached skill level 27 in Spellcasting
106351 | Tomb:1   | Noticed a royal mummy
106355 | Tomb:1   | Noticed a royal mummy
106357 | Tomb:1   | Killed a royal mummy
106357 | Tomb:1   | Noticed a royal mummy
106358 | Tomb:1   | Killed a royal mummy
106361 | Tomb:1   | Killed a royal mummy
106374 | Tomb:1   | Noticed a royal mummy
106381 | Tomb:1   | Killed a royal mummy
106391 | Tomb:1   | Noticed a royal mummy
106396 | Tomb:1   | Killed a royal mummy
106866 | Tomb:2   | Noticed a royal mummy
106866 | Tomb:2   | Noticed a royal mummy
106867 | Tomb:2   | Noticed a royal mummy
106867 | Tomb:2   | Noticed a royal mummy
106868 | Tomb:2   | Noticed a royal mummy
106871 | Tomb:2   | Killed a royal mummy
106871 | Tomb:2   | Killed a royal mummy
106872 | Tomb:2   | Killed a royal mummy
106872 | Tomb:2   | Killed a royal mummy
106872 | Tomb:2   | Killed a royal mummy
107666 | Zig:1    | Entered Level 1 of a ziggurat
107678 | Zig:2    | Entered Level 2 of a ziggurat
107694 | Zig:3    | Entered Level 3 of a ziggurat
107724 | Zig:4    | Entered Level 4 of a ziggurat
107738 | Zig:4    | Identified the ring of Xaomor {rC+ Str+6}
107758 | Zig:5    | Entered Level 5 of a ziggurat
107774 | Zig:5    | Identified the +0 pair of gloves of Sif Muna's Delight
                  | {rElec rPois rN++ Dex-5}
107787 | Zig:6    | Entered Level 6 of a ziggurat
107808 | Zig:6    | Identified the amulet "Ijihon" {rC+ Will- Regen+ Int+6}
107815 | Zig:6    | Identified the +10 shortbow of the Boiling Point {freeze,
                  | Int-3 Dex+9}
107818 | Zig:7    | Entered Level 7 of a ziggurat
107847 | Zig:8    | Entered Level 8 of a ziggurat
107891 | Zig:9    | Entered Level 9 of a ziggurat
107920 | Zig:10   | Entered Level 10 of a ziggurat
107976 | Zig:10   | Identified the +0 robe of the Fisher {rElec Str+3}
107981 | Zig:10   | Identified the amulet "Jauloschu" {rElec rN+ Regen+ Str-5}
108020 | Zig:11   | Entered Level 11 of a ziggurat
108030 | Zig:11   | Found the +3 hat of Pondering {ponderous, Will+ MP+10
                  | Int+5}
108043 | Zig:11   | Identified the amulet "Labi" {Reflect rF+ MP-9 Int+10 SH+5
                  | Stlth+}
108133 | Zig:12   | Entered Level 12 of a ziggurat
108218 | Zig:12   | Identified the +5 broad axe "Aliuhues" {venom, rPois rF+
                  | rCorr Str+2}
108235 | Zig:13   | Entered Level 13 of a ziggurat
108251 | Zig:13   | Found the ring of the Hare {EV+8}
108273 | Zig:13   | Got the Volume of the Cuttlefish
108323 | Zig:13   | Identified the +6 scale mail of the Elephant {Str+4}
108340 | Zig:14   | Entered Level 14 of a ziggurat
108474 | Zig:15   | Entered Level 15 of a ziggurat
108581 | Zig:16   | Entered Level 16 of a ziggurat
108581 | Zig:16   | Noticed a dread lich
108583 | Zig:16   | Killed a dread lich
108595 | Zig:16   | Reached skill level 1 in Throwing
108614 | Zig:16   | Identified the +5 morningstar of the Smoking Oracle {drain,
                  | rC+}
108616 | Zig:16   | Identified the ring of Pimatomu {Drain rPois Will- rCorr
                  | SInv}
108620 | Zig:16   | Identified the +8 short sword of Dowyph {spect, Int+2}
108647 | Zig:17   | Entered Level 17 of a ziggurat
108781 | Zig:17   | Identified the ring "Zuxarolu" {rElec rN++ Will+}
108799 | Zig:17   | Identified the amulet of Fycoskin {rElec rN+ Regen+ Stlth-}
108838 | Zig:18   | Entered Level 18 of a ziggurat
108854 | Zig:18   | Reached skill level 10 in Ice Magic
108863 | Zig:18   | Reached skill level 27 in Fighting
108865 | Zig:18   | Found the +3 Elemental Staff {rElec rF++ rC++ AC+5}
108877 | Zig:18   | Found the +8 orange crystal plate armour {Archmagi, Int+3
                  | Clar}
109022 | Zig:19   | Entered Level 19 of a ziggurat
109113 | Zig:19   | Found the +8 longbow "Zephyr" {speed, Dex+3 SInv}
109123 | Zig:19   | Found the +9 heavy crossbow "Sniper" {vorpal, Acc+∞ SInv}
109150 | Zig:19   | Got the Handbook of Changing and Conjuration
109234 | Zig:20   | Entered Level 20 of a ziggurat
109253 | Zig:20   | Noticed a dread lich
109254 | Zig:20   | Killed a dread lich
109256 | Zig:20   | Noticed a dread lich
109257 | Zig:20   | Killed a dread lich
109258 | Zig:20   | Reached skill level 5 in Throwing
109258 | Zig:20   | Noticed a dread lich
109258 | Zig:20   | Noticed an ancient lich
109259 | Zig:20   | Killed a dread lich
109260 | Zig:20   | Killed an ancient lich
109260 | Zig:20   | Noticed a dread lich
109261 | Zig:20   | Killed a dread lich
109274 | Zig:20   | Found the amulet of the Air {Inacc Air Fly rElec RMsl}
109289 | Zig:20   | Identified the +0 scale mail of Understanding {Slay+3}
109298 | Zig:20   | Identified the +1 robe of Ynuin {rF+ Stlth+}
109417 | Zig:20   | Identified the +5 great sword of the Scroll {vamp, +Blink
                  | Str+4 Dex-5 SInv}
109418 | Zig:20   | Identified the +10 morningstar "Emausapp" {protect, +Blink
                  | rCorr}
109420 | Zig:20   | Identified the +6 mace "Befesmur" {flame, rN+}
109434 | Zig:21   | Entered Level 21 of a ziggurat
109497 | Zig:21   | Identified the ring "Niumut" {Fly rF- rC+ Stlth+}
109629 | Zig:21   | Identified the +1 plate armour "Unoownu" {rC- Dex+4 Stlth+}
109642 | Zig:22   | Entered Level 22 of a ziggurat
109676 | Zig:22   | Noticed an ancient lich
109680 | Zig:22   | Killed an ancient lich
109680 | Zig:22   | Noticed a dread lich
109681 | Zig:22   | Noticed a dread lich
109682 | Zig:22   | Noticed a dread lich
109683 | Zig:22   | Killed a dread lich
109683 | Zig:22   | Killed a dread lich
109683 | Zig:22   | Killed a dread lich
109688 | Zig:22   | Noticed an ancient lich
109690 | Zig:22   | Killed an ancient lich
109837 | Zig:22   | Identified the +2 scale mail of the Arcane {-Tele rPois rF+
                  | rC++}
109840 | Zig:22   | Identified the +6 halberd "Tuejes" {flame, rN++ Str+2}
109852 | Zig:22   | Identified the +4 great sword of Poverty {elec, rN+}
109855 | Zig:22   | Identified the +2 chain mail "Entoew" {Harm rF- Str+8
                  | Int-3}
109875 | Zig:23   | Entered Level 23 of a ziggurat
109915 | Zig:23   | Found the +8 lance "Wyrmbane" {slay drac, rPois rF+ rC+
                  | AC+3}
110012 | Zig:23   | Identified the +0 robe of Xeixihut {Int-3 Slay+2 Stlth+}
110096 | Zig:23   | Identified the +6 scale mail "Jourr" {Str+5}
110100 | Zig:23   | Identified the +0 rapier of Darkness {freeze, Will+ SInv}
110138 | Zig:24   | Entered Level 24 of a ziggurat
110184 | Zig:24   | Identified the +2 helmet "Bus Botz" {rN+ Regen+ Str+2
                  | Dex-2}
110191 | Zig:24   | Identified the amulet of Temptation {Faith rF+ rCorr MP+9
                  | Str+4}
110193 | Zig:24   | Identified the ring "Caxaraemm" {Ice rN+ Str+2 Slay-3}
110195 | Zig:24   | Identified the +10 arbalest of the Extremely Mad {venom,
                  | Will+ Dex-2 SInv}
110199 | Zig:24   | Identified the +5 battleaxe of Mutilation {vorpal, Drain
                  | rC+ rN+ SInv Stlth+}
110201 | Zig:24   | Identified the +1 leather armour of Magic {Will+}
110203 | Zig:24   | Identified the ring of the Empire {Drain rF+ rC+++ MP-9
                  | Int+6}
110243 | Zig:25   | Entered Level 25 of a ziggurat
110286 | Zig:25   | Found the macabre finger necklace {rN+}
110287 | Zig:25   | Found the +7 Spriggan's Knife {stab, EV+4 Stlth+}
110299 | Zig:25   | Identified the +0 bardiche of Destiny {drain, Str+3}
110350 | Zig:25   | Acquired 835 gold pieces
110534 | Zig:26   | Entered Level 26 of a ziggurat
110563 | Zig:26   | Paralysed by accursed screaming for 1 turns
110565 | Zig:26   | Reached skill level 27 in Armour
110667 | Zig:27   | Entered Level 27 of a ziggurat
110693 | Zig:27   | Reached skill level 27 in Shields
110753 | Zig:27   | Identified the ring "Ydeif" {rF- rN+++ EV+4 Int+5}
110754 | Zig:27   | Identified the ring "Peruq" {rF+ Int+6 Stlth+}
110765 | Zig:27   | Identified the +5 long sword of the Head {vorpal, rF+}
110942 | Zig:27   | Identified the +6 scimitar of Destruction {venom, Str+3}
110943 | Zig:27   | Identified the +6 war axe of the Middle {vamp, *Slow rPois
                  | rN+ Str+8}
110945 | Zig:27   | Identified the +6 mace "Beetleslayer" {drain, Fly rElec}
110954 | Zig:27   | Identified the +7 shortbow "Spiderbane" {flame, rCorr Str+3
                  | Int+4}
110972 | Zig:27   | Identified the +11 great mace "Mox Zicu" {vorpal, rPois
                  | Dex+4}
111050 | Zig:1    | Entered Level 1 of a ziggurat
111075 | Zig:2    | Entered Level 2 of a ziggurat
111102 | Zig:2    | Identified the +1 robe of the Morning Star {*Slow rPois
                  | Int+8 Dex-2}
111103 | Zig:2    | Identified the +7 hunting sling "Dupheux" {vorpal, rElec
                  | rN+ MP-9 Str+5}
111106 | Zig:3    | Entered Level 3 of a ziggurat
111142 | Zig:4    | Entered Level 4 of a ziggurat
111176 | Zig:4    | Identified the amulet "Goh Sakh" {Reflect +Blink SH+5}
111198 | Zig:5    | Entered Level 5 of a ziggurat
111258 | Zig:6    | Entered Level 6 of a ziggurat
111265 | Zig:6    | Noticed Qaotota the pandemonium lord
111269 | Zig:6    | Killed Qaotota the pandemonium lord
111321 | Zig:6    | Identified the +5 plate armour "Isijus" {rC+ rN+}
111334 | Zig:7    | Entered Level 7 of a ziggurat
111339 | Zig:7    | Noticed Fafeonuw the pandemonium lord
111339 | Zig:7    | Noticed Okejeyzo the pandemonium lord
111339 | Zig:7    | Found the brooch of Shielding {Spirit SH+8}
111340 | Zig:7    | Noticed Zoawkaeke the pandemonium lord
111344 | Zig:7    | Killed Zoawkaeke the pandemonium lord
111346 | Zig:7    | Killed Fafeonuw the pandemonium lord
111351 | Zig:7    | Killed Okejeyzo the pandemonium lord
111402 | Zig:8    | Entered Level 8 of a ziggurat
111434 | Zig:9    | Entered Level 9 of a ziggurat
111442 | Zig:9    | Noticed Ykocra Jiam the pandemonium lord
111442 | Zig:9    | Found the +7 captain's cutlass {speed, disarm}
111445 | Zig:9    | Killed Ykocra Jiam the pandemonium lord
111458 | Zig:9    | Identified the +1 scale mail "Lipt" {+Blink Dex+3}
111471 | Zig:10   | Entered Level 10 of a ziggurat
111477 | Zig:10   | Noticed a dread lich
111479 | Zig:10   | Noticed a dread lich
111479 | Zig:10   | Killed a dread lich
111479 | Zig:10   | Noticed an ancient lich
111480 | Zig:10   | Noticed an ancient lich
111481 | Zig:10   | Killed a dread lich
111482 | Zig:10   | Killed an ancient lich
111482 | Zig:10   | Killed an ancient lich
111500 | Zig:10   | Identified the amulet "Xaomm" {Reflect rElec rF- Will+++
                  | SH+5 Stlth+}
111504 | Zig:10   | Identified the +8 bardiche "Goawk" {vamp, rPois rN+ SInv}
111518 | Zig:10   | Acquired a manual of Throwing
111520 | Zig:10   | Acquired 435 gold pieces
111521 | Zig:10   | Acquired a manual of Staves
111525 | Zig:11   | Entered Level 11 of a ziggurat
111535 | Zig:11   | Found the +8 storm bow {elec, penet}
111597 | Zig:12   | Entered Level 12 of a ziggurat
111680 | Zig:13   | Entered Level 13 of a ziggurat
111750 | Zig:13   | Identified the ring of Qoziet {Drain +Blink Int-5 Dex+6
                  | Slay+5}
111754 | Zig:13   | Identified the +0 chain mail of Fyph {-Cast rC+ Dex+3}
111771 | Zig:14   | Entered Level 14 of a ziggurat
111778 | Zig:14   | Noticed a royal mummy
111780 | Zig:14   | Noticed a royal mummy
111781 | Zig:14   | Noticed a royal mummy
111781 | Zig:14   | Noticed a royal mummy
111782 | Zig:14   | Killed a royal mummy
111782 | Zig:14   | Killed a royal mummy
111783 | Zig:14   | Killed a royal mummy
111783 | Zig:14   | Killed a royal mummy
111807 | Zig:14   | Identified the ring of Hysolij {rPois Str+4 Int+6 Dex+3
                  | Stlth-}
111812 | Zig:14   | Identified the ring "Nicrixti" {rF+ MP+9 Int+3}
111817 | Zig:14   | Identified the +8 falchion of the Evening {protect, +Blink
                  | Int+4}
111820 | Zig:14   | Identified the +4 lajatang of Jinn {protect, *Rage Str+4
                  | Int+7}
111822 | Zig:14   | Identified the +0 chain mail of Optimism {rF- rC++ Int+6}
111850 | Zig:15   | Entered Level 15 of a ziggurat
111856 | Zig:15   | Noticed an ancient lich
111857 | Zig:15   | Noticed an ancient lich
111857 | Zig:15   | Noticed a dread lich
111858 | Zig:15   | Noticed a dread lich
111859 | Zig:15   | Killed an ancient lich
111860 | Zig:15   | Killed an ancient lich
111860 | Zig:15   | Killed a dread lich
111860 | Zig:15   | Killed a dread lich
111861 | Zig:15   | Noticed a dread lich
111864 | Zig:15   | Killed a dread lich
111918 | Zig:15   | Identified the +1 steam dragon scales "Assiukk" {rCorr
                  | Dex+3}
111924 | Zig:15   | Identified the +13 fire dragon scales of Cihu {rPois rF++
                  | rC- Str-3 Int+8 SInv}
111945 | Zig:16   | Entered Level 16 of a ziggurat
111957 | Zig:16   | Noticed Jogugafimm the pandemonium lord
111958 | Zig:16   | Killed Jogugafimm the pandemonium lord
112047 | Zig:17   | Entered Level 17 of a ziggurat
112066 | Zig:17   | Found the +8 frozen axe "Frostbite" {freezing cloud, *Noise
                  | Fly rC+}
112097 | Zig:17   | Identified the +7 long sword "Kouxaojo" {drain, rElec rCorr
                  | Int-2}
112121 | Zig:17   | Identified the +7 fustibalus "Cewis" {speed, rPois Will+
                  | Dex-3}
112124 | Zig:17   | Identified the +0 robe of Beogh's Envy {rN+ Will- rCorr
                  | Str+8}
112141 | Zig:18   | Entered Level 18 of a ziggurat
112147 | Zig:18   | Noticed Suje Rus the pandemonium lord
112147 | Zig:18   | Noticed Doylyuhi the pandemonium lord
112147 | Zig:18   | Noticed Sodoje the pandemonium lord
112149 | Zig:18   | Noticed Xeifaogi the pandemonium lord
112150 | Zig:18   | Killed Sodoje the pandemonium lord
112150 | Zig:18   | Noticed Zipof the pandemonium lord
112150 | Zig:18   | Noticed Otoit the pandemonium lord
112150 | Zig:18   | Noticed Vaoriaqe the pandemonium lord
112151 | Zig:18   | Killed Otoit the pandemonium lord
112151 | Zig:18   | Killed Xeifaogi the pandemonium lord
112151 | Zig:18   | Killed Suje Rus the pandemonium lord
112151 | Zig:18   | Noticed Fuacat the pandemonium lord
112151 | Zig:18   | Noticed Wasuanur the pandemonium lord
112152 | Zig:18   | Noticed Mopon the pandemonium lord
112152 | Zig:18   | Noticed Aqeosi the pandemonium lord
112153 | Zig:18   | Killed Fuacat the pandemonium lord
112153 | Zig:18   | Killed Wasuanur the pandemonium lord
112154 | Zig:18   | Killed Aqeosi the pandemonium lord
112155 | Zig:18   | Killed Doylyuhi the pandemonium lord
112155 | Zig:18   | Noticed Gecvi the pandemonium lord
112155 | Zig:18   | Noticed Wiowk the pandemonium lord
112155 | Zig:18   | Noticed Tijal the pandemonium lord
112156 | Zig:18   | Killed Vaoriaqe the pandemonium lord
112157 | Zig:18   | Killed Wiowk the pandemonium lord
112157 | Zig:18   | Killed Mopon the pandemonium lord
112157 | Zig:18   | Noticed Ycofau Foor the pandemonium lord
112158 | Zig:18   | Killed Gecvi the pandemonium lord
112159 | Zig:18   | Killed Tijal the pandemonium lord
112163 | Zig:18   | Killed Zipof the pandemonium lord
112163 | Zig:18   | Killed Ycofau Foor the pandemonium lord
112171 | Zig:18   | Found the dreamshard necklace {*Dream Drain}
112185 | Zig:18   | Identified the +5 mace of Brutal Revenge {venom, rC- rCorr
                  | Int+3 Dex+2}
112188 | Zig:18   | Identified the ring of Contentment {rN+ Dex+3}
112190 | Zig:18   | Identified the ring of Dogma {rPois Will+ Str+6 Int-2
                  | Dex+4}
112196 | Zig:18   | Identified the +2 ring mail of the Volcano {Stlth+}
112214 | Zig:19   | Entered Level 19 of a ziggurat
112221 | Zig:19   | Reached skill level 1 in Maces & Flails
112221 | Zig:19   | Reached skill level 1 in Air Magic
112221 | Zig:19   | Reached skill level 1 in Evocations
112249 | Zig:19   | Found the +13 scythe of Curses {drain, Drain}
112279 | Zig:19   | Identified the +4 longbow of Popular Demand {freeze, *Slow
                  | rPois Dex+4}
112341 | Zig:19   | Identified the +3 ring mail "Onanoa" {Fly SInv}
112345 | Zig:19   | Acquired 1052 gold pieces
112362 | Zig:20   | Entered Level 20 of a ziggurat
112370 | Zig:20   | Noticed a royal mummy
112371 | Zig:20   | Noticed a royal mummy
112372 | Zig:20   | Noticed a royal mummy
112372 | Zig:20   | Noticed a royal mummy
112373 | Zig:20   | Killed a royal mummy
112373 | Zig:20   | Noticed a royal mummy
112374 | Zig:20   | Killed a royal mummy
112374 | Zig:20   | Killed a royal mummy
112374 | Zig:20   | Killed a royal mummy
112375 | Zig:20   | Reached skill level 5 in Dodging
112376 | Zig:20   | Killed a royal mummy
112379 | Zig:20   | Noticed a royal mummy
112382 | Zig:20   | Killed a royal mummy
112383 | Zig:20   | Reached skill level 5 in Evocations
112393 | Zig:20   | Found the ring of the Tortoise {AC+8}
112439 | Zig:20   | Identified the +5 hand axe of Defence by Offence {vamp, Fly
                  | rElec Int-4}
112466 | Zig:21   | Entered Level 21 of a ziggurat
112473 | Zig:21   | Noticed a dread lich
112474 | Zig:21   | Noticed an ancient lich
112475 | Zig:21   | Noticed an ancient lich
112475 | Zig:21   | Killed an ancient lich
112475 | Zig:21   | Killed an ancient lich
112476 | Zig:21   | Reached skill level 5 in Air Magic
112476 | Zig:21   | Killed a dread lich
112478 | Zig:21   | Noticed an ancient lich
112481 | Zig:21   | Killed an ancient lich
112484 | Zig:21   | Noticed a dread lich
112486 | Zig:21   | Killed a dread lich
112547 | Zig:21   | Identified the +12 double sword "Poemecy" {distort, Int+5}
112567 | Zig:21   | Identified the +5 scale mail "Kuiwan" {+Inv Regen+ Int-2
                  | Dex-5}
112583 | Zig:22   | Entered Level 22 of a ziggurat
112595 | Zig:22   | Reached skill level 5 in Maces & Flails
112680 | Zig:22   | Identified the ring "Sopritesk" {rN++ Str-5 Int+6}
112686 | Zig:22   | Identified the +8 flail "Ziuzxoq" {spect, Will+ rCorr}
112698 | Zig:22   | Identified the +0 pair of boots of Zahaplel {-Cast rElec
                  | rPois Regen+}
112706 | Zig:22   | Identified the +9 lajatang "Zuoxt" {vorpal, Fly rElec rF-
                  | Dex+9}
112707 | Zig:22   | Identified the +2 hand axe "Ceruimn" {speed, rF+}
112709 | Zig:22   | Identified the +1 rapier of Ocenil {vamp, *Slow Will+
                  | Int+4}
112726 | Zig:23   | Entered Level 23 of a ziggurat
112735 | Zig:23   | Noticed a dread lich
112736 | Zig:23   | Noticed a dread lich
112738 | Zig:23   | Killed a dread lich
112738 | Zig:23   | Killed a dread lich
112738 | Zig:23   | Noticed a dread lich
112741 | Zig:23   | Noticed an ancient lich
112741 | Zig:23   | Noticed a dread lich
112742 | Zig:23   | Killed a dread lich
112742 | Zig:23   | Noticed a dread lich
112743 | Zig:23   | Killed an ancient lich
112743 | Zig:23   | Killed a dread lich
112744 | Zig:23   | Killed a dread lich
112745 | Zig:23   | Reached skill level 10 in Evocations
112745 | Zig:23   | Noticed a dread lich
112749 | Zig:23   | Killed a dread lich
112752 | Zig:23   | Found the +2 shield of Resistance {rF++ rC++ Will++}
112829 | Zig:23   | Identified the ring "Ynoh" {rElec rF+ rN+ rCorr Stlth+}
112835 | Zig:23   | Identified the +5 rapier of Descent {venom, Fragile Will+
                  | Int+3}
112836 | Zig:23   | Identified the +9 chain mail of Submission {+Inv}
112838 | Zig:23   | Identified the +11 mace of Plog {flame, rC+ rCorr}
112839 | Zig:23   | Identified the +9 dire flail of Disgust {vamp, *Noise rPois
                  | Dex+5 SInv}
112845 | Zig:23   | Identified the +2 plate armour of Classification {rF+ Str+2
                  | Dex-4}
112916 | Zig:24   | Entered Level 24 of a ziggurat
112931 | Zig:24   | Reached skill level 10 in Dodging
113070 | Zig:24   | Found the +7 Singing Sword {vorpal, sonic wave}
113081 | Zig:24   | Identified the ring of Law {Int+5 Dex+7 Slay-3 SInv}
113110 | Zig:24   | Identified the ring "Elyotu" {rF- rN+ rCorr Int+4 SInv}
113148 | Zig:24   | Identified the +6 scimitar "Woer" {vorpal, Int+4 Dex+4}
113149 | Zig:24   | Identified the +6 dagger "Kiosusm" {vamp, rN+}
113189 | Zig:25   | Entered Level 25 of a ziggurat
113195 | Zig:25   | Noticed Efray the pandemonium lord
113195 | Zig:25   | Noticed Niegoso the pandemonium lord
113205 | Zig:25   | Noticed Utih the pandemonium lord
113208 | Zig:25   | Killed Efray the pandemonium lord
113209 | Zig:25   | Noticed Xienymi the pandemonium lord
113209 | Zig:25   | Noticed Goaf the pandemonium lord
113211 | Zig:25   | Noticed Pawak the pandemonium lord
113211 | Zig:25   | Noticed Yhimpi the pandemonium lord
113211 | Zig:25   | Noticed Egopt the pandemonium lord
113211 | Zig:25   | Noticed Fiemyud the pandemonium lord
113211 | Zig:25   | Noticed Jasae the pandemonium lord
113211 | Zig:25   | Noticed Fautrat the pandemonium lord
113212 | Zig:25   | Noticed Wenywaib the pandemonium lord
113212 | Zig:25   | Noticed Utsiebi the pandemonium lord
113214 | Zig:25   | Killed Wenywaib the pandemonium lord
113214 | Zig:25   | Killed Utsiebi the pandemonium lord
113214 | Zig:25   | Noticed Obiefang the pandemonium lord
113216 | Zig:25   | Killed Goaf the pandemonium lord
113216 | Zig:25   | Killed Egopt the pandemonium lord
113216 | Zig:25   | Killed Jasae the pandemonium lord
113216 | Zig:25   | Noticed Itwa the pandemonium lord
113217 | Zig:25   | Killed Niegoso the pandemonium lord
113217 | Zig:25   | Killed Pawak the pandemonium lord
113217 | Zig:25   | Noticed Ycirch the pandemonium lord
113218 | Zig:25   | Noticed Famnuggi the pandemonium lord
113219 | Zig:25   | Killed Utih the pandemonium lord
113219 | Zig:25   | Killed Xienymi the pandemonium lord
113219 | Zig:25   | Killed Fiemyud the pandemonium lord
113219 | Zig:25   | Killed Ycirch the pandemonium lord
113219 | Zig:25   | Noticed Leaviq the pandemonium lord
113219 | Zig:25   | Noticed Puwkadgh the pandemonium lord
113220 | Zig:25   | Noticed Zeet the pandemonium lord
113221 | Zig:25   | Noticed Camiwad the pandemonium lord
113222 | Zig:25   | Killed Fautrat the pandemonium lord
113222 | Zig:25   | Killed Famnuggi the pandemonium lord
113222 | Zig:25   | Killed Puwkadgh the pandemonium lord
113224 | Zig:25   | Noticed Xeast the pandemonium lord
113225 | Zig:25   | Killed Yhimpi the pandemonium lord
113225 | Zig:25   | Killed Leaviq the pandemonium lord
113225 | Zig:25   | Killed Zeet the pandemonium lord
113226 | Zig:25   | Killed Itwa the pandemonium lord
113226 | Zig:25   | Noticed Feozxyug the pandemonium lord
113227 | Zig:25   | Killed Xeast the pandemonium lord
113228 | Zig:25   | Noticed Waan the pandemonium lord
113228 | Zig:25   | Noticed Lickig the pandemonium lord
113229 | Zig:25   | Killed Feozxyug the pandemonium lord
113231 | Zig:25   | Killed Waan the pandemonium lord
113231 | Zig:25   | Killed Lickig the pandemonium lord
113233 | Zig:25   | Killed Obiefang the pandemonium lord
113234 | Zig:25   | Killed Camiwad the pandemonium lord
113245 | Zig:25   | Found the +10 morningstar "Eos" {elec, Halo rElec}
113264 | Zig:25   | Identified the +9 battleaxe of Untimely Demise {vamp, rF+
                  | Int+2 Stlth-}
113275 | Zig:25   | Identified the +1 chain mail of the Equator {Dex+7}
113280 | Zig:25   | Identified the ring of Tipsemug {rF+ rC+}
113285 | Zig:25   | Identified the +7 falchion "Jellybane" {vorpal, rC+}
113359 | Zig:26   | Entered Level 26 of a ziggurat
113378 | Zig:26   | Reached skill level 10 in Maces & Flails
113404 | Zig:26   | Reached skill level 15 in Evocations
113435 | Zig:26   | Found the +3 crown of Dyrovepreva {rElec Int+2 SInv}
113500 | Zig:26   | Identified the +10 scimitar of Baz Duaz {vorpal, rCorr}
113506 | Zig:26   | Identified the +7 quarterstaff "Jupezel" {freeze, Will+
                  | Str+4 Dex+3 Stlth+}
113523 | Zig:27   | Entered Level 27 of a ziggurat
113540 | Zig:27   | Noticed a juggernaut
113541 | Zig:27   | Reached skill level 10 in Throwing
113541 | Zig:27   | Killed a juggernaut
113660 | Zig:27   | Identified the +7 trident "Udiavob" {vorpal, rF+++ Dex+6
                  | SInv}
113672 | Zig:27   | Identified the +6 triple sword of Gallantry {vorpal, rElec
                  | Str-2 Int+6 Stlth+}
114140 | Tomb:3   | Entered Level 3 of the Tomb of the Ancients
114148 | Tomb:3   | Reached skill level 15 in Dodging
114157 | Tomb:3   | Noticed a royal mummy
114161 | Tomb:3   | Noticed a royal mummy
114162 | Tomb:3   | Killed a royal mummy
114162 | Tomb:3   | Noticed a royal mummy
114164 | Tomb:3   | Killed a royal mummy
114170 | Tomb:3   | Killed a royal mummy
114190 | Tomb:3   | Noticed a royal mummy
114196 | Tomb:3   | Killed a royal mummy
114202 | Tomb:3   | Noticed a royal mummy
114203 | Tomb:3   | Noticed a royal mummy
114205 | Tomb:3   | Noticed a royal mummy
114206 | Tomb:3   | Killed a royal mummy
114206 | Tomb:3   | Noticed a royal mummy
114207 | Tomb:3   | Killed a royal mummy
114207 | Tomb:3   | Killed a royal mummy
114209 | Tomb:3   | Killed a royal mummy
114216 | Tomb:3   | Got a golden rune of Zot
114681 | Tomb:3   | Identified the +10 mace "Waimequv" {drain, Str+3}
114684 | Tomb:3   | Identified the +10 scimitar of a treasure trove {vorpal,
                  | rN+ Int+4}
115054 | Zig:1    | Entered Level 1 of a ziggurat
115100 | Zig:2    | Entered Level 2 of a ziggurat
115126 | Zig:3    | Entered Level 3 of a ziggurat
115139 | Zig:3    | Identified the +2 ring mail of Divine Intervention {rC+}
115142 | Zig:4    | Entered Level 4 of a ziggurat
115183 | Zig:4    | Identified the +5 mace of the Depths {vamp, Str+3}
115193 | Zig:5    | Entered Level 5 of a ziggurat
115201 | Zig:5    | Noticed Jenuren the pandemonium lord
115206 | Zig:5    | Killed Jenuren the pandemonium lord
115265 | Zig:6    | Entered Level 6 of a ziggurat
115289 | Zig:6    | Identified the amulet "Byaffix" {Faith rF- Int+7}
115306 | Zig:7    | Entered Level 7 of a ziggurat
115350 | Zig:7    | Identified the amulet of Dokady {Acrobat Harm Str+2 Dex-4}
115363 | Zig:7    | Identified the +0 robe of the Spheres {Stlth+}
115377 | Zig:8    | Entered Level 8 of a ziggurat
115385 | Zig:8    | Reached skill level 15 in Throwing
115445 | Zig:8    | Identified the ring "Aherues" {Ice rElec Will+ Str+2}
115467 | Zig:9    | Entered Level 9 of a ziggurat
115473 | Zig:9    | Noticed a dread lich
115473 | Zig:9    | Noticed a dread lich
115474 | Zig:9    | Noticed an ancient lich
115474 | Zig:9    | Noticed a dread lich
115476 | Zig:9    | Killed a dread lich
115476 | Zig:9    | Killed a dread lich
115476 | Zig:9    | Killed a dread lich
115476 | Zig:9    | Noticed a dread lich
115477 | Zig:9    | Killed an ancient lich
115477 | Zig:9    | Killed a dread lich
115478 | Zig:9    | Noticed an ancient lich
115481 | Zig:9    | Killed an ancient lich
115505 | Zig:9    | Identified the +6 mace "Ilauc" {spect, Str+2}
115516 | Zig:9    | Identified the +0 hat of Alopp {Rampage *Corrode rPois rC+}
115517 | Zig:9    | Identified the +7 chain mail "Lietafom" {rPois rN+ Dex+2}
115531 | Zig:10   | Entered Level 10 of a ziggurat
115540 | Zig:10   | Noticed an ancient lich
115540 | Zig:10   | Killed an ancient lich
115545 | Zig:10   | Reached skill level 27 in Necromancy
115577 | Zig:11   | Entered Level 11 of a ziggurat
115584 | Zig:11   | Noticed a dread lich
115586 | Zig:11   | Noticed a dread lich
115587 | Zig:11   | Killed a dread lich
115587 | Zig:11   | Noticed an ancient lich
115588 | Zig:11   | Killed a dread lich
115588 | Zig:11   | Killed an ancient lich
115621 | Zig:11   | Identified the amulet of Paon {Faith rElec rPois rF- rC++}
115635 | Zig:11   | Identified the +3 whip "Ynum" {vamp, Int+3 Dex+3}
115648 | Zig:12   | Entered Level 12 of a ziggurat
115658 | Zig:12   | Found the +8 whip "Snakebite" {venom, curare, rPois}
115728 | Zig:12   | Identified the +5 flail of Usacoh {flame, +Blink rN+ rCorr}
115743 | Zig:13   | Entered Level 13 of a ziggurat
115755 | Zig:13   | Noticed Ucucuro the pandemonium lord
115759 | Zig:13   | Killed Ucucuro the pandemonium lord
115800 | Zig:13   | Identified the +0 gold dragon scales of the Elephant {Harm
                  | rPois rF+ rC+ Regen+ Int-3 Dex+2}
115804 | Zig:13   | Identified the +0 helmet of Evolution {Regen+ Dex+3}
115824 | Zig:14   | Entered Level 14 of a ziggurat
115886 | Zig:14   | Identified the +4 whip of Bodily Harmony {vorpal, rElec rF+
                  | rC+++ Int+4}
115888 | Zig:14   | Identified the +11 short sword of Integrity {speed, rN+}
115907 | Zig:15   | Entered Level 15 of a ziggurat
115926 | Zig:15   | Found the necklace of Bloodlust {*Rage Will++ Int-3 Slay+6}
116008 | Zig:16   | Entered Level 16 of a ziggurat
116012 | Zig:16   | Noticed Dehacvis the pandemonium lord
116013 | Zig:16   | Noticed Nijoq the pandemonium lord
116013 | Zig:16   | Noticed Ryfyow the pandemonium lord
116014 | Zig:16   | Noticed Waeketed the pandemonium lord
116016 | Zig:16   | Noticed Fup Voys the pandemonium lord
116016 | Zig:16   | Killed Nijoq the pandemonium lord
116016 | Zig:16   | Killed Dehacvis the pandemonium lord
116018 | Zig:16   | Killed Ryfyow the pandemonium lord
116019 | Zig:16   | Killed Fup Voys the pandemonium lord
116019 | Zig:16   | Killed Waeketed the pandemonium lord
116019 | Zig:16   | Noticed Gamiu the pandemonium lord
116020 | Zig:16   | Noticed Nuockuyw the pandemonium lord
116022 | Zig:16   | Noticed Ziygi the pandemonium lord
116023 | Zig:16   | Noticed Itteaciu the pandemonium lord
116024 | Zig:16   | Killed Ziygi the pandemonium lord
116026 | Zig:16   | Noticed Koikhy the pandemonium lord
116027 | Zig:16   | Noticed Kiriyk the pandemonium lord
116029 | Zig:16   | Noticed Baxt the pandemonium lord
116031 | Zig:16   | Killed Gamiu the pandemonium lord
116031 | Zig:16   | Killed Koikhy the pandemonium lord
116032 | Zig:16   | Reached skill level 15 in Maces & Flails
116032 | Zig:16   | Killed Baxt the pandemonium lord
116033 | Zig:16   | Killed Kiriyk the pandemonium lord
116035 | Zig:16   | Killed Itteaciu the pandemonium lord
116041 | Zig:16   | Killed Nuockuyw the pandemonium lord
116160 | Zig:16   | Found the +3 giant club "Skullcrusher" {speed, Str+7}
116192 | Zig:16   | Identified the +4 scale mail of Astrinka {rElec}
116193 | Zig:16   | Identified the +8 falchion of Dixuxtoh {venom, rN+ Will+
                  | Dex+3 Stlth+}
116195 | Zig:16   | Identified the +4 flail of Grontol {vorpal, rF+}
116233 | Zig:17   | Entered Level 17 of a ziggurat
116252 | Zig:17   | Found the amulet of Vitality {Regen+ HP+15}
116363 | Zig:17   | Acquired a manual of Staves
116365 | Zig:17   | Acquired 947 gold pieces
116400 | Zig:18   | Entered Level 18 of a ziggurat
116411 | Zig:18   | Reached skill level 5 in Axes
116412 | Zig:18   | Reached skill level 5 in Polearms
116471 | Zig:18   | Identified the ring of Dafrilau {rPois rF+ Str+6 Int+5
                  | Dex-3}
116475 | Zig:18   | Identified the +6 scale mail of Sin {rF- rN+++ Dex+5
                  | Slay-5}
116484 | Zig:18   | Identified the +0 plate armour "Sizyfan" {rElec}
116485 | Zig:18   | Identified the +1 pair of boots "Ohefub" {rCorr Str-3 Int+3
                  | SInv}
116488 | Zig:18   | Identified the +0 pair of boots of Noon {rPois rF+}
116514 | Zig:19   | Entered Level 19 of a ziggurat
116617 | Zig:19   | Identified the +0 pair of boots of Ungogge {rPois Will+
                  | Int-2}
116682 | Zig:20   | Entered Level 20 of a ziggurat
116688 | Zig:20   | Noticed a royal mummy
116690 | Zig:20   | Noticed a royal mummy
116691 | Zig:20   | Killed a royal mummy
116692 | Zig:20   | Killed a royal mummy
116695 | Zig:20   | Noticed a royal mummy
116698 | Zig:20   | Reached skill level 10 in Axes
116698 | Zig:20   | Killed a royal mummy
116699 | Zig:20   | Reached skill level 10 in Polearms
116700 | Zig:20   | Noticed a royal mummy
116700 | Zig:20   | Noticed a royal mummy
116701 | Zig:20   | Noticed a royal mummy
116702 | Zig:20   | Killed a royal mummy
116703 | Zig:20   | Killed a royal mummy
116703 | Zig:20   | Noticed a royal mummy
116704 | Zig:20   | Killed a royal mummy
116704 | Zig:20   | Noticed a dread lich
116705 | Zig:20   | Killed a royal mummy
116705 | Zig:20   | Killed a dread lich
116705 | Zig:20   | Noticed a royal mummy
116705 | Zig:20   | Noticed a royal mummy
116706 | Zig:20   | Noticed a royal mummy
116707 | Zig:20   | Killed a royal mummy
116708 | Zig:20   | Killed a royal mummy
116708 | Zig:20   | Killed a royal mummy
116708 | Zig:20   | Noticed a royal mummy
116711 | Zig:20   | Killed a royal mummy
116737 | Zig:20   | Identified the +0 pair of gloves of Starshine {Dex+3}
116738 | Zig:20   | Identified the ring of Wisdom {MP+9 Int+3}
116741 | Zig:20   | Identified the +8 scimitar of the Two Names {vorpal, Will+}
116752 | Zig:20   | Identified the +7 morningstar "Ciebb" {elec, Fly SInv}
116813 | Zig:21   | Entered Level 21 of a ziggurat
116857 | Zig:21   | Identified the amulet "Qopuvu" {Spirit Int+7 Dex-4 SInv}
116872 | Zig:21   | Identified the +10 morningstar "Dujy Foy" {vorpal, Str+6
                  | Dex-4}
116916 | Zig:21   | Acquired 557 gold pieces
116929 | Zig:22   | Entered Level 22 of a ziggurat
116937 | Zig:22   | Noticed an ancient lich
116940 | Zig:22   | Noticed an ancient lich
116942 | Zig:22   | Killed an ancient lich
116943 | Zig:22   | Killed an ancient lich
116944 | Zig:22   | Noticed a dread lich
116944 | Zig:22   | Noticed an ancient lich
116945 | Zig:22   | Noticed a dread lich
116946 | Zig:22   | Noticed a dread lich
116947 | Zig:22   | Killed a dread lich
116947 | Zig:22   | Killed an ancient lich
116947 | Zig:22   | Killed a dread lich
116948 | Zig:22   | Killed a dread lich
116948 | Zig:22   | Noticed an ancient lich
116949 | Zig:22   | Noticed a dread lich
116951 | Zig:22   | Killed a dread lich
116952 | Zig:22   | Killed an ancient lich
116955 | Zig:22   | Found the +9 staff of Wucad Mu {*channel}
116959 | Zig:22   | Found the ring of Shadows {Umbra +Inv Stlth+}
117011 | Zig:22   | Identified the +8 chain mail of Hubris {rPois rF- rCorr
                  | Int+4}
117015 | Zig:22   | Identified the ring "Liqocs" {rF++ Will+ rCorr EV+4 Str-2}
117086 | Zig:23   | Entered Level 23 of a ziggurat
117103 | Zig:23   | Reached skill level 27 in Throwing
117141 | Zig:23   | Identified the ring of Birut {Ice Dex+4 Stlth+}
117152 | Zig:23   | Identified the amulet of Gingub {RegenMP Str+4}
117170 | Zig:23   | Identified the +5 short sword "Sughaod" {venom, *Slow
                  | +Blink rElec Dex+9}
117195 | Zig:24   | Entered Level 24 of a ziggurat
117228 | Zig:24   | Found the +14 obsidian axe {vorpal, Mesm Drain Fly SInv}
117252 | Zig:24   | Identified the +7 pearl dragon scales "Busar" {rN+ Str+4}
117318 | Zig:24   | Identified the +7 war axe of Uwentam {venom, *Corrode Fly
                  | rF+ rN++}
117323 | Zig:24   | Identified the +1 robe of Hedonism {Regen+}
117330 | Zig:24   | Identified the +8 spear of Attainder {vorpal, Contam rC+
                  | Dex+5}
117342 | Zig:25   | Entered Level 25 of a ziggurat
117402 | Zig:25   | Identified the ring of Xumevvon {Contam rPois Will- Str+6
                  | Dex+4}
117433 | Zig:25   | Identified the amulet "Ysmuto" {Faith +Inv Int+4 Dex-3}
117474 | Zig:25   | Identified the +9 mace of Tyvvu {flame, Stlth+}
117477 | Zig:25   | Identified the +2 morningstar of Yri Seca {freeze, rPois
                  | rF- rCorr Str+3}
117478 | Zig:25   | Identified the +7 spear "Dustripun" {freeze, rCorr Dex+2
                  | Stlth+}
117480 | Zig:25   | Identified the +10 dagger "Tacwadot" {spect, Int+2 Stlth+}
117483 | Zig:25   | Identified the +3 leather armour of the Hills {Contam *Slow
                  | Str+2 Dex+7}
117502 | Zig:26   | Entered Level 26 of a ziggurat
117521 | Zig:26   | Reached skill level 27 in Evocations
117587 | Zig:26   | Found the +7 great mace "Firestarter" {inner flame, rF++}
117609 | Zig:26   | Identified the +4 rapier "Sotohaxzooro" {pain, rPois MP+9
                  | Dex-3}
117640 | Zig:26   | Identified the +3 falchion "Lyohywa" {vorpal, Int+4}
117641 | Zig:26   | Identified the +7 plate armour of Jocular Wonder {Drain
                  | rElec rPois rC+++}
117644 | Zig:26   | Identified the +0 steam dragon scales of Broken Taboos
                  | {rElec Will++}
117647 | Zig:26   | Identified the +12 spear "Cason" {vorpal, rElec rN+++ Str+5
                  | Stlth-}
117652 | Zig:26   | Identified the +0 robe of Valiance {rF+ Int+8}
117667 | Zig:27   | Entered Level 27 of a ziggurat
117810 | Zig:27   | Identified the amulet of Fiotwuw {Faith Rampage rC+ rCorr
                  | Int-5}
117834 | Zig:27   | Identified the +1 leather armour of the Game Afoot {rC+
                  | Int+4 SInv}
117845 | Zig:27   | Identified the +5 mace of the Desolation of Salt {freeze,
                  | rCorr}
118260 | D:9      | Learned a level 8 spell: Maxwell's Capacitive Coupling
118271 | D:9      | Learned a level 9 spell: Polar Vortex
118271 | D:9      | Fell from the grace of Vehumet
118272 | D:9      | Became a worshipper of Gozag Ym Sagoz the Greedy
118739 | Depths:4 | Bought a potion of magic for 232 gold pieces
118739 | Depths:4 | Bought a potion of heal wounds for 145 gold pieces
118811 | Zig:1    | Entered Level 1 of a ziggurat
118841 | Zig:2    | Entered Level 2 of a ziggurat
118841 | Zig:2    | Noticed Zyato Ziah the pandemonium lord
118847 | Zig:2    | Killed Zyato Ziah the pandemonium lord
118867 | Zig:3    | Entered Level 3 of a ziggurat
118930 | Zig:4    | Entered Level 4 of a ziggurat
118930 | Zig:4    | Noticed a royal mummy
118930 | Zig:4    | Noticed a royal mummy
118932 | Zig:4    | Killed a royal mummy
118932 | Zig:4    | Killed a royal mummy
119027 | Zig:5    | Entered Level 5 of a ziggurat
119028 | Zig:5    | Noticed an orb of fire
119029 | Zig:5    | Noticed an orb of fire
119033 | Zig:5    | Killed an orb of fire
119035 | Zig:5    | Killed an orb of fire
119097 | Zig:6    | Entered Level 6 of a ziggurat
119151 | Zig:6    | Identified the +5 plate armour "Umuivuer" {rCorr}
119170 | Zig:6    | Identified the +8 triple sword of Woe {protect, Will+ Str-2
                  | Int+3 SInv}
119185 | Zig:7    | Entered Level 7 of a ziggurat
119254 | Zig:7    | Identified the amulet of Conflict {*Slow Regen+ Int+10
                  | Dex-4 SInv}
119256 | Zig:7    | Identified the +7 hand crossbow "Earthworm" {elec, Fly
                  | rElec rC+ Will-}
119316 | Zig:8    | Entered Level 8 of a ziggurat
119321 | Zig:8    | Noticed an ancient lich
119322 | Zig:8    | Noticed an ancient lich
119322 | Zig:8    | Noticed an ancient lich
119323 | Zig:8    | Noticed an ancient lich
119323 | Zig:8    | Noticed a dread lich
119323 | Zig:8    | Noticed an ancient lich
119326 | Zig:8    | Killed an ancient lich
119326 | Zig:8    | Killed an ancient lich
119326 | Zig:8    | Killed an ancient lich
119326 | Zig:8    | Killed an ancient lich
119326 | Zig:8    | Killed a dread lich
119326 | Zig:8    | Killed an ancient lich
119328 | Zig:8    | Found the +10 tower shield of Ignorance {rN+ Int-4}
119399 | Zig:8    | Identified the +1 helmet of Complete Protection {Regen+
                  | Str+7}
119401 | Zig:8    | Identified the +3 eveningstar of Forgiveness {antimagic,
                  | Drain SInv Stlth+}
119435 | Zig:8    | Identified the +4 fire dragon scales "Yqeptunk" {rF++ rC-
                  | Will- Regen+ Dex-5 Slay+6}
119450 | Zig:8    | Learned a level 9 spell: Death's Door
119457 | Zig:9    | Entered Level 9 of a ziggurat
119541 | Zig:9    | Identified the ring of Hymucw {rElec rN+ EV+4}
119680 | Zig:10   | Entered Level 10 of a ziggurat
119687 | Zig:10   | Noticed a dread lich
119688 | Zig:10   | Noticed an ancient lich
119689 | Zig:10   | Killed an ancient lich
119689 | Zig:10   | Killed a dread lich
119690 | Zig:10   | Noticed a dread lich
119692 | Zig:10   | Killed a dread lich
119694 | Zig:10   | Noticed an ancient lich
119694 | Zig:10   | Found the +12 glaive of Prune {vorpal}
119697 | Zig:10   | Killed an ancient lich
119809 | Zig:11   | Entered Level 11 of a ziggurat
119814 | Zig:11   | Noticed a dread lich
119817 | Zig:11   | Noticed a dread lich
119817 | Zig:11   | Killed a dread lich
119818 | Zig:11   | Killed a dread lich
119819 | Zig:11   | Noticed an ancient lich
119821 | Zig:11   | Killed an ancient lich
119823 | Zig:11   | Reached skill level 27 in Conjurations
119825 | Zig:11   | Noticed an ancient lich
119829 | Zig:11   | Killed an ancient lich
119956 | Zig:12   | Entered Level 12 of a ziggurat
119964 | Zig:12   | Noticed Duanah the pandemonium lord
119964 | Zig:12   | Noticed Watziheb the pandemonium lord
119965 | Zig:12   | Noticed Bistuho the pandemonium lord
119965 | Zig:12   | Noticed Sotsedgh the pandemonium lord
119966 | Zig:12   | Noticed Naegeb the pandemonium lord
119967 | Zig:12   | Killed Bistuho the pandemonium lord
119968 | Zig:12   | Noticed Ymetre the pandemonium lord
119969 | Zig:12   | Killed Watziheb the pandemonium lord
119970 | Zig:12   | Noticed Poytueco the pandemonium lord
119970 | Zig:12   | Killed Sotsedgh the pandemonium lord
119971 | Zig:12   | Killed Naegeb the pandemonium lord
119972 | Zig:12   | Killed Poytueco the pandemonium lord
119972 | Zig:12   | Noticed Ubliliur the pandemonium lord
119973 | Zig:12   | Reached skill level 27 in Earth Magic
119974 | Zig:12   | Reached skill level 27 in Fire Magic
119975 | Zig:12   | Killed Ymetre the pandemonium lord
119975 | Zig:12   | Killed Duanah the pandemonium lord
119976 | Zig:12   | Reached skill level 5 in Staves
119976 | Zig:12   | Killed Ubliliur the pandemonium lord
119978 | Zig:12   | Noticed Jowuoph the pandemonium lord
119981 | Zig:12   | Killed Jowuoph the pandemonium lord
120058 | Zig:12   | Identified the +4 flail of Xuupiesk {vorpal, *Noise rPois
                  | Str+2}
120126 | Zig:13   | Entered Level 13 of a ziggurat
120137 | Zig:13   | Paralysed by an air elemental for 1 turns
120351 | Zig:14   | Entered Level 14 of a ziggurat
120366 | Zig:14   | Reached skill level 15 in Ice Magic
120367 | Zig:14   | Reached skill level 10 in Staves
120514 | Zig:14   | Identified the ring "Riugu" {Fly AC+4 Int+4}
120522 | Zig:14   | Identified the ring "Damnable Contraption" {+Blink rN+
                  | Str-2 Slay+3 Stlth+}
120563 | Zig:14   | Identified the +3 mace of Resourcefulness {venom, rElec
                  | Dex+2}
120569 | Zig:15   | Entered Level 15 of a ziggurat
120790 | Zig:15   | Identified the +3 great sword "Widowermaker" {freeze, rCorr
                  | MP+9 Int+2 Dex-5}
120795 | Zig:16   | Entered Level 16 of a ziggurat
120804 | Zig:16   | Noticed Heetz the pandemonium lord
120806 | Zig:16   | Noticed Tuculai the pandemonium lord
120806 | Zig:16   | Noticed Huejin the pandemonium lord
120807 | Zig:16   | Noticed Sitz the pandemonium lord
120808 | Zig:16   | Noticed Antu the pandemonium lord
120808 | Zig:16   | Noticed Gixa the pandemonium lord
120809 | Zig:16   | Noticed Faroull the pandemonium lord
120809 | Zig:16   | Noticed Eseze the pandemonium lord
120810 | Zig:16   | Noticed Ceadatax the pandemonium lord
120810 | Zig:16   | Noticed Leosep the pandemonium lord
120810 | Zig:16   | Noticed Xaomavud the pandemonium lord
120810 | Zig:16   | Noticed Xitsyil the pandemonium lord
120811 | Zig:16   | Killed Faroull the pandemonium lord
120811 | Zig:16   | Killed Sitz the pandemonium lord
120811 | Zig:16   | Noticed Osocwi the pandemonium lord
120811 | Zig:16   | Killed Eseze the pandemonium lord
120812 | Zig:16   | Reached skill level 15 in Staves
120812 | Zig:16   | Noticed Rucru the pandemonium lord
120812 | Zig:16   | Killed Antu the pandemonium lord
120812 | Zig:16   | Killed Leosep the pandemonium lord
120813 | Zig:16   | Killed Huejin the pandemonium lord
120813 | Zig:16   | Noticed Sub Gul the pandemonium lord
120813 | Zig:16   | Noticed Dauf the pandemonium lord
120813 | Zig:16   | Killed Heetz the pandemonium lord
120814 | Zig:16   | Killed Rucru the pandemonium lord
120814 | Zig:16   | Killed Gixa the pandemonium lord
120814 | Zig:16   | Noticed Wochuaf the pandemonium lord
120814 | Zig:16   | Killed Osocwi the pandemonium lord
120814 | Zig:16   | Noticed Punuicisi the pandemonium lord
120815 | Zig:16   | Killed Xaomavud the pandemonium lord
120815 | Zig:16   | Noticed Qisusm the pandemonium lord
120815 | Zig:16   | Noticed Bunur the pandemonium lord
120816 | Zig:16   | Reached skill level 27 in Transmutations
120816 | Zig:16   | Killed Sub Gul the pandemonium lord
120816 | Zig:16   | Killed Ceadatax the pandemonium lord
120816 | Zig:16   | Killed Dauf the pandemonium lord
120816 | Zig:16   | Killed Punuicisi the pandemonium lord
120816 | Zig:16   | Killed Bunur the pandemonium lord
120817 | Zig:16   | Killed Tuculai the pandemonium lord
120817 | Zig:16   | Noticed Lintam the pandemonium lord
120817 | Zig:16   | Noticed Goplegh the pandemonium lord
120817 | Zig:16   | Killed Qisusm the pandemonium lord
120818 | Zig:16   | Killed Lintam the pandemonium lord
120818 | Zig:16   | Noticed Vughimae the pandemonium lord
120819 | Zig:16   | Killed Wochuaf the pandemonium lord
120819 | Zig:16   | Killed Xitsyil the pandemonium lord
120820 | Zig:16   | Killed Goplegh the pandemonium lord
120825 | Zig:16   | Killed Vughimae the pandemonium lord
120969 | Zig:16   | Identified the ring "Veimemommu" {rPois Stlth+}
121017 | Zig:16   | Identified the +5 quarterstaff of Kamashro {vorpal, SInv}
121019 | Zig:16   | Identified the +1 scale mail of Ru's Approval {Dex+2}
121020 | Zig:16   | Identified the +8 spear of Fear {venom, rPois rF- rCorr
                  | Dex+4}
121039 | Zig:17   | Entered Level 17 of a ziggurat
121350 | Zig:17   | Identified the ring "Vuparoc" {rN+ MP+9}
121393 | Zig:18   | Entered Level 18 of a ziggurat
121406 | Zig:18   | Noticed Xounick the pandemonium lord
121410 | Zig:18   | Killed Xounick the pandemonium lord
121803 | Zig:18   | Identified the ring "Amunkeh" {rPois AC+4 Int+3}
121848 | Zig:18   | Identified the +5 glaive "Inasmal" {spect, Fly rN+}
121854 | Zig:19   | Entered Level 19 of a ziggurat
121868 | Zig:19   | Reached skill level 1 in Translocations
121883 | Zig:19   | Reached skill level 5 in Translocations
121898 | Zig:19   | Found the ring of the Octopus King
121908 | Zig:19   | Found the ring of the Mage {Wiz Archmagi}
122032 | Zig:19   | Identified the ring of Modesty {rC+ Int-4 Dex+8 SInv}
122035 | Zig:19   | Identified the ring "Huwkis" {rF+++ Str+6 Dex-3}
122037 | Zig:19   | Identified a ring of the Octopus King {Wiz AC+1 EV+1 Str+1
                  | Int+1 Dex+1}
122236 | Zig:19   | Identified the +1 robe "Sopuon Pinu" {-Tele Str+5 Dex+2}
122260 | Zig:19   | Reached skill level 10 in Translocations
122274 | Zig:19   | Learned a level 8 spell: Disjunction
122283 | Zig:20   | Entered Level 20 of a ziggurat
122569 | Zig:20   | Identified the amulet of Grontol {Reflect Fly rC+ Will+
                  | Int-5 SH+5}
122572 | Zig:20   | Identified the ring "Xeol" {Int+4 SInv}
122706 | Zig:20   | Reached skill level 15 in Translocations
122722 | Zig:21   | Entered Level 21 of a ziggurat
122743 | Zig:21   | Noticed an ancient lich
122743 | Zig:21   | Noticed a dread lich
122743 | Zig:21   | Killed a dread lich
122743 | Zig:21   | Noticed an ancient lich
122745 | Zig:21   | Noticed an ancient lich
122747 | Zig:21   | Killed an ancient lich
122747 | Zig:21   | Killed an ancient lich
122748 | Zig:21   | Killed an ancient lich
122749 | Zig:21   | Noticed a dread lich
122749 | Zig:21   | Noticed an ancient lich
122750 | Zig:21   | Noticed an ancient lich
122750 | Zig:21   | Noticed an ancient lich
122751 | Zig:21   | Killed an ancient lich
122751 | Zig:21   | Killed a dread lich
122751 | Zig:21   | Noticed a dread lich
122751 | Zig:21   | Noticed a dread lich
122752 | Zig:21   | Killed an ancient lich
122752 | Zig:21   | Killed an ancient lich
122752 | Zig:21   | Noticed a dread lich
122753 | Zig:21   | Killed a dread lich
122753 | Zig:21   | Killed a dread lich
122753 | Zig:21   | Killed a dread lich
122754 | Zig:21   | Noticed an ancient lich
122755 | Zig:21   | Noticed an ancient lich
122757 | Zig:21   | Killed an ancient lich
122757 | Zig:21   | Killed an ancient lich
123032 | Zig:21   | Identified the +10 battleaxe "Anumi" {drain, rElec Will++
                  | Dex+2}
123037 | Zig:22   | Entered Level 22 of a ziggurat
123060 | Zig:22   | Paralysed by an air elemental for 1 turns
123068 | Zig:22   | Found the +7 mace of Variability {chain chaos}
123074 | Zig:22   | Was forgiven by Vehumet
123212 | Zig:22   | Identified the ring "Baf Rurph" {Will+ Int+6}
123216 | Zig:22   | Identified the +0 helmet of Juevat Yps {Harm Str+3}
123218 | Zig:22   | Identified the amulet of Zoppetia {Faith Harm rPois Will+
                  | Dex-5}
123229 | Zig:22   | Identified the +0 robe "Xeuk" {Int+5}
123376 | Zig:22   | Identified the +7 hand axe "Rieckoen" {freeze, rC+ Will-
                  | Int+3 Dex+3}
123382 | Zig:22   | Identified the quicksilver dragon scales "Lodwaogh" {Will+
                  | MP+9 Str+5}
123398 | Zig:23   | Entered Level 23 of a ziggurat
123413 | Zig:23   | Noticed a dread lich
123413 | Zig:23   | Noticed a dread lich
123414 | Zig:23   | Noticed a dread lich
123415 | Zig:23   | Killed a dread lich
123415 | Zig:23   | Killed a dread lich
123416 | Zig:23   | Killed a dread lich
123417 | Zig:23   | Noticed a dread lich
123418 | Zig:23   | Killed a dread lich
123418 | Zig:23   | Noticed a dread lich
123419 | Zig:23   | Noticed a dread lich
123420 | Zig:23   | Killed a dread lich
123421 | Zig:23   | Killed a dread lich
123423 | Zig:23   | Noticed a dread lich
123423 | Zig:23   | Noticed an ancient lich
123424 | Zig:23   | Noticed an ancient lich
123427 | Zig:23   | Killed a dread lich
123427 | Zig:23   | Killed an ancient lich
123427 | Zig:23   | Killed an ancient lich
123571 | Zig:23   | Identified the amulet of Uloanwit {RegenMP Fly Dex+4}
123584 | Zig:23   | Identified the ring "Unecwis" {rElec Will+ Int-5 Slay+2
                  | SInv}
123602 | Zig:23   | Identified the +3 falchion "Demonslayer" {antimagic, *Rage
                  | rElec rPois Dex+2}
123605 | Zig:23   | Identified the amulet of Ejaim {RegenMP Int+4}
123754 | Zig:23   | Identified the +2 whip of Wemmam {venom, Fly Dex+2}
123755 | Zig:23   | Identified the +4 troll leather armour of the Old World
                  | {rElec rN+ Regen+ Stlth-}
123779 | Zig:24   | Entered Level 24 of a ziggurat
123794 | Zig:24   | Noticed an ancient lich
123796 | Zig:24   | Noticed an ancient lich
123797 | Zig:24   | Killed an ancient lich
123797 | Zig:24   | Noticed an ancient lich
123799 | Zig:24   | Noticed an ancient lich
123799 | Zig:24   | Noticed an ancient lich
123799 | Zig:24   | Noticed an ancient lich
123801 | Zig:24   | Killed an ancient lich
123801 | Zig:24   | Killed an ancient lich
123801 | Zig:24   | Killed an ancient lich
123801 | Zig:24   | Killed an ancient lich
123801 | Zig:24   | Killed an ancient lich
123801 | Zig:24   | Noticed an ancient lich
123802 | Zig:24   | Noticed a dread lich
123802 | Zig:24   | Noticed a dread lich
123802 | Zig:24   | Noticed a dread lich
123803 | Zig:24   | Noticed a dread lich
123803 | Zig:24   | Noticed a dread lich
123804 | Zig:24   | Killed a dread lich
123804 | Zig:24   | Killed a dread lich
123804 | Zig:24   | Killed an ancient lich
123805 | Zig:24   | Reached skill level 27 in Staves
123805 | Zig:24   | Noticed a dread lich
123805 | Zig:24   | Killed a dread lich
123805 | Zig:24   | Killed a dread lich
123805 | Zig:24   | Killed a dread lich
123805 | Zig:24   | Killed a dread lich
123806 | Zig:24   | Noticed a dread lich
123808 | Zig:24   | Killed a dread lich
123808 | Zig:24   | Noticed an ancient lich
123810 | Zig:24   | Noticed an ancient lich
123811 | Zig:24   | Killed an ancient lich
123813 | Zig:24   | Killed an ancient lich
124006 | Zig:24   | Identified the ring of Qicek {rC+ rN+ Int+4}
124015 | Zig:24   | Identified the +5 hand crossbow of Fedhas's Esteem {elec,
                  | Dex+5}
124093 | Zig:24   | Identified the +1 leather armour of the Swan {+Blink rC+}
124096 | Zig:24   | Identified the +10 hand axe of Salt {flame, rElec Stlth+}
124102 | Zig:25   | Entered Level 25 of a ziggurat
124133 | Zig:25   | Reached skill level 27 in Dodging
124154 | Zig:25   | Found the +8 autumn katana {vorpal, manifold assault}
124208 | Zig:25   | Identified the +10 trident of Tecox {drain, rElec rCorr}
124209 | Zig:25   | Identified the ring "Bilock" {rN+ MP+9}
124218 | Zig:25   | Identified the +7 falchion of Hyhuve {protect, Drain rC++
                  | Dex+2}
124492 | Zig:25   | Identified the +9 quarterstaff of Conservatism {elec, Drain
                  | rC- Dex+8 SInv}
124505 | Zig:26   | Entered Level 26 of a ziggurat
124531 | Zig:26   | Noticed Ufretypt the pandemonium lord
124533 | Zig:26   | Reached skill level 27 in Translocations
124538 | Zig:26   | Killed Ufretypt the pandemonium lord
124539 | Zig:26   | Reached skill level 10 in Air Magic
124543 | Zig:26   | Reached skill level 15 in Axes
124739 | Zig:26   | Found the +7 sceptre of Torment {pain, torment}
124854 | Zig:26   | Identified the +0 ice dragon scales of the Endless Stories
                  | {rF- rC++ Will- Str-2 Dex+8 SInv}
124857 | Zig:26   | Identified the +5 ring mail of Picsitt {SInv}
124864 | Zig:26   | Reached skill level 15 in Air Magic
124875 | Zig:27   | Entered Level 27 of a ziggurat
124888 | Zig:27   | Noticed a royal mummy
124888 | Zig:27   | Noticed a royal mummy
124892 | Zig:27   | Killed a royal mummy
124893 | Zig:27   | Noticed a royal mummy
124894 | Zig:27   | Killed a royal mummy
124894 | Zig:27   | Noticed a royal mummy
124896 | Zig:27   | Noticed a royal mummy
124896 | Zig:27   | Noticed a royal mummy
124897 | Zig:27   | Killed a royal mummy
124898 | Zig:27   | Killed a royal mummy
124898 | Zig:27   | Killed a royal mummy
124898 | Zig:27   | Noticed a royal mummy
124898 | Zig:27   | Noticed a royal mummy
124899 | Zig:27   | Killed a royal mummy
124900 | Zig:27   | Noticed a royal mummy
124900 | Zig:27   | Noticed a royal mummy
124900 | Zig:27   | Noticed a royal mummy
124900 | Zig:27   | Noticed a royal mummy
124901 | Zig:27   | Noticed a royal mummy
124901 | Zig:27   | Noticed a royal mummy
124901 | Zig:27   | Noticed a royal mummy
124901 | Zig:27   | Noticed a royal mummy
124902 | Zig:27   | Killed a royal mummy
124902 | Zig:27   | Killed a royal mummy
124902 | Zig:27   | Killed a royal mummy
124902 | Zig:27   | Killed a royal mummy
124902 | Zig:27   | Killed a royal mummy
124902 | Zig:27   | Noticed a royal mummy
124902 | Zig:27   | Noticed a royal mummy
124903 | Zig:27   | Killed a royal mummy
124903 | Zig:27   | Killed a royal mummy
124903 | Zig:27   | Killed a royal mummy
124903 | Zig:27   | Noticed a royal mummy
124904 | Zig:27   | Killed a royal mummy
124904 | Zig:27   | Killed a royal mummy
124904 | Zig:27   | Killed a royal mummy
124904 | Zig:27   | Noticed a royal mummy
124905 | Zig:27   | Killed a royal mummy
124905 | Zig:27   | Killed a royal mummy
124905 | Zig:27   | Noticed a royal mummy
124905 | Zig:27   | Noticed a royal mummy
124906 | Zig:27   | Killed a royal mummy
124906 | Zig:27   | Noticed a royal mummy
124907 | Zig:27   | Noticed a royal mummy
124908 | Zig:27   | Killed a royal mummy
124909 | Zig:27   | Killed a royal mummy
124910 | Zig:27   | Killed a royal mummy
124910 | Zig:27   | Killed a royal mummy
124910 | Zig:27   | Noticed a royal mummy
124910 | Zig:27   | Noticed a royal mummy
124912 | Zig:27   | Killed a royal mummy
124912 | Zig:27   | Noticed a royal mummy
124913 | Zig:27   | Killed a royal mummy
124914 | Zig:27   | Noticed a royal mummy
124915 | Zig:27   | Killed a royal mummy
124915 | Zig:27   | Noticed a royal mummy
124916 | Zig:27   | Noticed a royal mummy
124917 | Zig:27   | Killed a royal mummy
124919 | Zig:27   | Killed a royal mummy
124922 | Zig:27   | Killed a royal mummy
124922 | Zig:27   | Noticed a royal mummy
124925 | Zig:27   | Killed a royal mummy
124925 | Zig:27   | Noticed a royal mummy
124927 | Zig:27   | Killed a royal mummy
124969 | Zig:27   | Found the +9 sword of Zonguldrok {reap}
124971 | Zig:27   | Found the +3 robe of Clouds {*Thunder rCloud rElec}
125214 | Zig:27   | Identified the ring of Sovereignty {Wiz rElec rF- Str+3
                  | Slay+6}
125357 | Zig:27   | Identified the +1 hand axe of the Dwarven Hall {pain,
                  | +Blink}
125367 | Zig:27   | Identified the +1 helmet of Pempibb {+Blink Dex+4}
125466 | Zig:1    | Entered Level 1 of a ziggurat
125491 | Zig:2    | Entered Level 2 of a ziggurat
125518 | Zig:3    | Entered Level 3 of a ziggurat
125519 | Zig:3    | Noticed Ocsum the pandemonium lord
125521 | Zig:3    | Killed Ocsum the pandemonium lord
125565 | Zig:4    | Entered Level 4 of a ziggurat
125567 | Zig:4    | Noticed a juggernaut
125571 | Zig:4    | Killed a juggernaut
125628 | Zig:4    | Identified the +0 plate armour of Melancholy {rF- Int+4}
125646 | Zig:5    | Entered Level 5 of a ziggurat
125647 | Zig:5    | Noticed a juggernaut
125651 | Zig:5    | Killed a juggernaut
125686 | Zig:5    | Identified the +0 ring mail "Deavu" {rCorr Dex+4}
125760 | Zig:6    | Entered Level 6 of a ziggurat
125763 | Zig:6    | Noticed a juggernaut
125763 | Zig:6    | Noticed a juggernaut
125763 | Zig:6    | Found the +6 arbalest "Damnation" {damnation}
125764 | Zig:6    | Noticed a juggernaut
125764 | Zig:6    | Noticed a juggernaut
125764 | Zig:6    | Noticed a juggernaut
125766 | Zig:6    | Killed a juggernaut
125766 | Zig:6    | Killed a juggernaut
125767 | Zig:6    | Killed a juggernaut
125767 | Zig:6    | Killed a juggernaut
125767 | Zig:6    | Killed a juggernaut
125833 | Zig:7    | Entered Level 7 of a ziggurat
125912 | Zig:7    | Identified the ring of Qiexe {rF- Will+ Str+4 Dex+4}
125919 | Zig:7    | Identified the ring "Atarphu" {rCorr Slay+4}
125955 | Zig:7    | Identified the +8 demon blade of Beyond {flame, +Blink
                  | Int+4 Dex+2}
125957 | Zig:7    | Identified the +2 scale mail "Lanum" {rElec rPois rC++
                  | Int-4}
125962 | Zig:8    | Entered Level 8 of a ziggurat
126104 | Zig:8    | Identified the amulet "Ubosener" {Faith Harm rF++}
126127 | Zig:8    | Identified the +1 chain mail of the True Pharaoh {rPois
                  | Will- MP+9}
126134 | Zig:9    | Entered Level 9 of a ziggurat
126139 | Zig:9    | Paralysed by an air elemental for 1 turns
126259 | Zig:9    | Identified the +10 fustibalus "Killer Bee's Doom" {venom,
                  | rElec rPois rCorr Dex-4}
126263 | Zig:10   | Entered Level 10 of a ziggurat
126322 | Zig:10   | Identified the +5 trident of Defence {vorpal, rC- rN+
                  | Dex+2}
126359 | Zig:10   | Identified the +8 arbalest of Grace {penet, rN+ Int+5}
126364 | Zig:10   | Identified the +5 ring mail "Ezoir" {rN+ Int+3 SInv Stlth+}
126366 | Zig:10   | Identified the +9 war axe "Giantbane" {freeze, Str+3}
126372 | Zig:10   | Acquired 696 gold pieces
126377 | Zig:11   | Entered Level 11 of a ziggurat
126440 | Zig:11   | Identified the ring "Byenaschu" {rF+ rN+}
126530 | Zig:11   | Identified the +4 pearl dragon scales "Naysi" {Fly rN+
                  | Int+2}
126537 | Zig:12   | Entered Level 12 of a ziggurat
126543 | Zig:12   | Noticed a juggernaut
126547 | Zig:12   | Noticed a juggernaut
126548 | Zig:12   | Killed a juggernaut
126552 | Zig:12   | Killed a juggernaut
126553 | Zig:12   | Found the +4 robe of Folly {Brilliance Will-∞ Int+8}
126559 | Zig:12   | Found the +2 Maxwell's thermic engine {flame, freeze}
126715 | Zig:12   | Identified the +5 storm dragon scales "Befussy" {rElec
                  | Dex+3}
126729 | Zig:12   | Identified the +6 chain mail "Julah" {rElec Dex+4}
126751 | Zig:12   | Identified the -5 helmet "Lyqivues" {Regen+ Int+2 Dex+3}
126765 | Zig:12   | Identified the +11 plate armour of Going Fast {Contam
                  | +Blink rElec Str+3}
126769 | Zig:12   | Identified the +9 plate armour of the Solstice {Int+7}
126770 | Zig:12   | Identified the +5 dagger "Earthworm" {freeze, *Noise Str+2
                  | Dex+10}
126791 | Zig:13   | Entered Level 13 of a ziggurat
126940 | Zig:13   | Identified the +3 flail of the Inquisitive Xalams {vorpal,
                  | Will+ rCorr MP+9 Stlth-}
126954 | Zig:13   | Identified the +7 dagger "Kaimposoisch" {vorpal, rC+}
126955 | Zig:13   | Identified the +10 dagger of the Lame Duck {vorpal, rF+}
126999 | Zig:14   | Entered Level 14 of a ziggurat
127011 | Zig:14   | Noticed an ancient lich
127011 | Zig:14   | Noticed an ancient lich
127011 | Zig:14   | Noticed an ancient lich
127011 | Zig:14   | Noticed a dread lich
127012 | Zig:14   | Noticed an ancient lich
127012 | Zig:14   | Noticed a dread lich
127013 | Zig:14   | Noticed an ancient lich
127013 | Zig:14   | Noticed a dread lich
127014 | Zig:14   | Killed an ancient lich
127014 | Zig:14   | Killed an ancient lich
127014 | Zig:14   | Killed an ancient lich
127014 | Zig:14   | Killed a dread lich
127015 | Zig:14   | Reached skill level 27 in Air Magic
127015 | Zig:14   | Killed a dread lich
127015 | Zig:14   | Killed an ancient lich
127015 | Zig:14   | Killed a dread lich
127015 | Zig:14   | Noticed a dread lich
127015 | Zig:14   | Noticed a dread lich
127018 | Zig:14   | Killed an ancient lich
127018 | Zig:14   | Killed a dread lich
127018 | Zig:14   | Noticed an ancient lich
127019 | Zig:14   | Killed a dread lich
127022 | Zig:14   | Killed an ancient lich
127113 | Zig:14   | Identified the ring of Tafy {Fly rPois Will++ Str-3}
127149 | Zig:14   | Identified the ring of the Queen {rN+ Int+5 Dex+2 Slay+2}
127199 | Zig:15   | Entered Level 15 of a ziggurat
127226 | Zig:15   | Found the +8 demon blade "Leech" {vamp, Harm Drain rN+}
127296 | Zig:15   | Identified the ring of Uskayaw's Outrage {Fly rN++ Str+4
                  | Dex+6}
127308 | Zig:15   | Identified the +8 chain mail "Fattis" {rElec rPois rC+++
                  | Dex-4}
127445 | Zig:15   | Identified the +1 robe of Quiet Fog {Dex+4}
127467 | Zig:15   | Identified the +2 robe of Shielding {Will+ Str+3 Int-5
                  | Dex+6}
127469 | Zig:15   | Identified the +9 long sword "Qamaz" {drain, *Rage rF++
                  | MP+9 Int+9}
127483 | Zig:16   | Entered Level 16 of a ziggurat
127646 | Zig:16   | Found the ring of the Octopus King
127697 | Zig:16   | Identified a ring of the Octopus King {rF+ AC+1 EV+1 Str+1
                  | Int+1 Dex+1}
127699 | Zig:16   | Identified the +10 spear of Springtime {spect, rN+ Will+++
                  | Int-2 Dex+2}
127735 | Zig:16   | Identified the +8 hand axe "Yhoagg" {flame, rElec rC++ MP-9
                  | Stlth-}
127786 | Zig:17   | Entered Level 17 of a ziggurat
128076 | Zig:17   | Identified the ring "Ciat" {Str+6 Int+5}
128078 | Zig:17   | Identified the +1 scale mail "Attahae" {MP+9 Dex+3}
128080 | Zig:17   | Identified the ring of the Leaf {rPois rC+ rN+ Dex+2}
128128 | Zig:17   | Identified the +1 ice dragon scales "Qenont" {rPois rF-
                  | rC++ Regen+ Str+4}
128136 | Zig:18   | Entered Level 18 of a ziggurat
128154 | Zig:18   | Reached skill level 5 in Stealth
128197 | Zig:18   | Found the +4 skin of Zhor {*Englaciate rC+++ SInv}
128306 | Zig:18   | Identified the ring of Payqunism {AC+4 Stlth+}
128312 | Zig:18   | Identified the ring "Abics" {rC+ EV+4 Str+4}
128324 | Zig:18   | Identified the ring of Hos Enk {rC+ Str+3 Int+8 Dex-4
                  | Slay+4}
128329 | Zig:18   | Identified the ring of Febainex {Fire rN+ Dex+3}
128426 | Zig:19   | Entered Level 19 of a ziggurat
128441 | Zig:19   | Noticed a dread lich
128441 | Zig:19   | Noticed an ancient lich
128443 | Zig:19   | Killed an ancient lich
128443 | Zig:19   | Killed a dread lich
128444 | Zig:19   | Noticed a dread lich
128444 | Zig:19   | Noticed an ancient lich
128446 | Zig:19   | Killed a dread lich
128446 | Zig:19   | Killed an ancient lich
128446 | Zig:19   | Noticed an ancient lich
128447 | Zig:19   | Reached skill level 10 in Stealth
128447 | Zig:19   | Killed an ancient lich
128447 | Zig:19   | Noticed a dread lich
128449 | Zig:19   | Killed a dread lich
128450 | Zig:19   | Noticed an ancient lich
128450 | Zig:19   | Noticed a dread lich
128451 | Zig:19   | Noticed an ancient lich
128452 | Zig:19   | Killed a dread lich
128454 | Zig:19   | Killed an ancient lich
128454 | Zig:19   | Killed an ancient lich
128459 | Zig:19   | Found the ring of the Octopus King
128459 | Zig:19   | Found the +7 pair of quick blades "Gyre" and "Gimble"
                  | {protect}
128539 | Zig:19   | Identified the ring of the Sun {Fire rElec}
128541 | Zig:19   | Identified a ring of the Octopus King {rCorr AC+1 EV+1
                  | Str+1 Int+1 Dex+1}
128621 | Zig:19   | Identified the +1 war axe of Integrity {drain, rC+ Int+4
                  | Stlth-}
128624 | Zig:19   | Identified the +7 falchion "Faonade" {flame, rPois}
128639 | Zig:20   | Entered Level 20 of a ziggurat
128684 | Zig:20   | Noticed a dread lich
128685 | Zig:20   | Killed a dread lich
128874 | Zig:20   | Found the +3 warlock's mirror {reflect}
128885 | Zig:20   | Identified the ring of Xiaxitun {Drain +Blink rF+ rN+
                  | Str+3}
128899 | Zig:20   | Identified the +7 morningstar of Ullaup {holy, Int+3 SInv}
128905 | Zig:20   | Identified the +11 halberd of Integrity {drain, Will++
                  | Dex+4}
128933 | Zig:21   | Entered Level 21 of a ziggurat
128948 | Zig:21   | Reached skill level 15 in Stealth
128948 | Zig:21   | Reached skill level 27 in Ice Magic
129242 | Zig:21   | Identified the ring "Igamoyst" {*Corrode rC++ Int+6 Dex+4}
129245 | Zig:21   | Acquired 754 gold pieces
129257 | Zig:21   | Learned a level 9 spell: Polar Vortex
129279 | Zig:22   | Entered Level 22 of a ziggurat
129302 | Zig:22   | Noticed an ancient lich
129307 | Zig:22   | Killed an ancient lich
129513 | Zig:22   | Identified the ring "Bywnat" {rPois EV+4 Str+4 Dex+3}
129515 | Zig:22   | Identified the amulet of Awe {Faith rElec Will- Int+3 SInv}
129597 | Zig:22   | Identified the +6 trident of Gyeteav {vorpal, rElec rF-
                  | rCorr Dex+4}
129598 | Zig:22   | Identified the +2 ring mail "Cocor" {+Inv rF++ Will- Int+9}
129600 | Zig:22   | Identified the +6 short sword of Doom {flame, Int+2 Dex+3}
129630 | Zig:23   | Entered Level 23 of a ziggurat
129689 | Zig:23   | Found the +8 arc blade {discharge, rElec}
129904 | Zig:23   | Identified the amulet of Interdependent Arising {Reflect
                  | rF+ Dex+4 SH+5}
129906 | Zig:23   | Identified the +4 pair of gloves "Wozi" {rPois rN++ Int-2
                  | Dex+2}
129918 | Zig:23   | Identified the ring "Icacso" {rC+ Slay+2}
129960 | Zig:23   | Identified the +7 rapier of the Apocalypse {vorpal, Fly
                  | Str-4 Stlth+}
129962 | Zig:23   | Identified the +4 lajatang of Gozag's Anger {pain, Str-3
                  | Dex+5}
129986 | Zig:23   | Acquired 759 gold pieces
130018 | Zig:24   | Entered Level 24 of a ziggurat
130037 | Zig:24   | Reached skill level 27 in Stealth
130039 | Zig:24   | Reached skill level 1 in Long Blades
130040 | Zig:24   | Reached skill level 1 in Unarmed Combat
130060 | Zig:24   | Reached skill level 5 in Long Blades
130290 | Zig:24   | Found the +10 Black Knight's barding {ponderous, rPois rN+}
130294 | Zig:24   | Identified the ring "Tiycuaqiti" {Will+ AC+4 Str+8 Slay-4}
130310 | Zig:24   | Identified the ring "Plog" {rPois rC- rN++ Str+3}
130314 | Zig:24   | Identified the ring "Tixupy" {Fire rN+ MP+9 Slay-6}
130322 | Zig:24   | Identified the amulet "Quranan" {Faith Will+}
130421 | Zig:24   | Identified the +10 rapier "Spiderslayer" {venom, *Noise
                  | rElec rPois rC++}
130425 | Zig:24   | Identified the +6 morningstar "Xusyp" {venom, rF+ rC- rCorr
                  | Int+4}
130427 | Zig:24   | Identified the +3 spear "Cest" {vorpal, rN+ rCorr Str+4}
130429 | Zig:24   | Identified the +7 quarterstaff of the Peculiar Eyes {flame,
                  | Str+4}
130464 | Zig:25   | Entered Level 25 of a ziggurat
130493 | Zig:25   | Reached skill level 5 in Unarmed Combat
130501 | Zig:25   | Reached skill level 27 in Axes
130501 | Zig:25   | Reached skill level 15 in Polearms
130809 | Zig:25   | Identified the amulet "Vyf Dem" {RegenMP Rampage rPois rC-
                  | rCorr}
130842 | Zig:25   | Identified the amulet of Pragmatism {Acrobat Dex+3}
130855 | Zig:25   | Identified the -4 pair of boots of the Past {Str+6}
130856 | Zig:25   | Identified the quicksilver dragon scales of Fortification
                  | {rF+ rC+ Will+}
130857 | Zig:25   | Identified the +0 buckler "Ublijif" {Str+2 Dex+3}
130858 | Zig:25   | Reached skill level 10 in Long Blades
130859 | Zig:25   | Acquired 1031 gold pieces
130863 | Zig:25   | Acquired 967 gold pieces
130879 | Zig:26   | Entered Level 26 of a ziggurat
130955 | Zig:26   | Noticed Pueruoxo the pandemonium lord
130957 | Zig:26   | Killed Pueruoxo the pandemonium lord
131000 | Zig:26   | Found the +3 Mad Mage's Maulers {Infuse+∞ RegenMP Int-3}
131146 | Zig:26   | Identified the +6 dagger of Red Honour {antimagic, Int+2}
131147 | Zig:26   | Identified the +11 scimitar of Triumph {elec, rCorr Str+4}
131424 | Zig:26   | Identified the +0 chain mail of Weunnu Umeb {Harm rN+}
131427 | Zig:26   | Identified the +10 glaive "Nocsalugesch" {venom, rN++}
131447 | Zig:27   | Entered Level 27 of a ziggurat
131464 | Zig:27   | Noticed a juggernaut
131464 | Zig:27   | Noticed a juggernaut
131465 | Zig:27   | Noticed a juggernaut
131465 | Zig:27   | Noticed a juggernaut
131466 | Zig:27   | Noticed a juggernaut
131468 | Zig:27   | Killed a juggernaut
131468 | Zig:27   | Killed a juggernaut
131468 | Zig:27   | Killed a juggernaut
131468 | Zig:27   | Killed a juggernaut
131468 | Zig:27   | Noticed a juggernaut
131469 | Zig:27   | Reached skill level 10 in Unarmed Combat
131469 | Zig:27   | Noticed a juggernaut
131471 | Zig:27   | Noticed a juggernaut
131471 | Zig:27   | Noticed a juggernaut
131472 | Zig:27   | Killed a juggernaut
131473 | Zig:27   | Killed a juggernaut
131474 | Zig:27   | Killed a juggernaut
131474 | Zig:27   | Killed a juggernaut
131476 | Zig:27   | Noticed a juggernaut
131476 | Zig:27   | Noticed a juggernaut
131477 | Zig:27   | Killed a juggernaut
131477 | Zig:27   | Killed a juggernaut
131477 | Zig:27   | Noticed a juggernaut
131478 | Zig:27   | Reached skill level 15 in Long Blades
131478 | Zig:27   | Killed a juggernaut
131480 | Zig:27   | Noticed a juggernaut
131481 | Zig:27   | Killed a juggernaut
131482 | Zig:27   | Noticed a juggernaut
131482 | Zig:27   | Killed a juggernaut
131485 | Zig:27   | Killed a juggernaut
131785 | Zig:27   | Identified the ring of Balance {*Corrode rPois rC++ rN+
                  | Will+}
131787 | Zig:27   | Identified the +0 plate armour of the Tarantula {rCorr
                  | Dex+2}
131944 | Zig:27   | Identified the +1 plate armour of the Crushed Artists
                  | {Str+5}
131949 | Zig:27   | Identified the +2 scale mail of Watchfulness {Int+3 SInv}
131953 | Zig:27   | Identified the +3 scale mail of the Salamander {rN+ Int-2
                  | Dex+6}
132077 | Depths:4 | Bought a potion of brilliance for 72 gold pieces
132077 | Depths:4 | Bought a wand of digging (7) for 396 gold pieces
132086 | Depths:4 | Bought a potion of haste for 120 gold pieces
132086 | Depths:4 | Bought a potion of haste for 120 gold pieces
132086 | Depths:4 | Bought a potion of magic for 96 gold pieces
132086 | Depths:4 | Bought a potion of curing for 36 gold pieces
132086 | Depths:4 | Bought a potion of might for 48 gold pieces
132086 | Depths:4 | Bought a potion of curing for 36 gold pieces
132086 | Depths:4 | Bought a potion of cancellation for 96 gold pieces
132091 | Depths:4 | Bought a wand of acid (7) for 256 gold pieces
132091 | Depths:4 | Bought a potion of heal wounds for 160 gold pieces
132094 | Depths:4 | Bought a potion of curing for 57 gold pieces
132094 | Depths:4 | Bought a potion of heal wounds for 95 gold pieces
132094 | Depths:4 | Bought a potion of resistance for 190 gold pieces
132094 | Depths:4 | Bought a potion of heal wounds for 95 gold pieces
132094 | Depths:4 | Bought a potion of curing for 57 gold pieces
132094 | Depths:4 | Bought a potion of brilliance for 76 gold pieces
132094 | Depths:4 | Bought a potion of curing for 57 gold pieces
132102 | Depths:4 | Bought a wand of iceblast (5) for 198 gold pieces
132102 | Depths:4 | Bought a potion of mutation for 176 gold pieces
132105 | Depths:4 | Bought a wand of iceblast (4) for 144 gold pieces
132105 | Depths:4 | Bought 2 potions of heal wounds for 360 gold pieces
132113 | Depths:4 | Bought a scroll of fog for 70 gold pieces
132113 | Depths:4 | Bought a scroll of fear for 122 gold pieces
132116 | Depths:4 | Bought a steaming marble ring for 210 gold pieces
132116 | Depths:4 | Identified the ring "Ovvein" {rF+ Dex+7 Slay+2} (You bought
                  | it in a shop on level 4 of the Depths)
132116 | Depths:4 | Bought a potion of mutation for 336 gold pieces
132116 | Depths:4 | Bought a potion of mutation for 336 gold pieces
132119 | Depths:4 | Bought a buzzing cloak for 399 gold pieces
132119 | Depths:4 | Identified the -5 cloak of Slovenliness {rF+ rCorr} (You
                  | bought it in a shop on level 4 of the Depths)
132150 | Zig:1    | Entered Level 1 of a ziggurat
132187 | Zig:2    | Entered Level 2 of a ziggurat
132238 | Zig:3    | Entered Level 3 of a ziggurat
132239 | Zig:3    | Noticed a royal mummy
132242 | Zig:3    | Killed a royal mummy
132318 | Zig:4    | Entered Level 4 of a ziggurat
132379 | Zig:4    | Identified the +1 scale mail of Kleptomania {-Tele Regen+
                  | Int+6}
132405 | Zig:5    | Entered Level 5 of a ziggurat
132474 | Zig:6    | Entered Level 6 of a ziggurat
132478 | Zig:6    | Noticed a dread lich
132478 | Zig:6    | Noticed a dread lich
132479 | Zig:6    | Killed a dread lich
132480 | Zig:6    | Killed a dread lich
132488 | Zig:6    | Found the +10 dark maul {vorpal}
132573 | Zig:7    | Entered Level 7 of a ziggurat
132578 | Zig:7    | Noticed an ancient lich
132581 | Zig:7    | Killed an ancient lich
132661 | Zig:7    | Identified the +8 mace of Wu Jian's Displeasure {holy,
                  | Str+3 Dex+4}
132672 | Zig:8    | Entered Level 8 of a ziggurat
132861 | Zig:9    | Entered Level 9 of a ziggurat
132927 | Zig:9    | Identified the ring "Xym Baock" {rN+++ Str+6 Int+4}
132933 | Zig:9    | Identified the amulet of Bimoesh {RegenMP Int+6}
132935 | Zig:9    | Identified the ring of Paranoia {rPois rC+ Will+ Str-2
                  | Slay+3}
133012 | Zig:9    | Identified the +13 plate armour "Moh Posh" {Will+}
133030 | Zig:10   | Entered Level 10 of a ziggurat
133032 | Zig:10   | Noticed a juggernaut
133033 | Zig:10   | Killed a juggernaut
133041 | Zig:10   | Found the +5 demon whip "Spellbinder" {antimagic, Will+}
133223 | Zig:10   | Identified the +2 robe of the Lily {Harm Will+ Dex-5 SInv}
133226 | Zig:10   | Identified the ring of Xinlocu {Wiz Int+3}
133244 | Zig:10   | Identified the +8 scimitar "Omyagh" {drain, *Rage rCorr
                  | Str+3 SInv}
133252 | Zig:10   | Identified the +0 cloak "Semyugg" {Harm rC- rN+ rCorr
                  | Stlth-}
133260 | Zig:10   | Acquired 944 gold pieces
133265 | Zig:11   | Entered Level 11 of a ziggurat
133349 | Zig:11   | Identified the amulet "Idojek" {Faith Str+2}
133450 | Zig:12   | Entered Level 12 of a ziggurat
133693 | Zig:12   | Reached skill level 15 in Unarmed Combat
133705 | Zig:13   | Entered Level 13 of a ziggurat
133705 | Zig:13   | Noticed a royal mummy
133708 | Zig:13   | Killed a royal mummy
133712 | Zig:13   | Noticed a royal mummy
133714 | Zig:13   | Killed a royal mummy
133715 | Zig:13   | Noticed a royal mummy
133715 | Zig:13   | Noticed a royal mummy
133716 | Zig:13   | Noticed a royal mummy
133717 | Zig:13   | Noticed a royal mummy
133718 | Zig:13   | Killed a royal mummy
133718 | Zig:13   | Killed a royal mummy
133719 | Zig:13   | Noticed a royal mummy
133720 | Zig:13   | Killed a royal mummy
133721 | Zig:13   | Killed a royal mummy
133724 | Zig:13   | Killed a royal mummy
133727 | Zig:13   | Found the ring of the Octopus King
133728 | Zig:13   | Found the +9 staff of Olgreb {rPois∞}
133771 | Zig:13   | Identified the ring of Gevuh {Contam rElec rPois Str+4
                  | Dex+2}
133773 | Zig:13   | Identified a ring of the Octopus King {AC+1 EV+1 Str+1
                  | Int+1 Dex+1 SInv}
133778 | Zig:13   | Identified the ring of Fuwov {Ice Int+3}
133961 | Zig:13   | Identified the +4 plate armour of the Desolation of Salt
                  | {Fly rF+ Will+ Slay+5}
133962 | Zig:13   | Identified the +0 ring mail of the Sunfish {rN+ Int-2
                  | Stlth+}
133963 | Zig:13   | Identified the +3 spear "Qisaihen" {vorpal, rElec Will-
                  | Str+7}
133964 | Zig:13   | Identified the +7 hand axe of the Median {drain, Will++
                  | rCorr}
133970 | Zig:13   | Identified the +4 trident of Sulphur {vorpal, rPois rF-
                  | Dex+3 SInv}
133982 | Zig:14   | Entered Level 14 of a ziggurat
133988 | Zig:14   | Noticed Gudih the pandemonium lord
133988 | Zig:14   | Noticed Anwephon the pandemonium lord
133988 | Zig:14   | Noticed Nageus Vimno the pandemonium lord
133988 | Zig:14   | Noticed Edough the pandemonium lord
133989 | Zig:14   | Noticed Piceg the pandemonium lord
133989 | Zig:14   | Noticed Wasoafom the pandemonium lord
133989 | Zig:14   | Noticed Yrhow the pandemonium lord
133990 | Zig:14   | Noticed Afel the pandemonium lord
133990 | Zig:14   | Killed Nageus Vimno the pandemonium lord
133991 | Zig:14   | Killed Wasoafom the pandemonium lord
133991 | Zig:14   | Noticed Wutwio the pandemonium lord
133991 | Zig:14   | Noticed Yruff the pandemonium lord
133991 | Zig:14   | Noticed Baabla the pandemonium lord
133992 | Zig:14   | Killed Piceg the pandemonium lord
133992 | Zig:14   | Killed Afel the pandemonium lord
133992 | Zig:14   | Killed Gudih the pandemonium lord
133993 | Zig:14   | Killed Baabla the pandemonium lord
133993 | Zig:14   | Killed Wutwio the pandemonium lord
133993 | Zig:14   | Noticed Peko the pandemonium lord
133993 | Zig:14   | Noticed Xafeusukh the pandemonium lord
133994 | Zig:14   | Noticed Bogone the pandemonium lord
133994 | Zig:14   | Killed Edough the pandemonium lord
133994 | Zig:14   | Noticed Baif the pandemonium lord
133995 | Zig:14   | Noticed Tausola the pandemonium lord
133995 | Zig:14   | Killed Yrhow the pandemonium lord
133996 | Zig:14   | Killed Baif the pandemonium lord
133996 | Zig:14   | Noticed Acideiryu the pandemonium lord
133996 | Zig:14   | Noticed Wuiddef the pandemonium lord
133997 | Zig:14   | Killed Peko the pandemonium lord
133997 | Zig:14   | Killed Yruff the pandemonium lord
133998 | Zig:14   | Killed Tausola the pandemonium lord
133998 | Zig:14   | Killed Bogone the pandemonium lord
133998 | Zig:14   | Noticed Xung the pandemonium lord
133998 | Zig:14   | Noticed Nibiuq the pandemonium lord
133999 | Zig:14   | Noticed Xohyom the pandemonium lord
134000 | Zig:14   | Killed Xafeusukh the pandemonium lord
134001 | Zig:14   | Killed Xung the pandemonium lord
134001 | Zig:14   | Killed Xohyom the pandemonium lord
134001 | Zig:14   | Killed Wuiddef the pandemonium lord
134002 | Zig:14   | Killed Acideiryu the pandemonium lord
134002 | Zig:14   | Killed Nibiuq the pandemonium lord
134002 | Zig:14   | Noticed Ysma the pandemonium lord
134003 | Zig:14   | Noticed Laemaaso the pandemonium lord
134005 | Zig:14   | Killed Laemaaso the pandemonium lord
134005 | Zig:14   | Noticed Jaramoje the pandemonium lord
134006 | Zig:14   | Killed Anwephon the pandemonium lord
134007 | Zig:14   | Killed Ysma the pandemonium lord
134010 | Zig:14   | Killed Jaramoje the pandemonium lord
134218 | Zig:14   | Identified the amulet of Apne Mui {Faith rPois Str+2 Int+3}
134275 | Zig:14   | Identified the +1 ring mail of Monotheism {Str+7}
134281 | Zig:15   | Entered Level 15 of a ziggurat
134285 | Zig:15   | Reached skill level 27 in Polearms
134294 | Zig:15   | Reached skill level 27 in Maces & Flails
134440 | Zig:15   | Identified the +6 lajatang "Dikhig" {speed, Str+3 Int+2}
134446 | Zig:16   | Entered Level 16 of a ziggurat
134542 | Zig:16   | Identified the amulet of Ussoxot {Acrobat Slay+5}
134552 | Zig:16   | Identified the +1 chain mail of a Hundred Prophets {rC+++
                  | Str+4 Int-3}
134553 | Zig:16   | Identified the ring of Zacopire {rN+ SInv}
134621 | Zig:16   | Identified the +1 robe of Henotheism {rPois rF+++ Dex-5
                  | Stlth-}
134622 | Zig:16   | Identified the +3 hand crossbow "Peeraig" {elec, rF+ Will+
                  | Dex+2}
134623 | Zig:16   | Identified the +11 mace "Plog" {venom, rN++ Stlth+}
134628 | Zig:16   | Identified the +5 ring mail of Ignis's Outrage {rN+}
134653 | Zig:17   | Entered Level 17 of a ziggurat
134726 | Zig:17   | Identified the ring of Qazlal's Benevolence {Contam rPois
                  | rCorr EV+4 Str-5}
134728 | Zig:17   | Identified the ring "Edoy" {rN+++ Will- AC+4 Stlth+}
134730 | Zig:17   | Identified the +3 scale mail of Kiele {rF+ Int+3}
134908 | Zig:18   | Entered Level 18 of a ziggurat
134913 | Zig:18   | Noticed a dread lich
134913 | Zig:18   | Noticed a dread lich
134913 | Zig:18   | Noticed an ancient lich
134913 | Zig:18   | Noticed an ancient lich
134915 | Zig:18   | Killed a dread lich
134915 | Zig:18   | Killed a dread lich
134915 | Zig:18   | Killed an ancient lich
134917 | Zig:18   | Killed an ancient lich
134917 | Zig:18   | Noticed a dread lich
134919 | Zig:18   | Killed a dread lich
134920 | Zig:18   | Noticed an ancient lich
134922 | Zig:18   | Noticed a dread lich
134923 | Zig:18   | Killed an ancient lich
134923 | Zig:18   | Noticed a dread lich
134924 | Zig:18   | Killed a dread lich
134925 | Zig:18   | Killed a dread lich
134926 | Zig:18   | Noticed a dread lich
134928 | Zig:18   | Noticed an ancient lich
134929 | Zig:18   | Killed a dread lich
134930 | Zig:18   | Killed an ancient lich
135089 | Zig:18   | Identified the +4 chain mail "Usaneuw" {rC- Int+2 Slay+4
                  | Stlth+}
135100 | Zig:19   | Entered Level 19 of a ziggurat
135169 | Zig:19   | Found the +3 sling "Punk" {acid, rCorr}
135359 | Zig:20   | Entered Level 20 of a ziggurat
135380 | Zig:20   | Noticed Xyohyebb the pandemonium lord
135392 | Zig:20   | Killed Xyohyebb the pandemonium lord
135627 | Zig:20   | Identified the ring of Hegrorah {Wiz Int+3 Dex+2}
135655 | Zig:20   | Identified the +1 robe of Gravity {rN+ Str+4 Int+2 SInv}
135662 | Zig:20   | Identified the amulet of Fofatt {Acrobat Str+4}
135671 | Zig:20   | Identified the +7 dagger of Floods {vorpal, Will+}
135672 | Zig:20   | Identified the +6 scimitar "Asidgh" {vorpal, *Rage Str+4
                  | Dex+7}
135680 | Zig:20   | Identified the +6 scale mail of Vexation {rElec Str+3
                  | Int+3}
135683 | Zig:20   | Reached skill level 27 in Long Blades
135720 | Zig:21   | Entered Level 21 of a ziggurat
135732 | Zig:21   | Reached skill level 27 in Unarmed Combat
135740 | Zig:21   | Reached skill level 5 in Short Blades
135740 | Zig:21   | Reached skill level 5 in Slings
135740 | Zig:21   | Reached skill level 5 in Bows
135740 | Zig:21   | Reached skill level 5 in Crossbows
135890 | Zig:21   | Identified the +2 acid dragon scales "Unkafyob" {-Tele
                  | Rampage Will+ rCorr Int+6}
135893 | Zig:21   | Identified the ring of Orrare {Fire rN+}
135896 | Zig:21   | Identified the amulet of Piufuh {Acrobat Rampage rElec
                  | Stlth+}
135902 | Zig:21   | Identified the +4 scale mail of Zaoxta Pepse {rPois rN+}
135903 | Zig:21   | Identified the +1 robe of Ukhah {Archmagi}
135911 | Zig:22   | Entered Level 22 of a ziggurat
135927 | Zig:22   | Reached skill level 10 in Invocations
135937 | Zig:22   | Reached skill level 10 in Poison Magic
135942 | Zig:22   | Reached skill level 10 in Short Blades
135942 | Zig:22   | Reached skill level 10 in Slings
135942 | Zig:22   | Reached skill level 10 in Bows
135942 | Zig:22   | Identified the +0 buckler "Maffyom" {Dex+3}
135943 | Zig:22   | Reached skill level 10 in Crossbows
136136 | Zig:22   | Found the ring of the Octopus King
136136 | Zig:22   | Found the +1 Delatra's gloves {ID++}
136220 | Zig:22   | Identified a ring of the Octopus King {MP+9 AC+1 EV+1 Str+1
                  | Int+1 Dex+1}
136272 | Zig:22   | Identified the +3 war axe "Ehikocot" {freeze, Fly Stlth+}
136280 | Zig:23   | Entered Level 23 of a ziggurat
136286 | Zig:23   | Paralysed by an air elemental for 1 turns
136287 | Zig:23   | Reached skill level 15 in Invocations
136544 | Zig:23   | Found the ring of the Octopus King
136550 | Zig:23   | Identified the amulet "Zoyledow" {Faith Dex+4}
136557 | Zig:23   | Identified a ring of the Octopus King {Fly AC+1 EV+1 Str+1
                  | Int+1 Dex+1}
136560 | Zig:23   | Identified the +7 flail of the Original Sin {freeze, rCorr
                  | Str+4 Dex+4 Stlth+}
136567 | Zig:23   | Identified the +5 hand crossbow "Dogenimp" {venom, rF+++
                  | rCorr MP-9}
136572 | Zig:23   | Identified the +10 rapier of Domination {vorpal, rF+ SInv}
136581 | Zig:23   | Identified the +0 robe "Xohurhu" {-Tele rF++ rCorr Dex+3}
136582 | Zig:23   | Identified the +4 whip "Yrhasom" {freeze, *Slow rElec rN+++
                  | Str-5}
136600 | Zig:24   | Entered Level 24 of a ziggurat
136616 | Zig:24   | Reached skill level 15 in Slings
136622 | Zig:24   | Found the +11 plutonium sword {Contam Stlth-}
136968 | Zig:24   | Identified the +5 short sword of Wapsel {distort, rF- rC+
                  | rCorr Str+10}
137071 | Zig:24   | Identified the +1 ice dragon scales of the Storm King
                  | {Drain rF- rC++ rN+ Slay+3}
137073 | Zig:24   | Identified the +7 short sword of Due Proportion {speed,
                  | rN+}
137077 | Zig:24   | Identified the +6 war axe of Instant Death {venom, Dex+3}
137078 | Zig:24   | Identified the +9 ring mail of Dice, Bag, and Bottle {rPois
                  | rN+++ rCorr Dex+3}
137090 | Zig:25   | Entered Level 25 of a ziggurat
137095 | Zig:25   | Noticed a dread lich
137096 | Zig:25   | Noticed an ancient lich
137098 | Zig:25   | Killed a dread lich
137098 | Zig:25   | Killed an ancient lich
137101 | Zig:25   | Noticed an ancient lich
137101 | Zig:25   | Noticed an ancient lich
137102 | Zig:25   | Reached skill level 15 in Poison Magic
137103 | Zig:25   | Noticed a dread lich
137103 | Zig:25   | Noticed an ancient lich
137104 | Zig:25   | Killed an ancient lich
137104 | Zig:25   | Noticed an ancient lich
137105 | Zig:25   | Noticed a dread lich
137106 | Zig:25   | Killed an ancient lich
137106 | Zig:25   | Killed a dread lich
137106 | Zig:25   | Killed an ancient lich
137106 | Zig:25   | Killed an ancient lich
137106 | Zig:25   | Killed a dread lich
137106 | Zig:25   | Noticed a dread lich
137107 | Zig:25   | Reached skill level 15 in Bows
137107 | Zig:25   | Killed a dread lich
137107 | Zig:25   | Noticed an ancient lich
137109 | Zig:25   | Reached skill level 15 in Short Blades
137109 | Zig:25   | Noticed a dread lich
137111 | Zig:25   | Killed an ancient lich
137113 | Zig:25   | Noticed a dread lich
137113 | Zig:25   | Noticed a dread lich
137114 | Zig:25   | Killed a dread lich
137114 | Zig:25   | Killed a dread lich
137115 | Zig:25   | Reached skill level 15 in Crossbows
137115 | Zig:25   | Noticed an ancient lich
137116 | Zig:25   | Killed a dread lich
137117 | Zig:25   | Killed an ancient lich
137118 | Zig:25   | Noticed an ancient lich
137120 | Zig:25   | Killed an ancient lich
137177 | Zig:25   | Found the ring of the Octopus King
137181 | Zig:25   | Found the -2 hat of the Alchemist {rElec rPois rF+ rC+ rN+
                  | Will+ rMut rCorr}
137368 | Zig:25   | Identified a ring of the Octopus King {rN+ AC+1 EV+1 Str+1
                  | Int+1 Dex+1}
137385 | Zig:25   | Identified the ring of Greed {rPois Slay+3}
137390 | Zig:25   | Identified the +2 hand axe "Secret Weapon" {spect, Str+4}
137397 | Zig:25   | Identified the +2 tower shield "Gaodgh" {+Blink rElec rPois
                  | Will-}
137408 | Zig:25   | Identified the +9 long sword of the Curious Mice {venom,
                  | *Rage rF++ Int+5}
137418 | Zig:26   | Entered Level 26 of a ziggurat
137451 | Zig:26   | Found the +1 robe of Vines {NoPotionHeal Regen++++}
137720 | Zig:26   | Identified the ring "Qodghauf" {Fire rPois rCorr Dex+4}
137731 | Zig:26   | Identified the ring "Rauneud" {rN+ Str+4}
137798 | Zig:26   | Identified the +2 mace of Abuse {vorpal, MP+9 Str-3 SInv}
137803 | Zig:26   | Identified the +6 mace of Might {antimagic, Will+ Stlth+}
137815 | Zig:27   | Entered Level 27 of a ziggurat
137924 | Zig:27   | Noticed Plog the pandemonium lord
137941 | Zig:27   | Killed Plog the pandemonium lord
137943 | Zig:27   | Found the +18 shield of the Gong {rElec rN+ Will+ EV-5}
138267 | Zig:27   | Found the +5 sword of Power {vorpal}
138289 | Zig:27   | Identified the ring of Circularity {rN+ Str+3}
138319 | Zig:27   | Identified the +11 flail of Fundamental Breach {drain,
                  | Will+ Str+5 Dex+3}
138326 | Zig:27   | Identified the +4 plate armour "Qecyacor" {rN++ Will+ Str+4
                  | Stlth+}
138346 | Zig:27   | Identified the +2 halberd of the Ageing Blowfly {vamp,
                  | Will+ Int+5}
138347 | Zig:27   | Identified the +4 battleaxe of Malaise {holy, MP+9 Dex+2}
138375 | Zig:27   | Identified the +1 mace "Noekhlud" {venom, rPois Dex+8}
138385 | Depths:4 | Acquired 1148 gold pieces
138436 | Depths:4 | Learned a level 9 spell: Chain Lightning
138444 | Zig:1    | Entered Level 1 of a ziggurat
138444 | Zig:1    | Noticed a dread lich
138444 | Zig:1    | Noticed an ancient lich
138448 | Zig:1    | Killed a dread lich
138448 | Zig:1    | Killed an ancient lich
138482 | Zig:2    | Entered Level 2 of a ziggurat
138482 | Zig:2    | Noticed an orb of fire
138482 | Zig:2    | Noticed an orb of fire
138482 | Zig:2    | Noticed an orb of fire
138484 | Zig:2    | Killed an orb of fire
138484 | Zig:2    | Noticed an orb of fire
138485 | Zig:2    | Killed an orb of fire
138485 | Zig:2    | Killed an orb of fire
138487 | Zig:2    | Killed an orb of fire
138529 | Zig:3    | Entered Level 3 of a ziggurat
138633 | Zig:4    | Entered Level 4 of a ziggurat
138639 | Zig:4    | Found the +3 pair of gauntlets of War {Slay+5}
138704 | Zig:4    | Identified the +0 pair of boots of Distant Shores {rElec
                  | rC+ rN+ Int-5}
138715 | Zig:5    | Entered Level 5 of a ziggurat
138767 | Zig:5    | Identified the ring "Dodwua" {rN+ Will+ EV+4 Int-3}
138802 | Zig:6    | Entered Level 6 of a ziggurat
138885 | Zig:6    | Identified the +1 leather armour of Fanaticism {rCorr}
138910 | Zig:7    | Entered Level 7 of a ziggurat
139086 | Zig:7    | Identified the +5 scimitar of Incongruity {pain, *Slow
                  | rPois rF+ Will+}
139091 | Zig:8    | Entered Level 8 of a ziggurat
139095 | Zig:8    | Noticed Ofyqust the pandemonium lord
139095 | Zig:8    | Noticed Jaomev the pandemonium lord
139096 | Zig:8    | Noticed Rotrin the pandemonium lord
139096 | Zig:8    | Noticed Gepa the pandemonium lord
139098 | Zig:8    | Killed Rotrin the pandemonium lord
139098 | Zig:8    | Noticed Gomeu the pandemonium lord
139099 | Zig:8    | Noticed Weefoj the pandemonium lord
139099 | Zig:8    | Killed Gepa the pandemonium lord
139099 | Zig:8    | Noticed Iqyisarph the pandemonium lord
139100 | Zig:8    | Noticed Follun the pandemonium lord
139100 | Zig:8    | Killed Jaomev the pandemonium lord
139100 | Zig:8    | Killed Ofyqust the pandemonium lord
139100 | Zig:8    | Noticed Soiza the pandemonium lord
139101 | Zig:8    | Noticed Lirysui the pandemonium lord
139104 | Zig:8    | Killed Iqyisarph the pandemonium lord
139104 | Zig:8    | Killed Gomeu the pandemonium lord
139104 | Zig:8    | Noticed Neumip the pandemonium lord
139105 | Zig:8    | Killed Weefoj the pandemonium lord
139105 | Zig:8    | Killed Follun the pandemonium lord
139107 | Zig:8    | Killed Neumip the pandemonium lord
139107 | Zig:8    | Killed Soiza the pandemonium lord
139109 | Zig:8    | Killed Lirysui the pandemonium lord
139220 | Zig:8    | Identified the +1 chain mail of Daffodils {Will- rCorr
                  | Int+4}
139258 | Zig:9    | Entered Level 9 of a ziggurat
139261 | Zig:9    | Noticed an orb of fire
139262 | Zig:9    | Noticed an orb of fire
139264 | Zig:9    | Noticed an orb of fire
139265 | Zig:9    | Killed an orb of fire
139265 | Zig:9    | Noticed an orb of fire
139265 | Zig:9    | Noticed an orb of fire
139266 | Zig:9    | Killed an orb of fire
139267 | Zig:9    | Killed an orb of fire
139267 | Zig:9    | Noticed an orb of fire
139267 | Zig:9    | Noticed an orb of fire
139269 | Zig:9    | Killed an orb of fire
139269 | Zig:9    | Killed an orb of fire
139269 | Zig:9    | Noticed an orb of fire
139269 | Zig:9    | Noticed an orb of fire
139271 | Zig:9    | Killed an orb of fire
139272 | Zig:9    | Killed an orb of fire
139273 | Zig:9    | Killed an orb of fire
139274 | Zig:9    | Killed an orb of fire
139275 | Zig:9    | Reached skill level 27 in Invocations
139275 | Zig:9    | Noticed an orb of fire
139278 | Zig:9    | Killed an orb of fire
139391 | Zig:9    | Identified the ring "Momefut" {Will+ AC+4}
139399 | Zig:9    | Identified the +8 chain mail of Naagraf {Drain rCorr Dex+3}
139411 | Zig:10   | Entered Level 10 of a ziggurat
139416 | Zig:10   | Noticed an ancient lich
139416 | Zig:10   | Noticed a dread lich
139416 | Zig:10   | Noticed an ancient lich
139417 | Zig:10   | Noticed a dread lich
139418 | Zig:10   | Killed an ancient lich
139418 | Zig:10   | Noticed a dread lich
139419 | Zig:10   | Killed an ancient lich
139419 | Zig:10   | Killed a dread lich
139419 | Zig:10   | Killed a dread lich
139420 | Zig:10   | Noticed a dread lich
139420 | Zig:10   | Noticed a dread lich
139421 | Zig:10   | Noticed a dread lich
139421 | Zig:10   | Noticed a dread lich
139421 | Zig:10   | Noticed a dread lich
139421 | Zig:10   | Killed a dread lich
139421 | Zig:10   | Killed a dread lich
139422 | Zig:10   | Killed a dread lich
139422 | Zig:10   | Killed a dread lich
139422 | Zig:10   | Killed a dread lich
139422 | Zig:10   | Killed a dread lich
139422 | Zig:10   | Noticed an ancient lich
139424 | Zig:10   | Noticed an ancient lich
139425 | Zig:10   | Killed an ancient lich
139425 | Zig:10   | Killed an ancient lich
139516 | Zig:10   | Identified the ring of the Will of the Gods {rN+ Str+2
                  | Dex+6}
139540 | Zig:10   | Identified the +1 cloak "Ryewoitz" {rPois Str-4 Dex+2}
139607 | Zig:11   | Entered Level 11 of a ziggurat
139609 | Zig:11   | Noticed a royal mummy
139610 | Zig:11   | Noticed a royal mummy
139610 | Zig:11   | Noticed a royal mummy
139611 | Zig:11   | Noticed a royal mummy
139612 | Zig:11   | Killed a royal mummy
139612 | Zig:11   | Killed a royal mummy
139612 | Zig:11   | Noticed a royal mummy
139613 | Zig:11   | Killed a royal mummy
139613 | Zig:11   | Noticed a royal mummy
139613 | Zig:11   | Noticed a royal mummy
139614 | Zig:11   | Killed a royal mummy
139615 | Zig:11   | Killed a royal mummy
139615 | Zig:11   | Killed a royal mummy
139615 | Zig:11   | Killed a royal mummy
139618 | Zig:11   | Noticed a royal mummy
139621 | Zig:11   | Noticed a royal mummy
139621 | Zig:11   | Noticed a royal mummy
139621 | Zig:11   | Noticed a royal mummy
139623 | Zig:11   | Killed a royal mummy
139623 | Zig:11   | Killed a royal mummy
139623 | Zig:11   | Killed a royal mummy
139624 | Zig:11   | Noticed a royal mummy
139625 | Zig:11   | Killed a royal mummy
139627 | Zig:11   | Killed a royal mummy
139629 | Zig:11   | Noticed a royal mummy
139630 | Zig:11   | Killed a royal mummy
139681 | Zig:11   | Identified the amulet of Heresy {Reflect rF+ Int+3 Dex-2
                  | SH+5}
139689 | Zig:11   | Identified the ring of Contentment {Drain rN+ Will+ AC+4
                  | Dex+3}
139820 | Zig:11   | Identified the +1 rapier of the Shoals {antimagic, rN+
                  | Int-5 SInv}
139824 | Zig:11   | Identified the +8 scythe of Rotecloh {vorpal, rF+ rN+ rCorr
                  | Int+2}
139827 | Zig:11   | Identified the +2 buckler of Ragid {Str+4 Int+4 Dex-4
                  | Slay+2}
139835 | Zig:12   | Entered Level 12 of a ziggurat
139840 | Zig:12   | Noticed an ancient lich
139841 | Zig:12   | Noticed an ancient lich
139841 | Zig:12   | Noticed a dread lich
139842 | Zig:12   | Killed a dread lich
139843 | Zig:12   | Killed an ancient lich
139843 | Zig:12   | Killed an ancient lich
139843 | Zig:12   | Noticed a dread lich
139844 | Zig:12   | Noticed a dread lich
139845 | Zig:12   | Noticed an ancient lich
139845 | Zig:12   | Noticed a dread lich
139846 | Zig:12   | Killed a dread lich
139846 | Zig:12   | Killed a dread lich
139846 | Zig:12   | Noticed an ancient lich
139846 | Zig:12   | Noticed an ancient lich
139847 | Zig:12   | Noticed an ancient lich
139847 | Zig:12   | Noticed a dread lich
139848 | Zig:12   | Killed a dread lich
139848 | Zig:12   | Killed an ancient lich
139848 | Zig:12   | Killed an ancient lich
139848 | Zig:12   | Killed an ancient lich
139848 | Zig:12   | Killed an ancient lich
139848 | Zig:12   | Noticed a dread lich
139848 | Zig:12   | Noticed an ancient lich
139849 | Zig:12   | Noticed a dread lich
139850 | Zig:12   | Killed a dread lich
139851 | Zig:12   | Killed a dread lich
139851 | Zig:12   | Killed a dread lich
139851 | Zig:12   | Killed an ancient lich
139984 | Zig:12   | Identified the ring of Plog {rC+ Dex+6}
139994 | Zig:12   | Identified the +6 chain mail of Knowledge {Fly rC+ rCorr
                  | Dex-5}
139995 | Zig:12   | Identified the +3 ring mail of Vifius {Dex+4}
140027 | Zig:12   | Acquired 402 gold pieces
140031 | Zig:12   | Acquired 1318 gold pieces
140035 | Zig:13   | Entered Level 13 of a ziggurat
140185 | Zig:13   | Identified the amulet of Beimaciten {rN+ Will++ Regen+
                  | Str-4 Dex+3}
140205 | Zig:14   | Entered Level 14 of a ziggurat
140213 | Zig:14   | Noticed Duesemob the pandemonium lord
140213 | Zig:14   | Noticed Vuzatad the pandemonium lord
140214 | Zig:14   | Noticed Faxzoin the pandemonium lord
140214 | Zig:14   | Noticed Coryxipp the pandemonium lord
140214 | Zig:14   | Noticed Kipnera the pandemonium lord
140214 | Zig:14   | Noticed Ukoehuhesh the pandemonium lord
140214 | Zig:14   | Noticed Simec the pandemonium lord
140214 | Zig:14   | Noticed Daotz the pandemonium lord
140216 | Zig:14   | Noticed Wuweu the pandemonium lord
140216 | Zig:14   | Noticed Plog the pandemonium lord
140217 | Zig:14   | Killed Vuzatad the pandemonium lord
140217 | Zig:14   | Noticed Puts the pandemonium lord
140218 | Zig:14   | Noticed Unamuise the pandemonium lord
140218 | Zig:14   | Noticed Amin Kueh the pandemonium lord
140218 | Zig:14   | Killed Wuweu the pandemonium lord
140218 | Zig:14   | Killed Simec the pandemonium lord
140218 | Zig:14   | Killed Duesemob the pandemonium lord
140218 | Zig:14   | Noticed Relat the pandemonium lord
140218 | Zig:14   | Noticed Siwaozopn the pandemonium lord
140219 | Zig:14   | Killed Daotz the pandemonium lord
140219 | Zig:14   | Noticed Boismuir the pandemonium lord
140220 | Zig:14   | Killed Ukoehuhesh the pandemonium lord
140220 | Zig:14   | Killed Siwaozopn the pandemonium lord
140220 | Zig:14   | Noticed Kuutt the pandemonium lord
140220 | Zig:14   | Noticed Jolun the pandemonium lord
140221 | Zig:14   | Killed Faxzoin the pandemonium lord
140221 | Zig:14   | Killed Boismuir the pandemonium lord
140221 | Zig:14   | Noticed Kett the pandemonium lord
140222 | Zig:14   | Killed Relat the pandemonium lord
140222 | Zig:14   | Killed Amin Kueh the pandemonium lord
140222 | Zig:14   | Killed Puts the pandemonium lord
140224 | Zig:14   | Killed Plog the pandemonium lord
140225 | Zig:14   | Killed Coryxipp the pandemonium lord
140225 | Zig:14   | Killed Kipnera the pandemonium lord
140226 | Zig:14   | Noticed Tushemar the pandemonium lord
140227 | Zig:14   | Killed Unamuise the pandemonium lord
140227 | Zig:14   | Noticed Coum the pandemonium lord
140228 | Zig:14   | Killed Jolun the pandemonium lord
140228 | Zig:14   | Noticed Siboadie the pandemonium lord
140229 | Zig:14   | Killed Coum the pandemonium lord
140232 | Zig:14   | Killed Kuutt the pandemonium lord
140234 | Zig:14   | Noticed Roikael the pandemonium lord
140235 | Zig:14   | Killed Siboadie the pandemonium lord
140235 | Zig:14   | Noticed Zabaf the pandemonium lord
140237 | Zig:14   | Noticed Buriliso the pandemonium lord
140237 | Zig:14   | Noticed Wioc the pandemonium lord
140238 | Zig:14   | Noticed Kuetoumod the pandemonium lord
140239 | Zig:14   | Killed Tushemar the pandemonium lord
140240 | Zig:14   | Killed Roikael the pandemonium lord
140241 | Zig:14   | Killed Buriliso the pandemonium lord
140241 | Zig:14   | Killed Zabaf the pandemonium lord
140241 | Zig:14   | Killed Wioc the pandemonium lord
140242 | Zig:14   | Killed Kuetoumod the pandemonium lord
140249 | Zig:14   | Killed Kett the pandemonium lord
140417 | Zig:14   | Identified the ring of Ufri {rElec rC+ Int+3 Dex+8 Slay-5}
140435 | Zig:14   | Identified the ring "Fodib" {rPois MP+9}
140493 | Zig:15   | Entered Level 15 of a ziggurat
140509 | Zig:15   | Noticed a dread lich
140510 | Zig:15   | Killed a dread lich
140780 | Zig:15   | Acquired 1019 gold pieces
140785 | Zig:16   | Entered Level 16 of a ziggurat
140822 | Zig:16   | Identified the ring of Tirirph {AC+4 SInv}
140900 | Zig:16   | Identified the amulet of Ruohu {Spirit Str+10 Int+5 Dex-3}
140911 | Zig:16   | Identified the +8 morningstar "Odiuqid" {protect, Will-
                  | Int+2 SInv}
140967 | Zig:16   | Identified the +7 mace of Vupt {flame, rC- rN+ Str+3}
140970 | Zig:16   | Identified the +1 plate armour of Makhleb's Whim {MP+9
                  | Stlth+}
140971 | Zig:16   | Identified the +2 leather armour of the Ditch-Digger {rElec
                  | rPois rCorr}
140979 | Zig:16   | Acquired 1240 gold pieces
140992 | Zig:17   | Entered Level 17 of a ziggurat
141005 | Zig:17   | Paralysed by an air elemental for 1 turns
141066 | Zig:17   | Identified the ring "Iseef" {rN++ SInv}
141291 | Zig:17   | Identified the +10 flail "Noag" {vorpal, rPois rC- Int+5
                  | Dex+2}
141346 | Zig:18   | Entered Level 18 of a ziggurat
141379 | Zig:18   | Noticed Odeschax the pandemonium lord
141393 | Zig:18   | Killed Odeschax the pandemonium lord
141638 | Zig:18   | Identified the +3 dagger "Qewegh" {holy, rC+}
141641 | Zig:18   | Identified the ring "Xiogodgh" {rPois rC+ MP+9 Int-3}
141657 | Zig:18   | Identified the +4 hand crossbow "Barid" {penet, Str+6
                  | Int+4}
141743 | Zig:18   | Identified the +9 hand axe of War {flame, Int+3 Dex+3}
141747 | Zig:18   | Identified the +0 ice dragon scales "Kaniwu" {rElec rPois
                  | rF- rC++ Will++ Dex-3}
141752 | Zig:18   | Identified the +2 cloak "Jyras" {rElec Int+2}
141760 | Zig:19   | Entered Level 19 of a ziggurat
141771 | Zig:19   | Reached skill level 27 in Poison Magic
141798 | Zig:19   | Noticed Duquafir the pandemonium lord
141800 | Zig:19   | Killed Duquafir the pandemonium lord
141812 | Zig:19   | Reached skill level 27 in Short Blades
142096 | Zig:19   | Found the +6 Majin-Bo {vamp, MP+6 Int+6}
142099 | Zig:19   | Identified the ring "Enexkad" {Wiz rCorr}
142109 | Zig:19   | Identified the ring "Vuriozek" {Ice Stlth+}
142126 | Zig:19   | Identified the ring of Losuovaqam {rCorr Str+5 Slay+4
                  | Stlth+}
142142 | Zig:19   | Identified the +7 hand crossbow of Disharmony {vorpal,
                  | *Corrode Str+5}
142151 | Zig:19   | Identified the +12 arbalest of Qoexzyca {freeze, rF+ Will+
                  | rCorr}
142161 | Zig:19   | Identified the +5 battleaxe of Subjectivity {speed, *Slow
                  | Str-3 Dex+8 SInv}
142167 | Zig:19   | Reached skill level 27 in Slings
142173 | Zig:20   | Entered Level 20 of a ziggurat
142200 | Zig:20   | Reached skill level 27 in Bows
142203 | Zig:20   | Reached skill level 27 in Crossbows
142204 | Zig:20   | Reached skill level 1 in Hexes
142204 | Zig:20   | Reached skill level 1 in Summonings
142213 | Zig:20   | Reached skill level 5 in Hexes
142213 | Zig:20   | Reached skill level 5 in Summonings
142427 | Zig:20   | Identified the +7 hand crossbow of Reinforcement {elec, rC+
                  | Dex+3}
142437 | Zig:20   | Identified the +2 ring mail "Cueh" {Regen+}
142452 | Zig:20   | Identified the +1 chain mail of the Camelopard {rPois rF+}
142453 | Zig:20   | Identified the +1 long sword of Jocwybb {drain, Dex+6}
142456 | Zig:20   | Identified the +6 shortbow of Zanaren {venom, Will+ Str+2
                  | Stlth+}
142475 | Zig:21   | Entered Level 21 of a ziggurat
142480 | Zig:21   | Noticed a juggernaut
142482 | Zig:21   | Noticed a juggernaut
142484 | Zig:21   | Noticed a juggernaut
142485 | Zig:21   | Noticed a juggernaut
142485 | Zig:21   | Noticed a juggernaut
142487 | Zig:21   | Noticed a juggernaut
142488 | Zig:21   | Killed a juggernaut
142489 | Zig:21   | Killed a juggernaut
142489 | Zig:21   | Killed a juggernaut
142489 | Zig:21   | Killed a juggernaut
142490 | Zig:21   | Killed a juggernaut
142490 | Zig:21   | Killed a juggernaut
142491 | Zig:21   | Noticed a juggernaut
142494 | Zig:21   | Noticed a juggernaut
142494 | Zig:21   | Noticed a juggernaut
142496 | Zig:21   | Reached skill level 10 in Hexes
142496 | Zig:21   | Reached skill level 10 in Summonings
142497 | Zig:21   | Killed a juggernaut
142499 | Zig:21   | Killed a juggernaut
142499 | Zig:21   | Killed a juggernaut
142500 | Zig:21   | Noticed a juggernaut
142506 | Zig:21   | Killed a juggernaut
142565 | Zig:21   | Identified the amulet "Reud" {RegenMP Str+2}
142575 | Zig:21   | Identified the ring of Happiness {Fire rElec Dex+4 Slay-3}
142955 | Zig:21   | Identified the +6 scythe of Punishment {elec, Will+ rCorr
                  | Dex+4}
142960 | Zig:21   | Identified the +0 great sword of Precise Incision {drain,
                  | rF+ Dex+5}
142962 | Zig:21   | Identified the +1 scale mail of Plasticity {MP+9 Int-3
                  | Stlth+}
142963 | Zig:21   | Identified the +6 dagger "Miylaq" {flame, SInv}
142971 | Zig:22   | Entered Level 22 of a ziggurat
142989 | Zig:22   | Noticed a dread lich
142992 | Zig:22   | Killed a dread lich
142993 | Zig:22   | Reached skill level 15 in Hexes
142993 | Zig:22   | Reached skill level 15 in Summonings
143005 | Zig:22   | Noticed an ancient lich
143007 | Zig:22   | Killed an ancient lich
143400 | Zig:22   | Identified the +4 flail "Inung" {antimagic, rPois}
143402 | Zig:22   | Identified the +1 falchion "Sarcophage" {holy, rF+ rN+}
143416 | Zig:23   | Entered Level 23 of a ziggurat
143823 | Zig:23   | Identified the ring of Zocraj {rElec rCorr SInv}
143899 | Zig:23   | Identified the +1 halberd of the Tiger {drain, rElec Will+
                  | Stlth+}
143920 | Zig:24   | Entered Level 24 of a ziggurat
143931 | Zig:24   | Noticed Escho Totyli the pandemonium lord
143933 | Zig:24   | Noticed Qyihigoo the pandemonium lord
143934 | Zig:24   | Noticed Inliok the pandemonium lord
143938 | Zig:24   | Noticed Ywyitem the pandemonium lord
143938 | Zig:24   | Noticed Fisel the pandemonium lord
143938 | Zig:24   | Noticed Maraph the pandemonium lord
143938 | Zig:24   | Killed Escho Totyli the pandemonium lord
143939 | Zig:24   | Killed Fisel the pandemonium lord
143940 | Zig:24   | Killed Ywyitem the pandemonium lord
143940 | Zig:24   | Killed Inliok the pandemonium lord
143941 | Zig:24   | Noticed Cimis the pandemonium lord
143942 | Zig:24   | Noticed Wyesor the pandemonium lord
143942 | Zig:24   | Noticed Itsucs the pandemonium lord
143943 | Zig:24   | Killed Cimis the pandemonium lord
143943 | Zig:24   | Noticed Zinysot the pandemonium lord
143944 | Zig:24   | Killed Itsucs the pandemonium lord
143944 | Zig:24   | Noticed Wonuosch the pandemonium lord
143945 | Zig:24   | Killed Zinysot the pandemonium lord
143945 | Zig:24   | Noticed Rezykhih the pandemonium lord
143946 | Zig:24   | Noticed Qonnac the pandemonium lord
143947 | Zig:24   | Killed Wonuosch the pandemonium lord
143948 | Zig:24   | Killed Qyihigoo the pandemonium lord
143948 | Zig:24   | Noticed Ponik the pandemonium lord
143949 | Zig:24   | Killed Rezykhih the pandemonium lord
143949 | Zig:24   | Noticed Boudioc the pandemonium lord
143949 | Zig:24   | Noticed Opubef the pandemonium lord
143950 | Zig:24   | Killed Ponik the pandemonium lord
143950 | Zig:24   | Killed Wyesor the pandemonium lord
143951 | Zig:24   | Noticed Mygg the pandemonium lord
143952 | Zig:24   | Killed Maraph the pandemonium lord
143953 | Zig:24   | Killed Opubef the pandemonium lord
143953 | Zig:24   | Killed Qonnac the pandemonium lord
143954 | Zig:24   | Killed Mygg the pandemonium lord
143954 | Zig:24   | Killed Boudioc the pandemonium lord
143954 | Zig:24   | Noticed Loussups the pandemonium lord
143954 | Zig:24   | Noticed Aseopeuh the pandemonium lord
143954 | Zig:24   | Noticed Huckay the pandemonium lord
143957 | Zig:24   | Noticed Weevuezy the pandemonium lord
143957 | Zig:24   | Killed Huckay the pandemonium lord
143957 | Zig:24   | Noticed Mesen the pandemonium lord
143958 | Zig:24   | Noticed Jizib the pandemonium lord
143958 | Zig:24   | Noticed Weovajid the pandemonium lord
143959 | Zig:24   | Killed Weovajid the pandemonium lord
143959 | Zig:24   | Killed Weevuezy the pandemonium lord
143959 | Zig:24   | Noticed Plog the pandemonium lord
143961 | Zig:24   | Killed Aseopeuh the pandemonium lord
143962 | Zig:24   | Killed Mesen the pandemonium lord
143962 | Zig:24   | Noticed Xatrysot the pandemonium lord
143963 | Zig:24   | Killed Plog the pandemonium lord
143963 | Zig:24   | Killed Loussups the pandemonium lord
143963 | Zig:24   | Killed Jizib the pandemonium lord
143963 | Zig:24   | Noticed Qyduelut the pandemonium lord
143964 | Zig:24   | Noticed Yppysm the pandemonium lord
143964 | Zig:24   | Noticed Naastiof the pandemonium lord
143965 | Zig:24   | Noticed Kubrik the pandemonium lord
143965 | Zig:24   | Noticed Esetuch the pandemonium lord
143966 | Zig:24   | Killed Xatrysot the pandemonium lord
143966 | Zig:24   | Noticed Vuosesha the pandemonium lord
143966 | Zig:24   | Noticed Yphi the pandemonium lord
143967 | Zig:24   | Killed Qyduelut the pandemonium lord
143967 | Zig:24   | Killed Kubrik the pandemonium lord
143967 | Zig:24   | Killed Yppysm the pandemonium lord
143967 | Zig:24   | Killed Esetuch the pandemonium lord
143967 | Zig:24   | Killed Yphi the pandemonium lord
143968 | Zig:24   | Noticed Gyibylaf the pandemonium lord
143968 | Zig:24   | Noticed Togibile the pandemonium lord
143968 | Zig:24   | Noticed Xoxkigh the pandemonium lord
143968 | Zig:24   | Noticed Wesetz the pandemonium lord
143971 | Zig:24   | Noticed Loerphan the pandemonium lord
143971 | Zig:24   | Killed Gyibylaf the pandemonium lord
143971 | Zig:24   | Killed Naastiof the pandemonium lord
143972 | Zig:24   | Killed Xoxkigh the pandemonium lord
143972 | Zig:24   | Killed Wesetz the pandemonium lord
143972 | Zig:24   | Killed Vuosesha the pandemonium lord
143973 | Zig:24   | Noticed Rapnun the pandemonium lord
143973 | Zig:24   | Noticed Fonees Taovi the pandemonium lord
143973 | Zig:24   | Noticed Cuadaag the pandemonium lord
143973 | Zig:24   | Noticed Docust the pandemonium lord
143974 | Zig:24   | Killed Docust the pandemonium lord
143974 | Zig:24   | Killed Loerphan the pandemonium lord
143975 | Zig:24   | Noticed Nekladue the pandemonium lord
143976 | Zig:24   | Killed Rapnun the pandemonium lord
143976 | Zig:24   | Noticed Wiontum the pandemonium lord
143977 | Zig:24   | Noticed Wieffiv the pandemonium lord
143977 | Zig:24   | Killed Togibile the pandemonium lord
143978 | Zig:24   | Killed Cuadaag the pandemonium lord
143978 | Zig:24   | Noticed Ucviteu the pandemonium lord
143978 | Zig:24   | Noticed Butoh the pandemonium lord
143979 | Zig:24   | Noticed Ysuffih the pandemonium lord
143980 | Zig:24   | Killed Ucviteu the pandemonium lord
143980 | Zig:24   | Killed Nekladue the pandemonium lord
143981 | Zig:24   | Noticed Olezikh the pandemonium lord
143981 | Zig:24   | Noticed Udghegh the pandemonium lord
143982 | Zig:24   | Killed Wieffiv the pandemonium lord
143982 | Zig:24   | Noticed Vennuta the pandemonium lord
143983 | Zig:24   | Noticed Cenoo the pandemonium lord
143984 | Zig:24   | Killed Ysuffih the pandemonium lord
143984 | Zig:24   | Killed Butoh the pandemonium lord
143984 | Zig:24   | Killed Olezikh the pandemonium lord
143984 | Zig:24   | Killed Udghegh the pandemonium lord
143984 | Zig:24   | Noticed Hosas the pandemonium lord
143985 | Zig:24   | Killed Fonees Taovi the pandemonium lord
143986 | Zig:24   | Killed Vennuta the pandemonium lord
143986 | Zig:24   | Killed Cenoo the pandemonium lord
143988 | Zig:24   | Killed Hosas the pandemonium lord
143988 | Zig:24   | Killed Wiontum the pandemonium lord
143988 | Zig:24   | Noticed Citipt the pandemonium lord
143991 | Zig:24   | Killed Citipt the pandemonium lord
143991 | Zig:24   | Noticed Qithim the pandemonium lord
143991 | Zig:24   | Noticed Keycraonk the pandemonium lord
143992 | Zig:24   | Noticed Isoteam the pandemonium lord
143993 | Zig:24   | Noticed Miots the pandemonium lord
143994 | Zig:24   | Noticed Fablaklio the pandemonium lord
143995 | Zig:24   | Noticed Hienk the pandemonium lord
143995 | Zig:24   | Killed Hienk the pandemonium lord
143995 | Zig:24   | Killed Isoteam the pandemonium lord
143995 | Zig:24   | Noticed Gaiki the pandemonium lord
143996 | Zig:24   | Noticed Ceodwuf the pandemonium lord
143997 | Zig:24   | Killed Miots the pandemonium lord
143997 | Zig:24   | Killed Keycraonk the pandemonium lord
143997 | Zig:24   | Killed Fablaklio the pandemonium lord
143998 | Zig:24   | Killed Qithim the pandemonium lord
143998 | Zig:24   | Noticed Gudaum the pandemonium lord
143999 | Zig:24   | Killed Gaiki the pandemonium lord
143999 | Zig:24   | Noticed Finid the pandemonium lord
144000 | Zig:24   | Killed Ceodwuf the pandemonium lord
144000 | Zig:24   | Killed Gudaum the pandemonium lord
144001 | Zig:24   | Killed Finid the pandemonium lord
144240 | Zig:24   | Found the +0 pair of fencer's gloves {Riposte Dex+3}
144242 | Zig:24   | Found the +7 lajatang of Order {silver, rMut}
144257 | Zig:24   | Identified the ring "Lul Uziebi" {Str+6 Int+4 Dex-2 Stlth+}
144263 | Zig:24   | Identified the ring "Zoabbowu" {Fly rN++}
144312 | Zig:24   | Identified the +10 flail of Annihilation {protect, Will++}
144322 | Zig:24   | Identified the +3 pair of boots of Bellicose Awe {Drain
                  | rElec rPois Dex+7}
144356 | Zig:25   | Entered Level 25 of a ziggurat
144390 | Zig:25   | Reached skill level 27 in Hexes
144400 | Zig:25   | Reached skill level 27 in Summonings
144791 | Zig:25   | Found the +10 zealot's sword {holy, *Rage rN+ EV+3}
144808 | Zig:25   | Identified the ring "Torell" {rF- Will+ Str-5 Int+7 Dex+2}
144815 | Zig:25   | Identified the amulet "Gaular" {Spirit Dex+5}
144876 | Zig:25   | Identified the +0 robe of Reason {Str+4}
144879 | Zig:25   | Identified the +5 hand axe of Flawed Execution {vorpal, rF+
                  | Str+4}
144886 | Zig:25   | Identified the +1 robe of the Four of Cups {Str+4}
144918 | Zig:26   | Entered Level 26 of a ziggurat
144930 | Zig:26   | Noticed a juggernaut
144933 | Zig:26   | Killed a juggernaut
144934 | Zig:26   | Noticed a juggernaut
144936 | Zig:26   | Noticed a juggernaut
144937 | Zig:26   | Noticed a juggernaut
144938 | Zig:26   | Killed a juggernaut
144938 | Zig:26   | Killed a juggernaut
144938 | Zig:26   | Noticed a juggernaut
144939 | Zig:26   | Noticed a juggernaut
144939 | Zig:26   | Noticed a juggernaut
144940 | Zig:26   | Noticed a juggernaut
144940 | Zig:26   | Killed a juggernaut
144940 | Zig:26   | Noticed a juggernaut
144941 | Zig:26   | Noticed a juggernaut
144941 | Zig:26   | Noticed a juggernaut
144942 | Zig:26   | Noticed a juggernaut
144943 | Zig:26   | Noticed a juggernaut
144943 | Zig:26   | Killed a juggernaut
144943 | Zig:26   | Killed a juggernaut
144943 | Zig:26   | Killed a juggernaut
144943 | Zig:26   | Noticed a juggernaut
144943 | Zig:26   | Noticed a juggernaut
144943 | Zig:26   | Noticed a juggernaut
144944 | Zig:26   | Killed a juggernaut
144944 | Zig:26   | Killed a juggernaut
144944 | Zig:26   | Killed a juggernaut
144944 | Zig:26   | Killed a juggernaut
144944 | Zig:26   | Killed a juggernaut
144944 | Zig:26   | Killed a juggernaut
144945 | Zig:26   | Killed a juggernaut
144945 | Zig:26   | Killed a juggernaut
144945 | Zig:26   | Killed a juggernaut
144946 | Zig:26   | Noticed a juggernaut
144946 | Zig:26   | Noticed a juggernaut
144947 | Zig:26   | Noticed a juggernaut
144948 | Zig:26   | Noticed a juggernaut
144948 | Zig:26   | Noticed a juggernaut
144948 | Zig:26   | Noticed a juggernaut
144949 | Zig:26   | Killed a juggernaut
144949 | Zig:26   | Killed a juggernaut
144950 | Zig:26   | Killed a juggernaut
144950 | Zig:26   | Killed a juggernaut
144950 | Zig:26   | Killed a juggernaut
144951 | Zig:26   | Killed a juggernaut
144951 | Zig:26   | Noticed a juggernaut
144952 | Zig:26   | Noticed a juggernaut
144953 | Zig:26   | Noticed a juggernaut
144954 | Zig:26   | Noticed a juggernaut
144954 | Zig:26   | Noticed a juggernaut
144955 | Zig:26   | Killed a juggernaut
144956 | Zig:26   | Killed a juggernaut
144956 | Zig:26   | Killed a juggernaut
144956 | Zig:26   | Killed a juggernaut
144956 | Zig:26   | Noticed a juggernaut
144957 | Zig:26   | Killed a juggernaut
144958 | Zig:26   | Killed a juggernaut
145269 | Zig:26   | Found the +7 great mace "Undeadhunter" {disrupt, rN+}
145290 | Zig:26   | Identified the +6 scale mail of the Tomato {rPois Slay+6}
145324 | Zig:26   | Identified the ring of Juod {rElec rCorr Str-4 Dex+8}
145365 | Zig:26   | Identified the ring of Ruaryl {rPois rN+ AC+4 Int+2 Dex+3}
145453 | Zig:26   | Identified the +4 plate armour of Yredelemnul's Grace
                  | {+Blink Str-5 Dex-5 Stlth+}
145463 | Zig:26   | Identified the +10 quarterstaff "Orb Guardian's Bane"
                  | {vorpal, +Blink Str+3 Int+3}
145465 | Zig:26   | Identified the +7 hand axe of Absolution {antimagic, rPois}
145486 | Zig:27   | Entered Level 27 of a ziggurat
145578 | Zig:27   | Identified the ring "Foheme" {rCorr Int+3 Stlth+}
145780 | Zig:27   | Identified the ring "Saobakh" {rPois rF+ rC+ Str-5 Slay+6}
145789 | Zig:27   | Identified the +11 hunting sling of Xuhiumm {venom, Int-4
                  | Dex+3 SInv}
145797 | Zig:27   | Identified the +8 long sword "Osuheos" {vamp, Str+2 Stlth+}
145955 | Zig:27   | Identified the +9 ring mail of Servitude {Contam rElec
                  | Str+2 SInv}
145969 | Zig:27   | Acquired 717 gold pieces
146052 | Depths:4 | Bought a potion of invisibility for 168 gold pieces
146052 | Depths:4 | Bought a potion of curing for 63 gold pieces
146052 | Depths:4 | Bought a potion of resistance for 210 gold pieces
146052 | Depths:4 | Bought a potion of curing for 63 gold pieces
146052 | Depths:4 | Bought a potion of brilliance for 84 gold pieces
146052 | Depths:4 | Bought a potion of mutation for 168 gold pieces
146052 | Depths:4 | Bought a potion of might for 84 gold pieces
146076 | Zig:1    | Entered Level 1 of a ziggurat
146121 | Zig:2    | Entered Level 2 of a ziggurat
146123 | Zig:2    | Noticed Qonotute the pandemonium lord
146127 | Zig:2    | Killed Qonotute the pandemonium lord
146160 | Zig:3    | Entered Level 3 of a ziggurat
146162 | Zig:3    | Found the +8 glaive of the Guard {elec, spectral, AC+5}
146257 | Zig:4    | Entered Level 4 of a ziggurat
146257 | Zig:4    | Noticed an ancient lich
146257 | Zig:4    | Noticed an ancient lich
146259 | Zig:4    | Noticed an ancient lich
146260 | Zig:4    | Killed an ancient lich
146260 | Zig:4    | Killed an ancient lich
146261 | Zig:4    | Killed an ancient lich
146262 | Zig:4    | Noticed a dread lich
146265 | Zig:4    | Killed a dread lich
146307 | Zig:4    | Identified the +9 long sword of Absolution {protect, Drain
                  | rC++ SInv}
146353 | Zig:5    | Entered Level 5 of a ziggurat
146553 | Zig:6    | Entered Level 6 of a ziggurat
146625 | Zig:6    | Identified the +6 quarterstaff "Ufiubyb" {protect, rC+ rN++
                  | Int+2 Stlth-}
146630 | Zig:7    | Entered Level 7 of a ziggurat
146806 | Zig:8    | Entered Level 8 of a ziggurat
146952 | Zig:8    | Identified the +3 quick blade "Secosiu" {spect, rCorr
                  | Str+3}
146961 | Zig:9    | Entered Level 9 of a ziggurat
146971 | Zig:9    | Found the ring of the Octopus King
147154 | Zig:9    | Identified a ring of the Octopus King {rC+ AC+1 EV+1 Str+1
                  | Int+1 Dex+1}
147186 | Zig:10   | Entered Level 10 of a ziggurat
147372 | Zig:10   | Identified the +2 dagger of the Protecting Spider {vorpal,
                  | *Rage *Noise rPois Dex+8}
147373 | Zig:10   | Identified the +5 ring mail "Cumedyogu" {+Inv Str+2}
147377 | Zig:11   | Entered Level 11 of a ziggurat
147402 | Zig:11   | Noticed Piymul the pandemonium lord
147402 | Zig:11   | Found the +0 mask of the Dragon {Will+ Slay+3 SInv}
147406 | Zig:11   | Killed Piymul the pandemonium lord
147595 | Zig:11   | Identified the +0 scale mail of the Armoured One {rN+}
147604 | Zig:11   | Identified the +8 short sword "Kocw" {antimagic, Will+
                  | rCorr Int+4}
147613 | Zig:12   | Entered Level 12 of a ziggurat
147634 | Zig:12   | Noticed Ynal Saa the pandemonium lord
147646 | Zig:12   | Killed Ynal Saa the pandemonium lord
147939 | Zig:12   | Identified the ring of Vehumet's Delight {rPois rC+ rCorr}
147950 | Zig:12   | Identified the +5 flail of the Saving Fulmar {antimagic,
                  | *Rage Drain rC+++ Int+9}
147951 | Zig:12   | Identified the +3 rapier of Elidgh {vamp, +Blink Will-
                  | Str+7}
147956 | Zig:12   | Acquired the +1 pair of boots of Inviolability {rCorr
                  | Str+7}
147974 | Zig:13   | Entered Level 13 of a ziggurat
147989 | Zig:13   | Found the +15 Maxwell's patent armour {-Cast -Tele rElec
                  | Will+ rCorr}
148116 | Zig:13   | Identified the +10 great mace "Paew" {freeze, *Noise rElec
                  | Str+4 Dex+7}
148268 | Zig:14   | Entered Level 14 of a ziggurat
148268 | Zig:14   | Noticed a juggernaut
148268 | Zig:14   | Noticed a juggernaut
148268 | Zig:14   | Noticed a juggernaut
148268 | Zig:14   | Noticed a juggernaut
148270 | Zig:14   | Killed a juggernaut
148270 | Zig:14   | Killed a juggernaut
148270 | Zig:14   | Noticed a juggernaut
148270 | Zig:14   | Noticed a juggernaut
148271 | Zig:14   | Noticed a juggernaut
148271 | Zig:14   | Noticed a juggernaut
148272 | Zig:14   | Killed a juggernaut
148272 | Zig:14   | Killed a juggernaut
148272 | Zig:14   | Killed a juggernaut
148274 | Zig:14   | Killed a juggernaut
148275 | Zig:14   | Killed a juggernaut
148275 | Zig:14   | Killed a juggernaut
148275 | Zig:14   | Noticed a juggernaut
148277 | Zig:14   | Noticed a juggernaut
148278 | Zig:14   | Noticed a juggernaut
148279 | Zig:14   | Killed a juggernaut
148281 | Zig:14   | Killed a juggernaut
148281 | Zig:14   | Killed a juggernaut
148572 | Zig:14   | Identified the +10 dagger of Oily Cruel Justice {drain,
                  | Str+7}
148609 | Zig:15   | Entered Level 15 of a ziggurat
148609 | Zig:15   | Noticed a royal mummy
148609 | Zig:15   | Noticed a royal mummy
148609 | Zig:15   | Noticed a royal mummy
148609 | Zig:15   | Noticed a royal mummy
148609 | Zig:15   | Noticed a royal mummy
148609 | Zig:15   | Noticed a royal mummy
148609 | Zig:15   | Noticed a royal mummy
148609 | Zig:15   | Noticed a royal mummy
148609 | Zig:15   | Noticed a royal mummy
148611 | Zig:15   | Killed a royal mummy
148611 | Zig:15   | Killed a royal mummy
148611 | Zig:15   | Killed a royal mummy
148611 | Zig:15   | Killed a royal mummy
148611 | Zig:15   | Killed a royal mummy
148611 | Zig:15   | Killed a royal mummy
148612 | Zig:15   | Killed a royal mummy
148612 | Zig:15   | Killed a royal mummy
148612 | Zig:15   | Killed a royal mummy
148613 | Zig:15   | Noticed a royal mummy
148613 | Zig:15   | Noticed a royal mummy
148614 | Zig:15   | Noticed a royal mummy
148615 | Zig:15   | Noticed a royal mummy
148615 | Zig:15   | Noticed a royal mummy
148616 | Zig:15   | Killed a royal mummy
148617 | Zig:15   | Killed a royal mummy
148617 | Zig:15   | Killed a royal mummy
148617 | Zig:15   | Killed a royal mummy
148617 | Zig:15   | Noticed a royal mummy
148617 | Zig:15   | Noticed a royal mummy
148617 | Zig:15   | Noticed a royal mummy
148619 | Zig:15   | Killed a royal mummy
148620 | Zig:15   | Killed a royal mummy
148620 | Zig:15   | Killed a royal mummy
148621 | Zig:15   | Killed a royal mummy
148623 | Zig:15   | Noticed a royal mummy
148623 | Zig:15   | Noticed a royal mummy
148626 | Zig:15   | Noticed a royal mummy
148627 | Zig:15   | Killed a royal mummy
148627 | Zig:15   | Noticed a royal mummy
148628 | Zig:15   | Killed a royal mummy
148630 | Zig:15   | Killed a royal mummy
148631 | Zig:15   | Noticed a royal mummy
148632 | Zig:15   | Killed a royal mummy
148633 | Zig:15   | Noticed a royal mummy
148636 | Zig:15   | Killed a royal mummy
148636 | Zig:15   | Killed a royal mummy
148730 | Zig:15   | Identified the +5 halberd of the Walnut {speed, rElec}
148984 | Zig:15   | Identified the +5 chain mail of the Eight Boll Weevils
                  | {-Cast rF+ rCorr}
149007 | Zig:16   | Entered Level 16 of a ziggurat
149331 | Zig:16   | Identified the +10 rapier "Voah" {drain, rPois Int+4}
149370 | Zig:17   | Entered Level 17 of a ziggurat
149376 | Zig:17   | Paralysed by a wendigo for 1 turns
149381 | Zig:17   | Noticed an ancient lich
149383 | Zig:17   | Killed an ancient lich
149403 | Zig:17   | Found the +7 staff of the Meek {protect, meekguard}
149403 | Zig:17   | Found the +8 trident of the Octopus King {venom, rElec
                  | rPois}
149571 | Zig:17   | Identified the +3 buckler of Juigad {Str+4 Int+5}
149584 | Zig:17   | Identified the amulet "Ysupt" {RegenMP Rampage Dex+3
                  | Slay+2}
149617 | Zig:18   | Entered Level 18 of a ziggurat
149955 | Zig:18   | Identified the +5 chain mail of Toef {rF+}
149970 | Zig:18   | Identified the +7 shortbow of the Extremes {speed, Int+3
                  | Dex+4}
149985 | Zig:19   | Entered Level 19 of a ziggurat
150001 | Zig:19   | Found the +6 shillelagh "Devastator" {shatter}
150304 | Zig:19   | Identified the +4 hunting sling "Ogre's Funeral" {vorpal,
                  | rPois Str-5 Dex+4}
150307 | Zig:19   | Identified the +2 scimitar "Demon's Curse" {drain, Dex+5}
150309 | Zig:19   | Identified the +7 hand axe "Alis" {flame, Dex+2 SInv}
150310 | Zig:19   | Identified the +4 pair of boots of Vyozozien {Rampage +Inv
                  | Str+3}
150338 | Zig:19   | Identified the +6 scale mail of the Planets {rF++ rC+}
150368 | Zig:20   | Entered Level 20 of a ziggurat
150720 | Zig:20   | Identified the ring "Haugikoc" {Wiz rElec rCorr}
150759 | Zig:20   | Identified the +7 spear of Xaqub {flame, rC+}
150769 | Zig:21   | Entered Level 21 of a ziggurat
150773 | Zig:21   | Noticed an ancient lich
150773 | Zig:21   | Noticed a dread lich
150774 | Zig:21   | Noticed a dread lich
150775 | Zig:21   | Noticed a dread lich
150775 | Zig:21   | Noticed an ancient lich
150775 | Zig:21   | Noticed a dread lich
150775 | Zig:21   | Noticed an ancient lich
150776 | Zig:21   | Killed a dread lich
150776 | Zig:21   | Killed an ancient lich
150777 | Zig:21   | Killed a dread lich
150777 | Zig:21   | Killed an ancient lich
150777 | Zig:21   | Killed a dread lich
150777 | Zig:21   | Killed an ancient lich
150777 | Zig:21   | Killed a dread lich
150778 | Zig:21   | Noticed a dread lich
150778 | Zig:21   | Noticed a dread lich
150779 | Zig:21   | Noticed an ancient lich
150779 | Zig:21   | Noticed a dread lich
150779 | Zig:21   | Noticed a dread lich
150779 | Zig:21   | Noticed a dread lich
150780 | Zig:21   | Noticed a dread lich
150780 | Zig:21   | Noticed a dread lich
150780 | Zig:21   | Noticed a dread lich
150781 | Zig:21   | Killed a dread lich
150781 | Zig:21   | Killed a dread lich
150782 | Zig:21   | Killed a dread lich
150782 | Zig:21   | Killed a dread lich
150782 | Zig:21   | Killed an ancient lich
150782 | Zig:21   | Killed a dread lich
150782 | Zig:21   | Killed a dread lich
150782 | Zig:21   | Killed a dread lich
150782 | Zig:21   | Killed a dread lich
150782 | Zig:21   | Noticed a dread lich
150782 | Zig:21   | Noticed an ancient lich
150783 | Zig:21   | Killed an ancient lich
150784 | Zig:21   | Noticed an ancient lich
150784 | Zig:21   | Noticed a dread lich
150785 | Zig:21   | Noticed an ancient lich
150785 | Zig:21   | Noticed an ancient lich
150785 | Zig:21   | Noticed a dread lich
150786 | Zig:21   | Noticed an ancient lich
150787 | Zig:21   | Killed a dread lich
150788 | Zig:21   | Killed a dread lich
150788 | Zig:21   | Killed an ancient lich
150788 | Zig:21   | Killed an ancient lich
150788 | Zig:21   | Killed an ancient lich
150788 | Zig:21   | Killed a dread lich
150788 | Zig:21   | Killed an ancient lich
150795 | Zig:21   | Identified the +6 trident "Oxyhem" {vamp, Int+4 Dex+4}
150839 | Zig:21   | Identified the +0 robe of Menuss {rElec rF+ Int+3}
150855 | Zig:21   | Identified the ring of Leum {+Blink EV+4 Int+4 Dex+3}
151014 | Zig:21   | Identified the +2 buckler of Guna {rPois Will++ Int-4}
151031 | Zig:21   | Identified the +3 dagger "Ehoploi" {freeze, *Rage rCorr
                  | Int+6}
151051 | Zig:21   | Identified the +3 arbalest of Ligudost {speed, rC- rN+
                  | Str+4 Stlth+}
151059 | Zig:21   | Identified the ring of Jiptoib {Will+ Str+6}
151176 | Zig:22   | Entered Level 22 of a ziggurat
151197 | Zig:22   | Noticed Boohilam the pandemonium lord
151200 | Zig:22   | Killed Boohilam the pandemonium lord
151209 | Zig:22   | Found the +7 Throatcutter {drain, coup de grace}
151584 | Zig:22   | Identified the ring "Ragoup" {Fly rElec MP+9}
151615 | Zig:22   | Identified the amulet "Wesahe" {Reflect Fly SH+5}
151617 | Zig:22   | Identified the +7 war axe of Ru {holy, +Blink rF+ rC+}
151650 | Zig:22   | Identified the +6 mace "Yhahor" {speed, Dex+6}
151652 | Zig:22   | Identified the +7 spear of Diet Blood {drain, rN+ Will+}
151668 | Zig:23   | Entered Level 23 of a ziggurat
151671 | Zig:23   | Noticed Kotoul the pandemonium lord
151671 | Zig:23   | Noticed Zuidavaeth the pandemonium lord
151672 | Zig:23   | Noticed Movog the pandemonium lord
151672 | Zig:23   | Noticed Kiuniqa the pandemonium lord
151672 | Zig:23   | Noticed Mifinn the pandemonium lord
151672 | Zig:23   | Noticed Xatwezit the pandemonium lord
151672 | Zig:23   | Noticed Iluasumuepp the pandemonium lord
151673 | Zig:23   | Noticed Yppa the pandemonium lord
151673 | Zig:23   | Noticed Pasuerch the pandemonium lord
151673 | Zig:23   | Noticed Vatoy the pandemonium lord
151674 | Zig:23   | Killed Zuidavaeth the pandemonium lord
151674 | Zig:23   | Killed Kotoul the pandemonium lord
151674 | Zig:23   | Noticed Ceofas the pandemonium lord
151674 | Zig:23   | Noticed Befa the pandemonium lord
151675 | Zig:23   | Noticed Waecanat the pandemonium lord
151676 | Zig:23   | Noticed Baist the pandemonium lord
151676 | Zig:23   | Killed Yppa the pandemonium lord
151676 | Zig:23   | Killed Kiuniqa the pandemonium lord
151676 | Zig:23   | Killed Xatwezit the pandemonium lord
151676 | Zig:23   | Noticed Taoc the pandemonium lord
151677 | Zig:23   | Killed Movog the pandemonium lord
151677 | Zig:23   | Killed Vatoy the pandemonium lord
151677 | Zig:23   | Killed Befa the pandemonium lord
151677 | Zig:23   | Killed Ceofas the pandemonium lord
151677 | Zig:23   | Noticed Qowoq the pandemonium lord
151677 | Zig:23   | Noticed Fyasar Noips the pandemonium lord
151677 | Zig:23   | Noticed Wike the pandemonium lord
151678 | Zig:23   | Killed Pasuerch the pandemonium lord
151678 | Zig:23   | Killed Iluasumuepp the pandemonium lord
151678 | Zig:23   | Noticed Lengi the pandemonium lord
151678 | Zig:23   | Noticed Zugginupho the pandemonium lord
151678 | Zig:23   | Noticed Jidyazyj the pandemonium lord
151678 | Zig:23   | Noticed Defekuhu the pandemonium lord
151679 | Zig:23   | Noticed Tetzapt the pandemonium lord
151679 | Zig:23   | Killed Baist the pandemonium lord
151679 | Zig:23   | Killed Taoc the pandemonium lord
151679 | Zig:23   | Noticed Onok the pandemonium lord
151680 | Zig:23   | Killed Mifinn the pandemonium lord
151680 | Zig:23   | Noticed Heik the pandemonium lord
151680 | Zig:23   | Noticed Qinkiojoam the pandemonium lord
151681 | Zig:23   | Noticed Gaabeh Heng the pandemonium lord
151681 | Zig:23   | Noticed Qocramei the pandemonium lord
151681 | Zig:23   | Noticed Ozaybin the pandemonium lord
151681 | Zig:23   | Noticed Comiew the pandemonium lord
151681 | Zig:23   | Noticed Igoiddiu the pandemonium lord
151681 | Zig:23   | Noticed Ramyirra the pandemonium lord
151681 | Zig:23   | Noticed Cong the pandemonium lord
151682 | Zig:23   | Killed Zugginupho the pandemonium lord
151682 | Zig:23   | Noticed Roepnuxt the pandemonium lord
151682 | Zig:23   | Noticed Zolyej the pandemonium lord
151682 | Zig:23   | Noticed Bini the pandemonium lord
151683 | Zig:23   | Killed Jidyazyj the pandemonium lord
151683 | Zig:23   | Killed Heik the pandemonium lord
151683 | Zig:23   | Noticed Jeidugga the pandemonium lord
151683 | Zig:23   | Noticed Headuat the pandemonium lord
151684 | Zig:23   | Noticed Xonig the pandemonium lord
151684 | Zig:23   | Killed Waecanat the pandemonium lord
151684 | Zig:23   | Killed Wike the pandemonium lord
151684 | Zig:23   | Killed Roepnuxt the pandemonium lord
151685 | Zig:23   | Noticed Qoaguaf the pandemonium lord
151685 | Zig:23   | Noticed Hipimesh the pandemonium lord
151685 | Zig:23   | Noticed Lyvull the pandemonium lord
151686 | Zig:23   | Killed Tetzapt the pandemonium lord
151686 | Zig:23   | Killed Fyasar Noips the pandemonium lord
151686 | Zig:23   | Killed Defekuhu the pandemonium lord
151686 | Zig:23   | Killed Comiew the pandemonium lord
151686 | Zig:23   | Noticed Gegh the pandemonium lord
151686 | Zig:23   | Noticed Julit Ajarch the pandemonium lord
151687 | Zig:23   | Killed Onok the pandemonium lord
151687 | Zig:23   | Killed Ramyirra the pandemonium lord
151687 | Zig:23   | Killed Bini the pandemonium lord
151687 | Zig:23   | Killed Ozaybin the pandemonium lord
151687 | Zig:23   | Killed Lengi the pandemonium lord
151687 | Zig:23   | Killed Igoiddiu the pandemonium lord
151687 | Zig:23   | Killed Qowoq the pandemonium lord
151687 | Zig:23   | Noticed Foarag the pandemonium lord
151687 | Zig:23   | Noticed Gueph the pandemonium lord
151687 | Zig:23   | Noticed Qipay the pandemonium lord
151687 | Zig:23   | Noticed Poehenn the pandemonium lord
151688 | Zig:23   | Killed Gaabeh Heng the pandemonium lord
151688 | Zig:23   | Killed Cong the pandemonium lord
151688 | Zig:23   | Killed Qocramei the pandemonium lord
151688 | Zig:23   | Killed Zolyej the pandemonium lord
151688 | Zig:23   | Killed Lyvull the pandemonium lord
151688 | Zig:23   | Killed Xonig the pandemonium lord
151688 | Zig:23   | Noticed Uphenio the pandemonium lord
151689 | Zig:23   | Noticed Gire the pandemonium lord
151689 | Zig:23   | Killed Jeidugga the pandemonium lord
151689 | Zig:23   | Killed Julit Ajarch the pandemonium lord
151689 | Zig:23   | Noticed Reusiam the pandemonium lord
151690 | Zig:23   | Killed Qoaguaf the pandemonium lord
151690 | Zig:23   | Killed Qinkiojoam the pandemonium lord
151690 | Zig:23   | Killed Hipimesh the pandemonium lord
151690 | Zig:23   | Killed Uphenio the pandemonium lord
151691 | Zig:23   | Noticed Pozxicah the pandemonium lord
151691 | Zig:23   | Killed Gueph the pandemonium lord
151691 | Zig:23   | Killed Qipay the pandemonium lord
151691 | Zig:23   | Killed Reusiam the pandemonium lord
151691 | Zig:23   | Killed Headuat the pandemonium lord
151692 | Zig:23   | Noticed Gutite the pandemonium lord
151693 | Zig:23   | Killed Foarag the pandemonium lord
151693 | Zig:23   | Noticed Ridd the pandemonium lord
151693 | Zig:23   | Noticed Pivoh the pandemonium lord
151693 | Zig:23   | Noticed Guhoss the pandemonium lord
151693 | Zig:23   | Noticed Sukuarph the pandemonium lord
151694 | Zig:23   | Killed Pozxicah the pandemonium lord
151694 | Zig:23   | Killed Gegh the pandemonium lord
151694 | Zig:23   | Killed Poehenn the pandemonium lord
151695 | Zig:23   | Killed Gire the pandemonium lord
151695 | Zig:23   | Noticed Okifent the pandemonium lord
151697 | Zig:23   | Killed Pivoh the pandemonium lord
151697 | Zig:23   | Killed Ridd the pandemonium lord
151697 | Zig:23   | Killed Sukuarph the pandemonium lord
151697 | Zig:23   | Noticed Liutaif the pandemonium lord
151699 | Zig:23   | Killed Gutite the pandemonium lord
151699 | Zig:23   | Killed Guhoss the pandemonium lord
151699 | Zig:23   | Noticed Boepn the pandemonium lord
151701 | Zig:23   | Killed Okifent the pandemonium lord
151701 | Zig:23   | Noticed Soyplairo the pandemonium lord
151702 | Zig:23   | Killed Liutaif the pandemonium lord
151702 | Zig:23   | Killed Soyplairo the pandemonium lord
151702 | Zig:23   | Noticed Peupemp the pandemonium lord
151702 | Zig:23   | Noticed Jepufo the pandemonium lord
151702 | Zig:23   | Noticed Ecweriv the pandemonium lord
151703 | Zig:23   | Killed Boepn the pandemonium lord
151703 | Zig:23   | Noticed Cable the pandemonium lord
151704 | Zig:23   | Killed Jepufo the pandemonium lord
151704 | Zig:23   | Noticed Amaeniot the pandemonium lord
151705 | Zig:23   | Killed Peupemp the pandemonium lord
151706 | Zig:23   | Killed Amaeniot the pandemonium lord
151706 | Zig:23   | Noticed Ogeene Wurph the pandemonium lord
151707 | Zig:23   | Noticed Qaas the pandemonium lord
151708 | Zig:23   | Killed Ecweriv the pandemonium lord
151709 | Zig:23   | Killed Cable the pandemonium lord
151709 | Zig:23   | Killed Ogeene Wurph the pandemonium lord
151709 | Zig:23   | Killed Qaas the pandemonium lord
151709 | Zig:23   | Noticed Cumuedab the pandemonium lord
151710 | Zig:23   | Noticed Emok the pandemonium lord
151710 | Zig:23   | Noticed Enivvy the pandemonium lord
151710 | Zig:23   | Noticed Uwemenes the pandemonium lord
151711 | Zig:23   | Killed Enivvy the pandemonium lord
151712 | Zig:23   | Killed Cumuedab the pandemonium lord
151712 | Zig:23   | Killed Uwemenes the pandemonium lord
151714 | Zig:23   | Killed Emok the pandemonium lord
151714 | Zig:23   | Noticed Biwosio the pandemonium lord
151718 | Zig:23   | Killed Biwosio the pandemonium lord
151984 | Zig:23   | Identified the ring of Beauty {rC- rCorr MP+9 Str+6 SInv}
151986 | Zig:23   | Identified the ring of Fehucw {rElec rN+ Dex+4 Slay+3}
151989 | Zig:23   | Identified the ring of Ephemeral Luck {rF- rN+ Int+3 Dex+2
                  | Stlth+}
151993 | Zig:23   | Identified the +5 glaive "Zoutakko" {flame, rF+ Dex+4}
151994 | Zig:23   | Identified the amulet of Esauv {Reflect Int+2 SH+5}
152010 | Zig:23   | Identified the ring "Sustryi" {rN+ Str+2 Dex+3 SInv}
152013 | Zig:23   | Identified the ring of Suicidal Tendencies {Ice *Slow rPois
                  | Stlth+}
152025 | Zig:23   | Identified the +1 chain mail "Homuar" {rF+++ rC- Str-5
                  | Dex+4}
152026 | Zig:23   | Identified the +0 robe "Looshit" {Str+2}
152031 | Zig:23   | Identified the +7 falchion of Might {protect, rC+ Will+
                  | Int+3}
152067 | Zig:24   | Entered Level 24 of a ziggurat
152080 | Zig:24   | Found the +4 dagger "Morg" {pain, Will+ Int+5}
152110 | Zig:24   | Identified the +0 pair of boots of a sewer {Will- Int+9
                  | Dex-4}
152114 | Zig:24   | Identified the ring "Sotun" {Wiz Str+2}
152433 | Zig:24   | Identified the +9 battleaxe of the Warrior-Mage {drain,
                  | Fragile rCorr Dex+3}
152461 | Zig:24   | Identified the ring "Usson Ketad" {rC+ Str+3}
152468 | Zig:24   | Identified the +4 leather armour of Loss {rElec rF- Str+5}
152483 | Zig:24   | Identified the +5 helmet of Ezigot {Slay+2}
152499 | Zig:24   | Identified the +0 helmet of Sloth {rC+}
152507 | Zig:24   | Identified the +2 falchion "Uxzuras" {vamp, rC+ rN++ Will-
                  | rCorr}
152514 | Zig:24   | Identified the +9 rapier "Gagadong" {freeze, rC+ Will-
                  | Int+3}
152534 | Zig:25   | Entered Level 25 of a ziggurat
152704 | Zig:25   | Identified the ring "Tufruck" {Contam rPois rC+ Int+5}
152705 | Zig:25   | Identified the +10 hand axe of Instant Death {speed, rPois
                  | rCorr Str-3}
153027 | Zig:25   | Identified the +1 leather armour "Syozi Qupekk" {Str+4}
153034 | Zig:25   | Identified the -5 buckler of Wiclit {Contam rElec rPois
                  | Dex+4}
153039 | Zig:25   | Identified the +0 great sword "Bingo" {vamp, rElec rC+ rN+
                  | Will+}
153041 | Zig:25   | Identified the +2 hat of Giebi {Harm rPois Regen+ Dex-4}
153043 | Zig:25   | Identified the +8 rapier "Fulapuw" {freeze, rC+ rCorr}
153055 | Zig:26   | Entered Level 26 of a ziggurat
153133 | Zig:26   | Identified the +2 pair of gloves "Zypnieso" {rElec rF+ rC+
                  | Int+3 Stlth+}
153534 | Zig:26   | Identified the +6 fustibalus of Magnificence {vorpal,
                  | Will+}
153539 | Zig:26   | Identified the ring of Etimuf {rElec Str+2 Int+6}
153556 | Zig:26   | Identified the ring of Wolerghi {rN+ Will+ SInv}
153626 | Zig:27   | Entered Level 27 of a ziggurat
153626 | Zig:27   | Noticed a royal mummy
153626 | Zig:27   | Noticed a royal mummy
153626 | Zig:27   | Noticed a royal mummy
153626 | Zig:27   | Noticed a royal mummy
153626 | Zig:27   | Noticed a royal mummy
153626 | Zig:27   | Noticed a royal mummy
153626 | Zig:27   | Noticed a royal mummy
153626 | Zig:27   | Noticed a royal mummy
153626 | Zig:27   | Noticed a royal mummy
153626 | Zig:27   | Noticed a royal mummy
153626 | Zig:27   | Noticed a royal mummy
153626 | Zig:27   | Noticed a royal mummy
153626 | Zig:27   | Noticed a royal mummy
153626 | Zig:27   | Noticed a royal mummy
153628 | Zig:27   | Killed a royal mummy
153628 | Zig:27   | Killed a royal mummy
153628 | Zig:27   | Killed a royal mummy
153628 | Zig:27   | Killed a royal mummy
153628 | Zig:27   | Noticed a royal mummy
153628 | Zig:27   | Noticed a royal mummy
153628 | Zig:27   | Noticed a royal mummy
153629 | Zig:27   | Killed a royal mummy
153629 | Zig:27   | Killed a royal mummy
153629 | Zig:27   | Killed a royal mummy
153629 | Zig:27   | Killed a royal mummy
153629 | Zig:27   | Killed a royal mummy
153629 | Zig:27   | Killed a royal mummy
153629 | Zig:27   | Killed a royal mummy
153629 | Zig:27   | Noticed a royal mummy
153630 | Zig:27   | Killed a royal mummy
153630 | Zig:27   | Killed a royal mummy
153630 | Zig:27   | Killed a royal mummy
153630 | Zig:27   | Killed a royal mummy
153630 | Zig:27   | Killed a royal mummy
153630 | Zig:27   | Noticed a royal mummy
153630 | Zig:27   | Noticed a royal mummy
153631 | Zig:27   | Noticed a royal mummy
153631 | Zig:27   | Noticed a royal mummy
153631 | Zig:27   | Noticed a royal mummy
153631 | Zig:27   | Noticed a royal mummy
153632 | Zig:27   | Killed a royal mummy
153632 | Zig:27   | Killed a royal mummy
153632 | Zig:27   | Lost dexterity.
153632 | Zig:27   | Noticed a royal mummy
153632 | Zig:27   | Noticed a royal mummy
153632 | Zig:27   | Noticed a royal mummy
153635 | Zig:27   | Killed a royal mummy
153635 | Zig:27   | Killed a royal mummy
153635 | Zig:27   | Killed a royal mummy
153635 | Zig:27   | Killed a royal mummy
153635 | Zig:27   | Killed a royal mummy
153636 | Zig:27   | Killed a royal mummy
153636 | Zig:27   | Killed a royal mummy
153636 | Zig:27   | Noticed a royal mummy
153636 | Zig:27   | Noticed a royal mummy
153636 | Zig:27   | Noticed a royal mummy
153637 | Zig:27   | Killed a royal mummy
153637 | Zig:27   | Killed a royal mummy
153638 | Zig:27   | Killed a royal mummy
153638 | Zig:27   | Killed a royal mummy
153638 | Zig:27   | Noticed a royal mummy
153638 | Zig:27   | Noticed a royal mummy
153639 | Zig:27   | Killed a royal mummy
153639 | Zig:27   | Noticed a royal mummy
153639 | Zig:27   | Noticed a royal mummy
153639 | Zig:27   | Noticed a royal mummy
153640 | Zig:27   | Killed a royal mummy
153640 | Zig:27   | Killed a royal mummy
153641 | Zig:27   | Killed a royal mummy
153641 | Zig:27   | Killed a royal mummy
153641 | Zig:27   | Noticed a royal mummy
153642 | Zig:27   | Noticed a royal mummy
153642 | Zig:27   | Noticed a royal mummy
153642 | Zig:27   | Noticed a royal mummy
153643 | Zig:27   | Killed a royal mummy
153644 | Zig:27   | Noticed a royal mummy
153645 | Zig:27   | Killed a royal mummy
153645 | Zig:27   | Killed a royal mummy
153645 | Zig:27   | Killed a royal mummy
153645 | Zig:27   | Noticed a royal mummy
153645 | Zig:27   | Noticed a royal mummy
153646 | Zig:27   | Noticed a royal mummy
153647 | Zig:27   | Killed a royal mummy
153647 | Zig:27   | Noticed a royal mummy
153648 | Zig:27   | Killed a royal mummy
153648 | Zig:27   | Killed a royal mummy
153648 | Zig:27   | Killed a royal mummy
153648 | Zig:27   | Noticed a royal mummy
153648 | Zig:27   | Noticed a royal mummy
153648 | Zig:27   | Noticed a royal mummy
153649 | Zig:27   | Killed a royal mummy
153649 | Zig:27   | Killed a royal mummy
153650 | Zig:27   | Killed a royal mummy
153650 | Zig:27   | Killed a royal mummy
153650 | Zig:27   | Killed a royal mummy
153650 | Zig:27   | Noticed a royal mummy
153650 | Zig:27   | Noticed a royal mummy
153650 | Zig:27   | Noticed a royal mummy
153652 | Zig:27   | Killed a royal mummy
153652 | Zig:27   | Noticed a royal mummy
153652 | Zig:27   | Noticed a royal mummy
153653 | Zig:27   | Noticed a royal mummy
153655 | Zig:27   | Killed a royal mummy
153655 | Zig:27   | Killed a royal mummy
153656 | Zig:27   | Noticed a royal mummy
153657 | Zig:27   | Killed a royal mummy
153657 | Zig:27   | Killed a royal mummy
153658 | Zig:27   | Noticed a royal mummy
153658 | Zig:27   | Noticed a royal mummy
153659 | Zig:27   | Killed a royal mummy
153659 | Zig:27   | Killed a royal mummy
153659 | Zig:27   | Noticed a royal mummy
153660 | Zig:27   | Noticed a royal mummy
153660 | Zig:27   | Noticed a royal mummy
153661 | Zig:27   | Killed a royal mummy
153661 | Zig:27   | Killed a royal mummy
153662 | Zig:27   | Killed a royal mummy
153662 | Zig:27   | Killed a royal mummy
153662 | Zig:27   | Killed a royal mummy
153663 | Zig:27   | Noticed a royal mummy
153663 | Zig:27   | Noticed a royal mummy
153665 | Zig:27   | Noticed a royal mummy
153666 | Zig:27   | Killed a royal mummy
153666 | Zig:27   | Killed a royal mummy
153667 | Zig:27   | Killed a royal mummy
154231 | Zig:27   | Identified the ring "Wudigiqi" {Will+ Str+4 Int+6}
154234 | Zig:27   | Identified the ring "Ugis" {Will++ Str+6}
154245 | Zig:27   | Identified the +1 pair of boots of Wisdom {Int+6 Slay+3}
154249 | Zig:27   | Identified the +3 chain mail of the Thistle {Rampage rC+
                  | Dex+4}
154264 | Depths:4 | Acquired 526 gold pieces
154612 | Zig:1    | Entered Level 1 of a ziggurat
154639 | Zig:2    | Entered Level 2 of a ziggurat
154723 | Zig:3    | Entered Level 3 of a ziggurat
154815 | Zig:3    | Identified the +3 hand axe of Indomitability {antimagic,
                  | rElec Will++}
154845 | Zig:4    | Entered Level 4 of a ziggurat
155067 | Zig:5    | Entered Level 5 of a ziggurat
155185 | Zig:6    | Entered Level 6 of a ziggurat
155338 | Zig:6    | Identified the +7 falchion "Conservator" {vorpal, rC++}
155340 | Zig:6    | Identified the +1 plate armour of Ashenzari's Delight
                  | {Harm}
155343 | Zig:6    | Identified the +6 chain mail of Mumblety Peg {+Inv rC+
                  | Regen+}
155369 | Zig:7    | Entered Level 7 of a ziggurat
155369 | Zig:7    | Noticed an ancient lich
155373 | Zig:7    | Killed an ancient lich
155373 | Zig:7    | Noticed an ancient lich
155374 | Zig:7    | Killed an ancient lich
155576 | Zig:8    | Entered Level 8 of a ziggurat
155766 | Zig:8    | Identified the ring of the Will of the Gods {rElec rC+
                  | SInv}
155797 | Zig:9    | Entered Level 9 of a ziggurat
155807 | Zig:9    | Noticed Rolleh the pandemonium lord
155811 | Zig:9    | Killed Rolleh the pandemonium lord
155954 | Zig:9    | Identified the ring "Surukur" {Str+6 Slay+2}
155981 | Zig:9    | Identified the +5 ring mail "Mischeddi" {rC+}
155988 | Zig:9    | Identified the +4 scale mail of the Loofah {Dex+7}
155992 | Zig:9    | Identified the +4 chain mail "Jugg" {rF+}
156022 | Zig:10   | Entered Level 10 of a ziggurat
156027 | Zig:10   | Noticed an ancient lich
156028 | Zig:10   | Killed an ancient lich
156347 | Zig:11   | Entered Level 11 of a ziggurat
156348 | Zig:11   | Noticed an ancient lich
156348 | Zig:11   | Noticed an ancient lich
156349 | Zig:11   | Noticed a dread lich
156349 | Zig:11   | Noticed an ancient lich
156350 | Zig:11   | Noticed a dread lich
156350 | Zig:11   | Noticed a dread lich
156351 | Zig:11   | Noticed a dread lich
156352 | Zig:11   | Noticed an ancient lich
156353 | Zig:11   | Killed an ancient lich
156353 | Zig:11   | Killed an ancient lich
156353 | Zig:11   | Killed a dread lich
156353 | Zig:11   | Killed an ancient lich
156354 | Zig:11   | Killed a dread lich
156354 | Zig:11   | Killed an ancient lich
156354 | Zig:11   | Killed a dread lich
156354 | Zig:11   | Killed a dread lich
156358 | Zig:11   | Noticed an ancient lich
156358 | Zig:11   | Noticed a dread lich
156360 | Zig:11   | Noticed a dread lich
156361 | Zig:11   | Killed a dread lich
156363 | Zig:11   | Killed a dread lich
156363 | Zig:11   | Killed an ancient lich
156384 | Zig:11   | Found the +2 ratskin cloak {*Rats rPois rN+ Str-1 Int-1
                  | Dex+1}
156414 | Zig:11   | Identified the amulet of Mogiec {RegenMP rElec rF+++ Int-5
                  | Dex-2}
156583 | Zig:12   | Entered Level 12 of a ziggurat
156795 | Zig:12   | Identified the ring "Ygae" {rPois Will+ Int+2}
156801 | Zig:12   | Identified the ring "Funguolu" {Ice rPois MP+9 Int+3
                  | Stlth-}
156823 | Zig:12   | Identified the ring of Sizuifoa {EV+4 Int+2}
156828 | Zig:12   | Identified the +10 falchion "Hydrabane" {spect, rC+}
156855 | Zig:12   | Identified the +8 short sword "Laytepp" {antimagic, Dex+3
                  | SInv}
156857 | Zig:12   | Identified the +10 great mace of the Sky {vorpal, rF+ rC+
                  | Str+2}
156889 | Zig:13   | Entered Level 13 of a ziggurat
157181 | Zig:13   | Identified the +2 leather armour of Daffodils {+Inv}
157192 | Zig:13   | Identified the +1 pair of gloves of the Arcane {+Blink
                  | rPois rF- Str+7}
157199 | Zig:14   | Entered Level 14 of a ziggurat
157392 | Zig:14   | Identified the +8 glaive of Agony {vorpal, rF+++ Will+
                  | Dex-3}
157443 | Zig:14   | Identified the ring of Limitation {rN+ Str+4 Int+6 Dex+5}
157448 | Zig:14   | Identified the +7 spear "Leviticus" {vamp, rN+}
157488 | Zig:15   | Entered Level 15 of a ziggurat
157530 | Zig:15   | Identified the +5 broad axe "Orb Guardian's Regret"
                  | {protect, rC+}
157541 | Zig:15   | Identified the +8 morningstar of the Screaming Oracle
                  | {antimagic, Str+2}
157699 | Zig:15   | Identified the +5 hand axe of Circular Logic {distort,
                  | rPois rC+ rN+ Str-3}
157749 | Zig:16   | Entered Level 16 of a ziggurat
158105 | Zig:16   | Identified the +6 short sword of Diet Blood {pain, rElec
                  | MP+9 Str-2 Int+3}
158109 | Zig:16   | Identified the ring of Iriblade {Ice Str+4}
158119 | Zig:16   | Identified the +3 hand axe "Durcheba" {freeze, rN+}
158124 | Zig:16   | Identified the +1 rapier of the Saving Eel {flame, Fly rF+
                  | Str-5 Dex+8}
158143 | Zig:17   | Entered Level 17 of a ziggurat
158163 | Zig:17   | Noticed Byceth the pandemonium lord
158176 | Zig:17   | Killed Byceth the pandemonium lord
158500 | Zig:17   | Identified the +7 scimitar of Cobwebs {flame, Str+4 Dex-2
                  | SInv}
158519 | Zig:17   | Identified the +1 robe of Calculation {Fly rC+ Dex-5}
158520 | Zig:17   | Identified the +15 plate armour "Ycid" {rPois Regen+ rCorr
                  | Int-2}
158521 | Zig:17   | Identified the +3 great mace of the Distant Future {freeze,
                  | *Rage Str+5}
158540 | Zig:18   | Entered Level 18 of a ziggurat
158563 | Zig:18   | Noticed Nidgh the pandemonium lord
158588 | Zig:18   | Killed Nidgh the pandemonium lord
158602 | Zig:18   | HP: 11/273 [Hell Sentinel/damnation (27)]
159043 | Zig:18   | Identified the ring of the Castellan {rN+ EV+4}
159054 | Zig:18   | Identified the ring "Ceraguc" {rPois rF+ MP+9 Str+7}
159063 | Zig:18   | Identified the +1 hand axe "Goubbonur" {vorpal, rPois
                  | Int+3}
159145 | Zig:18   | Identified the +6 flail of Debt {vorpal, Str+4}
159146 | Zig:18   | Identified the +0 scale mail "Pesetur" {rC- Regen+ Slay+2}
159149 | Zig:18   | Identified the +2 quarterstaff of Gavur {venom, rF+ Int+4
                  | Dex+3}
159160 | Zig:19   | Entered Level 19 of a ziggurat
159160 | Zig:19   | Noticed a royal mummy
159160 | Zig:19   | Noticed a royal mummy
159160 | Zig:19   | Noticed a royal mummy
159160 | Zig:19   | Noticed a royal mummy
159160 | Zig:19   | Noticed a royal mummy
159160 | Zig:19   | Noticed a royal mummy
159160 | Zig:19   | Noticed a royal mummy
159160 | Zig:19   | Noticed a royal mummy
159160 | Zig:19   | Noticed a royal mummy
159160 | Zig:19   | Noticed a royal mummy
159160 | Zig:19   | Noticed a royal mummy
159160 | Zig:19   | Noticed a royal mummy
159160 | Zig:19   | Noticed a royal mummy
159160 | Zig:19   | Noticed a royal mummy
159160 | Zig:19   | Noticed a royal mummy
159162 | Zig:19   | Noticed a royal mummy
159162 | Zig:19   | Noticed a royal mummy
159163 | Zig:19   | Killed a royal mummy
159163 | Zig:19   | Killed a royal mummy
159163 | Zig:19   | Killed a royal mummy
159163 | Zig:19   | Killed a royal mummy
159163 | Zig:19   | Killed a royal mummy
159163 | Zig:19   | Killed a royal mummy
159163 | Zig:19   | Killed a royal mummy
159163 | Zig:19   | Killed a royal mummy
159163 | Zig:19   | Killed a royal mummy
159163 | Zig:19   | Killed a royal mummy
159163 | Zig:19   | Noticed a royal mummy
159163 | Zig:19   | Noticed a royal mummy
159163 | Zig:19   | Noticed a royal mummy
159163 | Zig:19   | Noticed a royal mummy
159164 | Zig:19   | Noticed a royal mummy
159165 | Zig:19   | Killed a royal mummy
159165 | Zig:19   | Killed a royal mummy
159165 | Zig:19   | Killed a royal mummy
159165 | Zig:19   | Killed a royal mummy
159165 | Zig:19   | Killed a royal mummy
159165 | Zig:19   | Killed a royal mummy
159165 | Zig:19   | Killed a royal mummy
159165 | Zig:19   | Noticed a royal mummy
159165 | Zig:19   | Noticed a royal mummy
159166 | Zig:19   | Killed a royal mummy
159166 | Zig:19   | Killed a royal mummy
159167 | Zig:19   | Noticed a royal mummy
159168 | Zig:19   | Noticed a royal mummy
159168 | Zig:19   | Noticed a royal mummy
159168 | Zig:19   | Noticed a royal mummy
159169 | Zig:19   | Noticed a royal mummy
159169 | Zig:19   | Noticed a royal mummy
159171 | Zig:19   | Killed a royal mummy
159171 | Zig:19   | Killed a royal mummy
159171 | Zig:19   | Killed a royal mummy
159171 | Zig:19   | Killed a royal mummy
159171 | Zig:19   | Noticed a royal mummy
159172 | Zig:19   | Killed a royal mummy
159172 | Zig:19   | Killed a royal mummy
159172 | Zig:19   | Killed a royal mummy
159172 | Zig:19   | Killed a royal mummy
159172 | Zig:19   | Killed a royal mummy
159173 | Zig:19   | Killed a royal mummy
159173 | Zig:19   | Killed a royal mummy
159173 | Zig:19   | Noticed a royal mummy
159175 | Zig:19   | Killed a royal mummy
159175 | Zig:19   | Noticed a royal mummy
159176 | Zig:19   | Killed a royal mummy
159177 | Zig:19   | Killed a royal mummy
159177 | Zig:19   | Noticed a royal mummy
159179 | Zig:19   | Noticed a royal mummy
159180 | Zig:19   | Killed a royal mummy
159180 | Zig:19   | Noticed a royal mummy
159181 | Zig:19   | Killed a royal mummy
159182 | Zig:19   | Noticed a royal mummy
159184 | Zig:19   | Killed a royal mummy
159184 | Zig:19   | Killed a royal mummy
159268 | Zig:19   | Identified the +6 shortbow of Siobeydorch {flame, rPois}
159574 | Zig:19   | Identified the +7 spear of Nafrarum {antimagic, Will+ Int+3
                  | Dex+4 SInv}
159584 | Zig:19   | Identified the +0 plate armour of the Accordion {Str-3
                  | Dex-5 Slay+6 SInv}
159620 | Zig:19   | Acquired 845 gold pieces
159626 | Zig:20   | Entered Level 20 of a ziggurat
159630 | Zig:20   | Noticed an ancient lich
159632 | Zig:20   | Noticed an ancient lich
159633 | Zig:20   | Noticed an ancient lich
159634 | Zig:20   | Killed an ancient lich
159635 | Zig:20   | Killed an ancient lich
159636 | Zig:20   | Noticed an ancient lich
159636 | Zig:20   | Noticed an ancient lich
159638 | Zig:20   | Noticed a dread lich
159639 | Zig:20   | Noticed an ancient lich
159640 | Zig:20   | Noticed a dread lich
159640 | Zig:20   | Noticed a dread lich
159641 | Zig:20   | Killed an ancient lich
159641 | Zig:20   | Killed an ancient lich
159641 | Zig:20   | Killed a dread lich
159641 | Zig:20   | Killed an ancient lich
159642 | Zig:20   | Killed an ancient lich
159642 | Zig:20   | Killed a dread lich
159642 | Zig:20   | Killed a dread lich
159644 | Zig:20   | Noticed a dread lich
159646 | Zig:20   | Killed a dread lich
159979 | Zig:20   | Identified the +6 hunting sling "Ziwnaam" {venom, Fly rC+
                  | Dex-3}
159990 | Zig:20   | Identified the ring "Meareci" {Will+ Int+3}
160002 | Zig:20   | Identified the +3 rapier of Unpleasantness {vorpal, Fragile
                  | rElec rPois}
160013 | Zig:21   | Entered Level 21 of a ziggurat
160414 | Zig:21   | Identified the amulet "Teihaots" {Reflect rC- Regen+ Int+8
                  | SH+5}
160416 | Zig:21   | Identified the amulet of Hozopim {Spirit +Blink Will+ Int+7
                  | Stlth-}
160429 | Zig:21   | Identified the +10 great sword of the Final Chapter
                  | {antimagic, *Rage rPois rF- rCorr}
160430 | Zig:21   | Identified the +10 plate armour of the Clam {Slay+3}
160435 | Zig:21   | Identified the +8 falchion of Defence {flame, rF++ rCorr}
160442 | Zig:22   | Entered Level 22 of a ziggurat
160468 | Zig:22   | Identified the ring of the Chopping Enemy {Ice Dex+2}
160769 | Zig:22   | Identified the +0 chain mail of Cughosse {Str+4 Int-4
                  | Slay+3 Stlth+}
160807 | Zig:22   | Identified the ring "Xint" {rPois rCorr Str+2 Dex+4}
160812 | Zig:22   | Identified the +0 dagger of the Other Side {vamp, Contam
                  | rC- rN++ Int+9}
160818 | Zig:22   | Identified the +5 halberd of Cheese {spect, rElec}
160825 | Zig:22   | Identified the amulet "Lipsajub" {Spirit -Cast Fragile
                  | Dex+7}
160927 | Zig:22   | Identified the +1 scale mail of Utoqoafo {rN+ rCorr Str-2
                  | Stlth+}
160946 | Zig:22   | Identified the +2 scale mail of Jeiz {Str+4 Slay+3 SInv}
160952 | Zig:23   | Entered Level 23 of a ziggurat
161027 | Zig:23   | Identified the +6 flail "Roosh" {elec, rElec rF+ Str+2
                  | Dex-3}
161040 | Zig:23   | Identified the ring "Warot" {Str+6 Dex+2}
161474 | Zig:23   | Identified the amulet of Becixz Forph {Faith Int+6 Dex-5}
161492 | Zig:23   | Identified the +8 quarterstaff "Iraobb" {vorpal, rC+ rCorr
                  | Dex+4}
161493 | Zig:23   | Identified the +2 robe of Xizuonev {rC+}
161494 | Zig:23   | Identified the +5 battleaxe of Fimbulwinter {venom, rElec
                  | Int+4 Dex-2}
161498 | Zig:23   | Identified the +3 ring mail of Jexiergh {rN+ SInv Stlth+}
161499 | Zig:23   | Identified the +3 scale mail "Pibbiel" {rN+ Int+6}
161500 | Zig:23   | Identified the +9 falchion of the Original Sin {venom, rF+
                  | SInv}
161512 | Zig:24   | Entered Level 24 of a ziggurat
161908 | Zig:24   | Identified the +5 ring mail "Fifakk" {Int+3}
161917 | Zig:24   | Identified the +8 chain mail "Otuoh" {*Slow rF+ Slay+5}
161964 | Zig:24   | Identified the +5 demon blade of Discretion {elec, rN+}
161982 | Zig:25   | Entered Level 25 of a ziggurat
161982 | Zig:25   | Noticed a juggernaut
161983 | Zig:25   | Noticed a juggernaut
161983 | Zig:25   | Noticed a juggernaut
161984 | Zig:25   | Noticed a juggernaut
161985 | Zig:25   | Noticed a juggernaut
161986 | Zig:25   | Noticed a juggernaut
161986 | Zig:25   | Noticed a juggernaut
161986 | Zig:25   | Noticed a juggernaut
161986 | Zig:25   | Noticed a juggernaut
161988 | Zig:25   | Killed a juggernaut
161988 | Zig:25   | Killed a juggernaut
161988 | Zig:25   | Killed a juggernaut
161988 | Zig:25   | Killed a juggernaut
161988 | Zig:25   | Killed a juggernaut
161988 | Zig:25   | Killed a juggernaut
161988 | Zig:25   | Killed a juggernaut
161989 | Zig:25   | Noticed a juggernaut
161989 | Zig:25   | Noticed a juggernaut
161990 | Zig:25   | Noticed a juggernaut
161991 | Zig:25   | Noticed a juggernaut
161991 | Zig:25   | Noticed a juggernaut
161991 | Zig:25   | Noticed a juggernaut
161992 | Zig:25   | Noticed a juggernaut
161992 | Zig:25   | Noticed a juggernaut
161992 | Zig:25   | Noticed a juggernaut
161992 | Zig:25   | Noticed a juggernaut
161992 | Zig:25   | Noticed a juggernaut
161992 | Zig:25   | Noticed a juggernaut
161993 | Zig:25   | Noticed a juggernaut
161994 | Zig:25   | Noticed a juggernaut
161994 | Zig:25   | Noticed a juggernaut
161995 | Zig:25   | Noticed a juggernaut
161995 | Zig:25   | Killed a juggernaut
161995 | Zig:25   | Killed a juggernaut
161995 | Zig:25   | Killed a juggernaut
161995 | Zig:25   | Killed a juggernaut
161995 | Zig:25   | Killed a juggernaut
161995 | Zig:25   | Killed a juggernaut
161995 | Zig:25   | Killed a juggernaut
161995 | Zig:25   | Killed a juggernaut
161995 | Zig:25   | Killed a juggernaut
161997 | Zig:25   | Noticed a juggernaut
161999 | Zig:25   | Noticed a juggernaut
161999 | Zig:25   | Noticed a juggernaut
162002 | Zig:25   | Noticed a juggernaut
162006 | Zig:25   | Killed a juggernaut
162006 | Zig:25   | Killed a juggernaut
162006 | Zig:25   | Killed a juggernaut
162006 | Zig:25   | Killed a juggernaut
162006 | Zig:25   | Killed a juggernaut
162006 | Zig:25   | Killed a juggernaut
162006 | Zig:25   | Killed a juggernaut
162008 | Zig:25   | Found the +9 scales of the Dragon King {rPois rF+ rC+
                  | Will+}
162009 | Zig:25   | Killed a juggernaut
162009 | Zig:25   | Killed a juggernaut
162009 | Zig:25   | Killed a juggernaut
162010 | Zig:25   | Killed a juggernaut
162013 | Zig:25   | Killed a juggernaut
162024 | Zig:25   | Killed a juggernaut
162134 | Zig:25   | Identified the ring of Nobility {rC+ rN+}
162151 | Zig:25   | Identified the amulet of the Heavens {Acrobat Will+}
162161 | Zig:25   | Identified the +1 scale mail "Feamaluo" {Harm rF+ Int+2}
162215 | Zig:25   | Identified the ring of the Devil's Team {rElec rCorr MP+9
                  | Int-4 Slay+5}
162618 | Zig:25   | Identified the +8 shortbow "Jocoysm" {venom, rF+ rN++
                  | rCorr}
162619 | Zig:25   | Identified the +1 leather armour "Rymubedd" {Fly Str-3
                  | Int+3}
162629 | Zig:25   | Identified the +4 great mace "Beastslayer" {freeze, rPois
                  | rCorr Dex+3}
162659 | Zig:26   | Entered Level 26 of a ziggurat
162659 | Zig:26   | Noticed a juggernaut
162659 | Zig:26   | Noticed a juggernaut
162661 | Zig:26   | Noticed a juggernaut
162662 | Zig:26   | Noticed a juggernaut
162662 | Zig:26   | Noticed a juggernaut
162663 | Zig:26   | Noticed a juggernaut
162663 | Zig:26   | Noticed a juggernaut
162663 | Zig:26   | Noticed a juggernaut
162664 | Zig:26   | Noticed a juggernaut
162664 | Zig:26   | Noticed a juggernaut
162664 | Zig:26   | Noticed a juggernaut
162664 | Zig:26   | Noticed a juggernaut
162664 | Zig:26   | Noticed a juggernaut
162664 | Zig:26   | Noticed a juggernaut
162664 | Zig:26   | Noticed a juggernaut
162664 | Zig:26   | Noticed a juggernaut
162665 | Zig:26   | Killed a juggernaut
162665 | Zig:26   | Killed a juggernaut
162665 | Zig:26   | Killed a juggernaut
162665 | Zig:26   | Killed a juggernaut
162665 | Zig:26   | Killed a juggernaut
162665 | Zig:26   | Killed a juggernaut
162665 | Zig:26   | Killed a juggernaut
162665 | Zig:26   | Killed a juggernaut
162665 | Zig:26   | Killed a juggernaut
162665 | Zig:26   | Noticed a juggernaut
162665 | Zig:26   | Noticed a juggernaut
162665 | Zig:26   | Noticed a juggernaut
162666 | Zig:26   | Noticed a juggernaut
162666 | Zig:26   | Noticed a juggernaut
162666 | Zig:26   | Noticed a juggernaut
162667 | Zig:26   | Noticed a juggernaut
162668 | Zig:26   | Noticed a juggernaut
162668 | Zig:26   | Noticed a juggernaut
162669 | Zig:26   | Noticed a juggernaut
162669 | Zig:26   | Noticed a juggernaut
162670 | Zig:26   | Noticed a juggernaut
162671 | Zig:26   | Noticed a juggernaut
162671 | Zig:26   | Noticed a juggernaut
162672 | Zig:26   | Noticed a juggernaut
162672 | Zig:26   | Noticed a juggernaut
162673 | Zig:26   | Killed a juggernaut
162673 | Zig:26   | Killed a juggernaut
162673 | Zig:26   | Killed a juggernaut
162673 | Zig:26   | Killed a juggernaut
162673 | Zig:26   | Killed a juggernaut
162673 | Zig:26   | Killed a juggernaut
162673 | Zig:26   | Killed a juggernaut
162673 | Zig:26   | Killed a juggernaut
162673 | Zig:26   | Killed a juggernaut
162673 | Zig:26   | Killed a juggernaut
162673 | Zig:26   | Killed a juggernaut
162673 | Zig:26   | Killed a juggernaut
162673 | Zig:26   | Killed a juggernaut
162673 | Zig:26   | Noticed a juggernaut
162674 | Zig:26   | Killed a juggernaut
162674 | Zig:26   | Killed a juggernaut
162674 | Zig:26   | Killed a juggernaut
162674 | Zig:26   | Killed a juggernaut
162674 | Zig:26   | Killed a juggernaut
162674 | Zig:26   | Killed a juggernaut
162674 | Zig:26   | Killed a juggernaut
162674 | Zig:26   | Killed a juggernaut
162677 | Zig:26   | Noticed a juggernaut
162678 | Zig:26   | Killed a juggernaut
162678 | Zig:26   | Killed a juggernaut
162678 | Zig:26   | Killed a juggernaut
162678 | Zig:26   | Noticed a juggernaut
162682 | Zig:26   | Killed a juggernaut
162682 | Zig:26   | Killed a juggernaut
163175 | Zig:26   | Identified the +7 flail of Destiny {venom, rPois rF+ rC-}
163177 | Zig:26   | Identified the +1 leather armour of the Seven Princes {+Inv
                  | rElec Str+8}
163245 | Zig:26   | Identified the ring of Eternal Harmony {Fire rCorr Dex+7
                  | SInv}
163301 | Zig:26   | Identified the +0 robe "Want" {rF++ Will+}
163310 | Zig:26   | Identified the amulet "Distrod" {Reflect Fragile Int+5
                  | SH+5}
163348 | Zig:26   | Identified the +0 fire dragon scales "Haefes" {Harm rF++
                  | rC- Regen+ Int-2 Stlth-}
163355 | Zig:26   | Identified the +9 fustibalus of Osirean {flame, rCorr}
163362 | Zig:27   | Entered Level 27 of a ziggurat
163528 | Zig:27   | Identified the +7 hunting sling of Descent {venom, rC-
                  | rCorr SInv}
163532 | Zig:27   | Identified the +9 great mace of Grontol {drain, *Corrode
                  | Fragile rPois Will+++}
163544 | Zig:27   | Identified the +6 hand crossbow of Disharmony {vorpal,
                  | rCorr Dex+3 Stlth+}
163546 | Zig:27   | Identified the ring "Satyil" {Will+ Str+4}
163550 | Zig:27   | Identified the +2 pair of boots of Prudence {Rampage rF+
                  | Str+2}
163558 | Zig:27   | Identified the +3 long sword of Diet Blood {elec, Int+7
                  | SInv}
163880 | Zig:27   | Identified the +0 plate armour of Yesterday {+Blink rC+++
                  | rCorr Int-4}
163883 | Zig:27   | Identified the +6 whip of Perfectionism {vorpal, rElec rN+
                  | Stlth-}
163891 | Zig:27   | Identified the +0 pair of boots "Zegoff" {*Slow rPois rC+
                  | Int+5}
163894 | Zig:27   | Identified the +3 leather armour of Ignis's Supremacy
                  | {Str+3 Dex+4}
163896 | Zig:27   | Identified the +9 dagger "Rugg" {drain, *Slow rC- Str+4
                  | SInv}
163905 | Zig:27   | Identified the +3 double sword of Charity {spect, Drain rF+
                  | Int+3}
163918 | Zig:27   | Identified the +8 trident of Egomania {flame, rF++ Str-3}
163959 | Depths:4 | Lost mutation: You are robust. (+10% HP) [potion of
                  | mutation]
163959 | Depths:4 | Lost mutation: Your flesh is heat resistant. (rF+) [potion
                  | of mutation]
163959 | Depths:4 | Lost mutation: You passively dampen the noise of your
                  | surroundings. [potion of mutation]
163959 | Depths:4 | Gained mutation: You are robust. (+10% HP) [potion of
                  | mutation]
163959 | Depths:4 | Gained mutation: You have hidden genetic potential. [potion
                  | of mutation]
163959 | Depths:4 | Gained mutation: You are clumsy. (Dex -2) [potion of
                  | mutation]
163959 | Depths:4 | Gained mutation: Your muscles are strong. (Str +2) [potion
                  | of mutation]
163960 | Depths:4 | Lost mutation: Your muscles are strong. (Str +2) [potion of
                  | mutation]
163960 | Depths:4 | Lost mutation: You have hidden genetic potential. [potion
                  | of mutation]
163960 | Depths:4 | Lost mutation: You are clumsy. (Dex -2) [potion of
                  | mutation]
163960 | Depths:4 | Gained mutation: You are somewhat resistant to further
                  | mutation. [potion of mutation]
163961 | Depths:4 | Lost mutation: You are somewhat resistant to further
                  | mutation. [potion of mutation]
163961 | Depths:4 | Lost mutation: You are robust. (+10% HP) [potion of
                  | mutation]
163961 | Depths:4 | Gained mutation: You are strong-willed. (Will+) [potion of
                  | mutation]
163961 | Depths:4 | Gained mutation: You possess an exceptional clarity of
                  | mind. [potion of mutation]
163961 | Depths:4 | Gained mutation: You have sharp toenails. [potion of
                  | mutation]
163962 | Depths:4 | Lost mutation: You possess an exceptional clarity of mind.
                  | [potion of mutation]
163962 | Depths:4 | Lost mutation: You have sharp toenails. [potion of
                  | mutation]
163962 | Depths:4 | Lost mutation: You are strong-willed. (Will+) [potion of
                  | mutation]
163962 | Depths:4 | Gained mutation: Your body sometimes deteriorates upon
                  | taking damage. [potion of mutation]
163962 | Depths:4 | Gained mutation: Your spells are a little easier to cast,
                  | but a little less powerful. [potion of mutation]
163963 | Depths:4 | Lost mutation: Your spells are a little easier to cast, but
                  | a little less powerful. [potion of mutation]
163963 | Depths:4 | Lost mutation: Your body sometimes deteriorates upon taking
                  | damage. [potion of mutation]
163963 | Depths:4 | Gained mutation: You are occasionally teleported next to
                  | monsters. [potion of mutation]
163963 | Depths:4 | Gained mutation: You have hidden genetic defects. [potion
                  | of mutation]
163964 | Depths:4 | Lost mutation: You are occasionally teleported next to
                  | monsters. [potion of mutation]
163964 | Depths:4 | Lost mutation: You have hidden genetic defects. [potion of
                  | mutation]
163964 | Depths:4 | Gained mutation: Your spells are a little harder to cast,
                  | but a little more powerful. [potion of mutation]
163964 | Depths:4 | Gained mutation: You have sharp toenails. [potion of
                  | mutation]
163965 | Depths:4 | Lost mutation: Your spells are a little harder to cast, but
                  | a little more powerful. [potion of mutation]
163965 | Depths:4 | Lost mutation: You have sharp toenails. [potion of
                  | mutation]
163965 | Depths:4 | Gained mutation: Your spells are a little harder to cast,
                  | but a little more powerful. [potion of mutation]
163965 | Depths:4 | Gained mutation: Your muscles are strong. (Str +2) [potion
                  | of mutation]
163965 | Depths:4 | Gained mutation: You are strong-willed. (Will+) [potion of
                  | mutation]
163966 | Depths:4 | Lost mutation: You are strong-willed. (Will+) [potion of
                  | mutation]
163966 | Depths:4 | Lost mutation: Your muscles are strong. (Str +2) [potion of
                  | mutation]
163966 | Depths:4 | Lost mutation: Your spells are a little harder to cast, but
                  | a little more powerful. [potion of mutation]
163966 | Depths:4 | Gained mutation: You are robust. (+10% HP) [potion of
                  | mutation]
163966 | Depths:4 | Gained mutation: You are very robust. (+20% HP) [potion of
                  | mutation]
163967 | Depths:4 | Lost mutation: You are very robust. (+20% HP) [potion of
                  | mutation]
163967 | Depths:4 | Lost mutation: You are robust. (+10% HP) [potion of
                  | mutation]
163967 | Depths:4 | Gained mutation: You are weak. (Str -2) [potion of
                  | mutation]
163967 | Depths:4 | Gained mutation: You passively map a small area around you.
                  | [potion of mutation]
163967 | Depths:4 | Gained mutation: You expend magic power (3 MP) to
                  | strengthen your wands. [potion of mutation]
163968 | Depths:4 | Lost mutation: You are weak. (Str -2) [potion of mutation]
163968 | Depths:4 | Lost mutation: You passively map a small area around you.
                  | [potion of mutation]
163968 | Depths:4 | Lost mutation: You expend magic power (3 MP) to strengthen
                  | your wands. [potion of mutation]
163968 | Depths:4 | Gained mutation: You are frail. (-10% HP) [potion of
                  | mutation]
163968 | Depths:4 | Gained mutation: You are very frail. (-20% HP) [potion of
                  | mutation]
163968 | Depths:4 | Gained mutation: Your flesh is heat resistant. (rF+)
                  | [potion of mutation]
163969 | Depths:4 | Lost mutation: You are very frail. (-20% HP) [potion of
                  | mutation]
163969 | Depths:4 | Lost mutation: You are frail. (-10% HP) [potion of
                  | mutation]
163969 | Depths:4 | Gained mutation: You are weak. (Str -2) [potion of
                  | mutation]
163970 | Depths:4 | Lost mutation: You are weak. (Str -2) [potion of mutation]
163970 | Depths:4 | Lost mutation: Your flesh is heat resistant. (rF+) [potion
                  | of mutation]
163970 | Depths:4 | Gained mutation: You are agile. (Dex +2) [potion of
                  | mutation]
163970 | Depths:4 | Gained mutation: Your flesh is cold resistant. (rC+)
                  | [potion of mutation]
163970 | Depths:4 | Lost mutation: Your flesh is cold resistant. (rC+) [potion
                  | of mutation]
163971 | Depths:4 | Lost mutation: You are agile. (Dex +2) [potion of mutation]
163971 | Depths:4 | Gained mutation: You have a pair of small horns on your
                  | head. [potion of mutation]
163971 | Depths:4 | Gained mutation: Your movements are slightly less
                  | encumbered by armour. (ER -2) [potion of mutation]
163971 | Depths:4 | Gained mutation: Your mind is acute. (Int +2) [potion of
                  | mutation]
163972 | Depths:4 | Lost mutation: Your mind is acute. (Int +2) [potion of
                  | mutation]
163972 | Depths:4 | Lost mutation: You have a pair of small horns on your head.
                  | [potion of mutation]
163972 | Depths:4 | Gained mutation: You passively dampen the noise of your
                  | surroundings. [potion of mutation]
163973 | Depths:4 | Lost mutation: Your movements are slightly less encumbered
                  | by armour. (ER -2) [potion of mutation]
163973 | Depths:4 | Lost mutation: You passively dampen the noise of your
                  | surroundings. [potion of mutation]
163973 | Depths:4 | Gained mutation: Your magical capacity is low. (-10% MP)
                  | [potion of mutation]
163974 | Depths:4 | Lost mutation: Your magical capacity is low. (-10% MP)
                  | [potion of mutation]
163974 | Depths:4 | Gained mutation: Armour fits poorly on your strangely
                  | shaped body. [potion of mutation]
163974 | Depths:4 | Gained mutation: You are dopey. (Int -2) [potion of
                  | mutation]
163974 | Depths:4 | Gained mutation: You have hidden genetic potential. [potion
                  | of mutation]
163974 | Depths:4 | Lost mutation: You are dopey. (Int -2) [potion of mutation]
163975 | Depths:4 | Lost mutation: You have hidden genetic potential. [potion
                  | of mutation]
163975 | Depths:4 | Lost mutation: Armour fits poorly on your strangely shaped
                  | body. [potion of mutation]
163975 | Depths:4 | Gained mutation: You have hidden genetic defects. [potion
                  | of mutation]
163975 | Depths:4 | Gained mutation: You are strong-willed. (Will+) [potion of
                  | mutation]
163976 | Depths:4 | Lost mutation: You have hidden genetic defects. [potion of
                  | mutation]
163976 | Depths:4 | Lost mutation: You are strong-willed. (Will+) [potion of
                  | mutation]
163976 | Depths:4 | Gained mutation: You are frail. (-10% HP) [potion of
                  | mutation]
163976 | Depths:4 | Gained mutation: You expend magic power (3 MP) to
                  | strengthen your wands. [potion of mutation]
163976 | Depths:4 | Gained mutation: You have hidden genetic potential. [potion
                  | of mutation]
163977 | Depths:4 | Lost mutation: You have hidden genetic potential. [potion
                  | of mutation]
163977 | Depths:4 | Lost mutation: You are frail. (-10% HP) [potion of
                  | mutation]
163977 | Depths:4 | Lost mutation: You expend magic power (3 MP) to strengthen
                  | your wands. [potion of mutation]
163977 | Depths:4 | Gained mutation: You sometimes lose the ability to read
                  | scrolls when taking damage. [potion of mutation]
163978 | Depths:4 | Lost mutation: You sometimes lose the ability to read
                  | scrolls when taking damage. [potion of mutation]
163978 | Depths:4 | Gained mutation: Your spells are a little easier to cast,
                  | but a little less powerful. [potion of mutation]
163978 | Depths:4 | Gained mutation: You are partially covered in large bone
                  | plates. (SH +4) [potion of mutation]
163979 | Depths:4 | Lost mutation: You are partially covered in large bone
                  | plates. (SH +4) [potion of mutation]
163979 | Depths:4 | Lost mutation: Your spells are a little easier to cast, but
                  | a little less powerful. [potion of mutation]
163979 | Depths:4 | Gained mutation: You expend magic power (3 MP) to
                  | strengthen your wands. [potion of mutation]
163979 | Depths:4 | Gained mutation: You occasionally shout uncontrollably at
                  | your foes. [potion of mutation]
163980 | Depths:4 | Lost mutation: You occasionally shout uncontrollably at
                  | your foes. [potion of mutation]
163980 | Depths:4 | Lost mutation: You expend magic power (3 MP) to strengthen
                  | your wands. [potion of mutation]
163980 | Depths:4 | Gained mutation: Your body sometimes deteriorates upon
                  | taking damage. [potion of mutation]
163980 | Depths:4 | Gained mutation: You have hidden genetic potential. [potion
                  | of mutation]
163981 | Depths:4 | Lost mutation: You have hidden genetic potential. [potion
                  | of mutation]
163981 | Depths:4 | Lost mutation: Your body sometimes deteriorates upon taking
                  | damage. [potion of mutation]
163981 | Depths:4 | Gained mutation: You possess an exceptional clarity of
                  | mind. [potion of mutation]
163982 | Depths:4 | Lost mutation: You possess an exceptional clarity of mind.
                  | [potion of mutation]
163982 | Depths:4 | Gained mutation: You occasionally shout uncontrollably at
                  | your foes. [potion of mutation]
163983 | Depths:4 | Lost mutation: You occasionally shout uncontrollably at
                  | your foes. [potion of mutation]
163983 | Depths:4 | Gained mutation: You have a somewhat thin skeletal
                  | structure. (Dex +2, Stealth+) [potion of mutation]
163984 | Depths:4 | Lost mutation: You have a somewhat thin skeletal structure.
                  | (Dex +2, Stealth+) [potion of mutation]
163984 | Depths:4 | Gained mutation: You have a somewhat thin skeletal
                  | structure. (Dex +2, Stealth+) [potion of mutation]
163984 | Depths:4 | Gained mutation: Your magical capacity is low. (-10% MP)
                  | [potion of mutation]
163984 | Depths:4 | Gained mutation: You have a pair of small horns on your
                  | head. [potion of mutation]
163984 | Depths:4 | Gained mutation: You have large cloven feet. [potion of
                  | mutation]
163985 | Depths:4 | Lost mutation: You have a pair of small horns on your head.
                  | [potion of mutation]
163985 | Depths:4 | Lost mutation: You have large cloven feet. [potion of
                  | mutation]
163985 | Depths:4 | Lost mutation: Your magical capacity is low. (-10% MP)
                  | [potion of mutation]
163985 | Depths:4 | Gained mutation: You tend to lose your temper in combat.
                  | [potion of mutation]
163985 | Depths:4 | Gained mutation: You are covered in fur. (AC +1) [potion of
                  | mutation]
163986 | Depths:4 | Lost mutation: You have a somewhat thin skeletal structure.
                  | (Dex +2, Stealth+) [potion of mutation]
163986 | Depths:4 | Lost mutation: You are covered in fur. (AC +1) [potion of
                  | mutation]
163986 | Depths:4 | Lost mutation: You tend to lose your temper in combat.
                  | [potion of mutation]
163986 | Depths:4 | Gained mutation: You have a pair of small horns on your
                  | head. [potion of mutation]
163986 | Depths:4 | Gained mutation: Your spells are a little harder to cast,
                  | but a little more powerful. [potion of mutation]
163987 | Depths:4 | Lost mutation: You have a pair of small horns on your head.
                  | [potion of mutation]
163987 | Depths:4 | Lost mutation: Your spells are a little harder to cast, but
                  | a little more powerful. [potion of mutation]
163987 | Depths:4 | Gained mutation: Your spells are a little harder to cast,
                  | but a little more powerful. [potion of mutation]
163987 | Depths:4 | Gained mutation: You have hidden genetic potential. [potion
                  | of mutation]
163987 | Depths:4 | Gained mutation: You sometimes lose the ability to read
                  | scrolls when taking damage. [potion of mutation]
163987 | Depths:4 | Gained mutation: You are covered in fur. (AC +1) [potion of
                  | mutation]
163988 | Depths:4 | Lost mutation: Your spells are a little harder to cast, but
                  | a little more powerful. [potion of mutation]
163988 | Depths:4 | Lost mutation: You are covered in fur. (AC +1) [potion of
                  | mutation]
163988 | Depths:4 | Lost mutation: You sometimes lose the ability to read
                  | scrolls when taking damage. [potion of mutation]
163988 | Depths:4 | Gained mutation: Your spells are a little harder to cast,
                  | but a little more powerful. [potion of mutation]
163988 | Depths:4 | Gained mutation: You are agile. (Dex +2) [potion of
                  | mutation]
163988 | Depths:4 | Gained mutation: You are occasionally teleported next to
                  | monsters. [potion of mutation]
163989 | Depths:4 | Lost mutation: Your spells are a little harder to cast, but
                  | a little more powerful. [potion of mutation]
163989 | Depths:4 | Lost mutation: You have hidden genetic potential. [potion
                  | of mutation]
163989 | Depths:4 | Gained mutation: Your system is resistant to poisons.
                  | (rPois) [potion of mutation]
163990 | Depths:4 | Lost mutation: Your system is resistant to poisons. (rPois)
                  | [potion of mutation]
163990 | Depths:4 | Lost mutation: You are agile. (Dex +2) [potion of mutation]
163990 | Depths:4 | Gained mutation: You have a pair of small horns on your
                  | head. [potion of mutation]
163990 | Depths:4 | Gained mutation: You are strong-willed. (Will+) [potion of
                  | mutation]
163990 | Depths:4 | Gained mutation: You are dopey. (Int -2) [potion of
                  | mutation]
163990 | Depths:4 | Gained mutation: Your flesh is heat resistant. (rF+)
                  | [potion of mutation]
163991 | Depths:4 | Lost mutation: You are strong-willed. (Will+) [potion of
                  | mutation]
163991 | Depths:4 | Lost mutation: Your flesh is heat resistant. (rF+) [potion
                  | of mutation]
163991 | Depths:4 | Lost mutation: You are dopey. (Int -2) [potion of mutation]
163991 | Depths:4 | Gained mutation: You are agile. (Dex +2) [potion of
                  | mutation]
163991 | Depths:4 | Gained mutation: You have a pair of horns on your head.
                  | [potion of mutation]
163992 | Depths:4 | Lost mutation: You are agile. (Dex +2) [potion of mutation]
163992 | Depths:4 | Lost mutation: You are occasionally teleported next to
                  | monsters. [potion of mutation]
163992 | Depths:4 | Lost mutation: You have a pair of horns on your head.
                  | [potion of mutation]
163992 | Depths:4 | Gained mutation: Your natural rate of healing is unusually
                  | fast. [potion of mutation]
163992 | Depths:4 | Gained mutation: Potions are less effective at restoring
                  | your health. [potion of mutation]
163993 | Depths:4 | Lost mutation: Your natural rate of healing is unusually
                  | fast. [potion of mutation]
163993 | Depths:4 | Lost mutation: You have a pair of small horns on your head.
                  | [potion of mutation]
163993 | Depths:4 | Lost mutation: Potions are less effective at restoring your
                  | health. [potion of mutation]
163993 | Depths:4 | Gained mutation: You have supernaturally acute eyesight.
                  | (SInv) [potion of mutation]
163993 | Depths:4 | Gained mutation: You are frail. (-10% HP) [potion of
                  | mutation]
163993 | Depths:4 | Gained mutation: You are dopey. (Int -2) [potion of
                  | mutation]
163993 | Depths:4 | Gained mutation: You have a pair of small antennae on your
                  | head. [potion of mutation]
163994 | Depths:4 | Lost mutation: You are dopey. (Int -2) [potion of mutation]
163994 | Depths:4 | Lost mutation: You have supernaturally acute eyesight.
                  | (SInv) [potion of mutation]
163994 | Depths:4 | Lost mutation: You are frail. (-10% HP) [potion of
                  | mutation]
163994 | Depths:4 | Gained mutation: Your magical capacity is low. (-10% MP)
                  | [potion of mutation]
163994 | Depths:4 | Gained mutation: You possess an exceptional clarity of
                  | mind. [potion of mutation]
163994 | Depths:4 | Gained mutation: Potions are less effective at restoring
                  | your health. [potion of mutation]
163994 | Depths:4 | Lost mutation: Your magical capacity is low. (-10% MP)
                  | [potion of mutation]
163995 | Depths:4 | Lost mutation: Potions are less effective at restoring your
                  | health. [potion of mutation]
163995 | Depths:4 | Lost mutation: You possess an exceptional clarity of mind.
                  | [potion of mutation]
163995 | Depths:4 | Gained mutation: You are clumsy. (Dex -2) [potion of
                  | mutation]
163995 | Depths:4 | Gained mutation: You possess an exceptional clarity of
                  | mind. [potion of mutation]
163996 | Depths:4 | Lost mutation: You are clumsy. (Dex -2) [potion of
                  | mutation]
163996 | Depths:4 | Lost mutation: You have a pair of small antennae on your
                  | head. [potion of mutation]
163996 | Depths:4 | Lost mutation: You possess an exceptional clarity of mind.
                  | [potion of mutation]
163996 | Depths:4 | Gained mutation: You are strong-willed. (Will+) [potion of
                  | mutation]
163996 | Depths:4 | Gained mutation: Your mind is acute. (Int +2) [potion of
                  | mutation]
163997 | Depths:4 | Lost mutation: Your mind is acute. (Int +2) [potion of
                  | mutation]
163997 | Depths:4 | Lost mutation: You are strong-willed. (Will+) [potion of
                  | mutation]
163997 | Depths:4 | Gained mutation: You are dopey. (Int -2) [potion of
                  | mutation]
163997 | Depths:4 | Gained mutation: You are strong-willed. (Will+) [potion of
                  | mutation]
163997 | Depths:4 | Gained mutation: You are partially covered in large bone
                  | plates. (SH +4) [potion of mutation]
163998 | Depths:4 | Lost mutation: You are strong-willed. (Will+) [potion of
                  | mutation]
163998 | Depths:4 | Lost mutation: You are dopey. (Int -2) [potion of mutation]
163998 | Depths:4 | Gained mutation: You possess an exceptional clarity of
                  | mind. [potion of mutation]
163999 | Depths:4 | Lost mutation: You are partially covered in large bone
                  | plates. (SH +4) [potion of mutation]
163999 | Depths:4 | Lost mutation: You possess an exceptional clarity of mind.
                  | [potion of mutation]
163999 | Depths:4 | Gained mutation: You have a pair of small horns on your
                  | head. [potion of mutation]
163999 | Depths:4 | Gained mutation: You sometimes lose the ability to read
                  | scrolls when taking damage. [potion of mutation]
163999 | Depths:4 | Gained mutation: Your system is resistant to poisons.
                  | (rPois) [potion of mutation]
164000 | Depths:4 | Lost mutation: Your system is resistant to poisons. (rPois)
                  | [potion of mutation]
164000 | Depths:4 | Lost mutation: You have a pair of small horns on your head.
                  | [potion of mutation]
164000 | Depths:4 | Gained mutation: You have very sharp teeth. [potion of
                  | mutation]
164000 | Depths:4 | Gained mutation: Your spells are a little harder to cast,
                  | but a little more powerful. [potion of mutation]
164001 | Depths:4 | Lost mutation: Your spells are a little harder to cast, but
                  | a little more powerful. [potion of mutation]
164001 | Depths:4 | Lost mutation: You sometimes lose the ability to read
                  | scrolls when taking damage. [potion of mutation]
164001 | Depths:4 | Gained mutation: You are weak. (Str -2) [potion of
                  | mutation]
164002 | Depths:4 | Lost mutation: You have very sharp teeth. [potion of
                  | mutation]
164002 | Depths:4 | Lost mutation: You are weak. (Str -2) [potion of mutation]
164002 | Depths:4 | Gained mutation: Your muscles are strong. (Str +2) [potion
                  | of mutation]
164002 | Depths:4 | Gained mutation: Your body sometimes deteriorates upon
                  | taking damage. [potion of mutation]
164002 | Depths:4 | Gained mutation: Your muscles are very strong. (Str +4)
                  | [potion of mutation]
164002 | Depths:4 | Gained mutation: You have an increased reservoir of magic.
                  | (+10% MP) [potion of mutation]
164003 | Depths:4 | Lost mutation: Your body sometimes deteriorates upon taking
                  | damage. [potion of mutation]
164003 | Depths:4 | Lost mutation: Your muscles are very strong. (Str +4)
                  | [potion of mutation]
164003 | Depths:4 | Lost mutation: Your muscles are strong. (Str +2) [potion of
                  | mutation]
164003 | Depths:4 | Gained mutation: You expend magic power (3 MP) to
                  | strengthen your wands. [potion of mutation]
164003 | Depths:4 | Gained mutation: Your skin changes colour to match your
                  | surroundings (Stealth+). [potion of mutation]
164003 | Depths:4 | Lost mutation: You have an increased reservoir of magic.
                  | (+10% MP) [potion of mutation]
164004 | Depths:4 | Lost mutation: Your skin changes colour to match your
                  | surroundings (Stealth+). [potion of mutation]
164004 | Depths:4 | Lost mutation: You expend magic power (3 MP) to strengthen
                  | your wands. [potion of mutation]
164004 | Depths:4 | Gained mutation: You are dopey. (Int -2) [potion of
                  | mutation]
164004 | Depths:4 | Gained mutation: Your movements are slightly less
                  | encumbered by armour. (ER -2) [potion of mutation]
164005 | Depths:4 | Lost mutation: Your movements are slightly less encumbered
                  | by armour. (ER -2) [potion of mutation]
164005 | Depths:4 | Lost mutation: You are dopey. (Int -2) [potion of mutation]
164005 | Depths:4 | Gained mutation: You are weak. (Str -2) [potion of
                  | mutation]
164006 | Depths:4 | Lost mutation: You are weak. (Str -2) [potion of mutation]
164006 | Depths:4 | Gained mutation: You are partially covered in large bone
                  | plates. (SH +4) [potion of mutation]
164006 | Depths:4 | Gained mutation: You are somewhat resistant to further
                  | mutation. [potion of mutation]
164007 | Depths:4 | Lost mutation: You are somewhat resistant to further
                  | mutation. [potion of mutation]
164007 | Depths:4 | Lost mutation: You are partially covered in large bone
                  | plates. (SH +4) [potion of mutation]
164007 | Depths:4 | Gained mutation: Your system is resistant to poisons.
                  | (rPois) [potion of mutation]
164007 | Depths:4 | Gained mutation: Your movements are slightly less
                  | encumbered by armour. (ER -2) [potion of mutation]
164008 | Depths:4 | Lost mutation: Your movements are slightly less encumbered
                  | by armour. (ER -2) [potion of mutation]
164008 | Depths:4 | Lost mutation: Your system is resistant to poisons. (rPois)
                  | [potion of mutation]
164008 | Depths:4 | Gained mutation: You are dopey. (Int -2) [potion of
                  | mutation]
164009 | Depths:4 | Lost mutation: You are dopey. (Int -2) [potion of mutation]
164009 | Depths:4 | Gained mutation: A frigid envelope surrounds you and
                  | freezes all who hurt you. [potion of mutation]
164009 | Depths:4 | Gained mutation: Your magical capacity is low. (-10% MP)
                  | [potion of mutation]
164009 | Depths:4 | Gained mutation: You possess an exceptional clarity of
                  | mind. [potion of mutation]
164010 | Depths:4 | Lost mutation: You possess an exceptional clarity of mind.
                  | [potion of mutation]
164010 | Depths:4 | Lost mutation: A frigid envelope surrounds you and freezes
                  | all who hurt you. [potion of mutation]
164010 | Depths:4 | Lost mutation: Your magical capacity is low. (-10% MP)
                  | [potion of mutation]
164010 | Depths:4 | Gained mutation: You are weak. (Str -2) [potion of
                  | mutation]
164010 | Depths:4 | Lost mutation: You are weak. (Str -2) [potion of mutation]
164011 | Depths:4 | Gained mutation: You occasionally shout uncontrollably at
                  | your foes. [potion of mutation]
164011 | Depths:4 | Gained mutation: You have sharp toenails. [potion of
                  | mutation]
164011 | Depths:4 | Gained mutation: You have a beak for a mouth. [potion of
                  | mutation]
164012 | Depths:4 | Lost mutation: You occasionally shout uncontrollably at
                  | your foes. [potion of mutation]
164012 | Depths:4 | Lost mutation: You have sharp toenails. [potion of
                  | mutation]
164012 | Depths:4 | Gained mutation: You are agile. (Dex +2) [potion of
                  | mutation]
164013 | Depths:4 | Lost mutation: You are agile. (Dex +2) [potion of mutation]
164013 | Depths:4 | Lost mutation: You have a beak for a mouth. [potion of
                  | mutation]
164013 | Depths:4 | Gained mutation: Armour fits poorly on your strangely
                  | shaped body. [potion of mutation]
164013 | Depths:4 | Gained mutation: You are agile. (Dex +2) [potion of
                  | mutation]
164014 | Depths:4 | Lost mutation: You are agile. (Dex +2) [potion of mutation]
164014 | Depths:4 | Lost mutation: Armour fits poorly on your strangely shaped
                  | body. [potion of mutation]
164014 | Depths:4 | Gained mutation: You sometimes lose the ability to read
                  | scrolls when taking damage. [potion of mutation]
164015 | Depths:4 | Lost mutation: You sometimes lose the ability to read
                  | scrolls when taking damage. [potion of mutation]
164015 | Depths:4 | Gained mutation: You have supernaturally acute eyesight.
                  | (SInv) [potion of mutation]
164016 | Depths:4 | Lost mutation: You have supernaturally acute eyesight.
                  | (SInv) [potion of mutation]
164016 | Depths:4 | Gained mutation: Your magical capacity is low. (-10% MP)
                  | [potion of mutation]
164016 | Depths:4 | Gained mutation: You are covered in fur. (AC +1) [potion of
                  | mutation]
164016 | Depths:4 | Gained mutation: Your flesh is heat resistant. (rF+)
                  | [potion of mutation]
164016 | Depths:4 | Gained mutation: You are somewhat resistant to further
                  | mutation. [potion of mutation]
164017 | Depths:4 | Lost mutation: You are somewhat resistant to further
                  | mutation. [potion of mutation]
164017 | Depths:4 | Lost mutation: Your flesh is heat resistant. (rF+) [potion
                  | of mutation]
164017 | Depths:4 | Gained mutation: Your mind is acute. (Int +2) [potion of
                  | mutation]
164017 | Depths:4 | Gained mutation: You have very sharp teeth. [potion of
                  | mutation]
164018 | Depths:4 | Lost mutation: Your magical capacity is low. (-10% MP)
                  | [potion of mutation]
164018 | Depths:4 | Lost mutation: Your mind is acute. (Int +2) [potion of
                  | mutation]
164018 | Depths:4 | Gained mutation: Your muscles are strong. (Str +2) [potion
                  | of mutation]
164018 | Depths:4 | Gained mutation: You are frail. (-10% HP) [potion of
                  | mutation]
164018 | Depths:4 | Gained mutation: Your mind is acute. (Int +2) [potion of
                  | mutation]
164019 | Depths:4 | Lost mutation: You are frail. (-10% HP) [potion of
                  | mutation]
164019 | Depths:4 | Lost mutation: Your muscles are strong. (Str +2) [potion of
                  | mutation]
164019 | Depths:4 | Lost mutation: You are covered in fur. (AC +1) [potion of
                  | mutation]
164019 | Depths:4 | Gained mutation: You sometimes lose the ability to read
                  | scrolls when taking damage. [potion of mutation]
164019 | Depths:4 | Gained mutation: You are strong-willed. (Will+) [potion of
                  | mutation]
164020 | Depths:4 | Lost mutation: You are strong-willed. (Will+) [potion of
                  | mutation]
164020 | Depths:4 | Lost mutation: You sometimes lose the ability to read
                  | scrolls when taking damage. [potion of mutation]
164020 | Depths:4 | Lost mutation: You have very sharp teeth. [potion of
                  | mutation]
164020 | Depths:4 | Gained mutation: Your spells are a little easier to cast,
                  | but a little less powerful. [potion of mutation]
164020 | Depths:4 | Gained mutation: You passively dampen the noise of your
                  | surroundings. [potion of mutation]
164020 | Depths:4 | Gained mutation: You have a pair of small antennae on your
                  | head. [potion of mutation]
164021 | Depths:4 | Lost mutation: Your mind is acute. (Int +2) [potion of
                  | mutation]
164021 | Depths:4 | Lost mutation: You have a pair of small antennae on your
                  | head. [potion of mutation]
164021 | Depths:4 | Gained mutation: Your mind is acute. (Int +2) [potion of
                  | mutation]
164022 | Depths:4 | Lost mutation: Your spells are a little easier to cast, but
                  | a little less powerful. [potion of mutation]
164022 | Depths:4 | Lost mutation: You passively dampen the noise of your
                  | surroundings. [potion of mutation]
164022 | Depths:4 | Gained mutation: You have a pair of small horns on your
                  | head. [potion of mutation]
164022 | Depths:4 | Lost mutation: Your mind is acute. (Int +2) [potion of
                  | mutation]
164022 | Depths:4 | Gained mutation: You passively dampen the noise of your
                  | surroundings. [potion of mutation]
164022 | Depths:4 | Gained mutation: Your flesh is heat resistant. (rF+)
                  | [potion of mutation]
164023 | Depths:4 | Lost mutation: You have a pair of small horns on your head.
                  | [potion of mutation]
164023 | Depths:4 | Lost mutation: Your flesh is heat resistant. (rF+) [potion
                  | of mutation]
164023 | Depths:4 | Gained mutation: You have a somewhat thin skeletal
                  | structure. (Dex +2, Stealth+) [potion of mutation]
164023 | Depths:4 | Gained mutation: You have hidden genetic potential. [potion
                  | of mutation]
164023 | Depths:4 | Gained mutation: You have a pair of small horns on your
                  | head. [potion of mutation]
164024 | Depths:4 | Lost mutation: You passively dampen the noise of your
                  | surroundings. [potion of mutation]
164024 | Depths:4 | Lost mutation: You have hidden genetic potential. [potion
                  | of mutation]
164024 | Depths:4 | Lost mutation: You have a somewhat thin skeletal structure.
                  | (Dex +2, Stealth+) [potion of mutation]
164024 | Depths:4 | Gained mutation: You possess an exceptional clarity of
                  | mind. [potion of mutation]
164024 | Depths:4 | Gained mutation: You are weak. (Str -2) [potion of
                  | mutation]
164024 | Depths:4 | Gained mutation: You are very weak. (Str -4) [potion of
                  | mutation]
164024 | Depths:4 | Gained mutation: You are covered in fur. (AC +1) [potion of
                  | mutation]
164025 | Depths:4 | Lost mutation: You possess an exceptional clarity of mind.
                  | [potion of mutation]
164025 | Depths:4 | Lost mutation: You are covered in fur. (AC +1) [potion of
                  | mutation]
164025 | Depths:4 | Gained mutation: You occasionally shout uncontrollably at
                  | your foes. [potion of mutation]
164025 | Depths:4 | Gained mutation: Your spells are a little harder to cast,
                  | but a little more powerful. [potion of mutation]
164025 | Depths:4 | Gained mutation: You sometimes lose the ability to read
                  | scrolls when taking damage. [potion of mutation]
164026 | Depths:4 | Lost mutation: You have a pair of small horns on your head.
                  | [potion of mutation]
164026 | Depths:4 | Lost mutation: You sometimes lose the ability to read
                  | scrolls when taking damage. [potion of mutation]
164026 | Depths:4 | Gained mutation: Your flesh is heat resistant. (rF+)
                  | [potion of mutation]
164026 | Depths:4 | Gained mutation: You tend to lose your temper in combat.
                  | [potion of mutation]
164026 | Depths:4 | Lost mutation: Your spells are a little harder to cast, but
                  | a little more powerful. [potion of mutation]
164026 | Depths:4 | Gained mutation: Your mind is acute. (Int +2) [potion of
                  | mutation]
164027 | Depths:4 | Lost mutation: Your flesh is heat resistant. (rF+) [potion
                  | of mutation]
164027 | Depths:4 | Lost mutation: Your mind is acute. (Int +2) [potion of
                  | mutation]
164027 | Depths:4 | Lost mutation: You tend to lose your temper in combat.
                  | [potion of mutation]
164027 | Depths:4 | Gained mutation: You are frail. (-10% HP) [potion of
                  | mutation]
164028 | Depths:4 | Lost mutation: You occasionally shout uncontrollably at
                  | your foes. [potion of mutation]
164028 | Depths:4 | Lost mutation: You are frail. (-10% HP) [potion of
                  | mutation]
164028 | Depths:4 | Gained mutation: You expend magic power (3 MP) to
                  | strengthen your wands. [potion of mutation]
164028 | Depths:4 | Gained mutation: You sometimes lose the ability to read
                  | scrolls when taking damage. [potion of mutation]
164028 | Depths:4 | Gained mutation: Your body sometimes deteriorates upon
                  | taking damage. [potion of mutation]
164028 | Depths:4 | Gained mutation: You are strong-willed. (Will+) [potion of
                  | mutation]
164029 | Depths:4 | Lost mutation: Your body sometimes deteriorates upon taking
                  | damage. [potion of mutation]
164029 | Depths:4 | Lost mutation: You expend magic power (3 MP) to strengthen
                  | your wands. [potion of mutation]
164029 | Depths:4 | Lost mutation: You are very weak. (Str -4) [potion of
                  | mutation]
164029 | Depths:4 | Gained mutation: You have sharp toenails. [potion of
                  | mutation]
164029 | Depths:4 | Gained mutation: Armour fits poorly on your strangely
                  | shaped body. [potion of mutation]
164029 | Depths:4 | Gained mutation: A frigid envelope surrounds you and
                  | freezes all who hurt you. [potion of mutation]
164030 | Depths:4 | Lost mutation: You sometimes lose the ability to read
                  | scrolls when taking damage. [potion of mutation]
164030 | Depths:4 | Lost mutation: Armour fits poorly on your strangely shaped
                  | body. [potion of mutation]
164030 | Depths:4 | Lost mutation: You are strong-willed. (Will+) [potion of
                  | mutation]
164030 | Depths:4 | Gained mutation: You sometimes lose the ability to read
                  | scrolls when taking damage. [potion of mutation]
164030 | Depths:4 | Gained mutation: You are agile. (Dex +2) [potion of
                  | mutation]
164031 | Depths:4 | Lost mutation: You have sharp toenails. [potion of
                  | mutation]
164031 | Depths:4 | Lost mutation: A frigid envelope surrounds you and freezes
                  | all who hurt you. [potion of mutation]
164031 | Depths:4 | Gained mutation: You tend to lose your temper in combat.
                  | [potion of mutation]
164031 | Depths:4 | Gained mutation: You are very agile. (Dex +4) [potion of
                  | mutation]
164032 | Depths:4 | Lost mutation: You tend to lose your temper in combat.
                  | [potion of mutation]
164032 | Depths:4 | Lost mutation: You are very agile. (Dex +4) [potion of
                  | mutation]
164032 | Depths:4 | Gained mutation: A frigid envelope surrounds you and
                  | freezes all who hurt you. [potion of mutation]
164033 | Depths:4 | Lost mutation: You are weak. (Str -2) [potion of mutation]
164033 | Depths:4 | Lost mutation: A frigid envelope surrounds you and freezes
                  | all who hurt you. [potion of mutation]
164033 | Depths:4 | Gained mutation: Your system is resistant to poisons.
                  | (rPois) [potion of mutation]
164033 | Depths:4 | Gained mutation: You have a pair of small horns on your
                  | head. [potion of mutation]
164034 | Depths:4 | Lost mutation: You sometimes lose the ability to read
                  | scrolls when taking damage. [potion of mutation]
164034 | Depths:4 | Lost mutation: You are agile. (Dex +2) [potion of mutation]
164035 | Depths:4 | Lost mutation: You have a pair of small horns on your head.
                  | [potion of mutation]
164035 | Depths:4 | Lost mutation: Your system is resistant to poisons. (rPois)
                  | [potion of mutation]
164035 | Depths:4 | Gained mutation: You sometimes lose the ability to read
                  | scrolls when taking damage. [potion of mutation]
164035 | Depths:4 | Gained mutation: You have a pair of small horns on your
                  | head. [potion of mutation]
164035 | Depths:4 | Gained mutation: Your mind is acute. (Int +2) [potion of
                  | mutation]
164036 | Depths:4 | Lost mutation: You have a pair of small horns on your head.
                  | [potion of mutation]
164036 | Depths:4 | Lost mutation: Your mind is acute. (Int +2) [potion of
                  | mutation]
164036 | Depths:4 | Lost mutation: You sometimes lose the ability to read
                  | scrolls when taking damage. [potion of mutation]
164036 | Depths:4 | Gained mutation: You are weak. (Str -2) [potion of
                  | mutation]
164036 | Depths:4 | Gained mutation: You sometimes lose the ability to read
                  | scrolls when taking damage. [potion of mutation]
164036 | Depths:4 | Gained mutation: You have a pair of small horns on your
                  | head. [potion of mutation]
164036 | Depths:4 | Gained mutation: Your natural rate of healing is unusually
                  | fast. [potion of mutation]
164037 | Depths:4 | Lost mutation: You have a pair of small horns on your head.
                  | [potion of mutation]
164037 | Depths:4 | Lost mutation: You sometimes lose the ability to read
                  | scrolls when taking damage. [potion of mutation]
164037 | Depths:4 | Gained mutation: Your magical capacity is low. (-10% MP)
                  | [potion of mutation]
164038 | Depths:4 | Lost mutation: You are weak. (Str -2) [potion of mutation]
164038 | Depths:4 | Lost mutation: Your natural rate of healing is unusually
                  | fast. [potion of mutation]
164038 | Depths:4 | Lost mutation: Your magical capacity is low. (-10% MP)
                  | [potion of mutation]
164038 | Depths:4 | Gained mutation: Your body sometimes deteriorates upon
                  | taking damage. [potion of mutation]
164038 | Depths:4 | Gained mutation: You are weak. (Str -2) [potion of
                  | mutation]
164038 | Depths:4 | Gained mutation: You have an increased reservoir of magic.
                  | (+10% MP) [potion of mutation]
164039 | Depths:4 | Lost mutation: You are weak. (Str -2) [potion of mutation]
164039 | Depths:4 | Lost mutation: Your body sometimes deteriorates upon taking
                  | damage. [potion of mutation]
164039 | Depths:4 | Lost mutation: You have an increased reservoir of magic.
                  | (+10% MP) [potion of mutation]
164039 | Depths:4 | Gained mutation: Your body sometimes deteriorates upon
                  | taking damage. [potion of mutation]
164039 | Depths:4 | Gained mutation: Your muscles are strong. (Str +2) [potion
                  | of mutation]
164039 | Depths:4 | Gained mutation: Your flesh is cold resistant. (rC+)
                  | [potion of mutation]
164040 | Depths:4 | Lost mutation: Your muscles are strong. (Str +2) [potion of
                  | mutation]
164040 | Depths:4 | Lost mutation: Your flesh is cold resistant. (rC+) [potion
                  | of mutation]
164040 | Depths:4 | Gained mutation: You have a pair of small horns on your
                  | head. [potion of mutation]
164040 | Depths:4 | Gained mutation: You are strong-willed. (Will+) [potion of
                  | mutation]
164041 | Depths:4 | Lost mutation: You are strong-willed. (Will+) [potion of
                  | mutation]
164041 | Depths:4 | Lost mutation: Your body sometimes deteriorates upon taking
                  | damage. [potion of mutation]
164041 | Depths:4 | Gained mutation: Your spells are a little easier to cast,
                  | but a little less powerful. [potion of mutation]
164041 | Depths:4 | Gained mutation: You are agile. (Dex +2) [potion of
                  | mutation]
164042 | Depths:4 | Lost mutation: You are agile. (Dex +2) [potion of mutation]
164042 | Depths:4 | Lost mutation: You have a pair of small horns on your head.
                  | [potion of mutation]
164042 | Depths:4 | Gained mutation: You are weak. (Str -2) [potion of
                  | mutation]
164042 | Depths:4 | Gained mutation: A frigid envelope surrounds you and
                  | freezes all who hurt you. [potion of mutation]
164043 | Depths:4 | Lost mutation: A frigid envelope surrounds you and freezes
                  | all who hurt you. [potion of mutation]
164043 | Depths:4 | Lost mutation: Your spells are a little easier to cast, but
                  | a little less powerful. [potion of mutation]
164043 | Depths:4 | Lost mutation: You are weak. (Str -2) [potion of mutation]
164043 | Depths:4 | Gained mutation: You are strong-willed. (Will+) [potion of
                  | mutation]
164044 | Depths:4 | Lost mutation: You are strong-willed. (Will+) [potion of
                  | mutation]
164044 | Depths:4 | Gained mutation: You are clumsy. (Dex -2) [potion of
                  | mutation]
164045 | Depths:4 | Lost mutation: You are clumsy. (Dex -2) [potion of
                  | mutation]
164045 | Depths:4 | Gained mutation: Potions are less effective at restoring
                  | your health. [potion of mutation]
164046 | Depths:4 | Lost mutation: Potions are less effective at restoring your
                  | health. [potion of mutation]
164046 | Depths:4 | Gained mutation: You have sharp toenails. [potion of
                  | mutation]
164046 | Depths:4 | Gained mutation: Your mind is acute. (Int +2) [potion of
                  | mutation]
164046 | Depths:4 | Gained mutation: You have an increased reservoir of magic.
                  | (+10% MP) [potion of mutation]
164047 | Depths:4 | Lost mutation: You have an increased reservoir of magic.
                  | (+10% MP) [potion of mutation]
164047 | Depths:4 | Lost mutation: Your mind is acute. (Int +2) [potion of
                  | mutation]
164047 | Depths:4 | Lost mutation: You have sharp toenails. [potion of
                  | mutation]
164047 | Depths:4 | Gained mutation: Your mind is acute. (Int +2) [potion of
                  | mutation]
164047 | Depths:4 | Gained mutation: You have a pair of small antennae on your
                  | head. [potion of mutation]
164048 | Depths:4 | Lost mutation: Your mind is acute. (Int +2) [potion of
                  | mutation]
164048 | Depths:4 | Lost mutation: You have a pair of small antennae on your
                  | head. [potion of mutation]
164048 | Depths:4 | Gained mutation: You are frail. (-10% HP) [potion of
                  | mutation]
164048 | Depths:4 | Gained mutation: You do not regenerate when monsters are
                  | visible. [potion of mutation]
164048 | Depths:4 | Gained mutation: You are very frail. (-20% HP) [potion of
                  | mutation]
164048 | Depths:4 | Gained mutation: Your flesh is heat resistant. (rF+)
                  | [potion of mutation]
164049 | Depths:4 | Lost mutation: You do not regenerate when monsters are
                  | visible. [potion of mutation]
164049 | Depths:4 | Lost mutation: Your flesh is heat resistant. (rF+) [potion
                  | of mutation]
164049 | Depths:4 | Lost mutation: You are very frail. (-20% HP) [potion of
                  | mutation]
164049 | Depths:4 | Gained mutation: Your magical capacity is low. (-10% MP)
                  | [potion of mutation]
164049 | Depths:4 | Gained mutation: You occasionally shout uncontrollably at
                  | your foes. [potion of mutation]
164049 | Depths:4 | Gained mutation: You have large cloven feet. [potion of
                  | mutation]
164050 | Depths:4 | Lost mutation: Your magical capacity is low. (-10% MP)
                  | [potion of mutation]
164050 | Depths:4 | Lost mutation: You are frail. (-10% HP) [potion of
                  | mutation]
164050 | Depths:4 | Lost mutation: You occasionally shout uncontrollably at
                  | your foes. [potion of mutation]
164050 | Depths:4 | Gained mutation: Your body sometimes deteriorates upon
                  | taking damage. [potion of mutation]
164050 | Depths:4 | Gained mutation: You are strong-willed. (Will+) [potion of
                  | mutation]
164050 | Depths:4 | Gained mutation: You are highly strong-willed. (Will++)
                  | [potion of mutation]
164051 | Depths:4 | Lost mutation: You are highly strong-willed. (Will++)
                  | [potion of mutation]
164051 | Depths:4 | Lost mutation: You have large cloven feet. [potion of
                  | mutation]
164051 | Depths:4 | Lost mutation: Your body sometimes deteriorates upon taking
                  | damage. [potion of mutation]
164051 | Depths:4 | Gained mutation: Your flesh is heat resistant. (rF+)
                  | [potion of mutation]
164051 | Depths:4 | Gained mutation: Armour fits poorly on your strangely
                  | shaped body. [potion of mutation]
164051 | Depths:4 | Gained mutation: You have an increased reservoir of magic.
                  | (+10% MP) [potion of mutation]
164052 | Depths:4 | Lost mutation: You have an increased reservoir of magic.
                  | (+10% MP) [potion of mutation]
164052 | Depths:4 | Lost mutation: You are strong-willed. (Will+) [potion of
                  | mutation]
164052 | Depths:4 | Gained mutation: Your body sometimes deteriorates upon
                  | taking damage. [potion of mutation]
164052 | Depths:4 | Gained mutation: You are dopey. (Int -2) [potion of
                  | mutation]
164052 | Depths:4 | Gained mutation: You passively map a small area around you.
                  | [potion of mutation]
164053 | Depths:4 | Lost mutation: Armour fits poorly on your strangely shaped
                  | body. [potion of mutation]
164053 | Depths:4 | Lost mutation: You are dopey. (Int -2) [potion of mutation]
164053 | Depths:4 | Lost mutation: Your flesh is heat resistant. (rF+) [potion
                  | of mutation]
164053 | Depths:4 | Gained mutation: You are frail. (-10% HP) [potion of
                  | mutation]
164053 | Depths:4 | Gained mutation: You expend magic power (3 MP) to
                  | strengthen your wands. [potion of mutation]
164054 | Depths:4 | Lost mutation: You passively map a small area around you.
                  | [potion of mutation]
164054 | Depths:4 | Lost mutation: You are frail. (-10% HP) [potion of
                  | mutation]
164054 | Depths:4 | Gained mutation: You have a beak for a mouth. [potion of
                  | mutation]
164054 | Depths:4 | Gained mutation: You are frail. (-10% HP) [potion of
                  | mutation]
164055 | Depths:4 | Lost mutation: You are frail. (-10% HP) [potion of
                  | mutation]
164055 | Depths:4 | Lost mutation: You expend magic power (3 MP) to strengthen
                  | your wands. [potion of mutation]
164055 | Depths:4 | Lost mutation: You have a beak for a mouth. [potion of
                  | mutation]
164055 | Depths:4 | Gained mutation: Your muscles are strong. (Str +2) [potion
                  | of mutation]
164055 | Depths:4 | Gained mutation: You are clumsy. (Dex -2) [potion of
                  | mutation]
164055 | Depths:4 | Gained mutation: Your spells are a little harder to cast,
                  | but a little more powerful. [potion of mutation]
164056 | Depths:4 | Lost mutation: Your body sometimes deteriorates upon taking
                  | damage. [potion of mutation]
164056 | Depths:4 | Lost mutation: You are clumsy. (Dex -2) [potion of
                  | mutation]
164056 | Depths:4 | Lost mutation: Your spells are a little harder to cast, but
                  | a little more powerful. [potion of mutation]
164056 | Depths:4 | Gained mutation: Your flesh is heat resistant. (rF+)
                  | [potion of mutation]
164057 | Depths:4 | Lost mutation: Your muscles are strong. (Str +2) [potion of
                  | mutation]
164057 | Depths:4 | Lost mutation: Your flesh is heat resistant. (rF+) [potion
                  | of mutation]
164057 | Depths:4 | Gained mutation: Your flesh is cold resistant. (rC+)
                  | [potion of mutation]
164057 | Depths:4 | Gained mutation: You are agile. (Dex +2) [potion of
                  | mutation]
164058 | Depths:4 | Lost mutation: Your flesh is cold resistant. (rC+) [potion
                  | of mutation]
164058 | Depths:4 | Lost mutation: You are agile. (Dex +2) [potion of mutation]
164058 | Depths:4 | Gained mutation: You are resistant to electric shocks.
                  | (rElec) [potion of mutation]
164058 | Depths:4 | Gained mutation: You sometimes lose the ability to read
                  | scrolls when taking damage. [potion of mutation]
164059 | Depths:4 | Lost mutation: You sometimes lose the ability to read
                  | scrolls when taking damage. [potion of mutation]
164059 | Depths:4 | Lost mutation: You are resistant to electric shocks.
                  | (rElec) [potion of mutation]
164059 | Depths:4 | Gained mutation: You passively map a small area around you.
                  | [potion of mutation]
164059 | Depths:4 | Gained mutation: You have a pair of small horns on your
                  | head. [potion of mutation]
164060 | Depths:4 | Lost mutation: You passively map a small area around you.
                  | [potion of mutation]
164060 | Depths:4 | Lost mutation: You have a pair of small horns on your head.
                  | [potion of mutation]
164060 | Depths:4 | Gained mutation: You have a pair of small antennae on your
                  | head. [potion of mutation]
164060 | Depths:4 | Gained mutation: You are dopey. (Int -2) [potion of
                  | mutation]
164060 | Depths:4 | Lost mutation: You have a pair of small antennae on your
                  | head. [potion of mutation]
164060 | Depths:4 | Gained mutation: You are somewhat resistant to further
                  | mutation. [potion of mutation]
164061 | Depths:4 | Lost mutation: You are somewhat resistant to further
                  | mutation. [potion of mutation]
164061 | Depths:4 | Lost mutation: You are dopey. (Int -2) [potion of mutation]
164061 | Depths:4 | Gained mutation: You have hidden genetic defects. [potion
                  | of mutation]
164061 | Depths:4 | Lost mutation: You have hidden genetic defects. [potion of
                  | mutation]
164062 | Depths:4 | Gained mutation: Your body sometimes deteriorates upon
                  | taking damage. [potion of mutation]
164062 | Depths:4 | Gained mutation: You have sharp toenails. [potion of
                  | mutation]
164063 | Depths:4 | Lost mutation: You have sharp toenails. [potion of
                  | mutation]
164063 | Depths:4 | Lost mutation: Your body sometimes deteriorates upon taking
                  | damage. [potion of mutation]
164063 | Depths:4 | Gained mutation: You expend magic power (3 MP) to
                  | strengthen your wands. [potion of mutation]
164063 | Depths:4 | Gained mutation: You have hidden genetic potential. [potion
                  | of mutation]
164063 | Depths:4 | Gained mutation: Potions are less effective at restoring
                  | your health. [potion of mutation]
164064 | Depths:4 | Lost mutation: Potions are less effective at restoring your
                  | health. [potion of mutation]
164064 | Depths:4 | Lost mutation: You expend magic power (3 MP) to strengthen
                  | your wands. [potion of mutation]
164064 | Depths:4 | Gained mutation: You are weak. (Str -2) [potion of
                  | mutation]
164064 | Depths:4 | Gained mutation: You have a pair of small horns on your
                  | head. [potion of mutation]
164065 | Depths:4 | Lost mutation: You have hidden genetic potential. [potion
                  | of mutation]
164065 | Depths:4 | Lost mutation: You are weak. (Str -2) [potion of mutation]
164065 | Depths:4 | Gained mutation: You are dopey. (Int -2) [potion of
                  | mutation]
164065 | Depths:4 | Gained mutation: You tend to lose your temper in combat.
                  | [potion of mutation]
164066 | Depths:4 | Lost mutation: You are dopey. (Int -2) [potion of mutation]
164066 | Depths:4 | Lost mutation: You have a pair of small horns on your head.
                  | [potion of mutation]
164066 | Depths:4 | Gained mutation: You are frail. (-10% HP) [potion of
                  | mutation]
164066 | Depths:4 | Gained mutation: You are somewhat resistant to further
                  | mutation. [potion of mutation]
164066 | Depths:4 | Lost mutation: You tend to lose your temper in combat.
                  | [potion of mutation]
164067 | Depths:4 | Lost mutation: You are somewhat resistant to further
                  | mutation. [potion of mutation]
164067 | Depths:4 | Lost mutation: You are frail. (-10% HP) [potion of
                  | mutation]
164067 | Depths:4 | Gained mutation: You have hidden genetic defects. [potion
                  | of mutation]
164068 | Depths:4 | Lost mutation: You have hidden genetic defects. [potion of
                  | mutation]
164068 | Depths:4 | Gained mutation: You sometimes lose the ability to read
                  | scrolls when taking damage. [potion of mutation]
164068 | Depths:4 | Gained mutation: You are weak. (Str -2) [potion of
                  | mutation]
164068 | Depths:4 | Gained mutation: You have a somewhat thin skeletal
                  | structure. (Dex +2, Stealth+) [potion of mutation]
164069 | Depths:4 | Lost mutation: You have a somewhat thin skeletal structure.
                  | (Dex +2, Stealth+) [potion of mutation]
164069 | Depths:4 | Lost mutation: You are weak. (Str -2) [potion of mutation]
164069 | Depths:4 | Lost mutation: You sometimes lose the ability to read
                  | scrolls when taking damage. [potion of mutation]
164069 | Depths:4 | Gained mutation: You expend magic power (3 MP) to
                  | strengthen your wands. [potion of mutation]
164069 | Depths:4 | Gained mutation: You passively map a small area around you.
                  | [potion of mutation]
164070 | Depths:4 | Lost mutation: You expend magic power (3 MP) to strengthen
                  | your wands. [potion of mutation]
164070 | Depths:4 | Lost mutation: You passively map a small area around you.
                  | [potion of mutation]
164070 | Depths:4 | Gained mutation: Your flesh is heat resistant. (rF+)
                  | [potion of mutation]
164070 | Depths:4 | Gained mutation: You have hidden genetic potential. [potion
                  | of mutation]
164071 | Depths:4 | Lost mutation: Your flesh is heat resistant. (rF+) [potion
                  | of mutation]
164071 | Depths:4 | Lost mutation: You have hidden genetic potential. [potion
                  | of mutation]
164071 | Depths:4 | Gained mutation: You have sharp toenails. [potion of
                  | mutation]
164071 | Depths:4 | Gained mutation: Your body sometimes deteriorates upon
                  | taking damage. [potion of mutation]
164071 | Depths:4 | Gained mutation: You have supernaturally acute eyesight.
                  | (SInv) [potion of mutation]
164071 | Depths:4 | Gained mutation: You are partially covered in large bone
                  | plates. (SH +4) [potion of mutation]
164072 | Depths:4 | Lost mutation: You are partially covered in large bone
                  | plates. (SH +4) [potion of mutation]
164072 | Depths:4 | Lost mutation: Your body sometimes deteriorates upon taking
                  | damage. [potion of mutation]
164072 | Depths:4 | Lost mutation: You have supernaturally acute eyesight.
                  | (SInv) [potion of mutation]
164072 | Depths:4 | Gained mutation: You are robust. (+10% HP) [potion of
                  | mutation]
164072 | Depths:4 | Gained mutation: You tend to lose your temper in combat.
                  | [potion of mutation]
164072 | Depths:4 | Gained mutation: You passively dampen the noise of your
                  | surroundings. [potion of mutation]
164072 | Depths:4 | Gained mutation: You expend magic power (3 MP) to
                  | strengthen your wands. [potion of mutation]
164073 | Depths:4 | Lost mutation: You have sharp toenails. [potion of
                  | mutation]
164073 | Depths:4 | Lost mutation: You tend to lose your temper in combat.
                  | [potion of mutation]
164073 | Depths:4 | Lost mutation: You are robust. (+10% HP) [potion of
                  | mutation]
164073 | Depths:4 | Gained mutation: You have hidden genetic potential. [potion
                  | of mutation]
164074 | Depths:4 | Lost mutation: You expend magic power (3 MP) to strengthen
                  | your wands. [potion of mutation]
164074 | Depths:4 | Lost mutation: You have hidden genetic potential. [potion
                  | of mutation]
164074 | Depths:4 | Gained mutation: You expend magic power (3 MP) to
                  | strengthen your wands. [potion of mutation]
164074 | Depths:4 | Gained mutation: Your mind is acute. (Int +2) [potion of
                  | mutation]
164075 | Depths:4 | Lost mutation: You expend magic power (3 MP) to strengthen
                  | your wands. [potion of mutation]
164075 | Depths:4 | Lost mutation: Your mind is acute. (Int +2) [potion of
                  | mutation]
164075 | Depths:4 | Gained mutation: Armour fits poorly on your strangely
                  | shaped body. [potion of mutation]
164075 | Depths:4 | Gained mutation: You occasionally shout uncontrollably at
                  | your foes. [potion of mutation]
164075 | Depths:4 | Gained mutation: Your spells are a little harder to cast,
                  | but a little more powerful. [potion of mutation]
164076 | Depths:4 | Lost mutation: Armour fits poorly on your strangely shaped
                  | body. [potion of mutation]
164076 | Depths:4 | Lost mutation: Your spells are a little harder to cast, but
                  | a little more powerful. [potion of mutation]
164076 | Depths:4 | Lost mutation: You passively dampen the noise of your
                  | surroundings. [potion of mutation]
164076 | Depths:4 | Gained mutation: You frequently scream uncontrollably at
                  | your foes. [potion of mutation]
164076 | Depths:4 | Gained mutation: Your mind is acute. (Int +2) [potion of
                  | mutation]
164076 | Depths:4 | Gained mutation: You are agile. (Dex +2) [potion of
                  | mutation]
164076 | Depths:4 | Gained mutation: You have sharp toenails. [potion of
                  | mutation]
164077 | Depths:4 | Lost mutation: You are agile. (Dex +2) [potion of mutation]
164077 | Depths:4 | Lost mutation: You frequently scream uncontrollably at your
                  | foes. [potion of mutation]
164077 | Depths:4 | Gained mutation: Your body sometimes deteriorates upon
                  | taking damage. [potion of mutation]
164077 | Depths:4 | Gained mutation: Your spells are a little harder to cast,
                  | but a little more powerful. [potion of mutation]
164077 | Depths:4 | Gained mutation: You have a pair of small horns on your
                  | head. [potion of mutation]
164078 | Depths:4 | Lost mutation: You have sharp toenails. [potion of
                  | mutation]
164078 | Depths:4 | Lost mutation: Your spells are a little harder to cast, but
                  | a little more powerful. [potion of mutation]
164078 | Depths:4 | Gained mutation: Your spells are a little easier to cast,
                  | but a little less powerful. [potion of mutation]
164078 | Depths:4 | Gained mutation: You expend magic power (3 MP) to
                  | strengthen your wands. [potion of mutation]
164079 | Depths:4 | Lost mutation: You expend magic power (3 MP) to strengthen
                  | your wands. [potion of mutation]
164079 | Depths:4 | Lost mutation: Your mind is acute. (Int +2) [potion of
                  | mutation]
164079 | Depths:4 | Lost mutation: You have a pair of small horns on your head.
                  | [potion of mutation]
164079 | Depths:4 | Gained mutation: You are frail. (-10% HP) [potion of
                  | mutation]
164080 | Depths:4 | Lost mutation: Your spells are a little easier to cast, but
                  | a little less powerful. [potion of mutation]
164080 | Depths:4 | Lost mutation: You occasionally shout uncontrollably at
                  | your foes. [potion of mutation]
164080 | Depths:4 | Lost mutation: You are frail. (-10% HP) [potion of
                  | mutation]
164080 | Depths:4 | Gained mutation: You are resistant to electric shocks.
                  | (rElec) [potion of mutation]
164081 | Depths:4 | Lost mutation: Your body sometimes deteriorates upon taking
                  | damage. [potion of mutation]
164081 | Depths:4 | Lost mutation: You are resistant to electric shocks.
                  | (rElec) [potion of mutation]
164081 | Depths:4 | Gained mutation: Potions are less effective at restoring
                  | your health. [potion of mutation]
164081 | Depths:4 | Gained mutation: Your flesh is cold resistant. (rC+)
                  | [potion of mutation]
164081 | Depths:4 | Gained mutation: You possess an exceptional clarity of
                  | mind. [potion of mutation]
164082 | Depths:4 | Lost mutation: Potions are less effective at restoring your
                  | health. [potion of mutation]
164082 | Depths:4 | Lost mutation: You possess an exceptional clarity of mind.
                  | [potion of mutation]
164082 | Depths:4 | Lost mutation: Your flesh is cold resistant. (rC+) [potion
                  | of mutation]
164082 | Depths:4 | Gained mutation: You do not regenerate when monsters are
                  | visible. [potion of mutation]
164082 | Depths:4 | Gained mutation: You have sharp toenails. [potion of
                  | mutation]
164082 | Depths:4 | Gained mutation: Your system is resistant to poisons.
                  | (rPois) [potion of mutation]
164083 | Depths:4 | Lost mutation: You have sharp toenails. [potion of
                  | mutation]
164083 | Depths:4 | Lost mutation: Your system is resistant to poisons. (rPois)
                  | [potion of mutation]
164083 | Depths:4 | Gained mutation: You expend magic power (3 MP) to
                  | strengthen your wands. [potion of mutation]
164084 | Depths:4 | Lost mutation: You do not regenerate when monsters are
                  | visible. [potion of mutation]
164084 | Depths:4 | Lost mutation: You expend magic power (3 MP) to strengthen
                  | your wands. [potion of mutation]
164084 | Depths:4 | Gained mutation: You have a pair of small horns on your
                  | head. [potion of mutation]
164085 | Depths:4 | Lost mutation: You have a pair of small horns on your head.
                  | [potion of mutation]
164085 | Depths:4 | Gained mutation: You sometimes lose the ability to read
                  | scrolls when taking damage. [potion of mutation]
164086 | Depths:4 | Lost mutation: You sometimes lose the ability to read
                  | scrolls when taking damage. [potion of mutation]
164086 | Depths:4 | Gained mutation: Your magical capacity is low. (-10% MP)
                  | [potion of mutation]
164086 | Depths:4 | Gained mutation: You sometimes lose the ability to read
                  | scrolls when taking damage. [potion of mutation]
164086 | Depths:4 | Gained mutation: You have sharp toenails. [potion of
                  | mutation]
164087 | Depths:4 | Lost mutation: Your magical capacity is low. (-10% MP)
                  | [potion of mutation]
164087 | Depths:4 | Lost mutation: You have sharp toenails. [potion of
                  | mutation]
164087 | Depths:4 | Lost mutation: You sometimes lose the ability to read
                  | scrolls when taking damage. [potion of mutation]
164087 | Depths:4 | Gained mutation: Armour fits poorly on your strangely
                  | shaped body. [potion of mutation]
164087 | Depths:4 | Gained mutation: You are covered in fur. (AC +1) [potion of
                  | mutation]
164087 | Depths:4 | Gained mutation: You passively map a small area around you.
                  | [potion of mutation]
164088 | Depths:4 | Lost mutation: You passively map a small area around you.
                  | [potion of mutation]
164088 | Depths:4 | Lost mutation: Armour fits poorly on your strangely shaped
                  | body. [potion of mutation]
164088 | Depths:4 | Lost mutation: You are covered in fur. (AC +1) [potion of
                  | mutation]
164088 | Depths:4 | Gained mutation: You are strong-willed. (Will+) [potion of
                  | mutation]
164088 | Depths:4 | Gained mutation: You are covered in fur. (AC +1) [potion of
                  | mutation]
164088 | Depths:4 | Gained mutation: You are frail. (-10% HP) [potion of
                  | mutation]
164088 | Depths:4 | Gained mutation: You have a pair of small horns on your
                  | head. [potion of mutation]
164089 | Depths:4 | Lost mutation: You are frail. (-10% HP) [potion of
                  | mutation]
164089 | Depths:4 | Lost mutation: You have a pair of small horns on your head.
                  | [potion of mutation]
164089 | Depths:4 | Gained mutation: Your spells are a little easier to cast,
                  | but a little less powerful. [potion of mutation]
164089 | Depths:4 | Gained mutation: You expend magic power (3 MP) to
                  | strengthen your wands. [potion of mutation]
164090 | Depths:4 | Lost mutation: You are covered in fur. (AC +1) [potion of
                  | mutation]
164090 | Depths:4 | Lost mutation: Your spells are a little easier to cast, but
                  | a little less powerful. [potion of mutation]
164090 | Depths:4 | Lost mutation: You expend magic power (3 MP) to strengthen
                  | your wands. [potion of mutation]
164090 | Depths:4 | Gained mutation: You are highly strong-willed. (Will++)
                  | [potion of mutation]
164090 | Depths:4 | Gained mutation: Your flesh is cold resistant. (rC+)
                  | [potion of mutation]
164091 | Depths:4 | Lost mutation: Your flesh is cold resistant. (rC+) [potion
                  | of mutation]
164091 | Depths:4 | Lost mutation: You are highly strong-willed. (Will++)
                  | [potion of mutation]
164091 | Depths:4 | Lost mutation: You are strong-willed. (Will+) [potion of
                  | mutation]
164091 | Depths:4 | Gained mutation: Your mind is acute. (Int +2) [potion of
                  | mutation]
164091 | Depths:4 | Gained mutation: You expend magic power (3 MP) to
                  | strengthen your wands. [potion of mutation]
164092 | Depths:4 | Lost mutation: Your mind is acute. (Int +2) [potion of
                  | mutation]
164092 | Depths:4 | Lost mutation: You expend magic power (3 MP) to strengthen
                  | your wands. [potion of mutation]
164092 | Depths:4 | Gained mutation: You are covered in fur. (AC +1) [potion of
                  | mutation]
164092 | Depths:4 | Gained mutation: You are strong-willed. (Will+) [potion of
                  | mutation]
164093 | Depths:4 | Lost mutation: You are covered in fur. (AC +1) [potion of
                  | mutation]
164093 | Depths:4 | Lost mutation: You are strong-willed. (Will+) [potion of
                  | mutation]
164093 | Depths:4 | Gained mutation: You sometimes lose the ability to read
                  | scrolls when taking damage. [potion of mutation]
164094 | Depths:4 | Lost mutation: You sometimes lose the ability to read
                  | scrolls when taking damage. [potion of mutation]
164094 | Depths:4 | Gained mutation: You are occasionally teleported next to
                  | monsters. [potion of mutation]
164094 | Depths:4 | Gained mutation: You are agile. (Dex +2) [potion of
                  | mutation]
164095 | Depths:4 | Lost mutation: You are agile. (Dex +2) [potion of mutation]
164095 | Depths:4 | Lost mutation: You are occasionally teleported next to
                  | monsters. [potion of mutation]
164095 | Depths:4 | Gained mutation: You are frail. (-10% HP) [potion of
                  | mutation]
164095 | Depths:4 | Gained mutation: You are clumsy. (Dex -2) [potion of
                  | mutation]
164095 | Depths:4 | Gained mutation: You tend to lose your temper in combat.
                  | [potion of mutation]
164095 | Depths:4 | Lost mutation: You tend to lose your temper in combat.
                  | [potion of mutation]
164096 | Depths:4 | Lost mutation: You are clumsy. (Dex -2) [potion of
                  | mutation]
164096 | Depths:4 | Lost mutation: You are frail. (-10% HP) [potion of
                  | mutation]
164096 | Depths:4 | Gained mutation: You expend magic power (3 MP) to
                  | strengthen your wands. [potion of mutation]
164097 | Depths:4 | Lost mutation: You expend magic power (3 MP) to strengthen
                  | your wands. [potion of mutation]
164097 | Depths:4 | Gained mutation: Your flesh is cold resistant. (rC+)
                  | [potion of mutation]
164097 | Depths:4 | Gained mutation: You are strong-willed. (Will+) [potion of
                  | mutation]
164097 | Depths:4 | Gained mutation: You are agile. (Dex +2) [potion of
                  | mutation]
164097 | Depths:4 | Gained mutation: Your mind is acute. (Int +2) [potion of
                  | mutation]
164098 | Depths:4 | Lost mutation: Your flesh is cold resistant. (rC+) [potion
                  | of mutation]
164098 | Depths:4 | Lost mutation: You are strong-willed. (Will+) [potion of
                  | mutation]
164098 | Depths:4 | Lost mutation: You are agile. (Dex +2) [potion of mutation]
164098 | Depths:4 | Gained mutation: You occasionally shout uncontrollably at
                  | your foes. [potion of mutation]
164099 | Depths:4 | Lost mutation: You occasionally shout uncontrollably at
                  | your foes. [potion of mutation]
164099 | Depths:4 | Lost mutation: Your mind is acute. (Int +2) [potion of
                  | mutation]
164099 | Depths:4 | Gained mutation: You have hidden genetic potential. [potion
                  | of mutation]
164100 | Depths:4 | Lost mutation: You have hidden genetic potential. [potion
                  | of mutation]
164100 | Depths:4 | Gained mutation: Your magical capacity is low. (-10% MP)
                  | [potion of mutation]
164100 | Depths:4 | Gained mutation: You have large cloven feet. [potion of
                  | mutation]
164101 | Depths:4 | Lost mutation: Your magical capacity is low. (-10% MP)
                  | [potion of mutation]
164101 | Depths:4 | Lost mutation: You have large cloven feet. [potion of
                  | mutation]
164101 | Depths:4 | Gained mutation: Your magical capacity is low. (-10% MP)
                  | [potion of mutation]
164101 | Depths:4 | Gained mutation: You are dopey. (Int -2) [potion of
                  | mutation]
164101 | Depths:4 | Gained mutation: You have a pair of small horns on your
                  | head. [potion of mutation]
164102 | Depths:4 | Lost mutation: You have a pair of small horns on your head.
                  | [potion of mutation]
164102 | Depths:4 | Lost mutation: Your magical capacity is low. (-10% MP)
                  | [potion of mutation]
164102 | Depths:4 | Lost mutation: You are dopey. (Int -2) [potion of mutation]
164102 | Depths:4 | Gained mutation: Your natural rate of healing is unusually
                  | fast. [potion of mutation]
164102 | Depths:4 | Lost mutation: Your natural rate of healing is unusually
                  | fast. [potion of mutation]
164103 | Depths:4 | Gained mutation: You possess an exceptional clarity of
                  | mind. [potion of mutation]
164103 | Depths:4 | Gained mutation: Your magical capacity is low. (-10% MP)
                  | [potion of mutation]
164103 | Depths:4 | Gained mutation: You have a somewhat thin skeletal
                  | structure. (Dex +2, Stealth+) [potion of mutation]
164103 | Depths:4 | Gained mutation: You are agile. (Dex +2) [potion of
                  | mutation]
164104 | Depths:4 | Lost mutation: You have a somewhat thin skeletal structure.
                  | (Dex +2, Stealth+) [potion of mutation]
164104 | Depths:4 | Lost mutation: You possess an exceptional clarity of mind.
                  | [potion of mutation]
164104 | Depths:4 | Gained mutation: Your flesh is heat resistant. (rF+)
                  | [potion of mutation]
164104 | Depths:4 | Gained mutation: You are frail. (-10% HP) [potion of
                  | mutation]
164105 | Depths:4 | Lost mutation: You are frail. (-10% HP) [potion of
                  | mutation]
164105 | Depths:4 | Lost mutation: Your flesh is heat resistant. (rF+) [potion
                  | of mutation]
164105 | Depths:4 | Lost mutation: You are agile. (Dex +2) [potion of mutation]
164105 | Depths:4 | Gained mutation: You are somewhat resistant to further
                  | mutation. [potion of mutation]
164106 | Depths:4 | Lost mutation: You are somewhat resistant to further
                  | mutation. [potion of mutation]
164106 | Depths:4 | Lost mutation: Your magical capacity is low. (-10% MP)
                  | [potion of mutation]
164106 | Depths:4 | Gained mutation: You have sharp toenails. [potion of
                  | mutation]
164106 | Depths:4 | Gained mutation: Your spells are a little harder to cast,
                  | but a little more powerful. [potion of mutation]
164107 | Depths:4 | Lost mutation: Your spells are a little harder to cast, but
                  | a little more powerful. [potion of mutation]
164107 | Depths:4 | Lost mutation: You have sharp toenails. [potion of
                  | mutation]
164107 | Depths:4 | Gained mutation: You are clumsy. (Dex -2) [potion of
                  | mutation]
164107 | Depths:4 | Gained mutation: You are strong-willed. (Will+) [potion of
                  | mutation]
164107 | Depths:4 | Gained mutation: Your spells are a little harder to cast,
                  | but a little more powerful. [potion of mutation]
164108 | Depths:4 | Lost mutation: Your spells are a little harder to cast, but
                  | a little more powerful. [potion of mutation]
164108 | Depths:4 | Lost mutation: You are strong-willed. (Will+) [potion of
                  | mutation]
164108 | Depths:4 | Lost mutation: You are clumsy. (Dex -2) [potion of
                  | mutation]
164108 | Depths:4 | Gained mutation: You have a pair of small horns on your
                  | head. [potion of mutation]
164108 | Depths:4 | Gained mutation: You are agile. (Dex +2) [potion of
                  | mutation]
164109 | Depths:4 | Lost mutation: You have a pair of small horns on your head.
                  | [potion of mutation]
164109 | Depths:4 | Lost mutation: You are agile. (Dex +2) [potion of mutation]
164109 | Depths:4 | Gained mutation: Armour fits poorly on your strangely
                  | shaped body. [potion of mutation]
164109 | Depths:4 | Gained mutation: Your magical capacity is low. (-10% MP)
                  | [potion of mutation]
164109 | Depths:4 | Gained mutation: You sometimes lose the ability to read
                  | scrolls when taking damage. [potion of mutation]
164110 | Depths:4 | Lost mutation: You sometimes lose the ability to read
                  | scrolls when taking damage. [potion of mutation]
164110 | Depths:4 | Lost mutation: Armour fits poorly on your strangely shaped
                  | body. [potion of mutation]
164110 | Depths:4 | Lost mutation: Your magical capacity is low. (-10% MP)
                  | [potion of mutation]
164110 | Depths:4 | Gained mutation: You are occasionally teleported next to
                  | monsters. [potion of mutation]
164110 | Depths:4 | Gained mutation: Your movements are slightly less
                  | encumbered by armour. (ER -2) [potion of mutation]
164110 | Depths:4 | Gained mutation: You have a pair of small horns on your
                  | head. [potion of mutation]
164111 | Depths:4 | Lost mutation: You are occasionally teleported next to
                  | monsters. [potion of mutation]
164111 | Depths:4 | Lost mutation: You have a pair of small horns on your head.
                  | [potion of mutation]
164111 | Depths:4 | Lost mutation: Your movements are slightly less encumbered
                  | by armour. (ER -2) [potion of mutation]
164111 | Depths:4 | Gained mutation: You occasionally shout uncontrollably at
                  | your foes. [potion of mutation]
164111 | Depths:4 | Gained mutation: You are somewhat resistant to further
                  | mutation. [potion of mutation]
164112 | Depths:4 | Lost mutation: You are somewhat resistant to further
                  | mutation. [potion of mutation]
164112 | Depths:4 | Lost mutation: You occasionally shout uncontrollably at
                  | your foes. [potion of mutation]
164112 | Depths:4 | Gained mutation: Your spells are a little harder to cast,
                  | but a little more powerful. [potion of mutation]
164112 | Depths:4 | Gained mutation: You expend magic power (3 MP) to
                  | strengthen your wands. [potion of mutation]
164112 | Depths:4 | Gained mutation: You are frail. (-10% HP) [potion of
                  | mutation]
164113 | Depths:4 | Lost mutation: You are frail. (-10% HP) [potion of
                  | mutation]
164113 | Depths:4 | Lost mutation: You expend magic power (3 MP) to strengthen
                  | your wands. [potion of mutation]
164113 | Depths:4 | Gained mutation: You are covered in fur. (AC +1) [potion of
                  | mutation]
164113 | Depths:4 | Gained mutation: Armour fits poorly on your strangely
                  | shaped body. [potion of mutation]
164114 | Depths:4 | Lost mutation: You are covered in fur. (AC +1) [potion of
                  | mutation]
164114 | Depths:4 | Lost mutation: Armour fits poorly on your strangely shaped
                  | body. [potion of mutation]
164114 | Depths:4 | Lost mutation: Your spells are a little harder to cast, but
                  | a little more powerful. [potion of mutation]
164114 | Depths:4 | Gained mutation: You are weak. (Str -2) [potion of
                  | mutation]
164114 | Depths:4 | Gained mutation: You are frail. (-10% HP) [potion of
                  | mutation]
164114 | Depths:4 | Gained mutation: You have a pair of small horns on your
                  | head. [potion of mutation]
164115 | Depths:4 | Lost mutation: You are frail. (-10% HP) [potion of
                  | mutation]
164115 | Depths:4 | Lost mutation: You have a pair of small horns on your head.
                  | [potion of mutation]
164115 | Depths:4 | Lost mutation: You are weak. (Str -2) [potion of mutation]
164115 | Depths:4 | Gained mutation: Armour fits poorly on your strangely
                  | shaped body. [potion of mutation]
164116 | Depths:4 | Lost mutation: Armour fits poorly on your strangely shaped
                  | body. [potion of mutation]
164116 | Depths:4 | Gained mutation: You are agile. (Dex +2) [potion of
                  | mutation]
164116 | Depths:4 | Gained mutation: You have hidden genetic potential. [potion
                  | of mutation]
164117 | Depths:4 | Lost mutation: You are agile. (Dex +2) [potion of mutation]
164117 | Depths:4 | Lost mutation: You have hidden genetic potential. [potion
                  | of mutation]
164117 | Depths:4 | Gained mutation: Your magical capacity is low. (-10% MP)
                  | [potion of mutation]
164117 | Depths:4 | Gained mutation: You have hidden genetic potential. [potion
                  | of mutation]
164117 | Depths:4 | Gained mutation: You expend magic power (3 MP) to
                  | strengthen your wands. [potion of mutation]
164117 | Depths:4 | Gained mutation: Your movements are slightly less
                  | encumbered by armour. (ER -2) [potion of mutation]
164118 | Depths:4 | Lost mutation: Your movements are slightly less encumbered
                  | by armour. (ER -2) [potion of mutation]
164118 | Depths:4 | Lost mutation: Your magical capacity is low. (-10% MP)
                  | [potion of mutation]
164118 | Depths:4 | Gained mutation: You are robust. (+10% HP) [potion of
                  | mutation]
164118 | Depths:4 | Gained mutation: Your movements are slightly less
                  | encumbered by armour. (ER -2) [potion of mutation]
164118 | Depths:4 | Gained mutation: Your flesh is cold resistant. (rC+)
                  | [potion of mutation]
164118 | Depths:4 | Gained mutation: You passively dampen the noise of your
                  | surroundings. [potion of mutation]
164174 | Depths:4 | Acquired 543 gold pieces
164175 | Depths:4 | Acquired 710 gold pieces
164242 | Zig:1    | Entered Level 1 of a ziggurat
164292 | Zig:2    | Entered Level 2 of a ziggurat
164294 | Zig:2    | Noticed an orb of fire
164294 | Zig:2    | Noticed an orb of fire
164295 | Zig:2    | Noticed an orb of fire
164296 | Zig:2    | Noticed an orb of fire
164297 | Zig:2    | Killed an orb of fire
164297 | Zig:2    | Killed an orb of fire
164297 | Zig:2    | Killed an orb of fire
164299 | Zig:2    | Killed an orb of fire
164355 | Zig:3    | Entered Level 3 of a ziggurat
164355 | Zig:3    | Noticed Xathimp the pandemonium lord
164356 | Zig:3    | Noticed Upodonwu the pandemonium lord
164358 | Zig:3    | Killed Upodonwu the pandemonium lord
164358 | Zig:3    | Killed Xathimp the pandemonium lord
164441 | Zig:4    | Entered Level 4 of a ziggurat
164441 | Zig:4    | Noticed Vustrimu the pandemonium lord
164441 | Zig:4    | Noticed Xebly the pandemonium lord
164441 | Zig:4    | Noticed Uraud the pandemonium lord
164441 | Zig:4    | Noticed Xyageu the pandemonium lord
164446 | Zig:4    | Killed Xyageu the pandemonium lord
164446 | Zig:4    | Noticed Ododgh the pandemonium lord
164447 | Zig:4    | Noticed Paavoar the pandemonium lord
164449 | Zig:4    | Killed Ododgh the pandemonium lord
164450 | Zig:4    | Killed Paavoar the pandemonium lord
164450 | Zig:4    | Noticed Taerid the pandemonium lord
164453 | Zig:4    | Killed Vustrimu the pandemonium lord
164453 | Zig:4    | Killed Xebly the pandemonium lord
164454 | Zig:4    | Killed Uraud the pandemonium lord
164455 | Zig:4    | Killed Taerid the pandemonium lord
164537 | Zig:4    | Identified the +3 long sword of Malyjaxte {freeze, rElec
                  | Str+5 Dex-4}
164566 | Zig:5    | Entered Level 5 of a ziggurat
164612 | Zig:5    | Identified the +5 short sword of Equivalence {vamp, Int+4
                  | Dex+3}
164622 | Zig:5    | Identified the amulet of Uskayaw's Envy {Acrobat rF+ MP+9
                  | Stlth+}
164726 | Zig:5    | Identified the +5 chain mail of Protective Custody {Will+
                  | Regen+ Dex-2 Stlth+}
164742 | Zig:6    | Entered Level 6 of a ziggurat
164742 | Zig:6    | Noticed a juggernaut
164742 | Zig:6    | Noticed a juggernaut
164742 | Zig:6    | Noticed a juggernaut
164742 | Zig:6    | Noticed a juggernaut
164742 | Zig:6    | Noticed a juggernaut
164742 | Zig:6    | Noticed a juggernaut
164743 | Zig:6    | Noticed a juggernaut
164744 | Zig:6    | Noticed a juggernaut
164744 | Zig:6    | Killed a juggernaut
164744 | Zig:6    | Killed a juggernaut
164744 | Zig:6    | Killed a juggernaut
164744 | Zig:6    | Killed a juggernaut
164744 | Zig:6    | Killed a juggernaut
164752 | Zig:6    | Killed a juggernaut
164752 | Zig:6    | Killed a juggernaut
164753 | Zig:6    | Killed a juggernaut
164935 | Zig:6    | Identified the ring of Qaqotyo {Fire rN+ Int+3}
164954 | Zig:6    | Identified the +2 leather armour of Objectivity {rCorr}
164973 | Zig:7    | Entered Level 7 of a ziggurat
164973 | Zig:7    | Noticed an ancient lich
164973 | Zig:7    | Noticed an ancient lich
164974 | Zig:7    | Noticed an ancient lich
164974 | Zig:7    | Noticed an ancient lich
164975 | Zig:7    | Noticed an ancient lich
164977 | Zig:7    | Killed an ancient lich
164977 | Zig:7    | Killed an ancient lich
164978 | Zig:7    | Killed an ancient lich
164978 | Zig:7    | Killed an ancient lich
164978 | Zig:7    | Killed an ancient lich
164980 | Zig:7    | Noticed an ancient lich
164986 | Zig:7    | Killed an ancient lich
165040 | Zig:7    | Identified the amulet of the Harvest {RegenMP rPois rF+
                  | Regen+ Dex-5}
165162 | Zig:8    | Entered Level 8 of a ziggurat
165416 | Zig:9    | Entered Level 9 of a ziggurat
165416 | Zig:9    | Noticed a juggernaut
165416 | Zig:9    | Noticed a juggernaut
165416 | Zig:9    | Noticed a juggernaut
165418 | Zig:9    | Killed a juggernaut
165418 | Zig:9    | Killed a juggernaut
165421 | Zig:9    | Noticed a juggernaut
165422 | Zig:9    | Noticed a juggernaut
165422 | Zig:9    | Noticed a juggernaut
165426 | Zig:9    | Killed a juggernaut
165426 | Zig:9    | Killed a juggernaut
165426 | Zig:9    | Killed a juggernaut
165426 | Zig:9    | Killed a juggernaut
165538 | Zig:9    | Identified the ring of Sosof {rElec rF+ AC+4 Slay+3}
165542 | Zig:9    | Identified the +7 dire flail of Otziul {antimagic, rF+
                  | Int+4}
165736 | Zig:10   | Entered Level 10 of a ziggurat
165747 | Zig:10   | Noticed Ytiguloa the pandemonium lord
165747 | Zig:10   | Found the +2 hat of the Bear Spirit {Spirit, *Rage Will++}
165774 | Zig:10   | Killed Ytiguloa the pandemonium lord
166004 | Zig:10   | Identified the ring "Wiah" {+Blink rF+ Will- Stlth+}
166013 | Zig:10   | Identified the amulet of Coko {Reflect rF+ Dex+4 SH+5}
166032 | Zig:10   | Identified the +0 robe of Pidur {rF+ rN+ Str+2 Stlth+}
166040 | Zig:10   | Identified the +3 chain mail "Tih Piru" {Rampage rN+}
166049 | Zig:11   | Entered Level 11 of a ziggurat
166049 | Zig:11   | Noticed a royal mummy
166049 | Zig:11   | Noticed a royal mummy
166049 | Zig:11   | Noticed a royal mummy
166049 | Zig:11   | Noticed a royal mummy
166051 | Zig:11   | Killed a royal mummy
166051 | Zig:11   | Killed a royal mummy
166051 | Zig:11   | Killed a royal mummy
166051 | Zig:11   | Noticed a royal mummy
166052 | Zig:11   | Killed a royal mummy
166056 | Zig:11   | Killed a royal mummy
166056 | Zig:11   | Noticed a royal mummy
166059 | Zig:11   | Noticed a dread lich
166059 | Zig:11   | Noticed a royal mummy
166059 | Zig:11   | Noticed a royal mummy
166061 | Zig:11   | Noticed a royal mummy
166063 | Zig:11   | Killed a dread lich
166063 | Zig:11   | Killed a royal mummy
166063 | Zig:11   | Killed a royal mummy
166064 | Zig:11   | Killed a royal mummy
166064 | Zig:11   | Noticed a royal mummy
166065 | Zig:11   | Killed a royal mummy
166066 | Zig:11   | Killed a royal mummy
166068 | Zig:11   | Noticed a royal mummy
166070 | Zig:11   | Killed a royal mummy
166072 | Zig:11   | Noticed a royal mummy
166081 | Zig:11   | Killed a royal mummy
166084 | Zig:11   | Identified the +4 morningstar of Eceku {flame, rPois rF+}
166348 | Zig:11   | Identified the +4 double sword of Imbalance {elec, rN+
                  | Str-2 Dex+5}
166387 | Zig:12   | Entered Level 12 of a ziggurat
166408 | Zig:12   | Noticed Vubaf the pandemonium lord
166414 | Zig:12   | Killed Vubaf the pandemonium lord
166709 | Zig:12   | Identified the +10 chain mail of Twilight {rN++ rCorr MP+9
                  | Str-2}
166741 | Zig:13   | Entered Level 13 of a ziggurat
166797 | Zig:13   | Identified the +9 shortbow of Doom {venom, Fly rF+}
166817 | Zig:13   | Identified the +12 war axe of Makhleb's Generosity {freeze,
                  | rPois Dex+6}
167099 | Zig:13   | Identified the +4 ring mail of Piuhog {Harm rElec rPois}
167101 | Zig:13   | Identified the +4 shortbow "Goblinslayer" {speed, Dex+2}
167107 | Zig:14   | Entered Level 14 of a ziggurat
167316 | Zig:14   | Identified the +9 falchion "Biug" {vorpal, rPois Will-
                  | Int+5 Dex+4}
167368 | Zig:15   | Entered Level 15 of a ziggurat
167385 | Zig:15   | Identified the +13 plate armour of Inviolability {Contam
                  | Int+7 Dex+2}
167472 | Zig:15   | Identified the +0 robe of Vaut {Drain rPois rC+++ rN+}
167512 | Zig:15   | Identified the +0 pair of boots "Ykemmauf" {rElec Str-4
                  | Int+5}
167518 | Zig:15   | Identified the +1 leather armour of Rookh {Rampage Int+4
                  | SInv}
167545 | Zig:15   | Identified the +2 cloak of Impermeability {rF+ rN+ Will+
                  | Regen+}
167590 | Zig:16   | Entered Level 16 of a ziggurat
167870 | Zig:16   | Identified the +3 leather armour of Lura {rElec rF+ Str+2}
167872 | Zig:16   | Identified the +5 dagger of Cabi {vorpal, rPois}
167905 | Zig:16   | Identified the +3 scale mail of the Desolation of Salt
                  | {Will- Str+5}
167949 | Zig:16   | Identified the +4 scale mail of Wohasaen {rPois Will- Dex+4
                  | Stlth+}
167951 | Zig:16   | Identified the +9 mace of the Viper {freeze, Int+8 SInv}
167953 | Zig:16   | Identified the +4 ring mail of Midsummer {rPois rC++}
167983 | Zig:17   | Entered Level 17 of a ziggurat
167986 | Zig:17   | Noticed a dread lich
167990 | Zig:17   | Killed a dread lich
168002 | Zig:17   | Noticed a dread lich
168005 | Zig:17   | Killed a dread lich
168008 | Zig:17   | Noticed an ancient lich
168025 | Zig:17   | Killed an ancient lich
168037 | Zig:17   | Noticed a dread lich
168039 | Zig:17   | Killed a dread lich
168042 | Zig:17   | Noticed a dread lich
168054 | Zig:17   | Killed a dread lich
168358 | Zig:18   | Entered Level 18 of a ziggurat
168371 | Zig:18   | Paralysed by a wendigo for 1 turns
168692 | Zig:18   | Identified the +1 ring mail "Soesifoq" {Fly rF+ SInv}
168755 | Zig:18   | Identified the +9 plate armour of Autumn {Harm Int-5
                  | Stlth+}
168772 | Zig:18   | Identified the +1 scale mail of Loxi Fywiut {Str+2}
168781 | Zig:18   | Identified the +4 scale mail of the Raven {rElec rPois
                  | MP+9}
168791 | Zig:19   | Entered Level 19 of a ziggurat
168854 | Zig:19   | Identified the +4 pair of gloves of the Forest {+Inv rElec
                  | rC- Int+8}
168876 | Zig:19   | Identified the +1 spear of the Warrior {vorpal, rElec Dex+4
                  | Stlth+}
168877 | Zig:19   | Identified the +4 mace of Fedhas's Hatred {flame, *Rage
                  | rElec MP+9}
168919 | Zig:19   | Identified the ring of the Little Devil {*Slow rN++ Str+6}
168925 | Zig:19   | Identified the +4 hand crossbow of Checks and Balances
                  | {elec, rElec Will- SInv Stlth+}
169255 | Zig:20   | Entered Level 20 of a ziggurat
169725 | Zig:20   | Identified the +8 flail "Hopseilu" {drain, rElec Str+5}
169736 | Zig:20   | Identified the amulet "Faicing" {Reflect Harm Drain rC+
                  | SH+5}
169746 | Zig:20   | Identified the ring "Oppi" {rF+ Will+ Int+6}
169760 | Zig:20   | Identified the +7 longbow "Toqamimuo" {venom, rF+}
169796 | Zig:21   | Entered Level 21 of a ziggurat
169811 | Zig:21   | Noticed a dread lich
169814 | Zig:21   | Killed a dread lich
169924 | Zig:21   | Identified the +6 war axe "Xawk" {antimagic, +Blink rF+
                  | rC++}
169938 | Zig:21   | Identified the ring "Gunuaw Kia" {+Blink rF+ Will+ Int+8
                  | Dex-2}
170218 | Zig:21   | Identified the ring "Jibonyod" {rPois rC+++ Will- EV+4
                  | Stlth+}
170242 | Zig:21   | Identified the +5 scale mail of the Endless Shrikes {Contam
                  | rElec rN+ Int+2}
170253 | Zig:21   | Identified the +3 buckler of Divine Compulsion {SInv}
170257 | Zig:21   | Identified the +2 battleaxe of Joziw {flame, rC+ Str+4}
170268 | Zig:22   | Entered Level 22 of a ziggurat
170354 | Zig:22   | Identified the +7 scale mail "Muehir" {Harm Will+ rCorr
                  | Str+3}
170486 | Zig:22   | Identified the +8 whip of Departure {elec, rN++ Int+7}
170490 | Zig:22   | Identified the +9 morningstar "Mibopeit" {vorpal, Drain
                  | +Blink Will+++ Stlth+}
170581 | Zig:23   | Entered Level 23 of a ziggurat
170583 | Zig:23   | Noticed Surisosa the pandemonium lord
170583 | Zig:23   | Noticed Ojejerch the pandemonium lord
170583 | Zig:23   | Noticed Delautux the pandemonium lord
170584 | Zig:23   | Noticed Kiwkeuc the pandemonium lord
170584 | Zig:23   | Noticed Araj the pandemonium lord
170584 | Zig:23   | Noticed Hemmienop the pandemonium lord
170584 | Zig:23   | Noticed Fiarucux the pandemonium lord
170584 | Zig:23   | Noticed Hyofof the pandemonium lord
170585 | Zig:23   | Noticed Jepol the pandemonium lord
170585 | Zig:23   | Noticed Xesupore the pandemonium lord
170585 | Zig:23   | Noticed Jamior the pandemonium lord
170585 | Zig:23   | Noticed Roreu the pandemonium lord
170585 | Zig:23   | Noticed Pec Wox the pandemonium lord
170585 | Zig:23   | Noticed Yclicru the pandemonium lord
170585 | Zig:23   | Noticed Ebeucego the pandemonium lord
170586 | Zig:23   | Noticed Hifusa the pandemonium lord
170586 | Zig:23   | Noticed Syalaono the pandemonium lord
170587 | Zig:23   | Killed Ojejerch the pandemonium lord
170587 | Zig:23   | Killed Ebeucego the pandemonium lord
170587 | Zig:23   | Killed Hyofof the pandemonium lord
170587 | Zig:23   | Killed Jepol the pandemonium lord
170587 | Zig:23   | Noticed Nufywnu the pandemonium lord
170587 | Zig:23   | Noticed Hocko the pandemonium lord
170588 | Zig:23   | Noticed Myotooq the pandemonium lord
170588 | Zig:23   | Noticed Koruphic the pandemonium lord
170589 | Zig:23   | Killed Surisosa the pandemonium lord
170589 | Zig:23   | Killed Araj the pandemonium lord
170589 | Zig:23   | Killed Syalaono the pandemonium lord
170589 | Zig:23   | Killed Pec Wox the pandemonium lord
170589 | Zig:23   | Killed Yclicru the pandemonium lord
170589 | Zig:23   | Noticed Wysucson the pandemonium lord
170589 | Zig:23   | Noticed Ejuestuh the pandemonium lord
170589 | Zig:23   | Noticed Jitaib the pandemonium lord
170589 | Zig:23   | Noticed Laetheyf the pandemonium lord
170590 | Zig:23   | Noticed Keda Hoejyh the pandemonium lord
170590 | Zig:23   | Killed Hemmienop the pandemonium lord
170590 | Zig:23   | Killed Hifusa the pandemonium lord
170590 | Zig:23   | Killed Jamior the pandemonium lord
170590 | Zig:23   | Killed Fiarucux the pandemonium lord
170590 | Zig:23   | Killed Roreu the pandemonium lord
170590 | Zig:23   | Killed Myotooq the pandemonium lord
170590 | Zig:23   | Noticed Qaaq the pandemonium lord
170590 | Zig:23   | Noticed Haimof the pandemonium lord
170590 | Zig:23   | Noticed Latzauch the pandemonium lord
170590 | Zig:23   | Noticed Ukeq the pandemonium lord
170590 | Zig:23   | Noticed Xiewnocwa the pandemonium lord
170591 | Zig:23   | Noticed Wusill the pandemonium lord
170591 | Zig:23   | Noticed Xyijugou the pandemonium lord
170591 | Zig:23   | Killed Laetheyf the pandemonium lord
170591 | Zig:23   | Killed Koruphic the pandemonium lord
170591 | Zig:23   | Killed Jitaib the pandemonium lord
170591 | Zig:23   | Killed Ejuestuh the pandemonium lord
170591 | Zig:23   | Killed Ukeq the pandemonium lord
170591 | Zig:23   | Killed Xyijugou the pandemonium lord
170591 | Zig:23   | Noticed Jaygiot the pandemonium lord
170592 | Zig:23   | Noticed Ceogrum the pandemonium lord
170592 | Zig:23   | Noticed Kobydgh the pandemonium lord
170592 | Zig:23   | Noticed Kavaxt the pandemonium lord
170592 | Zig:23   | Killed Xesupore the pandemonium lord
170592 | Zig:23   | Noticed Nedgh the pandemonium lord
170592 | Zig:23   | Noticed Achiotuet the pandemonium lord
170593 | Zig:23   | Noticed Masaege the pandemonium lord
170593 | Zig:23   | Noticed Xenarowy the pandemonium lord
170593 | Zig:23   | Noticed Cauf Zulle the pandemonium lord
170594 | Zig:23   | Killed Xiewnocwa the pandemonium lord
170594 | Zig:23   | Noticed Onyzxoho the pandemonium lord
170594 | Zig:23   | Noticed Fefid the pandemonium lord
170595 | Zig:23   | Noticed Qatiomu the pandemonium lord
170595 | Zig:23   | Noticed Puir the pandemonium lord
170596 | Zig:23   | Killed Delautux the pandemonium lord
170596 | Zig:23   | Noticed Buanysio the pandemonium lord
170597 | Zig:23   | Killed Ceogrum the pandemonium lord
170597 | Zig:23   | Noticed Edacraff the pandemonium lord
170598 | Zig:23   | Killed Kiwkeuc the pandemonium lord
170598 | Zig:23   | Killed Jaygiot the pandemonium lord
170598 | Zig:23   | Killed Wysucson the pandemonium lord
170598 | Zig:23   | Killed Wusill the pandemonium lord
170598 | Zig:23   | Killed Latzauch the pandemonium lord
170598 | Zig:23   | Killed Nufywnu the pandemonium lord
170598 | Zig:23   | Killed Onyzxoho the pandemonium lord
170598 | Zig:23   | Killed Edacraff the pandemonium lord
170598 | Zig:23   | Killed Buanysio the pandemonium lord
170600 | Zig:23   | Killed Keda Hoejyh the pandemonium lord
170600 | Zig:23   | Killed Qaaq the pandemonium lord
170600 | Zig:23   | Noticed Xykuniru the pandemonium lord
170601 | Zig:23   | Killed Nedgh the pandemonium lord
170601 | Zig:23   | Killed Kavaxt the pandemonium lord
170601 | Zig:23   | Killed Xenarowy the pandemonium lord
170601 | Zig:23   | Killed Puir the pandemonium lord
170602 | Zig:23   | Noticed Zurocil the pandemonium lord
170603 | Zig:23   | Killed Hocko the pandemonium lord
170603 | Zig:23   | Killed Kobydgh the pandemonium lord
170604 | Zig:23   | Killed Cauf Zulle the pandemonium lord
170604 | Zig:23   | Killed Achiotuet the pandemonium lord
170604 | Zig:23   | Noticed Fuomipra the pandemonium lord
170605 | Zig:23   | Killed Fefid the pandemonium lord
170605 | Zig:23   | Killed Fuomipra the pandemonium lord
170605 | Zig:23   | Killed Haimof the pandemonium lord
170605 | Zig:23   | Killed Xykuniru the pandemonium lord
170605 | Zig:23   | Noticed Deipol the pandemonium lord
170606 | Zig:23   | Killed Masaege the pandemonium lord
170606 | Zig:23   | Killed Zurocil the pandemonium lord
170606 | Zig:23   | Killed Deipol the pandemonium lord
170606 | Zig:23   | Noticed Tejalaem the pandemonium lord
170606 | Zig:23   | Noticed Odoreu the pandemonium lord
170607 | Zig:23   | Noticed Efucherycs the pandemonium lord
170607 | Zig:23   | Noticed Lipaliqi the pandemonium lord
170607 | Zig:23   | Noticed Danko the pandemonium lord
170608 | Zig:23   | Killed Lipaliqi the pandemonium lord
170608 | Zig:23   | Killed Qatiomu the pandemonium lord
170608 | Zig:23   | Noticed Ucvedogi the pandemonium lord
170609 | Zig:23   | Killed Tejalaem the pandemonium lord
170609 | Zig:23   | Killed Odoreu the pandemonium lord
170609 | Zig:23   | Noticed Onuc the pandemonium lord
170610 | Zig:23   | Killed Efucherycs the pandemonium lord
170610 | Zig:23   | Killed Danko the pandemonium lord
170611 | Zig:23   | Noticed Kaerrasy the pandemonium lord
170611 | Zig:23   | Noticed Wulups the pandemonium lord
170611 | Zig:23   | Noticed Rucoogg the pandemonium lord
170612 | Zig:23   | Killed Onuc the pandemonium lord
170612 | Zig:23   | Killed Ucvedogi the pandemonium lord
170612 | Zig:23   | Noticed Keps the pandemonium lord
170613 | Zig:23   | Killed Kaerrasy the pandemonium lord
170613 | Zig:23   | Noticed Pyegom the pandemonium lord
170613 | Zig:23   | Noticed Wapsirr the pandemonium lord
170614 | Zig:23   | Killed Rucoogg the pandemonium lord
170614 | Zig:23   | Killed Wulups the pandemonium lord
170614 | Zig:23   | Noticed Kuyrican the pandemonium lord
170614 | Zig:23   | Noticed Tateg the pandemonium lord
170615 | Zig:23   | Killed Wapsirr the pandemonium lord
170615 | Zig:23   | Noticed Yfuudy the pandemonium lord
170615 | Zig:23   | Noticed Qeushrut the pandemonium lord
170615 | Zig:23   | Noticed Suuluus the pandemonium lord
170617 | Zig:23   | Noticed Xaref the pandemonium lord
170617 | Zig:23   | Noticed Duol the pandemonium lord
170617 | Zig:23   | Noticed Zefriari the pandemonium lord
170617 | Zig:23   | Noticed Vypeanil the pandemonium lord
170618 | Zig:23   | Killed Keps the pandemonium lord
170618 | Zig:23   | Killed Zefriari the pandemonium lord
170618 | Zig:23   | Noticed Aciaq the pandemonium lord
170618 | Zig:23   | Noticed Suiloj the pandemonium lord
170619 | Zig:23   | Killed Pyegom the pandemonium lord
170619 | Zig:23   | Killed Kuyrican the pandemonium lord
170619 | Zig:23   | Killed Tateg the pandemonium lord
170619 | Zig:23   | Noticed Qutorghod the pandemonium lord
170619 | Zig:23   | Noticed Zyvuseyg the pandemonium lord
170620 | Zig:23   | Noticed Jarhegri the pandemonium lord
170620 | Zig:23   | Killed Duol the pandemonium lord
170620 | Zig:23   | Killed Qeushrut the pandemonium lord
170620 | Zig:23   | Noticed Ysodgh the pandemonium lord
170622 | Zig:23   | Noticed Quezavun the pandemonium lord
170623 | Zig:23   | Noticed Ekhah the pandemonium lord
170623 | Zig:23   | Noticed Ruschadde the pandemonium lord
170624 | Zig:23   | Noticed Iguff the pandemonium lord
170629 | Zig:23   | Killed Yfuudy the pandemonium lord
170643 | Zig:23   | Noticed Karioneps the pandemonium lord
170643 | Zig:23   | Noticed Riroskyl the pandemonium lord
170648 | Zig:23   | Killed Zyvuseyg the pandemonium lord
170652 | Zig:23   | Killed Quezavun the pandemonium lord
170652 | Zig:23   | Killed Riroskyl the pandemonium lord
170652 | Zig:23   | Killed Suuluus the pandemonium lord
170652 | Zig:23   | Killed Ekhah the pandemonium lord
170652 | Zig:23   | Noticed Veggikku the pandemonium lord
170653 | Zig:23   | Killed Suiloj the pandemonium lord
170653 | Zig:23   | Killed Aciaq the pandemonium lord
170653 | Zig:23   | Killed Vypeanil the pandemonium lord
170654 | Zig:23   | Killed Jarhegri the pandemonium lord
170655 | Zig:23   | Killed Xaref the pandemonium lord
170657 | Zig:23   | Killed Ruschadde the pandemonium lord
170657 | Zig:23   | Killed Ysodgh the pandemonium lord
170657 | Zig:23   | Gained mutation: You are partially covered in large bone
                  | plates. (SH +4) [hidden potential]
170658 | Zig:23   | Noticed Affiamm the pandemonium lord
170659 | Zig:23   | Noticed Ammuvaym the pandemonium lord
170660 | Zig:23   | Killed Karioneps the pandemonium lord
170660 | Zig:23   | Killed Veggikku the pandemonium lord
170660 | Zig:23   | Noticed Qiguahoz the pandemonium lord
170660 | Zig:23   | Noticed Masmi the pandemonium lord
170661 | Zig:23   | Killed Iguff the pandemonium lord
170662 | Zig:23   | Noticed Wuelarphu the pandemonium lord
170662 | Zig:23   | Noticed Sootz the pandemonium lord
170663 | Zig:23   | Noticed Faxtin the pandemonium lord
170663 | Zig:23   | Noticed Uceonkou the pandemonium lord
170663 | Zig:23   | Noticed Zicvemu the pandemonium lord
170675 | Zig:23   | Killed Wuelarphu the pandemonium lord
170675 | Zig:23   | Killed Qiguahoz the pandemonium lord
170675 | Zig:23   | Killed Ammuvaym the pandemonium lord
170676 | Zig:23   | Killed Faxtin the pandemonium lord
170677 | Zig:23   | Killed Qutorghod the pandemonium lord
170677 | Zig:23   | Killed Sootz the pandemonium lord
170677 | Zig:23   | Killed Affiamm the pandemonium lord
170678 | Zig:23   | Noticed Duigoeg the pandemonium lord
170678 | Zig:23   | Noticed Esaeh the pandemonium lord
170680 | Zig:23   | Killed Zicvemu the pandemonium lord
170681 | Zig:23   | Killed Katolomm the pandemonium lord
170682 | Zig:23   | Killed Masmi the pandemonium lord
170685 | Zig:23   | Killed Uceonkou the pandemonium lord
170688 | Zig:23   | Killed Esaeh the pandemonium lord
170690 | Zig:23   | Killed Duigoeg the pandemonium lord
171071 | Zig:23   | Identified the amulet of Coann {Acrobat rF+ Str+4 Dex+2
                  | Stlth+}
171080 | Zig:23   | Identified the +0 robe of Weudan {rPois MP+9 Str-3 Int+3}
171081 | Zig:23   | Identified the +5 mace of Xiedifob {speed, Str+4}
171116 | Zig:24   | Entered Level 24 of a ziggurat
171117 | Zig:24   | Noticed an orb of fire
171117 | Zig:24   | Noticed an orb of fire
171117 | Zig:24   | Noticed an orb of fire
171118 | Zig:24   | Noticed an orb of fire
171119 | Zig:24   | Noticed an orb of fire
171119 | Zig:24   | Noticed an orb of fire
171120 | Zig:24   | Noticed an orb of fire
171120 | Zig:24   | Noticed an orb of fire
171121 | Zig:24   | Killed an orb of fire
171121 | Zig:24   | Noticed an orb of fire
171121 | Zig:24   | Noticed an orb of fire
171121 | Zig:24   | Noticed an orb of fire
171121 | Zig:24   | Noticed an orb of fire
171122 | Zig:24   | Killed an orb of fire
171122 | Zig:24   | Killed an orb of fire
171122 | Zig:24   | Killed an orb of fire
171123 | Zig:24   | Noticed an orb of fire
171123 | Zig:24   | Noticed an orb of fire
171125 | Zig:24   | Killed an orb of fire
171125 | Zig:24   | Killed an orb of fire
171125 | Zig:24   | Killed an orb of fire
171125 | Zig:24   | Noticed an orb of fire
171125 | Zig:24   | Noticed an orb of fire
171125 | Zig:24   | Noticed an orb of fire
171126 | Zig:24   | Killed an orb of fire
171126 | Zig:24   | Killed an orb of fire
171127 | Zig:24   | Killed an orb of fire
171127 | Zig:24   | Killed an orb of fire
171129 | Zig:24   | Killed an orb of fire
171129 | Zig:24   | Killed an orb of fire
171129 | Zig:24   | Killed an orb of fire
171129 | Zig:24   | Killed an orb of fire
171129 | Zig:24   | Killed an orb of fire
171130 | Zig:24   | Killed an orb of fire
171130 | Zig:24   | Noticed an orb of fire
171131 | Zig:24   | Noticed an orb of fire
171133 | Zig:24   | Noticed an orb of fire
171134 | Zig:24   | Noticed an orb of fire
171135 | Zig:24   | Killed an orb of fire
171135 | Zig:24   | Noticed an orb of fire
171135 | Zig:24   | Noticed an orb of fire
171135 | Zig:24   | Noticed an orb of fire
171135 | Zig:24   | Noticed an orb of fire
171135 | Zig:24   | Noticed an orb of fire
171136 | Zig:24   | Noticed an orb of fire
171136 | Zig:24   | Noticed an orb of fire
171137 | Zig:24   | Killed an orb of fire
171137 | Zig:24   | Noticed an orb of fire
171138 | Zig:24   | Killed an orb of fire
171138 | Zig:24   | Noticed an orb of fire
171139 | Zig:24   | Killed an orb of fire
171140 | Zig:24   | Killed an orb of fire
171140 | Zig:24   | Killed an orb of fire
171140 | Zig:24   | Killed an orb of fire
171140 | Zig:24   | Killed an orb of fire
171140 | Zig:24   | Killed an orb of fire
171141 | Zig:24   | Killed an orb of fire
171141 | Zig:24   | Killed an orb of fire
171141 | Zig:24   | Killed an orb of fire
171142 | Zig:24   | Killed an orb of fire
171142 | Zig:24   | Noticed an orb of fire
171142 | Zig:24   | Noticed an orb of fire
171142 | Zig:24   | Noticed an orb of fire
171143 | Zig:24   | Noticed an orb of fire
171143 | Zig:24   | Noticed an orb of fire
171143 | Zig:24   | Noticed an orb of fire
171144 | Zig:24   | Noticed an orb of fire
171145 | Zig:24   | Killed an orb of fire
171145 | Zig:24   | Noticed an orb of fire
171146 | Zig:24   | Killed an orb of fire
171146 | Zig:24   | Killed an orb of fire
171146 | Zig:24   | Killed an orb of fire
171146 | Zig:24   | Killed an orb of fire
171146 | Zig:24   | Noticed an orb of fire
171147 | Zig:24   | Noticed an orb of fire
171148 | Zig:24   | Killed an orb of fire
171148 | Zig:24   | Killed an orb of fire
171148 | Zig:24   | Noticed an orb of fire
171149 | Zig:24   | Noticed an orb of fire
171149 | Zig:24   | Killed an orb of fire
171149 | Zig:24   | Noticed an orb of fire
171149 | Zig:24   | Noticed an orb of fire
171149 | Zig:24   | Noticed an orb of fire
171150 | Zig:24   | Killed an orb of fire
171150 | Zig:24   | Killed an orb of fire
171150 | Zig:24   | Noticed an orb of fire
171150 | Zig:24   | Noticed an orb of fire
171151 | Zig:24   | Noticed an orb of fire
171151 | Zig:24   | Noticed an orb of fire
171151 | Zig:24   | Noticed an orb of fire
171153 | Zig:24   | Noticed an orb of fire
171156 | Zig:24   | Killed an orb of fire
171163 | Zig:24   | Noticed an orb of fire
171163 | Zig:24   | Noticed an orb of fire
171163 | Zig:24   | Noticed an orb of fire
171164 | Zig:24   | Noticed an orb of fire
171165 | Zig:24   | Noticed an orb of fire
171165 | Zig:24   | Killed an orb of fire
171165 | Zig:24   | Killed an orb of fire
171166 | Zig:24   | Killed an orb of fire
171166 | Zig:24   | Killed an orb of fire
171166 | Zig:24   | Killed an orb of fire
171166 | Zig:24   | Killed an orb of fire
171166 | Zig:24   | Killed an orb of fire
171167 | Zig:24   | Killed an orb of fire
171167 | Zig:24   | Killed an orb of fire
171167 | Zig:24   | Noticed an orb of fire
171167 | Zig:24   | Noticed an orb of fire
171168 | Zig:24   | Killed an orb of fire
171168 | Zig:24   | Killed an orb of fire
171168 | Zig:24   | Killed an orb of fire
171168 | Zig:24   | Noticed an orb of fire
171169 | Zig:24   | Killed an orb of fire
171169 | Zig:24   | Killed an orb of fire
171169 | Zig:24   | Killed an orb of fire
171170 | Zig:24   | Noticed an orb of fire
171171 | Zig:24   | Killed an orb of fire
171171 | Zig:24   | Noticed an orb of fire
171172 | Zig:24   | Killed an orb of fire
171172 | Zig:24   | Killed an orb of fire
171174 | Zig:24   | Killed an orb of fire
171174 | Zig:24   | Noticed an orb of fire
171174 | Zig:24   | Noticed an orb of fire
171175 | Zig:24   | Killed an orb of fire
171176 | Zig:24   | Noticed an orb of fire
171180 | Zig:24   | Killed an orb of fire
171180 | Zig:24   | Killed an orb of fire
171182 | Zig:24   | Killed an orb of fire
171554 | Zig:24   | Identified the ring of Finality {rCorr Int+6}
171560 | Zig:24   | Identified the ring of Lauqiur {rElec rN+ Str+6 Dex+4}
171600 | Zig:24   | Identified the +7 broad axe "Jotiedin" {vorpal, +Blink
                  | Dex+3}
171612 | Zig:25   | Entered Level 25 of a ziggurat
171615 | Zig:25   | Noticed an ancient lich
171615 | Zig:25   | Noticed an ancient lich
171616 | Zig:25   | Noticed an ancient lich
171617 | Zig:25   | Noticed an ancient lich
171617 | Zig:25   | Noticed an ancient lich
171618 | Zig:25   | Noticed an ancient lich
171619 | Zig:25   | Noticed an ancient lich
171619 | Zig:25   | Noticed an ancient lich
171620 | Zig:25   | Killed an ancient lich
171620 | Zig:25   | Killed an ancient lich
171620 | Zig:25   | Killed an ancient lich
171621 | Zig:25   | Killed an ancient lich
171621 | Zig:25   | Killed an ancient lich
171621 | Zig:25   | Killed an ancient lich
171621 | Zig:25   | Killed an ancient lich
171621 | Zig:25   | Killed an ancient lich
171621 | Zig:25   | Noticed an ancient lich
171622 | Zig:25   | Noticed an ancient lich
171622 | Zig:25   | Noticed an ancient lich
171622 | Zig:25   | Noticed an ancient lich
171622 | Zig:25   | Noticed an ancient lich
171623 | Zig:25   | Noticed an ancient lich
171623 | Zig:25   | Noticed an ancient lich
171623 | Zig:25   | Noticed an ancient lich
171625 | Zig:25   | Noticed an ancient lich
171625 | Zig:25   | Noticed an ancient lich
171626 | Zig:25   | Noticed an ancient lich
171626 | Zig:25   | Noticed an ancient lich
171627 | Zig:25   | Killed an ancient lich
171629 | Zig:25   | Killed an ancient lich
171629 | Zig:25   | Killed an ancient lich
171629 | Zig:25   | Killed an ancient lich
171629 | Zig:25   | Killed an ancient lich
171629 | Zig:25   | Killed an ancient lich
171630 | Zig:25   | Killed an ancient lich
171630 | Zig:25   | Killed an ancient lich
171630 | Zig:25   | Killed an ancient lich
171630 | Zig:25   | Killed an ancient lich
171630 | Zig:25   | Killed an ancient lich
171630 | Zig:25   | Killed an ancient lich
171630 | Zig:25   | Noticed an ancient lich
171630 | Zig:25   | Noticed an ancient lich
171631 | Zig:25   | Found the +6 lightning scales {swift, rElec}
171631 | Zig:25   | Noticed an ancient lich
171633 | Zig:25   | Killed an ancient lich
171633 | Zig:25   | Killed an ancient lich
171633 | Zig:25   | Killed an ancient lich
171633 | Zig:25   | Noticed an ancient lich
171635 | Zig:25   | Killed an ancient lich
171708 | Zig:25   | Identified the +1 scale mail of the Several Knaves {Will+
                  | Int+6}
171710 | Zig:25   | Identified the amulet of the Falcon {RegenMP -Tele Harm
                  | Regen+}
171752 | Zig:25   | Identified the +1 rapier of Enormous Action {antimagic,
                  | rC+}
172127 | Zig:25   | Identified the +8 rapier "Xecanoaq" {vorpal, Int+8}
172136 | Zig:25   | Identified the +10 trident "Zohiul" {antimagic, Str+3
                  | Int+3}
172137 | Zig:25   | Identified the +0 leather armour of Exclusion {Contam rN+++
                  | Will+++ Int-2}
172140 | Zig:25   | Identified the +1 chain mail of Quanwemash {rPois rC++
                  | Will+ Str+3}
172143 | Zig:25   | Identified the +4 robe of Contumacious Happiness {rElec
                  | Will+}
172156 | Zig:26   | Entered Level 26 of a ziggurat
172227 | Zig:26   | Noticed Egae the pandemonium lord
172230 | Zig:26   | Killed Egae the pandemonium lord
172772 | Zig:26   | Identified the amulet "Istroohu" {rElec Will+ Regen+}
172774 | Zig:26   | Identified the ring "Iruol" {Wiz Drain rElec rC+ SInv}
172777 | Zig:26   | Identified the ring of Dawn {Str+5 SInv}
172795 | Zig:26   | Identified the +10 mace "Urejeith" {drain, rPois rCorr
                  | Int-3}
172797 | Zig:26   | Identified the ring of Xoith {Contam rPois rN+ Str+2 Dex+5}
172858 | Zig:26   | Identified the +7 plate armour of Watchfulness {rPois Will-
                  | Regen+ Dex+6}
172863 | Zig:26   | Identified the +1 plate armour of the Monk {Str+3}
172873 | Zig:27   | Entered Level 27 of a ziggurat
172873 | Zig:27   | Noticed a juggernaut
172873 | Zig:27   | Noticed a juggernaut
172873 | Zig:27   | Noticed a juggernaut
172873 | Zig:27   | Noticed a juggernaut
172873 | Zig:27   | Noticed a juggernaut
172873 | Zig:27   | Noticed a juggernaut
172873 | Zig:27   | Noticed a juggernaut
172873 | Zig:27   | Noticed a juggernaut
172874 | Zig:27   | Killed a juggernaut
172874 | Zig:27   | Killed a juggernaut
172874 | Zig:27   | Killed a juggernaut
172874 | Zig:27   | Killed a juggernaut
172874 | Zig:27   | Killed a juggernaut
172874 | Zig:27   | Killed a juggernaut
172874 | Zig:27   | Killed a juggernaut
172874 | Zig:27   | Killed a juggernaut
172875 | Zig:27   | Noticed a juggernaut
172878 | Zig:27   | Noticed a juggernaut
172879 | Zig:27   | Noticed a juggernaut
172879 | Zig:27   | Noticed a juggernaut
172879 | Zig:27   | Noticed a juggernaut
172880 | Zig:27   | Noticed a juggernaut
172880 | Zig:27   | Noticed a juggernaut
172880 | Zig:27   | Noticed a juggernaut
172881 | Zig:27   | Noticed a juggernaut
172881 | Zig:27   | Noticed a juggernaut
172881 | Zig:27   | Noticed a juggernaut
172881 | Zig:27   | Noticed a juggernaut
172881 | Zig:27   | Noticed a juggernaut
172881 | Zig:27   | Noticed a juggernaut
172881 | Zig:27   | Noticed a juggernaut
172881 | Zig:27   | Noticed a juggernaut
172881 | Zig:27   | Noticed a juggernaut
172881 | Zig:27   | Noticed a juggernaut
172882 | Zig:27   | Killed a juggernaut
172882 | Zig:27   | Killed a juggernaut
172882 | Zig:27   | Killed a juggernaut
172882 | Zig:27   | Killed a juggernaut
172882 | Zig:27   | Killed a juggernaut
172882 | Zig:27   | Killed a juggernaut
172882 | Zig:27   | Killed a juggernaut
172882 | Zig:27   | Killed a juggernaut
172882 | Zig:27   | Killed a juggernaut
172882 | Zig:27   | Killed a juggernaut
172882 | Zig:27   | Killed a juggernaut
172882 | Zig:27   | Killed a juggernaut
172882 | Zig:27   | Killed a juggernaut
172882 | Zig:27   | Killed a juggernaut
172882 | Zig:27   | Killed a juggernaut
172882 | Zig:27   | Noticed a juggernaut
172883 | Zig:27   | Noticed a juggernaut
172883 | Zig:27   | Noticed a juggernaut
172885 | Zig:27   | Noticed a juggernaut
172885 | Zig:27   | Noticed a juggernaut
172885 | Zig:27   | Noticed a juggernaut
172885 | Zig:27   | Noticed a juggernaut
172887 | Zig:27   | Noticed a juggernaut
172887 | Zig:27   | Found the +4 Cigotuvi's embrace {rMiasma Drain rN+}
172890 | Zig:27   | Killed a juggernaut
172890 | Zig:27   | Killed a juggernaut
172890 | Zig:27   | Killed a juggernaut
172890 | Zig:27   | Killed a juggernaut
172890 | Zig:27   | Killed a juggernaut
172890 | Zig:27   | Killed a juggernaut
172890 | Zig:27   | Killed a juggernaut
172891 | Zig:27   | Killed a juggernaut
172891 | Zig:27   | Killed a juggernaut
172891 | Zig:27   | Killed a juggernaut
172894 | Zig:27   | Killed a juggernaut
172909 | Zig:27   | Gained mutation: You have great hidden genetic potential.
                  | [hidden potential]
172909 | Zig:27   | Lost mutation: You have great hidden genetic potential.
                  | [hidden potential expressed]
173004 | Zig:27   | Identified the +9 great sword of Lavopysh {vorpal, rPois
                  | Str+4 Dex-4}
173006 | Zig:27   | Identified the amulet "Elierphoa" {Spirit Int+3}
173085 | Zig:27   | Identified the +3 chain mail of Eternal Night {Str+3}
173097 | Zig:27   | Identified the +4 ring mail of Misanthropy {Str+5}
173112 | Zig:27   | Identified the +6 long sword of Valiance {flame, Fly}
173114 | Zig:27   | Identified the amulet "Suduulu" {Reflect rC++ Str+3 SH+5}
173116 | Zig:27   | Identified the +5 trident of the Warrior-Mage {drain,
                  | *Noise rN+++ Str+4 Int+4}
173136 | Zig:27   | Identified the +2 war axe of the Dwarven Hall {venom, rF+
                  | Dex+3}
173163 | Zig:27   | Identified the ring "Xoonwoirgh" {+Blink rPois rC++ Int+2}
173183 | Zig:27   | Identified the +4 morningstar "Xifoymy" {speed, rPois Str+4
                  | Int+2 Dex-4}
173734 | Depths:4 | Acquired 823 gold pieces
173879 | Zig:1    | Entered Level 1 of a ziggurat
173922 | Zig:2    | Entered Level 2 of a ziggurat
173922 | Zig:2    | Noticed a dread lich
173922 | Zig:2    | Noticed a dread lich
173922 | Zig:2    | Noticed an ancient lich
173924 | Zig:2    | Killed a dread lich
173925 | Zig:2    | Killed an ancient lich
173925 | Zig:2    | Killed a dread lich
173996 | Zig:3    | Entered Level 3 of a ziggurat
174118 | Zig:4    | Entered Level 4 of a ziggurat
174214 | Zig:4    | Identified the +2 leather armour of Lies {rElec Int+2}
174232 | Zig:5    | Entered Level 5 of a ziggurat
174405 | Zig:6    | Entered Level 6 of a ziggurat
174413 | Zig:6    | Noticed Racvokle the pandemonium lord
174414 | Zig:6    | Killed Racvokle the pandemonium lord
174562 | Zig:6    | Identified the +1 robe "Ithroemn" {rPois}
174574 | Zig:6    | Identified the +1 halberd of Uxynuck {vorpal, *Rage rElec
                  | rPois Dex+4 SInv}
174610 | Zig:7    | Entered Level 7 of a ziggurat
174682 | Zig:7    | Identified the +4 troll leather armour of the Ward {Fly
                  | Will+ Regen+ Int-4 SInv}
174686 | Zig:7    | Identified the +4 scale mail of Muake {Str+3}
174696 | Zig:7    | Identified the +3 rapier "Qiavvoir" {vorpal, Str+2 Dex+4}
174700 | Zig:7    | Identified the ring of Zazxod {rPois AC+4 SInv}
174812 | Zig:8    | Entered Level 8 of a ziggurat
174812 | Zig:8    | Noticed a juggernaut
174812 | Zig:8    | Noticed a juggernaut
174812 | Zig:8    | Noticed a juggernaut
174812 | Zig:8    | Noticed a juggernaut
174812 | Zig:8    | Noticed a juggernaut
174813 | Zig:8    | Noticed a juggernaut
174816 | Zig:8    | Killed a juggernaut
174816 | Zig:8    | Killed a juggernaut
174816 | Zig:8    | Killed a juggernaut
174816 | Zig:8    | Killed a juggernaut
174818 | Zig:8    | Noticed a juggernaut
174824 | Zig:8    | Killed a juggernaut
174824 | Zig:8    | Killed a juggernaut
174825 | Zig:8    | Killed a juggernaut
175053 | Zig:8    | Identified the +5 scale mail "Toheil" {-Cast Will+ Str+6}
175115 | Zig:8    | Identified the ring "Fimablae" {rCorr MP-9 Str+3 Int+6
                  | Dex+3}
175141 | Zig:9    | Entered Level 9 of a ziggurat
175251 | Zig:9    | Identified the ring of Tulips {rElec rCorr Str+6}
175255 | Zig:9    | Identified the +4 falchion "Lukeigy" {freeze, rElec Str+2
                  | Stlth+}
175261 | Zig:9    | Identified the +7 hunting sling "Iklorr" {venom, Str-3
                  | Int+6}
175431 | Zig:9    | Identified the +11 broad axe "Taebax" {drain, Dex+2}
175443 | Zig:10   | Entered Level 10 of a ziggurat
175462 | Zig:10   | Gained mutation: You have supernaturally acute eyesight.
                  | (SInv) [hidden potential]
175760 | Zig:10   | Identified the ring of the Invisible Thickets {Will+ Int+6
                  | Dex+3}
175801 | Zig:10   | Identified the +3 scimitar of the Ancients {vorpal, Str+2
                  | Dex+3}
175837 | Zig:10   | Identified the +2 ring mail of Lugonu's Esteem {rF+ Str+2
                  | Slay-2}
175843 | Zig:11   | Entered Level 11 of a ziggurat
175934 | Zig:11   | Identified the +10 halberd of Watchfulness {freeze, Will+
                  | Dex+2}
175936 | Zig:11   | Identified the amulet of Pantheism {Reflect rF+ rC- Slay+3
                  | SH+5 Stlth+}
175960 | Zig:11   | Identified the +1 robe of the Immovable Suns {*Corrode
                  | rPois Int+2}
175962 | Zig:11   | Identified the ring of the Mutiny {Wiz +Blink rF- Str+7
                  | Stlth-}
176264 | Zig:11   | Identified the +0 helmet "Oniebb" {rF+ Slay+2}
176294 | Zig:12   | Entered Level 12 of a ziggurat
176564 | Zig:12   | Identified the +11 chain mail of the Swamp {Int+3 Dex+3}
176568 | Zig:12   | Identified the +5 broad axe of Ethereal Tender Mercy
                  | {vorpal, rC+ Str+4 Dex+3}
176604 | Zig:13   | Entered Level 13 of a ziggurat
176677 | Zig:13   | Identified the ring of Caotukio {rC+ Str+6}
176685 | Zig:13   | Identified the +7 battleaxe of Debt {venom, Fly rElec
                  | Str-2}
176707 | Zig:13   | Identified the +0 pair of boots of Ikhluif {Int+3}
176926 | Zig:14   | Entered Level 14 of a ziggurat
176926 | Zig:14   | Noticed a juggernaut
176926 | Zig:14   | Noticed a juggernaut
176926 | Zig:14   | Noticed a juggernaut
176927 | Zig:14   | Noticed a juggernaut
176929 | Zig:14   | Noticed a juggernaut
176931 | Zig:14   | Noticed a juggernaut
176932 | Zig:14   | Noticed a juggernaut
176932 | Zig:14   | Noticed a juggernaut
176933 | Zig:14   | Killed a juggernaut
176933 | Zig:14   | Killed a juggernaut
176933 | Zig:14   | Killed a juggernaut
176933 | Zig:14   | Killed a juggernaut
176933 | Zig:14   | Killed a juggernaut
176933 | Zig:14   | Killed a juggernaut
176933 | Zig:14   | Noticed a juggernaut
176934 | Zig:14   | Killed a juggernaut
176935 | Zig:14   | Noticed a juggernaut
176936 | Zig:14   | Noticed a juggernaut
176936 | Zig:14   | Killed a juggernaut
176936 | Zig:14   | Noticed a juggernaut
176937 | Zig:14   | Noticed a juggernaut
176937 | Zig:14   | Noticed a juggernaut
176939 | Zig:14   | Noticed a juggernaut
176939 | Zig:14   | Killed a juggernaut
176940 | Zig:14   | Noticed a juggernaut
176941 | Zig:14   | Killed a juggernaut
176942 | Zig:14   | Killed a juggernaut
176942 | Zig:14   | Killed a juggernaut
176944 | Zig:14   | Killed a juggernaut
176944 | Zig:14   | Killed a juggernaut
176945 | Zig:14   | Killed a juggernaut
176945 | Zig:14   | Killed a juggernaut
177249 | Zig:14   | Identified the +7 dire flail of Bogusus {holy, rC+ Int+3}
177310 | Zig:14   | Identified the +4 mace of Forced Transition {antimagic,
                  | Contam rPois rN+ Str+4}
177339 | Zig:14   | Identified the ring of Tomorrow {rElec rF- rC+ EV+4 Str+7}
177343 | Zig:14   | Identified the +1 pair of boots of Loffiyra {+Blink}
177379 | Zig:14   | Identified the +9 scimitar of the Desolation of Salt
                  | {vorpal, *Noise Int+3 Stlth+}
177387 | Zig:15   | Entered Level 15 of a ziggurat
177390 | Zig:15   | Noticed an orb of fire
177390 | Zig:15   | Noticed an orb of fire
177390 | Zig:15   | Noticed an orb of fire
177390 | Zig:15   | Noticed an orb of fire
177392 | Zig:15   | Noticed an orb of fire
177393 | Zig:15   | Killed an orb of fire
177393 | Zig:15   | Killed an orb of fire
177393 | Zig:15   | Killed an orb of fire
177393 | Zig:15   | Noticed an orb of fire
177393 | Zig:15   | Noticed an orb of fire
177393 | Zig:15   | Noticed an orb of fire
177393 | Zig:15   | Noticed an orb of fire
177393 | Zig:15   | Noticed an orb of fire
177394 | Zig:15   | Noticed an orb of fire
177395 | Zig:15   | Killed an orb of fire
177395 | Zig:15   | Noticed an orb of fire
177395 | Zig:15   | Noticed an orb of fire
177396 | Zig:15   | Killed an orb of fire
177396 | Zig:15   | Killed an orb of fire
177396 | Zig:15   | Noticed an orb of fire
177397 | Zig:15   | Killed an orb of fire
177397 | Zig:15   | Killed an orb of fire
177397 | Zig:15   | Killed an orb of fire
177398 | Zig:15   | Noticed an orb of fire
177398 | Zig:15   | Noticed an orb of fire
177399 | Zig:15   | Killed an orb of fire
177399 | Zig:15   | Killed an orb of fire
177399 | Zig:15   | Killed an orb of fire
177399 | Zig:15   | Noticed an orb of fire
177400 | Zig:15   | Killed an orb of fire
177400 | Zig:15   | Killed an orb of fire
177400 | Zig:15   | Noticed an orb of fire
177401 | Zig:15   | Noticed an orb of fire
177401 | Zig:15   | Killed an orb of fire
177402 | Zig:15   | Killed an orb of fire
177403 | Zig:15   | Killed an orb of fire
177403 | Zig:15   | Killed an orb of fire
177404 | Zig:15   | Killed an orb of fire
177404 | Zig:15   | Noticed an orb of fire
177404 | Zig:15   | Noticed an orb of fire
177405 | Zig:15   | Noticed an orb of fire
177405 | Zig:15   | Noticed an orb of fire
177405 | Zig:15   | Noticed an orb of fire
177406 | Zig:15   | Noticed an orb of fire
177407 | Zig:15   | Killed an orb of fire
177407 | Zig:15   | Killed an orb of fire
177407 | Zig:15   | Noticed an orb of fire
177407 | Zig:15   | Noticed an orb of fire
177408 | Zig:15   | Killed an orb of fire
177408 | Zig:15   | Killed an orb of fire
177408 | Zig:15   | Noticed an orb of fire
177409 | Zig:15   | Killed an orb of fire
177409 | Zig:15   | Killed an orb of fire
177409 | Zig:15   | Noticed an orb of fire
177411 | Zig:15   | Killed an orb of fire
177411 | Zig:15   | Killed an orb of fire
177411 | Zig:15   | Noticed an orb of fire
177412 | Zig:15   | Killed an orb of fire
177413 | Zig:15   | Killed an orb of fire
177413 | Zig:15   | Noticed an orb of fire
177413 | Zig:15   | Noticed an orb of fire
177414 | Zig:15   | Noticed an orb of fire
177415 | Zig:15   | Killed an orb of fire
177415 | Zig:15   | Noticed an orb of fire
177416 | Zig:15   | Killed an orb of fire
177416 | Zig:15   | Killed an orb of fire
177416 | Zig:15   | Noticed an orb of fire
177416 | Zig:15   | Noticed an orb of fire
177417 | Zig:15   | Noticed an orb of fire
177417 | Zig:15   | Noticed an orb of fire
177418 | Zig:15   | Killed an orb of fire
177418 | Zig:15   | Killed an orb of fire
177418 | Zig:15   | Noticed an orb of fire
177418 | Zig:15   | Noticed an orb of fire
177418 | Zig:15   | Noticed an orb of fire
177419 | Zig:15   | Killed an orb of fire
177420 | Zig:15   | Killed an orb of fire
177420 | Zig:15   | Killed an orb of fire
177420 | Zig:15   | Killed an orb of fire
177420 | Zig:15   | Noticed an orb of fire
177421 | Zig:15   | Killed an orb of fire
177421 | Zig:15   | Killed an orb of fire
177421 | Zig:15   | Killed an orb of fire
177423 | Zig:15   | Killed an orb of fire
177423 | Zig:15   | Noticed an orb of fire
177424 | Zig:15   | Noticed an orb of fire
177428 | Zig:15   | Killed an orb of fire
177429 | Zig:15   | Killed an orb of fire
177597 | Zig:15   | Identified the +8 rapier of Wisdom {pain, rPois Will+
                  | Str-4}
177603 | Zig:15   | Identified the +10 shortbow "Fingefe" {flame, rPois rCorr}
177606 | Zig:15   | Identified the +3 mace of Geom Ufo {vorpal, rF+ Int+2
                  | Dex+5}
177608 | Zig:15   | Identified the +2 falchion of the Howling Wolf {venom, rN+}
177611 | Zig:15   | Identified the +1 robe of the Sun {rF+}
177615 | Zig:15   | Identified the +5 scale mail "Earthly Heaven" {rElec}
177626 | Zig:16   | Entered Level 16 of a ziggurat
177631 | Zig:16   | Noticed Vuopse's ghost (legendary GnIE)
177632 | Zig:16   | Noticed Boduf's ghost (legendary FoHu)
177632 | Zig:16   | Noticed heteroy's ghost (legendary DsHu)
177632 | Zig:16   | Noticed Walil's ghost (veteran MiMo)
177632 | Zig:16   | Noticed Zonian's ghost (legendary HOFi)
177632 | Zig:16   | Noticed Rocah's ghost (veteran GrFi)
177633 | Zig:16   | Noticed Fouwomub's ghost (legendary FoEE)
177633 | Zig:16   | Noticed Denobboc's ghost (legendary OpMo)
177633 | Zig:16   | Noticed Polaczum's ghost (adept TrMo)
177634 | Zig:16   | Noticed scarywalker64's ghost (veteran BaSu)
177634 | Zig:16   | Noticed Heartburn's ghost (veteran MiFi)
177634 | Zig:16   | Noticed melllvar's ghost (legendary MiBe)
177634 | Zig:16   | Noticed Motirgh's ghost (legendary DgWz)
177634 | Zig:16   | Noticed grandjackal's ghost (legendary DsGl)
177635 | Zig:16   | Killed scarywalker64's ghost
177635 | Zig:16   | Noticed thechecker02's ghost (master DDFi)
177636 | Zig:16   | Noticed Ubraesch's ghost (adept TrMo)
177637 | Zig:16   | Noticed grandjackal's ghost (legendary DsGl)
177637 | Zig:16   | Noticed Shayle's ghost (legendary GnWz)
177637 | Zig:16   | Noticed stevelinton's ghost (legendary KoBe)
177637 | Zig:16   | Noticed Himmaryad's ghost (adept TrMo)
177637 | Zig:16   | Noticed Janeylunn's ghost (veteran GnWn)
177638 | Zig:16   | Noticed Fueng's ghost (legendary HOFi)
177639 | Zig:16   | Noticed Veodywke's ghost (legendary MiBe)
177639 | Zig:16   | Noticed Rirumasy's ghost (legendary OpWn)
177639 | Zig:16   | Killed Polaczum's ghost
177639 | Zig:16   | Killed Heartburn's ghost
177639 | Zig:16   | Killed Walil's ghost
177639 | Zig:16   | Noticed Becvyf's ghost (legendary GnFi)
177639 | Zig:16   | Noticed Likado's ghost (legendary GnSk)
177640 | Zig:16   | Killed Boduf's ghost
177640 | Zig:16   | Killed Denobboc's ghost
177640 | Zig:16   | Killed Rocah's ghost
177640 | Zig:16   | Killed Motirgh's ghost
177640 | Zig:16   | Killed grandjackal's ghost
177640 | Zig:16   | Noticed GlasyaLabolas's ghost (legendary MiFi)
177641 | Zig:16   | Killed Vuopse's ghost
177641 | Zig:16   | Killed Ubraesch's ghost
177641 | Zig:16   | Noticed Xuqyot's ghost (legendary DsFi)
177641 | Zig:16   | Noticed Saphesar's ghost (veteran DsFi)
177642 | Zig:16   | Killed heteroy's ghost
177642 | Zig:16   | Killed Fueng's ghost
177642 | Zig:16   | Killed Shayle's ghost
177642 | Zig:16   | Killed stevelinton's ghost
177642 | Zig:16   | Killed Himmaryad's ghost
177642 | Zig:16   | Noticed stevelinton's ghost (legendary KoBe)
177642 | Zig:16   | Noticed astronautguy's ghost (legendary FoEE)
177643 | Zig:16   | Killed grandjackal's ghost
177643 | Zig:16   | Killed Fouwomub's ghost
177643 | Zig:16   | Killed thechecker02's ghost
177643 | Zig:16   | Noticed Polaczum's ghost (adept TrMo)
177644 | Zig:16   | Noticed Piginabag's ghost (veteran GnMo)
177644 | Zig:16   | Killed Zonian's ghost
177644 | Zig:16   | Noticed Hillam's ghost (legendary DsTm)
177647 | Zig:16   | Killed Becvyf's ghost
177649 | Zig:16   | Killed Rirumasy's ghost
177653 | Zig:16   | Killed melllvar's ghost
177653 | Zig:16   | Killed Hillam's ghost
177653 | Zig:16   | Killed Likado's ghost
177654 | Zig:16   | Noticed thechecker02's ghost (legendary DDFi)
177655 | Zig:16   | Killed Janeylunn's ghost
177655 | Zig:16   | Killed Polaczum's ghost
177656 | Zig:16   | Killed Piginabag's ghost
177656 | Zig:16   | Noticed Zoplarin's ghost (legendary BaSk)
177657 | Zig:16   | Noticed Totuz's ghost (legendary HOFi)
177657 | Zig:16   | Noticed Alysiarr's ghost (legendary KoHu)
177658 | Zig:16   | Noticed Saphesar's ghost (veteran DsFi)
177658 | Zig:16   | Noticed BerryKnight's ghost (legendary DgFi)
177659 | Zig:16   | Noticed Becvyf's ghost (legendary GnFi)
177659 | Zig:16   | Noticed Wammos's ghost (legendary TeCj)
177660 | Zig:16   | Noticed reasonance's ghost (legendary HOMo)
177660 | Zig:16   | Noticed Zenecom's ghost (legendary MiFi)
177660 | Zig:16   | Noticed swap's ghost (legendary DEFE)
177660 | Zig:16   | Noticed scarywalker64's ghost (veteran BaSu)
177661 | Zig:16   | Noticed Qeilemp's ghost (legendary HOFi)
177661 | Zig:16   | Noticed Godueg's ghost (veteran HOFi)
177661 | Zig:16   | Noticed deprived's ghost (legendary HOFi)
177661 | Zig:16   | Noticed WiseOSalty's ghost (legendary TrGl)
177661 | Zig:16   | Noticed scarywalker64's ghost (veteran BaSu)
177661 | Zig:16   | Noticed Xorhowon's ghost (legendary MiBe)
177661 | Zig:16   | Noticed Zachydoop's ghost (veteran MiMo)
177661 | Zig:16   | Noticed BoringLoser's ghost (veteran TeAE)
177661 | Zig:16   | Noticed corvin's ghost (legendary OgWn)
177661 | Zig:16   | Noticed frimble's ghost (legendary DsFi)
177661 | Zig:16   | Noticed frimble's ghost (legendary DsFi)
177661 | Zig:16   | Noticed Alysiarr's ghost (legendary KoHu)
177661 | Zig:16   | Noticed Pikuto's ghost (adept MiBe)
177661 | Zig:16   | Killed Saphesar's ghost
177661 | Zig:16   | Noticed ragingrage's ghost (legendary OpFE)
177662 | Zig:16   | Noticed grandjackal's ghost (legendary DsGl)
177663 | Zig:16   | Killed Saphesar's ghost
177663 | Zig:16   | Killed scarywalker64's ghost
177663 | Zig:16   | Killed Alysiarr's ghost
177663 | Zig:16   | Killed Veodywke's ghost
177663 | Zig:16   | Killed Zoplarin's ghost
177663 | Zig:16   | Killed stevelinton's ghost
177664 | Zig:16   | Killed scarywalker64's ghost
177664 | Zig:16   | Killed astronautguy's ghost
177664 | Zig:16   | Killed Pikuto's ghost
177664 | Zig:16   | Killed swap's ghost
177665 | Zig:16   | Killed Xorhowon's ghost
177665 | Zig:16   | Killed frimble's ghost
177666 | Zig:16   | Killed Becvyf's ghost
177666 | Zig:16   | Killed WiseOSalty's ghost
177666 | Zig:16   | Killed reasonance's ghost
177666 | Zig:16   | Killed Wammos's ghost
177666 | Zig:16   | Killed Alysiarr's ghost
177666 | Zig:16   | Killed Totuz's ghost
177667 | Zig:16   | Killed frimble's ghost
177667 | Zig:16   | Killed BoringLoser's ghost
177668 | Zig:16   | Killed GlasyaLabolas's ghost
177669 | Zig:16   | Killed Zenecom's ghost
177669 | Zig:16   | Killed ragingrage's ghost
177670 | Zig:16   | Killed Xuqyot's ghost
177670 | Zig:16   | Killed thechecker02's ghost
177672 | Zig:16   | Killed BerryKnight's ghost
177673 | Zig:16   | Killed Qeilemp's ghost
177673 | Zig:16   | Killed corvin's ghost
177673 | Zig:16   | Killed Godueg's ghost
177673 | Zig:16   | Killed grandjackal's ghost
177674 | Zig:16   | Killed deprived's ghost
177674 | Zig:16   | Killed Zachydoop's ghost
177932 | Zig:16   | Identified the ring of Egixoit {Ice rElec Stlth+}
177946 | Zig:16   | Identified the +5 long sword of Hepliaklqana's Esteem
                  | {pain, rPois}
177947 | Zig:16   | Identified the ring "Oxkami" {rF+ rN+ Str+10 Slay-4}
178033 | Zig:16   | Identified the +10 war axe of Jeerin {vamp, rPois rC+
                  | Int+2}
178039 | Zig:16   | Acquired 409 gold pieces
178046 | Zig:17   | Entered Level 17 of a ziggurat
178052 | Zig:17   | Noticed a dread lich
178052 | Zig:17   | Noticed a dread lich
178054 | Zig:17   | Noticed an ancient lich
178055 | Zig:17   | Noticed an ancient lich
178055 | Zig:17   | Noticed a dread lich
178055 | Zig:17   | Noticed an ancient lich
178055 | Zig:17   | Noticed an ancient lich
178056 | Zig:17   | Noticed a dread lich
178056 | Zig:17   | Killed an ancient lich
178056 | Zig:17   | Noticed a dread lich
178057 | Zig:17   | Killed a dread lich
178057 | Zig:17   | Killed a dread lich
178057 | Zig:17   | Killed an ancient lich
178057 | Zig:17   | Killed a dread lich
178057 | Zig:17   | Killed an ancient lich
178057 | Zig:17   | Killed a dread lich
178057 | Zig:17   | Killed an ancient lich
178057 | Zig:17   | Killed a dread lich
178059 | Zig:17   | Noticed a dread lich
178059 | Zig:17   | Noticed an ancient lich
178059 | Zig:17   | Noticed a dread lich
178060 | Zig:17   | Noticed an ancient lich
178061 | Zig:17   | Noticed a dread lich
178063 | Zig:17   | Noticed a dread lich
178063 | Zig:17   | Noticed an ancient lich
178063 | Zig:17   | Noticed an ancient lich
178063 | Zig:17   | Killed an ancient lich
178064 | Zig:17   | Noticed a dread lich
178065 | Zig:17   | Noticed a dread lich
178065 | Zig:17   | Noticed an ancient lich
178065 | Zig:17   | Noticed an ancient lich
178065 | Zig:17   | Noticed a dread lich
178066 | Zig:17   | Noticed a dread lich
178066 | Zig:17   | Killed a dread lich
178067 | Zig:17   | Killed an ancient lich
178067 | Zig:17   | Killed a dread lich
178067 | Zig:17   | Killed an ancient lich
178067 | Zig:17   | Killed a dread lich
178068 | Zig:17   | Killed a dread lich
178068 | Zig:17   | Killed a dread lich
178068 | Zig:17   | Killed a dread lich
178068 | Zig:17   | Killed an ancient lich
178068 | Zig:17   | Killed a dread lich
178069 | Zig:17   | Killed an ancient lich
178069 | Zig:17   | Killed a dread lich
178069 | Zig:17   | Killed an ancient lich
178112 | Zig:17   | Identified the +2 plate armour of the Big Bang {rCorr}
178116 | Zig:17   | Identified the +9 falchion "Caocw" {venom, Drain Str+4
                  | Stlth+}
178125 | Zig:17   | Identified the +7 hand axe of the Invisible Tables
                  | {antimagic, *Slow rF++ rN+ Will+}
178126 | Zig:17   | Identified the +1 robe of Terror {Str+4 Slay+3}
178128 | Zig:17   | Identified the +9 war axe of Iczuitof {distort, rC- Str+5}
178138 | Zig:17   | Identified the ring "Raropi" {Wiz Int+2}
178150 | Zig:17   | Identified the +10 scimitar of Pecleq {drain, +Blink rC+
                  | Int+5 Dex-5}
178165 | Zig:17   | Identified the +3 hand crossbow "Fisuosot" {freeze, rCorr
                  | Str+3}
178389 | Zig:17   | Identified the +0 scale mail of the Boiling Point {Int-2
                  | Slay+5}
178395 | Zig:17   | Identified the +12 glaive "Qegi" {elec, Str+5 Int+3}
178403 | Zig:17   | Identified the +5 great sword "Zucoakea" {vorpal, *Slow rF+
                  | SInv Stlth+}
178407 | Zig:17   | Identified the +3 trident of Resourcefulness {flame, Will+
                  | Dex+4 Stlth+}
178417 | Zig:17   | Identified the +0 chain mail of True Grit {rPois Will+}
178426 | Zig:17   | Identified the +10 dire flail "Mezyeci" {venom, rC+ Str-5
                  | Int+2}
178433 | Zig:17   | Acquired 1138 gold pieces
178438 | Zig:18   | Entered Level 18 of a ziggurat
178469 | Zig:18   | Gained mutation: You have large cloven feet. [hidden
                  | potential]
178498 | Zig:18   | Identified the +6 whip "Killer Klown's Foe" {vorpal, rN+
                  | Will- Dex+2}
178501 | Zig:18   | Identified the ring "Yrchuokh" {rCorr Str+4}
178703 | Zig:18   | Identified the +9 hand axe of the Dwarven Hall {flame,
                  | rPois rF- Str+6}
178711 | Zig:18   | Identified the ring "Qyolaach" {rF+ Int+4}
178782 | Zig:18   | Identified the +6 hand axe of Zetsapp {freeze, rElec rN+
                  | Will- Dex+4}
178792 | Zig:18   | Identified the +16 plate armour "Yddep" {rC+ rN+ SInv}
178802 | Zig:19   | Entered Level 19 of a ziggurat
178845 | Zig:19   | Gained mutation: Your mind is acute. (Int +2) [hidden
                  | potential]
178845 | Zig:19   | Lost mutation: You have hidden genetic potential. [hidden
                  | potential expressed]
178935 | Zig:19   | Identified the amulet of Elushresm {RegenMP Str+4}
179216 | Zig:19   | Identified the ring of Raikku {rElec rC+ Str+2 Stlth-}
179269 | Zig:19   | Identified the +3 mace of Compulsion {elec, rC+ rN+ rCorr
                  | Dex+3}
179288 | Zig:19   | Identified the +3 ring mail "Gyenu" {-Cast rElec rN+ Str+2}
179303 | Zig:20   | Entered Level 20 of a ziggurat
179709 | Zig:20   | Identified the +4 ring mail of the End {rPois rC+}
179738 | Zig:20   | Identified the +10 battleaxe "Duroif" {vorpal, Int+3 Dex+4}
179757 | Zig:20   | Identified the ring "Esitahor" {Str+2 Int+5 Slay+4}
179769 | Zig:20   | Identified the +0 plate armour "Lyorch" {Harm Str+5}
179811 | Zig:20   | Identified the +7 scythe "Zemun" {freeze, Dex+3}
179822 | Zig:21   | Entered Level 21 of a ziggurat
179828 | Zig:21   | Noticed Qasureit the pandemonium lord
179829 | Zig:21   | Noticed Jijey the pandemonium lord
179829 | Zig:21   | Noticed Ommovy the pandemonium lord
179829 | Zig:21   | Noticed Zukhaon the pandemonium lord
179830 | Zig:21   | Noticed Uras the pandemonium lord
179832 | Zig:21   | Killed Jijey the pandemonium lord
179832 | Zig:21   | Killed Uras the pandemonium lord
179832 | Zig:21   | Killed Qasureit the pandemonium lord
179832 | Zig:21   | Noticed Kereoxt the pandemonium lord
179832 | Zig:21   | Noticed Cuedean the pandemonium lord
179832 | Zig:21   | Noticed Suguelif the pandemonium lord
179833 | Zig:21   | Noticed Gosataerph the pandemonium lord
179833 | Zig:21   | Noticed Ycigruja the pandemonium lord
179833 | Zig:21   | Noticed Cufaucw the pandemonium lord
179833 | Zig:21   | Noticed Ishru the pandemonium lord
179833 | Zig:21   | Noticed Qiden the pandemonium lord
179834 | Zig:21   | Killed Zukhaon the pandemonium lord
179834 | Zig:21   | Noticed Fuimum the pandemonium lord
179834 | Zig:21   | Noticed Mefawk the pandemonium lord
179834 | Zig:21   | Noticed Muupui the pandemonium lord
179834 | Zig:21   | Noticed Qoabbe Wumn the pandemonium lord
179834 | Zig:21   | Noticed Biclur the pandemonium lord
179836 | Zig:21   | Noticed Hocizaet the pandemonium lord
179836 | Zig:21   | Noticed Vufemm the pandemonium lord
179836 | Zig:21   | Noticed Qint the pandemonium lord
179837 | Zig:21   | Killed Qoabbe Wumn the pandemonium lord
179837 | Zig:21   | Noticed Littinal the pandemonium lord
179837 | Zig:21   | Noticed Eniuz the pandemonium lord
179838 | Zig:21   | Noticed Itufoni the pandemonium lord
179838 | Zig:21   | Noticed Xutob the pandemonium lord
179839 | Zig:21   | Killed Cufaucw the pandemonium lord
179839 | Zig:21   | Killed Mefawk the pandemonium lord
179839 | Zig:21   | Killed Muupui the pandemonium lord
179839 | Zig:21   | Noticed Foimecw the pandemonium lord
179839 | Zig:21   | Noticed Kowy the pandemonium lord
179841 | Zig:21   | Noticed Ugelifom the pandemonium lord
179842 | Zig:21   | Noticed Ruavec the pandemonium lord
179842 | Zig:21   | Killed Vufemm the pandemonium lord
179842 | Zig:21   | Killed Kereoxt the pandemonium lord
179843 | Zig:21   | Noticed Ateaxtarch the pandemonium lord
179843 | Zig:21   | Killed Ishru the pandemonium lord
179843 | Zig:21   | Killed Eniuz the pandemonium lord
179843 | Zig:21   | Killed Hocizaet the pandemonium lord
179843 | Zig:21   | Killed Ycigruja the pandemonium lord
179843 | Zig:21   | Noticed Tinlil the pandemonium lord
179843 | Zig:21   | Noticed Ciqeeb the pandemonium lord
179843 | Zig:21   | Noticed Ovakofug the pandemonium lord
179844 | Zig:21   | Noticed Hugiudd the pandemonium lord
179844 | Zig:21   | Noticed Gosoxile the pandemonium lord
179844 | Zig:21   | Killed Ruavec the pandemonium lord
179844 | Zig:21   | Killed Qiden the pandemonium lord
179844 | Zig:21   | Killed Littinal the pandemonium lord
179844 | Zig:21   | Noticed Ynaruzudd the pandemonium lord
179844 | Zig:21   | Killed Suguelif the pandemonium lord
179844 | Zig:21   | Noticed Copheq the pandemonium lord
179845 | Zig:21   | Killed Itufoni the pandemonium lord
179845 | Zig:21   | Killed Ommovy the pandemonium lord
179845 | Zig:21   | Killed Fuimum the pandemonium lord
179846 | Zig:21   | Noticed Sexu the pandemonium lord
179846 | Zig:21   | Killed Biclur the pandemonium lord
179846 | Zig:21   | Killed Gosataerph the pandemonium lord
179847 | Zig:21   | Noticed Kehues the pandemonium lord
179847 | Zig:21   | Noticed Plog the pandemonium lord
179848 | Zig:21   | Noticed Wugga the pandemonium lord
179848 | Zig:21   | Killed Ugelifom the pandemonium lord
179848 | Zig:21   | Killed Hugiudd the pandemonium lord
179848 | Zig:21   | Noticed Wazexigg the pandemonium lord
179848 | Zig:21   | Noticed Vidotzyo the pandemonium lord
179849 | Zig:21   | Noticed Reyffitt the pandemonium lord
179849 | Zig:21   | Noticed Wexzay the pandemonium lord
179850 | Zig:21   | Noticed Qeffossa the pandemonium lord
179850 | Zig:21   | Noticed Oxoxos the pandemonium lord
179851 | Zig:21   | Noticed Gurreh the pandemonium lord
179852 | Zig:21   | Killed Sexu the pandemonium lord
179852 | Zig:21   | Killed Xutob the pandemonium lord
179852 | Zig:21   | Killed Copheq the pandemonium lord
179852 | Zig:21   | Killed Ynaruzudd the pandemonium lord
179852 | Zig:21   | Killed Reyffitt the pandemonium lord
179852 | Zig:21   | Killed Gurreh the pandemonium lord
179852 | Zig:21   | Noticed Kafescha the pandemonium lord
179852 | Zig:21   | Noticed Ikuge the pandemonium lord
179852 | Zig:21   | Noticed Qustena the pandemonium lord
179854 | Zig:21   | Noticed Zuatorch the pandemonium lord
179854 | Zig:21   | Killed Kowy the pandemonium lord
179854 | Zig:21   | Killed Foimecw the pandemonium lord
179854 | Zig:21   | Killed Ovakofug the pandemonium lord
179854 | Zig:21   | Killed Wexzay the pandemonium lord
179854 | Zig:21   | Noticed Cetapoch the pandemonium lord
179855 | Zig:21   | Killed Qint the pandemonium lord
179855 | Zig:21   | Killed Vidotzyo the pandemonium lord
179855 | Zig:21   | Killed Oxoxos the pandemonium lord
179855 | Zig:21   | Killed Qeffossa the pandemonium lord
179855 | Zig:21   | Killed Zuatorch the pandemonium lord
179855 | Zig:21   | Noticed Loiholo the pandemonium lord
179855 | Zig:21   | Noticed Ubiar the pandemonium lord
179855 | Zig:21   | Noticed Woshrani the pandemonium lord
179855 | Zig:21   | Noticed Ruecs the pandemonium lord
179855 | Zig:21   | Noticed Tyce the pandemonium lord
179857 | Zig:21   | Killed Kehues the pandemonium lord
179857 | Zig:21   | Killed Ciqeeb the pandemonium lord
179857 | Zig:21   | Noticed Seacil the pandemonium lord
179858 | Zig:21   | Noticed Xoizaas the pandemonium lord
179858 | Zig:21   | Killed Ateaxtarch the pandemonium lord
179858 | Zig:21   | Killed Plog the pandemonium lord
179858 | Zig:21   | Killed Cetapoch the pandemonium lord
179858 | Zig:21   | Killed Loiholo the pandemonium lord
179858 | Zig:21   | Killed Cuedean the pandemonium lord
179858 | Zig:21   | Killed Qustena the pandemonium lord
179858 | Zig:21   | Noticed Ustrum the pandemonium lord
179858 | Zig:21   | Noticed Sakuaray the pandemonium lord
179859 | Zig:21   | Killed Wazexigg the pandemonium lord
179859 | Zig:21   | Killed Ikuge the pandemonium lord
179859 | Zig:21   | Killed Woshrani the pandemonium lord
179859 | Zig:21   | Killed Ubiar the pandemonium lord
179860 | Zig:21   | Killed Gosoxile the pandemonium lord
179860 | Zig:21   | Killed Wugga the pandemonium lord
179860 | Zig:21   | Killed Tinlil the pandemonium lord
179860 | Zig:21   | Noticed Sotwocaj the pandemonium lord
179860 | Zig:21   | Noticed Ziufod the pandemonium lord
179861 | Zig:21   | Killed Seacil the pandemonium lord
179861 | Zig:21   | Killed Ustrum the pandemonium lord
179861 | Zig:21   | Killed Kafescha the pandemonium lord
179861 | Zig:21   | Killed Tyce the pandemonium lord
179861 | Zig:21   | Noticed Qyd Inid the pandemonium lord
179861 | Zig:21   | Noticed Caxaemax the pandemonium lord
179863 | Zig:21   | Noticed Eshruh the pandemonium lord
179864 | Zig:21   | Noticed Lon Date the pandemonium lord
179864 | Zig:21   | Noticed Alaoloc the pandemonium lord
179864 | Zig:21   | Noticed Hanlut the pandemonium lord
179864 | Zig:21   | Noticed Gingocik the pandemonium lord
179866 | Zig:21   | Noticed Dyn Fuim the pandemonium lord
179866 | Zig:21   | Noticed Jeoqulas the pandemonium lord
179867 | Zig:21   | Noticed Vyestock the pandemonium lord
179868 | Zig:21   | Noticed Pacs the pandemonium lord
179869 | Zig:21   | Noticed Featuam the pandemonium lord
179869 | Zig:21   | Noticed Atapp the pandemonium lord
179870 | Zig:21   | Noticed Sappur the pandemonium lord
179871 | Zig:21   | Noticed Teurompa the pandemonium lord
179875 | Zig:21   | Killed Caxaemax the pandemonium lord
179875 | Zig:21   | Noticed Join the pandemonium lord
179876 | Zig:21   | Killed Sotwocaj the pandemonium lord
179876 | Zig:21   | Noticed Utufes the pandemonium lord
179877 | Zig:21   | Killed Alaoloc the pandemonium lord
179877 | Zig:21   | Killed Xoizaas the pandemonium lord
179877 | Zig:21   | Killed Jeoqulas the pandemonium lord
179877 | Zig:21   | Killed Lon Date the pandemonium lord
179877 | Zig:21   | Killed Ziufod the pandemonium lord
179877 | Zig:21   | Killed Qyd Inid the pandemonium lord
179877 | Zig:21   | Killed Ruecs the pandemonium lord
179877 | Zig:21   | Noticed Jing the pandemonium lord
179878 | Zig:21   | Killed Sakuaray the pandemonium lord
179878 | Zig:21   | Killed Teurompa the pandemonium lord
179878 | Zig:21   | Killed Vyestock the pandemonium lord
179878 | Zig:21   | Noticed Xemifryebe the pandemonium lord
179879 | Zig:21   | Killed Eshruh the pandemonium lord
179879 | Zig:21   | Killed Gingocik the pandemonium lord
179879 | Zig:21   | Killed Sappur the pandemonium lord
179879 | Zig:21   | Killed Join the pandemonium lord
179879 | Zig:21   | Killed Dyn Fuim the pandemonium lord
179879 | Zig:21   | Noticed Kobrentaonn the pandemonium lord
179880 | Zig:21   | Killed Hanlut the pandemonium lord
179880 | Zig:21   | Killed Featuam the pandemonium lord
179880 | Zig:21   | Killed Utufes the pandemonium lord
179880 | Zig:21   | Killed Atapp the pandemonium lord
179880 | Zig:21   | Noticed Rausin the pandemonium lord
179880 | Zig:21   | Noticed Yxzaonas the pandemonium lord
179884 | Zig:21   | Killed Pacs the pandemonium lord
179887 | Zig:21   | Killed Jing the pandemonium lord
179887 | Zig:21   | Killed Kobrentaonn the pandemonium lord
179887 | Zig:21   | Killed Xemifryebe the pandemonium lord
179890 | Zig:21   | Noticed Ownar the pandemonium lord
179891 | Zig:21   | Killed Yxzaonas the pandemonium lord
179891 | Zig:21   | Noticed Izxusm the pandemonium lord
179891 | Zig:21   | Noticed Ihicwidu the pandemonium lord
179892 | Zig:21   | Killed Rausin the pandemonium lord
179892 | Zig:21   | Noticed Adaumim the pandemonium lord
179893 | Zig:21   | Killed Ownar the pandemonium lord
179893 | Zig:21   | Noticed Ipoce the pandemonium lord
179893 | Zig:21   | Noticed Bazam the pandemonium lord
179894 | Zig:21   | Killed Adaumim the pandemonium lord
179894 | Zig:21   | Noticed Soas the pandemonium lord
179895 | Zig:21   | Killed Izxusm the pandemonium lord
179895 | Zig:21   | Killed Ihicwidu the pandemonium lord
179896 | Zig:21   | Killed Bazam the pandemonium lord
179896 | Zig:21   | Killed Soas the pandemonium lord
179897 | Zig:21   | Noticed Bueskec the pandemonium lord
179898 | Zig:21   | Killed Ipoce the pandemonium lord
179898 | Zig:21   | Noticed Beuqyxto the pandemonium lord
179900 | Zig:21   | Killed Bueskec the pandemonium lord
179900 | Zig:21   | Noticed Qamin the pandemonium lord
179900 | Zig:21   | Noticed Simpagaz the pandemonium lord
179902 | Zig:21   | Killed Beuqyxto the pandemonium lord
179903 | Zig:21   | Killed Simpagaz the pandemonium lord
179904 | Zig:21   | Noticed Goozxus the pandemonium lord
179904 | Zig:21   | Noticed Geuseq the pandemonium lord
179904 | Zig:21   | Noticed Jaref the pandemonium lord
179904 | Zig:21   | Noticed Amnymuag the pandemonium lord
179905 | Zig:21   | Killed Qamin the pandemonium lord
179905 | Zig:21   | Noticed Juovag the pandemonium lord
179906 | Zig:21   | Killed Goozxus the pandemonium lord
179907 | Zig:21   | Killed Amnymuag the pandemonium lord
179907 | Zig:21   | Noticed Sinosko Uzod the pandemonium lord
179908 | Zig:21   | Killed Geuseq the pandemonium lord
179908 | Zig:21   | Killed Jaref the pandemonium lord
179908 | Zig:21   | Killed Juovag the pandemonium lord
179910 | Zig:21   | Killed Sinosko Uzod the pandemonium lord
179911 | Zig:21   | Noticed Zoykhuc the pandemonium lord
179912 | Zig:21   | Noticed Zetoriz the pandemonium lord
179914 | Zig:21   | Noticed Not Jeokh the pandemonium lord
179915 | Zig:21   | Killed Zoykhuc the pandemonium lord
179916 | Zig:21   | Killed Zetoriz the pandemonium lord
179917 | Zig:21   | Killed Not Jeokh the pandemonium lord
179918 | Zig:21   | Noticed Ceagicw the pandemonium lord
179920 | Zig:21   | Noticed Koipuc the pandemonium lord
179921 | Zig:21   | Killed Ceagicw the pandemonium lord
179922 | Zig:21   | Noticed Qeehag the pandemonium lord
179924 | Zig:21   | Killed Koipuc the pandemonium lord
179925 | Zig:21   | Killed Qeehag the pandemonium lord
180219 | Zig:21   | Identified the ring of Day {Int+6 Dex+4 Stlth+}
180231 | Zig:21   | Identified the +6 mace of Incongruity {vorpal, rPois rF+
                  | rCorr Str+3}
180235 | Zig:21   | Identified the ring "Nuagut Eno" {Fly rPois rF++ rC+}
180253 | Zig:21   | Identified the +1 war axe "Kuah" {freeze, rPois Str+8
                  | Stlth-}
180266 | Zig:21   | Identified the +4 spear "Ewkyost" {spect, Str+4}
180267 | Zig:21   | Identified the +7 scimitar of a bailey {drain, Dex+2}
180268 | Zig:21   | Identified the -5 pair of boots of Depression {rC+ rN++
                  | Int+2}
180270 | Zig:21   | Identified the +2 long sword "Jisoevipt" {distort, rPois
                  | Will+ Dex+3}
180286 | Zig:22   | Entered Level 22 of a ziggurat
180785 | Zig:22   | Identified the ring of Coith {Fire rElec Str+9 Int-3 SInv}
180802 | Zig:22   | Identified the +7 whip of the Doomed Warrior {spect, rF+}
180810 | Zig:22   | Identified the +5 fustibalus of Distant Worlds {freeze,
                  | rN+}
180830 | Zig:22   | Identified the +5 spear of the Freezing Eel {vorpal, rF-
                  | Str+3 Int+6}
180904 | Zig:22   | Identified the +9 executioner's axe of the Known World
                  | {vorpal, rC- rN+ Int+3}
180908 | Zig:22   | Identified the +1 plate armour "Xemys" {Str+8 Dex-2 SInv}
180912 | Zig:22   | Identified the +8 spear "Zuptosh" {flame, Int+4 Stlth+}
180920 | Zig:23   | Entered Level 23 of a ziggurat
180924 | Zig:23   | Noticed a juggernaut
180925 | Zig:23   | Noticed a juggernaut
180927 | Zig:23   | Noticed a juggernaut
180928 | Zig:23   | Noticed a juggernaut
180928 | Zig:23   | Noticed a juggernaut
180929 | Zig:23   | Noticed a juggernaut
180929 | Zig:23   | Noticed a juggernaut
180929 | Zig:23   | Noticed a juggernaut
180929 | Zig:23   | Noticed a juggernaut
180929 | Zig:23   | Noticed a juggernaut
180929 | Zig:23   | Noticed a juggernaut
180929 | Zig:23   | Noticed a juggernaut
180929 | Zig:23   | Noticed a juggernaut
180929 | Zig:23   | Noticed a juggernaut
180929 | Zig:23   | Noticed a juggernaut
180929 | Zig:23   | Noticed a juggernaut
180929 | Zig:23   | Noticed a juggernaut
180929 | Zig:23   | Noticed a juggernaut
180929 | Zig:23   | Noticed a juggernaut
180929 | Zig:23   | Noticed a juggernaut
180929 | Zig:23   | Noticed a juggernaut
180930 | Zig:23   | Noticed a juggernaut
180930 | Zig:23   | Noticed a juggernaut
180930 | Zig:23   | Noticed a juggernaut
180930 | Zig:23   | Noticed a juggernaut
180930 | Zig:23   | Noticed a juggernaut
180930 | Zig:23   | Noticed a juggernaut
180930 | Zig:23   | Noticed a juggernaut
180930 | Zig:23   | Noticed a juggernaut
180930 | Zig:23   | Noticed a juggernaut
180930 | Zig:23   | Noticed a juggernaut
180930 | Zig:23   | Noticed a juggernaut
180931 | Zig:23   | Killed a juggernaut
180931 | Zig:23   | Killed a juggernaut
180931 | Zig:23   | Killed a juggernaut
180931 | Zig:23   | Killed a juggernaut
180931 | Zig:23   | Killed a juggernaut
180931 | Zig:23   | Killed a juggernaut
180931 | Zig:23   | Killed a juggernaut
180931 | Zig:23   | Killed a juggernaut
180931 | Zig:23   | Killed a juggernaut
180931 | Zig:23   | Killed a juggernaut
180931 | Zig:23   | Killed a juggernaut
180931 | Zig:23   | Killed a juggernaut
180931 | Zig:23   | Killed a juggernaut
180931 | Zig:23   | Killed a juggernaut
180931 | Zig:23   | Killed a juggernaut
180931 | Zig:23   | Killed a juggernaut
180931 | Zig:23   | Killed a juggernaut
180931 | Zig:23   | Killed a juggernaut
180931 | Zig:23   | Killed a juggernaut
180931 | Zig:23   | Killed a juggernaut
180931 | Zig:23   | Killed a juggernaut
180931 | Zig:23   | Noticed a juggernaut
180931 | Zig:23   | Noticed a juggernaut
180932 | Zig:23   | Killed a juggernaut
180932 | Zig:23   | Killed a juggernaut
180932 | Zig:23   | Killed a juggernaut
180932 | Zig:23   | Killed a juggernaut
180932 | Zig:23   | Killed a juggernaut
180932 | Zig:23   | Killed a juggernaut
180932 | Zig:23   | Killed a juggernaut
180932 | Zig:23   | Noticed a juggernaut
180932 | Zig:23   | Noticed a juggernaut
180933 | Zig:23   | Noticed a juggernaut
180933 | Zig:23   | Noticed a juggernaut
180934 | Zig:23   | Noticed a juggernaut
180935 | Zig:23   | Noticed a juggernaut
180935 | Zig:23   | Noticed a juggernaut
180936 | Zig:23   | Noticed a juggernaut
180936 | Zig:23   | Noticed a juggernaut
180936 | Zig:23   | Noticed a juggernaut
180938 | Zig:23   | Noticed a juggernaut
180938 | Zig:23   | Killed a juggernaut
180939 | Zig:23   | Killed a juggernaut
180939 | Zig:23   | Killed a juggernaut
180940 | Zig:23   | Killed a juggernaut
180940 | Zig:23   | Killed a juggernaut
180940 | Zig:23   | Killed a juggernaut
180941 | Zig:23   | Killed a juggernaut
180941 | Zig:23   | Killed a juggernaut
180942 | Zig:23   | Killed a juggernaut
180944 | Zig:23   | Killed a juggernaut
180944 | Zig:23   | Killed a juggernaut
180944 | Zig:23   | Killed a juggernaut
180944 | Zig:23   | Killed a juggernaut
180945 | Zig:23   | Killed a juggernaut
180945 | Zig:23   | Killed a juggernaut
180946 | Zig:23   | Noticed a juggernaut
180949 | Zig:23   | Noticed a juggernaut
180951 | Zig:23   | Killed a juggernaut
180954 | Zig:23   | Killed a juggernaut
180954 | Zig:23   | Killed a juggernaut
180964 | Zig:23   | Killed a juggernaut
180966 | Zig:23   | Noticed a juggernaut
180970 | Zig:23   | Killed a juggernaut
181035 | Zig:23   | Identified the ring of Ivvej {rF+++ Str-4 Dex-5 SInv
                  | Stlth+}
181043 | Zig:23   | Identified the +6 hand axe "Pazigiex" {vamp, rF+ rC+ Str-2}
181508 | Zig:23   | Identified the +7 dagger of Exhibitionism {vamp, *Slow
                  | +Blink Dex+2 SInv}
181512 | Zig:23   | Identified the +1 robe of Untold Secrets {rN+ rCorr Dex+6}
181521 | Zig:23   | Identified the +0 ring mail of Ehyn {Dex-4 Slay+5}
181575 | Zig:23   | Identified the +3 long sword "Cygoosy" {pain, Dex+4}
181583 | Zig:23   | Identified the +5 short sword of the Crushing Queen {elec,
                  | rPois}
181592 | Zig:24   | Entered Level 24 of a ziggurat
181628 | Zig:24   | Noticed a dread lich
181633 | Zig:24   | Killed a dread lich
182019 | Zig:24   | Identified the ring "Deufufec" {Will+ Str+7}
182023 | Zig:24   | Identified the amulet of Neduapn {Spirit rF- Str+3 Stlth+}
182036 | Zig:24   | Identified the ring "Wenoiq" {rPois rC+ rCorr}
182103 | Zig:24   | Identified the +0 chain mail "Metu" {Harm rC- Slay+2}
182109 | Zig:25   | Entered Level 25 of a ziggurat
182127 | Zig:25   | Paralysed by accursed screaming for 2 turns
182129 | Zig:25   | Noticed a dread lich
182131 | Zig:25   | Killed a dread lich
182236 | Zig:25   | Identified the +5 flail "Libut" {vorpal, Fragile Str+2
                  | SInv}
182243 | Zig:25   | Identified the +1 ring mail of the Bulwark {Dex+4}
182248 | Zig:25   | Identified the amulet "Dippydap" {Spirit +Inv rPois}
182254 | Zig:25   | Identified the +7 chain mail of Summertime {rC+ rN+}
182256 | Zig:25   | Identified the ring of Aprigg {rN+ Str+3 SInv}
182272 | Zig:25   | Identified the +5 bardiche of Earthquakes {freeze, rF+
                  | Dex-2 SInv}
182274 | Zig:25   | Identified the +11 war axe of Embarrassment {antimagic,
                  | rPois rC- rN+ Str+4}
182290 | Zig:25   | Identified the ring "Tiur" {rF+ Int+3}
182822 | Zig:25   | Identified the amulet "Womed" {Reflect rElec SH+5}
182825 | Zig:25   | Identified the +5 flail of the Extremes {vorpal, rF+ Str+4
                  | Int+3}
182837 | Zig:25   | Identified the +6 spear of World Downfall {speed, Dex+3}
182854 | Zig:26   | Entered Level 26 of a ziggurat
182920 | Zig:26   | Noticed Ucre the pandemonium lord
182925 | Zig:26   | Killed Ucre the pandemonium lord
183053 | Zig:26   | Identified the ring of Psychosis {rF+ rN+ Int+3 Slay+4
                  | Stlth-}
183415 | Zig:26   | Identified the +10 plate armour "Tutips" {rC+ Will++ Str-4
                  | Int-3}
183419 | Zig:26   | Identified the +5 battleaxe "Dysas" {freeze, Int+2}
183434 | Zig:26   | Identified the +4 ring mail of Ashenzari's Grace {*Corrode
                  | rElec Slay+4 SInv}
183438 | Zig:26   | Identified the +10 mace of Ivvise {pain, MP+9}
183449 | Zig:27   | Entered Level 27 of a ziggurat
183459 | Zig:27   | Noticed a dread lich
183461 | Zig:27   | Noticed an ancient lich
183462 | Zig:27   | Noticed a dread lich
183464 | Zig:27   | Noticed an ancient lich
183464 | Zig:27   | Noticed a dread lich
183464 | Zig:27   | Noticed an ancient lich
183464 | Zig:27   | Noticed an ancient lich
183464 | Zig:27   | Noticed a dread lich
183464 | Zig:27   | Noticed a dread lich
183464 | Zig:27   | Noticed a dread lich
183464 | Zig:27   | Noticed a dread lich
183464 | Zig:27   | Noticed a dread lich
183464 | Zig:27   | Noticed a dread lich
183464 | Zig:27   | Noticed a dread lich
183465 | Zig:27   | Noticed an ancient lich
183465 | Zig:27   | Noticed an ancient lich
183465 | Zig:27   | Noticed a dread lich
183466 | Zig:27   | Noticed an ancient lich
183466 | Zig:27   | Noticed an ancient lich
183466 | Zig:27   | Noticed an ancient lich
183466 | Zig:27   | Noticed a dread lich
183467 | Zig:27   | Killed an ancient lich
183467 | Zig:27   | Killed a dread lich
183467 | Zig:27   | Killed a dread lich
183467 | Zig:27   | Noticed an ancient lich
183468 | Zig:27   | Killed a dread lich
183468 | Zig:27   | Killed a dread lich
183468 | Zig:27   | Killed an ancient lich
183468 | Zig:27   | Killed a dread lich
183468 | Zig:27   | Killed a dread lich
183468 | Zig:27   | Killed a dread lich
183468 | Zig:27   | Killed an ancient lich
183468 | Zig:27   | Killed an ancient lich
183468 | Zig:27   | Killed a dread lich
183468 | Zig:27   | Killed an ancient lich
183468 | Zig:27   | Killed an ancient lich
183468 | Zig:27   | Killed an ancient lich
183468 | Zig:27   | Killed an ancient lich
183468 | Zig:27   | Killed a dread lich
183468 | Zig:27   | Killed an ancient lich
183468 | Zig:27   | Noticed a dread lich
183468 | Zig:27   | Noticed a dread lich
183468 | Zig:27   | Noticed an ancient lich
183469 | Zig:27   | Killed an ancient lich
183469 | Zig:27   | Killed a dread lich
183469 | Zig:27   | Killed a dread lich
183469 | Zig:27   | Killed a dread lich
183469 | Zig:27   | Killed a dread lich
183469 | Zig:27   | Killed a dread lich
183469 | Zig:27   | Noticed an ancient lich
183469 | Zig:27   | Noticed an ancient lich
183470 | Zig:27   | Noticed an ancient lich
183470 | Zig:27   | Noticed a dread lich
183471 | Zig:27   | Noticed an ancient lich
183471 | Zig:27   | Noticed a dread lich
183471 | Zig:27   | Noticed an ancient lich
183471 | Zig:27   | Noticed an ancient lich
183471 | Zig:27   | Noticed a dread lich
183471 | Zig:27   | Noticed an ancient lich
183472 | Zig:27   | Noticed an ancient lich
183472 | Zig:27   | Noticed a dread lich
183472 | Zig:27   | Noticed a dread lich
183472 | Zig:27   | Noticed a dread lich
183472 | Zig:27   | Noticed an ancient lich
183472 | Zig:27   | Killed an ancient lich
183472 | Zig:27   | Noticed a dread lich
183473 | Zig:27   | Noticed a dread lich
183473 | Zig:27   | Noticed an ancient lich
183473 | Zig:27   | Noticed a dread lich
183474 | Zig:27   | Noticed a dread lich
183474 | Zig:27   | Killed a dread lich
183474 | Zig:27   | Killed a dread lich
183474 | Zig:27   | Killed an ancient lich
183474 | Zig:27   | Killed a dread lich
183474 | Zig:27   | Killed an ancient lich
183474 | Zig:27   | Killed a dread lich
183474 | Zig:27   | Killed a dread lich
183474 | Zig:27   | Killed an ancient lich
183474 | Zig:27   | Noticed an ancient lich
183474 | Zig:27   | Noticed an ancient lich
183475 | Zig:27   | Killed an ancient lich
183475 | Zig:27   | Killed an ancient lich
183475 | Zig:27   | Killed an ancient lich
183475 | Zig:27   | Killed an ancient lich
183475 | Zig:27   | Killed a dread lich
183475 | Zig:27   | Killed an ancient lich
183475 | Zig:27   | Killed an ancient lich
183475 | Zig:27   | Killed a dread lich
183475 | Zig:27   | Killed a dread lich
183475 | Zig:27   | Killed a dread lich
183475 | Zig:27   | Killed an ancient lich
183475 | Zig:27   | Noticed a dread lich
183476 | Zig:27   | Noticed a dread lich
183476 | Zig:27   | Noticed an ancient lich
183476 | Zig:27   | Killed a dread lich
183477 | Zig:27   | Noticed a dread lich
183477 | Zig:27   | Noticed an ancient lich
183478 | Zig:27   | Noticed a dread lich
183478 | Zig:27   | Noticed a dread lich
183478 | Zig:27   | Noticed a dread lich
183479 | Zig:27   | Killed an ancient lich
183479 | Zig:27   | Killed an ancient lich
183479 | Zig:27   | Killed a dread lich
183479 | Zig:27   | Killed a dread lich
183479 | Zig:27   | Killed an ancient lich
183479 | Zig:27   | Noticed a dread lich
183480 | Zig:27   | Killed a dread lich
183480 | Zig:27   | Killed a dread lich
183480 | Zig:27   | Killed an ancient lich
183481 | Zig:27   | Killed an ancient lich
183481 | Zig:27   | Killed a dread lich
183481 | Zig:27   | Killed a dread lich
183481 | Zig:27   | Killed a dread lich
183481 | Zig:27   | Noticed an ancient lich
183481 | Zig:27   | Noticed an ancient lich
183482 | Zig:27   | Noticed a dread lich
183482 | Zig:27   | Killed a dread lich
183482 | Zig:27   | Killed an ancient lich
183482 | Zig:27   | Noticed a dread lich
183486 | Zig:27   | Noticed a dread lich
183486 | Zig:27   | Noticed a dread lich
183487 | Zig:27   | Noticed an ancient lich
183487 | Zig:27   | Killed an ancient lich
183487 | Zig:27   | Killed a dread lich
183488 | Zig:27   | Killed a dread lich
183488 | Zig:27   | Killed an ancient lich
183488 | Zig:27   | Killed a dread lich
183489 | Zig:27   | Noticed an ancient lich
183491 | Zig:27   | Killed an ancient lich
183491 | Zig:27   | Noticed an ancient lich
183493 | Zig:27   | Killed an ancient lich
183587 | Zig:27   | Identified the +6 short sword of Welfare {antimagic, Fly}
183588 | Zig:27   | Identified the ring of Vewyzxuch {rN+ Slay+4}
183602 | Zig:27   | Identified the ring "Ufrayg" {Str+3 Slay+4}
183605 | Zig:27   | Identified the +7 quarterstaff of the Endless Persimmons
                  | {flame, rC+}
183609 | Zig:27   | Identified the ring of Saaking {Ice rElec Slay+3}
184101 | Zig:27   | Identified the +6 plate armour "Zuluat" {Dex+4}
184131 | Depths:4 | Acquired the ring "Kourch" {+Blink rElec rF+ rN+ MP+9}
184132 | Depths:4 | Acquired the ring of Crawling {rC+ MP+9 AC+4 Slay+2 Stlth+}
184133 | Depths:4 | Acquired 624 gold pieces
184161 | Zig:1    | Entered Level 1 of a ziggurat
184286 | Zig:2    | Entered Level 2 of a ziggurat
184393 | Zig:3    | Entered Level 3 of a ziggurat
184393 | Zig:3    | Noticed a juggernaut
184393 | Zig:3    | Noticed a juggernaut
184393 | Zig:3    | Noticed a juggernaut
184395 | Zig:3    | Killed a juggernaut
184395 | Zig:3    | Killed a juggernaut
184398 | Zig:3    | Killed a juggernaut
184525 | Zig:4    | Entered Level 4 of a ziggurat
184660 | Zig:4    | Identified the ring "Desir" {rPois rN+ Will+ Dex-5}
184681 | Zig:5    | Entered Level 5 of a ziggurat
184681 | Zig:5    | Noticed an ancient lich
184681 | Zig:5    | Noticed an ancient lich
184682 | Zig:5    | Killed an ancient lich
184683 | Zig:5    | Killed an ancient lich
184731 | Zig:5    | Identified the +6 demon blade "Ykur Vemm" {vorpal, rN+
                  | rCorr Stlth-}
184834 | Zig:6    | Entered Level 6 of a ziggurat
184838 | Zig:6    | Paralysed by accursed screaming for 2 turns
184863 | Zig:6    | Killed a starcursed mass
184978 | Zig:6    | Identified the +2 scale mail of Ignis's Outrage {rC+}
184980 | Zig:6    | Identified the +7 dagger of Youthful Indiscretion {spect,
                  | rElec Will- MP+9}
184988 | Zig:6    | Identified the ring "Rowuikk" {rF+ Str+2}
185068 | Zig:7    | Entered Level 7 of a ziggurat
185070 | Zig:7    | Noticed a dread lich
185071 | Zig:7    | Noticed an ancient lich
185071 | Zig:7    | Noticed a dread lich
185072 | Zig:7    | Noticed a dread lich
185073 | Zig:7    | Killed a dread lich
185073 | Zig:7    | Killed an ancient lich
185073 | Zig:7    | Killed a dread lich
185073 | Zig:7    | Killed a dread lich
185073 | Zig:7    | Noticed an ancient lich
185074 | Zig:7    | Noticed an ancient lich
185075 | Zig:7    | Killed an ancient lich
185076 | Zig:7    | Noticed a dread lich
185076 | Zig:7    | Killed an ancient lich
185077 | Zig:7    | Killed a dread lich
185168 | Zig:7    | Identified the ring "Zirazor" {MP+9 AC+4 Int+2}
185251 | Zig:8    | Entered Level 8 of a ziggurat
185541 | Zig:8    | Identified the amulet of Youthful Indiscretion {+Inv Regen+
                  | MP-9 Dex-2 Stlth+}
185562 | Zig:8    | Identified the +11 shortbow of Ditap {vorpal, rN++ Str+4}
185622 | Zig:9    | Entered Level 9 of a ziggurat
185624 | Zig:9    | Noticed an ancient lich
185624 | Zig:9    | Noticed an ancient lich
185628 | Zig:9    | Noticed an ancient lich
185628 | Zig:9    | Noticed an ancient lich
185628 | Zig:9    | Noticed an ancient lich
185629 | Zig:9    | Killed an ancient lich
185629 | Zig:9    | Killed an ancient lich
185630 | Zig:9    | Killed an ancient lich
185630 | Zig:9    | Killed an ancient lich
185630 | Zig:9    | Killed an ancient lich
185856 | Zig:9    | Identified the +1 spear of Diavunn {vorpal, Fragile rElec
                  | Dex+3 Stlth+}
185893 | Zig:10   | Entered Level 10 of a ziggurat
186128 | Zig:10   | Identified the +9 hand axe "Ycevut" {spect, rCorr}
186208 | Zig:10   | Identified the +6 morningstar of Instant Death {vorpal,
                  | rCorr SInv Stlth-}
186210 | Zig:10   | Identified the +2 glaive of Sihisuzy {antimagic, Str+4}
186257 | Zig:10   | Identified the +11 great sword "Worm" {chaos, *Corrode
                  | Int+4 Dex+6}
186318 | Zig:11   | Entered Level 11 of a ziggurat
186340 | Zig:11   | Noticed an ancient lich
186340 | Zig:11   | Killed an ancient lich
186519 | Zig:11   | Identified the ring "Kesorix" {rC- Int+4 Dex+6}
186537 | Zig:12   | Entered Level 12 of a ziggurat
186724 | Zig:12   | Identified the +2 battleaxe of the Iron City of Dis {elec,
                  | rF+ Dex+4}
186804 | Zig:12   | Identified the +10 trident of Lelyskep {vorpal, rF+ rN+}
186867 | Zig:13   | Entered Level 13 of a ziggurat
187080 | Zig:13   | Identified the +1 trident of Lust {freeze, rElec rF+ Will++
                  | Str-5}
187094 | Zig:13   | Identified the +1 leather armour of the Desert {Dex+3}
187303 | Zig:14   | Entered Level 14 of a ziggurat
187606 | Zig:14   | Identified the ring of Tomorrow {rPois Will+ Int+4 SInv
                  | Stlth-}
187641 | Zig:14   | Identified the +2 great sword of Revolt {vorpal, rPois}
187751 | Zig:15   | Entered Level 15 of a ziggurat
187969 | Zig:15   | Identified the ring "Vifiown" {rElec rPois MP+9 EV+4}
187971 | Zig:15   | Identified the amulet of Wemecufame {+Inv rPois Will+
                  | Regen+ Int-5}
187977 | Zig:15   | Identified the +8 rapier of Equilibrium {vorpal, rPois
                  | Int+2 Dex+4}
188215 | Zig:15   | Identified the +4 plate armour of Fiorph Ojof {rElec rPois
                  | Will+ SInv}
188228 | Zig:16   | Entered Level 16 of a ziggurat
188481 | Zig:16   | Identified the ring of Diwabrerph {rPois Will+ EV+4 Str-3
                  | Int+3}
188559 | Zig:16   | Identified the +6 battleaxe "Uhuvuol" {speed, +Blink Int+5}
188573 | Zig:16   | Identified the +0 falchion of the Final Decision {freeze,
                  | Int+6 Stlth+}
188582 | Zig:16   | Identified the +3 falchion "Ecladuor" {vorpal, Drain rC+
                  | Dex+4 Stlth+}
188608 | Zig:16   | Identified the +8 flail of the Spinneret {venom, Fragile
                  | Will+ Str+6 Dex+3}
188614 | Zig:16   | Identified the +4 flail of the Nexus {vorpal, Fragile rF+
                  | rC+ Int+3}
188684 | Zig:17   | Entered Level 17 of a ziggurat
188717 | Zig:17   | Noticed an ancient lich
188721 | Zig:17   | Killed an ancient lich
188721 | Zig:17   | Noticed a dread lich
188725 | Zig:17   | Noticed an ancient lich
188729 | Zig:17   | Killed a dread lich
188729 | Zig:17   | Killed an ancient lich
188739 | Zig:17   | Noticed a dread lich
188742 | Zig:17   | Killed a dread lich
188930 | Zig:17   | Identified the ring of Toum {rF+ Will+ SInv}
189087 | Zig:17   | Identified the +6 rapier of Expedience {vorpal, Contam
                  | Will++}
189093 | Zig:18   | Entered Level 18 of a ziggurat
189694 | Zig:18   | Identified the -5 cloak "Nesio" {Contam rElec rN+}
189695 | Zig:18   | Identified the +0 hand crossbow "Jedutte" {flame, rCorr}
189697 | Zig:18   | Identified the +8 spear "Kunu" {vorpal, rF+ Will+ Str+4
                  | Int-5}
189736 | Zig:19   | Entered Level 19 of a ziggurat
189738 | Zig:19   | Noticed a royal mummy
189738 | Zig:19   | Noticed a royal mummy
189739 | Zig:19   | Noticed a royal mummy
189739 | Zig:19   | Noticed a royal mummy
189740 | Zig:19   | Noticed a royal mummy
189741 | Zig:19   | Noticed a royal mummy
189741 | Zig:19   | Noticed a royal mummy
189741 | Zig:19   | Noticed a royal mummy
189741 | Zig:19   | Noticed a royal mummy
189742 | Zig:19   | Noticed a royal mummy
189742 | Zig:19   | Noticed a royal mummy
189742 | Zig:19   | Noticed a royal mummy
189742 | Zig:19   | Noticed a royal mummy
189742 | Zig:19   | Noticed a royal mummy
189743 | Zig:19   | Killed a royal mummy
189743 | Zig:19   | Killed a royal mummy
189743 | Zig:19   | Killed a royal mummy
189743 | Zig:19   | Killed a royal mummy
189743 | Zig:19   | Noticed a royal mummy
189744 | Zig:19   | Killed a royal mummy
189744 | Zig:19   | Killed a royal mummy
189744 | Zig:19   | Killed a royal mummy
189744 | Zig:19   | Killed a royal mummy
189744 | Zig:19   | Killed a royal mummy
189744 | Zig:19   | Killed a royal mummy
189744 | Zig:19   | Killed a royal mummy
189744 | Zig:19   | Killed a royal mummy
189744 | Zig:19   | Killed a royal mummy
189744 | Zig:19   | Killed a royal mummy
189744 | Zig:19   | Noticed a royal mummy
189745 | Zig:19   | Noticed a royal mummy
189745 | Zig:19   | Noticed a royal mummy
189745 | Zig:19   | Noticed a royal mummy
189745 | Zig:19   | Noticed a royal mummy
189746 | Zig:19   | Noticed a royal mummy
189746 | Zig:19   | Killed a royal mummy
189746 | Zig:19   | Killed a royal mummy
189746 | Zig:19   | Killed a royal mummy
189746 | Zig:19   | Killed a royal mummy
189746 | Zig:19   | Noticed a royal mummy
189747 | Zig:19   | Killed a royal mummy
189747 | Zig:19   | Killed a royal mummy
189747 | Zig:19   | Killed a royal mummy
189747 | Zig:19   | Killed a royal mummy
189748 | Zig:19   | Noticed a royal mummy
189748 | Zig:19   | Noticed a royal mummy
189749 | Zig:19   | Noticed a royal mummy
189749 | Zig:19   | Noticed a royal mummy
189749 | Zig:19   | Noticed a royal mummy
189750 | Zig:19   | Noticed a royal mummy
189750 | Zig:19   | Noticed a royal mummy
189751 | Zig:19   | Killed a royal mummy
189751 | Zig:19   | Killed a royal mummy
189751 | Zig:19   | Noticed a royal mummy
189751 | Zig:19   | Noticed a royal mummy
189752 | Zig:19   | Killed a royal mummy
189752 | Zig:19   | Killed a royal mummy
189752 | Zig:19   | Killed a royal mummy
189752 | Zig:19   | Killed a royal mummy
189752 | Zig:19   | Killed a royal mummy
189752 | Zig:19   | Noticed a royal mummy
189753 | Zig:19   | Killed a royal mummy
189753 | Zig:19   | Killed a royal mummy
189753 | Zig:19   | Noticed a royal mummy
189753 | Zig:19   | Noticed a royal mummy
189754 | Zig:19   | Killed a royal mummy
189755 | Zig:19   | Killed a royal mummy
189755 | Zig:19   | Killed a royal mummy
189756 | Zig:19   | Noticed a royal mummy
189756 | Zig:19   | Noticed a royal mummy
189757 | Zig:19   | Noticed a royal mummy
189757 | Zig:19   | Noticed a royal mummy
189757 | Zig:19   | Noticed a royal mummy
189757 | Zig:19   | Noticed a royal mummy
189757 | Zig:19   | Noticed a royal mummy
189758 | Zig:19   | Noticed a royal mummy
189758 | Zig:19   | Noticed a royal mummy
189758 | Zig:19   | Noticed a royal mummy
189759 | Zig:19   | Killed a royal mummy
189759 | Zig:19   | Killed a royal mummy
189759 | Zig:19   | Killed a royal mummy
189759 | Zig:19   | Noticed a royal mummy
189760 | Zig:19   | Noticed a royal mummy
189760 | Zig:19   | Killed a royal mummy
189760 | Zig:19   | Killed a royal mummy
189760 | Zig:19   | Killed a royal mummy
189760 | Zig:19   | Killed a royal mummy
189760 | Zig:19   | Killed a royal mummy
189760 | Zig:19   | Noticed a royal mummy
189761 | Zig:19   | Noticed a royal mummy
189762 | Zig:19   | Killed a royal mummy
189762 | Zig:19   | Killed a royal mummy
189762 | Zig:19   | Killed a royal mummy
189762 | Zig:19   | Noticed a royal mummy
189763 | Zig:19   | Noticed a royal mummy
189763 | Zig:19   | Killed a royal mummy
189763 | Zig:19   | Killed a royal mummy
189763 | Zig:19   | Noticed a royal mummy
189764 | Zig:19   | Noticed a royal mummy
189764 | Zig:19   | Noticed a royal mummy
189764 | Zig:19   | Noticed a royal mummy
189764 | Zig:19   | Noticed a royal mummy
189765 | Zig:19   | Killed a royal mummy
189765 | Zig:19   | Killed a royal mummy
189766 | Zig:19   | Noticed a royal mummy
189767 | Zig:19   | Killed a royal mummy
189767 | Zig:19   | Killed a royal mummy
189767 | Zig:19   | Killed a royal mummy
189767 | Zig:19   | Killed a royal mummy
189767 | Zig:19   | Noticed a royal mummy
189768 | Zig:19   | Killed a royal mummy
189768 | Zig:19   | Killed a royal mummy
189768 | Zig:19   | Noticed a royal mummy
189768 | Zig:19   | Noticed a royal mummy
189768 | Zig:19   | Noticed a royal mummy
189768 | Zig:19   | Noticed a royal mummy
189769 | Zig:19   | Noticed a royal mummy
189769 | Zig:19   | Noticed a royal mummy
189769 | Zig:19   | Noticed a royal mummy
189770 | Zig:19   | Killed a royal mummy
189770 | Zig:19   | Noticed a royal mummy
189770 | Zig:19   | Noticed a royal mummy
189771 | Zig:19   | Killed a royal mummy
189771 | Zig:19   | Killed a royal mummy
189771 | Zig:19   | Killed a royal mummy
189771 | Zig:19   | Killed a royal mummy
189771 | Zig:19   | Killed a royal mummy
189771 | Zig:19   | Noticed a royal mummy
189772 | Zig:19   | Killed a royal mummy
189772 | Zig:19   | Killed a royal mummy
189772 | Zig:19   | Killed a royal mummy
189775 | Zig:19   | Killed a royal mummy
189775 | Zig:19   | Killed a royal mummy
189775 | Zig:19   | Killed a royal mummy
189777 | Zig:19   | Noticed a royal mummy
189777 | Zig:19   | Noticed a royal mummy
189779 | Zig:19   | Killed a royal mummy
189780 | Zig:19   | Noticed a royal mummy
189781 | Zig:19   | Killed a royal mummy
189782 | Zig:19   | Killed a royal mummy
189783 | Zig:19   | Noticed a royal mummy
189785 | Zig:19   | Killed a royal mummy
189859 | Zig:19   | Found the +7 Kryia's mail coat {PotionHeal*2 rC+}
190294 | Zig:19   | Identified the +8 great mace of the Ten Defenders {vorpal,
                  | rC+ Will++ Str+2}
190298 | Zig:19   | Identified the +5 great sword "Nigg" {pain, rN+}
190300 | Zig:19   | Identified the +6 trident "Fubbuall" {vamp, Fly Str+2 Int+3
                  | Dex+2}
190302 | Zig:19   | Identified the +7 dire flail of Mastery {speed, rN+}
190303 | Zig:19   | Identified the +3 scale mail "Pafam" {Drain Regen+ rCorr
                  | Dex+4}
190306 | Zig:19   | Identified the +5 chain mail of Keh Istytt {Rampage}
190308 | Zig:19   | Identified the +2 long sword of Sies {flame, rC- Will+ MP+9
                  | Int+5}
190313 | Zig:19   | Identified the +6 falchion of the Unkillable {vorpal, MP+9
                  | Str+5}
190314 | Zig:19   | Identified the -3 pair of gloves of Valour {+Blink rF+ rN+
                  | Dex-2}
190321 | Zig:20   | Entered Level 20 of a ziggurat
190330 | Zig:20   | Noticed an ancient lich
190331 | Zig:20   | Noticed a dread lich
190332 | Zig:20   | Noticed a dread lich
190334 | Zig:20   | Noticed an ancient lich
190334 | Zig:20   | Noticed a dread lich
190335 | Zig:20   | Noticed an ancient lich
190335 | Zig:20   | Noticed a dread lich
190335 | Zig:20   | Noticed a dread lich
190335 | Zig:20   | Noticed a dread lich
190335 | Zig:20   | Noticed an ancient lich
190335 | Zig:20   | Noticed an ancient lich
190335 | Zig:20   | Noticed a dread lich
190335 | Zig:20   | Noticed an ancient lich
190335 | Zig:20   | Noticed an ancient lich
190335 | Zig:20   | Noticed a dread lich
190335 | Zig:20   | Noticed a dread lich
190335 | Zig:20   | Noticed a dread lich
190335 | Zig:20   | Noticed an ancient lich
190335 | Zig:20   | Noticed an ancient lich
190335 | Zig:20   | Noticed an ancient lich
190335 | Zig:20   | Noticed an ancient lich
190335 | Zig:20   | Noticed an ancient lich
190335 | Zig:20   | Noticed a dread lich
190336 | Zig:20   | Noticed an ancient lich
190336 | Zig:20   | Killed an ancient lich
190336 | Zig:20   | Killed an ancient lich
190336 | Zig:20   | Killed a dread lich
190336 | Zig:20   | Killed a dread lich
190336 | Zig:20   | Killed a dread lich
190336 | Zig:20   | Killed a dread lich
190336 | Zig:20   | Killed a dread lich
190336 | Zig:20   | Killed a dread lich
190336 | Zig:20   | Killed an ancient lich
190336 | Zig:20   | Killed a dread lich
190336 | Zig:20   | Killed an ancient lich
190336 | Zig:20   | Killed a dread lich
190336 | Zig:20   | Noticed a dread lich
190336 | Zig:20   | Noticed a dread lich
190337 | Zig:20   | Noticed an ancient lich
190337 | Zig:20   | Killed an ancient lich
190337 | Zig:20   | Killed an ancient lich
190337 | Zig:20   | Killed an ancient lich
190337 | Zig:20   | Killed a dread lich
190337 | Zig:20   | Killed an ancient lich
190337 | Zig:20   | Killed an ancient lich
190337 | Zig:20   | Killed an ancient lich
190337 | Zig:20   | Killed a dread lich
190337 | Zig:20   | Killed an ancient lich
190337 | Zig:20   | Killed an ancient lich
190337 | Zig:20   | Killed a dread lich
190337 | Zig:20   | Killed a dread lich
190337 | Zig:20   | Noticed an ancient lich
190338 | Zig:20   | Noticed a dread lich
190338 | Zig:20   | Noticed a dread lich
190338 | Zig:20   | Noticed an ancient lich
190338 | Zig:20   | Noticed an ancient lich
190339 | Zig:20   | Noticed an ancient lich
190339 | Zig:20   | Noticed an ancient lich
190339 | Zig:20   | Noticed an ancient lich
190339 | Zig:20   | Noticed an ancient lich
190340 | Zig:20   | Noticed a dread lich
190342 | Zig:20   | Noticed a dread lich
190342 | Zig:20   | Killed an ancient lich
190342 | Zig:20   | Killed a dread lich
190344 | Zig:20   | Noticed an ancient lich
190344 | Zig:20   | Killed an ancient lich
190345 | Zig:20   | Killed an ancient lich
190345 | Zig:20   | Killed an ancient lich
190345 | Zig:20   | Killed an ancient lich
190345 | Zig:20   | Killed a dread lich
190345 | Zig:20   | Killed a dread lich
190345 | Zig:20   | Killed an ancient lich
190345 | Zig:20   | Killed a dread lich
190345 | Zig:20   | Killed a dread lich
190346 | Zig:20   | Killed an ancient lich
190346 | Zig:20   | Killed an ancient lich
190346 | Zig:20   | Killed an ancient lich
190346 | Zig:20   | Noticed an ancient lich
190347 | Zig:20   | Killed an ancient lich
190348 | Zig:20   | Killed an ancient lich
190608 | Zig:20   | Identified the +0 leather armour "Nuownes" {Drain Str+2
                  | Int+8}
190618 | Zig:20   | Identified the +1 leather armour of the First Ultimatums
                  | {Rampage rC+}
190691 | Zig:20   | Identified the +6 trident of Ornamental Prudence {venom,
                  | Drain rC+ rN+}
190695 | Zig:20   | Identified the amulet of Mukyum {Faith Rampage rElec rC-
                  | Int+7}
190697 | Zig:20   | Identified the ring "Porghetz" {rF+ Stlth+}
190711 | Zig:20   | Identified the +5 hand axe "Killer Klown's Foe" {flame,
                  | Str+4}
190719 | Zig:20   | Identified the +7 mace of Severance {drain, Fly}
190743 | Zig:20   | Identified the ring of Sysho {rC+ rN+ Will+ Str+2 Stlth+}
190763 | Zig:20   | Identified the +3 hunting sling of the Pillar {vorpal,
                  | Int+6}
190849 | Zig:20   | Acquired 494 gold pieces
190851 | Zig:20   | Acquired 866 gold pieces
190860 | Zig:21   | Entered Level 21 of a ziggurat
190866 | Zig:21   | Noticed Xoust the pandemonium lord
190866 | Zig:21   | Noticed Opif Tyarigh the pandemonium lord
190867 | Zig:21   | Noticed Fiesedd the pandemonium lord
190868 | Zig:21   | Noticed Qorime the pandemonium lord
190870 | Zig:21   | Noticed Vaeciw the pandemonium lord
190870 | Zig:21   | Noticed Ograqel the pandemonium lord
190870 | Zig:21   | Noticed Ruchikue the pandemonium lord
190871 | Zig:21   | Noticed Dapsis the pandemonium lord
190871 | Zig:21   | Noticed Jaalepsa the pandemonium lord
190872 | Zig:21   | Killed Ruchikue the pandemonium lord
190872 | Zig:21   | Noticed Roetem the pandemonium lord
190872 | Zig:21   | Noticed Ybi Xost the pandemonium lord
190873 | Zig:21   | Noticed Lymil the pandemonium lord
190874 | Zig:21   | Noticed Uffague the pandemonium lord
190874 | Zig:21   | Noticed Horghuemu the pandemonium lord
190874 | Zig:21   | Noticed Homilag the pandemonium lord
190874 | Zig:21   | Noticed Vaif the pandemonium lord
190874 | Zig:21   | Noticed Bagrumel the pandemonium lord
190874 | Zig:21   | Noticed Rengax the pandemonium lord
190875 | Zig:21   | Killed Opif Tyarigh the pandemonium lord
190875 | Zig:21   | Killed Jaalepsa the pandemonium lord
190875 | Zig:21   | Noticed Lysutset the pandemonium lord
190875 | Zig:21   | Killed Dapsis the pandemonium lord
190876 | Zig:21   | Killed Ograqel the pandemonium lord
190876 | Zig:21   | Killed Qorime the pandemonium lord
190876 | Zig:21   | Killed Fiesedd the pandemonium lord
190876 | Zig:21   | Killed Xoust the pandemonium lord
190876 | Zig:21   | Noticed a dread lich
190876 | Zig:21   | Noticed Ogoill the pandemonium lord
190876 | Zig:21   | Noticed Feuff the pandemonium lord
190876 | Zig:21   | Noticed Wuteo the pandemonium lord
190876 | Zig:21   | Noticed Xeuzoim the pandemonium lord
190876 | Zig:21   | Noticed Laant the pandemonium lord
190876 | Zig:21   | Noticed Bixadal the pandemonium lord
190876 | Zig:21   | Noticed Xoto Rou the pandemonium lord
190876 | Zig:21   | Noticed Etajaw the pandemonium lord
190876 | Zig:21   | Noticed Bebill the pandemonium lord
190876 | Zig:21   | Noticed Pureyxul the pandemonium lord
190876 | Zig:21   | Noticed Ciaz the pandemonium lord
190876 | Zig:21   | Noticed Qunlizao the pandemonium lord
190876 | Zig:21   | Noticed Deckim the pandemonium lord
190876 | Zig:21   | Noticed Gewoe the pandemonium lord
190876 | Zig:21   | Noticed Wiaryqai the pandemonium lord
190876 | Zig:21   | Noticed Zaoceegu the pandemonium lord
190876 | Zig:21   | Noticed Dorhiwny the pandemonium lord
190876 | Zig:21   | Noticed Toseg the pandemonium lord
190876 | Zig:21   | Noticed Aschuoxo the pandemonium lord
190876 | Zig:21   | Noticed Leto the pandemonium lord
190876 | Zig:21   | Noticed Giafog the pandemonium lord
190876 | Zig:21   | Noticed Ysezocil the pandemonium lord
190876 | Zig:21   | Noticed Tueg the pandemonium lord
190876 | Zig:21   | Noticed Unaefroo the pandemonium lord
190876 | Zig:21   | Noticed Romufa the pandemonium lord
190876 | Zig:21   | Noticed Xoghas the pandemonium lord
190876 | Zig:21   | Noticed Loecuwn the pandemonium lord
190876 | Zig:21   | Noticed Kuison the pandemonium lord
190876 | Zig:21   | Noticed Xacri the pandemonium lord
190876 | Zig:21   | Noticed Paononukhlorr the pandemonium lord
190877 | Zig:21   | Killed Horghuemu the pandemonium lord
190877 | Zig:21   | Killed Homilag the pandemonium lord
190877 | Zig:21   | Killed Leto the pandemonium lord
190877 | Zig:21   | Killed Xoghas the pandemonium lord
190877 | Zig:21   | Killed Giafog the pandemonium lord
190877 | Zig:21   | Killed Dorhiwny the pandemonium lord
190877 | Zig:21   | Killed Loecuwn the pandemonium lord
190877 | Zig:21   | Killed Uffague the pandemonium lord
190877 | Zig:21   | Killed Roetem the pandemonium lord
190877 | Zig:21   | Noticed Cinlask the pandemonium lord
190877 | Zig:21   | Noticed Xeipsiffo the pandemonium lord
190877 | Zig:21   | Killed Bagrumel the pandemonium lord
190877 | Zig:21   | Killed Gewoe the pandemonium lord
190878 | Zig:21   | Noticed Taef Pai the pandemonium lord
190879 | Zig:21   | Killed Qunlizao the pandemonium lord
190879 | Zig:21   | Killed Rengax the pandemonium lord
190879 | Zig:21   | Killed Romufa the pandemonium lord
190879 | Zig:21   | Killed Vaeciw the pandemonium lord
190880 | Zig:21   | Killed Lysutset the pandemonium lord
190880 | Zig:21   | Killed Paononukhlorr the pandemonium lord
190880 | Zig:21   | Killed Vaif the pandemonium lord
190880 | Zig:21   | Killed Unaefroo the pandemonium lord
190880 | Zig:21   | Noticed Noah the pandemonium lord
190882 | Zig:21   | Killed Kuison the pandemonium lord
190882 | Zig:21   | Killed Wuteo the pandemonium lord
190884 | Zig:21   | Killed Lymil the pandemonium lord
190885 | Zig:21   | Killed Etajaw the pandemonium lord
190885 | Zig:21   | Killed Bixadal the pandemonium lord
190888 | Zig:21   | Killed Xeuzoim the pandemonium lord
190888 | Zig:21   | Killed Ciaz the pandemonium lord
190888 | Zig:21   | Killed Deckim the pandemonium lord
190888 | Zig:21   | Killed Ybi Xost the pandemonium lord
190889 | Zig:21   | Killed Tueg the pandemonium lord
190889 | Zig:21   | Killed Xoto Rou the pandemonium lord
190890 | Zig:21   | Killed Pureyxul the pandemonium lord
190890 | Zig:21   | Killed Taef Pai the pandemonium lord
190891 | Zig:21   | Killed Noah the pandemonium lord
190891 | Zig:21   | Noticed Opeunuwar the pandemonium lord
190892 | Zig:21   | Killed Aschuoxo the pandemonium lord
190893 | Zig:21   | Killed Xeipsiffo the pandemonium lord
190893 | Zig:21   | Killed Ogoill the pandemonium lord
190893 | Zig:21   | Killed Bebill the pandemonium lord
190893 | Zig:21   | Killed Cinlask the pandemonium lord
190894 | Zig:21   | Killed Wiaryqai the pandemonium lord
190895 | Zig:21   | Killed Laant the pandemonium lord
190895 | Zig:21   | Killed Toseg the pandemonium lord
190900 | Zig:21   | Killed Feuff the pandemonium lord
190900 | Zig:21   | Killed Xacri the pandemonium lord
190902 | Zig:21   | Killed Opeunuwar the pandemonium lord
190902 | Zig:21   | Noticed Pics the pandemonium lord
190903 | Zig:21   | Noticed Osarimp the pandemonium lord
190903 | Zig:21   | Noticed Hantyxy the pandemonium lord
190904 | Zig:21   | Killed Ysezocil the pandemonium lord
190905 | Zig:21   | Killed Hantyxy the pandemonium lord
190906 | Zig:21   | Killed Pics the pandemonium lord
190906 | Zig:21   | Noticed Umonk the pandemonium lord
190907 | Zig:21   | Noticed Eximp the pandemonium lord
190908 | Zig:21   | Killed Osarimp the pandemonium lord
190910 | Zig:21   | Killed Umonk the pandemonium lord
190910 | Zig:21   | Killed Eximp the pandemonium lord
190910 | Zig:21   | Noticed Avyalune the pandemonium lord
190912 | Zig:21   | Noticed Acretacw the pandemonium lord
190912 | Zig:21   | Noticed Cypn the pandemonium lord
190912 | Zig:21   | Noticed Hovoha Quhu the pandemonium lord
190913 | Zig:21   | Killed Avyalune the pandemonium lord
190913 | Zig:21   | Killed Zaoceegu the pandemonium lord
190913 | Zig:21   | Noticed Faiskac the pandemonium lord
190914 | Zig:21   | Killed Hovoha Quhu the pandemonium lord
190915 | Zig:21   | Killed Acretacw the pandemonium lord
190915 | Zig:21   | Noticed Tauro the pandemonium lord
190915 | Zig:21   | Noticed Faafyph the pandemonium lord
190916 | Zig:21   | Killed Cypn the pandemonium lord
190916 | Zig:21   | Noticed Oryibbo the pandemonium lord
190917 | Zig:21   | Killed Faiskac the pandemonium lord
190917 | Zig:21   | Noticed Gyivuf the pandemonium lord
190917 | Zig:21   | Noticed Dasucvea the pandemonium lord
190918 | Zig:21   | Killed Tauro the pandemonium lord
190918 | Zig:21   | Noticed Gicic the pandemonium lord
190918 | Zig:21   | Noticed Qymuakli the pandemonium lord
190919 | Zig:21   | Killed Faafyph the pandemonium lord
190919 | Zig:21   | Killed Oryibbo the pandemonium lord
190919 | Zig:21   | Killed Gicic the pandemonium lord
190920 | Zig:21   | Killed Gyivuf the pandemonium lord
190920 | Zig:21   | Killed Dasucvea the pandemonium lord
190920 | Zig:21   | Noticed Xayrchuc the pandemonium lord
190920 | Zig:21   | Noticed Cakopp the pandemonium lord
190920 | Zig:21   | Noticed Udesch the pandemonium lord
190921 | Zig:21   | Killed Qymuakli the pandemonium lord
190921 | Zig:21   | Noticed Zaqi the pandemonium lord
190923 | Zig:21   | Killed Xayrchuc the pandemonium lord
190923 | Zig:21   | Killed Udesch the pandemonium lord
190924 | Zig:21   | Noticed Saeluysi the pandemonium lord
190925 | Zig:21   | Killed Cakopp the pandemonium lord
190926 | Zig:21   | Noticed Qyv Cass the pandemonium lord
190926 | Zig:21   | Killed Saeluysi the pandemonium lord
190928 | Zig:21   | Noticed Ablaobad the pandemonium lord
190929 | Zig:21   | Killed Qyv Cass the pandemonium lord
190929 | Zig:21   | Noticed Keotsup the pandemonium lord
190930 | Zig:21   | Killed Zaqi the pandemonium lord
190931 | Zig:21   | Noticed Oteek the pandemonium lord
190932 | Zig:21   | Noticed Fenailluh the pandemonium lord
190932 | Zig:21   | Noticed Huteveaxt the pandemonium lord
190933 | Zig:21   | Killed Ablaobad the pandemonium lord
190933 | Zig:21   | Noticed Wozuidoru the pandemonium lord
190933 | Zig:21   | Noticed Jogoetia the pandemonium lord
190933 | Zig:21   | Killed Fenailluh the pandemonium lord
190934 | Zig:21   | Killed Keotsup the pandemonium lord
190935 | Zig:21   | Noticed Onnemex the pandemonium lord
190935 | Zig:21   | Noticed Ycolomig the pandemonium lord
190936 | Zig:21   | Killed Huteveaxt the pandemonium lord
190936 | Zig:21   | Killed Oteek the pandemonium lord
190936 | Zig:21   | Killed Onnemex the pandemonium lord
190936 | Zig:21   | Noticed Qumac the pandemonium lord
190940 | Zig:21   | Killed Wozuidoru the pandemonium lord
190941 | Zig:21   | Killed Jogoetia the pandemonium lord
190941 | Zig:21   | Killed Ycolomig the pandemonium lord
190942 | Zig:21   | Noticed Icerph the pandemonium lord
190942 | Zig:21   | Noticed Esmat the pandemonium lord
190943 | Zig:21   | Killed Qumac the pandemonium lord
190943 | Zig:21   | Noticed Ixassees the pandemonium lord
190944 | Zig:21   | Noticed Quypea the pandemonium lord
190945 | Zig:21   | Noticed Sipretamp the pandemonium lord
190945 | Zig:21   | Noticed Putuunich the pandemonium lord
190946 | Zig:21   | Killed Quypea the pandemonium lord
190946 | Zig:21   | Killed Icerph the pandemonium lord
190947 | Zig:21   | Killed Sipretamp the pandemonium lord
190948 | Zig:21   | Killed Esmat the pandemonium lord
190948 | Zig:21   | Killed Putuunich the pandemonium lord
190948 | Zig:21   | Noticed Muar the pandemonium lord
190949 | Zig:21   | Killed Ixassees the pandemonium lord
190949 | Zig:21   | Noticed Cidymug the pandemonium lord
190949 | Zig:21   | Noticed Buxutant the pandemonium lord
190949 | Zig:21   | Noticed Mome the pandemonium lord
190950 | Zig:21   | Noticed Unahuido the pandemonium lord
190951 | Zig:21   | Killed Mome the pandemonium lord
190951 | Zig:21   | Noticed Rusesur the pandemonium lord
190952 | Zig:21   | Killed Muar the pandemonium lord
190953 | Zig:21   | Killed Rusesur the pandemonium lord
190953 | Zig:21   | Noticed Votopp the pandemonium lord
190954 | Zig:21   | Killed Buxutant the pandemonium lord
190954 | Zig:21   | Killed Unahuido the pandemonium lord
190954 | Zig:21   | Noticed Dyamur the pandemonium lord
190954 | Zig:21   | Noticed Fitu the pandemonium lord
190954 | Zig:21   | Noticed Citsagg the pandemonium lord
190955 | Zig:21   | Killed Dyamur the pandemonium lord
190956 | Zig:21   | Killed Votopp the pandemonium lord
190956 | Zig:21   | Killed Citsagg the pandemonium lord
190956 | Zig:21   | Noticed Cecacw the pandemonium lord
190957 | Zig:21   | Killed Cidymug the pandemonium lord
190957 | Zig:21   | Killed Fitu the pandemonium lord
190957 | Zig:21   | Noticed Nockeamn the pandemonium lord
190957 | Zig:21   | Noticed Joigasiaz the pandemonium lord
190958 | Zig:21   | Killed Cecacw the pandemonium lord
190958 | Zig:21   | Noticed Wubey the pandemonium lord
190959 | Zig:21   | Noticed Cysu the pandemonium lord
190959 | Zig:21   | Killed Joigasiaz the pandemonium lord
190960 | Zig:21   | Killed Nockeamn the pandemonium lord
190962 | Zig:21   | Killed Cysu the pandemonium lord
190962 | Zig:21   | Noticed Gautezxo the pandemonium lord
190963 | Zig:21   | Killed Wubey the pandemonium lord
190965 | Zig:21   | Killed Gautezxo the pandemonium lord
190965 | Zig:21   | Noticed Gury the pandemonium lord
190969 | Zig:21   | Killed Gury the pandemonium lord
190972 | Zig:21   | Noticed Pilluk the pandemonium lord
190974 | Zig:21   | Killed Pilluk the pandemonium lord
190977 | Zig:21   | Noticed Zefiest the pandemonium lord
190978 | Zig:21   | Killed Zefiest the pandemonium lord
190983 | Zig:21   | Noticed Necoesu the pandemonium lord
190985 | Zig:21   | Noticed Giano the pandemonium lord
190988 | Zig:21   | Killed Necoesu the pandemonium lord
190992 | Zig:21   | Killed Giano the pandemonium lord
190997 | Zig:21   | Killed a dread lich
191081 | Zig:21   | Identified the +7 long sword "Fyenecvu" {vorpal, Drain
                  | Dex+6 Stlth+}
191090 | Zig:21   | Identified the +0 pair of boots of Loss {rF+}
191098 | Zig:21   | Identified the +5 dagger of Trial by Ordeal {vorpal, Fly
                  | rC+ Str+6}
191099 | Zig:21   | Identified the +9 mace of Regicide {speed, *Rage rC+ Str+3}
191104 | Zig:21   | Identified the ring of Jeluam {Dex+4 SInv}
191375 | Zig:22   | Entered Level 22 of a ziggurat
191397 | Zig:22   | Noticed a dread lich
191399 | Zig:22   | Killed a dread lich
191686 | Zig:22   | Identified the amulet "Ysehaos" {Harm Drain Regen+ SInv}
191693 | Zig:22   | Identified the ring "Veoskusi" {MP+9 Str+5 Stlth-}
191701 | Zig:22   | Identified the +5 battleaxe "Zeshuin" {venom, rF+ rC++
                  | Will+ Str-4}
191811 | Zig:23   | Entered Level 23 of a ziggurat
191821 | Zig:23   | Noticed a juggernaut
191821 | Zig:23   | Noticed a juggernaut
191821 | Zig:23   | Noticed a juggernaut
191822 | Zig:23   | Noticed a juggernaut
191822 | Zig:23   | Noticed a juggernaut
191824 | Zig:23   | Noticed a juggernaut
191824 | Zig:23   | Noticed a juggernaut
191824 | Zig:23   | Noticed a juggernaut
191824 | Zig:23   | Noticed a juggernaut
191826 | Zig:23   | Noticed a juggernaut
191826 | Zig:23   | Noticed a juggernaut
191826 | Zig:23   | Noticed a juggernaut
191827 | Zig:23   | Noticed a juggernaut
191827 | Zig:23   | Noticed a juggernaut
191828 | Zig:23   | Noticed a juggernaut
191829 | Zig:23   | Noticed a juggernaut
191829 | Zig:23   | Noticed a juggernaut
191829 | Zig:23   | Killed a juggernaut
191830 | Zig:23   | Noticed a juggernaut
191830 | Zig:23   | Noticed a juggernaut
191830 | Zig:23   | Noticed a juggernaut
191830 | Zig:23   | Noticed a juggernaut
191830 | Zig:23   | Noticed a juggernaut
191830 | Zig:23   | Killed a juggernaut
191830 | Zig:23   | Killed a juggernaut
191831 | Zig:23   | Noticed a juggernaut
191831 | Zig:23   | Noticed a juggernaut
191831 | Zig:23   | Killed a juggernaut
191831 | Zig:23   | Killed a juggernaut
191831 | Zig:23   | Killed a juggernaut
191831 | Zig:23   | Killed a juggernaut
191832 | Zig:23   | Noticed a juggernaut
191832 | Zig:23   | Noticed a juggernaut
191832 | Zig:23   | Noticed a juggernaut
191832 | Zig:23   | Killed a juggernaut
191832 | Zig:23   | Killed a juggernaut
191833 | Zig:23   | Noticed a juggernaut
191833 | Zig:23   | Noticed a juggernaut
191833 | Zig:23   | Noticed a juggernaut
191833 | Zig:23   | Noticed a juggernaut
191834 | Zig:23   | Noticed a juggernaut
191834 | Zig:23   | Noticed a juggernaut
191834 | Zig:23   | Noticed a juggernaut
191834 | Zig:23   | Killed a juggernaut
191834 | Zig:23   | Killed a juggernaut
191834 | Zig:23   | Killed a juggernaut
191834 | Zig:23   | Killed a juggernaut
191834 | Zig:23   | Killed a juggernaut
191834 | Zig:23   | Noticed a juggernaut
191835 | Zig:23   | Killed a juggernaut
191835 | Zig:23   | Killed a juggernaut
191835 | Zig:23   | Killed a juggernaut
191835 | Zig:23   | Killed a juggernaut
191835 | Zig:23   | Killed a juggernaut
191835 | Zig:23   | Killed a juggernaut
191835 | Zig:23   | Killed a juggernaut
191835 | Zig:23   | Killed a juggernaut
191835 | Zig:23   | Killed a juggernaut
191835 | Zig:23   | Killed a juggernaut
191835 | Zig:23   | Killed a juggernaut
191835 | Zig:23   | Killed a juggernaut
191835 | Zig:23   | Killed a juggernaut
191835 | Zig:23   | Killed a juggernaut
191835 | Zig:23   | Killed a juggernaut
191835 | Zig:23   | Killed a juggernaut
191835 | Zig:23   | Killed a juggernaut
191835 | Zig:23   | Noticed a juggernaut
191835 | Zig:23   | Noticed a juggernaut
191835 | Zig:23   | Noticed a juggernaut
191835 | Zig:23   | Noticed a juggernaut
191835 | Zig:23   | Noticed a juggernaut
191835 | Zig:23   | Noticed a juggernaut
191835 | Zig:23   | Noticed a juggernaut
191836 | Zig:23   | Killed a juggernaut
191836 | Zig:23   | Killed a juggernaut
191836 | Zig:23   | Noticed a juggernaut
191837 | Zig:23   | Killed a juggernaut
191837 | Zig:23   | Killed a juggernaut
191837 | Zig:23   | Killed a juggernaut
191837 | Zig:23   | Killed a juggernaut
191837 | Zig:23   | Killed a juggernaut
191837 | Zig:23   | Killed a juggernaut
191837 | Zig:23   | Noticed a juggernaut
191837 | Zig:23   | Noticed a juggernaut
191838 | Zig:23   | Killed a juggernaut
191838 | Zig:23   | Killed a juggernaut
191838 | Zig:23   | Killed a juggernaut
191838 | Zig:23   | Noticed a juggernaut
191839 | Zig:23   | Noticed a juggernaut
191840 | Zig:23   | Noticed a juggernaut
191841 | Zig:23   | Noticed a juggernaut
191841 | Zig:23   | Noticed a juggernaut
191842 | Zig:23   | Noticed a juggernaut
191843 | Zig:23   | Killed a juggernaut
191844 | Zig:23   | Killed a juggernaut
191844 | Zig:23   | Killed a juggernaut
191845 | Zig:23   | Killed a juggernaut
191845 | Zig:23   | Noticed a juggernaut
191848 | Zig:23   | Killed a juggernaut
191848 | Zig:23   | Killed a juggernaut
191848 | Zig:23   | Killed a juggernaut
191848 | Zig:23   | Noticed a juggernaut
191849 | Zig:23   | Killed a juggernaut
191850 | Zig:23   | Killed a juggernaut
191850 | Zig:23   | Killed a juggernaut
191850 | Zig:23   | Killed a juggernaut
191851 | Zig:23   | Noticed a juggernaut
191855 | Zig:23   | Killed a juggernaut
191861 | Zig:23   | Noticed a juggernaut
191865 | Zig:23   | Killed a juggernaut
191946 | Zig:23   | Identified the +0 scale mail "Teec" {rElec rPois Dex+3
                  | Slay-2}
192006 | Zig:23   | Identified the +0 leather armour "Wumm" {rElec rPois rC+
                  | Slay-2}
192439 | Zig:23   | Identified the +3 short sword of Duodghio {drain, Str+2}
192532 | Zig:24   | Entered Level 24 of a ziggurat
192558 | Zig:24   | Noticed a dread lich
192565 | Zig:24   | Killed a dread lich
192565 | Zig:24   | Noticed a dread lich
192572 | Zig:24   | Killed a dread lich
192580 | Zig:24   | Noticed an ancient lich
192581 | Zig:24   | Killed an ancient lich
192583 | Zig:24   | Noticed a dread lich
192587 | Zig:24   | Killed a dread lich
192995 | Zig:24   | Identified the ring "Yzamog" {Wiz Fly rElec Dex+2}
193026 | Zig:24   | Identified the amulet of Rinnea {rN+ Regen+ Int+3}
193131 | Zig:24   | Identified the +0 robe "Perenist" {Int+2}
193136 | Zig:24   | Identified the +0 plate armour of Lywkaca {-Tele rElec
                  | Str+7 Dex-5}
193144 | Zig:25   | Entered Level 25 of a ziggurat
193183 | Zig:25   | Identified the +0 buckler "Vuekut" {rF+++ rN++ Str-3 Int-4}
193183 | Zig:25   | Identified the +2 tower shield of Watchfulness {rC+ Int+5
                  | Dex-5}
193194 | Zig:25   | Identified the +6 tower shield of Agnosticism {rC+ Regen+
                  | Stlth+}
193222 | Zig:25   | Identified the -2 tower shield of Quiescent Liberty {rF-
                  | rN+++ MP+9 Int+6}
193246 | Zig:25   | Identified the +2 buckler of Filth {rN+ Regen+ Slay+3}
193601 | Zig:25   | Identified the +9 falchion of Yesterday {speed, MP+9}
193613 | Zig:25   | Identified the ring "Dasy" {rPois Str+4 Int+4 Stlth+}
193623 | Zig:25   | Identified the ring of Jeumug {EV+4 Str+6}
193626 | Zig:25   | Identified the amulet "Waetz" {RegenMP Harm Fragile rN++
                  | rCorr}
193633 | Zig:25   | Identified the +0 pair of boots of the Fifty Persimmons
                  | {Stlth+}
193742 | Zig:26   | Entered Level 26 of a ziggurat
193755 | Zig:26   | Noticed an ancient lich
193755 | Zig:26   | Noticed a dread lich
193756 | Zig:26   | Noticed an ancient lich
193758 | Zig:26   | Noticed an ancient lich
193758 | Zig:26   | Noticed a dread lich
193759 | Zig:26   | Noticed a dread lich
193759 | Zig:26   | Noticed a dread lich
193759 | Zig:26   | Noticed a dread lich
193760 | Zig:26   | Noticed a dread lich
193760 | Zig:26   | Noticed an ancient lich
193761 | Zig:26   | Noticed a dread lich
193762 | Zig:26   | Noticed a dread lich
193763 | Zig:26   | Noticed an ancient lich
193763 | Zig:26   | Noticed an ancient lich
193763 | Zig:26   | Noticed a dread lich
193763 | Zig:26   | Noticed an ancient lich
193763 | Zig:26   | Noticed a dread lich
193764 | Zig:26   | Noticed an ancient lich
193764 | Zig:26   | Killed a dread lich
193764 | Zig:26   | Killed a dread lich
193764 | Zig:26   | Killed an ancient lich
193764 | Zig:26   | Killed an ancient lich
193764 | Zig:26   | Noticed a dread lich
193765 | Zig:26   | Noticed an ancient lich
193765 | Zig:26   | Noticed an ancient lich
193765 | Zig:26   | Killed an ancient lich
193765 | Zig:26   | Killed a dread lich
193765 | Zig:26   | Killed a dread lich
193765 | Zig:26   | Killed an ancient lich
193765 | Zig:26   | Noticed a dread lich
193765 | Zig:26   | Killed a dread lich
193766 | Zig:26   | Noticed a dread lich
193766 | Zig:26   | Noticed an ancient lich
193766 | Zig:26   | Noticed a dread lich
193766 | Zig:26   | Noticed an ancient lich
193766 | Zig:26   | Killed a dread lich
193766 | Zig:26   | Killed an ancient lich
193766 | Zig:26   | Killed an ancient lich
193766 | Zig:26   | Killed an ancient lich
193767 | Zig:26   | Noticed an ancient lich
193767 | Zig:26   | Noticed a dread lich
193767 | Zig:26   | Noticed an ancient lich
193767 | Zig:26   | Noticed a dread lich
193767 | Zig:26   | Noticed a dread lich
193767 | Zig:26   | Killed an ancient lich
193767 | Zig:26   | Killed a dread lich
193768 | Zig:26   | Noticed a dread lich
193768 | Zig:26   | Noticed an ancient lich
193768 | Zig:26   | Noticed an ancient lich
193768 | Zig:26   | Noticed an ancient lich
193768 | Zig:26   | Killed a dread lich
193769 | Zig:26   | Noticed a dread lich
193769 | Zig:26   | Noticed a dread lich
193769 | Zig:26   | Noticed an ancient lich
193769 | Zig:26   | Noticed a dread lich
193770 | Zig:26   | Killed an ancient lich
193770 | Zig:26   | Killed a dread lich
193770 | Zig:26   | Killed a dread lich
193770 | Zig:26   | Killed an ancient lich
193770 | Zig:26   | Killed a dread lich
193770 | Zig:26   | Killed a dread lich
193770 | Zig:26   | Killed a dread lich
193770 | Zig:26   | Killed an ancient lich
193770 | Zig:26   | Killed an ancient lich
193770 | Zig:26   | Noticed an ancient lich
193770 | Zig:26   | Noticed a dread lich
193771 | Zig:26   | Killed a dread lich
193771 | Zig:26   | Killed a dread lich
193771 | Zig:26   | Killed a dread lich
193771 | Zig:26   | Killed an ancient lich
193771 | Zig:26   | Killed a dread lich
193771 | Zig:26   | Killed an ancient lich
193771 | Zig:26   | Killed a dread lich
193771 | Zig:26   | Killed an ancient lich
193771 | Zig:26   | Killed an ancient lich
193771 | Zig:26   | Killed a dread lich
193771 | Zig:26   | Killed an ancient lich
193771 | Zig:26   | Killed an ancient lich
193771 | Zig:26   | Killed a dread lich
193771 | Zig:26   | Noticed an ancient lich
193771 | Zig:26   | Noticed an ancient lich
193771 | Zig:26   | Noticed a dread lich
193772 | Zig:26   | Killed an ancient lich
193772 | Zig:26   | Killed an ancient lich
193772 | Zig:26   | Killed an ancient lich
193772 | Zig:26   | Killed a dread lich
193772 | Zig:26   | Noticed an ancient lich
193773 | Zig:26   | Killed an ancient lich
193773 | Zig:26   | Noticed a dread lich
193773 | Zig:26   | Noticed a dread lich
193773 | Zig:26   | Noticed a dread lich
193774 | Zig:26   | Killed a dread lich
193774 | Zig:26   | Killed a dread lich
193774 | Zig:26   | Killed a dread lich
193774 | Zig:26   | Killed a dread lich
193774 | Zig:26   | Noticed an ancient lich
193774 | Zig:26   | Noticed a dread lich
193774 | Zig:26   | Noticed an ancient lich
193775 | Zig:26   | Killed an ancient lich
193775 | Zig:26   | Noticed an ancient lich
193776 | Zig:26   | Killed a dread lich
193776 | Zig:26   | Killed an ancient lich
193776 | Zig:26   | Noticed a dread lich
193776 | Zig:26   | Noticed an ancient lich
193776 | Zig:26   | Noticed a dread lich
193777 | Zig:26   | Killed a dread lich
193777 | Zig:26   | Killed an ancient lich
193777 | Zig:26   | Killed a dread lich
193777 | Zig:26   | Killed an ancient lich
193777 | Zig:26   | Killed a dread lich
193777 | Zig:26   | Noticed a dread lich
193778 | Zig:26   | Killed a dread lich
193778 | Zig:26   | Noticed an ancient lich
193779 | Zig:26   | Noticed a dread lich
193779 | Zig:26   | Noticed an ancient lich
193779 | Zig:26   | Noticed a dread lich
193780 | Zig:26   | Killed an ancient lich
193780 | Zig:26   | Noticed a dread lich
193781 | Zig:26   | Killed a dread lich
193781 | Zig:26   | Killed a dread lich
193781 | Zig:26   | Killed an ancient lich
193781 | Zig:26   | Noticed an ancient lich
193782 | Zig:26   | Killed a dread lich
193782 | Zig:26   | Killed an ancient lich
194203 | Zig:26   | Identified the +9 flail "Fouberof" {flame, *Slow rCorr
                  | Dex+3}
194223 | Zig:26   | Identified the +1 short sword "Impbane" {speed, rPois rN+
                  | Will+}
194224 | Zig:26   | Identified the ring "Sonaesill" {SInv Stlth+}
194316 | Zig:26   | Identified the +6 war axe of Death {vamp, Dex+10}
194324 | Zig:27   | Entered Level 27 of a ziggurat
194333 | Zig:27   | Noticed a juggernaut
194337 | Zig:27   | Noticed a juggernaut
194337 | Zig:27   | Noticed a juggernaut
194338 | Zig:27   | Noticed a juggernaut
194338 | Zig:27   | Noticed a juggernaut
194339 | Zig:27   | Noticed a juggernaut
194340 | Zig:27   | Noticed a juggernaut
194340 | Zig:27   | Noticed a juggernaut
194341 | Zig:27   | Noticed a juggernaut
194341 | Zig:27   | Noticed a juggernaut
194341 | Zig:27   | Noticed a juggernaut
194342 | Zig:27   | Noticed a juggernaut
194343 | Zig:27   | Noticed a juggernaut
194343 | Zig:27   | Noticed a juggernaut
194343 | Zig:27   | Noticed a juggernaut
194343 | Zig:27   | Noticed a juggernaut
194343 | Zig:27   | Noticed a juggernaut
194343 | Zig:27   | Noticed a juggernaut
194344 | Zig:27   | Noticed a juggernaut
194344 | Zig:27   | Noticed a juggernaut
194344 | Zig:27   | Noticed a juggernaut
194344 | Zig:27   | Noticed a juggernaut
194344 | Zig:27   | Noticed a juggernaut
194345 | Zig:27   | Noticed a juggernaut
194345 | Zig:27   | Killed a juggernaut
194345 | Zig:27   | Noticed a juggernaut
194345 | Zig:27   | Noticed a juggernaut
194346 | Zig:27   | Noticed a juggernaut
194346 | Zig:27   | Noticed a juggernaut
194346 | Zig:27   | Noticed a juggernaut
194346 | Zig:27   | Killed a juggernaut
194346 | Zig:27   | Killed a juggernaut
194346 | Zig:27   | Killed a juggernaut
194346 | Zig:27   | Killed a juggernaut
194346 | Zig:27   | Noticed a juggernaut
194346 | Zig:27   | Noticed a juggernaut
194346 | Zig:27   | Noticed a juggernaut
194346 | Zig:27   | Noticed a juggernaut
194347 | Zig:27   | Noticed a juggernaut
194347 | Zig:27   | Killed a juggernaut
194347 | Zig:27   | Killed a juggernaut
194347 | Zig:27   | Killed a juggernaut
194347 | Zig:27   | Killed a juggernaut
194347 | Zig:27   | Killed a juggernaut
194347 | Zig:27   | Killed a juggernaut
194348 | Zig:27   | Noticed a juggernaut
194348 | Zig:27   | Noticed a juggernaut
194348 | Zig:27   | Killed a juggernaut
194348 | Zig:27   | Killed a juggernaut
194348 | Zig:27   | Killed a juggernaut
194348 | Zig:27   | Killed a juggernaut
194348 | Zig:27   | Killed a juggernaut
194348 | Zig:27   | Noticed a juggernaut
194349 | Zig:27   | Noticed a juggernaut
194349 | Zig:27   | Noticed a juggernaut
194349 | Zig:27   | Noticed a juggernaut
194349 | Zig:27   | Noticed a juggernaut
194349 | Zig:27   | Killed a juggernaut
194349 | Zig:27   | Killed a juggernaut
194350 | Zig:27   | Killed a juggernaut
194350 | Zig:27   | Killed a juggernaut
194350 | Zig:27   | Killed a juggernaut
194351 | Zig:27   | Noticed a juggernaut
194352 | Zig:27   | Killed a juggernaut
194352 | Zig:27   | Killed a juggernaut
194353 | Zig:27   | Killed a juggernaut
194353 | Zig:27   | Killed a juggernaut
194353 | Zig:27   | Killed a juggernaut
194353 | Zig:27   | Killed a juggernaut
194353 | Zig:27   | Killed a juggernaut
194353 | Zig:27   | Killed a juggernaut
194353 | Zig:27   | Killed a juggernaut
194353 | Zig:27   | Killed a juggernaut
194353 | Zig:27   | Noticed a juggernaut
194354 | Zig:27   | Killed a juggernaut
194354 | Zig:27   | Killed a juggernaut
194354 | Zig:27   | Killed a juggernaut
194354 | Zig:27   | Killed a juggernaut
194354 | Zig:27   | Noticed a juggernaut
194354 | Zig:27   | Noticed a juggernaut
194355 | Zig:27   | Noticed a juggernaut
194355 | Zig:27   | Noticed a juggernaut
194355 | Zig:27   | Noticed a juggernaut
194356 | Zig:27   | Noticed a juggernaut
194356 | Zig:27   | Noticed a juggernaut
194357 | Zig:27   | Noticed a juggernaut
194357 | Zig:27   | Killed a juggernaut
194357 | Zig:27   | Killed a juggernaut
194358 | Zig:27   | Killed a juggernaut
194358 | Zig:27   | Killed a juggernaut
194358 | Zig:27   | Killed a juggernaut
194358 | Zig:27   | Killed a juggernaut
194358 | Zig:27   | Killed a juggernaut
194358 | Zig:27   | Killed a juggernaut
194358 | Zig:27   | Noticed a juggernaut
194359 | Zig:27   | Killed a juggernaut
194359 | Zig:27   | Killed a juggernaut
194359 | Zig:27   | Killed a juggernaut
194359 | Zig:27   | Noticed a juggernaut
194359 | Zig:27   | Noticed a juggernaut
194360 | Zig:27   | Killed a juggernaut
194360 | Zig:27   | Killed a juggernaut
194361 | Zig:27   | Noticed a juggernaut
194361 | Zig:27   | Noticed a juggernaut
194362 | Zig:27   | Noticed a juggernaut
194362 | Zig:27   | Noticed a juggernaut
194363 | Zig:27   | Noticed a juggernaut
194363 | Zig:27   | Noticed a juggernaut
194364 | Zig:27   | Killed a juggernaut
194364 | Zig:27   | Killed a juggernaut
194364 | Zig:27   | Killed a juggernaut
194364 | Zig:27   | Killed a juggernaut
194365 | Zig:27   | Killed a juggernaut
194365 | Zig:27   | Killed a juggernaut
194365 | Zig:27   | Killed a juggernaut
194365 | Zig:27   | Killed a juggernaut
194365 | Zig:27   | Killed a juggernaut
194365 | Zig:27   | Killed a juggernaut
194365 | Zig:27   | Killed a juggernaut
194365 | Zig:27   | Killed a juggernaut
194365 | Zig:27   | Noticed a juggernaut
194366 | Zig:27   | Noticed a juggernaut
194366 | Zig:27   | Noticed a juggernaut
194366 | Zig:27   | Noticed a juggernaut
194367 | Zig:27   | Noticed a juggernaut
194367 | Zig:27   | Noticed a juggernaut
194368 | Zig:27   | Noticed a juggernaut
194368 | Zig:27   | Noticed a juggernaut
194370 | Zig:27   | Killed a juggernaut
194370 | Zig:27   | Killed a juggernaut
194370 | Zig:27   | Killed a juggernaut
194370 | Zig:27   | Killed a juggernaut
194370 | Zig:27   | Killed a juggernaut
194370 | Zig:27   | Killed a juggernaut
194371 | Zig:27   | Killed a juggernaut
194371 | Zig:27   | Killed a juggernaut
194373 | Zig:27   | Noticed a juggernaut
194375 | Zig:27   | Killed a juggernaut
194485 | Zig:27   | Identified the +8 morningstar "Pesty" {distort, rCorr Str+4
                  | Stlth-}
194497 | Zig:27   | Identified the amulet "Umiatz" {Faith rElec Will++ Str-5
                  | Dex+4}
194503 | Zig:27   | Identified the +6 scimitar of Context {holy, Fly rF+ Int-2
                  | SInv}
194523 | Zig:27   | Identified the +1 spear "Hydrabane" {vorpal, rF+}
194565 | Zig:27   | Identified the +3 double sword of Dyniseit {holy, rC+
                  | Will+}
194567 | Zig:27   | Identified the +3 short sword "Xopnaggu" {spect, *Rage rF++
                  | Int+5}
195109 | Zig:27   | Identified the +1 pair of gloves of Generosity {rF+ SInv}
195205 | Zig:27   | Identified the +5 pair of boots of the Beginning {Str+3
                  | Int+6}
195214 | Zig:27   | Identified the +6 executioner's axe "Moiliaha" {vamp, Str+4
                  | Int+5}
195271 | Zig:1    | Entered Level 1 of a ziggurat
195271 | Zig:1    | Noticed a dread lich
195273 | Zig:1    | Killed a dread lich
195341 | Zig:2    | Entered Level 2 of a ziggurat
195424 | Zig:2    | Identified the ring of Rutas {Str+6 Dex+6}
195438 | Zig:3    | Entered Level 3 of a ziggurat
195573 | Zig:4    | Entered Level 4 of a ziggurat
195732 | Zig:4    | Identified the +5 dagger of Bloody Death {protect, Will++
                  | Dex+3}
195745 | Zig:5    | Entered Level 5 of a ziggurat
195997 | Zig:5    | Identified the +1 hand crossbow of the Six Nights {freeze,
                  | Fly Will- rCorr SInv}
196003 | Zig:6    | Entered Level 6 of a ziggurat
196003 | Zig:6    | Noticed a juggernaut
196003 | Zig:6    | Noticed a juggernaut
196008 | Zig:6    | Noticed a juggernaut
196009 | Zig:6    | Noticed a juggernaut
196012 | Zig:6    | Killed a juggernaut
196012 | Zig:6    | Killed a juggernaut
196012 | Zig:6    | Killed a juggernaut
196012 | Zig:6    | Killed a juggernaut
196169 | Zig:6    | Identified the +4 glaive of Terra Cotta {antimagic, Int+2
                  | Dex+4}
196171 | Zig:6    | Identified the +11 long sword of Traps {vorpal, rCorr
                  | Dex+3}
196197 | Zig:6    | Identified the +11 mace of Wu Jian's Pride {flame, Str+6
                  | Stlth+}
196219 | Zig:7    | Entered Level 7 of a ziggurat
196420 | Zig:8    | Entered Level 8 of a ziggurat
196594 | Zig:9    | Entered Level 9 of a ziggurat
196595 | Zig:9    | Noticed Tuasats the pandemonium lord
196596 | Zig:9    | Noticed Daciutab the pandemonium lord
196596 | Zig:9    | Noticed Uxer the pandemonium lord
196596 | Zig:9    | Noticed Gunast the pandemonium lord
196596 | Zig:9    | Noticed Karphibbo the pandemonium lord
196596 | Zig:9    | Noticed Hubitzeu the pandemonium lord
196596 | Zig:9    | Noticed Duuvipats the pandemonium lord
196596 | Zig:9    | Noticed Gahecwuo the pandemonium lord
196596 | Zig:9    | Noticed Oca Ruco the pandemonium lord
196597 | Zig:9    | Noticed Jirusoin the pandemonium lord
196597 | Zig:9    | Noticed Vuri the pandemonium lord
196597 | Zig:9    | Noticed Xakelofe the pandemonium lord
196597 | Zig:9    | Noticed Segricag the pandemonium lord
196598 | Zig:9    | Killed Gunast the pandemonium lord
196599 | Zig:9    | Killed Tuasats the pandemonium lord
196599 | Zig:9    | Noticed Wucets the pandemonium lord
196599 | Zig:9    | Killed Gahecwuo the pandemonium lord
196599 | Zig:9    | Noticed Qilaolly the pandemonium lord
196599 | Zig:9    | Noticed Deirr the pandemonium lord
196600 | Zig:9    | Noticed Yracys the pandemonium lord
196600 | Zig:9    | Noticed Seypn the pandemonium lord
196601 | Zig:9    | Killed Karphibbo the pandemonium lord
196601 | Zig:9    | Killed Uxer the pandemonium lord
196601 | Zig:9    | Killed Daciutab the pandemonium lord
196601 | Zig:9    | Killed Duuvipats the pandemonium lord
196601 | Zig:9    | Killed Hubitzeu the pandemonium lord
196601 | Zig:9    | Noticed Ysautekk the pandemonium lord
196601 | Zig:9    | Noticed Woczeo the pandemonium lord
196602 | Zig:9    | Killed Oca Ruco the pandemonium lord
196602 | Zig:9    | Killed Qilaolly the pandemonium lord
196602 | Zig:9    | Killed Jirusoin the pandemonium lord
196602 | Zig:9    | Killed Deirr the pandemonium lord
196602 | Zig:9    | Noticed Womyal the pandemonium lord
196603 | Zig:9    | Killed Seypn the pandemonium lord
196603 | Zig:9    | Killed Xakelofe the pandemonium lord
196603 | Zig:9    | Noticed Foqiov the pandemonium lord
196603 | Zig:9    | Noticed Weinlahi the pandemonium lord
196604 | Zig:9    | Killed Yracys the pandemonium lord
196604 | Zig:9    | Killed Segricag the pandemonium lord
196605 | Zig:9    | Killed Wucets the pandemonium lord
196605 | Zig:9    | Killed Weinlahi the pandemonium lord
196606 | Zig:9    | Noticed Xuas the pandemonium lord
196606 | Zig:9    | Killed Ysautekk the pandemonium lord
196606 | Zig:9    | Killed Foqiov the pandemonium lord
196606 | Zig:9    | Noticed Mouxas the pandemonium lord
196606 | Zig:9    | Noticed Hakhlumy the pandemonium lord
196607 | Zig:9    | Noticed Seciluiph the pandemonium lord
196608 | Zig:9    | Killed Womyal the pandemonium lord
196608 | Zig:9    | Killed Mouxas the pandemonium lord
196608 | Zig:9    | Noticed Maenoizy the pandemonium lord
196609 | Zig:9    | Killed Vuri the pandemonium lord
196610 | Zig:9    | Noticed Vayn the pandemonium lord
196611 | Zig:9    | Killed Woczeo the pandemonium lord
196612 | Zig:9    | Killed Seciluiph the pandemonium lord
196612 | Zig:9    | Killed Hakhlumy the pandemonium lord
196612 | Zig:9    | Noticed Xecess the pandemonium lord
196613 | Zig:9    | Killed Xuas the pandemonium lord
196613 | Zig:9    | Noticed Wogrewk the pandemonium lord
196613 | Zig:9    | Killed Maenoizy the pandemonium lord
196614 | Zig:9    | Noticed Meapukyr the pandemonium lord
196615 | Zig:9    | Killed Wogrewk the pandemonium lord
196615 | Zig:9    | Killed Xecess the pandemonium lord
196615 | Zig:9    | Killed Vayn the pandemonium lord
196615 | Zig:9    | Killed Meapukyr the pandemonium lord
196615 | Zig:9    | Noticed Seromn the pandemonium lord
196616 | Zig:9    | Noticed Kiyrur the pandemonium lord
196616 | Zig:9    | Noticed Nusitiru the pandemonium lord
196618 | Zig:9    | Killed Seromn the pandemonium lord
196618 | Zig:9    | Killed Nusitiru the pandemonium lord
196618 | Zig:9    | Killed Kiyrur the pandemonium lord
196620 | Zig:9    | Noticed Pemoem the pandemonium lord
196621 | Zig:9    | Noticed Rithrim the pandemonium lord
196624 | Zig:9    | Killed Pemoem the pandemonium lord
196626 | Zig:9    | Killed Rithrim the pandemonium lord
196626 | Zig:9    | Noticed Sarisim the pandemonium lord
196630 | Zig:9    | Killed Sarisim the pandemonium lord
196636 | Zig:9    | Noticed Mamuudd the pandemonium lord
196640 | Zig:9    | Killed Mamuudd the pandemonium lord
196848 | Zig:9    | Identified the +6 long sword of Destiny {flame, rCorr}
196851 | Zig:9    | Identified the -4 pair of boots of the Evening Star {Fly}
196890 | Zig:10   | Entered Level 10 of a ziggurat
196890 | Zig:10   | Noticed a juggernaut
196890 | Zig:10   | Noticed a juggernaut
196890 | Zig:10   | Noticed a juggernaut
196891 | Zig:10   | Killed a juggernaut
196891 | Zig:10   | Killed a juggernaut
196891 | Zig:10   | Killed a juggernaut
196892 | Zig:10   | Noticed a juggernaut
196893 | Zig:10   | Noticed a juggernaut
196893 | Zig:10   | Noticed a juggernaut
196893 | Zig:10   | Noticed a juggernaut
196895 | Zig:10   | Noticed a juggernaut
196895 | Zig:10   | Noticed a juggernaut
196896 | Zig:10   | Noticed a juggernaut
196896 | Zig:10   | Noticed a juggernaut
196898 | Zig:10   | Noticed a juggernaut
196898 | Zig:10   | Noticed a juggernaut
196898 | Zig:10   | Noticed a juggernaut
196898 | Zig:10   | Noticed a juggernaut
196898 | Zig:10   | Noticed a juggernaut
196899 | Zig:10   | Killed a juggernaut
196899 | Zig:10   | Killed a juggernaut
196899 | Zig:10   | Killed a juggernaut
196899 | Zig:10   | Killed a juggernaut
196899 | Zig:10   | Killed a juggernaut
196899 | Zig:10   | Killed a juggernaut
196899 | Zig:10   | Killed a juggernaut
196899 | Zig:10   | Killed a juggernaut
196899 | Zig:10   | Killed a juggernaut
196899 | Zig:10   | Killed a juggernaut
196899 | Zig:10   | Killed a juggernaut
196899 | Zig:10   | Killed a juggernaut
196900 | Zig:10   | Killed a juggernaut
197285 | Zig:10   | Identified the +6 dire flail "Pekuheiv" {vorpal, rN+++
                  | Str-2 Int+7}
197333 | Zig:10   | Identified the +6 hunting sling of Insufficient Pleasure
                  | {freeze, Will+}
197400 | Zig:11   | Entered Level 11 of a ziggurat
197468 | Zig:11   | Identified the amulet "Iriefuv" {Acrobat rElec Will- MP+9
                  | Int+3}
197472 | Zig:11   | Identified the +4 leather armour "Ziafyps" {MP-9 Int+4}
197486 | Zig:11   | Identified the ring "Demi" {Will+ Dex+3 SInv}
197492 | Zig:11   | Identified the +5 war axe "Qearetat" {venom, +Blink Str+5
                  | Int-3}
197494 | Zig:11   | Identified the +4 glaive "Tueth" {vorpal, Str+2 Int+5
                  | Dex-3}
197522 | Zig:11   | Identified the +12 war axe of Cuown {drain, Dex+3}
197810 | Zig:12   | Entered Level 12 of a ziggurat
197810 | Zig:12   | Noticed an ancient lich
197810 | Zig:12   | Noticed a dread lich
197811 | Zig:12   | Noticed a dread lich
197811 | Zig:12   | Noticed an ancient lich
197812 | Zig:12   | Noticed a dread lich
197812 | Zig:12   | Noticed an ancient lich
197812 | Zig:12   | Noticed an ancient lich
197813 | Zig:12   | Noticed a dread lich
197814 | Zig:12   | Noticed a dread lich
197815 | Zig:12   | Noticed an ancient lich
197815 | Zig:12   | Noticed an ancient lich
197815 | Zig:12   | Noticed an ancient lich
197815 | Zig:12   | Noticed a dread lich
197815 | Zig:12   | Noticed a dread lich
197815 | Zig:12   | Noticed a dread lich
197815 | Zig:12   | Noticed a dread lich
197815 | Zig:12   | Noticed an ancient lich
197815 | Zig:12   | Noticed an ancient lich
197815 | Zig:12   | Noticed a dread lich
197816 | Zig:12   | Killed an ancient lich
197816 | Zig:12   | Killed an ancient lich
197816 | Zig:12   | Killed a dread lich
197816 | Zig:12   | Killed a dread lich
197816 | Zig:12   | Killed an ancient lich
197816 | Zig:12   | Killed an ancient lich
197816 | Zig:12   | Killed a dread lich
197816 | Zig:12   | Killed a dread lich
197816 | Zig:12   | Killed a dread lich
197816 | Zig:12   | Killed an ancient lich
197816 | Zig:12   | Killed an ancient lich
197816 | Zig:12   | Killed a dread lich
197816 | Zig:12   | Killed an ancient lich
197817 | Zig:12   | Killed an ancient lich
197817 | Zig:12   | Killed a dread lich
197817 | Zig:12   | Killed a dread lich
197817 | Zig:12   | Killed an ancient lich
197817 | Zig:12   | Killed a dread lich
197817 | Zig:12   | Killed a dread lich
198053 | Zig:12   | Identified the ring of Attitude {Fly rPois MP+9 Str-4 SInv}
198065 | Zig:12   | Identified the +9 plate armour of Melancholy {rF- Regen+
                  | Str+8 Dex-2}
198112 | Zig:12   | Identified the amulet of Ru's Envy {rN++ Regen+ Str+3
                  | Dex-3}
198129 | Zig:12   | Identified the +3 whip "Worm" {drain, rC- rN+++ rCorr
                  | Str-5}
198130 | Zig:12   | Identified the ring of Firodeaf {Int+6 Stlth+}
198175 | Zig:13   | Entered Level 13 of a ziggurat
198249 | Zig:13   | Identified the +9 pearl dragon scales "Qeireuk" {Fly rElec
                  | rN+ Int-2 Slay+3}
198267 | Zig:13   | Identified the ring of Beihaz {Fire rElec}
198611 | Zig:13   | Identified the +1 broad axe of Tepro {spect, *Rage Str+4
                  | Dex+10 Stlth+}
198623 | Zig:14   | Entered Level 14 of a ziggurat
198627 | Zig:14   | Noticed an ancient lich
198628 | Zig:14   | Noticed a dread lich
198628 | Zig:14   | Noticed a dread lich
198629 | Zig:14   | Noticed a dread lich
198629 | Zig:14   | Noticed a dread lich
198630 | Zig:14   | Noticed a dread lich
198630 | Zig:14   | Noticed a dread lich
198631 | Zig:14   | Noticed a dread lich
198631 | Zig:14   | Noticed a dread lich
198631 | Zig:14   | Noticed a dread lich
198631 | Zig:14   | Noticed a dread lich
198631 | Zig:14   | Noticed a dread lich
198631 | Zig:14   | Noticed a dread lich
198631 | Zig:14   | Noticed an ancient lich
198632 | Zig:14   | Noticed an ancient lich
198632 | Zig:14   | Killed a dread lich
198632 | Zig:14   | Killed a dread lich
198632 | Zig:14   | Killed a dread lich
198632 | Zig:14   | Killed a dread lich
198632 | Zig:14   | Killed a dread lich
198632 | Zig:14   | Killed an ancient lich
198632 | Zig:14   | Noticed an ancient lich
198633 | Zig:14   | Noticed a dread lich
198633 | Zig:14   | Noticed an ancient lich
198633 | Zig:14   | Noticed a dread lich
198634 | Zig:14   | Noticed an ancient lich
198635 | Zig:14   | Noticed a dread lich
198635 | Zig:14   | Killed an ancient lich
198635 | Zig:14   | Killed an ancient lich
198635 | Zig:14   | Killed a dread lich
198635 | Zig:14   | Killed a dread lich
198635 | Zig:14   | Killed an ancient lich
198635 | Zig:14   | Killed a dread lich
198635 | Zig:14   | Killed a dread lich
198635 | Zig:14   | Killed a dread lich
198635 | Zig:14   | Killed a dread lich
198635 | Zig:14   | Killed a dread lich
198635 | Zig:14   | Killed a dread lich
198636 | Zig:14   | Killed an ancient lich
198636 | Zig:14   | Killed a dread lich
198636 | Zig:14   | Killed an ancient lich
198637 | Zig:14   | Noticed an ancient lich
198638 | Zig:14   | Killed a dread lich
198638 | Zig:14   | Killed an ancient lich
198908 | Zig:14   | Identified the +7 rapier of Vapiovvi {drain, rF+ rN++ Int+3
                  | Dex-5}
198910 | Zig:14   | Identified the +5 halberd of Springtime {vorpal, rElec rC+
                  | Int+4}
198954 | Zig:14   | Identified the +3 mace "Dragonslayer" {speed, *Slow rElec
                  | rCorr Int+7}
198966 | Zig:14   | Identified the ring of Moruckoyk {Drain rF++ Will+ Int+2
                  | Stlth+}
198991 | Zig:14   | Identified the amulet of Mysticism {RegenMP rPois rN+}
198995 | Zig:14   | Identified the +6 hand crossbow of Uskayaw {elec, rF- rC+++
                  | Str+2 Dex-3}
198997 | Zig:14   | Identified the amulet "Huppyhea" {Reflect rN++ Str-2 SH+5}
199019 | Zig:14   | Identified the +9 battleaxe "Joom Ure" {drain, Str+5 Int-2}
199021 | Zig:14   | Identified the ring "Saunanan" {rElec rPois rF++ rC- Int+6}
199057 | Zig:14   | Identified the +2 robe of the Salamander {Drain rElec rF+
                  | Stlth+}
199065 | Zig:15   | Entered Level 15 of a ziggurat
199103 | Zig:15   | Noticed Fueko the pandemonium lord
199108 | Zig:15   | Killed Fueko the pandemonium lord
199471 | Zig:15   | Identified the +5 spear of Checks and Balances {flame,
                  | SInv}
199474 | Zig:15   | Identified the ring of Paanisith {rCorr Slay+2}
199527 | Zig:16   | Entered Level 16 of a ziggurat
199783 | Zig:16   | Identified the ring of the Slug {AC+4 Str+4 Int+4 Dex-3}
199873 | Zig:16   | Identified the ring of Symmetry {*Slow rElec rF+ Will+
                  | Str+6}
199887 | Zig:16   | Identified the +4 ring mail of Philately {Rampage Int+4}
199911 | Zig:16   | Identified the +9 trident of Qazoryhi {speed, rN+ Dex+8}
199928 | Zig:16   | Identified the ring "Toorghur" {rC++ Str+4 Int-5 Dex+6
                  | SInv}
199940 | Zig:16   | Identified the ring "Kiyrphoosu" {rN+ Str-3 Int+6 SInv
                  | Stlth+}
199945 | Zig:16   | Identified the +7 hunting sling of Okawaru's Castigation
                  | {vorpal, rC+ rCorr Int+7 SInv}
199985 | Zig:17   | Entered Level 17 of a ziggurat
200072 | Zig:17   | Identified the ring "Buschi" {Fly rF+}
200454 | Zig:17   | Identified the ring of Ephemeral Luck {rPois rC+ Will+
                  | Str-2}
200472 | Zig:17   | Identified the +5 shortbow "Sinaif" {venom, rC+++}
200481 | Zig:18   | Entered Level 18 of a ziggurat
200486 | Zig:18   | Noticed an ancient lich
200487 | Zig:18   | Noticed an ancient lich
200488 | Zig:18   | Noticed a dread lich
200488 | Zig:18   | Noticed an ancient lich
200488 | Zig:18   | Noticed an ancient lich
200488 | Zig:18   | Noticed an ancient lich
200489 | Zig:18   | Noticed a dread lich
200489 | Zig:18   | Noticed a dread lich
200489 | Zig:18   | Noticed a dread lich
200489 | Zig:18   | Noticed an ancient lich
200490 | Zig:18   | Noticed an ancient lich
200490 | Zig:18   | Noticed an ancient lich
200490 | Zig:18   | Noticed an ancient lich
200490 | Zig:18   | Noticed an ancient lich
200490 | Zig:18   | Noticed a dread lich
200490 | Zig:18   | Noticed an ancient lich
200490 | Zig:18   | Noticed an ancient lich
200490 | Zig:18   | Noticed an ancient lich
200490 | Zig:18   | Noticed a dread lich
200491 | Zig:18   | Killed an ancient lich
200491 | Zig:18   | Killed a dread lich
200491 | Zig:18   | Killed a dread lich
200491 | Zig:18   | Killed a dread lich
200491 | Zig:18   | Killed an ancient lich
200491 | Zig:18   | Killed an ancient lich
200491 | Zig:18   | Killed an ancient lich
200491 | Zig:18   | Killed an ancient lich
200492 | Zig:18   | Noticed an ancient lich
200492 | Zig:18   | Killed an ancient lich
200492 | Zig:18   | Killed a dread lich
200492 | Zig:18   | Killed an ancient lich
200492 | Zig:18   | Killed an ancient lich
200492 | Zig:18   | Killed an ancient lich
200492 | Zig:18   | Killed an ancient lich
200492 | Zig:18   | Killed an ancient lich
200492 | Zig:18   | Killed an ancient lich
200492 | Zig:18   | Killed an ancient lich
200492 | Zig:18   | Killed a dread lich
200492 | Zig:18   | Noticed an ancient lich
200493 | Zig:18   | Noticed an ancient lich
200493 | Zig:18   | Noticed an ancient lich
200494 | Zig:18   | Noticed an ancient lich
200494 | Zig:18   | Noticed an ancient lich
200494 | Zig:18   | Noticed an ancient lich
200494 | Zig:18   | Noticed an ancient lich
200495 | Zig:18   | Noticed a dread lich
200495 | Zig:18   | Noticed a dread lich
200495 | Zig:18   | Noticed a dread lich
200495 | Zig:18   | Noticed an ancient lich
200496 | Zig:18   | Noticed an ancient lich
200496 | Zig:18   | Killed a dread lich
200496 | Zig:18   | Killed an ancient lich
200496 | Zig:18   | Killed an ancient lich
200496 | Zig:18   | Killed an ancient lich
200496 | Zig:18   | Noticed a dread lich
200496 | Zig:18   | Noticed an ancient lich
200497 | Zig:18   | Killed an ancient lich
200497 | Zig:18   | Killed an ancient lich
200497 | Zig:18   | Killed an ancient lich
200497 | Zig:18   | Killed a dread lich
200497 | Zig:18   | Killed a dread lich
200497 | Zig:18   | Killed an ancient lich
200497 | Zig:18   | Killed an ancient lich
200497 | Zig:18   | Killed a dread lich
200497 | Zig:18   | Killed an ancient lich
200497 | Zig:18   | Noticed a dread lich
200498 | Zig:18   | Killed an ancient lich
200498 | Zig:18   | Killed a dread lich
200498 | Zig:18   | Killed a dread lich
200498 | Zig:18   | Noticed an ancient lich
200498 | Zig:18   | Noticed a dread lich
200499 | Zig:18   | Killed an ancient lich
200499 | Zig:18   | Killed an ancient lich
200499 | Zig:18   | Killed a dread lich
200499 | Zig:18   | Noticed an ancient lich
200500 | Zig:18   | Killed an ancient lich
200504 | Zig:18   | Noticed a dread lich
200504 | Zig:18   | Killed a dread lich
200788 | Zig:18   | Identified the +2 glaive of Dan Nouf {spect, *Noise rF+
                  | MP+9}
200796 | Zig:18   | Identified the amulet of the Shining Light {Acrobat Str+8}
200816 | Zig:18   | Identified the +8 arbalest "Memauzuy" {venom, Dex+3 Stlth+}
200818 | Zig:18   | Identified the +1 leather armour of Reason {Int+6}
200822 | Zig:18   | Identified the +0 kite shield of Suzargh {Dex+3}
200836 | Zig:18   | Identified the +9 hand axe of Disaster {flame, rF- rC+
                  | Str+2}
200842 | Zig:18   | Identified the amulet "Miuplas" {Acrobat +Blink}
200854 | Zig:18   | Identified the +12 shortbow of the Mosquito {flame, *Slow
                  | Dex+5}
200866 | Zig:18   | Identified the +6 quick blade of Disembowelment {freeze,
                  | rElec Str+3}
200868 | Zig:18   | Identified the ring of Ruuptic {Str+3 Dex+4 SInv}
200879 | Zig:18   | Identified the amulet "Nedeuvyj" {Drain rF+ rN+ Regen+
                  | rCorr Int+4}
200890 | Zig:18   | Identified the +6 leather armour "Ickayxae" {Will+ Dex-4
                  | SInv}
200901 | Zig:18   | Identified the ring of Ishiosch {rN+ rCorr Int+4}
200983 | Zig:18   | Identified the +4 shortbow of Wausm {vorpal, rF+ rN+}
201004 | Zig:18   | Identified the +8 trident "Killer Klown's Bane" {distort,
                  | +Blink rCorr Int-2 Stlth+}
201013 | Zig:19   | Entered Level 19 of a ziggurat
201019 | Zig:19   | Noticed a dread lich
201019 | Zig:19   | Noticed a dread lich
201019 | Zig:19   | Noticed a dread lich
201020 | Zig:19   | Noticed an ancient lich
201020 | Zig:19   | Noticed a dread lich
201021 | Zig:19   | Noticed a dread lich
201021 | Zig:19   | Noticed an ancient lich
201022 | Zig:19   | Noticed an ancient lich
201023 | Zig:19   | Noticed a dread lich
201023 | Zig:19   | Noticed an ancient lich
201024 | Zig:19   | Killed an ancient lich
201024 | Zig:19   | Killed an ancient lich
201024 | Zig:19   | Killed a dread lich
201025 | Zig:19   | Killed a dread lich
201025 | Zig:19   | Killed a dread lich
201025 | Zig:19   | Killed an ancient lich
201025 | Zig:19   | Killed a dread lich
201025 | Zig:19   | Killed an ancient lich
201025 | Zig:19   | Killed a dread lich
201026 | Zig:19   | Noticed an ancient lich
201027 | Zig:19   | Noticed an ancient lich
201027 | Zig:19   | Noticed an ancient lich
201027 | Zig:19   | Noticed a dread lich
201028 | Zig:19   | Noticed an ancient lich
201028 | Zig:19   | Noticed a dread lich
201028 | Zig:19   | Noticed an ancient lich
201029 | Zig:19   | Noticed a dread lich
201029 | Zig:19   | Noticed a dread lich
201029 | Zig:19   | Noticed a dread lich
201030 | Zig:19   | Noticed a dread lich
201030 | Zig:19   | Noticed a dread lich
201030 | Zig:19   | Noticed an ancient lich
201031 | Zig:19   | Noticed an ancient lich
201031 | Zig:19   | Noticed an ancient lich
201031 | Zig:19   | Noticed an ancient lich
201032 | Zig:19   | Killed a dread lich
201032 | Zig:19   | Killed an ancient lich
201032 | Zig:19   | Killed a dread lich
201032 | Zig:19   | Killed a dread lich
201032 | Zig:19   | Killed an ancient lich
201032 | Zig:19   | Killed a dread lich
201032 | Zig:19   | Killed an ancient lich
201032 | Zig:19   | Killed a dread lich
201032 | Zig:19   | Killed an ancient lich
201032 | Zig:19   | Killed a dread lich
201033 | Zig:19   | Killed an ancient lich
201033 | Zig:19   | Killed an ancient lich
201033 | Zig:19   | Killed a dread lich
201033 | Zig:19   | Killed a dread lich
201033 | Zig:19   | Killed an ancient lich
201033 | Zig:19   | Killed an ancient lich
201033 | Zig:19   | Killed an ancient lich
201033 | Zig:19   | Noticed an ancient lich
201035 | Zig:19   | Noticed an ancient lich
201036 | Zig:19   | Noticed an ancient lich
201037 | Zig:19   | Killed an ancient lich
201038 | Zig:19   | Killed an ancient lich
201038 | Zig:19   | Killed an ancient lich
201039 | Zig:19   | Noticed an ancient lich
201039 | Zig:19   | Noticed a dread lich
201040 | Zig:19   | Noticed a dread lich
201041 | Zig:19   | Noticed an ancient lich
201043 | Zig:19   | Killed an ancient lich
201043 | Zig:19   | Killed a dread lich
201043 | Zig:19   | Killed a dread lich
201043 | Zig:19   | Killed an ancient lich
201474 | Zig:19   | Identified the ring "Maidosk" {rN+ Str+7 Dex-3 SInv}
201489 | Zig:19   | Identified the +10 halberd "Loyzotinu" {freeze, Fragile
                  | rF++ rCorr Int+2}
201508 | Zig:19   | Identified the +2 pair of boots "Siykubb" {Str+3}
201515 | Zig:19   | Identified the -6 buckler of Too Many Cooks {rF+ Dex+4
                  | SInv}
201531 | Zig:20   | Entered Level 20 of a ziggurat
201539 | Zig:20   | Noticed a dread lich
201541 | Zig:20   | Noticed an ancient lich
201542 | Zig:20   | Noticed a dread lich
201542 | Zig:20   | Noticed a dread lich
201542 | Zig:20   | Noticed an ancient lich
201542 | Zig:20   | Noticed an ancient lich
201542 | Zig:20   | Noticed a dread lich
201542 | Zig:20   | Noticed an ancient lich
201542 | Zig:20   | Noticed a dread lich
201542 | Zig:20   | Noticed a dread lich
201542 | Zig:20   | Noticed an ancient lich
201542 | Zig:20   | Noticed a dread lich
201542 | Zig:20   | Noticed a dread lich
201542 | Zig:20   | Noticed an ancient lich
201542 | Zig:20   | Noticed an ancient lich
201542 | Zig:20   | Noticed a dread lich
201542 | Zig:20   | Noticed an ancient lich
201543 | Zig:20   | Killed an ancient lich
201543 | Zig:20   | Killed an ancient lich
201543 | Zig:20   | Killed a dread lich
201543 | Zig:20   | Killed a dread lich
201543 | Zig:20   | Killed an ancient lich
201543 | Zig:20   | Killed an ancient lich
201543 | Zig:20   | Killed a dread lich
201543 | Zig:20   | Killed a dread lich
201543 | Zig:20   | Killed a dread lich
201544 | Zig:20   | Killed an ancient lich
201544 | Zig:20   | Killed a dread lich
201544 | Zig:20   | Killed a dread lich
201544 | Zig:20   | Killed an ancient lich
201544 | Zig:20   | Killed an ancient lich
201544 | Zig:20   | Killed an ancient lich
201544 | Zig:20   | Killed a dread lich
201544 | Zig:20   | Killed a dread lich
201545 | Zig:20   | Noticed an ancient lich
201545 | Zig:20   | Noticed a dread lich
201546 | Zig:20   | Noticed a dread lich
201546 | Zig:20   | Noticed an ancient lich
201547 | Zig:20   | Noticed an ancient lich
201547 | Zig:20   | Noticed a dread lich
201547 | Zig:20   | Noticed an ancient lich
201548 | Zig:20   | Noticed a dread lich
201548 | Zig:20   | Noticed an ancient lich
201549 | Zig:20   | Killed a dread lich
201549 | Zig:20   | Killed an ancient lich
201549 | Zig:20   | Killed a dread lich
201550 | Zig:20   | Killed an ancient lich
201550 | Zig:20   | Killed an ancient lich
201550 | Zig:20   | Killed a dread lich
201550 | Zig:20   | Killed an ancient lich
201550 | Zig:20   | Killed a dread lich
201550 | Zig:20   | Noticed an ancient lich
201551 | Zig:20   | Noticed a dread lich
201552 | Zig:20   | Noticed a dread lich
201552 | Zig:20   | Noticed a dread lich
201554 | Zig:20   | Killed a dread lich
201554 | Zig:20   | Killed an ancient lich
201554 | Zig:20   | Killed a dread lich
201554 | Zig:20   | Killed a dread lich
201554 | Zig:20   | Killed an ancient lich
201554 | Zig:20   | Noticed an ancient lich
201555 | Zig:20   | Killed an ancient lich
201556 | Zig:20   | Noticed a dread lich
201557 | Zig:20   | Noticed a dread lich
201559 | Zig:20   | Killed a dread lich
201559 | Zig:20   | Killed a dread lich
201562 | Zig:20   | Noticed an ancient lich
201564 | Zig:20   | Killed an ancient lich
201564 | Zig:20   | Noticed an ancient lich
201569 | Zig:20   | Killed an ancient lich
201932 | Zig:20   | Identified the ring of Miracles {Fly rF- rCorr MP+9}
201940 | Zig:20   | Identified the +9 fustibalus of Laguxozy {vorpal, rF+}
201970 | Zig:20   | Identified the +1 scale mail "Hism" {Will- Regen+ Str+4
                  | Slay+6}
201999 | Zig:20   | Identified the ring of the Heavens {Ice Str+6}
202059 | Zig:20   | Identified the +4 hand crossbow of the Distant Future
                  | {venom, Dex+4 Stlth+}
202069 | Zig:21   | Entered Level 21 of a ziggurat
202184 | Zig:21   | Identified the +7 mace "Cynab" {chaos, *Rage rCorr Str+3}
202216 | Zig:21   | Identified the ring of Fallacy {MP+9 Int+2}
202228 | Zig:21   | Identified the +7 scythe of a bailey {flame, *Corrode
                  | +Blink rF- Will++ SInv}
202236 | Zig:21   | Identified the +6 morningstar "Miulucvi" {speed, Drain
                  | rElec rN+++ Int+4}
202240 | Zig:21   | Identified the ring "Denauppo" {Str+6 Slay+2}
202264 | Zig:21   | Identified the +0 robe of Hairiness {Dex+3}
202294 | Zig:21   | Identified the +1 halberd "Polynwud" {flame, SInv}
202670 | Zig:22   | Entered Level 22 of a ziggurat
202678 | Zig:22   | Noticed an ancient lich
202688 | Zig:22   | Killed an ancient lich
202710 | Zig:22   | Found the +1 cloak of Starlight {*Dazzle EV+4 Stlth--}
202726 | Zig:22   | Identified the amulet of Impatience {Reflect Fragile rC++
                  | Int+5 SH+5}
203118 | Zig:22   | Identified the +9 short sword of the Hidden Continents
                  | {drain, rN+ Int+4}
203132 | Zig:22   | Identified the ring of Nobility {rF- rN+ MP+9 Int+4}
203134 | Zig:22   | Identified the +5 hunting sling of Imukuffa {venom, Will+}
203178 | Zig:22   | Identified the +7 glaive of Histrionic Prudence {holy,
                  | Contam rElec rPois Str+4}
203198 | Zig:22   | Identified the +6 glaive "Xinel" {drain, rPois rF+ Dex+2
                  | Stlth+}
203246 | Zig:22   | Identified the +3 war axe of the Original Sin {flame, Drain
                  | Fly rF+ Str+5}
203255 | Zig:22   | Identified the +2 chain mail of Sin {*Slow rF+++ rC+ SInv}
203256 | Zig:22   | Identified the +10 short sword "Worm" {vamp, Contam Fragile
                  | Str+8 Dex+2}
203265 | Zig:23   | Entered Level 23 of a ziggurat
203271 | Zig:23   | Noticed a dread lich
203272 | Zig:23   | Noticed a dread lich
203273 | Zig:23   | Noticed a dread lich
203274 | Zig:23   | Noticed a dread lich
203274 | Zig:23   | Noticed a dread lich
203275 | Zig:23   | Noticed a dread lich
203275 | Zig:23   | Noticed a dread lich
203275 | Zig:23   | Noticed an ancient lich
203275 | Zig:23   | Noticed a dread lich
203275 | Zig:23   | Noticed an ancient lich
203275 | Zig:23   | Noticed an ancient lich
203275 | Zig:23   | Noticed an ancient lich
203275 | Zig:23   | Noticed an ancient lich
203275 | Zig:23   | Noticed a dread lich
203275 | Zig:23   | Noticed an ancient lich
203275 | Zig:23   | Noticed an ancient lich
203275 | Zig:23   | Noticed a dread lich
203275 | Zig:23   | Noticed an ancient lich
203275 | Zig:23   | Noticed a dread lich
203276 | Zig:23   | Noticed an ancient lich
203276 | Zig:23   | Killed an ancient lich
203276 | Zig:23   | Killed a dread lich
203276 | Zig:23   | Killed an ancient lich
203276 | Zig:23   | Killed an ancient lich
203276 | Zig:23   | Killed an ancient lich
203276 | Zig:23   | Killed an ancient lich
203276 | Zig:23   | Killed a dread lich
203276 | Zig:23   | Killed a dread lich
203276 | Zig:23   | Killed an ancient lich
203276 | Zig:23   | Killed a dread lich
203276 | Zig:23   | Killed a dread lich
203276 | Zig:23   | Killed a dread lich
203276 | Zig:23   | Killed a dread lich
203277 | Zig:23   | Killed a dread lich
203277 | Zig:23   | Killed an ancient lich
203277 | Zig:23   | Killed a dread lich
203277 | Zig:23   | Killed an ancient lich
203277 | Zig:23   | Killed an ancient lich
203277 | Zig:23   | Noticed a dread lich
203277 | Zig:23   | Noticed a dread lich
203278 | Zig:23   | Noticed an ancient lich
203279 | Zig:23   | Noticed an ancient lich
203279 | Zig:23   | Noticed an ancient lich
203280 | Zig:23   | Noticed an ancient lich
203280 | Zig:23   | Noticed an ancient lich
203280 | Zig:23   | Noticed a dread lich
203280 | Zig:23   | Noticed an ancient lich
203280 | Zig:23   | Noticed a dread lich
203280 | Zig:23   | Noticed an ancient lich
203280 | Zig:23   | Noticed an ancient lich
203281 | Zig:23   | Noticed an ancient lich
203281 | Zig:23   | Noticed a dread lich
203281 | Zig:23   | Noticed an ancient lich
203283 | Zig:23   | Killed a dread lich
203283 | Zig:23   | Killed an ancient lich
203283 | Zig:23   | Killed an ancient lich
203283 | Zig:23   | Killed an ancient lich
203283 | Zig:23   | Killed a dread lich
203283 | Zig:23   | Killed an ancient lich
203284 | Zig:23   | Killed a dread lich
203284 | Zig:23   | Killed a dread lich
203284 | Zig:23   | Killed an ancient lich
203284 | Zig:23   | Killed an ancient lich
203284 | Zig:23   | Killed an ancient lich
203284 | Zig:23   | Killed an ancient lich
203284 | Zig:23   | Killed an ancient lich
203284 | Zig:23   | Killed a dread lich
203284 | Zig:23   | Killed a dread lich
203284 | Zig:23   | Noticed a dread lich
203284 | Zig:23   | Noticed an ancient lich
203285 | Zig:23   | Killed an ancient lich
203285 | Zig:23   | Killed an ancient lich
203285 | Zig:23   | Killed a dread lich
203285 | Zig:23   | Killed a dread lich
203287 | Zig:23   | Noticed a dread lich
203287 | Zig:23   | Noticed a dread lich
203287 | Zig:23   | Noticed an ancient lich
203287 | Zig:23   | Noticed an ancient lich
203288 | Zig:23   | Noticed a dread lich
203289 | Zig:23   | Killed an ancient lich
203289 | Zig:23   | Killed a dread lich
203289 | Zig:23   | Killed a dread lich
203289 | Zig:23   | Killed a dread lich
203289 | Zig:23   | Killed an ancient lich
203289 | Zig:23   | Noticed an ancient lich
203294 | Zig:23   | Noticed an ancient lich
203294 | Zig:23   | Noticed an ancient lich
203295 | Zig:23   | Killed an ancient lich
203296 | Zig:23   | Noticed an ancient lich
203297 | Zig:23   | Noticed a dread lich
203298 | Zig:23   | Noticed a dread lich
203299 | Zig:23   | Killed an ancient lich
203299 | Zig:23   | Killed an ancient lich
203299 | Zig:23   | Killed an ancient lich
203299 | Zig:23   | Killed a dread lich
203299 | Zig:23   | Noticed an ancient lich
203300 | Zig:23   | Killed a dread lich
203301 | Zig:23   | Killed an ancient lich
203398 | Zig:23   | Identified the +4 plate armour of the Wilderness {Int+4}
203814 | Zig:23   | Identified the +6 shortbow "Wauqi" {venom, rPois rCorr}
203821 | Zig:23   | Identified the +1 ring mail "Ikkoreb" {Dex+7}
203831 | Zig:23   | Identified the +1 leather armour "Joquaseh" {+Inv rC+}
203845 | Zig:24   | Entered Level 24 of a ziggurat
203864 | Zig:24   | Noticed a dread lich
203878 | Zig:24   | Killed a dread lich
204298 | Zig:24   | Identified the +4 scale mail "Ylleexaj" {Stlth+}
204308 | Zig:25   | Entered Level 25 of a ziggurat
204723 | Zig:25   | Identified the +3 leather armour "Uwaepem Ilu" {MP+9}
204736 | Zig:25   | Identified the +8 longbow "Ufeulaorr" {flame, Dex+4}
204741 | Zig:25   | Identified the +6 arbalest of Integrity {penet, rF+}
204745 | Zig:25   | Identified the +3 scythe "Lickasof" {drain, rElec rC+ rN+}
204748 | Zig:25   | Identified the +1 trident "Nejapom" {venom, rPois rF-
                  | Str+2}
204788 | Zig:25   | Identified the ring "Notuf" {rN+ Str+2}
204794 | Zig:25   | Identified the +0 helmet "Simaenua" {Drain rC+++ Int+2}
204837 | Zig:25   | Identified the +1 robe "Wuahao" {rC+ Will+}
204851 | Zig:25   | Identified the +0 cloak "Xaol" {Regen+}
204860 | Zig:25   | Identified the +7 spear "Acsoh" {vorpal, rF+ Int+4}
204870 | Zig:26   | Entered Level 26 of a ziggurat
204921 | Zig:26   | Noticed Ruhaca the pandemonium lord
204930 | Zig:26   | Killed Ruhaca the pandemonium lord
205440 | Zig:26   | Identified the +7 hunting sling of Putsizy {speed, rPois
                  | Str+2 Int+4 Dex+2}
205530 | Zig:26   | Identified the +5 arbalest "Xiulyr Ysio" {freeze, Drain
                  | Int+6 Stlth+}
205539 | Zig:26   | Identified the +5 short sword "Dragonbane" {vorpal, +Blink}
205542 | Zig:26   | Identified the +5 rapier of the Twisting Saviour {distort,
                  | +Blink rN+}
205546 | Zig:26   | Identified the +2 robe of Love and Death {Stlth+}
205554 | Zig:26   | Identified the +0 helmet "Omemnu Akexu" {Harm Regen+
                  | Slay-6}
205564 | Zig:27   | Entered Level 27 of a ziggurat
205575 | Zig:27   | Noticed a juggernaut
205575 | Zig:27   | Noticed a juggernaut
205575 | Zig:27   | Noticed a juggernaut
205575 | Zig:27   | Noticed a juggernaut
205575 | Zig:27   | Noticed a juggernaut
205576 | Zig:27   | Noticed a juggernaut
205576 | Zig:27   | Noticed a juggernaut
205577 | Zig:27   | Noticed a juggernaut
205577 | Zig:27   | Noticed a juggernaut
205577 | Zig:27   | Noticed a juggernaut
205577 | Zig:27   | Noticed a juggernaut
205578 | Zig:27   | Noticed a juggernaut
205578 | Zig:27   | Noticed a juggernaut
205578 | Zig:27   | Noticed a juggernaut
205578 | Zig:27   | Noticed a juggernaut
205579 | Zig:27   | Noticed a juggernaut
205580 | Zig:27   | Noticed a juggernaut
205580 | Zig:27   | Noticed a juggernaut
205580 | Zig:27   | Noticed a juggernaut
205581 | Zig:27   | Noticed a juggernaut
205581 | Zig:27   | Noticed a juggernaut
205581 | Zig:27   | Noticed a juggernaut
205581 | Zig:27   | Noticed a juggernaut
205581 | Zig:27   | Noticed a juggernaut
205581 | Zig:27   | Noticed a juggernaut
205581 | Zig:27   | Noticed a juggernaut
205582 | Zig:27   | Noticed a juggernaut
205582 | Zig:27   | Killed a juggernaut
205582 | Zig:27   | Killed a juggernaut
205582 | Zig:27   | Killed a juggernaut
205582 | Zig:27   | Killed a juggernaut
205582 | Zig:27   | Killed a juggernaut
205582 | Zig:27   | Killed a juggernaut
205582 | Zig:27   | Killed a juggernaut
205582 | Zig:27   | Killed a juggernaut
205582 | Zig:27   | Killed a juggernaut
205582 | Zig:27   | Killed a juggernaut
205582 | Zig:27   | Killed a juggernaut
205582 | Zig:27   | Killed a juggernaut
205582 | Zig:27   | Killed a juggernaut
205582 | Zig:27   | Killed a juggernaut
205582 | Zig:27   | Killed a juggernaut
205582 | Zig:27   | Killed a juggernaut
205582 | Zig:27   | Killed a juggernaut
205582 | Zig:27   | Killed a juggernaut
205582 | Zig:27   | Killed a juggernaut
205582 | Zig:27   | Killed a juggernaut
205582 | Zig:27   | Killed a juggernaut
205582 | Zig:27   | Killed a juggernaut
205582 | Zig:27   | Killed a juggernaut
205582 | Zig:27   | Killed a juggernaut
205582 | Zig:27   | Noticed a juggernaut
205582 | Zig:27   | Noticed a juggernaut
205584 | Zig:27   | Noticed a juggernaut
205584 | Zig:27   | Noticed a juggernaut
205585 | Zig:27   | Noticed a juggernaut
205585 | Zig:27   | Noticed a juggernaut
205585 | Zig:27   | Noticed a juggernaut
205585 | Zig:27   | Noticed a juggernaut
205587 | Zig:27   | Noticed a juggernaut
205587 | Zig:27   | Noticed a juggernaut
205587 | Zig:27   | Noticed a juggernaut
205587 | Zig:27   | Noticed a juggernaut
205587 | Zig:27   | Noticed a juggernaut
205588 | Zig:27   | Noticed a juggernaut
205588 | Zig:27   | Noticed a juggernaut
205588 | Zig:27   | Noticed a juggernaut
205589 | Zig:27   | Noticed a juggernaut
205590 | Zig:27   | Noticed a juggernaut
205590 | Zig:27   | Noticed a juggernaut
205590 | Zig:27   | Killed a juggernaut
205590 | Zig:27   | Killed a juggernaut
205593 | Zig:27   | Killed a juggernaut
205593 | Zig:27   | Killed a juggernaut
205593 | Zig:27   | Killed a juggernaut
205593 | Zig:27   | Killed a juggernaut
205593 | Zig:27   | Killed a juggernaut
205593 | Zig:27   | Killed a juggernaut
205594 | Zig:27   | Killed a juggernaut
205594 | Zig:27   | Killed a juggernaut
205595 | Zig:27   | Killed a juggernaut
205595 | Zig:27   | Killed a juggernaut
205595 | Zig:27   | Killed a juggernaut
205595 | Zig:27   | Killed a juggernaut
205595 | Zig:27   | Killed a juggernaut
205595 | Zig:27   | Killed a juggernaut
205595 | Zig:27   | Killed a juggernaut
205596 | Zig:27   | Killed a juggernaut
205596 | Zig:27   | Killed a juggernaut
205596 | Zig:27   | Noticed a juggernaut
205596 | Zig:27   | Noticed a juggernaut
205597 | Zig:27   | Killed a juggernaut
205597 | Zig:27   | Killed a juggernaut
205597 | Zig:27   | Noticed a juggernaut
205598 | Zig:27   | Noticed a juggernaut
205598 | Zig:27   | Noticed a juggernaut
205600 | Zig:27   | Noticed a juggernaut
205601 | Zig:27   | Noticed a juggernaut
205602 | Zig:27   | Noticed a juggernaut
205602 | Zig:27   | Noticed a juggernaut
205602 | Zig:27   | Noticed a juggernaut
205603 | Zig:27   | Noticed a juggernaut
205603 | Zig:27   | Killed a juggernaut
205604 | Zig:27   | Noticed a juggernaut
205604 | Zig:27   | Killed a juggernaut
205605 | Zig:27   | Killed a juggernaut
205605 | Zig:27   | Killed a juggernaut
205605 | Zig:27   | Killed a juggernaut
205606 | Zig:27   | Noticed a juggernaut
205606 | Zig:27   | Noticed a juggernaut
205606 | Zig:27   | Noticed a juggernaut
205606 | Zig:27   | Killed a juggernaut
205607 | Zig:27   | Noticed a juggernaut
205607 | Zig:27   | Killed a juggernaut
205607 | Zig:27   | Killed a juggernaut
205607 | Zig:27   | Killed a juggernaut
205607 | Zig:27   | Killed a juggernaut
205607 | Zig:27   | Noticed a juggernaut
205608 | Zig:27   | Killed a juggernaut
205608 | Zig:27   | Killed a juggernaut
205608 | Zig:27   | Killed a juggernaut
205608 | Zig:27   | Killed a juggernaut
205608 | Zig:27   | Killed a juggernaut
205608 | Zig:27   | Killed a juggernaut
205608 | Zig:27   | Noticed a juggernaut
205609 | Zig:27   | Killed a juggernaut
205609 | Zig:27   | Noticed a juggernaut
205609 | Zig:27   | Noticed a juggernaut
205609 | Zig:27   | Noticed a juggernaut
205610 | Zig:27   | Killed a juggernaut
205611 | Zig:27   | Noticed a juggernaut
205611 | Zig:27   | Noticed a juggernaut
205614 | Zig:27   | Killed a juggernaut
205616 | Zig:27   | Killed a juggernaut
205616 | Zig:27   | Killed a juggernaut
205616 | Zig:27   | Killed a juggernaut
205617 | Zig:27   | Killed a juggernaut
205623 | Zig:27   | Killed a juggernaut
205629 | Zig:27   | Killed a juggernaut
205748 | Zig:27   | Identified the +2 ring mail "Qaonid" {Will+ Regen+}
205770 | Zig:27   | Identified the +7 trident of Distant Shores {holy, rPois
                  | rC+ Will- Int+4}
205783 | Zig:27   | Identified the +2 helmet "Qostoff" {rC- rN+ Regen+}
206352 | Zig:27   | Identified the ring of Leckyreh {Contam rElec rC+ rCorr
                  | Int+3}
206355 | Zig:27   | Identified the +1 long sword "Bybokejo" {freeze, rElec}
206369 | Zig:27   | Identified the +11 hand axe of the Realm of Zot {flame,
                  | Str+6}
206491 | Zig:1    | Entered Level 1 of a ziggurat
206491 | Zig:1    | Noticed Rajyptax the pandemonium lord
206494 | Zig:1    | Killed Rajyptax the pandemonium lord
206548 | Zig:2    | Entered Level 2 of a ziggurat
206548 | Zig:2    | Noticed a dread lich
206548 | Zig:2    | Noticed an ancient lich
206550 | Zig:2    | Killed an ancient lich
206550 | Zig:2    | Killed a dread lich
206633 | Zig:3    | Entered Level 3 of a ziggurat
206680 | Zig:3    | Identified the ring "Vausha" {rCorr Int+6}
206696 | Zig:3    | Identified the ring of Equilibrium {Fly rN+}
206755 | Zig:4    | Entered Level 4 of a ziggurat
206755 | Zig:4    | Noticed a juggernaut
206755 | Zig:4    | Noticed a juggernaut
206755 | Zig:4    | Noticed a juggernaut
206755 | Zig:4    | Noticed a juggernaut
206755 | Zig:4    | Noticed a juggernaut
206757 | Zig:4    | Killed a juggernaut
206757 | Zig:4    | Killed a juggernaut
206757 | Zig:4    | Killed a juggernaut
206757 | Zig:4    | Killed a juggernaut
206758 | Zig:4    | Killed a juggernaut
206827 | Zig:4    | Identified the +8 plate armour of Darkness {Str+2 Dex+4}
206833 | Zig:4    | Identified the +7 fustibalus of Desperation {vorpal, rN+}
206881 | Zig:5    | Entered Level 5 of a ziggurat
206918 | Zig:5    | Identified the amulet of Neurosis {RegenMP Will+}
206937 | Zig:5    | Identified the +3 hand crossbow "Dairi" {venom, Fly rPois
                  | rN+ Dex+4}
207072 | Zig:6    | Entered Level 6 of a ziggurat
207072 | Zig:6    | Noticed a royal mummy
207072 | Zig:6    | Noticed a royal mummy
207072 | Zig:6    | Noticed a royal mummy
207072 | Zig:6    | Noticed a royal mummy
207072 | Zig:6    | Noticed a royal mummy
207072 | Zig:6    | Noticed a royal mummy
207072 | Zig:6    | Noticed a royal mummy
207072 | Zig:6    | Noticed a royal mummy
207072 | Zig:6    | Noticed a royal mummy
207072 | Zig:6    | Noticed a royal mummy
207072 | Zig:6    | Noticed a royal mummy
207072 | Zig:6    | Noticed a royal mummy
207072 | Zig:6    | Noticed a royal mummy
207074 | Zig:6    | Killed a royal mummy
207074 | Zig:6    | Killed a royal mummy
207074 | Zig:6    | Killed a royal mummy
207074 | Zig:6    | Killed a royal mummy
207074 | Zig:6    | Killed a royal mummy
207074 | Zig:6    | Killed a royal mummy
207074 | Zig:6    | Killed a royal mummy
207074 | Zig:6    | Killed a royal mummy
207075 | Zig:6    | Killed a royal mummy
207075 | Zig:6    | Killed a royal mummy
207075 | Zig:6    | Killed a royal mummy
207075 | Zig:6    | Killed a royal mummy
207075 | Zig:6    | Killed a royal mummy
207317 | Zig:7    | Entered Level 7 of a ziggurat
207380 | Zig:7    | Identified the +2 hand axe of Destiny {holy, rF+}
207642 | Zig:8    | Entered Level 8 of a ziggurat
207642 | Zig:8    | Noticed an ancient lich
207642 | Zig:8    | Noticed a dread lich
207645 | Zig:8    | Noticed a dread lich
207645 | Zig:8    | Noticed an ancient lich
207646 | Zig:8    | Killed a dread lich
207646 | Zig:8    | Killed a dread lich
207647 | Zig:8    | Killed an ancient lich
207647 | Zig:8    | Killed an ancient lich
207792 | Zig:8    | Identified the +3 rapier "Jexases" {vorpal, rF- Int+5
                  | Stlth+}
207794 | Zig:8    | Identified the +4 hand axe "Buetsiri" {vorpal, Int+2 SInv}
207875 | Zig:8    | Identified the +8 dagger of Doom {pain, rPois Will+ Str+4}
207948 | Zig:9    | Entered Level 9 of a ziggurat
207948 | Zig:9    | Identified the +8 tower shield of Tenacity {+Inv Dex+4}
208259 | Zig:10   | Entered Level 10 of a ziggurat
208259 | Zig:10   | Noticed swap's ghost (legendary DEFE)
208259 | Zig:10   | Noticed reasonance's ghost (legendary HOMo)
208259 | Zig:10   | Noticed Unuchuin's ghost (legendary GnFi)
208259 | Zig:10   | Noticed Oreexun's ghost (legendary DECj)
208259 | Zig:10   | Noticed Gucom's ghost (veteran GnFi)
208259 | Zig:10   | Noticed Nenig's ghost (legendary GnFi)
208259 | Zig:10   | Noticed Kufiz's ghost (master GrCK)
208261 | Zig:10   | Noticed Kalug's ghost (legendary DrFi)
208261 | Zig:10   | Noticed Hewasun's ghost (legendary MiBe)
208261 | Zig:10   | Noticed Hewasun's ghost (legendary MiBe)
208262 | Zig:10   | Killed Nenig's ghost
208262 | Zig:10   | Killed reasonance's ghost
208262 | Zig:10   | Killed Gucom's ghost
208262 | Zig:10   | Killed swap's ghost
208262 | Zig:10   | Noticed Qupubruts's ghost (master HOFi)
208263 | Zig:10   | Killed Oreexun's ghost
208264 | Zig:10   | Killed Kufiz's ghost
208264 | Zig:10   | Noticed Xiwu's ghost (legendary MiFi)
208264 | Zig:10   | Noticed corvin's ghost (legendary OgWn)
208264 | Zig:10   | Noticed Piginabag's ghost (legendary DsSk)
208264 | Zig:10   | Noticed Motirgh's ghost (legendary DgWz)
208264 | Zig:10   | Noticed Zonian's ghost (legendary HOFi)
208265 | Zig:10   | Killed Hewasun's ghost
208265 | Zig:10   | Killed Kalug's ghost
208265 | Zig:10   | Noticed meatyocre's ghost (veteran TrFi)
208267 | Zig:10   | Killed Unuchuin's ghost
208267 | Zig:10   | Killed Hewasun's ghost
208267 | Zig:10   | Killed Xiwu's ghost
208269 | Zig:10   | Killed Motirgh's ghost
208270 | Zig:10   | Killed meatyocre's ghost
208270 | Zig:10   | Killed Qupubruts's ghost
208270 | Zig:10   | Noticed Anafel's ghost (legendary GrFi)
208270 | Zig:10   | Noticed Xuqyot's ghost (legendary DsFi)
208271 | Zig:10   | Killed Piginabag's ghost
208271 | Zig:10   | Killed Zonian's ghost
208272 | Zig:10   | Noticed Evehuixoju's ghost (legendary VSFi)
208273 | Zig:10   | Killed Anafel's ghost
208273 | Zig:10   | Killed corvin's ghost
208273 | Zig:10   | Noticed TuffENuff's ghost (legendary FoFi)
208273 | Zig:10   | Noticed Giojuova's ghost (legendary GnBe)
208273 | Zig:10   | Noticed Ycuhohed's ghost (veteran TeBe)
208274 | Zig:10   | Noticed Dameikh's ghost (veteran FoFi)
208274 | Zig:10   | Killed Xuqyot's ghost
208275 | Zig:10   | Noticed WeeknightWizard's ghost (veteran DEFE)
208275 | Zig:10   | Noticed thechecker02's ghost (legendary DDFi)
208276 | Zig:10   | Noticed Piginabag's ghost (veteran GnMo)
208276 | Zig:10   | Noticed lukano's ghost (legendary GrFi)
208276 | Zig:10   | Killed Giojuova's ghost
208276 | Zig:10   | Noticed Xatwola's ghost (legendary DDFi)
208276 | Zig:10   | Noticed Sext's ghost (legendary MiFi)
208277 | Zig:10   | Killed Evehuixoju's ghost
208277 | Zig:10   | Killed thechecker02's ghost
208277 | Zig:10   | Killed Dameikh's ghost
208277 | Zig:10   | Noticed Pusocauss's ghost (legendary VSBe)
208279 | Zig:10   | Noticed Fouwomub's ghost (legendary FoEE)
208279 | Zig:10   | Noticed Kalug's ghost (legendary DrFi)
208280 | Zig:10   | Killed Ycuhohed's ghost
208282 | Zig:10   | Killed TuffENuff's ghost
208282 | Zig:10   | Killed WeeknightWizard's ghost
208282 | Zig:10   | Killed lukano's ghost
208283 | Zig:10   | Killed Xatwola's ghost
208283 | Zig:10   | Killed Pusocauss's ghost
208283 | Zig:10   | Killed Piginabag's ghost
208284 | Zig:10   | Killed Fouwomub's ghost
208284 | Zig:10   | Noticed andrewp's ghost (veteran MiBe)
208285 | Zig:10   | Killed Sext's ghost
208285 | Zig:10   | Noticed grandjackal's ghost (legendary DsGl)
208286 | Zig:10   | Killed Kalug's ghost
208287 | Zig:10   | Noticed Hewasun's ghost (legendary MiBe)
208288 | Zig:10   | Noticed Anafel's ghost (legendary GrFi)
208288 | Zig:10   | Noticed Walil's ghost (veteran MiMo)
208288 | Zig:10   | Noticed sleeves's ghost (legendary DsFi)
208288 | Zig:10   | Noticed sleeves's ghost (legendary HuSk)
208289 | Zig:10   | Noticed heteroy's ghost (legendary DsHu)
208289 | Zig:10   | Noticed Fugi's ghost (legendary FoFi)
208290 | Zig:10   | Killed grandjackal's ghost
208290 | Zig:10   | Killed andrewp's ghost
208290 | Zig:10   | Noticed thechecker02's ghost (master DDFi)
208291 | Zig:10   | Killed sleeves's ghost
208291 | Zig:10   | Killed Hewasun's ghost
208291 | Zig:10   | Killed Fugi's ghost
208291 | Zig:10   | Killed Walil's ghost
208291 | Zig:10   | Noticed Pikuto's ghost (adept MiBe)
208292 | Zig:10   | Killed heteroy's ghost
208293 | Zig:10   | Killed sleeves's ghost
208293 | Zig:10   | Killed Pikuto's ghost
208293 | Zig:10   | Killed Anafel's ghost
208293 | Zig:10   | Noticed astronautguy's ghost (master DEFE)
208294 | Zig:10   | Noticed Alysiarr's ghost (legendary KoHu)
208294 | Zig:10   | Noticed Barug's ghost (adept TrMo)
208295 | Zig:10   | Killed thechecker02's ghost
208296 | Zig:10   | Killed astronautguy's ghost
208296 | Zig:10   | Noticed Zachydoop's ghost (veteran MiMo)
208297 | Zig:10   | Noticed deprived's ghost (legendary HOFi)
208297 | Zig:10   | Noticed Ecsetopt's ghost (legendary BaWn)
208298 | Zig:10   | Noticed melllvar's ghost (legendary MiBe)
208299 | Zig:10   | Killed Alysiarr's ghost
208299 | Zig:10   | Killed Barug's ghost
208300 | Zig:10   | Killed Ecsetopt's ghost
208300 | Zig:10   | Killed melllvar's ghost
208301 | Zig:10   | Killed Zachydoop's ghost
208302 | Zig:10   | Killed deprived's ghost
208483 | Zig:10   | Identified the ring "Kongaz" {rN+ Int+4}
208490 | Zig:10   | Identified the +5 flail of Visaicwu {vorpal, rF+ Str+4}
208499 | Zig:10   | Identified the +9 falchion "Tijativ" {holy, Int+4}
208500 | Zig:10   | Identified the +3 dire flail "Quruweit" {drain, Dex+5}
208508 | Zig:10   | Acquired 672 gold pieces
208510 | Zig:10   | Acquired 848 gold pieces
208519 | Zig:11   | Entered Level 11 of a ziggurat
208570 | Zig:11   | Identified the ring "Ycicenum" {Fly Str+2 Int+6 Slay+5}
208882 | Zig:11   | Identified the +7 hand axe of Prudence {vorpal, Fly rN++}
208915 | Zig:12   | Entered Level 12 of a ziggurat
209236 | Zig:12   | Identified the +4 morningstar "Geyboad" {vorpal, Int+5}
209246 | Zig:12   | Identified the +9 morningstar "Lurey" {vorpal, rF++}
209256 | Zig:12   | Identified the +10 hunting sling "Jaocui" {vorpal, rPois}
209277 | Zig:12   | Identified the +9 whip of Eternal Vigilance {antimagic,
                  | rElec rPois Will- Str-2}
209331 | Zig:12   | Identified the +6 arbalest "Asilue" {penet, Int+5 Dex+2}
209368 | Zig:13   | Entered Level 13 of a ziggurat
209368 | Zig:13   | Noticed an ancient lich
209369 | Zig:13   | Noticed a dread lich
209370 | Zig:13   | Noticed an ancient lich
209370 | Zig:13   | Noticed an ancient lich
209370 | Zig:13   | Noticed a dread lich
209370 | Zig:13   | Noticed an ancient lich
209371 | Zig:13   | Noticed a dread lich
209371 | Zig:13   | Noticed an ancient lich
209371 | Zig:13   | Noticed an ancient lich
209372 | Zig:13   | Noticed an ancient lich
209372 | Zig:13   | Noticed an ancient lich
209373 | Zig:13   | Noticed an ancient lich
209373 | Zig:13   | Noticed an ancient lich
209373 | Zig:13   | Noticed a dread lich
209374 | Zig:13   | Noticed an ancient lich
209374 | Zig:13   | Noticed a dread lich
209374 | Zig:13   | Noticed an ancient lich
209374 | Zig:13   | Noticed a dread lich
209374 | Zig:13   | Noticed an ancient lich
209374 | Zig:13   | Noticed a dread lich
209374 | Zig:13   | Noticed an ancient lich
209374 | Zig:13   | Noticed a dread lich
209374 | Zig:13   | Noticed a dread lich
209374 | Zig:13   | Noticed an ancient lich
209374 | Zig:13   | Noticed an ancient lich
209374 | Zig:13   | Noticed an ancient lich
209374 | Zig:13   | Noticed a dread lich
209374 | Zig:13   | Noticed an ancient lich
209374 | Zig:13   | Noticed a dread lich
209374 | Zig:13   | Noticed a dread lich
209374 | Zig:13   | Noticed an ancient lich
209374 | Zig:13   | Noticed an ancient lich
209374 | Zig:13   | Noticed an ancient lich
209374 | Zig:13   | Noticed an ancient lich
209374 | Zig:13   | Noticed a dread lich
209374 | Zig:13   | Noticed a dread lich
209375 | Zig:13   | Killed a dread lich
209375 | Zig:13   | Killed a dread lich
209375 | Zig:13   | Killed a dread lich
209375 | Zig:13   | Killed a dread lich
209375 | Zig:13   | Killed an ancient lich
209375 | Zig:13   | Killed a dread lich
209375 | Zig:13   | Killed a dread lich
209375 | Zig:13   | Killed an ancient lich
209375 | Zig:13   | Killed a dread lich
209375 | Zig:13   | Killed an ancient lich
209375 | Zig:13   | Killed an ancient lich
209375 | Zig:13   | Killed an ancient lich
209375 | Zig:13   | Killed a dread lich
209375 | Zig:13   | Killed an ancient lich
209375 | Zig:13   | Killed a dread lich
209375 | Zig:13   | Killed an ancient lich
209375 | Zig:13   | Killed an ancient lich
209375 | Zig:13   | Killed an ancient lich
209376 | Zig:13   | Killed a dread lich
209376 | Zig:13   | Killed an ancient lich
209376 | Zig:13   | Killed a dread lich
209376 | Zig:13   | Killed an ancient lich
209376 | Zig:13   | Killed an ancient lich
209376 | Zig:13   | Killed an ancient lich
209376 | Zig:13   | Killed an ancient lich
209376 | Zig:13   | Killed an ancient lich
209376 | Zig:13   | Killed an ancient lich
209376 | Zig:13   | Killed an ancient lich
209376 | Zig:13   | Killed an ancient lich
209376 | Zig:13   | Killed an ancient lich
209376 | Zig:13   | Killed a dread lich
209376 | Zig:13   | Killed an ancient lich
209376 | Zig:13   | Killed a dread lich
209376 | Zig:13   | Killed a dread lich
209376 | Zig:13   | Killed an ancient lich
209376 | Zig:13   | Killed an ancient lich
209376 | Zig:13   | Noticed an ancient lich
209376 | Zig:13   | Noticed an ancient lich
209379 | Zig:13   | Noticed a dread lich
209379 | Zig:13   | Killed an ancient lich
209379 | Zig:13   | Killed an ancient lich
209381 | Zig:13   | Killed a dread lich
209460 | Zig:13   | Identified the +3 hand axe "Ilutoub" {elec, Will- rCorr
                  | Str+4 Dex+4}
209468 | Zig:13   | Identified the ring of Ephemeral Luck {rC+ rN+}
209493 | Zig:13   | Identified the +1 leather armour "Unih" {rC+ Regen+ Str-4}
209511 | Zig:13   | Identified the +6 glaive of the Leaping Mosquito {drain,
                  | rF- Will+ Str+2 Dex+4}
209787 | Zig:13   | Acquired 866 gold pieces
209788 | Zig:13   | Acquired 504 gold pieces
209796 | Zig:14   | Entered Level 14 of a ziggurat
209797 | Zig:14   | Noticed Iblui the pandemonium lord
209798 | Zig:14   | Noticed Zocus the pandemonium lord
209798 | Zig:14   | Noticed Lahaumub the pandemonium lord
209798 | Zig:14   | Noticed Tuduxy Fah the pandemonium lord
209798 | Zig:14   | Noticed Bithrioca the pandemonium lord
209798 | Zig:14   | Noticed Ketimpen the pandemonium lord
209799 | Zig:14   | Noticed Atreoziyfo the pandemonium lord
209799 | Zig:14   | Noticed Gokups the pandemonium lord
209799 | Zig:14   | Noticed Cylaca Ycle the pandemonium lord
209800 | Zig:14   | Noticed Lim Fato the pandemonium lord
209800 | Zig:14   | Noticed Joifapey the pandemonium lord
209801 | Zig:14   | Killed Tuduxy Fah the pandemonium lord
209801 | Zig:14   | Killed Cylaca Ycle the pandemonium lord
209801 | Zig:14   | Noticed Cuniry the pandemonium lord
209802 | Zig:14   | Noticed Hapuown the pandemonium lord
209802 | Zig:14   | Killed Zocus the pandemonium lord
209802 | Zig:14   | Noticed Ciwupa the pandemonium lord
209802 | Zig:14   | Noticed Nelax the pandemonium lord
209802 | Zig:14   | Noticed Kitwis the pandemonium lord
209802 | Zig:14   | Noticed Heisk the pandemonium lord
209803 | Zig:14   | Killed Iblui the pandemonium lord
209803 | Zig:14   | Noticed Archeshoug the pandemonium lord
209804 | Zig:14   | Killed Gokups the pandemonium lord
209804 | Zig:14   | Killed Lahaumub the pandemonium lord
209804 | Zig:14   | Killed Lim Fato the pandemonium lord
209804 | Zig:14   | Noticed Illah the pandemonium lord
209805 | Zig:14   | Killed Hapuown the pandemonium lord
209805 | Zig:14   | Killed Ketimpen the pandemonium lord
209805 | Zig:14   | Killed Ciwupa the pandemonium lord
209805 | Zig:14   | Killed Kitwis the pandemonium lord
209805 | Zig:14   | Killed Joifapey the pandemonium lord
209805 | Zig:14   | Killed Cuniry the pandemonium lord
209805 | Zig:14   | Noticed Qobi Labu the pandemonium lord
209805 | Zig:14   | Noticed Ozigemyi the pandemonium lord
209805 | Zig:14   | Noticed Ifuvuk the pandemonium lord
209805 | Zig:14   | Noticed Tugel the pandemonium lord
209806 | Zig:14   | Noticed Xemil the pandemonium lord
209806 | Zig:14   | Noticed Getub the pandemonium lord
209806 | Zig:14   | Noticed Muagg the pandemonium lord
209806 | Zig:14   | Noticed Zeifaock the pandemonium lord
209806 | Zig:14   | Noticed Leopopaa the pandemonium lord
209806 | Zig:14   | Noticed Feputt the pandemonium lord
209806 | Zig:14   | Noticed Nuarol the pandemonium lord
209806 | Zig:14   | Killed Bithrioca the pandemonium lord
209806 | Zig:14   | Killed Atreoziyfo the pandemonium lord
209806 | Zig:14   | Killed Illah the pandemonium lord
209806 | Zig:14   | Noticed Uxani the pandemonium lord
209806 | Zig:14   | Noticed Fuid the pandemonium lord
209806 | Zig:14   | Noticed Daixkela the pandemonium lord
209807 | Zig:14   | Noticed Nanot the pandemonium lord
209807 | Zig:14   | Killed Xemil the pandemonium lord
209807 | Zig:14   | Killed Heisk the pandemonium lord
209807 | Zig:14   | Killed Ifuvuk the pandemonium lord
209807 | Zig:14   | Noticed Paotoif the pandemonium lord
209807 | Zig:14   | Noticed Quthi the pandemonium lord
209808 | Zig:14   | Killed Muagg the pandemonium lord
209808 | Zig:14   | Noticed Limuh the pandemonium lord
209808 | Zig:14   | Noticed Joif the pandemonium lord
209809 | Zig:14   | Noticed Ror Lez the pandemonium lord
209809 | Zig:14   | Killed Joif the pandemonium lord
209809 | Zig:14   | Killed Ozigemyi the pandemonium lord
209809 | Zig:14   | Noticed Faojecij the pandemonium lord
209810 | Zig:14   | Noticed Xieptawai the pandemonium lord
209810 | Zig:14   | Killed Nanot the pandemonium lord
209810 | Zig:14   | Killed Nelax the pandemonium lord
209810 | Zig:14   | Killed Ror Lez the pandemonium lord
209810 | Zig:14   | Killed Feputt the pandemonium lord
209810 | Zig:14   | Noticed Woivez the pandemonium lord
209810 | Zig:14   | Noticed Ipne the pandemonium lord
209810 | Zig:14   | Noticed Herhethic the pandemonium lord
209811 | Zig:14   | Killed Limuh the pandemonium lord
209811 | Zig:14   | Noticed Coumosho the pandemonium lord
209811 | Zig:14   | Noticed Dauthywk the pandemonium lord
209812 | Zig:14   | Killed Getub the pandemonium lord
209812 | Zig:14   | Killed Fuid the pandemonium lord
209812 | Zig:14   | Killed Paotoif the pandemonium lord
209812 | Zig:14   | Killed Daixkela the pandemonium lord
209812 | Zig:14   | Killed Qobi Labu the pandemonium lord
209812 | Zig:14   | Killed Tugel the pandemonium lord
209812 | Zig:14   | Noticed Voanguef the pandemonium lord
209813 | Zig:14   | Killed Nuarol the pandemonium lord
209813 | Zig:14   | Killed Coumosho the pandemonium lord
209813 | Zig:14   | Killed Voanguef the pandemonium lord
209813 | Zig:14   | Noticed Cedit the pandemonium lord
209813 | Zig:14   | Noticed Mozush the pandemonium lord
209813 | Zig:14   | Noticed Ikeugal the pandemonium lord
209813 | Zig:14   | Noticed Iruont the pandemonium lord
209813 | Zig:14   | Noticed Bopn the pandemonium lord
209814 | Zig:14   | Killed Quthi the pandemonium lord
209814 | Zig:14   | Killed Faojecij the pandemonium lord
209814 | Zig:14   | Noticed Joipli Cyps the pandemonium lord
209814 | Zig:14   | Noticed Womaotho the pandemonium lord
209815 | Zig:14   | Killed Iruont the pandemonium lord
209815 | Zig:14   | Killed Ipne the pandemonium lord
209815 | Zig:14   | Killed Ikeugal the pandemonium lord
209815 | Zig:14   | Noticed Nas Mosh the pandemonium lord
209815 | Zig:14   | Killed Uxani the pandemonium lord
209815 | Zig:14   | Killed Zeifaock the pandemonium lord
209815 | Zig:14   | Noticed Fucweu the pandemonium lord
209816 | Zig:14   | Killed Woivez the pandemonium lord
209816 | Zig:14   | Killed Archeshoug the pandemonium lord
209816 | Zig:14   | Killed Cedit the pandemonium lord
209816 | Zig:14   | Killed Mozush the pandemonium lord
209816 | Zig:14   | Noticed Naeteic the pandemonium lord
209816 | Zig:14   | Noticed Metilos the pandemonium lord
209817 | Zig:14   | Killed Bopn the pandemonium lord
209817 | Zig:14   | Noticed Ovyomint the pandemonium lord
209817 | Zig:14   | Noticed Ringyhij the pandemonium lord
209818 | Zig:14   | Noticed Saluris the pandemonium lord
209818 | Zig:14   | Noticed Yleijof the pandemonium lord
209819 | Zig:14   | Killed Saluris the pandemonium lord
209819 | Zig:14   | Noticed Ylest the pandemonium lord
209820 | Zig:14   | Killed Herhethic the pandemonium lord
209820 | Zig:14   | Killed Dauthywk the pandemonium lord
209820 | Zig:14   | Killed Fucweu the pandemonium lord
209820 | Zig:14   | Killed Nas Mosh the pandemonium lord
209820 | Zig:14   | Noticed Xomyvo the pandemonium lord
209821 | Zig:14   | Killed Xieptawai the pandemonium lord
209821 | Zig:14   | Killed Leopopaa the pandemonium lord
209821 | Zig:14   | Killed Ovyomint the pandemonium lord
209821 | Zig:14   | Killed Ringyhij the pandemonium lord
209821 | Zig:14   | Noticed Leustrax the pandemonium lord
209822 | Zig:14   | Killed Naeteic the pandemonium lord
209822 | Zig:14   | Killed Metilos the pandemonium lord
209822 | Zig:14   | Killed Xomyvo the pandemonium lord
209822 | Zig:14   | Killed Joipli Cyps the pandemonium lord
209822 | Zig:14   | Noticed Epseutuv the pandemonium lord
209822 | Zig:14   | Noticed Ceniji the pandemonium lord
209823 | Zig:14   | Killed Womaotho the pandemonium lord
209823 | Zig:14   | Killed Yleijof the pandemonium lord
209824 | Zig:14   | Killed Ylest the pandemonium lord
209824 | Zig:14   | Noticed Lotim the pandemonium lord
209825 | Zig:14   | Noticed Xykaz the pandemonium lord
209826 | Zig:14   | Killed Leustrax the pandemonium lord
209826 | Zig:14   | Noticed Ugauvvyi the pandemonium lord
209827 | Zig:14   | Noticed Hofoes the pandemonium lord
209827 | Zig:14   | Killed Epseutuv the pandemonium lord
209828 | Zig:14   | Killed Ceniji the pandemonium lord
209828 | Zig:14   | Killed Hofoes the pandemonium lord
209828 | Zig:14   | Killed Lotim the pandemonium lord
209829 | Zig:14   | Killed Ugauvvyi the pandemonium lord
209829 | Zig:14   | Noticed Xadd the pandemonium lord
209830 | Zig:14   | Killed Xykaz the pandemonium lord
209830 | Zig:14   | Noticed Mudwaump the pandemonium lord
209830 | Zig:14   | Noticed Wecadeid the pandemonium lord
209832 | Zig:14   | Killed Wecadeid the pandemonium lord
209832 | Zig:14   | Noticed Zapluby the pandemonium lord
209833 | Zig:14   | Killed Xadd the pandemonium lord
209833 | Zig:14   | Killed Mudwaump the pandemonium lord
209834 | Zig:14   | Noticed Upinomyl the pandemonium lord
209834 | Zig:14   | Noticed Daits the pandemonium lord
209834 | Zig:14   | Noticed Remy the pandemonium lord
209834 | Zig:14   | Noticed Esovob the pandemonium lord
209836 | Zig:14   | Killed Zapluby the pandemonium lord
209836 | Zig:14   | Killed Remy the pandemonium lord
209836 | Zig:14   | Noticed Ninita Wiso the pandemonium lord
209837 | Zig:14   | Killed Daits the pandemonium lord
209838 | Zig:14   | Killed Upinomyl the pandemonium lord
209838 | Zig:14   | Killed Esovob the pandemonium lord
209838 | Zig:14   | Killed Ninita Wiso the pandemonium lord
209838 | Zig:14   | Noticed Maycakea the pandemonium lord
209839 | Zig:14   | Noticed Maziy the pandemonium lord
209839 | Zig:14   | Noticed Sihoc the pandemonium lord
209840 | Zig:14   | Noticed Bojofri the pandemonium lord
209841 | Zig:14   | Killed Maycakea the pandemonium lord
209841 | Zig:14   | Noticed Eppox the pandemonium lord
209842 | Zig:14   | Killed Bojofri the pandemonium lord
209843 | Zig:14   | Killed Eppox the pandemonium lord
209843 | Zig:14   | Killed Maziy the pandemonium lord
209846 | Zig:14   | Killed Sihoc the pandemonium lord
209847 | Zig:14   | Noticed Orig the pandemonium lord
209847 | Zig:14   | Noticed Jior the pandemonium lord
209847 | Zig:14   | Noticed Ungoen the pandemonium lord
209848 | Zig:14   | Killed Jior the pandemonium lord
209849 | Zig:14   | Killed Ungoen the pandemonium lord
209850 | Zig:14   | Killed Orig the pandemonium lord
210055 | Zig:14   | Identified the ring of Lulub {EV+4 Str+4}
210123 | Zig:14   | Identified the +5 ring mail of the Curious Servitors {rN+}
210131 | Zig:15   | Entered Level 15 of a ziggurat
210131 | Zig:15   | Noticed Otolig the pandemonium lord
210132 | Zig:15   | Noticed Nemmeg the pandemonium lord
210132 | Zig:15   | Noticed Saob the pandemonium lord
210132 | Zig:15   | Noticed Qyuthos the pandemonium lord
210132 | Zig:15   | Noticed Siwece the pandemonium lord
210132 | Zig:15   | Noticed Cotreos the pandemonium lord
210132 | Zig:15   | Noticed Jiesch the pandemonium lord
210132 | Zig:15   | Noticed Dihaakh the pandemonium lord
210133 | Zig:15   | Noticed Orphaliy the pandemonium lord
210133 | Zig:15   | Noticed Xoischig the pandemonium lord
210134 | Zig:15   | Noticed Qemer the pandemonium lord
210134 | Zig:15   | Noticed Odez Leico the pandemonium lord
210134 | Zig:15   | Noticed Sinum the pandemonium lord
210135 | Zig:15   | Killed Jiesch the pandemonium lord
210135 | Zig:15   | Killed Siwece the pandemonium lord
210135 | Zig:15   | Killed Cotreos the pandemonium lord
210135 | Zig:15   | Killed Qyuthos the pandemonium lord
210135 | Zig:15   | Noticed Haopey Hixto the pandemonium lord
210135 | Zig:15   | Noticed Tugrasax the pandemonium lord
210135 | Zig:15   | Noticed Fupetus the pandemonium lord
210136 | Zig:15   | Noticed Caylolota the pandemonium lord
210136 | Zig:15   | Killed Nemmeg the pandemonium lord
210136 | Zig:15   | Killed Xoischig the pandemonium lord
210136 | Zig:15   | Noticed Wedwyrryqi the pandemonium lord
210136 | Zig:15   | Noticed Huix the pandemonium lord
210136 | Zig:15   | Noticed Dicaoch the pandemonium lord
210137 | Zig:15   | Killed Sinum the pandemonium lord
210137 | Zig:15   | Noticed Maisyfal the pandemonium lord
210137 | Zig:15   | Killed Otolig the pandemonium lord
210138 | Zig:15   | Killed Wedwyrryqi the pandemonium lord
210138 | Zig:15   | Killed Orphaliy the pandemonium lord
210138 | Zig:15   | Killed Tugrasax the pandemonium lord
210138 | Zig:15   | Noticed Niukoq the pandemonium lord
210139 | Zig:15   | Killed Qemer the pandemonium lord
210139 | Zig:15   | Noticed Nuraowaar the pandemonium lord
210139 | Zig:15   | Noticed Bibest the pandemonium lord
210139 | Zig:15   | Noticed Quaskuh the pandemonium lord
210140 | Zig:15   | Killed Dicaoch the pandemonium lord
210140 | Zig:15   | Noticed Uxkoc the pandemonium lord
210140 | Zig:15   | Noticed Faigoc the pandemonium lord
210141 | Zig:15   | Noticed Getu the pandemonium lord
210142 | Zig:15   | Noticed Bodied the pandemonium lord
210142 | Zig:15   | Killed Dihaakh the pandemonium lord
210142 | Zig:15   | Killed Huix the pandemonium lord
210143 | Zig:15   | Noticed Ahoim the pandemonium lord
210143 | Zig:15   | Killed Quaskuh the pandemonium lord
210143 | Zig:15   | Killed Bibest the pandemonium lord
210143 | Zig:15   | Killed Bodied the pandemonium lord
210143 | Zig:15   | Noticed Urghowai the pandemonium lord
210143 | Zig:15   | Noticed Kudimi the pandemonium lord
210143 | Zig:15   | Noticed Julofafa the pandemonium lord
210144 | Zig:15   | Killed Haopey Hixto the pandemonium lord
210144 | Zig:15   | Killed Maisyfal the pandemonium lord
210144 | Zig:15   | Killed Faigoc the pandemonium lord
210144 | Zig:15   | Killed Fupetus the pandemonium lord
210144 | Zig:15   | Killed Ahoim the pandemonium lord
210144 | Zig:15   | Killed Caylolota the pandemonium lord
210144 | Zig:15   | Noticed Feggad the pandemonium lord
210145 | Zig:15   | Killed Odez Leico the pandemonium lord
210145 | Zig:15   | Killed Saob the pandemonium lord
210145 | Zig:15   | Killed Getu the pandemonium lord
210145 | Zig:15   | Noticed Tijaash the pandemonium lord
210145 | Zig:15   | Noticed Gestaff the pandemonium lord
210145 | Zig:15   | Noticed Dopoull the pandemonium lord
210145 | Zig:15   | Noticed Xeofung the pandemonium lord
210145 | Zig:15   | Noticed Deposchan the pandemonium lord
210145 | Zig:15   | Noticed Hokoisex the pandemonium lord
210145 | Zig:15   | Noticed Ezuwn the pandemonium lord
210146 | Zig:15   | Killed Uxkoc the pandemonium lord
210146 | Zig:15   | Killed Kudimi the pandemonium lord
210146 | Zig:15   | Killed Julofafa the pandemonium lord
210146 | Zig:15   | Killed Feggad the pandemonium lord
210146 | Zig:15   | Killed Urghowai the pandemonium lord
210146 | Zig:15   | Noticed Liost the pandemonium lord
210146 | Zig:15   | Noticed Xirghani the pandemonium lord
210146 | Zig:15   | Noticed Zygiumuv the pandemonium lord
210147 | Zig:15   | Killed Nuraowaar the pandemonium lord
210147 | Zig:15   | Killed Deposchan the pandemonium lord
210147 | Zig:15   | Noticed Lihiadgh the pandemonium lord
210148 | Zig:15   | Killed Tijaash the pandemonium lord
210148 | Zig:15   | Killed Lihiadgh the pandemonium lord
210148 | Zig:15   | Noticed Eneuggitz the pandemonium lord
210148 | Zig:15   | Noticed Quico the pandemonium lord
210148 | Zig:15   | Noticed Nyitelet the pandemonium lord
210149 | Zig:15   | Noticed Boinel the pandemonium lord
210149 | Zig:15   | Killed Ezuwn the pandemonium lord
210150 | Zig:15   | Noticed Fiebe the pandemonium lord
210150 | Zig:15   | Noticed Vetsup the pandemonium lord
210150 | Zig:15   | Noticed Dotoiq the pandemonium lord
210151 | Zig:15   | Killed Hokoisex the pandemonium lord
210151 | Zig:15   | Killed Zygiumuv the pandemonium lord
210151 | Zig:15   | Killed Eneuggitz the pandemonium lord
210151 | Zig:15   | Killed Dotoiq the pandemonium lord
210151 | Zig:15   | Killed Liost the pandemonium lord
210151 | Zig:15   | Killed Gestaff the pandemonium lord
210151 | Zig:15   | Killed Niukoq the pandemonium lord
210151 | Zig:15   | Noticed Mapa the pandemonium lord
210152 | Zig:15   | Noticed Jaomm the pandemonium lord
210152 | Zig:15   | Killed Quico the pandemonium lord
210152 | Zig:15   | Noticed Kutes the pandemonium lord
210153 | Zig:15   | Noticed Abrummiu the pandemonium lord
210153 | Zig:15   | Noticed Irunko the pandemonium lord
210153 | Zig:15   | Killed Xirghani the pandemonium lord
210153 | Zig:15   | Killed Dopoull the pandemonium lord
210153 | Zig:15   | Noticed Jacoenan the pandemonium lord
210154 | Zig:15   | Killed Jaomm the pandemonium lord
210154 | Zig:15   | Killed Boinel the pandemonium lord
210154 | Zig:15   | Killed Vetsup the pandemonium lord
210154 | Zig:15   | Killed Nyitelet the pandemonium lord
210154 | Zig:15   | Killed Xeofung the pandemonium lord
210154 | Zig:15   | Killed Mapa the pandemonium lord
210154 | Zig:15   | Killed Fiebe the pandemonium lord
210154 | Zig:15   | Noticed Pito the pandemonium lord
210154 | Zig:15   | Noticed Gyamn the pandemonium lord
210156 | Zig:15   | Killed Jacoenan the pandemonium lord
210156 | Zig:15   | Killed Irunko the pandemonium lord
210156 | Zig:15   | Noticed Goome the pandemonium lord
210156 | Zig:15   | Noticed Suihoec the pandemonium lord
210157 | Zig:15   | Killed Abrummiu the pandemonium lord
210157 | Zig:15   | Killed Pito the pandemonium lord
210157 | Zig:15   | Killed Kutes the pandemonium lord
210157 | Zig:15   | Noticed Piadawk the pandemonium lord
210158 | Zig:15   | Killed Goome the pandemonium lord
210158 | Zig:15   | Noticed Quller the pandemonium lord
210158 | Zig:15   | Noticed Arreajac the pandemonium lord
210159 | Zig:15   | Noticed Xaell the pandemonium lord
210159 | Zig:15   | Noticed Dixt the pandemonium lord
210160 | Zig:15   | Killed Suihoec the pandemonium lord
210160 | Zig:15   | Killed Gyamn the pandemonium lord
210160 | Zig:15   | Noticed Iduoggen the pandemonium lord
210160 | Zig:15   | Noticed Amilod the pandemonium lord
210160 | Zig:15   | Noticed Meobeirr the pandemonium lord
210161 | Zig:15   | Killed Xaell the pandemonium lord
210161 | Zig:15   | Noticed Ufrehoc the pandemonium lord
210163 | Zig:15   | Killed Piadawk the pandemonium lord
210163 | Zig:15   | Killed Quller the pandemonium lord
210163 | Zig:15   | Noticed Vocuf the pandemonium lord
210165 | Zig:15   | Noticed Alum the pandemonium lord
210167 | Zig:15   | Killed Arreajac the pandemonium lord
210167 | Zig:15   | Killed Dixt the pandemonium lord
210167 | Zig:15   | Killed Amilod the pandemonium lord
210168 | Zig:15   | Killed Meobeirr the pandemonium lord
210168 | Zig:15   | Killed Iduoggen the pandemonium lord
210168 | Zig:15   | Noticed Xuha the pandemonium lord
210169 | Zig:15   | Killed Vocuf the pandemonium lord
210169 | Zig:15   | Killed Ufrehoc the pandemonium lord
210169 | Zig:15   | Killed Alum the pandemonium lord
210169 | Zig:15   | Noticed Sobeleur the pandemonium lord
210170 | Zig:15   | Killed Xuha the pandemonium lord
210170 | Zig:15   | Noticed Wiomotad the pandemonium lord
210170 | Zig:15   | Noticed Zirevute the pandemonium lord
210171 | Zig:15   | Noticed Zumonubu the pandemonium lord
210171 | Zig:15   | Noticed Mottor the pandemonium lord
210172 | Zig:15   | Killed Sobeleur the pandemonium lord
210173 | Zig:15   | Noticed Akoilat the pandemonium lord
210173 | Zig:15   | Noticed Xatoph the pandemonium lord
210174 | Zig:15   | Killed Zirevute the pandemonium lord
210174 | Zig:15   | Killed Mottor the pandemonium lord
210175 | Zig:15   | Killed Wiomotad the pandemonium lord
210178 | Zig:15   | Killed Zumonubu the pandemonium lord
210178 | Zig:15   | Killed Akoilat the pandemonium lord
210179 | Zig:15   | Noticed Pyserrent the pandemonium lord
210180 | Zig:15   | Killed Xatoph the pandemonium lord
210180 | Zig:15   | Noticed Intut the pandemonium lord
210183 | Zig:15   | Killed Pyserrent the pandemonium lord
210183 | Zig:15   | Killed Intut the pandemonium lord
210185 | Zig:15   | Noticed Vypoysmo the pandemonium lord
210185 | Zig:15   | Noticed Ubba the pandemonium lord
210191 | Zig:15   | Killed Ubba the pandemonium lord
210192 | Zig:15   | Killed Vypoysmo the pandemonium lord
210266 | Zig:15   | Identified the ring "Jyhaohapn" {+Blink Will+ Dex+2}
210489 | Zig:15   | Identified the +1 leather armour of Mysticism {Fly rF+ MP-9
                  | Str+3}
210509 | Zig:15   | Identified the +0 kite shield of Hubris {Int+4}
210517 | Zig:15   | Identified the +8 scythe of Aluthrezo {vorpal, Contam Str+3
                  | Int+2 Dex+2}
210520 | Zig:15   | Identified the +3 fustibalus "Egrafyu" {flame, rElec rC+
                  | Str+2 Dex+2}
210528 | Zig:15   | Identified the +10 trident of Qacsy {vorpal, rCorr}
210538 | Zig:16   | Entered Level 16 of a ziggurat
210541 | Zig:16   | Noticed grandjackal's ghost (legendary DsGl)
210541 | Zig:16   | Noticed Xutext's ghost (adept DsAK)
210543 | Zig:16   | Noticed Saphesar's ghost (veteran DsFi)
210546 | Zig:16   | Killed grandjackal's ghost
210546 | Zig:16   | Killed Xutext's ghost
210546 | Zig:16   | Noticed Fouwomub's ghost (legendary FoEE)
210546 | Zig:16   | Noticed Ebassic's ghost (veteran GrFi)
210546 | Zig:16   | Noticed Godueg's ghost (veteran HOFi)
210547 | Zig:16   | Noticed thechecker02's ghost (master DDFi)
210547 | Zig:16   | Noticed Xorhowon's ghost (legendary MiBe)
210549 | Zig:16   | Noticed scarywalker64's ghost (legendary GrEE)
210549 | Zig:16   | Noticed tigertrap's ghost (legendary DgWz)
210549 | Zig:16   | Noticed WeeknightWizard's ghost (veteran DEFE)
210549 | Zig:16   | Noticed scarywalker64's ghost (legendary GrEE)
210550 | Zig:16   | Killed Saphesar's ghost
210550 | Zig:16   | Killed Godueg's ghost
210550 | Zig:16   | Noticed Ycuhohed's ghost (veteran TeBe)
210550 | Zig:16   | Noticed yaoilover's ghost (veteran MiBe)
210550 | Zig:16   | Noticed Zonian's ghost (legendary HOFi)
210551 | Zig:16   | Killed WeeknightWizard's ghost
210551 | Zig:16   | Noticed TuffENuff's ghost (legendary FoFi)
210552 | Zig:16   | Killed Ebassic's ghost
210552 | Zig:16   | Killed scarywalker64's ghost
210552 | Zig:16   | Noticed Ubraesch's ghost (adept TrMo)
210553 | Zig:16   | Noticed stevelinton's ghost (legendary KoBe)
210553 | Zig:16   | Noticed sleeves's ghost (legendary HuSk)
210553 | Zig:16   | Noticed astronautguy's ghost (legendary FoEE)
210553 | Zig:16   | Noticed Zeph's ghost (adept NaFi)
210553 | Zig:16   | Noticed Pusocauss's ghost (legendary VSBe)
210553 | Zig:16   | Noticed Unuchuin's ghost (legendary GnFi)
210553 | Zig:16   | Noticed Qatinlae's ghost (veteran DEFE)
210554 | Zig:16   | Killed Fouwomub's ghost
210554 | Zig:16   | Killed thechecker02's ghost
210554 | Zig:16   | Killed Xorhowon's ghost
210554 | Zig:16   | Killed yaoilover's ghost
210554 | Zig:16   | Killed Ycuhohed's ghost
210554 | Zig:16   | Noticed strangelove's ghost (master GrEE)
210555 | Zig:16   | Killed tigertrap's ghost
210555 | Zig:16   | Killed scarywalker64's ghost
210555 | Zig:16   | Noticed Fouwomub's ghost (legendary FoEE)
210555 | Zig:16   | Killed Pusocauss's ghost
210556 | Zig:16   | Noticed ragingrage's ghost (legendary OpFE)
210556 | Zig:16   | Killed Ubraesch's ghost
210556 | Zig:16   | Killed Zeph's ghost
210556 | Zig:16   | Killed Qatinlae's ghost
210556 | Zig:16   | Noticed Zachydoop's ghost (veteran MiMo)
210556 | Zig:16   | Noticed Shayle's ghost (legendary GnWz)
210557 | Zig:16   | Noticed Viugiw's ghost (legendary TeBe)
210557 | Zig:16   | Noticed Ucrups's ghost (legendary MiFi)
210557 | Zig:16   | Noticed frimble's ghost (legendary GrFi)
210559 | Zig:16   | Noticed Rueful's ghost (legendary TrWr)
210559 | Zig:16   | Noticed lukano's ghost (legendary GrFi)
210563 | Zig:16   | Noticed Ekeiwkem's ghost (legendary DsFi)
210563 | Zig:16   | Noticed Ubraesch's ghost (adept TrMo)
210565 | Zig:16   | Noticed frimble's ghost (adept DsGl)
210566 | Zig:16   | Noticed Sext's ghost (legendary MiFi)
210566 | Zig:16   | Killed sleeves's ghost
210566 | Zig:16   | Noticed Giojuova's ghost (legendary GnBe)
210567 | Zig:16   | Noticed WeeknightWizard's ghost (veteran DEFE)
210568 | Zig:16   | Killed Viugiw's ghost
210568 | Zig:16   | Killed Unuchuin's ghost
210568 | Zig:16   | Killed TuffENuff's ghost
210569 | Zig:16   | Killed ragingrage's ghost
210569 | Zig:16   | Killed stevelinton's ghost
210569 | Zig:16   | Noticed frimble's ghost (adept DsGl)
210570 | Zig:16   | Noticed corvin's ghost (legendary OgWn)
210570 | Zig:16   | Killed Ubraesch's ghost
210570 | Zig:16   | Killed Fouwomub's ghost
210570 | Zig:16   | Noticed Teaz Xo Upt's ghost (legendary GnFE)
210571 | Zig:16   | Noticed sleeves's ghost (legendary HuSk)
210571 | Zig:16   | Killed Sext's ghost
210571 | Zig:16   | Killed Rueful's ghost
210571 | Zig:16   | Killed Shayle's ghost
210571 | Zig:16   | Killed strangelove's ghost
210571 | Zig:16   | Killed frimble's ghost
210571 | Zig:16   | Killed WeeknightWizard's ghost
210571 | Zig:16   | Killed astronautguy's ghost
210571 | Zig:16   | Noticed Haitsiopt's ghost (legendary DsGl)
210571 | Zig:16   | Noticed Totuz's ghost (legendary HOFi)
210572 | Zig:16   | Noticed yaoilover's ghost (veteran MiBe)
210572 | Zig:16   | Killed Teaz Xo Upt's ghost
210574 | Zig:16   | Killed Zachydoop's ghost
210574 | Zig:16   | Noticed yaoilover's ghost (veteran MiBe)
210575 | Zig:16   | Noticed heteroy's ghost (legendary DsHu)
210575 | Zig:16   | Noticed Qeilemp's ghost (legendary HOFi)
210576 | Zig:16   | Noticed scarywalker64's ghost (veteran BaSu)
210576 | Zig:16   | Killed Ekeiwkem's ghost
210576 | Zig:16   | Killed frimble's ghost
210576 | Zig:16   | Killed frimble's ghost
210576 | Zig:16   | Killed Ucrups's ghost
210576 | Zig:16   | Killed Zonian's ghost
210576 | Zig:16   | Killed corvin's ghost
210577 | Zig:16   | Killed yaoilover's ghost
210577 | Zig:16   | Killed Giojuova's ghost
210577 | Zig:16   | Killed Qeilemp's ghost
210577 | Zig:16   | Noticed frimble's ghost (legendary GrFi)
210578 | Zig:16   | Killed sleeves's ghost
210578 | Zig:16   | Noticed Gemnonof's ghost (adept DgCj)
210578 | Zig:16   | Noticed Godueg's ghost (veteran HOFi)
210578 | Zig:16   | Noticed Jeklifit's ghost (legendary FoFi)
210579 | Zig:16   | Killed Totuz's ghost
210579 | Zig:16   | Killed yaoilover's ghost
210580 | Zig:16   | Killed scarywalker64's ghost
210580 | Zig:16   | Killed heteroy's ghost
210580 | Zig:16   | Killed lukano's ghost
210580 | Zig:16   | Noticed Zoplarin's ghost (legendary BaSk)
210580 | Zig:16   | Noticed lmSkywalker's ghost (adept DrTm)
210581 | Zig:16   | Noticed swap's ghost (legendary DEFE)
210582 | Zig:16   | Noticed lmSkywalker's ghost (adept DrTm)
210583 | Zig:16   | Noticed Manman's ghost (legendary HOGl)
210585 | Zig:16   | Killed frimble's ghost
210585 | Zig:16   | Killed Gemnonof's ghost
210586 | Zig:16   | Killed Haitsiopt's ghost
210587 | Zig:16   | Noticed Godueg's ghost (veteran HOFi)
210588 | Zig:16   | Killed Jeklifit's ghost
210588 | Zig:16   | Killed lmSkywalker's ghost
210588 | Zig:16   | Killed swap's ghost
210588 | Zig:16   | Killed Godueg's ghost
210588 | Zig:16   | Noticed Ikusitist's ghost (legendary NaFE)
210589 | Zig:16   | Killed Godueg's ghost
210589 | Zig:16   | Killed lmSkywalker's ghost
210591 | Zig:16   | Killed Manman's ghost
210591 | Zig:16   | Noticed Ubraesch's ghost (adept TrMo)
210592 | Zig:16   | Killed Zoplarin's ghost
210592 | Zig:16   | Noticed Nenig's ghost (legendary GnFi)
210593 | Zig:16   | Killed Ikusitist's ghost
210594 | Zig:16   | Noticed Dameikh's ghost (veteran FoFi)
210595 | Zig:16   | Noticed ragingrage's ghost (legendary OpFE)
210595 | Zig:16   | Killed Ubraesch's ghost
210595 | Zig:16   | Killed Dameikh's ghost
210596 | Zig:16   | Noticed grandjackal's ghost (legendary DsGl)
210596 | Zig:16   | Noticed Totuz's ghost (legendary HOFi)
210596 | Zig:16   | Noticed astronautguy's ghost (master DEFE)
210597 | Zig:16   | Noticed Motirgh's ghost (legendary DgWz)
210598 | Zig:16   | Killed Nenig's ghost
210598 | Zig:16   | Killed ragingrage's ghost
210599 | Zig:16   | Killed astronautguy's ghost
210599 | Zig:16   | Noticed Pusocauss's ghost (legendary VSBe)
210600 | Zig:16   | Noticed Kucykkydd's ghost (legendary MiFi)
210601 | Zig:16   | Noticed BoringLoser's ghost (veteran TeAE)
210601 | Zig:16   | Noticed Shayle's ghost (legendary GnWz)
210602 | Zig:16   | Killed grandjackal's ghost
210602 | Zig:16   | Killed Totuz's ghost
210602 | Zig:16   | Killed Motirgh's ghost
210602 | Zig:16   | Killed Pusocauss's ghost
210602 | Zig:16   | Noticed sleeves's ghost (legendary DsFi)
210603 | Zig:16   | Killed BoringLoser's ghost
210603 | Zig:16   | Noticed agentgt's ghost (legendary MiCK)
210604 | Zig:16   | Noticed Unuchuin's ghost (legendary GnFi)
210605 | Zig:16   | Noticed Rueful's ghost (legendary TrWr)
210606 | Zig:16   | Killed sleeves's ghost
210606 | Zig:16   | Noticed WeeknightWizard's ghost (veteran DEFE)
210607 | Zig:16   | Killed Kucykkydd's ghost
210607 | Zig:16   | Noticed Marixus's ghost (legendary DDFi)
210608 | Zig:16   | Noticed Becvyf's ghost (legendary GnFi)
210609 | Zig:16   | Killed WeeknightWizard's ghost
210609 | Zig:16   | Noticed deprived's ghost (legendary HOFi)
210612 | Zig:16   | Noticed Dameikh's ghost (veteran FoFi)
210612 | Zig:16   | Noticed Rocah's ghost (veteran GrFi)
210614 | Zig:16   | Noticed Ebassic's ghost (veteran GrFi)
210615 | Zig:16   | Killed Unuchuin's ghost
210615 | Zig:16   | Noticed Jeklifit's ghost (legendary FoFi)
210617 | Zig:16   | Noticed Rueful's ghost (legendary TrWr)
210617 | Zig:16   | Noticed meatyocre's ghost (veteran TrFi)
210618 | Zig:16   | Killed Marixus's ghost
210618 | Zig:16   | Killed Rueful's ghost
210618 | Zig:16   | Killed Becvyf's ghost
210618 | Zig:16   | Killed agentgt's ghost
210618 | Zig:16   | Noticed sleeves's ghost (legendary HuEE)
210619 | Zig:16   | Killed Shayle's ghost
210619 | Zig:16   | Killed Dameikh's ghost
210619 | Zig:16   | Noticed BoringLoser's ghost (veteran TeAE)
210620 | Zig:16   | Killed Rocah's ghost
210620 | Zig:16   | Killed deprived's ghost
210620 | Zig:16   | Killed Ebassic's ghost
210621 | Zig:16   | Killed Jeklifit's ghost
210621 | Zig:16   | Killed sleeves's ghost
210622 | Zig:16   | Killed meatyocre's ghost
210622 | Zig:16   | Noticed Rocah's ghost (veteran GrFi)
210624 | Zig:16   | Killed Rueful's ghost
210626 | Zig:16   | Killed Rocah's ghost
210626 | Zig:16   | Noticed Saphesar's ghost (veteran DsFi)
210630 | Zig:16   | Killed BoringLoser's ghost
210632 | Zig:16   | Killed Saphesar's ghost
210651 | Zig:16   | Noticed andrewp's ghost (veteran MiBe)
210658 | Zig:16   | Killed andrewp's ghost
210952 | Zig:16   | Identified the ring "Naeg" {Ice rN+}
210956 | Zig:16   | Identified the ring of Jealousy {rPois EV+4 Int+2 Dex+2}
210975 | Zig:16   | Identified the +5 rapier of Meghaifo {elec, Stlth+}
210980 | Zig:16   | Identified the +1 leather armour of the Beekeeper {Fly
                  | rCorr Int-5 Slay-4}
210981 | Zig:16   | Identified the +0 pair of boots of Xuymm {Drain rPois
                  | Regen+ Int-4}
210993 | Zig:16   | Identified the +0 crystal plate armour "Moic" {rF- Str+7}
211007 | Zig:16   | Acquired 674 gold pieces
211008 | Zig:16   | Acquired 706 gold pieces
211014 | Zig:17   | Entered Level 17 of a ziggurat
211563 | Zig:17   | Identified the +6 mace "Ymmyngiw" {freeze, Fragile rF++}
211568 | Zig:17   | Identified the +6 morningstar of Askoro {venom, rN+ Dex+4}
211575 | Zig:18   | Entered Level 18 of a ziggurat
211594 | Zig:18   | Noticed an ancient lich
211596 | Zig:18   | Killed an ancient lich
212049 | Zig:18   | Identified the +4 mace "Pihaofig" {spect, rF+}
212055 | Zig:18   | Identified the amulet "Kophau" {Reflect rF+ Regen+ Str+4
                  | SH+5 Stlth+}
212061 | Zig:18   | Identified the +1 ring mail "Rarappiy" {rC- Regen+ rCorr}
212072 | Zig:18   | Identified the +0 pair of gloves "Vaom" {Int+4 Dex+2 SInv}
212090 | Zig:18   | Identified the ring of Compassion {MP+9 Int+3 Dex+6}
212095 | Zig:18   | Identified the +10 scimitar "Uplewn" {freeze, rPois Int-4
                  | SInv}
212110 | Zig:18   | Identified the ring of Qaisize {rN+ Slay+4}
212206 | Zig:19   | Entered Level 19 of a ziggurat
212391 | Zig:19   | Identified the +10 war axe of Xoaxy {pain, rF++ Str+3
                  | Dex-5}
212401 | Zig:19   | Identified the ring "Geguubow" {Will+ MP+9}
212874 | Zig:19   | Identified the +0 great mace "Ypaugg" {venom, rF+ Will++
                  | Str+3 Dex-4}
212879 | Zig:19   | Identified the ring "Emos" {rF+ EV+4 Dex-2 Slay+2}
212947 | Zig:19   | Identified the +7 spear of Zin's Hope {speed, rF++ rC-
                  | Str+4}
212960 | Zig:20   | Entered Level 20 of a ziggurat
213454 | Zig:20   | Identified the amulet "Fuskor Dada" {rN+ Regen+ rCorr
                  | Str-3}
213460 | Zig:20   | Identified the ring of Aqean {rPois rCorr AC+4 Str-3 SInv}
213519 | Zig:20   | Identified the +0 pair of gloves of the Game of Kings
                  | {Rampage Will+ Str-5 Slay+4}
213716 | Zig:21   | Entered Level 21 of a ziggurat
213881 | Zig:21   | Identified the +0 helmet "Ituit Orph" {Str+4}
214385 | Zig:21   | Identified the +9 broad axe of Ziomar {spect, Int+5 Dex+2}
214404 | Zig:22   | Entered Level 22 of a ziggurat
215390 | Zig:23   | Entered Level 23 of a ziggurat
215391 | Zig:23   | Noticed a royal mummy
215391 | Zig:23   | Noticed a royal mummy
215392 | Zig:23   | Noticed a royal mummy
215392 | Zig:23   | Noticed a royal mummy
215393 | Zig:23   | Noticed a royal mummy
215393 | Zig:23   | Noticed a royal mummy
215394 | Zig:23   | Noticed a royal mummy
215394 | Zig:23   | Noticed a royal mummy
215395 | Zig:23   | Killed a royal mummy
215395 | Zig:23   | Killed a royal mummy
215395 | Zig:23   | Killed a royal mummy
215395 | Zig:23   | Killed a royal mummy
215395 | Zig:23   | Killed a royal mummy
215395 | Zig:23   | Noticed a royal mummy
215396 | Zig:23   | Killed a royal mummy
215396 | Zig:23   | Noticed a royal mummy
215397 | Zig:23   | Killed a royal mummy
215397 | Zig:23   | Killed a royal mummy
215397 | Zig:23   | Killed a royal mummy
215397 | Zig:23   | Noticed a royal mummy
215397 | Zig:23   | Noticed a royal mummy
215397 | Zig:23   | Noticed a royal mummy
215398 | Zig:23   | Noticed a royal mummy
215398 | Zig:23   | Noticed a royal mummy
215399 | Zig:23   | Noticed a royal mummy
215399 | Zig:23   | Noticed a royal mummy
215399 | Zig:23   | Noticed a royal mummy
215400 | Zig:23   | Noticed a royal mummy
215400 | Zig:23   | Noticed a royal mummy
215400 | Zig:23   | Noticed a royal mummy
215402 | Zig:23   | Killed a royal mummy
215402 | Zig:23   | Killed a royal mummy
215402 | Zig:23   | Killed a royal mummy
215402 | Zig:23   | Killed a royal mummy
215402 | Zig:23   | Killed a royal mummy
215402 | Zig:23   | Killed a royal mummy
215402 | Zig:23   | Killed a royal mummy
215404 | Zig:23   | Killed a royal mummy
215404 | Zig:23   | Killed a royal mummy
215404 | Zig:23   | Killed a royal mummy
215404 | Zig:23   | Noticed a royal mummy
215405 | Zig:23   | Noticed a royal mummy
215405 | Zig:23   | Killed a royal mummy
215405 | Zig:23   | Killed a royal mummy
215405 | Zig:23   | Noticed a royal mummy
215405 | Zig:23   | Noticed a royal mummy
215405 | Zig:23   | Noticed a royal mummy
215406 | Zig:23   | Noticed a royal mummy
215407 | Zig:23   | Noticed a royal mummy
215408 | Zig:23   | Killed a royal mummy
215408 | Zig:23   | Killed a royal mummy
215408 | Zig:23   | Killed a royal mummy
215408 | Zig:23   | Noticed a royal mummy
215408 | Zig:23   | Noticed a royal mummy
215409 | Zig:23   | Killed a royal mummy
215410 | Zig:23   | Killed a royal mummy
215410 | Zig:23   | Killed a royal mummy
215410 | Zig:23   | Killed a royal mummy
215410 | Zig:23   | Killed a royal mummy
215410 | Zig:23   | Killed a royal mummy
215410 | Zig:23   | Noticed a royal mummy
215410 | Zig:23   | Noticed a royal mummy
215412 | Zig:23   | Killed a royal mummy
215412 | Zig:23   | Killed a royal mummy
215412 | Zig:23   | Noticed a royal mummy
215412 | Zig:23   | Noticed a royal mummy
215412 | Zig:23   | Noticed a royal mummy
215413 | Zig:23   | Killed a royal mummy
215413 | Zig:23   | Noticed a royal mummy
215414 | Zig:23   | Noticed a royal mummy
215414 | Zig:23   | Noticed a royal mummy
215414 | Zig:23   | Noticed a royal mummy
215415 | Zig:23   | Killed a royal mummy
215415 | Zig:23   | Killed a royal mummy
215416 | Zig:23   | Killed a royal mummy
215416 | Zig:23   | Killed a royal mummy
215416 | Zig:23   | Killed a royal mummy
215417 | Zig:23   | Killed a royal mummy
215417 | Zig:23   | Noticed a royal mummy
215417 | Zig:23   | Noticed a royal mummy
215418 | Zig:23   | Killed a royal mummy
215418 | Zig:23   | Noticed a royal mummy
215419 | Zig:23   | Noticed a royal mummy
215419 | Zig:23   | Noticed a royal mummy
215419 | Zig:23   | Noticed a royal mummy
215420 | Zig:23   | Killed a royal mummy
215420 | Zig:23   | Killed a royal mummy
215420 | Zig:23   | Noticed a royal mummy
215420 | Zig:23   | Noticed a royal mummy
215420 | Zig:23   | Noticed a royal mummy
215421 | Zig:23   | Killed a royal mummy
215421 | Zig:23   | Killed a royal mummy
215421 | Zig:23   | Noticed a royal mummy
215422 | Zig:23   | Killed a royal mummy
215422 | Zig:23   | Killed a royal mummy
215422 | Zig:23   | Killed a royal mummy
215422 | Zig:23   | Noticed a royal mummy
215422 | Zig:23   | Noticed a royal mummy
215422 | Zig:23   | Noticed a royal mummy
215422 | Zig:23   | Noticed a royal mummy
215422 | Zig:23   | Noticed a royal mummy
215422 | Zig:23   | Noticed a royal mummy
215423 | Zig:23   | Killed a royal mummy
215423 | Zig:23   | Killed a royal mummy
215423 | Zig:23   | Noticed a royal mummy
215424 | Zig:23   | Killed a royal mummy
215424 | Zig:23   | Killed a royal mummy
215424 | Zig:23   | Killed a royal mummy
215424 | Zig:23   | Killed a royal mummy
215424 | Zig:23   | Killed a royal mummy
215424 | Zig:23   | Killed a royal mummy
215424 | Zig:23   | Noticed a royal mummy
215425 | Zig:23   | Noticed a royal mummy
215426 | Zig:23   | Killed a royal mummy
215427 | Zig:23   | Killed a royal mummy
215427 | Zig:23   | Killed a royal mummy
215427 | Zig:23   | Noticed a royal mummy
215427 | Zig:23   | Noticed a royal mummy
215428 | Zig:23   | Noticed a royal mummy
215428 | Zig:23   | Noticed a royal mummy
215429 | Zig:23   | Noticed a royal mummy
215430 | Zig:23   | Killed a royal mummy
215430 | Zig:23   | Killed a royal mummy
215430 | Zig:23   | Killed a royal mummy
215431 | Zig:23   | Killed a royal mummy
215431 | Zig:23   | Noticed a royal mummy
215431 | Zig:23   | Noticed a royal mummy
215431 | Zig:23   | Noticed a royal mummy
215432 | Zig:23   | Noticed a royal mummy
215432 | Zig:23   | Noticed a royal mummy
215432 | Zig:23   | Noticed a royal mummy
215433 | Zig:23   | Killed a royal mummy
215433 | Zig:23   | Killed a royal mummy
215433 | Zig:23   | Noticed a royal mummy
215433 | Zig:23   | Noticed a royal mummy
215434 | Zig:23   | Killed a royal mummy
215434 | Zig:23   | Killed a royal mummy
215434 | Zig:23   | Killed a royal mummy
215434 | Zig:23   | Noticed a royal mummy
215435 | Zig:23   | Killed a royal mummy
215435 | Zig:23   | Killed a royal mummy
215435 | Zig:23   | Killed a royal mummy
215435 | Zig:23   | Noticed a royal mummy
215435 | Zig:23   | Noticed a royal mummy
215436 | Zig:23   | Killed a royal mummy
215437 | Zig:23   | Killed a royal mummy
215437 | Zig:23   | Killed a royal mummy
215437 | Zig:23   | Killed a royal mummy
215437 | Zig:23   | Noticed a royal mummy
215438 | Zig:23   | Noticed a royal mummy
215438 | Zig:23   | Noticed a royal mummy
215438 | Zig:23   | Noticed a royal mummy
215438 | Zig:23   | Noticed a royal mummy
215441 | Zig:23   | Killed a royal mummy
215441 | Zig:23   | Killed a royal mummy
215441 | Zig:23   | Killed a royal mummy
215441 | Zig:23   | Noticed a royal mummy
215441 | Zig:23   | Noticed a royal mummy
215442 | Zig:23   | Killed a royal mummy
215442 | Zig:23   | Killed a royal mummy
215447 | Zig:23   | Killed a royal mummy
215447 | Zig:23   | Killed a royal mummy
215450 | Zig:23   | Noticed a royal mummy
215451 | Zig:23   | Killed a royal mummy
215451 | Zig:23   | Noticed a royal mummy
215456 | Zig:23   | Killed a royal mummy
215865 | Zig:23   | Identified the amulet of Hyasta {Reflect rC+ SH+5}
215880 | Zig:23   | Identified the ring "Dudepluth" {Ice rElec Str-4 Int+8
                  | Slay+6}
215909 | Zig:23   | Identified the ring "Fiagg" {Will+ Dex+4}
216036 | Zig:23   | Identified the +6 trident "Gyod" {flame, Fragile rF++ Str+4
                  | Int+9}
216038 | Zig:23   | Identified the +0 plate armour "Tevvack" {Harm Will+ rCorr
                  | Stlth+}
216069 | Zig:24   | Entered Level 24 of a ziggurat
216103 | Zig:24   | Identified the +8 chain mail "Rueloch" {rCorr Int+9}
216522 | Zig:24   | Identified the +8 whip of Skirmishing {flame, +Blink rElec
                  | Str-4 Int+8 Dex+3}
216534 | Zig:24   | Identified the +3 ring mail of the Solstice {rN+ Regen+
                  | Str+2 Dex+4}
216584 | Zig:24   | Identified the amulet "Icoenous" {-Tele rF+ rN+++ Regen+}
216604 | Zig:24   | Identified the +4 war axe "Azumynwei" {flame, rF+ rC+ rCorr
                  | Int+2}
216606 | Zig:24   | Identified the +12 scimitar of Usozxif {vamp, rF+ rC+ rCorr
                  | Dex+6}
216686 | Zig:24   | Identified the +12 chain mail "Zucout" {rC+ rCorr}
216697 | Zig:24   | Identified the +3 chain mail of Red the Invisible Hand
                  | {Regen+}
216812 | Zig:25   | Entered Level 25 of a ziggurat
216932 | Zig:25   | Identified the +9 flail "Newtslayer" {drain, Int+3 Dex+2}
216942 | Zig:25   | Identified the ring "Jonuim Kavo" {rC+ rN+ MP-9 Str+3
                  | Dex+5}
216958 | Zig:25   | Identified the +1 robe of Perpetual Drought {*Slow rPois
                  | rF+ Str+7}
216971 | Zig:25   | Identified the +1 leather armour of Glamorous Liberty
                  | {+Inv}
216986 | Zig:25   | Identified the ring of Okawaru's Displeasure {rElec Dex+6}
217461 | Zig:25   | Identified the ring "Hihiu" {Fly rElec rF+ rCorr Dex+2}
217468 | Zig:25   | Identified the +3 kite shield of the Leaf {Str+4}
217887 | Zig:25   | Identified the +7 halberd "Anaagoco" {vamp, rElec Str+2}
217900 | Zig:26   | Entered Level 26 of a ziggurat
217905 | Zig:26   | Noticed a juggernaut
217905 | Zig:26   | Noticed a juggernaut
217906 | Zig:26   | Noticed a juggernaut
217906 | Zig:26   | Noticed a juggernaut
217907 | Zig:26   | Noticed a juggernaut
217907 | Zig:26   | Noticed a juggernaut
217907 | Zig:26   | Noticed a juggernaut
217908 | Zig:26   | Noticed a juggernaut
217908 | Zig:26   | Noticed a juggernaut
217909 | Zig:26   | Noticed a juggernaut
217909 | Zig:26   | Noticed a juggernaut
217910 | Zig:26   | Noticed a juggernaut
217910 | Zig:26   | Noticed a juggernaut
217910 | Zig:26   | Noticed a juggernaut
217910 | Zig:26   | Noticed a juggernaut
217911 | Zig:26   | Noticed a juggernaut
217912 | Zig:26   | Noticed a juggernaut
217912 | Zig:26   | Noticed a juggernaut
217913 | Zig:26   | Noticed a juggernaut
217913 | Zig:26   | Noticed a juggernaut
217913 | Zig:26   | Noticed a juggernaut
217913 | Zig:26   | Noticed a juggernaut
217913 | Zig:26   | Noticed a juggernaut
217913 | Zig:26   | Noticed a juggernaut
217913 | Zig:26   | Noticed a juggernaut
217913 | Zig:26   | Noticed a juggernaut
217913 | Zig:26   | Noticed a juggernaut
217913 | Zig:26   | Noticed a juggernaut
217913 | Zig:26   | Noticed a juggernaut
217913 | Zig:26   | Noticed a juggernaut
217913 | Zig:26   | Noticed a juggernaut
217913 | Zig:26   | Noticed a juggernaut
217913 | Zig:26   | Noticed a juggernaut
217913 | Zig:26   | Noticed a juggernaut
217913 | Zig:26   | Noticed a juggernaut
217914 | Zig:26   | Killed a juggernaut
217914 | Zig:26   | Killed a juggernaut
217914 | Zig:26   | Killed a juggernaut
217914 | Zig:26   | Killed a juggernaut
217914 | Zig:26   | Killed a juggernaut
217914 | Zig:26   | Killed a juggernaut
217914 | Zig:26   | Killed a juggernaut
217914 | Zig:26   | Killed a juggernaut
217914 | Zig:26   | Killed a juggernaut
217914 | Zig:26   | Killed a juggernaut
217914 | Zig:26   | Killed a juggernaut
217914 | Zig:26   | Killed a juggernaut
217914 | Zig:26   | Killed a juggernaut
217914 | Zig:26   | Killed a juggernaut
217914 | Zig:26   | Killed a juggernaut
217914 | Zig:26   | Killed a juggernaut
217914 | Zig:26   | Killed a juggernaut
217914 | Zig:26   | Killed a juggernaut
217914 | Zig:26   | Killed a juggernaut
217914 | Zig:26   | Killed a juggernaut
217914 | Zig:26   | Killed a juggernaut
217914 | Zig:26   | Killed a juggernaut
217914 | Zig:26   | Killed a juggernaut
217914 | Zig:26   | Killed a juggernaut
217914 | Zig:26   | Killed a juggernaut
217914 | Zig:26   | Killed a juggernaut
217914 | Zig:26   | Killed a juggernaut
217914 | Zig:26   | Killed a juggernaut
217914 | Zig:26   | Noticed a juggernaut
217914 | Zig:26   | Noticed a juggernaut
217914 | Zig:26   | Noticed a juggernaut
217915 | Zig:26   | Noticed a juggernaut
217915 | Zig:26   | Noticed a juggernaut
217915 | Zig:26   | Noticed a juggernaut
217915 | Zig:26   | Noticed a juggernaut
217916 | Zig:26   | Noticed a juggernaut
217916 | Zig:26   | Noticed a juggernaut
217916 | Zig:26   | Noticed a juggernaut
217916 | Zig:26   | Noticed a juggernaut
217917 | Zig:26   | Noticed a juggernaut
217917 | Zig:26   | Noticed a juggernaut
217918 | Zig:26   | Noticed a juggernaut
217919 | Zig:26   | Noticed a juggernaut
217919 | Zig:26   | Noticed a juggernaut
217919 | Zig:26   | Noticed a juggernaut
217919 | Zig:26   | Killed a juggernaut
217920 | Zig:26   | Killed a juggernaut
217920 | Zig:26   | Killed a juggernaut
217920 | Zig:26   | Killed a juggernaut
217920 | Zig:26   | Killed a juggernaut
217920 | Zig:26   | Killed a juggernaut
217920 | Zig:26   | Killed a juggernaut
217920 | Zig:26   | Killed a juggernaut
217920 | Zig:26   | Killed a juggernaut
217920 | Zig:26   | Killed a juggernaut
217920 | Zig:26   | Killed a juggernaut
217920 | Zig:26   | Killed a juggernaut
217920 | Zig:26   | Noticed a juggernaut
217921 | Zig:26   | Killed a juggernaut
217922 | Zig:26   | Noticed a juggernaut
217922 | Zig:26   | Killed a juggernaut
217922 | Zig:26   | Killed a juggernaut
217923 | Zig:26   | Noticed a juggernaut
217923 | Zig:26   | Noticed a juggernaut
217923 | Zig:26   | Noticed a juggernaut
217923 | Zig:26   | Killed a juggernaut
217923 | Zig:26   | Killed a juggernaut
217923 | Zig:26   | Killed a juggernaut
217923 | Zig:26   | Noticed a juggernaut
217924 | Zig:26   | Killed a juggernaut
217924 | Zig:26   | Noticed a juggernaut
217925 | Zig:26   | Killed a juggernaut
217925 | Zig:26   | Killed a juggernaut
217925 | Zig:26   | Killed a juggernaut
217925 | Zig:26   | Noticed a juggernaut
217925 | Zig:26   | Noticed a juggernaut
217926 | Zig:26   | Killed a juggernaut
217926 | Zig:26   | Killed a juggernaut
217927 | Zig:26   | Killed a juggernaut
217927 | Zig:26   | Killed a juggernaut
217927 | Zig:26   | Killed a juggernaut
217929 | Zig:26   | Killed a juggernaut
217929 | Zig:26   | Killed a juggernaut
217929 | Zig:26   | Noticed a juggernaut
217931 | Zig:26   | Noticed a juggernaut
217934 | Zig:26   | Killed a juggernaut
217935 | Zig:26   | Noticed a juggernaut
217935 | Zig:26   | Noticed a juggernaut
217936 | Zig:26   | Noticed a juggernaut
217937 | Zig:26   | Killed a juggernaut
217937 | Zig:26   | Killed a juggernaut
217938 | Zig:26   | Killed a juggernaut
217939 | Zig:26   | Killed a juggernaut
217939 | Zig:26   | Killed a juggernaut
217939 | Zig:26   | Noticed a juggernaut
217940 | Zig:26   | Killed a juggernaut
217940 | Zig:26   | Killed a juggernaut
217940 | Zig:26   | Killed a juggernaut
217940 | Zig:26   | Killed a juggernaut
217940 | Zig:26   | Noticed a juggernaut
217941 | Zig:26   | Noticed a juggernaut
217942 | Zig:26   | Killed a juggernaut
217945 | Zig:26   | Noticed a juggernaut
217946 | Zig:26   | Noticed a juggernaut
217948 | Zig:26   | Killed a juggernaut
217949 | Zig:26   | Killed a juggernaut
217952 | Zig:26   | Killed a juggernaut
218480 | Zig:26   | Identified the ring "Ysirogri" {*Slow rPois rF+ Int+2}
218628 | Zig:26   | Identified the +6 great mace of the Pits of Slime {spect,
                  | Dex+3}
218630 | Zig:26   | Identified the amulet "Fiagar" {Regen+ Int+2}
218646 | Zig:26   | Identified the +6 plate armour of Qiamale {Int+7}
218651 | Zig:26   | Identified the amulet "Qoufaat" {Acrobat rC+}
218730 | Zig:26   | Identified the amulet "Zociruma" {RegenMP *Slow Str+5}
218842 | Zig:26   | Identified the amulet of Vankukoh {Spirit rPois}
218934 | Zig:26   | Acquired 932 gold pieces
218941 | Zig:27   | Entered Level 27 of a ziggurat
219006 | Zig:27   | Noticed an ancient lich
219014 | Zig:27   | Noticed an ancient lich
219018 | Zig:27   | Identified the +1 plate armour of the Bull {rN+ Int+5
                  | Stlth-}
219027 | Zig:27   | Killed an ancient lich
219027 | Zig:27   | Killed an ancient lich
219030 | Zig:27   | Paralysed by accursed screaming for 1 turns
219156 | Zig:27   | Identified the +6 halberd of Wigop {vorpal, Int+4 Dex+4}
219170 | Zig:27   | Identified the ring of Suspicion {Ice *Corrode rElec MP+9
                  | Str+3}
219182 | Zig:27   | Identified the ring of Egomania {Str+4 Int+7 Dex+6}
219200 | Zig:27   | Identified the ring "Doepipro" {Wiz rElec Int+4}
219224 | Zig:27   | Identified the ring of Utefuwk {rElec rC+ rCorr}
219272 | Zig:27   | Identified the +10 longbow of Cocytus {freeze, Fly rC- rN+
                  | SInv}
219344 | Zig:27   | Identified the +5 broad axe "Kyolulink" {venom, rN+ Str+4}
219948 | Zig:27   | Identified the +1 tower shield of Emmuroi {Harm rN+ Int-5
                  | Dex+5}
220065 | Zig:27   | Identified the +8 rapier of the Singing Seer {venom, rCorr}
220137 | Zig:1    | Entered Level 1 of a ziggurat
220137 | Zig:1    | Noticed Xevajar the pandemonium lord
220140 | Zig:1    | Killed Xevajar the pandemonium lord
220234 | Zig:2    | Entered Level 2 of a ziggurat
220371 | Zig:3    | Entered Level 3 of a ziggurat
220371 | Zig:3    | Noticed an ancient lich
220371 | Zig:3    | Noticed a dread lich
220372 | Zig:3    | Noticed a dread lich
220372 | Zig:3    | Noticed a dread lich
220372 | Zig:3    | Noticed a dread lich
220373 | Zig:3    | Noticed a dread lich
220374 | Zig:3    | Noticed an ancient lich
220375 | Zig:3    | Killed a dread lich
220375 | Zig:3    | Killed a dread lich
220375 | Zig:3    | Killed an ancient lich
220376 | Zig:3    | Killed a dread lich
220376 | Zig:3    | Killed a dread lich
220376 | Zig:3    | Killed a dread lich
220376 | Zig:3    | Killed an ancient lich
220498 | Zig:4    | Entered Level 4 of a ziggurat
220663 | Zig:4    | Identified the +6 falchion "Vataifek" {venom, Dex+3 Stlth+}
220718 | Zig:5    | Entered Level 5 of a ziggurat
220718 | Zig:5    | Noticed a dread lich
220718 | Zig:5    | Noticed an ancient lich
220718 | Zig:5    | Noticed a dread lich
220718 | Zig:5    | Noticed an ancient lich
220718 | Zig:5    | Noticed an ancient lich
220719 | Zig:5    | Noticed a dread lich
220721 | Zig:5    | Killed a dread lich
220721 | Zig:5    | Killed a dread lich
220721 | Zig:5    | Killed an ancient lich
220721 | Zig:5    | Killed an ancient lich
220722 | Zig:5    | Noticed an ancient lich
220723 | Zig:5    | Noticed a dread lich
220726 | Zig:5    | Killed an ancient lich
220726 | Zig:5    | Killed an ancient lich
220727 | Zig:5    | Killed a dread lich
220728 | Zig:5    | Killed a dread lich
220821 | Zig:5    | Identified the +3 robe "Safinan" {rPois rCorr Dex+3}
220824 | Zig:5    | Identified the ring "Walaelak" {*Corrode Fly rElec rPois}
220943 | Zig:6    | Entered Level 6 of a ziggurat
221103 | Zig:6    | Identified the +3 buckler of Jaynu {Dex+2}
221138 | Zig:6    | Identified the +11 quarterstaff of the Thoughtful Hells
                  | {vorpal, *Corrode rN+ Dex+2}
221170 | Zig:6    | Identified the +7 long sword of Brawling {protect, rCorr}
221176 | Zig:7    | Entered Level 7 of a ziggurat
221203 | Zig:7    | Identified the +6 dagger "Amyphed" {flame, rCorr Str+4
                  | Int+4}
221217 | Zig:7    | Identified the +2 leather armour of Ymeib {rCorr Dex+2
                  | Slay-3}
221235 | Zig:7    | Identified the +6 halberd of Understanding {protect, rF+
                  | rN+ Str-2 Dex+3}
221481 | Zig:8    | Entered Level 8 of a ziggurat
221481 | Zig:8    | Noticed a royal mummy
221481 | Zig:8    | Noticed a royal mummy
221481 | Zig:8    | Noticed a royal mummy
221481 | Zig:8    | Noticed a royal mummy
221482 | Zig:8    | Killed a royal mummy
221482 | Zig:8    | Killed a royal mummy
221482 | Zig:8    | Killed a royal mummy
221483 | Zig:8    | Noticed a royal mummy
221483 | Zig:8    | Noticed a royal mummy
221483 | Zig:8    | Noticed a royal mummy
221484 | Zig:8    | Noticed a royal mummy
221484 | Zig:8    | Noticed a royal mummy
221485 | Zig:8    | Noticed a royal mummy
221485 | Zig:8    | Noticed a royal mummy
221486 | Zig:8    | Noticed a royal mummy
221487 | Zig:8    | Killed a royal mummy
221488 | Zig:8    | Noticed a royal mummy
221488 | Zig:8    | Killed a royal mummy
221488 | Zig:8    | Killed a royal mummy
221488 | Zig:8    | Killed a royal mummy
221488 | Zig:8    | Killed a royal mummy
221488 | Zig:8    | Killed a royal mummy
221488 | Zig:8    | Killed a royal mummy
221490 | Zig:8    | Killed a royal mummy
221490 | Zig:8    | Killed a royal mummy
221490 | Zig:8    | Killed a royal mummy
221492 | Zig:8    | Noticed a royal mummy
221492 | Zig:8    | Noticed a royal mummy
221492 | Zig:8    | Noticed a royal mummy
221496 | Zig:8    | Killed a royal mummy
221496 | Zig:8    | Killed a royal mummy
221497 | Zig:8    | Killed a royal mummy
221773 | Zig:8    | Identified the +1 scale mail of the Ditch-Digger {Contam
                  | +Blink rC+ rN++ Dex-2}
221777 | Zig:8    | Identified the +10 flail of a Gauntlet {flame, Int+2 Dex+2}
221869 | Zig:9    | Entered Level 9 of a ziggurat
221933 | Zig:9    | Identified the +6 glaive of the Shoals {venom, Int+4 Dex+4}
222253 | Zig:9    | Acquired 1117 gold pieces
222254 | Zig:9    | Acquired 1187 gold pieces
222255 | Zig:9    | Acquired 778 gold pieces
222261 | Zig:10   | Entered Level 10 of a ziggurat
222261 | Zig:10   | Noticed a royal mummy
222261 | Zig:10   | Noticed a royal mummy
222261 | Zig:10   | Noticed a royal mummy
222261 | Zig:10   | Noticed a royal mummy
222261 | Zig:10   | Noticed a royal mummy
222261 | Zig:10   | Noticed a royal mummy
222262 | Zig:10   | Killed a royal mummy
222262 | Zig:10   | Killed a royal mummy
222262 | Zig:10   | Killed a royal mummy
222262 | Zig:10   | Killed a royal mummy
222262 | Zig:10   | Killed a royal mummy
222263 | Zig:10   | Noticed a royal mummy
222263 | Zig:10   | Noticed a royal mummy
222263 | Zig:10   | Noticed a royal mummy
222264 | Zig:10   | Noticed a royal mummy
222264 | Zig:10   | Noticed a royal mummy
222265 | Zig:10   | Noticed a royal mummy
222265 | Zig:10   | Noticed a royal mummy
222266 | Zig:10   | Noticed a royal mummy
222266 | Zig:10   | Noticed a royal mummy
222266 | Zig:10   | Noticed a royal mummy
222267 | Zig:10   | Killed a royal mummy
222267 | Zig:10   | Killed a royal mummy
222267 | Zig:10   | Killed a royal mummy
222267 | Zig:10   | Killed a royal mummy
222267 | Zig:10   | Killed a royal mummy
222267 | Zig:10   | Killed a royal mummy
222267 | Zig:10   | Killed a royal mummy
222268 | Zig:10   | Killed a royal mummy
222268 | Zig:10   | Killed a royal mummy
222268 | Zig:10   | Killed a royal mummy
222268 | Zig:10   | Killed a royal mummy
222269 | Zig:10   | Noticed a royal mummy
222270 | Zig:10   | Noticed a royal mummy
222273 | Zig:10   | Noticed a royal mummy
222274 | Zig:10   | Killed a royal mummy
222274 | Zig:10   | Killed a royal mummy
222274 | Zig:10   | Noticed a royal mummy
222276 | Zig:10   | Killed a royal mummy
222276 | Zig:10   | Killed a royal mummy
222616 | Zig:10   | Identified the +1 plate armour "Giuw" {Regen+ Int+2 SInv}
222624 | Zig:10   | Identified the +7 plate armour "Runyetim" {Harm rN+ Str-2
                  | Int+4}
222690 | Zig:10   | Acquired 1375 gold pieces
222698 | Zig:11   | Entered Level 11 of a ziggurat
222928 | Zig:11   | Identified the ring "Suruamn" {rPois rCorr Dex+4}
222951 | Zig:11   | Identified the +4 plate armour of Weightlessness {rC+ MP+9
                  | Int+2}
222965 | Zig:11   | Identified the +8 hunting sling of Ogygg {venom, Stlth+}
222969 | Zig:11   | Identified the +9 long sword of Death's Door {drain, Dex+4}
222976 | Zig:11   | Identified the +5 halberd "Widowmaker" {vorpal, Str+4}
222988 | Zig:11   | Identified the +8 hand axe of the Establishment {flame,
                  | Drain rPois Dex+7}
222992 | Zig:11   | Identified the +7 glaive "Lunof" {flame, rN+}
223076 | Zig:11   | Identified the +0 plate armour "Ozowk" {rF+ rC+ Str+9
                  | Dex-3}
223090 | Zig:12   | Entered Level 12 of a ziggurat
223448 | Zig:12   | Identified the ring "Vousenk" {Contam rPois Will+ Dex+3
                  | Stlth+}
223456 | Zig:12   | Identified the ring "Loth" {Int+4 Dex+6}
223496 | Zig:12   | Identified the +11 spear of Doubt {freeze, rCorr Dex+3
                  | Stlth-}
223497 | Zig:12   | Identified the +2 mace of the Illusory Tusks {vorpal, Dex+2
                  | Stlth+}
223538 | Zig:13   | Entered Level 13 of a ziggurat
223538 | Zig:13   | Noticed a juggernaut
223538 | Zig:13   | Noticed a juggernaut
223538 | Zig:13   | Noticed a juggernaut
223538 | Zig:13   | Noticed a juggernaut
223538 | Zig:13   | Noticed a juggernaut
223538 | Zig:13   | Noticed a juggernaut
223538 | Zig:13   | Noticed a juggernaut
223538 | Zig:13   | Noticed a juggernaut
223538 | Zig:13   | Noticed a juggernaut
223539 | Zig:13   | Killed a juggernaut
223539 | Zig:13   | Killed a juggernaut
223539 | Zig:13   | Killed a juggernaut
223539 | Zig:13   | Killed a juggernaut
223539 | Zig:13   | Killed a juggernaut
223539 | Zig:13   | Killed a juggernaut
223540 | Zig:13   | Noticed a juggernaut
223540 | Zig:13   | Noticed a juggernaut
223541 | Zig:13   | Noticed a juggernaut
223541 | Zig:13   | Noticed a juggernaut
223542 | Zig:13   | Noticed a juggernaut
223543 | Zig:13   | Noticed a juggernaut
223544 | Zig:13   | Noticed a juggernaut
223544 | Zig:13   | Noticed a juggernaut
223545 | Zig:13   | Noticed a juggernaut
223545 | Zig:13   | Noticed a juggernaut
223545 | Zig:13   | Noticed a juggernaut
223546 | Zig:13   | Noticed a juggernaut
223546 | Zig:13   | Noticed a juggernaut
223547 | Zig:13   | Killed a juggernaut
223547 | Zig:13   | Killed a juggernaut
223547 | Zig:13   | Killed a juggernaut
223547 | Zig:13   | Killed a juggernaut
223547 | Zig:13   | Killed a juggernaut
223547 | Zig:13   | Killed a juggernaut
223547 | Zig:13   | Killed a juggernaut
223547 | Zig:13   | Killed a juggernaut
223547 | Zig:13   | Killed a juggernaut
223547 | Zig:13   | Killed a juggernaut
223548 | Zig:13   | Killed a juggernaut
223548 | Zig:13   | Killed a juggernaut
223548 | Zig:13   | Killed a juggernaut
223548 | Zig:13   | Killed a juggernaut
223548 | Zig:13   | Killed a juggernaut
223548 | Zig:13   | Killed a juggernaut
223548 | Zig:13   | Noticed a juggernaut
223550 | Zig:13   | Noticed a juggernaut
223553 | Zig:13   | Noticed a juggernaut
223555 | Zig:13   | Killed a juggernaut
223556 | Zig:13   | Killed a juggernaut
223556 | Zig:13   | Killed a juggernaut
223556 | Zig:13   | Noticed a juggernaut
223556 | Zig:13   | Noticed a juggernaut
223560 | Zig:13   | Killed a juggernaut
223561 | Zig:13   | Killed a juggernaut
223683 | Zig:13   | Identified the +12 plate armour "Amask" {Harm rPois rC+++
                  | Str-2}
223685 | Zig:13   | Identified the ring of Xaskos {rElec Int+5 Dex+6 Stlth-}
223693 | Zig:13   | Identified the +10 great sword "Grom" {flame, rElec Dex-5
                  | Stlth+}
224120 | Zig:14   | Entered Level 14 of a ziggurat
224143 | Zig:14   | Paralysed by accursed screaming for 1 turns
224164 | Zig:14   | Killed a starcursed mass
224164 | Zig:14   | Killed a starcursed mass
224570 | Zig:14   | Identified the +3 scale mail of Undesirable Species {*Slow
                  | rPois Regen+ Dex-4}
224622 | Zig:14   | Identified the +1 dagger of Retton {venom, rC- Will+ Str+2}
224722 | Zig:15   | Entered Level 15 of a ziggurat
225052 | Zig:16   | Entered Level 16 of a ziggurat
225697 | Zig:16   | Identified the +6 halberd "Cinamuuc" {flame, +Blink}
225704 | Zig:16   | Identified the +5 glaive of Dunachago {vorpal, rN+ rCorr}
225718 | Zig:16   | Identified the +0 robe "Ypiesuc" {Harm Int-5 Slay+2
                  | Archmagi}
225748 | Zig:16   | Identified the +1 robe "Loruim" {Int+2}
225761 | Zig:17   | Entered Level 17 of a ziggurat
225910 | Zig:17   | Identified the +0 ring mail of Gozag's Brutal Revenge {rC++
                  | Str-5 Int+4}
225917 | Zig:17   | Identified the ring of Lugonu's Displeasure {rPois rF- rN+
                  | rCorr Int+9}
225926 | Zig:17   | Identified the +8 mace of the Feather {venom, rElec rF+
                  | Int-2}
226382 | Zig:17   | Identified the +8 long sword "Zetseuth" {speed, Drain Str+3
                  | Dex+5}
226389 | Zig:17   | Identified the +1 pair of gloves "Bir Iwke" {Will+ SInv
                  | Stlth+}
226393 | Zig:17   | Identified the +2 scythe of Ash {freeze, rN+}
226403 | Zig:18   | Entered Level 18 of a ziggurat
226745 | Zig:18   | Identified the ring "Reps" {rPois Slay+2}
226943 | Zig:18   | Identified the amulet of Wolyrch {Reflect rElec Regen+
                  | Dex+5 SH+5}
226947 | Zig:18   | Identified the +11 demon trident "Sicip" {venom, rElec}
226967 | Zig:18   | Identified the +3 spear of Ruin {drain, Drain rPois rCorr
                  | Str+2}
226975 | Zig:18   | Identified the ring "Qippel" {Ice Dex+3}
227039 | Zig:18   | Identified the +1 scale mail of the Heavens {-Tele rElec
                  | Will+++ MP-9}
227043 | Zig:18   | Identified the +5 great mace "Akheniex" {flame, rF+ Will+}
227063 | Zig:19   | Entered Level 19 of a ziggurat
227163 | Zig:19   | Identified the ring of Evomur {rPois Str+5}
227169 | Zig:19   | Identified the +4 scale mail of Qutz {rElec}
227171 | Zig:19   | Identified the +0 robe of Privacy {Harm +Inv rF- Will+}
227173 | Zig:19   | Identified the +2 leather armour of Delep Wod {Str+7 Dex+7}
227179 | Zig:19   | Identified the +4 trident "Killer Bee's Curse" {vorpal, rF+
                  | Will++ Int+3}
227954 | Zig:20   | Entered Level 20 of a ziggurat
227960 | Zig:20   | Noticed a dread lich
227960 | Zig:20   | Noticed an ancient lich
227960 | Zig:20   | Noticed an ancient lich
227960 | Zig:20   | Noticed a dread lich
227961 | Zig:20   | Noticed an ancient lich
227961 | Zig:20   | Noticed a dread lich
227962 | Zig:20   | Noticed an ancient lich
227962 | Zig:20   | Noticed a dread lich
227962 | Zig:20   | Noticed an ancient lich
227962 | Zig:20   | Noticed an ancient lich
227963 | Zig:20   | Noticed an ancient lich
227963 | Zig:20   | Noticed a dread lich
227964 | Zig:20   | Killed a dread lich
227964 | Zig:20   | Killed an ancient lich
227964 | Zig:20   | Killed an ancient lich
227964 | Zig:20   | Killed an ancient lich
227964 | Zig:20   | Killed an ancient lich
227964 | Zig:20   | Killed an ancient lich
227965 | Zig:20   | Noticed an ancient lich
227966 | Zig:20   | Noticed a dread lich
227966 | Zig:20   | Killed a dread lich
227966 | Zig:20   | Killed an ancient lich
227966 | Zig:20   | Killed a dread lich
227966 | Zig:20   | Killed a dread lich
227966 | Zig:20   | Killed a dread lich
227966 | Zig:20   | Killed an ancient lich
227967 | Zig:20   | Noticed a dread lich
227967 | Zig:20   | Noticed an ancient lich
227967 | Zig:20   | Noticed a dread lich
227967 | Zig:20   | Noticed an ancient lich
227967 | Zig:20   | Noticed a dread lich
227967 | Zig:20   | Noticed an ancient lich
227968 | Zig:20   | Noticed an ancient lich
227968 | Zig:20   | Noticed a dread lich
227968 | Zig:20   | Noticed a dread lich
227968 | Zig:20   | Noticed a dread lich
227969 | Zig:20   | Noticed a dread lich
227970 | Zig:20   | Noticed a dread lich
227970 | Zig:20   | Noticed an ancient lich
227970 | Zig:20   | Noticed an ancient lich
227970 | Zig:20   | Noticed an ancient lich
227971 | Zig:20   | Noticed an ancient lich
227971 | Zig:20   | Killed an ancient lich
227971 | Zig:20   | Killed a dread lich
227971 | Zig:20   | Killed a dread lich
227971 | Zig:20   | Killed an ancient lich
227971 | Zig:20   | Killed a dread lich
227972 | Zig:20   | Killed a dread lich
227972 | Zig:20   | Killed an ancient lich
227972 | Zig:20   | Killed an ancient lich
227972 | Zig:20   | Killed an ancient lich
227972 | Zig:20   | Killed a dread lich
227972 | Zig:20   | Killed an ancient lich
227972 | Zig:20   | Killed a dread lich
227972 | Zig:20   | Killed a dread lich
227972 | Zig:20   | Killed a dread lich
227972 | Zig:20   | Killed a dread lich
227972 | Zig:20   | Killed an ancient lich
227972 | Zig:20   | Killed an ancient lich
227972 | Zig:20   | Killed an ancient lich
227972 | Zig:20   | Noticed a dread lich
227973 | Zig:20   | Noticed an ancient lich
227974 | Zig:20   | Noticed a dread lich
227974 | Zig:20   | Noticed a dread lich
227976 | Zig:20   | Killed a dread lich
227976 | Zig:20   | Killed an ancient lich
227977 | Zig:20   | Killed a dread lich
227977 | Zig:20   | Noticed a dread lich
227977 | Zig:20   | Noticed a dread lich
227977 | Zig:20   | Noticed a dread lich
227977 | Zig:20   | Noticed an ancient lich
227978 | Zig:20   | Killed a dread lich
227978 | Zig:20   | Killed a dread lich
227978 | Zig:20   | Noticed a dread lich
227979 | Zig:20   | Killed a dread lich
227979 | Zig:20   | Killed a dread lich
227980 | Zig:20   | Noticed an ancient lich
227981 | Zig:20   | Noticed an ancient lich
227981 | Zig:20   | Noticed a dread lich
227981 | Zig:20   | Noticed a dread lich
227983 | Zig:20   | Noticed a dread lich
227983 | Zig:20   | Noticed a dread lich
227984 | Zig:20   | Killed an ancient lich
227984 | Zig:20   | Killed a dread lich
227984 | Zig:20   | Killed a dread lich
227984 | Zig:20   | Killed a dread lich
227985 | Zig:20   | Killed an ancient lich
227985 | Zig:20   | Killed a dread lich
227985 | Zig:20   | Killed an ancient lich
227985 | Zig:20   | Killed a dread lich
227986 | Zig:20   | Noticed an ancient lich
227989 | Zig:20   | Noticed a dread lich
227993 | Zig:20   | Killed an ancient lich
227996 | Zig:20   | Killed a dread lich
228356 | Zig:20   | Identified the +5 shortbow of Neiny {venom, rElec Will+}
228379 | Zig:20   | Identified the +9 quarterstaff of Eshianus {chaos, Stlth+}
228392 | Zig:20   | Identified the ring of Netwyi {Wiz *Slow Str+6}
228440 | Zig:20   | Identified the +3 hand crossbow "Ceniuck" {venom, Str+4}
228442 | Zig:20   | Identified the amulet of Jaengar {Acrobat Harm rPois SInv}
228444 | Zig:20   | Identified the +7 chain mail "Haneekh" {-Cast rF+ Str+4}
228453 | Zig:20   | Identified the ring of Rutoenn {rPois EV+4 Str+3}
228549 | Zig:20   | Identified the +10 trident of Gewe {freeze, *Corrode MP+9
                  | Dex+4}
228553 | Zig:20   | Identified the +3 demon whip "Jestrore" {drain, Contam rC+
                  | MP+9 Dex+4}
228555 | Zig:20   | Identified the +6 dagger of Success {vorpal, Fly rC+ rN+
                  | Dex+4}
228563 | Zig:20   | Identified the +11 plate armour of Absolutism {Int+4}
228569 | Zig:20   | Identified the +5 falchion "Asutiah" {vorpal, rElec Int+2
                  | Dex+3}
228575 | Zig:20   | Identified the +1 plate armour of Cozih {rPois Will+ Str+2
                  | Int-3}
228578 | Zig:20   | Identified the +6 war axe "Giant's Death Toll" {vorpal,
                  | Str+7}
228597 | Zig:21   | Entered Level 21 of a ziggurat
228810 | Zig:21   | Identified the amulet "Obaq" {RegenMP rN++ MP+9 Dex+8}
228826 | Zig:21   | Identified the ring "Ituunuen" {rPois rC- Will+ Str+6}
228839 | Zig:21   | Identified the ring "Kiorgh" {rPois rC+ Will- EV+4}
228892 | Zig:21   | Identified the ring "Binapo Uptug" {rF+ rN+ Str+6 Dex-4
                  | SInv}
228928 | Zig:21   | Identified the amulet "Nast" {RegenMP *Corrode rPois rN+
                  | Dex+9}
228941 | Zig:21   | Identified the ring "Urghus" {rElec rPois rF+ Str-5 Int+5}
228945 | Zig:21   | Identified the +7 shortbow of the Dove {flame, rElec rC+}
228983 | Zig:21   | Identified the +5 dagger of Paric {vorpal, *Slow rCorr
                  | SInv}
228989 | Zig:21   | Identified the +11 falchion of Paper {vorpal, Str+5 Stlth+}
229650 | Zig:21   | Identified the amulet "Plog" {Faith Drain Will- rCorr
                  | Dex+6}
229676 | Zig:21   | Identified the +4 short sword "Niatsirch" {vorpal, Will+++}
229687 | Zig:22   | Entered Level 22 of a ziggurat
229687 | Zig:22   | Noticed a royal mummy
229687 | Zig:22   | Noticed a royal mummy
229687 | Zig:22   | Noticed a royal mummy
229687 | Zig:22   | Noticed a royal mummy
229687 | Zig:22   | Noticed a royal mummy
229687 | Zig:22   | Noticed a royal mummy
229687 | Zig:22   | Noticed a royal mummy
229688 | Zig:22   | Killed a royal mummy
229688 | Zig:22   | Killed a royal mummy
229688 | Zig:22   | Killed a royal mummy
229688 | Zig:22   | Killed a royal mummy
229688 | Zig:22   | Killed a royal mummy
229688 | Zig:22   | Killed a royal mummy
229689 | Zig:22   | Noticed a royal mummy
229689 | Zig:22   | Noticed a royal mummy
229689 | Zig:22   | Noticed a royal mummy
229690 | Zig:22   | Noticed a royal mummy
229690 | Zig:22   | Noticed a royal mummy
229690 | Zig:22   | Noticed a royal mummy
229690 | Zig:22   | Noticed a royal mummy
229691 | Zig:22   | Noticed a royal mummy
229691 | Zig:22   | Noticed a royal mummy
229692 | Zig:22   | Noticed a royal mummy
229692 | Zig:22   | Noticed a royal mummy
229692 | Zig:22   | Noticed a royal mummy
229693 | Zig:22   | Killed a royal mummy
229693 | Zig:22   | Killed a royal mummy
229693 | Zig:22   | Killed a royal mummy
229693 | Zig:22   | Killed a royal mummy
229694 | Zig:22   | Killed a royal mummy
229694 | Zig:22   | Killed a royal mummy
229694 | Zig:22   | Killed a royal mummy
229694 | Zig:22   | Killed a royal mummy
229694 | Zig:22   | Killed a royal mummy
229694 | Zig:22   | Killed a royal mummy
229694 | Zig:22   | Killed a royal mummy
229694 | Zig:22   | Killed a royal mummy
229694 | Zig:22   | Noticed a royal mummy
229694 | Zig:22   | Noticed a royal mummy
229696 | Zig:22   | Noticed a royal mummy
229696 | Zig:22   | Noticed a royal mummy
229696 | Zig:22   | Noticed a royal mummy
229697 | Zig:22   | Killed a royal mummy
229697 | Zig:22   | Killed a royal mummy
229697 | Zig:22   | Killed a royal mummy
229698 | Zig:22   | Killed a royal mummy
229698 | Zig:22   | Killed a royal mummy
229698 | Zig:22   | Noticed a royal mummy
229699 | Zig:22   | Killed a royal mummy
229700 | Zig:22   | Noticed a royal mummy
229700 | Zig:22   | Noticed a royal mummy
229700 | Zig:22   | Noticed a royal mummy
229700 | Zig:22   | Noticed a royal mummy
229701 | Zig:22   | Noticed a royal mummy
229702 | Zig:22   | Killed a royal mummy
229702 | Zig:22   | Killed a royal mummy
229702 | Zig:22   | Noticed a royal mummy
229702 | Zig:22   | Noticed a royal mummy
229702 | Zig:22   | Noticed a royal mummy
229704 | Zig:22   | Killed a royal mummy
229704 | Zig:22   | Killed a royal mummy
229704 | Zig:22   | Killed a royal mummy
229704 | Zig:22   | Noticed a royal mummy
229704 | Zig:22   | Noticed a royal mummy
229705 | Zig:22   | Killed a royal mummy
229705 | Zig:22   | Killed a royal mummy
229705 | Zig:22   | Noticed a royal mummy
229705 | Zig:22   | Noticed a royal mummy
229706 | Zig:22   | Killed a royal mummy
229706 | Zig:22   | Killed a royal mummy
229706 | Zig:22   | Noticed a royal mummy
229706 | Zig:22   | Noticed a royal mummy
229707 | Zig:22   | Killed a royal mummy
229707 | Zig:22   | Killed a royal mummy
229707 | Zig:22   | Noticed a royal mummy
229707 | Zig:22   | Noticed a royal mummy
229707 | Zig:22   | Noticed a royal mummy
229707 | Zig:22   | Noticed a royal mummy
229708 | Zig:22   | Noticed a royal mummy
229709 | Zig:22   | Killed a royal mummy
229709 | Zig:22   | Killed a royal mummy
229709 | Zig:22   | Killed a royal mummy
229709 | Zig:22   | Killed a royal mummy
229709 | Zig:22   | Noticed a royal mummy
229709 | Zig:22   | Noticed a dread lich
229710 | Zig:22   | Killed a royal mummy
229710 | Zig:22   | Killed a royal mummy
229710 | Zig:22   | Killed a royal mummy
229710 | Zig:22   | Killed a royal mummy
229710 | Zig:22   | Killed a royal mummy
229710 | Zig:22   | Noticed a royal mummy
229710 | Zig:22   | Noticed a royal mummy
229710 | Zig:22   | Noticed a royal mummy
229712 | Zig:22   | Killed a dread lich
229712 | Zig:22   | Noticed a royal mummy
229712 | Zig:22   | Noticed a royal mummy
229713 | Zig:22   | Killed a royal mummy
229713 | Zig:22   | Killed a royal mummy
229713 | Zig:22   | Killed a royal mummy
229714 | Zig:22   | Killed a royal mummy
229714 | Zig:22   | Noticed a royal mummy
229714 | Zig:22   | Noticed a royal mummy
229715 | Zig:22   | Noticed a royal mummy
229715 | Zig:22   | Noticed a royal mummy
229716 | Zig:22   | Noticed a royal mummy
229716 | Zig:22   | Noticed a royal mummy
229716 | Zig:22   | Noticed a royal mummy
229716 | Zig:22   | Noticed a royal mummy
229717 | Zig:22   | Noticed a royal mummy
229717 | Zig:22   | Noticed a royal mummy
229717 | Zig:22   | Noticed a royal mummy
229718 | Zig:22   | Noticed a royal mummy
229719 | Zig:22   | Killed a royal mummy
229719 | Zig:22   | Noticed a royal mummy
229719 | Zig:22   | Noticed a royal mummy
229720 | Zig:22   | Killed a royal mummy
229720 | Zig:22   | Killed a royal mummy
229720 | Zig:22   | Killed a royal mummy
229720 | Zig:22   | Killed a royal mummy
229720 | Zig:22   | Killed a royal mummy
229720 | Zig:22   | Killed a royal mummy
229720 | Zig:22   | Killed a royal mummy
229720 | Zig:22   | Killed a royal mummy
229721 | Zig:22   | Killed a royal mummy
229721 | Zig:22   | Killed a royal mummy
229721 | Zig:22   | Killed a royal mummy
229721 | Zig:22   | Killed a royal mummy
229721 | Zig:22   | Killed a royal mummy
229721 | Zig:22   | Killed a royal mummy
229721 | Zig:22   | Noticed a royal mummy
229721 | Zig:22   | Noticed a royal mummy
229721 | Zig:22   | Noticed a royal mummy
229721 | Zig:22   | Noticed a royal mummy
229722 | Zig:22   | Noticed a royal mummy
229722 | Zig:22   | Noticed a royal mummy
229723 | Zig:22   | Noticed a royal mummy
229723 | Zig:22   | Noticed a royal mummy
229724 | Zig:22   | Killed a royal mummy
229724 | Zig:22   | Killed a royal mummy
229724 | Zig:22   | Noticed a royal mummy
229724 | Zig:22   | Noticed a royal mummy
229724 | Zig:22   | Noticed a royal mummy
229724 | Zig:22   | Noticed a royal mummy
229724 | Zig:22   | Noticed a royal mummy
229725 | Zig:22   | Killed a royal mummy
229725 | Zig:22   | Killed a royal mummy
229725 | Zig:22   | Killed a royal mummy
229725 | Zig:22   | Killed a royal mummy
229725 | Zig:22   | Killed a royal mummy
229726 | Zig:22   | Killed a royal mummy
229726 | Zig:22   | Killed a royal mummy
229726 | Zig:22   | Killed a royal mummy
229727 | Zig:22   | Killed a royal mummy
229727 | Zig:22   | Killed a royal mummy
229727 | Zig:22   | Killed a royal mummy
229728 | Zig:22   | Killed a royal mummy
229731 | Zig:22   | Noticed a royal mummy
229732 | Zig:22   | Noticed a royal mummy
229735 | Zig:22   | Killed a royal mummy
229735 | Zig:22   | Noticed a royal mummy
229735 | Zig:22   | Noticed a royal mummy
229735 | Zig:22   | Noticed a royal mummy
229736 | Zig:22   | Killed a royal mummy
229736 | Zig:22   | Noticed a royal mummy
229737 | Zig:22   | Noticed a royal mummy
229737 | Zig:22   | Noticed a royal mummy
229738 | Zig:22   | Killed a royal mummy
229738 | Zig:22   | Killed a royal mummy
229738 | Zig:22   | Killed a royal mummy
229738 | Zig:22   | Killed a royal mummy
229738 | Zig:22   | Noticed a royal mummy
229738 | Zig:22   | Noticed a royal mummy
229739 | Zig:22   | Noticed a royal mummy
229740 | Zig:22   | Killed a royal mummy
229740 | Zig:22   | Killed a royal mummy
229741 | Zig:22   | Killed a royal mummy
229741 | Zig:22   | Noticed a royal mummy
229741 | Zig:22   | Noticed a royal mummy
229742 | Zig:22   | Killed a royal mummy
229742 | Zig:22   | Killed a royal mummy
229743 | Zig:22   | Killed a royal mummy
229744 | Zig:22   | Killed a royal mummy
229744 | Zig:22   | Noticed a royal mummy
229747 | Zig:22   | Killed a royal mummy
230350 | Zig:22   | Identified the ring "Kogifure" {Ice rElec Dex+3}
230374 | Zig:22   | Identified the +6 falchion of the Pure Planets {drain, rF-
                  | rC+ MP+9}
230375 | Zig:22   | Identified the +2 scale mail "Riluer" {rPois SInv}
230383 | Zig:22   | Identified the +7 scimitar "Killer Klown's Regret"
                  | {protect, rElec Will+ SInv Stlth-}
230418 | Zig:23   | Entered Level 23 of a ziggurat
230541 | Zig:23   | Identified the +4 battleaxe "Jehaiw" {venom, Contam Fragile
                  | Int+8 SInv}
230547 | Zig:23   | Identified the ring "Wofuela" {*Corrode Will++ AC+4 Int+3}
230559 | Zig:23   | Identified the ring "Viejath" {Fly rPois Str+3}
230570 | Zig:23   | Identified the ring "Voudig" {rF+ rCorr Str+6}
230576 | Zig:23   | Identified the +5 long sword of the Chickpea {vorpal, rPois
                  | Int+4}
230580 | Zig:23   | Identified the +3 broad axe "Dragonbane" {freeze, Int+2}
230594 | Zig:23   | Identified the +7 short sword "Uzonuzom" {freeze, rF+
                  | Int+2}
230606 | Zig:23   | Identified the ring of Wepogapp {Ice +Blink}
230608 | Zig:23   | Identified the ring of Juloism {rC+ Int+2}
230638 | Zig:23   | Identified the amulet "Tefilesi" {Spirit rElec rPois Dex-5}
231444 | Zig:24   | Entered Level 24 of a ziggurat
231449 | Zig:24   | Noticed Cizom the pandemonium lord
231450 | Zig:24   | Noticed Ulib the pandemonium lord
231451 | Zig:24   | Noticed Zoothat the pandemonium lord
231451 | Zig:24   | Noticed Qiotry Madudgh the pandemonium lord
231451 | Zig:24   | Noticed Duhitueta the pandemonium lord
231452 | Zig:24   | Killed Cizom the pandemonium lord
231452 | Zig:24   | Noticed Mumunuid the pandemonium lord
231452 | Zig:24   | Noticed Arourgh the pandemonium lord
231452 | Zig:24   | Noticed Fearr the pandemonium lord
231453 | Zig:24   | Noticed Qaaju the pandemonium lord
231453 | Zig:24   | Noticed Opioshi Ocism the pandemonium lord
231454 | Zig:24   | Killed Zoothat the pandemonium lord
231454 | Zig:24   | Killed Ulib the pandemonium lord
231454 | Zig:24   | Killed Qiotry Madudgh the pandemonium lord
231454 | Zig:24   | Killed Duhitueta the pandemonium lord
231455 | Zig:24   | Noticed Timadun the pandemonium lord
231455 | Zig:24   | Killed Arourgh the pandemonium lord
231455 | Zig:24   | Killed Fearr the pandemonium lord
231455 | Zig:24   | Noticed Gawoal the pandemonium lord
231455 | Zig:24   | Noticed Irieg the pandemonium lord
231455 | Zig:24   | Noticed Iwywnaen the pandemonium lord
231456 | Zig:24   | Killed Qaaju the pandemonium lord
231456 | Zig:24   | Killed Mumunuid the pandemonium lord
231456 | Zig:24   | Noticed Qupremer the pandemonium lord
231456 | Zig:24   | Noticed Zuridoiv the pandemonium lord
231457 | Zig:24   | Noticed Komn the pandemonium lord
231458 | Zig:24   | Killed Iwywnaen the pandemonium lord
231458 | Zig:24   | Killed Opioshi Ocism the pandemonium lord
231458 | Zig:24   | Killed Irieg the pandemonium lord
231459 | Zig:24   | Noticed Kauwkuot the pandemonium lord
231459 | Zig:24   | Killed Zuridoiv the pandemonium lord
231459 | Zig:24   | Noticed Zokoat Koah the pandemonium lord
231459 | Zig:24   | Noticed Sinicry the pandemonium lord
231459 | Zig:24   | Noticed Sorphywiu the pandemonium lord
231460 | Zig:24   | Killed Qupremer the pandemonium lord
231460 | Zig:24   | Noticed Eniafygoz the pandemonium lord
231460 | Zig:24   | Noticed Hefroq Ybiumm the pandemonium lord
231461 | Zig:24   | Noticed Roce the pandemonium lord
231462 | Zig:24   | Noticed Megul the pandemonium lord
231462 | Zig:24   | Killed Eniafygoz the pandemonium lord
231462 | Zig:24   | Noticed Kouwkeull the pandemonium lord
231462 | Zig:24   | Noticed Raloon the pandemonium lord
231462 | Zig:24   | Noticed Qierech the pandemonium lord
231462 | Zig:24   | Noticed Qorora the pandemonium lord
231463 | Zig:24   | Killed Sinicry the pandemonium lord
231463 | Zig:24   | Killed Gawoal the pandemonium lord
231463 | Zig:24   | Noticed Lagun the pandemonium lord
231464 | Zig:24   | Killed Roce the pandemonium lord
231464 | Zig:24   | Killed Sorphywiu the pandemonium lord
231464 | Zig:24   | Noticed Iroy the pandemonium lord
231465 | Zig:24   | Killed Komn the pandemonium lord
231465 | Zig:24   | Killed Kouwkeull the pandemonium lord
231466 | Zig:24   | Killed Zokoat Koah the pandemonium lord
231466 | Zig:24   | Noticed Isacloes the pandemonium lord
231466 | Zig:24   | Noticed Guephuh the pandemonium lord
231466 | Zig:24   | Noticed Ramosmaj the pandemonium lord
231467 | Zig:24   | Killed Lagun the pandemonium lord
231467 | Zig:24   | Killed Qorora the pandemonium lord
231467 | Zig:24   | Killed Timadun the pandemonium lord
231467 | Zig:24   | Noticed Ruqottio the pandemonium lord
231468 | Zig:24   | Noticed Tilesupt the pandemonium lord
231468 | Zig:24   | Killed Kauwkuot the pandemonium lord
231468 | Zig:24   | Noticed Rybic the pandemonium lord
231468 | Zig:24   | Noticed Zogirgh the pandemonium lord
231469 | Zig:24   | Noticed Emonoig the pandemonium lord
231469 | Zig:24   | Noticed Xepnea the pandemonium lord
231469 | Zig:24   | Noticed Pyca the pandemonium lord
231469 | Zig:24   | Noticed Eqop the pandemonium lord
231469 | Zig:24   | Noticed Cupon the pandemonium lord
231469 | Zig:24   | Killed Iroy the pandemonium lord
231470 | Zig:24   | Noticed Lila Jes the pandemonium lord
231470 | Zig:24   | Killed Raloon the pandemonium lord
231470 | Zig:24   | Killed Megul the pandemonium lord
231470 | Zig:24   | Killed Ramosmaj the pandemonium lord
231470 | Zig:24   | Noticed Leury the pandemonium lord
231470 | Zig:24   | Noticed Katic the pandemonium lord
231470 | Zig:24   | Noticed Menkeg the pandemonium lord
231471 | Zig:24   | Killed Xepnea the pandemonium lord
231471 | Zig:24   | Killed Emonoig the pandemonium lord
231471 | Zig:24   | Killed Isacloes the pandemonium lord
231471 | Zig:24   | Noticed Fyskotea the pandemonium lord
231471 | Zig:24   | Noticed Qinozxas the pandemonium lord
231472 | Zig:24   | Noticed Irchea Vuice the pandemonium lord
231472 | Zig:24   | Killed Guephuh the pandemonium lord
231472 | Zig:24   | Killed Qierech the pandemonium lord
231472 | Zig:24   | Noticed Qysen the pandemonium lord
231472 | Zig:24   | Noticed Ylepuim the pandemonium lord
231472 | Zig:24   | Noticed Ovilaoja the pandemonium lord
231473 | Zig:24   | Killed Lila Jes the pandemonium lord
231473 | Zig:24   | Killed Cupon the pandemonium lord
231473 | Zig:24   | Noticed Qoagoul the pandemonium lord
231473 | Zig:24   | Noticed Xocut the pandemonium lord
231473 | Zig:24   | Noticed Lothrikh the pandemonium lord
231474 | Zig:24   | Killed Tilesupt the pandemonium lord
231474 | Zig:24   | Killed Pyca the pandemonium lord
231474 | Zig:24   | Noticed Jygoc the pandemonium lord
231474 | Zig:24   | Noticed Qucihatt the pandemonium lord
231474 | Zig:24   | Noticed Goleutis the pandemonium lord
231476 | Zig:24   | Killed Katic the pandemonium lord
231476 | Zig:24   | Killed Leury the pandemonium lord
231476 | Zig:24   | Killed Fyskotea the pandemonium lord
231476 | Zig:24   | Killed Ovilaoja the pandemonium lord
231476 | Zig:24   | Killed Qysen the pandemonium lord
231477 | Zig:24   | Killed Rybic the pandemonium lord
231477 | Zig:24   | Killed Menkeg the pandemonium lord
231477 | Zig:24   | Killed Ylepuim the pandemonium lord
231477 | Zig:24   | Noticed Gyschosidd the pandemonium lord
231477 | Zig:24   | Noticed Sigget the pandemonium lord
231478 | Zig:24   | Killed Xocut the pandemonium lord
231478 | Zig:24   | Killed Qinozxas the pandemonium lord
231478 | Zig:24   | Killed Jygoc the pandemonium lord
231478 | Zig:24   | Noticed Hirot the pandemonium lord
231479 | Zig:24   | Noticed Cukhlimee the pandemonium lord
231479 | Zig:24   | Killed Eqop the pandemonium lord
231479 | Zig:24   | Killed Ruqottio the pandemonium lord
231479 | Zig:24   | Killed Goleutis the pandemonium lord
231479 | Zig:24   | Noticed Kyfosu the pandemonium lord
231479 | Zig:24   | Noticed Raoteull the pandemonium lord
231479 | Zig:24   | Noticed Voisuuno the pandemonium lord
231480 | Zig:24   | Noticed Kyrphoups the pandemonium lord
231480 | Zig:24   | Noticed Qeennutu the pandemonium lord
231481 | Zig:24   | Killed Voisuuno the pandemonium lord
231482 | Zig:24   | Killed Qoagoul the pandemonium lord
231482 | Zig:24   | Killed Irchea Vuice the pandemonium lord
231482 | Zig:24   | Killed Gyschosidd the pandemonium lord
231482 | Zig:24   | Killed Zogirgh the pandemonium lord
231483 | Zig:24   | Killed Raoteull the pandemonium lord
231483 | Zig:24   | Killed Hirot the pandemonium lord
231483 | Zig:24   | Killed Kyrphoups the pandemonium lord
231483 | Zig:24   | Noticed Qoheyll the pandemonium lord
231483 | Zig:24   | Noticed Jefiewat the pandemonium lord
231484 | Zig:24   | Noticed Amitegomof the pandemonium lord
231485 | Zig:24   | Noticed Miesmo Iney the pandemonium lord
231485 | Zig:24   | Noticed Rularph the pandemonium lord
231485 | Zig:24   | Killed Hefroq Ybiumm the pandemonium lord
231485 | Zig:24   | Noticed Sauciebb the pandemonium lord
231486 | Zig:24   | Noticed Hunt the pandemonium lord
231486 | Zig:24   | Killed Qeennutu the pandemonium lord
231487 | Zig:24   | Killed Qoheyll the pandemonium lord
231487 | Zig:24   | Killed Kyfosu the pandemonium lord
231487 | Zig:24   | Killed Miesmo Iney the pandemonium lord
231487 | Zig:24   | Killed Lothrikh the pandemonium lord
231487 | Zig:24   | Noticed Yfojaj the pandemonium lord
231487 | Zig:24   | Noticed Ridyx the pandemonium lord
231488 | Zig:24   | Killed Sauciebb the pandemonium lord
231488 | Zig:24   | Noticed Vatosu the pandemonium lord
231489 | Zig:24   | Killed Amitegomof the pandemonium lord
231489 | Zig:24   | Noticed Annag the pandemonium lord
231490 | Zig:24   | Killed Jefiewat the pandemonium lord
231491 | Zig:24   | Noticed Exti the pandemonium lord
231491 | Zig:24   | Killed Qucihatt the pandemonium lord
231491 | Zig:24   | Noticed Unihautuel the pandemonium lord
231491 | Zig:24   | Noticed Isikikuw the pandemonium lord
231491 | Zig:24   | Noticed Zienlan the pandemonium lord
231492 | Zig:24   | Noticed Tiydoann the pandemonium lord
231492 | Zig:24   | Killed Vatosu the pandemonium lord
231492 | Zig:24   | Noticed Nihileun the pandemonium lord
231493 | Zig:24   | Noticed Kijeg the pandemonium lord
231493 | Zig:24   | Noticed Ruykhloce the pandemonium lord
231494 | Zig:24   | Noticed Meost the pandemonium lord
231495 | Zig:24   | Noticed Yrupethu the pandemonium lord
231495 | Zig:24   | Killed Unihautuel the pandemonium lord
231495 | Zig:24   | Killed Ridyx the pandemonium lord
231495 | Zig:24   | Killed Tiydoann the pandemonium lord
231495 | Zig:24   | Killed Isikikuw the pandemonium lord
231495 | Zig:24   | Noticed Dogutell the pandemonium lord
231496 | Zig:24   | Killed Ruykhloce the pandemonium lord
231496 | Zig:24   | Killed Yfojaj the pandemonium lord
231496 | Zig:24   | Killed Zienlan the pandemonium lord
231496 | Zig:24   | Noticed Inkur the pandemonium lord
231497 | Zig:24   | Noticed Sedofeh the pandemonium lord
231497 | Zig:24   | Noticed Dititor the pandemonium lord
231497 | Zig:24   | Noticed Hoyx the pandemonium lord
231497 | Zig:24   | Killed Dogutell the pandemonium lord
231497 | Zig:24   | Noticed Tujehaf the pandemonium lord
231499 | Zig:24   | Killed Hoyx the pandemonium lord
231499 | Zig:24   | Noticed Ygharphol the pandemonium lord
231500 | Zig:24   | Noticed Peyses the pandemonium lord
231500 | Zig:24   | Killed Dititor the pandemonium lord
231501 | Zig:24   | Noticed Zawneg the pandemonium lord
231501 | Zig:24   | Noticed Vaenk the pandemonium lord
231502 | Zig:24   | Killed Inkur the pandemonium lord
231502 | Zig:24   | Killed Sedofeh the pandemonium lord
231502 | Zig:24   | Killed Annag the pandemonium lord
231502 | Zig:24   | Killed Exti the pandemonium lord
231502 | Zig:24   | Noticed Reteluv the pandemonium lord
231502 | Zig:24   | Killed Tujehaf the pandemonium lord
231502 | Zig:24   | Noticed Adoxt the pandemonium lord
231503 | Zig:24   | Noticed Vok Ligi the pandemonium lord
231504 | Zig:24   | Noticed Ogothrow the pandemonium lord
231504 | Zig:24   | Killed Meost the pandemonium lord
231504 | Zig:24   | Killed Ygharphol the pandemonium lord
231504 | Zig:24   | Noticed Vimici the pandemonium lord
231504 | Zig:24   | Noticed Udwicema the pandemonium lord
231504 | Zig:24   | Noticed Anipujam the pandemonium lord
231504 | Zig:24   | Killed Zawneg the pandemonium lord
231505 | Zig:24   | Noticed Doev the pandemonium lord
231505 | Zig:24   | Killed Nihileun the pandemonium lord
231505 | Zig:24   | Killed Peyses the pandemonium lord
231505 | Zig:24   | Noticed Tes Luusk the pandemonium lord
231505 | Zig:24   | Noticed Beed the pandemonium lord
231505 | Zig:24   | Noticed Gillem the pandemonium lord
231506 | Zig:24   | Noticed Hocwore the pandemonium lord
231506 | Zig:24   | Noticed Sabis the pandemonium lord
231506 | Zig:24   | Noticed Iguptiq the pandemonium lord
231507 | Zig:24   | Killed Cukhlimee the pandemonium lord
231507 | Zig:24   | Killed Anipujam the pandemonium lord
231507 | Zig:24   | Killed Reteluv the pandemonium lord
231508 | Zig:24   | Killed Vaenk the pandemonium lord
231508 | Zig:24   | Killed Vimici the pandemonium lord
231508 | Zig:24   | Killed Vok Ligi the pandemonium lord
231508 | Zig:24   | Killed Rularph the pandemonium lord
231508 | Zig:24   | Noticed Gehot the pandemonium lord
231509 | Zig:24   | Noticed Onoxebla the pandemonium lord
231509 | Zig:24   | Noticed Cuirorr the pandemonium lord
231509 | Zig:24   | Killed Hocwore the pandemonium lord
231509 | Zig:24   | Killed Iguptiq the pandemonium lord
231509 | Zig:24   | Noticed Otha the pandemonium lord
231509 | Zig:24   | Noticed Zicajaxoka the pandemonium lord
231510 | Zig:24   | Killed Ogothrow the pandemonium lord
231510 | Zig:24   | Noticed Fyodoink the pandemonium lord
231511 | Zig:24   | Killed Sigget the pandemonium lord
231511 | Zig:24   | Killed Cuirorr the pandemonium lord
231511 | Zig:24   | Killed Yrupethu the pandemonium lord
231511 | Zig:24   | Killed Adoxt the pandemonium lord
231511 | Zig:24   | Noticed Xorotam the pandemonium lord
231511 | Zig:24   | Noticed Siel the pandemonium lord
231511 | Zig:24   | Killed Gillem the pandemonium lord
231512 | Zig:24   | Noticed Hirivi the pandemonium lord
231512 | Zig:24   | Killed Otha the pandemonium lord
231513 | Zig:24   | Noticed Fasmoc the pandemonium lord
231513 | Zig:24   | Killed Beed the pandemonium lord
231513 | Zig:24   | Killed Udwicema the pandemonium lord
231513 | Zig:24   | Killed Gehot the pandemonium lord
231513 | Zig:24   | Killed Sabis the pandemonium lord
231513 | Zig:24   | Killed Onoxebla the pandemonium lord
231513 | Zig:24   | Noticed Feetz the pandemonium lord
231513 | Zig:24   | Noticed Soopaelott the pandemonium lord
231514 | Zig:24   | Killed Tes Luusk the pandemonium lord
231514 | Zig:24   | Noticed Angonauts the pandemonium lord
231514 | Zig:24   | Killed Siel the pandemonium lord
231515 | Zig:24   | Killed Fyodoink the pandemonium lord
231515 | Zig:24   | Killed Fasmoc the pandemonium lord
231515 | Zig:24   | Killed Zicajaxoka the pandemonium lord
231515 | Zig:24   | Killed Doev the pandemonium lord
231515 | Zig:24   | Noticed Ezo Vecroe the pandemonium lord
231515 | Zig:24   | Noticed Jemm the pandemonium lord
231515 | Zig:24   | Noticed Joixy the pandemonium lord
231515 | Zig:24   | Noticed Zac Kih the pandemonium lord
231516 | Zig:24   | Killed Xorotam the pandemonium lord
231516 | Zig:24   | Killed Feetz the pandemonium lord
231516 | Zig:24   | Killed Kijeg the pandemonium lord
231516 | Zig:24   | Killed Hirivi the pandemonium lord
231516 | Zig:24   | Killed Gootite the pandemonium lord
231517 | Zig:24   | Noticed Ewad the pandemonium lord
231518 | Zig:24   | Killed Ewad the pandemonium lord
231518 | Zig:24   | Killed Jemm the pandemonium lord
231519 | Zig:24   | Killed Soopaelott the pandemonium lord
231519 | Zig:24   | Killed Angonauts the pandemonium lord
231519 | Zig:24   | Noticed Tasouvi the pandemonium lord
231519 | Zig:24   | Noticed Joch the pandemonium lord
231519 | Zig:24   | Noticed Dajosyiq the pandemonium lord
231520 | Zig:24   | Killed Dajosyiq the pandemonium lord
231520 | Zig:24   | Killed Tasouvi the pandemonium lord
231521 | Zig:24   | Killed Zac Kih the pandemonium lord
231521 | Zig:24   | Killed Hunt the pandemonium lord
231521 | Zig:24   | Noticed Tinumpir the pandemonium lord
231522 | Zig:24   | Noticed Ceskiole the pandemonium lord
231522 | Zig:24   | Noticed Pasaq the pandemonium lord
231522 | Zig:24   | Killed Ezo Vecroe the pandemonium lord
231522 | Zig:24   | Noticed Plog the pandemonium lord
231522 | Zig:24   | Noticed Fecufu Kaon the pandemonium lord
231523 | Zig:24   | Killed Fecufu Kaon the pandemonium lord
231523 | Zig:24   | Killed Joixy the pandemonium lord
231523 | Zig:24   | Killed Engylomi the pandemonium lord
231523 | Zig:24   | Noticed Cieboig the pandemonium lord
231524 | Zig:24   | Killed Pasaq the pandemonium lord
231524 | Zig:24   | Noticed Vituopri the pandemonium lord
231524 | Zig:24   | Killed Cieboig the pandemonium lord
231525 | Zig:24   | Killed Joch the pandemonium lord
231526 | Zig:24   | Noticed Pareluga the pandemonium lord
231526 | Zig:24   | Killed Tinumpir the pandemonium lord
231526 | Zig:24   | Killed Ceskiole the pandemonium lord
231526 | Zig:24   | Killed Plog the pandemonium lord
231526 | Zig:24   | Noticed Roum Tusm the pandemonium lord
231526 | Zig:24   | Noticed Fubed the pandemonium lord
231526 | Zig:24   | Killed Fubed the pandemonium lord
231526 | Zig:24   | Killed Emauwn the pandemonium lord
231528 | Zig:24   | Noticed Peazaevi the pandemonium lord
231528 | Zig:24   | Noticed Ekkyinn the pandemonium lord
231529 | Zig:24   | Noticed Geppiev the pandemonium lord
231529 | Zig:24   | Killed Pareluga the pandemonium lord
231529 | Zig:24   | Noticed Vemomikk the pandemonium lord
231529 | Zig:24   | Noticed Ceon the pandemonium lord
231530 | Zig:24   | Noticed Ruacse the pandemonium lord
231530 | Zig:24   | Noticed Bihiyr the pandemonium lord
231531 | Zig:24   | Noticed Tatalion the pandemonium lord
231531 | Zig:24   | Killed Vituopri the pandemonium lord
231531 | Zig:24   | Killed Bihiyr the pandemonium lord
231531 | Zig:24   | Killed Vemomikk the pandemonium lord
231531 | Zig:24   | Killed Peazaevi the pandemonium lord
231531 | Zig:24   | Killed Ceon the pandemonium lord
231531 | Zig:24   | Noticed Rywko the pandemonium lord
231531 | Zig:24   | Killed Geppiev the pandemonium lord
231531 | Zig:24   | Noticed Duetuwk the pandemonium lord
231532 | Zig:24   | Killed Tatalion the pandemonium lord
231532 | Zig:24   | Noticed Duseil the pandemonium lord
231533 | Zig:24   | Noticed Inyit the pandemonium lord
231533 | Zig:24   | Killed Ruacse the pandemonium lord
231533 | Zig:24   | Noticed Yffatu Moshri the pandemonium lord
231533 | Zig:24   | Noticed Ohidest Zele the pandemonium lord
231534 | Zig:24   | Noticed Kali Jek the pandemonium lord
231535 | Zig:24   | Killed Inyit the pandemonium lord
231535 | Zig:24   | Killed Duetuwk the pandemonium lord
231535 | Zig:24   | Killed Ekkyinn the pandemonium lord
231535 | Zig:24   | Noticed Oriqy the pandemonium lord
231539 | Zig:24   | Noticed Hituuh the pandemonium lord
231539 | Zig:24   | Noticed Viraf the pandemonium lord
231540 | Zig:24   | Killed Rywko the pandemonium lord
231541 | Zig:24   | Killed Roum Tusm the pandemonium lord
231541 | Zig:24   | Killed Kali Jek the pandemonium lord
231541 | Zig:24   | Killed Hituuh the pandemonium lord
231541 | Zig:24   | Noticed Norimext the pandemonium lord
231542 | Zig:24   | Killed Duseil the pandemonium lord
231543 | Zig:24   | Killed Viraf the pandemonium lord
231543 | Zig:24   | Killed Norimext the pandemonium lord
231544 | Zig:24   | Killed Ohidest Zele the pandemonium lord
231544 | Zig:24   | Killed Oriqy the pandemonium lord
231544 | Zig:24   | Noticed Irpheliz the pandemonium lord
231544 | Zig:24   | Noticed Otwih the pandemonium lord
231544 | Zig:24   | Noticed Gaggio the pandemonium lord
231545 | Zig:24   | Killed Yffatu Moshri the pandemonium lord
231545 | Zig:24   | Killed Irpheliz the pandemonium lord
231547 | Zig:24   | Noticed Onlogiog the pandemonium lord
231548 | Zig:24   | Killed Gaggio the pandemonium lord
231549 | Zig:24   | Noticed Xiel the pandemonium lord
231550 | Zig:24   | Killed Otwih the pandemonium lord
231551 | Zig:24   | Killed Xiel the pandemonium lord
231552 | Zig:24   | Killed Onlogiog the pandemonium lord
231552 | Zig:24   | Noticed Ontiolus the pandemonium lord
231555 | Zig:24   | Noticed Omoiseox the pandemonium lord
231555 | Zig:24   | Noticed Dummaico the pandemonium lord
231557 | Zig:24   | Killed Dummaico the pandemonium lord
231558 | Zig:24   | Killed Omoiseox the pandemonium lord
231558 | Zig:24   | Noticed Ipsas the pandemonium lord
231559 | Zig:24   | Killed Ontiolus the pandemonium lord
231559 | Zig:24   | Noticed Yfuesan the pandemonium lord
231560 | Zig:24   | Noticed Siawann the pandemonium lord
231560 | Zig:24   | Noticed Degg the pandemonium lord
231562 | Zig:24   | Noticed Juint the pandemonium lord
231563 | Zig:24   | Killed Siawann the pandemonium lord
231563 | Zig:24   | Noticed Yjeipic the pandemonium lord
231564 | Zig:24   | Killed Yfuesan the pandemonium lord
231564 | Zig:24   | Noticed Xitaos the pandemonium lord
231565 | Zig:24   | Noticed Luapnewk the pandemonium lord
231565 | Zig:24   | Killed Juint the pandemonium lord
231565 | Zig:24   | Killed Degg the pandemonium lord
231565 | Zig:24   | Noticed Adefud the pandemonium lord
231565 | Zig:24   | Noticed Erhogrubb the pandemonium lord
231566 | Zig:24   | Killed Ipsas the pandemonium lord
231567 | Zig:24   | Killed Luapnewk the pandemonium lord
231567 | Zig:24   | Killed Adefud the pandemonium lord
231568 | Zig:24   | Killed Yjeipic the pandemonium lord
231569 | Zig:24   | Killed Erhogrubb the pandemonium lord
231569 | Zig:24   | Killed Xitaos the pandemonium lord
231569 | Zig:24   | Noticed Gumeshofo the pandemonium lord
231571 | Zig:24   | Killed Gumeshofo the pandemonium lord
231571 | Zig:24   | Noticed Jypen the pandemonium lord
231576 | Zig:24   | Killed Jypen the pandemonium lord
231581 | Zig:24   | Noticed Zeotedoa the pandemonium lord
231582 | Zig:24   | Noticed Buittica the pandemonium lord
231582 | Zig:24   | Noticed Ataoss the pandemonium lord
231584 | Zig:24   | Killed Zeotedoa the pandemonium lord
231585 | Zig:24   | Killed Buittica the pandemonium lord
231586 | Zig:24   | Killed Ataoss the pandemonium lord
231606 | Zig:24   | Noticed Loify the pandemonium lord
231611 | Zig:24   | Killed Loify the pandemonium lord
231611 | Zig:24   | Noticed Paryryow the pandemonium lord
231616 | Zig:24   | Killed Paryryow the pandemonium lord
231679 | Zig:24   | Identified the ring "Jawy" {Fly rC+ EV+4}
231689 | Zig:24   | Identified the amulet of Togo {Spirit Will+}
231696 | Zig:24   | Identified the ring of Kifaugiuh {rPois rF+ rN+ Slay-6}
231711 | Zig:24   | Identified the ring "Utzudon" {Ice rPois rCorr Slay+2}
232015 | Zig:24   | Identified the +8 dagger of Pride {elec, Stlth+}
232023 | Zig:24   | Identified the +0 plate armour of Seklofoe {rF- rN+ Int+4
                  | Dex+4}
232025 | Zig:24   | Identified the +4 shortbow of Cheese {freeze, Will+}
232046 | Zig:25   | Entered Level 25 of a ziggurat
232142 | Zig:25   | Identified the ring of Syfat {Fire rN++ Str+3 SInv}
232146 | Zig:25   | Identified the +8 hand crossbow of Risk Management {speed,
                  | Fragile rC+ Str+4 Stlth+}
232388 | Zig:25   | Identified the ring of the Robin {rN+ Str+3 Dex+3}
232399 | Zig:25   | Identified the amulet of the Magpie {Acrobat rC++}
232693 | Zig:25   | Identified the +2 cloak of Umyleace {+Inv rElec rF- Dex+6}
232700 | Zig:25   | Identified the +8 great sword of the Rattlesnake {vorpal,
                  | Fragile +Blink Str+4 SInv}
232717 | Zig:26   | Entered Level 26 of a ziggurat
232720 | Zig:26   | Noticed a royal mummy
232720 | Zig:26   | Noticed a royal mummy
232721 | Zig:26   | Noticed a royal mummy
232722 | Zig:26   | Noticed a royal mummy
232723 | Zig:26   | Noticed a royal mummy
232724 | Zig:26   | Noticed a royal mummy
232724 | Zig:26   | Noticed a royal mummy
232725 | Zig:26   | Noticed a royal mummy
232725 | Zig:26   | Noticed a royal mummy
232725 | Zig:26   | Noticed a royal mummy
232725 | Zig:26   | Noticed a royal mummy
232725 | Zig:26   | Noticed a royal mummy
232725 | Zig:26   | Noticed a royal mummy
232725 | Zig:26   | Noticed a royal mummy
232725 | Zig:26   | Noticed a royal mummy
232725 | Zig:26   | Noticed a royal mummy
232725 | Zig:26   | Noticed a royal mummy
232725 | Zig:26   | Noticed a royal mummy
232725 | Zig:26   | Noticed a royal mummy
232726 | Zig:26   | Killed a royal mummy
232726 | Zig:26   | Killed a royal mummy
232726 | Zig:26   | Killed a royal mummy
232726 | Zig:26   | Killed a royal mummy
232726 | Zig:26   | Killed a royal mummy
232726 | Zig:26   | Killed a royal mummy
232726 | Zig:26   | Killed a royal mummy
232726 | Zig:26   | Killed a royal mummy
232726 | Zig:26   | Killed a royal mummy
232726 | Zig:26   | Killed a royal mummy
232726 | Zig:26   | Killed a royal mummy
232726 | Zig:26   | Killed a royal mummy
232726 | Zig:26   | Killed a royal mummy
232726 | Zig:26   | Killed a royal mummy
232726 | Zig:26   | Killed a royal mummy
232726 | Zig:26   | Killed a royal mummy
232726 | Zig:26   | Killed a royal mummy
232726 | Zig:26   | Killed a royal mummy
232727 | Zig:26   | Noticed a royal mummy
232727 | Zig:26   | Noticed a royal mummy
232727 | Zig:26   | Noticed a royal mummy
232727 | Zig:26   | Noticed a royal mummy
232727 | Zig:26   | Noticed a royal mummy
232727 | Zig:26   | Noticed a royal mummy
232727 | Zig:26   | Noticed a royal mummy
232728 | Zig:26   | Noticed a royal mummy
232728 | Zig:26   | Noticed a royal mummy
232728 | Zig:26   | Noticed a royal mummy
232728 | Zig:26   | Noticed a royal mummy
232728 | Zig:26   | Noticed a royal mummy
232729 | Zig:26   | Noticed a royal mummy
232729 | Zig:26   | Noticed a royal mummy
232730 | Zig:26   | Noticed a royal mummy
232730 | Zig:26   | Noticed a royal mummy
232730 | Zig:26   | Noticed a royal mummy
232730 | Zig:26   | Noticed a royal mummy
232730 | Zig:26   | Noticed a royal mummy
232730 | Zig:26   | Noticed a royal mummy
232730 | Zig:26   | Noticed a royal mummy
232730 | Zig:26   | Noticed a royal mummy
232730 | Zig:26   | Noticed a royal mummy
232730 | Zig:26   | Noticed a royal mummy
232730 | Zig:26   | Noticed a royal mummy
232730 | Zig:26   | Noticed a royal mummy
232730 | Zig:26   | Noticed a royal mummy
232730 | Zig:26   | Noticed a royal mummy
232730 | Zig:26   | Noticed a royal mummy
232730 | Zig:26   | Noticed a royal mummy
232731 | Zig:26   | Killed a royal mummy
232731 | Zig:26   | Killed a royal mummy
232731 | Zig:26   | Killed a royal mummy
232731 | Zig:26   | Killed a royal mummy
232731 | Zig:26   | Killed a royal mummy
232731 | Zig:26   | Killed a royal mummy
232731 | Zig:26   | Killed a royal mummy
232731 | Zig:26   | Killed a royal mummy
232731 | Zig:26   | Killed a royal mummy
232731 | Zig:26   | Killed a royal mummy
232731 | Zig:26   | Killed a royal mummy
232731 | Zig:26   | Killed a royal mummy
232731 | Zig:26   | Killed a royal mummy
232731 | Zig:26   | Killed a royal mummy
232731 | Zig:26   | Killed a royal mummy
232731 | Zig:26   | Killed a royal mummy
232731 | Zig:26   | Killed a royal mummy
232731 | Zig:26   | Killed a royal mummy
232731 | Zig:26   | Killed a royal mummy
232731 | Zig:26   | Killed a royal mummy
232732 | Zig:26   | Killed a royal mummy
232732 | Zig:26   | Killed a royal mummy
232732 | Zig:26   | Killed a royal mummy
232732 | Zig:26   | Killed a royal mummy
232732 | Zig:26   | Killed a royal mummy
232732 | Zig:26   | Killed a royal mummy
232732 | Zig:26   | Noticed a royal mummy
232732 | Zig:26   | Noticed a royal mummy
232732 | Zig:26   | Noticed a royal mummy
232733 | Zig:26   | Noticed a royal mummy
232733 | Zig:26   | Noticed a royal mummy
232734 | Zig:26   | Killed a royal mummy
232735 | Zig:26   | Killed a royal mummy
232735 | Zig:26   | Killed a royal mummy
232735 | Zig:26   | Killed a royal mummy
232736 | Zig:26   | Killed a royal mummy
232736 | Zig:26   | Noticed a royal mummy
232737 | Zig:26   | Killed a royal mummy
232737 | Zig:26   | Killed a royal mummy
232737 | Zig:26   | Noticed a royal mummy
232738 | Zig:26   | Noticed a royal mummy
232738 | Zig:26   | Noticed a royal mummy
232738 | Zig:26   | Noticed a royal mummy
232739 | Zig:26   | Killed a royal mummy
232739 | Zig:26   | Noticed a royal mummy
232739 | Zig:26   | Noticed a royal mummy
232740 | Zig:26   | Killed a royal mummy
232740 | Zig:26   | Killed a royal mummy
232740 | Zig:26   | Noticed a royal mummy
232741 | Zig:26   | Killed a royal mummy
232741 | Zig:26   | Killed a royal mummy
232741 | Zig:26   | Killed a royal mummy
232741 | Zig:26   | Killed a royal mummy
232741 | Zig:26   | Killed a royal mummy
232742 | Zig:26   | Killed a royal mummy
232742 | Zig:26   | Killed a royal mummy
232743 | Zig:26   | Killed a royal mummy
232744 | Zig:26   | Noticed a royal mummy
232744 | Zig:26   | Noticed a royal mummy
232744 | Zig:26   | Noticed a royal mummy
232745 | Zig:26   | Noticed a dread lich
232745 | Zig:26   | Noticed a royal mummy
232751 | Zig:26   | Killed a dread lich
232751 | Zig:26   | Noticed a royal mummy
232752 | Zig:26   | Noticed a dread lich
232752 | Zig:26   | Noticed a royal mummy
232754 | Zig:26   | Killed a royal mummy
232754 | Zig:26   | Noticed a royal mummy
232754 | Zig:26   | Noticed a royal mummy
232754 | Zig:26   | Noticed a royal mummy
232754 | Zig:26   | Noticed a royal mummy
232755 | Zig:26   | Killed a royal mummy
232755 | Zig:26   | Killed a royal mummy
232755 | Zig:26   | Killed a royal mummy
232755 | Zig:26   | Killed a dread lich
232755 | Zig:26   | Noticed a royal mummy
232756 | Zig:26   | Noticed a royal mummy
232756 | Zig:26   | Killed a royal mummy
232756 | Zig:26   | Killed a royal mummy
232756 | Zig:26   | Killed a royal mummy
232756 | Zig:26   | Noticed a royal mummy
232756 | Zig:26   | Noticed a royal mummy
232757 | Zig:26   | Noticed a royal mummy
232757 | Zig:26   | Killed a royal mummy
232757 | Zig:26   | Killed a royal mummy
232757 | Zig:26   | Killed a royal mummy
232757 | Zig:26   | Killed a royal mummy
232757 | Zig:26   | Killed a royal mummy
232758 | Zig:26   | Killed a royal mummy
232758 | Zig:26   | Killed a royal mummy
232758 | Zig:26   | Noticed a royal mummy
232758 | Zig:26   | Noticed a royal mummy
232759 | Zig:26   | Noticed a royal mummy
232759 | Zig:26   | Noticed a royal mummy
232760 | Zig:26   | Killed a royal mummy
232760 | Zig:26   | Killed a royal mummy
232760 | Zig:26   | Noticed a royal mummy
232761 | Zig:26   | Noticed a royal mummy
232762 | Zig:26   | Killed a royal mummy
232762 | Zig:26   | Killed a royal mummy
232762 | Zig:26   | Noticed a royal mummy
232763 | Zig:26   | Killed a royal mummy
232763 | Zig:26   | Noticed a royal mummy
232764 | Zig:26   | Killed a royal mummy
232764 | Zig:26   | Killed a royal mummy
232764 | Zig:26   | Killed a royal mummy
232764 | Zig:26   | Noticed a royal mummy
232765 | Zig:26   | Noticed a royal mummy
232766 | Zig:26   | Killed a royal mummy
232766 | Zig:26   | Killed a royal mummy
232767 | Zig:26   | Noticed a royal mummy
232770 | Zig:26   | Killed a royal mummy
232771 | Zig:26   | Killed a royal mummy
232771 | Zig:26   | Noticed a royal mummy
232772 | Zig:26   | Noticed a royal mummy
232777 | Zig:26   | Killed a royal mummy
232779 | Zig:26   | Killed a royal mummy
233512 | Zig:26   | Identified the ring of Yendor {Ice rPois Will- Slay+3}
233518 | Zig:26   | Identified the ring "Biallitt" {*Corrode rElec rF+ Str+4
                  | Dex+6}
233636 | Zig:26   | Identified the +0 ring mail of Exclusion {+Blink}
233637 | Zig:26   | Identified the +0 pair of gloves "Zoasowkidgh" {Harm
                  | Rampage Will++}
233640 | Zig:26   | Identified the +6 great mace of the Three Wishes {drain,
                  | +Blink Fly rF- Dex+7}
233648 | Zig:26   | Identified the +3 robe of Generosity {rN+ Will+}
233655 | Zig:26   | Identified the +4 halberd of Xigaifom {vorpal, *Rage rF+
                  | rN+ rCorr}
233656 | Zig:26   | Identified the +2 morningstar of the Slicing Queen {vorpal,
                  | rC- Int+3}
233674 | Zig:27   | Entered Level 27 of a ziggurat
233677 | Zig:27   | Noticed a juggernaut
233678 | Zig:27   | Noticed a juggernaut
233679 | Zig:27   | Noticed a juggernaut
233679 | Zig:27   | Noticed a juggernaut
233680 | Zig:27   | Noticed a juggernaut
233680 | Zig:27   | Noticed a juggernaut
233680 | Zig:27   | Noticed a juggernaut
233680 | Zig:27   | Noticed a juggernaut
233681 | Zig:27   | Noticed a juggernaut
233681 | Zig:27   | Noticed a juggernaut
233681 | Zig:27   | Noticed a juggernaut
233682 | Zig:27   | Noticed a juggernaut
233682 | Zig:27   | Noticed a juggernaut
233683 | Zig:27   | Noticed a juggernaut
233683 | Zig:27   | Noticed a juggernaut
233684 | Zig:27   | Noticed a juggernaut
233684 | Zig:27   | Noticed a juggernaut
233684 | Zig:27   | Noticed a juggernaut
233685 | Zig:27   | Noticed a juggernaut
233685 | Zig:27   | Noticed a juggernaut
233685 | Zig:27   | Noticed a juggernaut
233685 | Zig:27   | Noticed a juggernaut
233685 | Zig:27   | Noticed a juggernaut
233685 | Zig:27   | Noticed a juggernaut
233686 | Zig:27   | Noticed a juggernaut
233686 | Zig:27   | Noticed a juggernaut
233686 | Zig:27   | Noticed a juggernaut
233687 | Zig:27   | Noticed a juggernaut
233687 | Zig:27   | Noticed a juggernaut
233687 | Zig:27   | Noticed a juggernaut
233687 | Zig:27   | Noticed a juggernaut
233687 | Zig:27   | Noticed a juggernaut
233687 | Zig:27   | Noticed a juggernaut
233687 | Zig:27   | Noticed a juggernaut
233687 | Zig:27   | Noticed a juggernaut
233687 | Zig:27   | Noticed a juggernaut
233687 | Zig:27   | Noticed a juggernaut
233687 | Zig:27   | Noticed a juggernaut
233687 | Zig:27   | Noticed a juggernaut
233687 | Zig:27   | Noticed a juggernaut
233687 | Zig:27   | Noticed a juggernaut
233687 | Zig:27   | Noticed a juggernaut
233687 | Zig:27   | Noticed a juggernaut
233687 | Zig:27   | Noticed a juggernaut
233687 | Zig:27   | Noticed a juggernaut
233687 | Zig:27   | Noticed a juggernaut
233688 | Zig:27   | Noticed a juggernaut
233688 | Zig:27   | Noticed a juggernaut
233688 | Zig:27   | Killed a juggernaut
233688 | Zig:27   | Killed a juggernaut
233688 | Zig:27   | Killed a juggernaut
233688 | Zig:27   | Killed a juggernaut
233688 | Zig:27   | Killed a juggernaut
233688 | Zig:27   | Killed a juggernaut
233688 | Zig:27   | Killed a juggernaut
233688 | Zig:27   | Killed a juggernaut
233688 | Zig:27   | Killed a juggernaut
233688 | Zig:27   | Killed a juggernaut
233688 | Zig:27   | Killed a juggernaut
233688 | Zig:27   | Killed a juggernaut
233688 | Zig:27   | Killed a juggernaut
233688 | Zig:27   | Killed a juggernaut
233688 | Zig:27   | Killed a juggernaut
233688 | Zig:27   | Killed a juggernaut
233688 | Zig:27   | Killed a juggernaut
233688 | Zig:27   | Killed a juggernaut
233688 | Zig:27   | Killed a juggernaut
233688 | Zig:27   | Killed a juggernaut
233688 | Zig:27   | Killed a juggernaut
233688 | Zig:27   | Killed a juggernaut
233688 | Zig:27   | Killed a juggernaut
233688 | Zig:27   | Killed a juggernaut
233688 | Zig:27   | Killed a juggernaut
233688 | Zig:27   | Killed a juggernaut
233688 | Zig:27   | Killed a juggernaut
233688 | Zig:27   | Killed a juggernaut
233688 | Zig:27   | Noticed a juggernaut
233688 | Zig:27   | Noticed a juggernaut
233688 | Zig:27   | Noticed a juggernaut
233688 | Zig:27   | Noticed a juggernaut
233689 | Zig:27   | Noticed a juggernaut
233689 | Zig:27   | Noticed a juggernaut
233689 | Zig:27   | Noticed a juggernaut
233689 | Zig:27   | Noticed a juggernaut
233689 | Zig:27   | Noticed a juggernaut
233690 | Zig:27   | Noticed a juggernaut
233690 | Zig:27   | Noticed a juggernaut
233690 | Zig:27   | Noticed a juggernaut
233693 | Zig:27   | Noticed a juggernaut
233694 | Zig:27   | Killed a juggernaut
233694 | Zig:27   | Killed a juggernaut
233694 | Zig:27   | Killed a juggernaut
233694 | Zig:27   | Killed a juggernaut
233694 | Zig:27   | Killed a juggernaut
233694 | Zig:27   | Killed a juggernaut
233694 | Zig:27   | Killed a juggernaut
233694 | Zig:27   | Killed a juggernaut
233694 | Zig:27   | Killed a juggernaut
233694 | Zig:27   | Killed a juggernaut
233694 | Zig:27   | Killed a juggernaut
233695 | Zig:27   | Killed a juggernaut
233695 | Zig:27   | Killed a juggernaut
233695 | Zig:27   | Killed a juggernaut
233695 | Zig:27   | Killed a juggernaut
233695 | Zig:27   | Killed a juggernaut
233695 | Zig:27   | Killed a juggernaut
233695 | Zig:27   | Killed a juggernaut
233695 | Zig:27   | Killed a juggernaut
233695 | Zig:27   | Killed a juggernaut
233695 | Zig:27   | Killed a juggernaut
233695 | Zig:27   | Killed a juggernaut
233695 | Zig:27   | Killed a juggernaut
233695 | Zig:27   | Killed a juggernaut
233696 | Zig:27   | Killed a juggernaut
233696 | Zig:27   | Killed a juggernaut
233696 | Zig:27   | Killed a juggernaut
233696 | Zig:27   | Killed a juggernaut
233696 | Zig:27   | Noticed a juggernaut
233697 | Zig:27   | Noticed a juggernaut
233697 | Zig:27   | Noticed a juggernaut
233697 | Zig:27   | Noticed a juggernaut
233698 | Zig:27   | Noticed a juggernaut
233698 | Zig:27   | Noticed a juggernaut
233699 | Zig:27   | Noticed a juggernaut
233699 | Zig:27   | Noticed a juggernaut
233700 | Zig:27   | Noticed a juggernaut
233700 | Zig:27   | Noticed a juggernaut
233700 | Zig:27   | Noticed a juggernaut
233701 | Zig:27   | Killed a juggernaut
233701 | Zig:27   | Killed a juggernaut
233701 | Zig:27   | Killed a juggernaut
233702 | Zig:27   | Killed a juggernaut
233702 | Zig:27   | Killed a juggernaut
233702 | Zig:27   | Killed a juggernaut
233702 | Zig:27   | Killed a juggernaut
233702 | Zig:27   | Killed a juggernaut
233702 | Zig:27   | Killed a juggernaut
233702 | Zig:27   | Killed a juggernaut
233702 | Zig:27   | Killed a juggernaut
233702 | Zig:27   | Killed a juggernaut
233703 | Zig:27   | Killed a juggernaut
233703 | Zig:27   | Killed a juggernaut
233703 | Zig:27   | Killed a juggernaut
233703 | Zig:27   | Noticed a juggernaut
233703 | Zig:27   | Noticed a juggernaut
233704 | Zig:27   | Killed a juggernaut
233704 | Zig:27   | Noticed a juggernaut
233704 | Zig:27   | Noticed a juggernaut
233705 | Zig:27   | Noticed a juggernaut
233705 | Zig:27   | Noticed a juggernaut
233705 | Zig:27   | Noticed a juggernaut
233706 | Zig:27   | Noticed a juggernaut
233706 | Zig:27   | Noticed a juggernaut
233706 | Zig:27   | Noticed a juggernaut
233706 | Zig:27   | Noticed a juggernaut
233707 | Zig:27   | Killed a juggernaut
233707 | Zig:27   | Killed a juggernaut
233707 | Zig:27   | Killed a juggernaut
233708 | Zig:27   | Killed a juggernaut
233708 | Zig:27   | Killed a juggernaut
233708 | Zig:27   | Killed a juggernaut
233708 | Zig:27   | Killed a juggernaut
233708 | Zig:27   | Killed a juggernaut
233708 | Zig:27   | Killed a juggernaut
233708 | Zig:27   | Noticed a juggernaut
233708 | Zig:27   | Noticed a juggernaut
233708 | Zig:27   | Noticed a juggernaut
233709 | Zig:27   | Noticed a juggernaut
233710 | Zig:27   | Noticed a juggernaut
233710 | Zig:27   | Noticed a juggernaut
233710 | Zig:27   | Noticed a juggernaut
233710 | Zig:27   | Noticed a juggernaut
233711 | Zig:27   | Noticed a juggernaut
233711 | Zig:27   | Noticed a juggernaut
233711 | Zig:27   | Noticed a juggernaut
233711 | Zig:27   | Noticed a juggernaut
233711 | Zig:27   | Noticed a juggernaut
233712 | Zig:27   | Noticed a juggernaut
233712 | Zig:27   | Killed a juggernaut
233712 | Zig:27   | Killed a juggernaut
233712 | Zig:27   | Killed a juggernaut
233712 | Zig:27   | Killed a juggernaut
233712 | Zig:27   | Killed a juggernaut
233712 | Zig:27   | Killed a juggernaut
233712 | Zig:27   | Killed a juggernaut
233712 | Zig:27   | Killed a juggernaut
233712 | Zig:27   | Killed a juggernaut
233713 | Zig:27   | Killed a juggernaut
233713 | Zig:27   | Killed a juggernaut
233713 | Zig:27   | Killed a juggernaut
233713 | Zig:27   | Killed a juggernaut
233714 | Zig:27   | Killed a juggernaut
233714 | Zig:27   | Killed a juggernaut
233714 | Zig:27   | Noticed a juggernaut
233715 | Zig:27   | Killed a juggernaut
233716 | Zig:27   | Noticed a juggernaut
233717 | Zig:27   | Noticed a juggernaut
233718 | Zig:27   | Noticed a juggernaut
233719 | Zig:27   | Noticed a juggernaut
233720 | Zig:27   | Killed a juggernaut
233721 | Zig:27   | Killed a juggernaut
233721 | Zig:27   | Killed a juggernaut
233721 | Zig:27   | Killed a juggernaut
233722 | Zig:27   | Killed a juggernaut
234599 | Zig:27   | Identified the +4 scale mail of Existentialism {Harm Str+4
                  | Slay-6 SInv}
234600 | Zig:27   | Identified the ring "Ompybis" {AC+4 SInv}
234602 | Zig:27   | Identified the amulet "Jocuk" {RegenMP rPois rCorr}
234610 | Zig:27   | Identified the ring of Xasoa {*Corrode rElec rC+ Int+3
                  | SInv}
234625 | Zig:27   | Identified the ring "Muaddafu" {rN+ rCorr Str+4 Dex+6}
234722 | Zig:27   | Identified the +7 halberd of Tortfeasance {spect, rC+
                  | Dex+2}
234723 | Zig:27   | Identified the +1 quarterstaff of Toxkousch {pain, Str+6}
234724 | Zig:27   | Identified the +1 spear of the Nexus {venom, rN+ Int+3}
234725 | Zig:27   | Identified the +5 dire flail "Killer Bee's Peril" {freeze,
                  | +Blink rC+++ Str+4}
234730 | Zig:27   | Identified the +9 shortbow "Sarcophage" {vorpal, rElec rF+
                  | rC+}
234733 | Zig:27   | Identified the +7 long sword of Accidental Termination
                  | {freeze, rPois Int+4 Stlth+}
234805 | Depths:4 | Bought a potion of curing for 45 gold pieces
234805 | Depths:4 | Bought a potion of brilliance for 60 gold pieces
234805 | Depths:4 | Bought a potion of might for 60 gold pieces
234805 | Depths:4 | Bought a potion of cancellation for 120 gold pieces
234805 | Depths:4 | Bought a potion of curing for 45 gold pieces
234805 | Depths:4 | Bought a potion of invisibility for 120 gold pieces
234805 | Depths:4 | Bought a potion of heal wounds for 75 gold pieces
234819 | Zig:1    | Entered Level 1 of a ziggurat
234896 | Zig:2    | Entered Level 2 of a ziggurat
234986 | Zig:3    | Entered Level 3 of a ziggurat
235174 | Zig:4    | Entered Level 4 of a ziggurat
235270 | Zig:4    | Identified the +3 crystal plate armour of Tenacity {+Blink
                  | rCorr Dex-5 Slay-4}
235350 | Zig:5    | Entered Level 5 of a ziggurat
235350 | Zig:5    | Noticed a juggernaut
235350 | Zig:5    | Noticed a juggernaut
235350 | Zig:5    | Noticed a juggernaut
235350 | Zig:5    | Noticed a juggernaut
235350 | Zig:5    | Noticed a juggernaut
235350 | Zig:5    | Noticed a juggernaut
235350 | Zig:5    | Noticed a juggernaut
235350 | Zig:5    | Noticed a juggernaut
235350 | Zig:5    | Noticed a juggernaut
235350 | Zig:5    | Noticed a juggernaut
235350 | Zig:5    | Noticed a juggernaut
235351 | Zig:5    | Killed a juggernaut
235351 | Zig:5    | Killed a juggernaut
235351 | Zig:5    | Killed a juggernaut
235351 | Zig:5    | Killed a juggernaut
235351 | Zig:5    | Killed a juggernaut
235351 | Zig:5    | Killed a juggernaut
235351 | Zig:5    | Killed a juggernaut
235351 | Zig:5    | Killed a juggernaut
235351 | Zig:5    | Killed a juggernaut
235353 | Zig:5    | Noticed a juggernaut
235355 | Zig:5    | Killed a juggernaut
235355 | Zig:5    | Killed a juggernaut
235356 | Zig:5    | Killed a juggernaut
235589 | Zig:5    | Acquired 1002 gold pieces
235590 | Zig:5    | Acquired 410 gold pieces
235598 | Zig:6    | Entered Level 6 of a ziggurat
235795 | Zig:6    | Identified the amulet of Raita {Reflect Drain Int+6 Dex+7
                  | SH+5}
235829 | Zig:6    | Identified the +3 fustibalus of the Unliving {flame, Fly
                  | rF- rC- rCorr Dex+8}
235843 | Zig:6    | Identified the +0 scale mail "Reuhust" {Str+6}
235851 | Zig:6    | Identified the +7 hand axe of the Desert {freeze, rF- Str-3
                  | Int+6}
235885 | Zig:7    | Entered Level 7 of a ziggurat
235941 | Zig:7    | Identified the ring "Suadah" {rCorr MP+9 Str+6}
236194 | Zig:8    | Entered Level 8 of a ziggurat
236506 | Zig:9    | Entered Level 9 of a ziggurat
236506 | Zig:9    | Noticed an ancient lich
236506 | Zig:9    | Noticed a dread lich
236506 | Zig:9    | Noticed an ancient lich
236506 | Zig:9    | Noticed an ancient lich
236506 | Zig:9    | Noticed an ancient lich
236506 | Zig:9    | Noticed a dread lich
236506 | Zig:9    | Noticed a dread lich
236506 | Zig:9    | Noticed a dread lich
236507 | Zig:9    | Killed a dread lich
236507 | Zig:9    | Killed an ancient lich
236507 | Zig:9    | Killed an ancient lich
236507 | Zig:9    | Killed a dread lich
236507 | Zig:9    | Killed a dread lich
236507 | Zig:9    | Killed a dread lich
236508 | Zig:9    | Killed an ancient lich
236508 | Zig:9    | Killed an ancient lich
236508 | Zig:9    | Noticed a dread lich
236509 | Zig:9    | Noticed a dread lich
236510 | Zig:9    | Noticed an ancient lich
236511 | Zig:9    | Noticed a dread lich
236511 | Zig:9    | Noticed an ancient lich
236511 | Zig:9    | Noticed a dread lich
236514 | Zig:9    | Killed a dread lich
236514 | Zig:9    | Killed an ancient lich
236514 | Zig:9    | Killed a dread lich
236514 | Zig:9    | Killed a dread lich
236515 | Zig:9    | Killed an ancient lich
236515 | Zig:9    | Killed a dread lich
236553 | Zig:9    | Identified the ring of Digguc Joad {Str+6 Dex+3}
236873 | Zig:10   | Entered Level 10 of a ziggurat
236873 | Zig:10   | Noticed a juggernaut
236873 | Zig:10   | Noticed a juggernaut
236873 | Zig:10   | Noticed a juggernaut
236873 | Zig:10   | Noticed a juggernaut
236873 | Zig:10   | Noticed a juggernaut
236873 | Zig:10   | Noticed a juggernaut
236873 | Zig:10   | Noticed a juggernaut
236873 | Zig:10   | Noticed a juggernaut
236873 | Zig:10   | Noticed a juggernaut
236873 | Zig:10   | Noticed a juggernaut
236874 | Zig:10   | Killed a juggernaut
236874 | Zig:10   | Killed a juggernaut
236874 | Zig:10   | Killed a juggernaut
236874 | Zig:10   | Killed a juggernaut
236874 | Zig:10   | Killed a juggernaut
236874 | Zig:10   | Killed a juggernaut
236874 | Zig:10   | Killed a juggernaut
236874 | Zig:10   | Killed a juggernaut
236874 | Zig:10   | Killed a juggernaut
236875 | Zig:10   | Noticed a juggernaut
236875 | Zig:10   | Noticed a juggernaut
236877 | Zig:10   | Noticed a juggernaut
236877 | Zig:10   | Noticed a juggernaut
236878 | Zig:10   | Noticed a juggernaut
236878 | Zig:10   | Noticed a juggernaut
236878 | Zig:10   | Noticed a juggernaut
236880 | Zig:10   | Noticed a juggernaut
236880 | Zig:10   | Noticed a juggernaut
236881 | Zig:10   | Noticed a juggernaut
236882 | Zig:10   | Killed a juggernaut
236883 | Zig:10   | Killed a juggernaut
236885 | Zig:10   | Killed a juggernaut
236885 | Zig:10   | Killed a juggernaut
236885 | Zig:10   | Killed a juggernaut
236886 | Zig:10   | Killed a juggernaut
236886 | Zig:10   | Killed a juggernaut
236886 | Zig:10   | Killed a juggernaut
236886 | Zig:10   | Killed a juggernaut
236887 | Zig:10   | Killed a juggernaut
236887 | Zig:10   | Killed a juggernaut
237234 | Zig:10   | Identified the ring "Itryc" {rPois rF+ Will+ EV+4}
237271 | Zig:10   | Identified the +10 falchion "Goblinbane" {freeze, Str+3}
237295 | Zig:10   | Identified the +5 quarterstaff of Lurettel {pain, rElec rC-
                  | Str+6 Dex+4}
237297 | Zig:10   | Identified the +4 ring mail "Unidagy" {Rampage rN+ Str+2
                  | SInv}
237399 | Zig:10   | Acquired 1039 gold pieces
237406 | Zig:11   | Entered Level 11 of a ziggurat
237407 | Zig:11   | Noticed an ancient lich
237408 | Zig:11   | Noticed an ancient lich
237408 | Zig:11   | Noticed an ancient lich
237409 | Zig:11   | Noticed an ancient lich
237409 | Zig:11   | Noticed a dread lich
237409 | Zig:11   | Killed an ancient lich
237409 | Zig:11   | Killed a dread lich
237411 | Zig:11   | Noticed an ancient lich
237412 | Zig:11   | Noticed an ancient lich
237413 | Zig:11   | Killed an ancient lich
237413 | Zig:11   | Killed an ancient lich
237413 | Zig:11   | Killed an ancient lich
237413 | Zig:11   | Killed an ancient lich
237413 | Zig:11   | Killed an ancient lich
237414 | Zig:11   | Noticed an ancient lich
237415 | Zig:11   | Noticed a dread lich
237418 | Zig:11   | Killed an ancient lich
237418 | Zig:11   | Killed a dread lich
237422 | Zig:11   | Noticed a dread lich
237432 | Zig:11   | Killed a dread lich
237613 | Zig:11   | Identified the +1 ring mail "Enteh" {Regen+ Str+5}
237637 | Zig:11   | Identified the +8 long sword of Internal Strife {vorpal,
                  | Fragile rElec Will- Dex+8}
237670 | Zig:11   | Identified the ring "Curaythi" {Str+6 Dex+5}
237779 | Zig:11   | Identified the ring of Bul Dyf {rPois rC+ MP+9}
237788 | Zig:12   | Entered Level 12 of a ziggurat
237788 | Zig:12   | Noticed a juggernaut
237788 | Zig:12   | Noticed a juggernaut
237788 | Zig:12   | Noticed a juggernaut
237788 | Zig:12   | Noticed a juggernaut
237788 | Zig:12   | Noticed a juggernaut
237788 | Zig:12   | Noticed a juggernaut
237788 | Zig:12   | Noticed a juggernaut
237789 | Zig:12   | Noticed a juggernaut
237789 | Zig:12   | Noticed a juggernaut
237789 | Zig:12   | Noticed a juggernaut
237790 | Zig:12   | Noticed a juggernaut
237790 | Zig:12   | Noticed a juggernaut
237790 | Zig:12   | Noticed a juggernaut
237790 | Zig:12   | Noticed a juggernaut
237790 | Zig:12   | Noticed a juggernaut
237790 | Zig:12   | Noticed a juggernaut
237792 | Zig:12   | Noticed a juggernaut
237792 | Zig:12   | Noticed a juggernaut
237792 | Zig:12   | Noticed a juggernaut
237793 | Zig:12   | Noticed a juggernaut
237793 | Zig:12   | Noticed a juggernaut
237793 | Zig:12   | Noticed a juggernaut
237793 | Zig:12   | Noticed a juggernaut
237793 | Zig:12   | Noticed a juggernaut
237793 | Zig:12   | Noticed a juggernaut
237793 | Zig:12   | Noticed a juggernaut
237793 | Zig:12   | Noticed a juggernaut
237793 | Zig:12   | Noticed a juggernaut
237793 | Zig:12   | Noticed a juggernaut
237793 | Zig:12   | Noticed a juggernaut
237793 | Zig:12   | Noticed a juggernaut
237793 | Zig:12   | Noticed a juggernaut
237793 | Zig:12   | Noticed a juggernaut
237793 | Zig:12   | Noticed a juggernaut
237793 | Zig:12   | Noticed a juggernaut
237793 | Zig:12   | Noticed a juggernaut
237793 | Zig:12   | Noticed a juggernaut
237793 | Zig:12   | Noticed a juggernaut
237794 | Zig:12   | Killed a juggernaut
237794 | Zig:12   | Killed a juggernaut
237794 | Zig:12   | Killed a juggernaut
237794 | Zig:12   | Killed a juggernaut
237794 | Zig:12   | Killed a juggernaut
237794 | Zig:12   | Killed a juggernaut
237794 | Zig:12   | Killed a juggernaut
237794 | Zig:12   | Killed a juggernaut
237794 | Zig:12   | Killed a juggernaut
237794 | Zig:12   | Killed a juggernaut
237794 | Zig:12   | Killed a juggernaut
237794 | Zig:12   | Killed a juggernaut
237794 | Zig:12   | Killed a juggernaut
237794 | Zig:12   | Killed a juggernaut
237794 | Zig:12   | Killed a juggernaut
237794 | Zig:12   | Killed a juggernaut
237794 | Zig:12   | Killed a juggernaut
237794 | Zig:12   | Killed a juggernaut
237794 | Zig:12   | Killed a juggernaut
237794 | Zig:12   | Killed a juggernaut
237794 | Zig:12   | Killed a juggernaut
237794 | Zig:12   | Killed a juggernaut
237794 | Zig:12   | Killed a juggernaut
237794 | Zig:12   | Killed a juggernaut
237794 | Zig:12   | Killed a juggernaut
237794 | Zig:12   | Killed a juggernaut
237794 | Zig:12   | Killed a juggernaut
237794 | Zig:12   | Killed a juggernaut
237794 | Zig:12   | Killed a juggernaut
237795 | Zig:12   | Killed a juggernaut
237795 | Zig:12   | Killed a juggernaut
237795 | Zig:12   | Killed a juggernaut
237795 | Zig:12   | Killed a juggernaut
237795 | Zig:12   | Killed a juggernaut
237795 | Zig:12   | Killed a juggernaut
237795 | Zig:12   | Noticed a juggernaut
237795 | Zig:12   | Noticed a juggernaut
237796 | Zig:12   | Killed a juggernaut
237797 | Zig:12   | Killed a juggernaut
237797 | Zig:12   | Killed a juggernaut
237798 | Zig:12   | Killed a juggernaut
237798 | Zig:12   | Noticed a juggernaut
237803 | Zig:12   | Killed a juggernaut
237805 | Zig:12   | Killed a juggernaut
238092 | Zig:12   | Identified the +8 lajatang of Disaster {holy, *Rage rPois
                  | rC+ rN+++}
238135 | Zig:12   | Identified the -4 pair of gloves of Hedge Wizardry {rF+
                  | rCorr Int-2 SInv}
238161 | Zig:12   | Identified the +6 battleaxe of Yredelemnul's Fury {vorpal,
                  | rF++ Int+3}
238229 | Zig:13   | Entered Level 13 of a ziggurat
238229 | Zig:13   | Noticed a dread lich
238229 | Zig:13   | Noticed an ancient lich
238230 | Zig:13   | Noticed a dread lich
238230 | Zig:13   | Noticed a dread lich
238230 | Zig:13   | Noticed an ancient lich
238231 | Zig:13   | Noticed an ancient lich
238232 | Zig:13   | Noticed an ancient lich
238232 | Zig:13   | Noticed a dread lich
238232 | Zig:13   | Noticed a dread lich
238232 | Zig:13   | Noticed an ancient lich
238233 | Zig:13   | Noticed a dread lich
238233 | Zig:13   | Noticed an ancient lich
238233 | Zig:13   | Noticed an ancient lich
238233 | Zig:13   | Noticed a dread lich
238234 | Zig:13   | Noticed a dread lich
238234 | Zig:13   | Noticed a dread lich
238234 | Zig:13   | Noticed an ancient lich
238234 | Zig:13   | Noticed a dread lich
238234 | Zig:13   | Noticed an ancient lich
238234 | Zig:13   | Noticed a dread lich
238234 | Zig:13   | Noticed a dread lich
238235 | Zig:13   | Noticed an ancient lich
238235 | Zig:13   | Noticed an ancient lich
238235 | Zig:13   | Noticed a dread lich
238235 | Zig:13   | Noticed a dread lich
238235 | Zig:13   | Noticed an ancient lich
238235 | Zig:13   | Noticed an ancient lich
238235 | Zig:13   | Noticed an ancient lich
238235 | Zig:13   | Noticed an ancient lich
238235 | Zig:13   | Noticed a dread lich
238235 | Zig:13   | Noticed a dread lich
238235 | Zig:13   | Noticed an ancient lich
238235 | Zig:13   | Noticed a dread lich
238235 | Zig:13   | Noticed a dread lich
238235 | Zig:13   | Noticed a dread lich
238235 | Zig:13   | Noticed a dread lich
238235 | Zig:13   | Noticed a dread lich
238235 | Zig:13   | Noticed a dread lich
238235 | Zig:13   | Noticed an ancient lich
238235 | Zig:13   | Paralysed by a floating eye for 4 turns
238236 | Zig:13   | Noticed a dread lich
238240 | Zig:13   | Killed a dread lich
238240 | Zig:13   | Killed a dread lich
238240 | Zig:13   | Killed an ancient lich
238240 | Zig:13   | Killed a dread lich
238240 | Zig:13   | Killed a dread lich
238240 | Zig:13   | Killed an ancient lich
238240 | Zig:13   | Killed an ancient lich
238240 | Zig:13   | Killed an ancient lich
238240 | Zig:13   | Killed a dread lich
238240 | Zig:13   | Killed an ancient lich
238240 | Zig:13   | Killed a dread lich
238240 | Zig:13   | Killed an ancient lich
238240 | Zig:13   | Killed a dread lich
238240 | Zig:13   | Killed a dread lich
238240 | Zig:13   | Killed a dread lich
238240 | Zig:13   | Killed a dread lich
238240 | Zig:13   | Killed a dread lich
238240 | Zig:13   | Killed an ancient lich
238240 | Zig:13   | Killed an ancient lich
238240 | Zig:13   | Killed a dread lich
238240 | Zig:13   | Killed an ancient lich
238240 | Zig:13   | Killed an ancient lich
238240 | Zig:13   | Killed a dread lich
238240 | Zig:13   | Killed a dread lich
238240 | Zig:13   | Killed an ancient lich
238240 | Zig:13   | Killed an ancient lich
238240 | Zig:13   | Killed an ancient lich
238240 | Zig:13   | Killed a dread lich
238240 | Zig:13   | Killed a dread lich
238240 | Zig:13   | Killed an ancient lich
238240 | Zig:13   | Killed a dread lich
238240 | Zig:13   | Killed a dread lich
238240 | Zig:13   | Killed an ancient lich
238240 | Zig:13   | Killed an ancient lich
238241 | Zig:13   | Killed a dread lich
238241 | Zig:13   | Killed a dread lich
238241 | Zig:13   | Killed a dread lich
238241 | Zig:13   | Killed an ancient lich
238241 | Zig:13   | Killed a dread lich
238242 | Zig:13   | Noticed an ancient lich
238243 | Zig:13   | Killed an ancient lich
238244 | Zig:13   | Noticed a dread lich
238245 | Zig:13   | Killed a dread lich
238245 | Zig:13   | Noticed an ancient lich
238247 | Zig:13   | Killed a dread lich
238250 | Zig:13   | Killed an ancient lich
238439 | Zig:13   | Identified the +9 trident "Kusoex" {flame, Int+5 Stlth-}
238450 | Zig:13   | Identified the ring "Maumoh" {rN+ Str+3}
238548 | Zig:13   | Identified the +10 quarterstaff "Impslayer" {freeze, rF+
                  | Will+ Stlth+}
238651 | Zig:14   | Entered Level 14 of a ziggurat
238651 | Zig:14   | Noticed a dread lich
238657 | Zig:14   | Killed a dread lich
238702 | Zig:14   | Noticed an ancient lich
238706 | Zig:14   | Killed an ancient lich
238993 | Zig:14   | Identified the ring of Foxeuc {Ice rN+ Slay+2 Stlth-}
239000 | Zig:14   | Identified the ring "Ciolac" {rC+ rN+ Will+ Dex+4}
239044 | Zig:15   | Entered Level 15 of a ziggurat
239172 | Zig:15   | Identified the ring "Wogyn" {rElec EV+4 Dex+4}
239175 | Zig:15   | Identified the +3 hunting sling "Dragonbane" {flame, rF-
                  | rC+ Dex+4}
239187 | Zig:15   | Identified the +4 dagger "Edwiph" {venom, Dex+4}
239193 | Zig:15   | Identified the +5 morningstar of Domination {protect,
                  | Str+4}
239215 | Zig:15   | Identified the +7 dagger of the Shrike {chaos, Fragile
                  | rElec rC+++ Dex+5}
239277 | Zig:15   | Identified the ring "Cisoreol" {+Blink rC+ Will+ EV+4}
239672 | Zig:16   | Entered Level 16 of a ziggurat
239672 | Zig:16   | Noticed an orb of fire
239672 | Zig:16   | Noticed an orb of fire
239673 | Zig:16   | Noticed an orb of fire
239674 | Zig:16   | Noticed an orb of fire
239674 | Zig:16   | Noticed an orb of fire
239677 | Zig:16   | Killed an orb of fire
239677 | Zig:16   | Killed an orb of fire
239677 | Zig:16   | Noticed an orb of fire
239680 | Zig:16   | Noticed an orb of fire
239680 | Zig:16   | Noticed an orb of fire
239680 | Zig:16   | Noticed an orb of fire
239681 | Zig:16   | Killed an orb of fire
239681 | Zig:16   | Killed an orb of fire
239681 | Zig:16   | Killed an orb of fire
239681 | Zig:16   | Noticed an orb of fire
239681 | Zig:16   | Noticed an orb of fire
239682 | Zig:16   | Noticed an orb of fire
239682 | Zig:16   | Noticed an orb of fire
239683 | Zig:16   | Killed an orb of fire
239683 | Zig:16   | Killed an orb of fire
239683 | Zig:16   | Noticed an orb of fire
239683 | Zig:16   | Noticed an orb of fire
239683 | Zig:16   | Noticed an orb of fire
239684 | Zig:16   | Killed an orb of fire
239684 | Zig:16   | Noticed an orb of fire
239684 | Zig:16   | Noticed an orb of fire
239684 | Zig:16   | Noticed an orb of fire
239685 | Zig:16   | Noticed an orb of fire
239686 | Zig:16   | Killed an orb of fire
239686 | Zig:16   | Killed an orb of fire
239686 | Zig:16   | Noticed an orb of fire
239686 | Zig:16   | Noticed an orb of fire
239686 | Zig:16   | Noticed an orb of fire
239686 | Zig:16   | Noticed an orb of fire
239687 | Zig:16   | Killed an orb of fire
239687 | Zig:16   | Noticed an orb of fire
239687 | Zig:16   | Noticed an orb of fire
239687 | Zig:16   | Noticed an orb of fire
239687 | Zig:16   | Noticed an orb of fire
239688 | Zig:16   | Noticed an orb of fire
239688 | Zig:16   | Killed an orb of fire
239688 | Zig:16   | Killed an orb of fire
239688 | Zig:16   | Noticed an orb of fire
239689 | Zig:16   | Killed an orb of fire
239689 | Zig:16   | Killed an orb of fire
239689 | Zig:16   | Noticed an orb of fire
239689 | Zig:16   | Noticed an orb of fire
239690 | Zig:16   | Killed an orb of fire
239690 | Zig:16   | Killed an orb of fire
239690 | Zig:16   | Killed an orb of fire
239690 | Zig:16   | Noticed an orb of fire
239691 | Zig:16   | Killed an orb of fire
239691 | Zig:16   | Killed an orb of fire
239691 | Zig:16   | Killed an orb of fire
239691 | Zig:16   | Killed an orb of fire
239691 | Zig:16   | Killed an orb of fire
239691 | Zig:16   | Noticed an orb of fire
239691 | Zig:16   | Noticed an orb of fire
239691 | Zig:16   | Noticed an orb of fire
239692 | Zig:16   | Killed an orb of fire
239692 | Zig:16   | Killed an orb of fire
239692 | Zig:16   | Noticed an orb of fire
239692 | Zig:16   | Noticed an orb of fire
239692 | Zig:16   | Noticed an orb of fire
239692 | Zig:16   | Noticed an orb of fire
239693 | Zig:16   | Killed an orb of fire
239693 | Zig:16   | Killed an orb of fire
239693 | Zig:16   | Noticed an orb of fire
239693 | Zig:16   | Noticed an orb of fire
239694 | Zig:16   | Killed an orb of fire
239695 | Zig:16   | Killed an orb of fire
239695 | Zig:16   | Killed an orb of fire
239695 | Zig:16   | Killed an orb of fire
239695 | Zig:16   | Killed an orb of fire
239695 | Zig:16   | Killed an orb of fire
239695 | Zig:16   | Killed an orb of fire
239695 | Zig:16   | Noticed an orb of fire
239695 | Zig:16   | Noticed an orb of fire
239695 | Zig:16   | Noticed an orb of fire
239695 | Zig:16   | Noticed an orb of fire
239696 | Zig:16   | Killed an orb of fire
239696 | Zig:16   | Killed an orb of fire
239696 | Zig:16   | Killed an orb of fire
239696 | Zig:16   | Killed an orb of fire
239696 | Zig:16   | Noticed an orb of fire
239696 | Zig:16   | Noticed an orb of fire
239697 | Zig:16   | Killed an orb of fire
239697 | Zig:16   | Killed an orb of fire
239697 | Zig:16   | Killed an orb of fire
239697 | Zig:16   | Noticed an orb of fire
239698 | Zig:16   | Killed an orb of fire
239698 | Zig:16   | Killed an orb of fire
239698 | Zig:16   | Killed an orb of fire
239699 | Zig:16   | Killed an orb of fire
239700 | Zig:16   | Killed an orb of fire
239700 | Zig:16   | Noticed an orb of fire
239701 | Zig:16   | Noticed an orb of fire
239701 | Zig:16   | Noticed an orb of fire
239702 | Zig:16   | Killed an orb of fire
239703 | Zig:16   | Killed an orb of fire
239703 | Zig:16   | Killed an orb of fire
239703 | Zig:16   | Killed an orb of fire
239703 | Zig:16   | Killed an orb of fire
239703 | Zig:16   | Noticed an orb of fire
239704 | Zig:16   | Killed an orb of fire
239704 | Zig:16   | Noticed an orb of fire
239708 | Zig:16   | Killed an orb of fire
239708 | Zig:16   | Killed an orb of fire
239708 | Zig:16   | Noticed an orb of fire
239708 | Zig:16   | Noticed an orb of fire
239713 | Zig:16   | Noticed an orb of fire
239715 | Zig:16   | Noticed an orb of fire
239715 | Zig:16   | Killed an orb of fire
239715 | Zig:16   | Killed an orb of fire
239716 | Zig:16   | Noticed an orb of fire
239718 | Zig:16   | Killed an orb of fire
239718 | Zig:16   | Killed an orb of fire
239719 | Zig:16   | Noticed an orb of fire
239720 | Zig:16   | Killed an orb of fire
239721 | Zig:16   | Noticed an orb of fire
239724 | Zig:16   | Killed an orb of fire
239724 | Zig:16   | Noticed an orb of fire
239724 | Zig:16   | Noticed an orb of fire
239725 | Zig:16   | Noticed an orb of fire
239726 | Zig:16   | Killed an orb of fire
239726 | Zig:16   | Noticed an orb of fire
239726 | Zig:16   | Noticed an orb of fire
239726 | Zig:16   | Noticed an orb of fire
239727 | Zig:16   | Noticed an orb of fire
239728 | Zig:16   | Noticed an orb of fire
239729 | Zig:16   | Killed an orb of fire
239729 | Zig:16   | Killed an orb of fire
239729 | Zig:16   | Killed an orb of fire
239730 | Zig:16   | Killed an orb of fire
239730 | Zig:16   | Killed an orb of fire
239730 | Zig:16   | Noticed an orb of fire
239731 | Zig:16   | Noticed an orb of fire
239731 | Zig:16   | Noticed an orb of fire
239731 | Zig:16   | Noticed an orb of fire
239732 | Zig:16   | Killed an orb of fire
239732 | Zig:16   | Noticed an orb of fire
239732 | Zig:16   | Noticed an orb of fire
239733 | Zig:16   | Killed an orb of fire
239733 | Zig:16   | Killed an orb of fire
239733 | Zig:16   | Noticed an orb of fire
239734 | Zig:16   | Killed an orb of fire
239734 | Zig:16   | Killed an orb of fire
239734 | Zig:16   | Noticed an orb of fire
239735 | Zig:16   | Killed an orb of fire
239735 | Zig:16   | Killed an orb of fire
239736 | Zig:16   | Noticed an orb of fire
239736 | Zig:16   | Killed an orb of fire
239736 | Zig:16   | Killed an orb of fire
239736 | Zig:16   | Killed an orb of fire
239736 | Zig:16   | Killed an orb of fire
239737 | Zig:16   | Noticed an orb of fire
239740 | Zig:16   | Killed an orb of fire
239744 | Zig:16   | Killed an orb of fire
239746 | Zig:16   | Noticed an orb of fire
239752 | Zig:16   | Killed an orb of fire
239973 | Zig:16   | Identified the ring of Afofo {+Blink MP+9}
239990 | Zig:16   | Identified the +3 pair of gloves of Sugib {rF+}
240020 | Zig:16   | Identified the +2 dagger of a Gauntlet {distort, rF+ Int+4
                  | Stlth-}
240028 | Zig:16   | Identified the +7 morningstar of the Candelabrum {vorpal,
                  | rF++ Str-5 Int+4}
240042 | Zig:17   | Entered Level 17 of a ziggurat
240166 | Zig:17   | Identified the +10 great mace of Murenak {drain, Int+5}
240184 | Zig:17   | Identified the +8 great sword of Innocence {spect, rN+}
240188 | Zig:17   | Identified the amulet of Leschef {Acrobat rF- Str+2 Int+2}
240194 | Zig:17   | Identified the ring "Koyrphe" {Fly MP-9 Str+5 Dex+2}
240221 | Zig:17   | Identified the +10 great sword of the Skies Above {elec,
                  | rF+ Dex+5}
240229 | Zig:17   | Identified the +10 short sword of Gejykk {drain, Str+5}
240305 | Zig:17   | Identified the ring of Isionele {*Slow +Blink rElec rC+}
240639 | Zig:18   | Entered Level 18 of a ziggurat
240856 | Zig:18   | Identified the +0 leather armour "Moufucoh" {Dex+4}
240880 | Zig:18   | Identified the ring of Keewid {rC+ Dex+3 Slay+3 SInv}
241047 | Zig:18   | Identified the +7 war axe of Biytsegom {elec, *Slow rCorr
                  | Int+10 Dex-4}
241049 | Zig:18   | Identified the amulet "Ena Hiol" {RegenMP Harm *Corrode
                  | Will+++ Dex-2}
241061 | Zig:18   | Identified the +8 lajatang of the Sky {antimagic, rElec rN+
                  | Dex-5}
241066 | Zig:18   | Identified the ring of Zyriu {rC+ rCorr Dex+2}
241142 | Zig:18   | Identified the +10 falchion "Xom's Passing Interest"
                  | {protect, rF++ rC-}
241149 | Zig:18   | Identified the +0 robe of Wyarchil {rElec rC+ rN++ Dex-5}
241169 | Zig:19   | Entered Level 19 of a ziggurat
241182 | Zig:19   | Noticed a dread lich
241184 | Zig:19   | Noticed an ancient lich
241189 | Zig:19   | Killed a dread lich
241190 | Zig:19   | Killed an ancient lich
241355 | Zig:19   | Identified the ring of Rupsis {rPois rCorr EV+4 Str+6
                  | Stlth-}
241357 | Zig:19   | Identified the -2 hat of Kikubaaqudgha's Grace {+Inv Int+4}
241373 | Zig:19   | Identified the +6 plate armour of Fortitude {Fly rPois
                  | rCorr Stlth-}
241383 | Zig:19   | Identified the +7 war axe "Leurhur" {freeze, rCorr Dex+3}
241437 | Zig:19   | Identified the +4 great sword "Ethien" {freeze, rN+ Will+
                  | Int+3}
241439 | Zig:19   | Identified the +3 chain mail "Hule" {rN+ Will+ Dex+3
                  | Slay-3}
241669 | Zig:19   | Identified the +0 pair of gloves "Kariwuid" {rF- rC+ rCorr}
242103 | Zig:19   | Identified the +1 tower shield "Haclog" {SInv}
242113 | Zig:19   | Acquired 494 gold pieces
242114 | Zig:19   | Acquired 898 gold pieces
242121 | Zig:20   | Entered Level 20 of a ziggurat
242616 | Zig:20   | Identified the ring "Wooshrio" {rN+ EV+4}
242832 | Zig:20   | Identified the +3 great sword "Esurri" {vorpal, +Blink
                  | rPois rF- rC++}
242838 | Zig:20   | Identified the +1 chain mail of Valour {rElec Dex+3}
242871 | Zig:20   | Identified the +1 pair of gloves of Inference {Contam Harm
                  | rN++ SInv}
242883 | Zig:20   | Identified the ring of Conformity {+Blink rCorr SInv}
242893 | Zig:20   | Identified the -1 cloak of the Realm of Zot {+Inv Stlth+}
242898 | Zig:20   | Identified the amulet "Necyryj" {Faith Int+4}
242916 | Zig:20   | Identified the +7 hand crossbow "Impbane" {elec, Contam
                  | rN++ Int+3}
242970 | Zig:20   | Identified the +5 flail "Soamogh" {freeze, +Blink Fly Str-4
                  | Dex-5 Stlth+}
243004 | Zig:20   | Identified the +0 helmet "Gofanati" {rC++ Str+2}
243077 | Zig:20   | Identified the +2 buckler of Noon {Will+ rCorr Int+4 Dex+3}
243079 | Zig:20   | Identified the +10 hand axe "Isiduch" {vamp, rF+ Int+2}
243081 | Zig:20   | Identified the +9 morningstar of Proximity {flame, rElec
                  | rF+ Str+2 Int+3}
243082 | Zig:20   | Identified the +7 scythe of Calamity {vorpal, rN+ Str+6
                  | Dex-2}
243103 | Zig:21   | Entered Level 21 of a ziggurat
243103 | Zig:21   | Noticed a royal mummy
243103 | Zig:21   | Noticed a royal mummy
243103 | Zig:21   | Noticed a royal mummy
243103 | Zig:21   | Noticed a royal mummy
243103 | Zig:21   | Noticed a royal mummy
243103 | Zig:21   | Noticed a royal mummy
243103 | Zig:21   | Noticed a royal mummy
243103 | Zig:21   | Noticed a royal mummy
243103 | Zig:21   | Noticed a royal mummy
243103 | Zig:21   | Noticed a royal mummy
243103 | Zig:21   | Noticed a royal mummy
243103 | Zig:21   | Noticed a royal mummy
243103 | Zig:21   | Noticed a royal mummy
243103 | Zig:21   | Noticed a royal mummy
243103 | Zig:21   | Noticed a royal mummy
243104 | Zig:21   | Killed a royal mummy
243104 | Zig:21   | Killed a royal mummy
243104 | Zig:21   | Killed a royal mummy
243104 | Zig:21   | Killed a royal mummy
243104 | Zig:21   | Killed a royal mummy
243104 | Zig:21   | Killed a royal mummy
243104 | Zig:21   | Killed a royal mummy
243104 | Zig:21   | Killed a royal mummy
243104 | Zig:21   | Killed a royal mummy
243104 | Zig:21   | Killed a royal mummy
243104 | Zig:21   | Killed a royal mummy
243104 | Zig:21   | Killed a royal mummy
243104 | Zig:21   | Killed a royal mummy
243105 | Zig:21   | Noticed a royal mummy
243105 | Zig:21   | Noticed a royal mummy
243105 | Zig:21   | Noticed a royal mummy
243105 | Zig:21   | Noticed a royal mummy
243105 | Zig:21   | Noticed a royal mummy
243105 | Zig:21   | Noticed a royal mummy
243105 | Zig:21   | Noticed a royal mummy
243106 | Zig:21   | Noticed a royal mummy
243106 | Zig:21   | Noticed a royal mummy
243107 | Zig:21   | Noticed a royal mummy
243107 | Zig:21   | Noticed a royal mummy
243107 | Zig:21   | Noticed a royal mummy
243107 | Zig:21   | Noticed a royal mummy
243107 | Zig:21   | Noticed a royal mummy
243107 | Zig:21   | Noticed a royal mummy
243107 | Zig:21   | Noticed a royal mummy
243107 | Zig:21   | Noticed a royal mummy
243107 | Zig:21   | Noticed a royal mummy
243107 | Zig:21   | Noticed a royal mummy
243107 | Zig:21   | Noticed a royal mummy
243107 | Zig:21   | Noticed a royal mummy
243108 | Zig:21   | Killed a royal mummy
243108 | Zig:21   | Killed a royal mummy
243108 | Zig:21   | Killed a royal mummy
243108 | Zig:21   | Killed a royal mummy
243108 | Zig:21   | Killed a royal mummy
243108 | Zig:21   | Killed a royal mummy
243108 | Zig:21   | Killed a royal mummy
243108 | Zig:21   | Killed a royal mummy
243108 | Zig:21   | Killed a royal mummy
243108 | Zig:21   | Killed a royal mummy
243108 | Zig:21   | Killed a royal mummy
243108 | Zig:21   | Killed a royal mummy
243108 | Zig:21   | Killed a royal mummy
243108 | Zig:21   | Killed a royal mummy
243108 | Zig:21   | Killed a royal mummy
243108 | Zig:21   | Killed a royal mummy
243108 | Zig:21   | Killed a royal mummy
243108 | Zig:21   | Killed a royal mummy
243108 | Zig:21   | Killed a royal mummy
243108 | Zig:21   | Noticed a royal mummy
243108 | Zig:21   | Noticed a royal mummy
243108 | Zig:21   | Noticed a royal mummy
243109 | Zig:21   | Noticed a royal mummy
243109 | Zig:21   | Noticed a royal mummy
243109 | Zig:21   | Noticed a royal mummy
243109 | Zig:21   | Noticed a royal mummy
243109 | Zig:21   | Noticed a royal mummy
243109 | Zig:21   | Noticed a royal mummy
243109 | Zig:21   | Noticed a royal mummy
243109 | Zig:21   | Noticed a royal mummy
243109 | Zig:21   | Noticed a royal mummy
243110 | Zig:21   | Killed a royal mummy
243110 | Zig:21   | Killed a royal mummy
243110 | Zig:21   | Killed a royal mummy
243110 | Zig:21   | Killed a royal mummy
243110 | Zig:21   | Killed a royal mummy
243110 | Zig:21   | Killed a royal mummy
243110 | Zig:21   | Killed a royal mummy
243110 | Zig:21   | Noticed a royal mummy
243111 | Zig:21   | Killed a royal mummy
243111 | Zig:21   | Killed a royal mummy
243111 | Zig:21   | Killed a royal mummy
243111 | Zig:21   | Killed a royal mummy
243112 | Zig:21   | Killed a royal mummy
243112 | Zig:21   | Killed a royal mummy
243112 | Zig:21   | Noticed a royal mummy
243112 | Zig:21   | Noticed a royal mummy
243112 | Zig:21   | Noticed a royal mummy
243113 | Zig:21   | Noticed a royal mummy
243115 | Zig:21   | Noticed a royal mummy
243115 | Zig:21   | Noticed a royal mummy
243115 | Zig:21   | Noticed a royal mummy
243115 | Zig:21   | Noticed a royal mummy
243115 | Zig:21   | Noticed a royal mummy
243116 | Zig:21   | Noticed a royal mummy
243116 | Zig:21   | Noticed a royal mummy
243116 | Zig:21   | Noticed a royal mummy
243116 | Zig:21   | Noticed a royal mummy
243116 | Zig:21   | Noticed a royal mummy
243116 | Zig:21   | Noticed a royal mummy
243116 | Zig:21   | Noticed a royal mummy
243116 | Zig:21   | Noticed a royal mummy
243119 | Zig:21   | Killed a royal mummy
243119 | Zig:21   | Killed a royal mummy
243119 | Zig:21   | Killed a royal mummy
243119 | Zig:21   | Killed a royal mummy
243119 | Zig:21   | Killed a royal mummy
243119 | Zig:21   | Killed a royal mummy
243119 | Zig:21   | Killed a royal mummy
243119 | Zig:21   | Killed a royal mummy
243119 | Zig:21   | Killed a royal mummy
243119 | Zig:21   | Noticed a royal mummy
243120 | Zig:21   | Killed a royal mummy
243120 | Zig:21   | Killed a royal mummy
243120 | Zig:21   | Killed a royal mummy
243120 | Zig:21   | Killed a royal mummy
243120 | Zig:21   | Killed a royal mummy
243120 | Zig:21   | Killed a royal mummy
243120 | Zig:21   | Noticed a royal mummy
243120 | Zig:21   | Noticed a royal mummy
243121 | Zig:21   | Noticed a royal mummy
243121 | Zig:21   | Noticed a royal mummy
243122 | Zig:21   | Killed a royal mummy
243122 | Zig:21   | Killed a royal mummy
243122 | Zig:21   | Noticed a royal mummy
243122 | Zig:21   | Noticed a royal mummy
243122 | Zig:21   | Noticed a royal mummy
243123 | Zig:21   | Noticed a royal mummy
243123 | Zig:21   | Killed a royal mummy
243123 | Zig:21   | Killed a royal mummy
243123 | Zig:21   | Killed a royal mummy
243123 | Zig:21   | Noticed a royal mummy
243123 | Zig:21   | Noticed a royal mummy
243123 | Zig:21   | Noticed a royal mummy
243124 | Zig:21   | Killed a royal mummy
243124 | Zig:21   | Killed a royal mummy
243124 | Zig:21   | Killed a royal mummy
243124 | Zig:21   | Killed a royal mummy
243124 | Zig:21   | Killed a royal mummy
243124 | Zig:21   | Killed a royal mummy
243124 | Zig:21   | Noticed a royal mummy
243124 | Zig:21   | Noticed a royal mummy
243125 | Zig:21   | Killed a royal mummy
243125 | Zig:21   | Killed a royal mummy
243125 | Zig:21   | Killed a royal mummy
243125 | Zig:21   | Killed a royal mummy
243125 | Zig:21   | Killed a royal mummy
243125 | Zig:21   | Noticed a royal mummy
243125 | Zig:21   | Noticed a royal mummy
243125 | Zig:21   | Noticed a royal mummy
243125 | Zig:21   | Noticed a royal mummy
243126 | Zig:21   | Killed a royal mummy
243126 | Zig:21   | Killed a royal mummy
243126 | Zig:21   | Killed a royal mummy
243126 | Zig:21   | Noticed a royal mummy
243126 | Zig:21   | Noticed a royal mummy
243126 | Zig:21   | Noticed a royal mummy
243126 | Zig:21   | Noticed a royal mummy
243127 | Zig:21   | Killed a royal mummy
243127 | Zig:21   | Killed a royal mummy
243127 | Zig:21   | Killed a royal mummy
243127 | Zig:21   | Noticed a royal mummy
243128 | Zig:21   | Killed a royal mummy
243128 | Zig:21   | Killed a royal mummy
243128 | Zig:21   | Killed a royal mummy
243128 | Zig:21   | Killed a royal mummy
243128 | Zig:21   | Noticed a royal mummy
243128 | Zig:21   | Noticed a royal mummy
243128 | Zig:21   | Noticed a royal mummy
243129 | Zig:21   | Killed a royal mummy
243129 | Zig:21   | Killed a royal mummy
243129 | Zig:21   | Noticed a royal mummy
243129 | Zig:21   | Noticed a royal mummy
243130 | Zig:21   | Killed a royal mummy
243130 | Zig:21   | Killed a royal mummy
243130 | Zig:21   | Killed a royal mummy
243130 | Zig:21   | Killed a royal mummy
243131 | Zig:21   | Killed a royal mummy
243131 | Zig:21   | Killed a royal mummy
243131 | Zig:21   | Noticed a royal mummy
243132 | Zig:21   | Noticed a royal mummy
243132 | Zig:21   | Noticed a royal mummy
243132 | Zig:21   | Noticed a royal mummy
243133 | Zig:21   | Noticed a royal mummy
243133 | Zig:21   | Noticed a royal mummy
243134 | Zig:21   | Noticed a royal mummy
243134 | Zig:21   | Noticed a royal mummy
243135 | Zig:21   | Killed a royal mummy
243135 | Zig:21   | Killed a royal mummy
243135 | Zig:21   | Killed a royal mummy
243135 | Zig:21   | Killed a royal mummy
243136 | Zig:21   | Killed a royal mummy
243136 | Zig:21   | Killed a royal mummy
243136 | Zig:21   | Killed a royal mummy
243136 | Zig:21   | Killed a royal mummy
243137 | Zig:21   | Noticed a royal mummy
243141 | Zig:21   | Killed a royal mummy
244086 | Zig:21   | Identified the ring of Down {rElec rPois Will+ Int-4}
244117 | Zig:22   | Entered Level 22 of a ziggurat
244117 | Zig:22   | Noticed a royal mummy
244117 | Zig:22   | Noticed a royal mummy
244119 | Zig:22   | Noticed a royal mummy
244119 | Zig:22   | Noticed a royal mummy
244120 | Zig:22   | Noticed a royal mummy
244120 | Zig:22   | Noticed a royal mummy
244120 | Zig:22   | Noticed a royal mummy
244120 | Zig:22   | Noticed a royal mummy
244121 | Zig:22   | Noticed a royal mummy
244121 | Zig:22   | Noticed a royal mummy
244121 | Zig:22   | Noticed a royal mummy
244121 | Zig:22   | Noticed a royal mummy
244122 | Zig:22   | Noticed a royal mummy
244122 | Zig:22   | Noticed a royal mummy
244122 | Zig:22   | Noticed a royal mummy
244123 | Zig:22   | Killed a royal mummy
244123 | Zig:22   | Killed a royal mummy
244123 | Zig:22   | Killed a royal mummy
244123 | Zig:22   | Killed a royal mummy
244123 | Zig:22   | Killed a royal mummy
244123 | Zig:22   | Killed a royal mummy
244123 | Zig:22   | Killed a royal mummy
244123 | Zig:22   | Killed a royal mummy
244123 | Zig:22   | Killed a royal mummy
244123 | Zig:22   | Killed a royal mummy
244123 | Zig:22   | Killed a royal mummy
244123 | Zig:22   | Killed a royal mummy
244123 | Zig:22   | Noticed a royal mummy
244123 | Zig:22   | Noticed a royal mummy
244124 | Zig:22   | Noticed a royal mummy
244124 | Zig:22   | Noticed a royal mummy
244124 | Zig:22   | Noticed a royal mummy
244124 | Zig:22   | Noticed a royal mummy
244124 | Zig:22   | Noticed a royal mummy
244124 | Zig:22   | Noticed a royal mummy
244124 | Zig:22   | Noticed a royal mummy
244124 | Zig:22   | Noticed a royal mummy
244124 | Zig:22   | Noticed a royal mummy
244124 | Zig:22   | Noticed a royal mummy
244124 | Zig:22   | Noticed a royal mummy
244124 | Zig:22   | Noticed a royal mummy
244124 | Zig:22   | Noticed a royal mummy
244124 | Zig:22   | Noticed a royal mummy
244124 | Zig:22   | Noticed a royal mummy
244125 | Zig:22   | Killed a royal mummy
244125 | Zig:22   | Killed a royal mummy
244125 | Zig:22   | Killed a royal mummy
244125 | Zig:22   | Killed a royal mummy
244125 | Zig:22   | Killed a royal mummy
244125 | Zig:22   | Killed a royal mummy
244125 | Zig:22   | Killed a royal mummy
244125 | Zig:22   | Killed a royal mummy
244125 | Zig:22   | Killed a royal mummy
244125 | Zig:22   | Killed a royal mummy
244125 | Zig:22   | Killed a royal mummy
244125 | Zig:22   | Killed a royal mummy
244125 | Zig:22   | Killed a royal mummy
244125 | Zig:22   | Killed a royal mummy
244125 | Zig:22   | Noticed a royal mummy
244126 | Zig:22   | Killed a royal mummy
244126 | Zig:22   | Killed a royal mummy
244126 | Zig:22   | Killed a royal mummy
244126 | Zig:22   | Noticed a royal mummy
244127 | Zig:22   | Killed a royal mummy
244127 | Zig:22   | Killed a royal mummy
244127 | Zig:22   | Killed a royal mummy
244128 | Zig:22   | Noticed a royal mummy
244128 | Zig:22   | Noticed a royal mummy
244128 | Zig:22   | Noticed a royal mummy
244128 | Zig:22   | Noticed a royal mummy
244128 | Zig:22   | Noticed a royal mummy
244128 | Zig:22   | Noticed a royal mummy
244128 | Zig:22   | Noticed a royal mummy
244128 | Zig:22   | Noticed a royal mummy
244128 | Zig:22   | Noticed a royal mummy
244128 | Zig:22   | Noticed a royal mummy
244128 | Zig:22   | Noticed a royal mummy
244129 | Zig:22   | Noticed a royal mummy
244129 | Zig:22   | Noticed a royal mummy
244129 | Zig:22   | Noticed a royal mummy
244129 | Zig:22   | Noticed a royal mummy
244129 | Zig:22   | Noticed a royal mummy
244129 | Zig:22   | Noticed a royal mummy
244129 | Zig:22   | Noticed a royal mummy
244129 | Zig:22   | Noticed a royal mummy
244129 | Zig:22   | Noticed a royal mummy
244129 | Zig:22   | Noticed a royal mummy
244129 | Zig:22   | Noticed a royal mummy
244129 | Zig:22   | Noticed a royal mummy
244129 | Zig:22   | Noticed a royal mummy
244129 | Zig:22   | Noticed a royal mummy
244129 | Zig:22   | Noticed a royal mummy
244129 | Zig:22   | Noticed a royal mummy
244129 | Zig:22   | Noticed a royal mummy
244130 | Zig:22   | Killed a royal mummy
244130 | Zig:22   | Killed a royal mummy
244130 | Zig:22   | Killed a royal mummy
244130 | Zig:22   | Killed a royal mummy
244130 | Zig:22   | Killed a royal mummy
244130 | Zig:22   | Killed a royal mummy
244130 | Zig:22   | Killed a royal mummy
244130 | Zig:22   | Killed a royal mummy
244130 | Zig:22   | Killed a royal mummy
244130 | Zig:22   | Killed a royal mummy
244130 | Zig:22   | Killed a royal mummy
244130 | Zig:22   | Killed a royal mummy
244130 | Zig:22   | Killed a royal mummy
244130 | Zig:22   | Killed a royal mummy
244130 | Zig:22   | Killed a royal mummy
244130 | Zig:22   | Killed a royal mummy
244130 | Zig:22   | Killed a royal mummy
244130 | Zig:22   | Killed a royal mummy
244130 | Zig:22   | Killed a royal mummy
244130 | Zig:22   | Killed a royal mummy
244130 | Zig:22   | Killed a royal mummy
244130 | Zig:22   | Killed a royal mummy
244130 | Zig:22   | Killed a royal mummy
244130 | Zig:22   | Killed a royal mummy
244130 | Zig:22   | Killed a royal mummy
244130 | Zig:22   | Killed a royal mummy
244130 | Zig:22   | Killed a royal mummy
244130 | Zig:22   | Noticed a royal mummy
244130 | Zig:22   | Noticed a royal mummy
244130 | Zig:22   | Noticed a royal mummy
244131 | Zig:22   | Killed a royal mummy
244131 | Zig:22   | Killed a royal mummy
244131 | Zig:22   | Killed a royal mummy
244132 | Zig:22   | Killed a royal mummy
244132 | Zig:22   | Killed a royal mummy
244132 | Zig:22   | Noticed a royal mummy
244132 | Zig:22   | Noticed a royal mummy
244132 | Zig:22   | Noticed a royal mummy
244132 | Zig:22   | Noticed a royal mummy
244133 | Zig:22   | Killed a royal mummy
244133 | Zig:22   | Noticed a royal mummy
244133 | Zig:22   | Noticed a royal mummy
244133 | Zig:22   | Noticed a royal mummy
244134 | Zig:22   | Noticed a royal mummy
244134 | Zig:22   | Noticed a royal mummy
244134 | Zig:22   | Noticed a royal mummy
244134 | Zig:22   | Noticed a royal mummy
244134 | Zig:22   | Noticed a royal mummy
244134 | Zig:22   | Noticed a royal mummy
244134 | Zig:22   | Noticed a royal mummy
244134 | Zig:22   | Noticed a royal mummy
244134 | Zig:22   | Noticed a royal mummy
244134 | Zig:22   | Noticed a royal mummy
244134 | Zig:22   | Noticed a royal mummy
244134 | Zig:22   | Noticed a royal mummy
244135 | Zig:22   | Killed a royal mummy
244135 | Zig:22   | Killed a royal mummy
244135 | Zig:22   | Killed a royal mummy
244135 | Zig:22   | Killed a royal mummy
244135 | Zig:22   | Killed a royal mummy
244135 | Zig:22   | Killed a royal mummy
244135 | Zig:22   | Killed a royal mummy
244135 | Zig:22   | Killed a royal mummy
244135 | Zig:22   | Killed a royal mummy
244135 | Zig:22   | Killed a royal mummy
244135 | Zig:22   | Killed a royal mummy
244135 | Zig:22   | Killed a royal mummy
244135 | Zig:22   | Killed a royal mummy
244135 | Zig:22   | Killed a royal mummy
244135 | Zig:22   | Killed a royal mummy
244135 | Zig:22   | Killed a royal mummy
244135 | Zig:22   | Killed a royal mummy
244135 | Zig:22   | Killed a royal mummy
244135 | Zig:22   | Noticed a royal mummy
244135 | Zig:22   | Noticed a royal mummy
244136 | Zig:22   | Killed a royal mummy
244136 | Zig:22   | Killed a royal mummy
244136 | Zig:22   | Noticed a royal mummy
244137 | Zig:22   | Noticed a royal mummy
244137 | Zig:22   | Noticed a royal mummy
244137 | Zig:22   | Noticed a royal mummy
244138 | Zig:22   | Killed a royal mummy
244138 | Zig:22   | Noticed a royal mummy
244139 | Zig:22   | Killed a royal mummy
244139 | Zig:22   | Killed a royal mummy
244139 | Zig:22   | Killed a royal mummy
244139 | Zig:22   | Noticed a royal mummy
244140 | Zig:22   | Killed a royal mummy
244140 | Zig:22   | Killed a royal mummy
244140 | Zig:22   | Noticed a royal mummy
244141 | Zig:22   | Noticed a royal mummy
244142 | Zig:22   | Noticed a royal mummy
244142 | Zig:22   | Noticed a royal mummy
244142 | Zig:22   | Noticed a royal mummy
244142 | Zig:22   | Noticed a royal mummy
244142 | Zig:22   | Noticed a royal mummy
244143 | Zig:22   | Killed a royal mummy
244143 | Zig:22   | Killed a royal mummy
244143 | Zig:22   | Killed a royal mummy
244143 | Zig:22   | Killed a royal mummy
244143 | Zig:22   | Killed a royal mummy
244144 | Zig:22   | Killed a royal mummy
244144 | Zig:22   | Killed a royal mummy
244144 | Zig:22   | Killed a royal mummy
244144 | Zig:22   | Noticed a royal mummy
244147 | Zig:22   | Killed a royal mummy
244151 | Zig:22   | Killed a royal mummy
245078 | Zig:22   | Identified the +4 morningstar "Xoginwua" {drain, +Blink
                  | rN+++ Str-5 SInv}
245140 | Zig:22   | Identified the +0 flail of Zanwod {vorpal, rF+ Will+
                  | Stlth+}
245348 | Zig:23   | Entered Level 23 of a ziggurat
245582 | Zig:23   | Identified the +1 robe "Haoz Jef" {rElec rN+ Str-5 SInv}
245606 | Zig:23   | Identified the ring of Aciloj {rPois rCorr}
245616 | Zig:23   | Identified the ring "Home" {rPois rF+ rCorr Str+3 Stlth-}
245638 | Zig:23   | Identified the +7 triple sword of the Lusting Big Fish
                  | {vorpal, Str+3}
245646 | Zig:23   | Identified the +10 dire flail of Eternal Harmony {chaos,
                  | rPois rC+ rN+ Str-4}
246152 | Zig:23   | Identified the +8 rapier "Hydrabane" {holy, rPois Str+3}
246162 | Zig:23   | Identified the +7 short sword "Noam" {vorpal, Dex+5 SInv}
246166 | Zig:23   | Identified the +5 trident of Salt {speed, *Noise Fly rPois
                  | Stlth+}
246171 | Zig:23   | Identified the +2 ring mail "Zaaj Sixt" {Int+5 Stlth+}
246267 | Zig:23   | Identified the +5 ring mail "Emad Wet" {rCorr Dex+2 SInv}
246295 | Zig:24   | Entered Level 24 of a ziggurat
246301 | Zig:24   | Paralysed by an air elemental for 1 turns
247298 | Zig:24   | Identified the +1 robe of Agoraphobia {+Blink rC+ Will+}
247302 | Zig:24   | Identified the +6 trident of Zishid {freeze, Will+ MP-9
                  | Dex+4 Stlth+}
247306 | Zig:24   | Identified the +1 chain mail of Trial and Error {rElec rN+
                  | Slay+2}
247310 | Zig:24   | Identified the +1 chain mail of the Game of Kings {Int+4
                  | SInv}
247316 | Zig:24   | Identified the +2 robe "Nyicashri" {Regen+ Str+5 Int-3
                  | Archmagi}
247336 | Zig:24   | Identified the +2 robe "Bicuxani" {Int+5}
247378 | Zig:24   | Identified the +7 trident of Agony {vorpal, rC++}
247567 | Zig:25   | Entered Level 25 of a ziggurat
247571 | Zig:25   | Noticed Simigen the pandemonium lord
247571 | Zig:25   | Noticed Buloili the pandemonium lord
247572 | Zig:25   | Noticed Wikefuox the pandemonium lord
247572 | Zig:25   | Noticed Uluadeor the pandemonium lord
247572 | Zig:25   | Noticed Zixoc the pandemonium lord
247572 | Zig:25   | Noticed Uchuonus the pandemonium lord
247573 | Zig:25   | Noticed Hentig the pandemonium lord
247573 | Zig:25   | Noticed Eqeqonujai the pandemonium lord
247573 | Zig:25   | Noticed Imifumio the pandemonium lord
247573 | Zig:25   | Noticed Oniazer the pandemonium lord
247574 | Zig:25   | Noticed Fuuf the pandemonium lord
247575 | Zig:25   | Killed Wikefuox the pandemonium lord
247575 | Zig:25   | Noticed Parucwekh the pandemonium lord
247575 | Zig:25   | Noticed Nuxzeh the pandemonium lord
247576 | Zig:25   | Killed Fuuf the pandemonium lord
247576 | Zig:25   | Noticed Huferasm the pandemonium lord
247576 | Zig:25   | Noticed Gidys the pandemonium lord
247576 | Zig:25   | Noticed Itsig the pandemonium lord
247577 | Zig:25   | Noticed Boqonub the pandemonium lord
247577 | Zig:25   | Noticed Zemnirec the pandemonium lord
247577 | Zig:25   | Noticed Qiet the pandemonium lord
247577 | Zig:25   | Noticed Ycsy Obb the pandemonium lord
247577 | Zig:25   | Noticed Fes Wyr the pandemonium lord
247577 | Zig:25   | Killed Buloili the pandemonium lord
247577 | Zig:25   | Killed Zixoc the pandemonium lord
247577 | Zig:25   | Noticed Wud Sias the pandemonium lord
247579 | Zig:25   | Killed Fes Wyr the pandemonium lord
247579 | Zig:25   | Killed Imifumio the pandemonium lord
247579 | Zig:25   | Noticed Fatt the pandemonium lord
247580 | Zig:25   | Killed Simigen the pandemonium lord
247580 | Zig:25   | Killed Qiet the pandemonium lord
247580 | Zig:25   | Killed Hentig the pandemonium lord
247580 | Zig:25   | Killed Oniazer the pandemonium lord
247580 | Zig:25   | Killed Uchuonus the pandemonium lord
247581 | Zig:25   | Noticed Giokuimo the pandemonium lord
247581 | Zig:25   | Killed Fatt the pandemonium lord
247581 | Zig:25   | Killed Boqonub the pandemonium lord
247581 | Zig:25   | Noticed Udivokk the pandemonium lord
247582 | Zig:25   | Noticed Zacviluc the pandemonium lord
247582 | Zig:25   | Killed Zemnirec the pandemonium lord
247582 | Zig:25   | Noticed Xeschuumn the pandemonium lord
247582 | Zig:25   | Noticed Yrrexoyf the pandemonium lord
247582 | Zig:25   | Noticed Viomp the pandemonium lord
247582 | Zig:25   | Noticed Hiem the pandemonium lord
247582 | Zig:25   | Noticed Kicwaikh the pandemonium lord
247583 | Zig:25   | Noticed Wigiurut the pandemonium lord
247583 | Zig:25   | Killed Wud Sias the pandemonium lord
247583 | Zig:25   | Noticed Yfoyl the pandemonium lord
247583 | Zig:25   | Noticed Segienuph the pandemonium lord
247583 | Zig:25   | Noticed Doteos the pandemonium lord
247583 | Zig:25   | Noticed Roxunoq the pandemonium lord
247584 | Zig:25   | Noticed Sitoinaz the pandemonium lord
247584 | Zig:25   | Killed Giokuimo the pandemonium lord
247584 | Zig:25   | Killed Hiem the pandemonium lord
247584 | Zig:25   | Noticed Geshym the pandemonium lord
247584 | Zig:25   | Noticed Ihets the pandemonium lord
247584 | Zig:25   | Noticed Laqis the pandemonium lord
247585 | Zig:25   | Noticed Xanlamof the pandemonium lord
247585 | Zig:25   | Killed Yrrexoyf the pandemonium lord
247585 | Zig:25   | Killed Gidys the pandemonium lord
247585 | Zig:25   | Noticed Borghar the pandemonium lord
247586 | Zig:25   | Noticed Rutari the pandemonium lord
247586 | Zig:25   | Killed Parucwekh the pandemonium lord
247586 | Zig:25   | Killed Huferasm the pandemonium lord
247586 | Zig:25   | Killed Zacviluc the pandemonium lord
247586 | Zig:25   | Killed Nuxzeh the pandemonium lord
247586 | Zig:25   | Noticed Asisoust the pandemonium lord
247587 | Zig:25   | Noticed Gounydysh the pandemonium lord
247587 | Zig:25   | Killed Xeschuumn the pandemonium lord
247587 | Zig:25   | Killed Doteos the pandemonium lord
247587 | Zig:25   | Killed Wigiurut the pandemonium lord
247587 | Zig:25   | Killed Xanlamof the pandemonium lord
247587 | Zig:25   | Killed Segienuph the pandemonium lord
247587 | Zig:25   | Noticed Vepiehyr the pandemonium lord
247587 | Zig:25   | Noticed Jatem the pandemonium lord
247587 | Zig:25   | Noticed Luteinne the pandemonium lord
247588 | Zig:25   | Noticed Puvun the pandemonium lord
247589 | Zig:25   | Noticed Puteaqekh the pandemonium lord
247590 | Zig:25   | Noticed Icolikh the pandemonium lord
247591 | Zig:25   | Noticed Wis Zoop the pandemonium lord
247592 | Zig:25   | Killed Uluadeor the pandemonium lord
247592 | Zig:25   | Killed Viomp the pandemonium lord
247592 | Zig:25   | Noticed Erenya the pandemonium lord
247592 | Zig:25   | Noticed Woakkomy the pandemonium lord
247593 | Zig:25   | Noticed Cisch the pandemonium lord
247593 | Zig:25   | Noticed Heocvome the pandemonium lord
247593 | Zig:25   | Noticed Neseats the pandemonium lord
247594 | Zig:25   | Noticed Utisojat the pandemonium lord
247594 | Zig:25   | Noticed Suocawk the pandemonium lord
247594 | Zig:25   | Noticed Syduif the pandemonium lord
247594 | Zig:25   | Noticed Ysoh the pandemonium lord
247595 | Zig:25   | Noticed Ynirchyrph the pandemonium lord
247595 | Zig:25   | Noticed Rilalis the pandemonium lord
247595 | Zig:25   | Noticed Ibatep the pandemonium lord
247595 | Zig:25   | Noticed Uleibb the pandemonium lord
247595 | Zig:25   | Noticed Datt the pandemonium lord
247595 | Zig:25   | Noticed Oronwas the pandemonium lord
247595 | Zig:25   | Noticed Hiciryoz the pandemonium lord
247596 | Zig:25   | Killed Udivokk the pandemonium lord
247596 | Zig:25   | Killed Asisoust the pandemonium lord
247596 | Zig:25   | Killed Eqeqonujai the pandemonium lord
247596 | Zig:25   | Killed Borghar the pandemonium lord
247596 | Zig:25   | Killed Laqis the pandemonium lord
247596 | Zig:25   | Noticed Sussipek the pandemonium lord
247597 | Zig:25   | Killed Ycsy Obb the pandemonium lord
247597 | Zig:25   | Killed Jatem the pandemonium lord
247598 | Zig:25   | Noticed Dycryqoar the pandemonium lord
247598 | Zig:25   | Killed Rutari the pandemonium lord
247598 | Zig:25   | Killed Hiciryoz the pandemonium lord
247598 | Zig:25   | Killed Gounydysh the pandemonium lord
247598 | Zig:25   | Killed Oronwas the pandemonium lord
247598 | Zig:25   | Noticed Horakhoh the pandemonium lord
247598 | Zig:25   | Killed Ibatep the pandemonium lord
247599 | Zig:25   | Killed Ihets the pandemonium lord
247599 | Zig:25   | Killed Geshym the pandemonium lord
247599 | Zig:25   | Killed Sitoinaz the pandemonium lord
247599 | Zig:25   | Killed Itsig the pandemonium lord
247599 | Zig:25   | Killed Vepiehyr the pandemonium lord
247599 | Zig:25   | Killed Yfoyl the pandemonium lord
247599 | Zig:25   | Killed Kicwaikh the pandemonium lord
247600 | Zig:25   | Killed Ynirchyrph the pandemonium lord
247600 | Zig:25   | Killed Cisch the pandemonium lord
247600 | Zig:25   | Killed Puvun the pandemonium lord
247600 | Zig:25   | Killed Uleibb the pandemonium lord
247600 | Zig:25   | Killed Syduif the pandemonium lord
247600 | Zig:25   | Killed Ysoh the pandemonium lord
247600 | Zig:25   | Noticed Qikir the pandemonium lord
247600 | Zig:25   | Noticed Vuimonuz the pandemonium lord
247600 | Zig:25   | Noticed Ocomny the pandemonium lord
247600 | Zig:25   | Noticed Itacycho the pandemonium lord
247601 | Zig:25   | Killed Utisojat the pandemonium lord
247601 | Zig:25   | Killed Heocvome the pandemonium lord
247601 | Zig:25   | Noticed Naggear the pandemonium lord
247602 | Zig:25   | Killed Neseats the pandemonium lord
247602 | Zig:25   | Noticed Lica the pandemonium lord
247602 | Zig:25   | Noticed Wedwuah the pandemonium lord
247603 | Zig:25   | Killed Datt the pandemonium lord
247603 | Zig:25   | Noticed Quasear the pandemonium lord
247603 | Zig:25   | Killed Roxunoq the pandemonium lord
247604 | Zig:25   | Noticed Suiqays the pandemonium lord
247604 | Zig:25   | Noticed Huoshroud the pandemonium lord
247604 | Zig:25   | Killed Suocawk the pandemonium lord
247604 | Zig:25   | Killed Qikir the pandemonium lord
247604 | Zig:25   | Killed Puteaqekh the pandemonium lord
247604 | Zig:25   | Killed Icolikh the pandemonium lord
247604 | Zig:25   | Killed Horakhoh the pandemonium lord
247604 | Zig:25   | Killed Woakkomy the pandemonium lord
247604 | Zig:25   | Noticed Nunara Ycli the pandemonium lord
247605 | Zig:25   | Noticed Vier the pandemonium lord
247607 | Zig:25   | Noticed Deyn Hocun the pandemonium lord
247607 | Zig:25   | Noticed Govitipn the pandemonium lord
247609 | Zig:25   | Noticed Murphit the pandemonium lord
247609 | Zig:25   | Noticed Niphawn the pandemonium lord
247609 | Zig:25   | Noticed Waytzik the pandemonium lord
247609 | Zig:25   | Noticed Daelaugi the pandemonium lord
247611 | Zig:25   | Killed Rilalis the pandemonium lord
247612 | Zig:25   | Killed Huoshroud the pandemonium lord
247612 | Zig:25   | Killed Wedwuah the pandemonium lord
247612 | Zig:25   | Killed Daelaugi the pandemonium lord
247612 | Zig:25   | Killed Nunara Ycli the pandemonium lord
247612 | Zig:25   | Noticed Lunguu the pandemonium lord
247614 | Zig:25   | Killed Sussipek the pandemonium lord
247614 | Zig:25   | Killed Lunguu the pandemonium lord
247614 | Zig:25   | Noticed Oboqagenk the pandemonium lord
247615 | Zig:25   | Killed Waytzik the pandemonium lord
247615 | Zig:25   | Killed Deyn Hocun the pandemonium lord
247616 | Zig:25   | Noticed Piehios the pandemonium lord
247616 | Zig:25   | Noticed Xuinyus the pandemonium lord
247616 | Zig:25   | Noticed Barchud the pandemonium lord
247617 | Zig:25   | Killed Quasear the pandemonium lord
247617 | Zig:25   | Killed Niphawn the pandemonium lord
247617 | Zig:25   | Noticed Egouloisi the pandemonium lord
247618 | Zig:25   | Noticed Ynuer the pandemonium lord
247618 | Zig:25   | Noticed Ufismoiv the pandemonium lord
247619 | Zig:25   | Noticed Ycsokhluw the pandemonium lord
247619 | Zig:25   | Noticed Nodogog the pandemonium lord
247619 | Zig:25   | Noticed Raem Ach the pandemonium lord
247620 | Zig:25   | Killed Wis Zoop the pandemonium lord
247620 | Zig:25   | Killed Govitipn the pandemonium lord
247620 | Zig:25   | Killed Suiqays the pandemonium lord
247620 | Zig:25   | Noticed Mechuffaino the pandemonium lord
247620 | Zig:25   | Noticed Waffoash the pandemonium lord
247620 | Zig:25   | Noticed Gekhowock the pandemonium lord
247621 | Zig:25   | Noticed Palodgh the pandemonium lord
247621 | Zig:25   | Killed Piehios the pandemonium lord
247621 | Zig:25   | Killed Oboqagenk the pandemonium lord
247621 | Zig:25   | Killed Murphit the pandemonium lord
247621 | Zig:25   | Noticed Ricak the pandemonium lord
247622 | Zig:25   | Noticed Tupp the pandemonium lord
247622 | Zig:25   | Killed Ufismoiv the pandemonium lord
247622 | Zig:25   | Killed Ynuer the pandemonium lord
247622 | Zig:25   | Killed Dycryqoar the pandemonium lord
247622 | Zig:25   | Killed Gekhowock the pandemonium lord
247622 | Zig:25   | Killed Raem Ach the pandemonium lord
247622 | Zig:25   | Noticed Omaodd the pandemonium lord
247623 | Zig:25   | Killed Egouloisi the pandemonium lord
247623 | Zig:25   | Killed Barchud the pandemonium lord
247623 | Zig:25   | Killed Nodogog the pandemonium lord
247623 | Zig:25   | Noticed Uzymex the pandemonium lord
247623 | Zig:25   | Noticed Mubbasus the pandemonium lord
247624 | Zig:25   | Noticed Kautaeg the pandemonium lord
247624 | Zig:25   | Noticed Wutryucsim the pandemonium lord
247624 | Zig:25   | Noticed Rimuod the pandemonium lord
247624 | Zig:25   | Killed Ycsokhluw the pandemonium lord
247624 | Zig:25   | Noticed Doirik the pandemonium lord
247624 | Zig:25   | Noticed Oduiff the pandemonium lord
247624 | Zig:25   | Noticed Zeashry the pandemonium lord
247624 | Zig:25   | Noticed Yzuwo the pandemonium lord
247625 | Zig:25   | Noticed Omeiro the pandemonium lord
247625 | Zig:25   | Killed Erenya the pandemonium lord
247625 | Zig:25   | Killed Waffoash the pandemonium lord
247625 | Zig:25   | Killed Rimuod the pandemonium lord
247625 | Zig:25   | Noticed Sut Xiroo the pandemonium lord
247625 | Zig:25   | Noticed Vyutin the pandemonium lord
247625 | Zig:25   | Noticed Deset the pandemonium lord
247625 | Zig:25   | Noticed Senwonoa the pandemonium lord
247626 | Zig:25   | Killed Ricak the pandemonium lord
247626 | Zig:25   | Killed Xuinyus the pandemonium lord
247626 | Zig:25   | Noticed Zotohok the pandemonium lord
247626 | Zig:25   | Killed Kautaeg the pandemonium lord
247626 | Zig:25   | Killed Vuimonuz the pandemonium lord
247627 | Zig:25   | Noticed Dischote the pandemonium lord
247628 | Zig:25   | Killed Vier the pandemonium lord
247628 | Zig:25   | Noticed Henesh the pandemonium lord
247629 | Zig:25   | Killed Zotohok the pandemonium lord
247630 | Zig:25   | Killed Luteinne the pandemonium lord
247630 | Zig:25   | Killed Deset the pandemonium lord
247630 | Zig:25   | Killed Tupp the pandemonium lord
247630 | Zig:25   | Noticed Jenkiuf the pandemonium lord
247630 | Zig:25   | Killed Dischote the pandemonium lord
247631 | Zig:25   | Killed Mubbasus the pandemonium lord
247631 | Zig:25   | Killed Sut Xiroo the pandemonium lord
247631 | Zig:25   | Noticed Zishion the pandemonium lord
247631 | Zig:25   | Noticed Ykkugus the pandemonium lord
247631 | Zig:25   | Noticed Kotsuf the pandemonium lord
247631 | Zig:25   | Noticed Hiyxu the pandemonium lord
247631 | Zig:25   | Noticed Tepnabbo the pandemonium lord
247632 | Zig:25   | Killed Henesh the pandemonium lord
247632 | Zig:25   | Noticed Oreiben the pandemonium lord
247632 | Zig:25   | Killed Itacycho the pandemonium lord
247632 | Zig:25   | Killed Mechuffaino the pandemonium lord
247632 | Zig:25   | Killed Tepnabbo the pandemonium lord
247632 | Zig:25   | Killed Ybreuzaox the pandemonium lord
247632 | Zig:25   | Killed Doirik the pandemonium lord
247632 | Zig:25   | Killed Ocomny the pandemonium lord
247633 | Zig:25   | Killed Palodgh the pandemonium lord
247633 | Zig:25   | Killed Jenkiuf the pandemonium lord
247634 | Zig:25   | Noticed Fesketit the pandemonium lord
247634 | Zig:25   | Noticed Gemurph the pandemonium lord
247634 | Zig:25   | Noticed Qeehasi the pandemonium lord
247634 | Zig:25   | Noticed Gyny the pandemonium lord
247634 | Zig:25   | Noticed Vaathramm the pandemonium lord
247634 | Zig:25   | Noticed Guxime the pandemonium lord
247634 | Zig:25   | Noticed Peixow the pandemonium lord
247634 | Zig:25   | Noticed Leshraeh the pandemonium lord
247634 | Zig:25   | Noticed Bom Xiupeaw the pandemonium lord
247634 | Zig:25   | Noticed Hagizxigh the pandemonium lord
247635 | Zig:25   | Noticed Kostres the pandemonium lord
247635 | Zig:25   | Killed Ykkugus the pandemonium lord
247635 | Zig:25   | Killed Gyny the pandemonium lord
247635 | Zig:25   | Noticed Poteyr the pandemonium lord
247636 | Zig:25   | Noticed Ygaut the pandemonium lord
247636 | Zig:25   | Noticed Keprij the pandemonium lord
247636 | Zig:25   | Killed Oreiben the pandemonium lord
247636 | Zig:25   | Killed Omeiro the pandemonium lord
247636 | Zig:25   | Killed Bom Xiupeaw the pandemonium lord
247636 | Zig:25   | Killed Kotsuf the pandemonium lord
247636 | Zig:25   | Noticed Zic Cet the pandemonium lord
247636 | Zig:25   | Noticed Ulyathio the pandemonium lord
247637 | Zig:25   | Noticed Bovimem the pandemonium lord
247637 | Zig:25   | Noticed Xiunemus the pandemonium lord
247638 | Zig:25   | Killed Omaodd the pandemonium lord
247638 | Zig:25   | Noticed Olud the pandemonium lord
247639 | Zig:25   | Killed Zeashry the pandemonium lord
247639 | Zig:25   | Killed Poteyr the pandemonium lord
247639 | Zig:25   | Noticed Oklatoin the pandemonium lord
247640 | Zig:25   | Noticed Hodiek the pandemonium lord
247640 | Zig:25   | Killed Leshraeh the pandemonium lord
247640 | Zig:25   | Killed Xiunemus the pandemonium lord
247640 | Zig:25   | Noticed Leebuggi the pandemonium lord
247641 | Zig:25   | Noticed Xoytef the pandemonium lord
247641 | Zig:25   | Killed Zishion the pandemonium lord
247641 | Zig:25   | Noticed Viymalal the pandemonium lord
247641 | Zig:25   | Noticed Kual the pandemonium lord
247642 | Zig:25   | Noticed Juacecer the pandemonium lord
247642 | Zig:25   | Killed Yzuwo the pandemonium lord
247643 | Zig:25   | Killed Wutryucsim the pandemonium lord
247643 | Zig:25   | Killed Keprij the pandemonium lord
247644 | Zig:25   | Killed Hodiek the pandemonium lord
247644 | Zig:25   | Killed Kual the pandemonium lord
247644 | Zig:25   | Killed Xoytef the pandemonium lord
247644 | Zig:25   | Noticed Zistrul the pandemonium lord
247644 | Zig:25   | Killed Fihawk the pandemonium lord
247644 | Zig:25   | Killed Kuqew the pandemonium lord
247644 | Zig:25   | Killed Vyutin the pandemonium lord
247644 | Zig:25   | Killed Olud the pandemonium lord
247645 | Zig:25   | Noticed Esir the pandemonium lord
247645 | Zig:25   | Killed Peixow the pandemonium lord
247645 | Zig:25   | Killed Leebuggi the pandemonium lord
247645 | Zig:25   | Noticed Pahoem the pandemonium lord
247646 | Zig:25   | Noticed Xourch the pandemonium lord
247646 | Zig:25   | Noticed Hafyczin the pandemonium lord
247646 | Zig:25   | Noticed Iseloy the pandemonium lord
247646 | Zig:25   | Noticed Vepu the pandemonium lord
247647 | Zig:25   | Noticed Osusam the pandemonium lord
247648 | Zig:25   | Killed Juacecer the pandemonium lord
247648 | Zig:25   | Noticed Goasmow the pandemonium lord
247651 | Zig:25   | Killed Zistrul the pandemonium lord
247651 | Zig:25   | Killed Vepu the pandemonium lord
247651 | Zig:25   | Killed Hafyczin the pandemonium lord
247652 | Zig:25   | Killed Esir the pandemonium lord
247652 | Zig:25   | Killed Qeehasi the pandemonium lord
247652 | Zig:25   | Killed Bovimem the pandemonium lord
247653 | Zig:25   | Killed Ulyathio the pandemonium lord
247653 | Zig:25   | Killed Qeeppat the pandemonium lord
247654 | Zig:25   | Noticed Huysucel the pandemonium lord
247655 | Zig:25   | Noticed Qeckang the pandemonium lord
247655 | Zig:25   | Noticed Paajups Pesm the pandemonium lord
247656 | Zig:25   | Killed Vaathramm the pandemonium lord
247656 | Zig:25   | Noticed Heochics the pandemonium lord
247657 | Zig:25   | Noticed Ottatt the pandemonium lord
247658 | Zig:25   | Killed Paajups Pesm the pandemonium lord
247658 | Zig:25   | Killed Viymalal the pandemonium lord
247658 | Zig:25   | Noticed Xiujuatt the pandemonium lord
247658 | Zig:25   | Noticed Kaqaci Jylio the pandemonium lord
247659 | Zig:25   | Killed Hiyxu the pandemonium lord
247659 | Zig:25   | Killed Ottatt the pandemonium lord
247660 | Zig:25   | Noticed Caynysooc the pandemonium lord
247660 | Zig:25   | Noticed Gakent the pandemonium lord
247660 | Zig:25   | Noticed Buwki the pandemonium lord
247660 | Zig:25   | Noticed Kedohyst the pandemonium lord
247660 | Zig:25   | Noticed Zitoudut the pandemonium lord
247661 | Zig:25   | Killed Qeckang the pandemonium lord
247661 | Zig:25   | Killed Xiujuatt the pandemonium lord
247661 | Zig:25   | Killed Zic Cet the pandemonium lord
247661 | Zig:25   | Killed Naggear the pandemonium lord
247661 | Zig:25   | Killed Caynysooc the pandemonium lord
247661 | Zig:25   | Noticed Maephe the pandemonium lord
247662 | Zig:25   | Killed Senwonoa the pandemonium lord
247663 | Zig:25   | Killed Kaqaci Jylio the pandemonium lord
247663 | Zig:25   | Killed Lica the pandemonium lord
247663 | Zig:25   | Killed Uzymex the pandemonium lord
247664 | Zig:25   | Killed Goasmow the pandemonium lord
247664 | Zig:25   | Killed Oduiff the pandemonium lord
247664 | Zig:25   | Noticed Wulov the pandemonium lord
247665 | Zig:25   | Killed Heochics the pandemonium lord
247665 | Zig:25   | Killed Zitoudut the pandemonium lord
247665 | Zig:25   | Killed Gakent the pandemonium lord
247665 | Zig:25   | Noticed Qohoylis the pandemonium lord
247666 | Zig:25   | Killed Kedohyst the pandemonium lord
247666 | Zig:25   | Killed Gemurph the pandemonium lord
247666 | Zig:25   | Noticed Qaivi the pandemonium lord
247666 | Zig:25   | Noticed Reemuvor the pandemonium lord
247667 | Zig:25   | Killed Maephe the pandemonium lord
247667 | Zig:25   | Killed Buwki the pandemonium lord
247667 | Zig:25   | Killed Wulov the pandemonium lord
247667 | Zig:25   | Noticed Tecigoem the pandemonium lord
247668 | Zig:25   | Killed Huysucel the pandemonium lord
247668 | Zig:25   | Killed Qohoylis the pandemonium lord
247669 | Zig:25   | Killed Qaivi the pandemonium lord
247669 | Zig:25   | Noticed Ygentyon the pandemonium lord
247670 | Zig:25   | Killed Hagizxigh the pandemonium lord
247671 | Zig:25   | Noticed Qozxoegy the pandemonium lord
247671 | Zig:25   | Noticed Jop Eky the pandemonium lord
247671 | Zig:25   | Killed Iseloy the pandemonium lord
247671 | Zig:25   | Killed Ygentyon the pandemonium lord
247671 | Zig:25   | Killed Guxime the pandemonium lord
247671 | Zig:25   | Killed Pahoem the pandemonium lord
247671 | Zig:25   | Killed Xourch the pandemonium lord
247671 | Zig:25   | Killed Ygaut the pandemonium lord
247671 | Zig:25   | Killed Jieplu Guagh the pandemonium lord
247671 | Zig:25   | Killed Verarigu the pandemonium lord
247671 | Zig:25   | Noticed Seirymm the pandemonium lord
247671 | Zig:25   | Noticed Quodgh the pandemonium lord
247671 | Zig:25   | Killed Reemuvor the pandemonium lord
247672 | Zig:25   | Killed Jop Eky the pandemonium lord
247672 | Zig:25   | Noticed Qethomaa the pandemonium lord
247673 | Zig:25   | Killed Qozxoegy the pandemonium lord
247673 | Zig:25   | Killed Tecigoem the pandemonium lord
247673 | Zig:25   | Noticed Piemary the pandemonium lord
247673 | Zig:25   | Noticed Ytetz the pandemonium lord
247673 | Zig:25   | Noticed Fojiq the pandemonium lord
247674 | Zig:25   | Killed Oklatoin the pandemonium lord
247674 | Zig:25   | Noticed Zam Luof the pandemonium lord
247675 | Zig:25   | Killed Qethomaa the pandemonium lord
247675 | Zig:25   | Killed Fojiq the pandemonium lord
247675 | Zig:25   | Killed Ytetz the pandemonium lord
247675 | Zig:25   | Noticed Ilaeh the pandemonium lord
247675 | Zig:25   | Noticed Igih the pandemonium lord
247676 | Zig:25   | Killed Quodgh the pandemonium lord
247676 | Zig:25   | Killed Zam Luof the pandemonium lord
247676 | Zig:25   | Killed Piemary the pandemonium lord
247676 | Zig:25   | Killed Osusam the pandemonium lord
247676 | Zig:25   | Noticed Tevvol the pandemonium lord
247676 | Zig:25   | Noticed Jedidiom the pandemonium lord
247677 | Zig:25   | Killed Ilaeh the pandemonium lord
247678 | Zig:25   | Killed Igih the pandemonium lord
247678 | Zig:25   | Noticed Fokys the pandemonium lord
247679 | Zig:25   | Killed Jedidiom the pandemonium lord
247679 | Zig:25   | Noticed Voikiwkacuga the pandemonium lord
247679 | Zig:25   | Noticed Nofryniucw the pandemonium lord
247680 | Zig:25   | Noticed Anett the pandemonium lord
247680 | Zig:25   | Noticed Keahadorph the pandemonium lord
247681 | Zig:25   | Killed Tevvol the pandemonium lord
247681 | Zig:25   | Killed Keahadorph the pandemonium lord
247681 | Zig:25   | Killed Voikiwkacuga the pandemonium lord
247681 | Zig:25   | Killed Kostres the pandemonium lord
247681 | Zig:25   | Killed Fokys the pandemonium lord
247681 | Zig:25   | Noticed Foenny the pandemonium lord
247681 | Zig:25   | Noticed Qovotwep the pandemonium lord
247681 | Zig:25   | Noticed Vunwus the pandemonium lord
247682 | Zig:25   | Killed Anett the pandemonium lord
247682 | Zig:25   | Noticed Fowedy Toshro the pandemonium lord
247684 | Zig:25   | Noticed Femudiugh the pandemonium lord
247684 | Zig:25   | Noticed Gempirch the pandemonium lord
247684 | Zig:25   | Noticed Biggusk the pandemonium lord
247685 | Zig:25   | Killed Foenny the pandemonium lord
247685 | Zig:25   | Killed Fowedy Toshro the pandemonium lord
247685 | Zig:25   | Killed Nofryniucw the pandemonium lord
247685 | Zig:25   | Killed Vunwus the pandemonium lord
247686 | Zig:25   | Killed Seirymm the pandemonium lord
247686 | Zig:25   | Noticed Jagaxkuu the pandemonium lord
247687 | Zig:25   | Noticed Ifoaten the pandemonium lord
247687 | Zig:25   | Killed Qovotwep the pandemonium lord
247687 | Zig:25   | Killed Jagaxkuu the pandemonium lord
247688 | Zig:25   | Killed Biggusk the pandemonium lord
247688 | Zig:25   | Noticed Wovut the pandemonium lord
247689 | Zig:25   | Killed Femudiugh the pandemonium lord
247689 | Zig:25   | Killed Ifoaten the pandemonium lord
247689 | Zig:25   | Killed Gempirch the pandemonium lord
247689 | Zig:25   | Noticed Misuoh the pandemonium lord
247689 | Zig:25   | Noticed Wigudog the pandemonium lord
247692 | Zig:25   | Noticed Jatuxkub the pandemonium lord
247694 | Zig:25   | Noticed Coczal the pandemonium lord
247695 | Zig:25   | Noticed Peimup the pandemonium lord
247696 | Zig:25   | Killed Wigudog the pandemonium lord
247696 | Zig:25   | Killed Fesketit the pandemonium lord
247696 | Zig:25   | Killed Coczal the pandemonium lord
247696 | Zig:25   | Killed Wovut the pandemonium lord
247696 | Zig:25   | Noticed Bukk the pandemonium lord
247696 | Zig:25   | Killed Jatuxkub the pandemonium lord
247697 | Zig:25   | Killed Misuoh the pandemonium lord
247698 | Zig:25   | Killed Peimup the pandemonium lord
247698 | Zig:25   | Noticed Cubyucet the pandemonium lord
247698 | Zig:25   | Noticed Gezuis the pandemonium lord
247699 | Zig:25   | Killed Bukk the pandemonium lord
247700 | Zig:25   | Killed Gezuis the pandemonium lord
247702 | Zig:25   | Killed Cubyucet the pandemonium lord
247702 | Zig:25   | Noticed Acliosumm the pandemonium lord
247706 | Zig:25   | Killed Acliosumm the pandemonium lord
247706 | Zig:25   | Noticed Jien the pandemonium lord
247709 | Zig:25   | Noticed Qoasoat the pandemonium lord
247709 | Zig:25   | Noticed Wekhiol the pandemonium lord
247710 | Zig:25   | Killed Jien the pandemonium lord
247712 | Zig:25   | Killed Qoasoat the pandemonium lord
247714 | Zig:25   | Killed Wekhiol the pandemonium lord
248211 | Zig:25   | Identified the amulet "Qikepoid" {Reflect Fly Will+ SH+5}
248218 | Zig:25   | Identified the ring of the Evening {Drain Will+ rCorr
                  | Stlth+}
248337 | Zig:25   | Identified the +1 chain mail of Burch {rF+ rC+ Dex+4}
248345 | Zig:25   | Identified the +2 chain mail of Qonot {MP+9 Str-4 Int+6}
248348 | Zig:25   | Identified the +5 trident of Purpose {antimagic, Int+4}
248352 | Zig:25   | Identified the +6 scimitar "String" {drain, Stlth+}
248353 | Zig:25   | Identified the +3 demon trident "Zoej" {freeze, Int+2}
248358 | Zig:25   | Identified the +6 lajatang of Reason {venom, rElec rCorr}
248359 | Zig:25   | Identified the +8 dagger "Vimpiezu" {flame, SInv}
248363 | Zig:25   | Acquired 1275 gold pieces
248372 | Zig:26   | Entered Level 26 of a ziggurat
248406 | Zig:26   | Identified the +0 tower shield of Inevitability {+Inv Dex+4
                  | SInv Stlth-}
248445 | Zig:26   | Identified the +5 tower shield of Tecvibbe {rF++ Str+3}
248453 | Zig:26   | Identified the +3 tower shield of Hide-and-Seek {+Inv Dex+6
                  | SInv}
248463 | Zig:26   | Identified the +8 tower shield of Analysis {-Tele rC++
                  | Str+4 Dex-2}
248471 | Zig:26   | Identified the +3 tower shield "Qicluluo" {Dex+2}
248472 | Zig:26   | Identified the +8 tower shield "Cyogru" {rElec}
248473 | Zig:26   | HP: 7/273 [daeva/divine providence (8)]
248473 | Zig:26   | Killed from afar by a daeva

Illustrated notes

Levels and vault maps discovered:
D:1:      dpeg_arrival_pits, layout_basic, serial_shops, shop,
          hellmonk_ecumenical_altar_heavens_door
D:2:      layout_basic, serial_shops, shop, st_stairs_14
D:3:      layout_loops_ring, minmay_misc_feat_alley, minmay_goblin_outpost
D:4:      layout_gridville, uniq_grinder, uniq_natasha
D:5:      wad_pebble_path, layout_loops_ring
D:6:      layout_basic, pf_guarded_unrand_woodcutter
D:7:      layout_loops_ring, nzn_wu_jian_council_hall,
          minmay_temple_entry_proselytizer, minmay_starry_boxes
D:8:      layout_basic
D:9:      layout_roguey, chequers_temple_overflow_statue_of_worship,
          enter_bailey_4, nicolae_lava_and_water, uniq_grum
D:10:     layout_roguey, erik_lair_orcish_takeover, nicolae_shop_clearance,
          uniq_maggie
D:11:     layout_rooms, ashenzari_conservatory_becter, uniq_fannar,
          uniq_nergalle, uniq_josephine, uniq_maurice
D:12:     layout_basic, zombieorc2_lemuel, minmay_misc_feat_hallway
D:13:     layout_stronghold, ximxim_vaults_locker_room, gauntlet_entry_generic,
          statue_in_the_mist_lemuel, nrook_mini_vaults, uniq_frances,
          uniq_erolcha
D:14:     layout_irregular_city, nicolae_kikubaaqudgha_miasma_corner,
          minmay_crystal_box
D:15:     grunt_enter_depths_snipers, layout_cave_pools, grunt_decor_clamped,
          hangedman_decor_clover_reticule, fedhas_altar_3
Temple:   mainiacjoe_temple_bowtie_tessellation
Lair:1:   layout_gridlike
Lair:2:   layout_regular_city, minmay_swamp_entry_worms
Lair:3:   minmay_lair_oklob_chamber, layout_long_grid, basic_altar,
          grunt_megastairs_2, serial_bayou_shore_b, serial_bayou_shore_a
Lair:4:   layout_loops_ring, minmay_snake_entry_guardpost_medium
Lair:5:   gammafunk_indiana_jones, layout_cave_pods, infiniplex_staircase_pool
Lair:6:   minmay_lair_end_enchanted_forest, layout_misc_corridors,
          minmay_slime_entry_pillars
Swamp:1:  layout_basic_swamp, evilmike_swamp_ruin_house_4,
          nicolae_swamp_bean_lake
Swamp:2:  layout_basic_swamp, nicolae_swamp_godswood
Swamp:3:  layout_falls_marsh, gammafunk_ghost_abyssal_escape,
          nicolae_swamp_trees_clearing
Swamp:4:  swamp_basic_johnstein, layout_basic_swamp, uniq_roxanne
Snake:1:  layout_gridlike, nicolae_shop_sticking_my_neck_out, minmay_shop_grove
Snake:2:  layout_rooms, uniq_vashnia
Snake:3:  layout_concentric_octagons, minmay_shop_star
Snake:4:  minmay_snake_end_coiled, layout_cave_town, basic_altar
Slime:1:  layout_caves, nicolae_slime_phagocytosis
Slime:2:  layout_caves
Slime:3:  layout_caves
Slime:4:  layout_caves
Slime:5
Orc:1:    layout_caves, serial_shops, nicolae_shop_hallway_stairs
Orc:2:    st_orc_ogre_mass, layout_caves, serial_shops, bzr_entry_safe,
          basic_altar
Elf:1:    minmay_elf_arrival_plus, layout_loops_corners, minmay_elf_annihilation
Elf:2:    elven_hall_of_blades_hangedman_alternative
          [nicolae_blade_entry_floor_patterns], layout_loops_cross,
          serial_shops, nicolae_shop_stone, palyth_stone_intersect,
          serial_sigils_hangedman_stare, uniq_donald
Elf:3:    grunt_elf_hall_branching, layout_geoelf_castle
Vaults:1: hangedman_vaults_slice, v_rooms_6, vaults_dpeg_doors,
          nicolae_vaults_border_crossing, nicolae_vaults_network_periphery,
          v_pattern_1, ontoclasm_vaults_decontamination, ontoclasm_vaults_fault,
          nicolae_vaults_mini_display_case, vaults_dpeg_ring,
          layout_vaults_chaotic_city
Vaults:2: mu_enter_wizlab_2, minmay_crypt_entry_simple_corners,
          hangedman_vaults_corner, nicolae_vaults_network_square,
          nicolae_vaults_asterisk, nicolae_vaults_circle_grid_b,
          grunt_vaults_bifocal, nicolae_vaults_yaktaur_gun_rack, v_pattern_3,
          nicolae_vaults_murderbox, vaults_dpeg_encased_lava,
          layout_vaults_maze_bifur
Vaults:3: nicolae_vaults_little_ls, vaults_room_stairs_pillars,
          nicolae_vaults_disjoint_gnomons, nicolae_vaults_arrows,
          hangedman_vaults_locks, grunt_vaults_funnel, v_misc_1, serial_ice_g,
          layout_vaults_omnigrid
Vaults:4: v_misc_32, ontoclasm_vaults_ligature, nicolae_vaults_circle_grid_b,
          v_misc_19, nicolae_vaults_gold_heap, v_misc_26,
          dpeg_vaults_monster_box, gammafunk_sealed_arena,
          vaults_standard_mumra_x, layout_vaults_ring, serial_shops, shop
Vaults:5: serial_shops
Crypt:1:  layout_basic, serial_corexii_hall, corexii_hall_statues_l,
          corexii_hall_statues_x, grunt_crypt_arrival_webbed
Crypt:2:  layout_gridlike, uniq_jory, uniq_mara
Crypt:3:  david_glass_crypt, layout_misc_corridors,
          nicolae_tomb_entry_unfolded_pyramid_orthogonal
Tomb:1
Tomb:2
Tomb:3
Depths:1: layout_cave_pools, serial_shops, bzr_firewalk,
          pf_dread_powers_of_hell, chei_slow_surprise
Depths:2: wad_guarded_room, layout_basic, hangedman_tar_grid_catacomb,
          solitary_fountain, grunt_pan_entry_spiral, kilobyte_rumbling_trees,
          minmay_staircase_bubble
Depths:3: dreamdust_isle_of_ice, layout_small_grid, abyss_entry, hellmouth_2,
          infiniplex_staircase_hallway_doors, uniq_saint_roka
Depths:4: grunt_runaround [grunt_runaround_doors_1, grunt_runaround_doors_2,
          grunt_runaround_doors_3, grunt_runaround_doors_4,
          grunt_runaround_zot], abyss_entry, hell_entry
Hell
Dis:1:    layout_gridville, hangedman_dis_chains, nrook_loot_triangle
Dis:2:    layout_subdivisions
Dis:3:    layout_gridville
Dis:4:    layout_subdivisions, nicolae_dis_fourth_circle
Dis:5:    layout_gridville, nicolae_dis_liches_on_tour
Dis:6:    layout_subdivisions, nicolae_dis_metal_dragon_surprise
Dis:7:    dis_hangedman
Geh:1:    layout_gehenna_lava_caves
Geh:2:    layout_gehenna_pools_box, nicolae_geh_single_fiery_grave
Geh:3:    layout_gehenna_lava_caves, special_room [special_room_morgue]
Geh:4:    layout_gehenna_pools_basic
Geh:5:    layout_gehenna_pools_box, minmay_fire_ice_demons
Geh:6:    layout_gehenna_pools_box
Geh:7:    geh_hangedman
Coc:1:    layout_ice_bergs
Coc:2:    nicolae_hells_titanomachy
Coc:3:    layout_ice_bergs
Coc:4:    layout_ice_bergs
Coc:5:    layout_cocytus_delve
Coc:6:    layout_ice_bergs
Coc:7:    coc_grunt
Tar:1:    layout_honeycomb
Tar:2:    layout_honeycomb
Tar:3:    layout_catacombs
Tar:4:    layout_honeycomb
Tar:5:    layout_catacombs, nicolae_tar_honey_rotating
Tar:6:    layout_catacombs, nicolae_tar_grid_combs
Tar:7:    tar_minmay_river
Zot:1:    hangedman_zot_vaults_quadrants, layout_cathedral_of_symmetry,
          hangedman_swamp_dais
Zot:2:    layout_twisted_circle
Zot:3:    layout_misc_corridors
Zot:4:    layout_gridville
Zot:5:    layout_onion, grunt_ministairs_11, st_stairs_7
Zig:26:   ziggurat_pillar_centre_c, ziggurat_pillar_centre_c,
          ziggurat_pillar_centre_c, ziggurat_pillar_centre_c, ziggurat_pillar_d,
          ziggurat_pillar_d, ziggurat_pillar_d, ziggurat_pillar_d,
          ziggurat_pillar_abc, ziggurat_pillar_abc, ziggurat_pillar_abc,
          ziggurat_pillar_abc, ziggurat_pillar_d, ziggurat_pillar_d,
          ziggurat_pillar_d, ziggurat_pillar_d,
          ziggurat_pillar_centre_dispersal, ziggurat_pillar_centre_dispersal,
          ziggurat_pillar_centre_dispersal, ziggurat_pillar_centre_dispersal

Skill      XL: |  1  2  3  4  5  6  7  8  9 10 11 12 13 14 15 16 17 18 19 20 21 22 23 24 25 26 27 |
---------------+----------------------------------------------------------------------------------+-----
Transmutations | 1 3 5 7 27 | 27.0
Fighting       | 1 2 3 4 5 7 9 10 11 12 13 14 15 16 17 18 19 20 21 27 | 27.0
Earth Magic    | 3 4 5 6 7 8 9 10 11 12 13 15 16 18 20 21 27 | 27.0
Armour         | 1 2 3 5 6 7 8 10 11 12 13 14 15 16 17 27 | 27.0
Conjurations   | 1 2 3 4 6 7 8 9 10 13 14 15 27 | 27.0
Spellcasting   | 3 4 6 7 9 10 12 13 14 15 16 17 18 19 20 21 22 27 | 27.0
Shields        | 1 5 8 9 10 11 12 13 14 15 27 | 27.0
Necromancy     | 3 6 8 9 10 11 27 | 27.0
Staves         | 2 3 27 | 27.0
Dodging        | 27 | 27.0
Stealth        | 27 | 27.0
Fire Magic     | 27 | 27.0
Ice Magic      | 27 | 27.0
Throwing       | 27 | 27.0
Maces & Flails | 27 | 27.0
Air Magic      | 27 | 27.0
Evocations     | 27 | 27.0
Axes           | 27 | 27.0
Polearms       | 27 | 27.0
Translocations | 27 | 27.0
Long Blades    | 27 | 27.0
Unarmed Combat | 27 | 27.0
Short Blades   | 27 | 27.0
Slings         | 27 | 27.0
Bows           | 27 | 27.0
Crossbows      | 27 | 27.0
Poison Magic   | 27 | 27.0
Invocations    | 27 | 27.0
Hexes          | 27 | 27.0
Summonings     | 27 | 27.0

Action                   |  1- 3 |  4- 6 |  7- 9 | 10-12 | 13-15 | 16-18 | 19-21 | 22-24 | 25-27 || total
-------------------------+-------+-------+-------+-------+-------+-------+-------+-------+-------++-------
Melee: Unarmed           |    16 |       |       |       |       |       |       |       |       ||    16
       Dagger            |    50 |    14 |    14 |       |       |       |       |       |    91 ||   169
       Punch             |     2 |     2 |       |     4 |       |       |       |       |       ||     8
       Staff             |     2 |   108 |    15 |       |       |       |       |     1 |   174 ||   300
       Touch             |       |       |    15 |    22 |       |       |       |       |       ||    37
       Trident           |       |       |     9 |       |       |       |       |       |       ||     9
       War axe           |       |       |    59 |   327 |   365 |   126 |    51 |       |       ||   928
       Spear             |       |       |       |     4 |     2 |       |       |       |       ||     6
       Morningstar       |       |       |       |       |       |       |   187 |   130 |   269 ||   586
       Broad axe         |       |       |       |       |       |       |       |       |   122 ||   122
       Lance             |       |       |       |       |       |       |       |       |    84 ||    84
Throw: Boomerang         |       |       |       |     6 |       |       |       |       |       ||     6
       Stone             |       |       |       |     2 |       |       |       |       |       ||     2
       Javelin           |       |       |       |       |       |       |       |       |    70 ||    70
       Throwing net      |       |       |       |       |       |       |       |       |     6 ||     6
 Cast: Sandblast         |    51 |    32 |    25 |    27 |    39 |    23 |    13 |       |       ||   210
       Stone Arrow       |     1 |     9 |   103 |   204 |   219 |    71 |     6 |       |       ||   613
       Passwall          |       |       |     1 |     3 |     1 |     1 |       |       |     7 ||    13
       Inner Flame       |       |       |       |     7 |       |       |       |       |       ||     7
       Iskenderun's Myst |       |       |       |    14 |   165 |    73 |    45 |    66 |       ||   363
       Olgreb's Toxic Ra |       |       |       |     5 |    14 |    17 |     3 |       |       ||    39
       Iskenderun's Batt |       |       |       |     3 |     5 |    30 |       |       |       ||    38
       Iron Shot         |       |       |       |       |       |   268 |   214 |   287 |   660 ||  1429
       Freezing Cloud    |       |       |       |       |       |    78 |    95 |    21 |    12 ||   206
       Mephitic Cloud    |       |       |       |       |       |     1 |       |       |       ||     1
       Borgnjor's Vile C |       |       |       |       |       |   222 |   289 |   302 |   754 ||  1567
       Lehudib's Crystal |       |       |       |       |       |       |     9 |    68 |   223 ||   300
       Shatter           |       |       |       |       |       |       |       |    26 |  3819 ||  3845
       Swiftness         |       |       |       |       |       |       |       |     5 |     8 ||    13
       Ignition          |       |       |       |       |       |       |       |       |  1208 ||  1208
       Chain Lightning   |       |       |       |       |       |       |       |       |   858 ||   858
       Fire Storm        |       |       |       |       |       |       |       |       |   742 ||   742
       Necromutation     |       |       |       |       |       |       |       |       |   671 ||   671
       Ozocubu's Refrige |       |       |       |       |       |       |       |       |   333 ||   333
       Polar Vortex      |       |       |       |       |       |       |       |       |    74 ||    74
       Disjunction       |       |       |       |       |       |       |       |       |    35 ||    35
       Death's Door      |       |       |       |       |       |       |       |       |     3 ||     3
Invok: Potion Petition   |       |       |       |       |       |       |       |       |   716 ||   716
       Call Merchant     |       |       |       |       |       |       |       |       |    32 ||    32
       Renounce Religion |       |       |       |       |       |       |       |       |     1 ||     1
 Abil: End Transformatio |       |       |       |       |       |       |       |       |   117 ||   117
       Evoke Invisibilit |       |       |       |       |       |       |       |       |    31 ||    31
Evoke: Wand              |       |       |    10 |     4 |     2 |       |       |       |     2 ||    18
       Figurine of a zig |       |       |       |       |       |       |       |       |    16 ||    16
       Condenser vane    |       |       |       |       |       |       |       |       |    16 ||    16
       Phantom mirror    |       |       |       |       |       |       |       |       |     2 ||     2
  Use: Scroll            |       |     5 |     4 |     7 |     7 |    12 |     4 |    13 |   188 ||   240
       Potion            |       |       |       |     1 |     4 |     1 |     4 |     5 |   278 ||   293
 Stab: Sleeping          |     2 |     1 |     1 |       |     8 |       |       |       |       ||    12
       Distracted        |       |       |       |       |     1 |       |       |       |    10 ||    11
       Confused          |       |       |       |       |       |     1 |       |       |       ||     1
       Invisible         |       |       |       |       |       |       |       |       |    11 ||    11
       Held in net/web   |       |       |       |       |       |       |       |       |     6 ||     6
Armor: Robe              |    13 |    51 |    50 |       |       |   111 |       |     5 |   276 ||   506
       Steam dragon scal |       |       |     7 |   109 |   237 |     5 |       |       |       ||   358
       Chain mail        |       |       |       |       |       |    10 |   312 |   227 |   438 ||   987
       Crystal plate arm |       |       |       |       |       |       |       |       |  2137 ||  2137
       Ice dragon scales |       |       |       |       |       |       |       |       |    47 ||    47
       Skin              |       |       |       |       |       |       |       |       |     5 ||     5
Dodge: Dodged            |    58 |    84 |    76 |   170 |   221 |   129 |   179 |    82 |  1404 ||  2403
Block: Other             |     3 |    25 |    15 |    22 |       |       |       |       |       ||    65
       Buckler           |       |       |       |   131 |   297 |   197 |   438 |   254 |   177 ||  1494
       Reflection        |       |       |       |       |       |    49 |   103 |    20 |   281 ||   453
       Tower shield      |       |       |       |       |       |       |       |       |  3983 ||  3983
       Kite shield       |       |       |       |       |       |       |       |       |   983 ||   983
